 Dungeon Crawl Stone Soup version 0.30.0-15-g856e2d3f33 (webtiles) character file.

Game seed: 11689383340873542796

1879999 browni3141 the Demonic Barricade (level 27, -7/391 (409) HPs)
             Began as a Demonspawn Fire Elementalist on May 17, 2023.
             Was an Initiate of Gozag.
             Mangled by a doom hound (20 damage)
             ... summoned by a shadow demon
             ... on level 25 of a ziggurat on May 19, 2023.
             The game lasted 20:32:52 (407345 turns).

browni3141 the Demonic Barricade (DsFE)           Turns: 407345, Time: 20:32:53

HP:   -7/391 (409)  AC: 33    Str: 12    XL:     27
MP:   51/63         EV:  2    Int: 30    God:    Gozag
Gold: 253490        SH: 34    Dex: 19    Spells: 3/80 levels left

rFire   + + +        Q - +1 spear (distort)
rCold   + + +        Y - +8 tower shield {rC+}
rNeg    + + .        S - melded +8 orange crystal plate armour {Archmagi, Int+3 Clar}
rPois   +            (helmet unavailable)
rElec   +            q - melded +2 cloak of Panentheism {Int+7}
rCorr   +            R - melded +5 pair of gloves of Oblivion {Str+7 Int+3}
SInv    .            v - melded +0 pair of boots of Ashrof {rPois Will++ Int+3 Dex+3}
Will    +++..        I - macabre finger necklace {Finger+ rN+}
Stlth   ++++++++++   O - ring of the Madman {rF+ rC+ rCorr Int+3 Dex+3}
HPRegen 9.85/turn    V - ring of the Mage {Wiz Archmagi}
MPRegen 0.38/turn    N - ring "Opnorox" {+Blink rF+ rN+ MP+9 Str+2}

%: wizardry (x1), archmagi
@: mighty, brilliant, agile, lethally poisoned (-7 -> -8), tree-form, resistant,
in a vortex, gold aura, doom-hounded, hasted and slowed, wreathed by umbra,
lightly drained
A: stationary, stasis, torment immunity, boosted hp, (antennae 3), hurl
damnation, powered by death 3, powered by pain 3, torment resistance 1, (sharp
scales 3), demonic willpower, robust 1, MP-powered wands
}: 15/15 runes: decaying, serpentine, slimy, silver, golden, iron, obsidian,
icy, bone, abyssal, demonic, glowing, magical, fiery, dark
a: Hurl Damnation, Renounce Religion, Evoke Blink, Potion Petition, Call
Merchant, Bribe Branch


You were on level 25 of a ziggurat.
You worshipped Gozag.
Gozag was exalted by your worship.
You were a tree.
You visited 18 branches of the dungeon, and saw 88 of its levels.
You visited Pandemonium 3 times, and saw 31 of its levels.
You visited the Abyss 3 times.
You visited 24 ziggurats (completing 23), and saw 646 of their levels.
You also visited: Trove, Ice Cave, Volcano and Wizlab.

You collected 1331595 gold pieces.
You spent 15103 gold pieces at shops.
You paid 1063002 gold pieces to Gozag.

Inventory:

Hand Weapons
 a - the +3 Elemental Staff {rElec rF+ rC+ AC+3}
   (You found it on level 2 of a ziggurat)

   It enhances your fire, ice, earth and air magic.
   AC:        It affects your AC (+3).
   rF:        It protects you from fire.
   rC:        It protects you from cold.
   rElec:     It insulates you from electricity.
 b - the +8 demon trident "Rift" {distort, reach+}
   (You found it on level 20 of a ziggurat)
 Q - a +1 spear of distortion (weapon)
 X - the +6 Majin-Bo {spellvamp, MP+6 Int+6}
   (You found it on level 26 of a ziggurat)

   Int:       It affects your intelligence (+6).
   MP:        It affects your magic capacity (+6).
Missiles
 J - 912 silver javelins (quivered)
 K - 13 javelins
 Z - 118 throwing nets
Armour
 q - the +2 cloak of Panentheism (melded) {Int+7}
   (You found it on level 21 of a ziggurat)

   Int:       It affects your intelligence (+7).
 v - the +0 pair of boots of Ashrof (melded) {rPois Will++ Int+3 Dex+3}
   (You found it on level 22 of a ziggurat)

   Int:       It affects your intelligence (+3).
   Dex:       It affects your dexterity (+3).
   rPois:     It protects you from poison.
   Will:      It greatly increases your willpower.
 M - the +1 pair of boots of Hairiness {rF+ Regen+ Str+4 Slay+2}
   (You found it on level 23 of a ziggurat)

   Str:       It affects your strength (+4).
   Slay:      It affects your accuracy & damage with ranged weapons and melee
   (+2).
   rF:        It protects you from fire.
   Regen:     It increases your rate of health regeneration.
 R - the +5 pair of gloves of Oblivion (melded) {Str+7 Int+3}
   (You bought it in a shop on level 3 of the Depths)

   Str:       It affects your strength (+7).
   Int:       It affects your intelligence (+3).
 S - the +8 orange crystal plate armour (melded) {Archmagi, Int+3 Clar}
   (You found it on level 26 of a ziggurat)

   Int:       It affects your intelligence (+3).
   Clar:      It protects you from confusion, rage, mesmerisation and fear.
 Y - a +8 tower shield of cold resistance (worn)
Magical Staves
 l - the staff of cold "Luamanae" {rC+ Str+3}
   (You found it on level 16 of a ziggurat)

   [staff of cold]

   Base accuracy: +5 Base damage: 5 Base attack delay: 1.2 This weapon's minimum
   attack delay (0.6) is reached at skill level 12.
   Str:       It affects your strength (+3).
   rC:        It protects you from cold.
   It falls into the 'Staves' category.
   It is a one-handed weapon.
 p - the staff of earth "Yshroo" {rC++ Str+2 Int+4}
   (You found it on level 16 of a ziggurat)

   [staff of earth]

   Base accuracy: +5 Base damage: 5 Base attack delay: 1.2 This weapon's minimum
   attack delay (0.6) is reached at skill level 12.
   Str:       It affects your strength (+2).
   Int:       It affects your intelligence (+4).
   rC:        It greatly protects you from cold.
   It falls into the 'Staves' category.
   It is a one-handed weapon.
 A - the staff of fire "Saraacs" {Contam rF+ rN+ MP+9}
   (You found it on level 14 of a ziggurat)

   [staff of fire]

   Base accuracy: +5 Base damage: 5 Base attack delay: 1.2 This weapon's minimum
   attack delay (0.6) is reached at skill level 12.
   rF:        It protects you from fire.
   rN:        It protects you from negative energy.
   MP:        It affects your magic capacity (+9).
   Contam:    It causes magical contamination when unequipped.
   It falls into the 'Staves' category.
   It is a one-handed weapon.
 B - the staff of conjuration "Zeanebah" {Int+3 Stlth-}
   (You found it on level 10 of a ziggurat)

   [staff of conjuration]

   Base accuracy: +5 Base damage: 5 Base attack delay: 1.2 This weapon's minimum
   attack delay (0.6) is reached at skill level 12.
   Int:       It affects your intelligence (+3).
   Stlth:     It makes you less stealthy.
   It falls into the 'Staves' category.
   It is a one-handed weapon.
Jewellery
 e - the ring of Rakuxoet {rC+ EV+5 Str+3}
   (You found it on level 18 of a ziggurat)

   [ring of evasion]

   EV:        It affects your evasion (+5).
   Str:       It affects your strength (+3).
   rC:        It protects you from cold.
 g - the ring "Edwalejy" {rPois Int+6}
   (You found it on level 18 of a ziggurat)

   [ring of intelligence]

   Int:       It affects your intelligence (+6).
   rPois:     It protects you from poison.
 o - the ring of Tempters {rF- Will+ MP+9 Int+7 Dex+3}
   (You found it on level 16 of a ziggurat)

   [ring of willpower]

   Int:       It affects your intelligence (+7).
   Dex:       It affects your dexterity (+3).
   rF:        It makes you vulnerable to fire.
   MP:        It affects your magic capacity (+9).
   Will:      It increases your willpower.
 u - the ring "Osmew" {Will+ Str+4 Int+2}
   (You found it on level 16 of a ziggurat)

   [ring of willpower]

   Str:       It affects your strength (+4).
   Int:       It affects your intelligence (+2).
   Will:      It increases your willpower.
 w - the ring of the Disturbing Tusks {+Blink Str+6 Int+5 SInv Stlth+}
   (You found it on level 15 of a ziggurat)

   [ring of strength]

   Str:       It affects your strength (+6).
   Int:       It affects your intelligence (+5).
   SInv:      It lets you see invisible.
   +Blink:    It lets you blink.
   Stlth:     It makes you more stealthy.
 y - the ring of the Stallion {Fly rF+ rCorr Int-4}
   (You found it on level 14 of a ziggurat)

   [ring of resist corrosion]

   Int:       It affects your intelligence (-4).
   rF:        It protects you from fire.
   Fly:       It grants you flight.
   rCorr:     It protects you from acid and corrosion.
 z - the ring "Hisemi" {rPois rN+ Dex+6}
   (You found it on level 14 of a ziggurat)

   [ring of dexterity]

   Dex:       It affects your dexterity (+6).
   rPois:     It protects you from poison.
   rN:        It protects you from negative energy.
 C - the ring "Yxtyut" {Fire Fly Will+++ Int-2 Dex+5}
   (You found it on level 10 of a ziggurat)

   [ring of fire]

   It enhances your fire magic.
   Int:       It affects your intelligence (-2).
   Dex:       It affects your dexterity (+5).
   rF:        It protects you from fire.
   rC:        It makes you vulnerable to cold.
   Fly:       It grants you flight.
   Will:      It greatly increases your willpower.
 I - the macabre finger necklace (around neck) {Finger+ rN+}
   (You found it on level 17 of a ziggurat)

   [amulet of nothing]

   Finger+:   It enables you to equip an extra ring.
   rN:        It protects you from negative energy.
 N - the ring "Opnorox" (on amulet) {+Blink rF+ rN+ MP+9 Str+2}
   (You found it on level 26 of a ziggurat)

   [ring of magical power]

   Str:       It affects your strength (+2).
   rF:        It protects you from fire.
   rN:        It protects you from negative energy.
   MP:        It affects your magic capacity (+9).
   +Blink:    It lets you blink.
 O - the ring of the Madman (left branch) {rF+ rC+ rCorr Int+3 Dex+3}
   (You took it off a balrug in Pandemonium)

   [ring of protection from cold]

   Int:       It affects your intelligence (+3).
   Dex:       It affects your dexterity (+3).
   rF:        It protects you from fire.
   rC:        It protects you from cold.
   rCorr:     It protects you from acid and corrosion.
 T - the ring "Omud" {*Corrode rC+ Str+3 Int+6 Slay+3}
   (You bought it in a shop on level 3 of the Elven Halls)

   [ring of protection from cold]

   Str:       It affects your strength (+3).
   Int:       It affects your intelligence (+6).
   Slay:      It affects your accuracy & damage with ranged weapons and melee
   (+3).
   rC:        It protects you from cold.
   *Corrode:  It may corrode you when you take damage.
 V - the ring of the Mage (right branch) {Wiz Archmagi}
   (You found it on level 27 of a ziggurat)

   [ring of wizardry]

   It improves your spell success rate.
   Archmagi:  It increases the power of your magical spells.
Wands
 W - a wand of quicksilver (1297)
Scrolls
 j - 185 scrolls of immolation
 n - 699 scrolls of teleportation
 r - 45 scrolls of fear
 t - 287 scrolls of blinking
 D - 51 scrolls of acquirement
 F - 450 scrolls of fog
 G - 21 scrolls of butterflies
Potions
 c - 119 potions of cancellation
 h - 174 potions of haste
 i - 33 potions of invisibility
 k - 40 potions of brilliance
 m - 158 potions of magic
 s - 593 potions of mutation
 x - 12 potions of berserk rage
 H - 209 potions of heal wounds
 L - 45 potions of lignification
 U - 22 potions of resistance
Miscellaneous
 d - a +23 figurine of a ziggurat
 f - a phantom mirror
 E - a lightning rod (4/4)
 P - a tin of tremorstones (inert)


   Skills:
 O Level 27 Fighting
 O Level 27 Short Blades
 O Level 27 Long Blades
 O Level 27 Axes
 O Level 27 Maces & Flails
 O Level 27 Polearms
 O Level 27 Staves
 O Level 27 Ranged Weapons
 O Level 27 Throwing
 O Level 27 Armour
 O Level 27 Dodging
 O Level 27 Stealth
 O Level 27 Shields
 O Level 27 Unarmed Combat
 O Level 27 Spellcasting
 O Level 27 Conjurations
 O Level 27 Hexes
 O Level 27 Summonings
 O Level 27 Necromancy
 O Level 27 Translocations
 O Level 27 Transmutations
 O Level 27 Fire Magic
 O Level 27 Ice Magic
 O Level 27 Air Magic
 O Level 27 Earth Magic
 O Level 27 Poison Magic
 O Level 27 Invocations
 O Level 27 Evocations


You had 3 spell levels left.
You knew the following spells:

 Your Spells              Type           Power      Damage    Failure   Level
a - Chain Lightning       Conj/Air       83%        3d110     1%          9
b - Disjunction           Tloc           83%        N/A       1%          8
c - Necromutation         Tmut/Necr      83%        N/A       1%          8
d - Borgnjor's Revivific  Necr           83%        N/A       1%          8
e - Vhi's Electric Charg  Tloc/Air       100%       N/A       0%          3
f - Death's Door          Necr           83%        N/A       1%          9
g - Shatter               Erth           83%        3d60*     1%          9
h - Dispersal             Tloc           83%        N/A       0%          6
i - Polar Vortex          Ice            83%        N/A       1%          9
j - Ignition              Fire           83%        3d21      1%          8

Your spell library contained the following spells:

 Spells                   Type           Power      Damage    Failure   Level
 Apportation              Tloc           100%       N/A       0%          1
 Beastly Appendage        Tmut           100%       N/A       0%          1
 Foxfire                  Conj/Fire      100%       2x1d9     0%          1
 Freeze                   Ice            100%       1d10      0%          1
 Kiss of Death            Conj/Necr      100%       2d13      0%          1
 Magic Dart               Conj           100%       1d8       0%          1
 Necrotise                Necr           100%       1d9       0%          1
 Sandblast                Erth           100%       2d20      0%          1
 Shock                    Conj/Air       100%       1d9       0%          1
 Slow                     Hex            100%       N/A       0%          1
 Sting                    Tmut/Pois      100%       1d8       0%          1
 Summon Small Mammal      Summ           100%       N/A       0%          1
 Blink                    Tloc           100%       N/A       0%          2
 Call Imp                 Summ           100%       N/A       0%          2
 Cigotuvi's Dreadful Rot  Necr/Pois/Air  100%       N/A       0%          2
 Ensorcelled Hibernation  Hex/Ice        100%       N/A       0%          2
 Lesser Beckoning         Tloc           100%       N/A       0%          2
 Momentum Strike          Conj/Tloc      100%       3d10      0%          2
 Passwall                 Tmut/Erth      100%       N/A       0%          2
 Poisonous Vapours        Pois/Air       100%       N/A       0%          2
 Scorch                   Fire           100%       2d9       0%          2
 Searing Ray              Conj           100%       2d8       0%          2
 Static Discharge         Conj/Air       100%       2-7/arc   0%          2
 Sublimation of Blood     Necr           100%       N/A       0%          2
 Wereblood                Tmut           100%       N/A       0%          2
 Call Canine Familiar     Summ           100%       N/A       0%          3
 Confusing Touch          Hex            100%       N/A       0%          3
 Dazzling Flash           Conj/Hex       100%       N/A       0%          3
 Frozen Ramparts          Ice            100%       1d16      0%          3
 Gell's Gravitas          Tloc           100%       N/A       0%          3
 Hailstorm                Conj/Ice       100%       3d20      0%          3
 Ignite Poison            Fire/Tmut/Pois 100%       N/A       0%          3
 Inner Flame              Hex/Fire       100%       N/A       0%          3
 Mephitic Cloud           Conj/Pois/Air  100%       N/A       0%          3
 Ozocubu's Armour         Ice            100%       N/A       0%          3
 Portal Projectile        Hex/Tloc       100%       N/A       0%          3
 Spider Form              Tmut/Pois      100%       N/A       0%          3
 Stone Arrow              Conj/Erth      100%       3d13      0%          3
 Summon Guardian Golem    Hex/Summ       100%       N/A       0%          3
 Swiftness                Air            100%       N/A       0%          3
 Teleport Other           Tloc           100%       N/A       0%          3
 Tukima's Dance           Hex            100%       N/A       0%          3
 Vampiric Draining        Necr           100%       2d13      0%          3
 Volatile Blastmotes      Fire/Tloc      100%       2d18      0%          3
 Airstrike                Air            83%        2d(12-28) 0%          4
 Anguish                  Hex/Necr       83%        N/A       0%          4
 Animate Armour           Summ/Erth      100%       N/A       0%          4
 Cause Fear               Hex            83%        N/A       0%          4
 Dispel Undead            Necr           100%       3d31      0%          4
 Flame Wave               Conj/Fire      100%       2d21      0%          4
 Fulminant Prism          Conj/Hex       83%        3d33      0%          4
 Ice Form                 Ice/Tmut       100%       N/A       0%          4
 Iskenderun's Mystic Bla  Conj/Tloc      100%       2d19      0%          4
 Leda's Liquefaction      Hex/Erth       83%        N/A       0%          4
 Manifold Assault         Tloc           100%       N/A       0%          4
 Olgreb's Toxic Radiance  Pois           100%       N/A       0%          4
 Passage of Golubria      Tloc           100%       N/A       0%          4
 Petrify                  Tmut/Erth      100%       N/A       0%          4
 Sticky Flame             Conj/Fire      100%       2d11      0%          4
 Summon Ice Beast         Ice/Summ       100%       N/A       0%          4
 Summon Lightning Spire   Summ/Air       100%       N/A       0%          4
 Agony                    Necr           100%       N/A       0%          5
 Alistair's Intoxication  Tmut/Pois      100%       N/A       0%          5
 Arcjolt                  Conj/Air       83%        1d93      0%          5
 Blade Hands              Tmut           83%        N/A       0%          5
 Borgnjor's Vile Clutch   Necr/Erth      83%        N/A       0%          5
 Fireball                 Conj/Fire      83%        3d31      0%          5
 Freezing Cloud           Conj/Ice/Air   83%        6-21      0%          5
 Irradiate                Conj/Tmut      83%        3d39      0%          5
 Iskenderun's Battlesphe  Conj           100%       2d15      0%          5
 Lee's Rapid Deconstruct  Erth           83%        3d37*     0%          5
 Metabolic Englaciation   Hex/Ice        83%        N/A       0%          5
 Silence                  Hex/Air        83%        N/A       0%          5
 Summon Forest            Summ/Tloc      83%        N/A       0%          5
 Summon Mana Viper        Hex/Summ       100%       N/A       0%          5
 Yara's Violent Unravell  Hex/Tmut       83%        3d30      0%          5
 Conjure Ball Lightning   Conj/Air       83%        3x3d31    0%          6
 Death Channel            Necr           83%        N/A       0%          6
 Eringya's Noxious Bog    Tmut/Pois      83%        N/A       0%          6
 Iron Shot                Conj/Erth      83%        9d15      0%          6
 Plasma Beam              Fire/Air       83%        2x1d110   0%          6
 Starburst                Conj/Fire      83%        6d21      0%          6
 Statue Form              Tmut/Erth      100%       N/A       0%          6
 Summon Cactus Giant      Summ           83%        N/A       0%          6
 Dragon Form              Tmut           83%        N/A       0%          7
 Enfeeble                 Hex            83%        N/A       0%          7
 Haunt                    Necr/Summ      83%        N/A       0%          7
 Malign Gateway           Summ/Tloc      83%        N/A       0%          7
 Monstrous Menagerie      Summ           83%        N/A       0%          7
 Orb of Destruction       Conj           83%        9d18      0%          7
 Ozocubu's Refrigeration  Ice            83%        4d25      0%          7
 Spellforged Servitor     Conj/Summ      83%        N/A       0%          7
 Storm Form               Tmut/Air       83%        N/A       0%          7
 Summon Hydra             Summ           83%        N/A       0%          7
 Discord                  Hex            83%        N/A       1%          8
 Infestation              Necr           83%        N/A       1%          8
 Lehudib's Crystal Spear  Conj/Erth      83%        10d18     1%          8
 Maxwell's Capacitive Co  Air            83%        ∞         1%          8
 Summon Horrible Things   Summ           83%        N/A       1%          8
 Dragon's Call            Summ           83%        N/A       1%          9
 Fire Storm               Conj/Fire      83%        8d21      1%          9
 Animate Dead             Necr           Unusable   N/A       N/A         4
 Simulacrum               Ice/Necr       Unusable   N/A       N/A         6

Dungeon Overview and Level Annotations

Branches:
Dungeon (15/15)            Temple (1/1) D:4            Lair (5/5) D:8
  Swamp (4/4) Lair:3        Snake (4/4) Lair:3        Slime (5/5) Lair:5
    Orc (2/2) D:10            Elf (3/3) Orc:2        Vaults (5/5) D:13
  Crypt (3/3) Vaults:2       Tomb (3/3) Crypt:3      Depths (4/4) D:15
   Hell (visited)             Dis (7/7) Hell            Geh (7/7) Hell
    Coc (7/7) Hell            Tar (7/7) Hell            Zot (5/5) Depths:4
  IceCv (visited)         Volcano (visited)          WizLab (visited)

Altars:
Ashenzari
Cheibriados
Dithmenos
Fedhas
Gozag
Hepliaklqana
Kikubaaqudgha
Makhleb
Nemelex Xobeh
Okawaru
Qazlal
Ru
Sif Muna
Trog
Uskayaw
Vehumet
Wu Jian
Xom
Yredelemnul
Jiyva

Shops:
D:15 *   Orc:1 :   Orc:2 ([(   Elf:1 [   Elf:3 =:=   Lair:3 :=[(   Snake:3 [!*
Vaults:1 (   Vaults:4 =[*   Hell ::   Depths:3 *==[(?*=[[

Portals:
Hell: Depths:1 Depths:2 Depths:3 Depths:4
Abyss: Depths:3
Pandemonium: Depths:1 Depths:2

Annotations:
Geh:4 9 runed translucent doors


Innate Abilities, Weirdness & Mutations

You are a tree.
Your roots penetrate the ground, keeping you stationary.
You cannot be teleported.
You are immune to unholy pain and torment.
Your maximum health is greatly increased.
Your equipment is partially melded.
((You have a pair of large antennae on your head. (SInv)))
You can hurl damnation.
You regenerate a lot of health from kills.
You are powered by pain.
You are resistant to unholy torment.
((You are completely covered in razor-sharp scales. (AC +3, Slay +3)))
You punish those that try to bend your will. (Will+)
You are robust. (+10% HP)
You expend magic power (3 MP) to strengthen your wands.


Message History

* * * LOW HITPOINT WARNING * * *
The bone dragon tramples you but does no damage.
The ancient lich touches you but does no damage.
The bone dragon bites you.
* * * LOW HITPOINT WARNING * * *
The bone dragon claws you!
* * * LOW HITPOINT WARNING * * *
The bone dragon tramples you.
* * * LOW HITPOINT WARNING * * *
Casting: Chain Lightning (mildly dangerous; 1% risk of failure)
Confirm with . or Enter, or press ? or * to list all spells.
You feel a strong surge of power!
You are stuck in your current form!
Unknown command.
Casting: Necromutation (mildly dangerous; 1% risk of failure)
Confirm with . or Enter, or press ? or * to list all spells.
You feel a strong surge of power!
You are stuck in your current form!
Unknown command.
Unknown command.
Casting: Necromutation (mildly dangerous; 1% risk of failure)
Confirm with . or Enter, or press ? or * to list all spells.
Okay, then.
Unknown command.
Unknown command.
Unknown command.
Casting: Necromutation (mildly dangerous; 1% risk of failure)
Confirm with . or Enter, or press ? or * to list all spells.
You feel a strong surge of power!
A great freezing vortex appears around you.
You are engulfed in dark miasma.
You are more poisoned.
* * * LOW HITPOINT WARNING * * *
You feel very sick. You block the doom hound's attack.
The doom hound claws you!
* * * LOW HITPOINT WARNING * * *
You block the doom hound's attack.
The doom hound claws you but does no damage.
The doom hound bites you but does no damage.
You block the doom hound's attack. The doom hound bites you!
* * * LOW HITPOINT WARNING * * *
The doom hound claws you!
* * * LOW HITPOINT WARNING * * *
The bone dragon bites you!
* * * LOW HITPOINT WARNING * * *
You block the bone dragon's attack. The bone dragon tramples you.
* * * LOW HITPOINT WARNING * * *
The bone dragon bites you.
* * * LOW HITPOINT WARNING * * *
You block the bone dragon's attack. The bone dragon barely misses you.
The bone dragon bites you but does no damage.
The bone dragon claws you.
* * * LOW HITPOINT WARNING * * *
You block the bone dragon's attack.
A Tzitzimitl comes into view.
The bone dragon bites you!
* * * LOW HITPOINT WARNING * * *
The bone dragon claws you but does no damage.
The bone dragon tramples you but does no damage.
The bone dragon bites you but does no damage.
You block the bone dragon's attack. The bone dragon barely misses you.
The ancient lich touches you but does no damage.
Unknown command.
You feel much better.
You are engulfed in dark miasma.
You feel as though you will be slow longer.
* * * LOW HITPOINT WARNING * * *
Your extra speed is starting to run out.
You kill the doom hound!
You destroy the bone dragon!
You destroy the deathcap!
The deathcap disappears in a puff of smoke!
You kill the doom hound!
You destroy the putrid mouth!
The putrid mouth dissolves into shadows!
You destroy the bone dragon!
You feel very sick.
The deathcap is distracted by your dazzling golden aura.
You block the doom hound's attack. x2
The hellion is distracted by your dazzling golden aura.
The deathcap is distracted by your dazzling golden aura.
The bone dragon bites you.
* * * LOW HITPOINT WARNING * * *
The bone dragon claws you but does no damage.
The bone dragon tramples you but does no damage.
The shadow demon is distracted by your dazzling golden aura.
The bone dragon is distracted by your dazzling golden aura.
The bone dragon bites you but does no damage.
The bone dragon claws you!
* * * LOW HITPOINT WARNING * * *
The bone dragon completely misses you.
A Tzitzimitl comes into view.
The bone dragon bites you but does no damage.
You block the bone dragon's attack. The bone dragon tramples you.
* * * LOW HITPOINT WARNING * * *
You block the ancient lich's attack.
The putrid mouth is distracted by your dazzling golden aura.
The tainted leviathan is distracted by your dazzling golden aura.
The bone dragon bites you.
* * * LOW HITPOINT WARNING * * *
The bone dragon claws you but does no damage.
The bone dragon tramples you!
* * * LOW HITPOINT WARNING * * *
The doom hound bites you!!
You die...
Your body crumbles into a pile of gold.

▓$$$$.....$..
▓▓▓▓▓$$$$$$$......▓▓▓▓▓▓
$...$$$$$$$........°....
$
$$$$$$$$$$$.$$..○°○.....
$$$$$$$$$$$$$$$.2CWW2..(
$$$$$$$$..$..1§§WWz1z○°.
$
$$$$$$$$....$§§2ZCCW.WZ1
$$$$$$$$$$$$$§fDLDhCD2ZW
$$$.$$$$.$$.fD§h♣hDCh2WA
$$$$$$..$$$$.f§DDDhD1D..


$$$.$.$$$$$$$fzfChWzWWZ○ $$$$$$$$$$$..ffC2W1D21○( $$$$$$$$$$$$$$○°§A2ZC○§.
$$..$$.$$$$.$.$☼°○.○°1°○ $...$$$$.$$..f.......... $ ▓▓▓▓▓$$..f........▓▓▓▓▓▓
▓.....°°...☼.○▓ You could see 11 bone dragons, 2 profane servitors, 8 tainted
leviathans, 6 doom hounds, an ancient lich, 7 Tzitzimimeh, 4 curse toes, 3
reapers, 3 eidola, 9 putrid mouths, 2 shadow demons, 6 deathcaps, 3 wandering
mushrooms, a spectral shadow dragon (wandering), 3 spectral iron dragons, a
spectral titan, 2 hellions and a tormentor.

Vanquished Creatures
  Cerebov (Pan)
  The ghost of Haitsiopt the Axe Maniac, a legendary DsGl of Makhleb (Zig:21)
  Antaeus (Coc:7)
  Asmodeus (Geh:7)
  The ghost of Vuopse the Conqueror, a legendary GnIE of Ashenzari (Zig:17)
  The ghost of Vuopse the Conqueror, a legendary GnIE of Ashenzari (Zig:15)
  The ghost of SevenDeadlySins the Archmage, a legendary DrCj of Vehumet (Zig:17)
  Dissolution (Slime:5)
  the Royal Jelly (Slime:5)
  The ghost of astronautguy the Formicid Barricade, a legendary FoEE of Makhleb (Zig:17)
  The ghost of astronautguy the Formicid Barricade, a legendary FoEE of Makhleb (Zig:17)
  The ghost of scarywalker64 the Petrodigitator, a legendary GrEE of Vehumet (Zig:17)
  The ghost of scarywalker64 the Petrodigitator, a legendary GrEE of Vehumet (Zig:21)
  Gloorx Vloq (Pan)
  The ghost of Motirgh the Ruinous, a legendary DgHW (Zig:8)
  The ghost of Motirgh the Ruinous, a legendary DgHW (Zig:17)
  the Serpent of Hell (Tar:7)
  Mnoleg (Pan)
  The ghost of Huju the Spawn of Chaos, a legendary HOFi of Makhleb (Zig:17)
  The ghost of Xiwu the Conqueror, a legendary MiFi of the Shining One (Zig:17)
  The ghost of Ikusitist the Infernalist, a legendary NaFE of Cheibriados (Zig:21)
  The ghost of Ikusitist the Infernalist, a legendary NaFE of Cheibriados (Zig:8)
  The ghost of Ikusitist the Infernalist, a legendary NaFE of Cheibriados (Zig:17)
  The ghost of Ikusitist the Infernalist, a legendary NaFE of Cheibriados (Zig:17)
  The ghost of Ikusitist the Infernalist, a legendary NaFE of Cheibriados (Zig:17)
  The ghost of tigertrap the Metallomancer, a legendary DgHW (Zig:17)
  Lom Lobon (Pan)
  The ghost of Piginabag the Conqueror, a legendary DsSk of Gozag (Zig:17)
  The ghost of WiseOSalty the Conqueror, a legendary TrGl of Qazlal (Zig:15)
  The ghost of Piginabag the Conqueror, a legendary DsSk of Gozag (Zig:17)
  The ghost of WiseOSalty the Conqueror, a legendary TrGl of Qazlal (Zig:17)
  The ghost of WiseOSalty the Conqueror, a legendary TrGl of Qazlal (Zig:17)
  The ghost of Piginabag the Conqueror, a legendary DsSk of Gozag (Zig:17)
  The ghost of Teaz Xo Upt the Hoplite, a legendary GnFE of Ashenzari (Zig:15)
  The ghost of Teaz Xo Upt the Hoplite, a legendary GnFE of Ashenzari (Zig:17)
  The ghost of Xuqyot the Conqueror, a legendary DsFi of Jiyva (Zig:17)
  598 orbs of fire
  The ghost of Diezoyro the Conqueror, a legendary DDNe of Makhleb (Zig:15)
  The ghost of Diezoyro the Conqueror, a legendary DDNe of Makhleb (Zig:17)
  The ghost of Fenir the Acrobat, a legendary GnAE of Ashenzari (Zig:17)
  The ghost of Fenir the Acrobat, a legendary GnAE of Ashenzari (Zig:17)
  Dispater (Dis:7)
  The ghost of swap the Archmage, a legendary DEFE of Vehumet (Zig:17)
  The ghost of swap the Archmage, a legendary DEFE of Vehumet (Zig:21)
  The ghost of Marixus the Axe Maniac, a legendary DDFi of Cheibriados (Zig:17)
  The ghost of Marixus the Axe Maniac, a legendary DDFi of Cheibriados (Zig:17)
  The ghost of Marixus the Axe Maniac, a legendary DDFi of Cheibriados (Zig:17)
  The ghost of Marixus the Axe Maniac, a legendary DDFi of Cheibriados (Zig:21)
  800 ancient liches
  The ghost of Manman the Conqueror, a legendary HOGl of Makhleb (Zig:17)
  The ghost of Manman the Conqueror, a legendary HOGl of Makhleb (Zig:17)
  The ghost of Kucykkydd the Axe Maniac, a legendary MiFi of Gozag (Zig:17)
  The ghost of Kucykkydd the Axe Maniac, a legendary MiFi of Gozag (Zig:15)
  The ghost of BerryKnight the Divine Blade, a legendary DgFi (Zig:8)
  The ghost of BerryKnight the Divine Blade, a legendary DgFi (Zig:17)
  The ghost of BerryKnight the Divine Blade, a legendary DgFi (Zig:17)
  The ghost of BerryKnight the Divine Blade, a legendary DgFi (Zig:17)
  740 dread liches
  The ghost of ragingrage the Ruinous, a legendary OpFE of Vehumet (Zig:8)
  The ghost of ragingrage the Ruinous, a legendary OpFE of Vehumet (Zig:17)
  The ghost of ragingrage the Ruinous, a legendary OpFE of Vehumet (Zig:17)
  The ghost of ragingrage the Ruinous, a legendary OpFE of Vehumet (Zig:17)
  The ghost of Rueful the Heavyweight Champion, a legendary TrWr of Qazlal (Zig:17)
  The ghost of Rueful the Heavyweight Champion, a legendary TrWr of Qazlal (Zig:8)
  Mennas (Vaults:3)
  The ghost of Boduf the Metallomancer, a legendary FoHu of Cheibriados (Zig:17)
  Mara (Depths:2)
  The ghost of scarywalker64 the Sorcerer, a veteran BaSu of Sif Muna (Zig:8)
  The ghost of sleeves the Acolyte, a legendary HuSk of the Shining One (Zig:17)
  The ghost of melllvar the Conqueror, a legendary MiBe of the Shining One (Zig:17)
  The ghost of sleeves the Acolyte, a legendary HuSk of the Shining One (Zig:17)
  The ghost of deprived the Acolyte, a legendary HOFi of the Shining One (Zig:15)
  The ghost of Hacvoq the Conqueror, a legendary HOFi of Zin (Zig:17)
  The ghost of melllvar the Conqueror, a legendary MiBe of the Shining One (Zig:17)
  The ghost of melllvar the Conqueror, a legendary MiBe of the Shining One (Zig:17)
  The ghost of reasonance the Anchorite, a legendary HOMo of Zin (Zig:17)
  The ghost of deprived the Acolyte, a legendary HOFi of the Shining One (Zig:17)
  The ghost of reasonance the Anchorite, a legendary HOMo of Zin (Zig:21)
  The ghost of melllvar the Conqueror, a legendary MiBe of the Shining One (Zig:17)
  The ghost of corvin the Slayer, a legendary OgWn of Dithmenos (Zig:8)
  The ghost of corvin the Slayer, a legendary OgWn of Dithmenos (Zig:17)
  The ghost of corvin the Slayer, a legendary OgWn of Dithmenos (Zig:17)
  The ghost of corvin the Slayer, a legendary OgWn of Dithmenos (Zig:17)
  The ghost of corvin the Slayer, a legendary OgWn of Dithmenos (Zig:17)
  The ghost of Xorhowon the Invulnerable, a legendary MiBe of Trog (Zig:17)
  The ghost of Xorhowon the Invulnerable, a legendary MiBe of Trog (Zig:8)
  The ghost of Xorhowon the Invulnerable, a legendary MiBe of Trog (Zig:17)
  The ghost of Fouwomub the Sorcerer, a legendary FoEE of Vehumet (Zig:15)
  The ghost of Sext the Conqueror, a legendary MiFi of the Shining One (Zig:15)
  The ghost of Sext the Conqueror, a legendary MiFi of the Shining One (Zig:17)
  The ghost of Ucrups the Swordmaster, a legendary MiFi of the Shining One (Zig:17)
  The ghost of Fusentrap the Slayer, a legendary MiBe of Makhleb (Zig:17)
  The ghost of Fusentrap the Slayer, a legendary MiBe of Makhleb (Zig:17)
  The ghost of Veodywke the Conqueror, a legendary MiBe of the Shining One (Zig:17)
  The ghost of sleeves the Metallomancer, a legendary HuEE of Vehumet (Zig:8)
  The ghost of sleeves the Metallomancer, a legendary HuEE of Vehumet (Zig:17)
  The ghost of sleeves the Metallomancer, a legendary HuEE of Vehumet (Zig:17)
  The ghost of Shayle the Sluggish Gnoll, a legendary GnHW of Cheibriados (Zig:17)
  The ghost of Shayle the Sluggish Gnoll, a legendary GnHW of Cheibriados (Zig:17)
  The ghost of sleeves the Metallomancer, a legendary HuEE of Vehumet (Zig:17)
  The ghost of sleeves the Metallomancer, a legendary HuEE of Vehumet (Zig:21)
  The ghost of sleeves the Metallomancer, a legendary HuEE of Vehumet (Zig:17)
  The ghost of Hewasun the Conqueror, a legendary MiBe of the Shining One (Zig:17)
  The ghost of strangelove the Metallomancer, a master GrEE of Vehumet (Zig:17)
  The ghost of strangelove the Metallomancer, a master GrEE of Vehumet (Zig:17)
  The ghost of thechecker02 the Slayer, a master DDFi of Makhleb (Zig:17)
  The ghost of thechecker02 the Slayer, a master DDFi of Makhleb (Zig:17)
  The ghost of thechecker02 the Slayer, a master DDFi of Makhleb (Zig:17)
  The ghost of Likado the Gnoll Barricade, a legendary GnSk of the Shining One (Zig:17)
  The ghost of Likado the Gnoll Barricade, a legendary GnSk of the Shining One (Zig:8)
  The ghost of Likado the Gnoll Barricade, a legendary GnSk of the Shining One (Zig:15)
  The ghost of Jeklifit the Conqueror, a legendary FoFi of the Shining One (Zig:17)
  The ghost of Jeklifit the Conqueror, a legendary FoFi of the Shining One (Zig:21)
  The ghost of Jeklifit the Conqueror, a legendary FoFi of the Shining One (Zig:15)
  The ghost of Giojuova the Slayer, a legendary GnBe of Trog (Zig:17)
  The ghost of Giojuova the Slayer, a legendary GnBe of Trog (Zig:17)
  The ghost of Jargh the Formicid Barricade, a legendary FoFi of the Shining One (Zig:17)
  The ghost of Jargh the Formicid Barricade, a legendary FoFi of the Shining One (Zig:15)
  The ghost of Jargh the Formicid Barricade, a legendary FoFi of the Shining One (Zig:17)
  The ghost of Jargh the Formicid Barricade, a legendary FoFi of the Shining One (Zig:17)
  The ghost of Totuz the Messenger, a legendary HOFi of Beogh (Zig:17)
  The ghost of Qeilemp the Conqueror, a legendary HOFi of Beogh (Zig:17)
  The ghost of Qeilemp the Conqueror, a legendary HOFi of Beogh (Zig:8)
  The ghost of Totuz the Messenger, a legendary HOFi of Beogh (Zig:17)
  A juggernaut (shapeshifter) (Zig:24)
  The ghost of Becvyf the Sluggish Gnoll, a legendary GnFi of Cheibriados (Zig:15)
  The ghost of Becvyf the Sluggish Gnoll, a legendary GnFi of Cheibriados (Zig:15)
  The ghost of Becvyf the Sluggish Gnoll, a legendary GnFi of Cheibriados (Zig:15)
  The ghost of Zenecom the Conqueror, a legendary MiFi of Makhleb (Zig:17)
  The ghost of Unuchuin the Marksgnoll, a legendary GnFi of the Shining One (Zig:15)
  The ghost of Zenecom the Conqueror, a legendary MiFi of Makhleb (Zig:17)
  The ghost of Unuchuin the Marksgnoll, a legendary GnFi of the Shining One (Zig:17)
  The ghost of Zenecom the Conqueror, a legendary MiFi of Makhleb (Zig:17)
  The ghost of grandjackal the Rhythm of Life and Death, a legendary DsGl of Uskayaw (Zig:17)
  The ghost of runemage the Impregnable, a legendary GnFi of Gozag (Zig:21)
  The ghost of wingedge the Ruinous, a legendary HuWn of Kikubaaqudgha (Zot:5)
  The ghost of MrChinwatt the Slayer, a legendary DsWn of Qazlal (Zig:17)
  The ghost of MrChinwatt the Slayer, a legendary DsWn of Qazlal (Zig:17)
  The ghost of MrChinwatt the Slayer, a legendary DsWn of Qazlal (Zig:15)
  The ghost of sleeves the Demonic Mishap, a legendary DsFi of Qazlal (Zig:15)
  The ghost of sleeves the Demonic Mishap, a legendary DsFi of Qazlal (Zig:17)
  The ghost of Ecsetopt the Hawkeye, a legendary BaWn of Cheibriados (Zig:21)
  903 juggernauts
  The ghost of Kalug the Executioner, a legendary DrFi of Cheibriados (Zig:17)
  The ghost of Zoplarin the Conqueror, a legendary BaSk of Cheibriados (Zig:15)
  The ghost of Zoplarin the Conqueror, a legendary BaSk of Cheibriados (Zig:17)
  The ghost of Zoplarin the Conqueror, a legendary BaSk of Cheibriados (Zig:17)
  The ghost of Hillam the Grand Master, a legendary DsTm of Cheibriados (Zig:21)
  The ghost of Zoplarin the Conqueror, a legendary BaSk of Cheibriados (Zig:17)
  The ghost of Zoplarin the Conqueror, a legendary BaSk of Cheibriados (Zig:17)
  The ghost of Zoplarin the Conqueror, a legendary BaSk of Cheibriados (Zig:17)
  The ghost of Zoplarin the Conqueror, a legendary BaSk of Cheibriados (Zig:17)
  The ghost of Hillam the Grand Master, a legendary DsTm of Cheibriados (Zig:17)
  The ghost of Hillam the Grand Master, a legendary DsTm of Cheibriados (Zig:15)
  The ghost of Hillam the Grand Master, a legendary DsTm of Cheibriados (Zig:17)
  The ghost of frimble the Slayer, a legendary DsFi of Okawaru (Zig:17)
  The ghost of frimble the Slayer, a legendary DsFi of Okawaru (Zig:17)
  The ghost of Xaowkis the Impregnable, a legendary GnWr of Cheibriados (Zig:17)
  The ghost of Xaowkis the Impregnable, a legendary GnWr of Cheibriados (Zig:17)
  The ghost of Xaowkis the Impregnable, a legendary GnWr of Cheibriados (Zig:21)
  The ghost of Zachydoop the Conqueror, a veteran MiMo of Ru (Zig:17)
  The ghost of Zachydoop the Conqueror, a veteran MiMo of Ru (Zig:17)
  The ghost of Zachydoop the Conqueror, a veteran MiMo of Ru (Zig:17)
  The ghost of Zachydoop the Conqueror, a veteran MiMo of Ru (Zig:17)
  The ghost of Zachydoop the Conqueror, a veteran MiMo of Ru (Zig:17)
  The ghost of Zachydoop the Conqueror, a veteran MiMo of Ru (Zig:17)
  The ghost of Zachydoop the Conqueror, a veteran MiMo of Ru (Zig:21)
  The ghost of Zachydoop the Conqueror, a veteran MiMo of Ru (Zig:17)
  The ghost of Wammos the Grand Master, a legendary TeCj of Cheibriados (Zig:17)
  The ghost of Talannal the Sharpshooter, a legendary GnHW of Cheibriados (Zig:17)
  The ghost of Talannal the Sharpshooter, a legendary GnHW of Cheibriados (Zig:15)
  The ghost of Alysiarr the Cutthroat, a legendary KoHu of Okawaru (Zig:21)
  The ghost of Alysiarr the Cutthroat, a legendary KoHu of Okawaru (Zig:15)
  The ghost of Zachydoop the Slayer, a veteran MiGl of Makhleb (Zig:17)
  The ghost of Xocw the Executioner, a legendary GrMo of the Shining One (Zig:17)
  The ghost of Xocw the Executioner, a legendary GrMo of the Shining One (Zig:17)
  The ghost of Xocw the Executioner, a legendary GrMo of the Shining One (Zig:17)
  The ghost of TuffENuff the Formicid Mishap, a legendary FoFi of Qazlal (Zig:17)
  The ghost of blexxed the Conqueror, a legendary DsFi of Makhleb (Zig:17)
  Josephina (Depths:3)
  The ghost of stevelinton the Ninja, a legendary KoBe of Trog (Zig:15)
  The ghost of stevelinton the Ninja, a legendary KoBe of Trog (Zig:17)
  The ghost of stevelinton the Ninja, a legendary KoBe of Trog (Zig:17)
  800 royal mummies
  The ghost of xzight the Conqueror, a legendary MiBe of Trog (Zig:17)
  The ghost of xzight the Conqueror, a legendary MiBe of Trog (Zig:17)
  The ghost of andrewp the Conqueror, a veteran MiBe of Trog (Zig:17)
  The ghost of Rirumasy the Octopoid Blade, a legendary OpWn of Gozag (Zig:17)
  The ghost of Walil the Intangible, a veteran MiMo of Dithmenos (Zig:15)
  The ghost of Walil the Intangible, a veteran MiMo of Dithmenos (Zig:8)
  The ghost of Walil the Intangible, a veteran MiMo of Dithmenos (Zig:17)
  Sojobo (Vaults:4)
  The ghost of Kufiz the Slayer, a master GrCK of Xom (Zig:15)
  The ghost of Kufiz the Slayer, a master GrCK of Xom (Zig:15)
  The ghost of Kufiz the Slayer, a master GrCK of Xom (Zig:17)
  The ghost of thechecker02 the Impregnable, a legendary DDFi of Makhleb (Zig:17)
  The ghost of thechecker02 the Impregnable, a legendary DDFi of Makhleb (Zig:21)
  The ghost of thechecker02 the Impregnable, a legendary DDFi of Makhleb (Zig:17)
  The ghost of thechecker02 the Impregnable, a legendary DDFi of Makhleb (Zig:17)
  The ghost of heteroy the Invulnerable, a legendary DsHu of Uskayaw (Zig:17)
  The ghost of heteroy the Invulnerable, a legendary DsHu of Uskayaw (Zig:17)
  The ghost of heteroy the Invulnerable, a legendary DsHu of Uskayaw (Zig:17)
  The ghost of heteroy the Invulnerable, a legendary DsHu of Uskayaw (Zig:17)
  The ghost of heteroy the Invulnerable, a legendary DsHu of Uskayaw (Zig:8)
  The ghost of heteroy the Invulnerable, a legendary DsHu of Uskayaw (Zig:8)
  The ghost of Viugiw the Slayer, a legendary TeBe of the Shining One (Zig:17)
  The ghost of Viugiw the Slayer, a legendary TeBe of the Shining One (Zig:17)
  The ghost of Viugiw the Slayer, a legendary TeBe of the Shining One (Zig:17)
  The ghost of Viugiw the Slayer, a legendary TeBe of the Shining One (Zig:17)
  The ghost of BoringLoser the Acrobat, a veteran TeAE of Ru (Zig:15)
  The ghost of BoringLoser the Acrobat, a veteran TeAE of Ru (Zig:21)
  Parghit (Zot:1)
  Boris (twice) (Vaults:3 Tomb:3)
  The ghost of Waohesse the Slayer, a legendary VSFi of the Shining One (Zig:17)
  The ghost of Waohesse the Slayer, a legendary VSFi of the Shining One (Zig:17)
  The ghost of Waohesse the Slayer, a legendary VSFi of the Shining One (Zig:8)
  The ghost of Evehuixoju the Rhythm of Life and Death, a legendary VSFi of Uskayaw (Zig:8)
  The ghost of Evehuixoju the Rhythm of Life and Death, a legendary VSFi of Uskayaw (Zig:17)
  The ghost of Evehuixoju the Rhythm of Life and Death, a legendary VSFi of Uskayaw (Zig:8)
  The ghost of lukano the Imperceptible, a legendary GrFi of the Shining One (Zig:17)
  The ghost of lukano the Imperceptible, a legendary GrFi of the Shining One (Zig:17)
  The ghost of lukano the Imperceptible, a legendary GrFi of the Shining One (Zig:17)
  The ghost of Dameikh the Hoplite, a veteran FoFi of Nemelex Xobeh (Zig:15)
  The ghost of Dameikh the Hoplite, a veteran FoFi of Nemelex Xobeh (Zig:21)
  The ghost of Godueg the Slayer, a veteran HOFi of the Shining One (Zig:17)
  The ghost of Piginabag the Questioner, a veteran GnMo of Ru (Zig:15)
  The ghost of Gucom the Sluggish Gnoll, a veteran GnFi of Cheibriados (Zig:17)
  The ghost of lmSkywalker the Warrior, an adept DrTm of Okawaru (Zig:8)
  The ghost of frimble the Slayer, a legendary GrFi of Okawaru (Zig:17)
  1966 pandemonium lords
  The ghost of Qatinlae the Archmage, a veteran DEFE of Sif Muna (Zig:17)
  Bai Suzhen (Snake:3)
  625 Killer Klowns
  231 shard shrikes
  Vashnia (Snake:3)
  The ghost of Ycuhohed the Acrobat, a veteran TeBe of Trog (Zig:17)
  The ghost of Ycuhohed the Acrobat, a veteran TeBe of Trog (Zig:21)
  The ghost of Ycuhohed the Acrobat, a veteran TeBe of Trog (Zig:17)
  The ghost of Ycuhohed the Acrobat, a veteran TeBe of Trog (Zig:17)
  The ghost of Pusocauss the Warrior, a legendary VSBe of Trog (Zig:17)
  The ghost of meatyocre the Brawler, a veteran TrFi of Uskayaw (Zig:17)
  The ghost of meatyocre the Brawler, a veteran TrFi of Uskayaw (Zig:17)
  Geryon (Hell)
  The ghost of EricTams the Hoplite, a veteran MiBe of Trog (Zig:17)
  The ghost of EricTams the Hoplite, a veteran MiBe of Trog (Zig:21)
  The ghost of EricTams the Hoplite, a veteran MiBe of Trog (Zig:17)
  The ghost of EricTams the Hoplite, a veteran MiBe of Trog (Zig:17)
  1037 caustic shrikes
  6 caustic shrikes (shapeshifter)
  The ghost of Anafel the Impregnable, a legendary GrFi of the Shining One (Zig:17)
  The ghost of Anafel the Impregnable, a legendary GrFi of the Shining One (Zig:17)
  4 golden dragons (shapeshifter)
  61 curse toes
  1387 golden dragons
  The ghost of Pohawk the Severer, an adept MiGl of the Shining One (Zig:17)
  The ghost of Pohawk the Severer, an adept MiGl of the Shining One (Zig:17)
  The ghost of Pohawk the Severer, an adept MiGl of the Shining One (Zig:17)
  The ghost of Gemnonof the Warrior, an adept DgCj (Zig:8)
  The ghost of Uhosoup the Slayer, a veteran GrFi of Okawaru (Zig:17)
  The ghost of Uhosoup the Slayer, a veteran GrFi of Okawaru (Zig:17)
  The ghost of Uhosoup the Slayer, a veteran GrFi of Okawaru (Zig:17)
  The ghost of Uhosoup the Slayer, a veteran GrFi of Okawaru (Zig:17)
  The ghost of Uhosoup the Slayer, a veteran GrFi of Okawaru (Zig:17)
  735 profane servitors
  Nikola (Elf:2)
  1481 bone dragons
  The ghost of Ebassic the Hoplite, a veteran GrFi of the Shining One (Zig:17)
  The ghost of Ebassic the Hoplite, a veteran GrFi of the Shining One (Zig:15)
  The ghost of Pikuto the Slayer, an adept MiBe of Trog (Zig:17)
  The ghost of Pikuto the Slayer, an adept MiBe of Trog (Zig:17)
  The ghost of Pikuto the Slayer, an adept MiBe of Trog (Zig:17)
  The ghost of Saphesar the Demonic Mishap, a veteran DsFi of Qazlal (Zig:21)
  The ghost of Saphesar the Demonic Mishap, a veteran DsFi of Qazlal (Zig:17)
  205 doom hounds
  513 iron giants
  841 pearl dragons
  490 Tzitzimimeh
  96 electric golems
  5 iron giants (shapeshifter)
  A Cloud Mage (WizLab)
  1545 tentacled monstrosities
  The ghost of Xutext the Spry, an adept DsAK of Lugonu (Zig:17)
  The ghost of Xutext the Spry, an adept DsAK of Lugonu (Zig:17)
  The ghost of Xutext the Spry, an adept DsAK of Lugonu (Zig:17)
  1070 Brimstone Fiends
  891 Hell Sentinels
  2 spectral shard shrikes
  710 Ice Fiends
  1276 hellephants
  821 liches
  186 tainted leviathans
  Jorgrun (Orc:1)
  4 walking crystal tomes
  The ghost of Zeph the Severer, an adept NaFi of Cheibriados (Zig:17)
  24 Orb Guardians (Zot:5)
  664 deep elf blademasters
  4 walking earthen tomes
  5 acid blobs (shapeshifter)
  36 quicksilver dragons (shapeshifter)
  925 titans
  7 walking frostbound tomes
  429 Executioners
  542 quicksilver dragons
  835 searing wretches
  929 deep elf master archers
  14 eldritch tentacles
  8 death cobs
  9 walking divine tomes
  1214 ancient champions
  520 tentacled starspawn
  202 tengu reavers
  The ghost of frimble the Struggler, an adept DsGl of Okawaru (Zig:17)
  236 sphinxes
  Agnes (Elf:1)
  36 sphinxes (shapeshifter)
  38 thorn hunters
  4471 acid blobs
  The ghost of Himmaryad the Brawler, an adept TrMo of Nemelex Xobeh (Zig:17)
  The ghost of Ubraesch the Brawler, an adept TrMo of Nemelex Xobeh (Zig:17)
  The ghost of Polaczum the Brawler, an adept TrMo of Nemelex Xobeh (Zig:17)
  The ghost of Amikeex the Brawler, an adept TrMo of Nemelex Xobeh (Zig:15)
  The ghost of Barug the Brawler, an adept TrMo of Nemelex Xobeh (Zig:17)
  The ghost of Ubraesch the Brawler, an adept TrMo of Nemelex Xobeh (Zig:17)
  The ghost of Ubraesch the Brawler, an adept TrMo of Nemelex Xobeh (Zig:17)
  The ghost of Himmaryad the Brawler, an adept TrMo of Nemelex Xobeh (Zig:15)
  The ghost of Himmaryad the Brawler, an adept TrMo of Nemelex Xobeh (Zig:17)
  The ghost of Amikeex the Brawler, an adept TrMo of Nemelex Xobeh (Zig:17)
  The ghost of Polaczum the Brawler, an adept TrMo of Nemelex Xobeh (Zig:17)
  156 shadow dragons
  37 shadow dragons (shapeshifter)
  12 storm dragons (shapeshifter)
  1234 rockslimes
  167 storm dragons
  Donald (Swamp:2)
  36 azure jellies (shapeshifter)
  1099 draconian monks
  Roxanne (D:15)
  681 daevas
  409 narguns
  30 fenstrider witches
  2279 nagarajas
  342 demonspawn warmongers
  1115 revenants
  The ghost of Luxzac the Destroyer, a journeyman GrEE of Vehumet (Snake:4)
  718 azure jellies
  706 fire giants
  32 fire giants (shapeshifter)
  1176 emperor scorpions
  292 quicksilver elementals
  165 frost giants
  30 caustic shrike zombies
  3 spectral juggernauts
  41 frost giants (shapeshifter)
  33 fenstrider witches (shapeshifter)
  141 vault wardens
  11 emperor scorpions (shapeshifter)
  199 deep elf sorcerers
  2301 balrugs
  1154 draconian scorchers
  The ghost of esran the Fighter, a journeyman TrFi of Okawaru (Orc:1)
  1197 draconian knights
  295 iron dragons
  1080 draconian shifters
  7 iron dragons (shapeshifter)
  Louise (Snake:3)
  26 juggernaut zombies
  The ghost of HilariousDeathArtist the Fighter, a journeyman DgEn (Orc:2)
  1965 ghost moths
  7 spectral caustic shrikes
  Aizul (Elf:3)
  364 cacodemons
  14 ghost moths (shapeshifter)
  152 ghouls
  950 curse skulls
  381 very ugly things
  6 shard shrike simulacra
  1085 draconian stormcallers
  1388 orc warlords
  265 ophanim
  A spriggan defender (Depths:4)
  45 deep elf elementalists
  1242 draconian annihilators
  509 reapers
  482 war gargoyles
  34 stone giants (shapeshifter)
  252 angels
  132 eleionomae
  106 broodmothers
  680 quicksilver oozes
  90 ironbound preservers
  803 stone giants
  24 caustic shrike skeletons
  7 quicksilver oozes (shapeshifter)
  216 apis
  27 juggernaut skeletons
  1273 demonspawn corrupters
  417 black draconians
  474 demonspawn blood saints
  6 ironbound thunderhulks
  24 elemental wellsprings
  8 spectral titans
  533 vampire knights
  7 broodmothers (shapeshifter)
  242 putrid mouths
  163 bunyips
  383 deep elf demonologists
  290 lorocyprocas
  305 dire elephants
  415 demonspawn black suns
  37 dire elephants (shapeshifter)
  307 bennus
  Azrael (Snake:2)
  28 eleionomae (shapeshifter)
  437 purple draconians
  439 green draconians
  9 bunyips (shapeshifter)
  452 white draconians
  A minotaur (Zig:25)
  513 deep elf annihilators
  437 red draconians
  403 wendigos
  10 spark wasps (shapeshifter)
  3 minotaurs (shapeshifter)
  435 yellow draconians
  154 spark wasps
  998 green deaths
  631 eidola
  382 iron golems
  728 merfolk javelineers
  638 blizzard demons
  4 ettins (shapeshifter)
  10 quicksilver dragon zombies
  131 merfolk impalers
  577 mummy priests
  141 ettins
  255 yaktaur captains
  The ghost of Keadol the Thaumaturge, a journeyman DrCj of Vehumet (Lair:1)
  137 crystal guardians
  A spectral kraken (Tar:7)
  344 deep elf death magi
  11 spectral golden dragons
  105 jiangshi
  516 fire dragons
  1217 shambling mangroves
  321 great orbs of eyes
  17 quicksilver dragon skeletons
  10 entropy weavers (shapeshifter)
  6 spectral quicksilver dragons
  771 deep elf high priests
  23 spriggan zombies
  1347 entropy weavers
  3 great orbs of eyes (shapeshifter)
  17 spectral spriggans
  11 spectral shadow dragons
  79 ice dragons
  14 hydras (shapeshifter)
  5 fire dragons (shapeshifter)
  18 caustic shrike simulacra
  7 jorogumos (shapeshifter)
  4 spectral sphinxes
  1657 salamander tyrants
  32 merfolk avatars
  A spectral fenstrider witch (Tar:1)
  43 vault guards
  25 rakshasas
  Fannar (Orc:1)
  979 hydras
  12 ice dragons (shapeshifter)
  3 peacekeepers
  4 radroaches (shapeshifter)
  7 spectral tengu
  Erolcha (D:11)
  2 fenstrider witch skeletons
  115 centaur warriors
  3 spectral frost giants (Zig:5)
  63 two-headed ogres
  3 ironbound frosthearts
  500 catoblepae
  35 spriggan skeletons
  3 boulder beetles (shapeshifter)
  216 spriggan air magi
  126 ghost crabs
  55 ogre magi
  12 two-headed ogres (shapeshifter)
  9 catoblepae (shapeshifter)
  263 hell beasts
  2 alligators (shapeshifter)
  142 boulder beetles
  A death knight (Crypt:1)
  105 jorogumos
  170 satyrs
  Erica (D:11)
  159 alligator snapping turtles
  21 juggernaut simulacra
  24 anacondas (shapeshifter)
  A spectral stone giant (Zig:5)
  98 stokers
  38 alligator snapping turtles (shapeshifter)
  284 anacondas
  1367 merfolk aquamancers
  The ghost of Aj7335 the Cleaver, a novice MiBe of Trog (Orc:1)
  An azure jelly zombie (Crypt:1)
  306 death scarabs
  930 dancing weapons
  146 alligators
  8 tengu warriors
  173 radroaches
  18 deep troll earth magi
  198 hell hogs
  An Orb Guardian skeleton (Crypt:1)
  371 naga warriors
  9 satyrs (shapeshifter)
  5 death yaks (shapeshifter)
  1408 orc high priests
  16 spriggan berserkers
  602 vampire magi
  3 deep troll shamans
  479 thrashing horrors
  20 shock serpents (shapeshifter)
  32 death yaks
  2 spectral dire elephants
  458 shock serpents
  9 spectral storm dragons
  Amaemon (D:11)
  675 naga sharpshooters
  25 titan zombies
  1323 wretched stars
  592 deep elf knights
  28 skysharks (shapeshifter)
  20 storm dragon zombies
  261 hell knights
  132 fire crabs
  307 soul eaters
  198 crystal echidnas
  13 fire crabs (shapeshifter)
  225 sun demons
  325 iron trolls
  33 titan skeletons
  97 salamander mystics
  15 skysharks
  29 iron trolls (shapeshifter)
  264 shadow wraiths
  204 sixfirhies
  4 spectral anacondas
  30 storm dragon skeletons
  103 sun moths
  629 death drakes
  36 skeletal warriors
  18 death drakes (shapeshifter)
  A ghost moth zombie (Crypt:2)
  318 pharaoh ants
  178 spatial maelstroms
  A bunyip zombie (Hell)
  5 goliath frogs (shapeshifter)
  86 goliath frogs
  114 sea snakes
  620 swamp dragons
  154 glowing orange brains
  382 flayed ghosts
  1263 orb spiders
  25 glowing orange brains (shapeshifter)
  A spark wasp zombie (Zig:9)
  28 orb spiders (shapeshifter)
  582 deep elf archers
  41 deep trolls
  A bunyip skeleton (Crypt:3)
  243 cherubim
  22 sea snakes (shapeshifter)
  12 spectral iron dragons
  72 bog bodies
  630 spriggan druids
  288 shadow demons
  212 naga ritualists
  8 quicksilver dragon simulacra
  27 golden dragon zombies
  45 obsidian statues
  21 spriggan simulacra
  22 lindwurms (shapeshifter)
  50 orange crystal statues
  20 swamp dragons (shapeshifter)
  44 necromancers
  261 phantasmal warriors
  42 wizards
  26 sphinx zombies
  28 golden dragon skeletons
  16 lindwurms
  24 shadow dragon zombies
  254 orc knights
  2 anaconda skeletons
  36 mana vipers (shapeshifter)
  182 harpies
  28 deep trolls (shapeshifter)
  A fenstrider witch simulacrum (Coc:1)
  260 steelbarb worms
  841 deep elf zephyrmancers
  20 steelbarb worms (shapeshifter)
  9 harpies (shapeshifter)
  29 tengu zombies
  865 deep elf pyromancers
  4 glowing shapeshifters
  5 fire giant zombies
  90 ironbound convokers
  198 mana vipers
  32 wolf spiders (shapeshifter)
  136 will-o-the-wisps
  2 stone giant zombies
  516 orc sorcerers
  123 manticores
  31 moths of wrath (shapeshifter)
  14 salamanders (shapeshifter)
  17 manticores (shapeshifter)
  28 iron dragon zombies
  18 shadow dragon skeletons
  2 spectral ettins (Tar:5)
  21 fauns (shapeshifter)
  185 fauns
  458 shining eyes
  267 ugly things
  6 frost giant zombies
  57 worldbinders
  31 shining eyes (shapeshifter)
  16 sphinx skeletons
  1055 moths of wrath
  134 oklob plants
  367 wolf spiders
  27 elephants (shapeshifter)
  116 salamanders
  171 cyclopes
  21 cyclopes (shapeshifter)
  A dire elephant zombie (Tomb:3)
  69 merfolk sirens
  3 spectral centaurs
  45 elephants
  576 guardian serpents
  33 tengu skeletons
  232 eyes of devastation
  2 human skeletons
  3 frost giant skeletons
  2 toenail golems
  29 iron dragon skeletons
  1218 black mambas
  552 naga magi
  8 molten gargoyles (Geh:7)
  4 fire giant skeletons
  16 eyes of devastation (shapeshifter)
  147 orange demons
  26 water nymphs (shapeshifter)
  48 ice statues
  47 rust devils
  625 smoke demons
  424 apocalypse crabs
  2 stone giant skeletons
  283 demonic crawlers
  1238 water nymphs
  17 guardian serpents (shapeshifter)
  108 cane toads
  40 gargoyles
  7 black mambas (shapeshifter)
  11 spectral swamp worms (Tar:7)
  4 dire elephant skeletons
  1433 starcursed masses
  15 titan simulacra
  12 torpor snails (shapeshifter)
  84 vault sentinels
  14 storm dragon simulacra
  4 centaur skeletons
  1384 torpor snails
  A death yak zombie (Crypt:3)
  164 efreet
  Maggie (D:6)
  65 rime drakes
  2 rime drakes (shapeshifter)
  7 cane toads (shapeshifter)
  71 yaktaurs
  10 unseen horrors (shapeshifter)
  104 komodo dragons
  10 yaktaurs (shapeshifter)
  An unseen horror (D:13)
  22 komodo dragons (shapeshifter)
  683 tormentors
  3 spark wasp simulacra
  A swamp worm zombie (Crypt:2)
  842 hellions
  Psyche (D:12)
  A bunyip simulacrum (Abyss:3)
  A kobold demonologist (D:13)
  8 spectral glowing shapeshifters
  62 ice devils
  53 freezing wraiths
  A pale draconian zombie (Crypt:3)
  2 tengu conjurers
  9 anaconda simulacra
  11 golden dragon simulacra
  1001 guardian mummies
  5 spectral harpies
  A spectral two-headed ogre (Tar:2)
  6 queen bees (shapeshifter)
  2 alligator snapping turtle skeletons
  A harpy zombie (Hell)
  29 polar bears
  96 red devils
  An unseen horror skeleton (Crypt:3)
  456 ancient zymes
  A green draconian skeleton (Crypt:1)
  2 spectral nagas (Tar:1)
  5 iron giant simulacra
  3 trolls (shapeshifter)
  433 merfolk
  23 merfolk (shapeshifter)
  80 meliai
  101 tyrant leeches
  188 hellwings
  A queen bee (D:10)
  8 meliai (shapeshifter)
  15 tarantellas (shapeshifter)
  7 tyrant leeches (shapeshifter)
  46 bloated husks
  11 wind drakes (shapeshifter)
  40 silent spectres
  4 harpy skeletons
  312 trolls
  17 tengu simulacra
  A hydra skeleton (Pan)
  9 polar bears (shapeshifter)
  84 wind drakes
  64 blink frogs
  9 shadow dragon simulacra
  235 tarantellas
  9 sphinx simulacra
  31 dream sheep (shapeshifter)
  A boulder beetle zombie (Crypt:2)
  Prince Ribbit (D:9)
  256 raiju
  An ettin zombie (Zig:1)
  1913 hornets
  A culicivora zombie (Crypt:3)
  8 blink frogs (shapeshifter)
  19 snapping turtles (shapeshifter)
  99 snapping turtles
  4 frost giant simulacra
  5 hornets (shapeshifter)
  3 raiju (shapeshifter)
  7 fire giant simulacra
  7 iron dragon simulacra
  A meliai zombie (Crypt:1)
  21 dream sheep
  16 slime creatures (shapeshifter)
  4 stone giant simulacra
  1781 slime creatures
  A human simulacrum (Vaults:4)
  418 flying skulls
  A spriggan (shapeshifter) (Zig:24)
  203 culicivoras
  Sigmund (D:5)
  A centaur simulacrum (D:11)
  257 air elementals
  3 shapeshifters
  A merfolk skeleton (Pan)
  220 jumping spiders
  123 yaks
  A fire bat (shapeshifter) (Zig:24)
  9 dire elephant simulacra
  16 culicivoras (shapeshifter)
  317 water elementals
  12 jumping spiders (shapeshifter)
  10 shadows
  447 ushabtiu
  5 fire bats
  34 wraiths
  A wyvern (shapeshifter) (Zig:19)
  42 wyverns
  311 ynoxinuls
  2 hogs (shapeshifter)
  8 yaks (shapeshifter)
  99 spriggans
  15 vampires
  6 humans (shapeshifter)
  2 alligator snapping turtle simulacra (Coc:3)
  6 ettin skeletons
  3 golden eyes (shapeshifter)
  201 golden eyes
  34 steam dragons
  323 fire elementals
  8 minotaur simulacra (IceCv)
  A steam dragon (shapeshifter) (Zig:25)
  324 redbacks
  A wind drake skeleton (Crypt:3)
  4 basilisks (shapeshifter)
  298 chaos spawn
  403 neqoxecs
  2 wargs (shapeshifter)
  33 vampire mosquitoes
  37 basilisks
  15 swamp worms
  311 wargs
  34 redbacks (shapeshifter)
  27 spatial vortices
  16 harpy simulacra
  396 nagas
  Edmund (D:5)
  3 water moccasins (shapeshifter)
  31 glowing shapeshifter zombies
  A hydra simulacrum (IceCv)
  24 swamp worms (shapeshifter)
  35 acid dragons
  23 glowing shapeshifter skeletons
  150 water moccasins
  An acid dragon (shapeshifter) (Zig:21)
  27 floating eyes (shapeshifter)
  144 hell hounds
  Duvessa (D:6)
  2 naga skeletons (Pan)
  317 floating eyes
  1436 orc warriors
  3 black bears
  A merfolk simulacrum (Coc:2)
  886 large abominations
  66 swamp drakes
  An ice beast (shapeshifter) (Zig:21)
  A sky beast (D:4)
  3 black bears (shapeshifter)
  A sky beast (shapeshifter) (Zig:17)
  657 ogres
  3 ice beasts
  2 ettin simulacra
  3 wolves (shapeshifter)
  5 boggarts (D:15)
  3 tengu (shapeshifter)
  3 boggarts (shapeshifter)
  A snapping turtle skeleton (Crypt:2)
  45 wolves
  A manticore skeleton (Crypt:2)
  55 centaurs
  A centaur (shapeshifter) (Zig:15)
  A swamp dragon skeleton (Crypt:2)
  2 phantoms
  4 kobold brigands
  A necrophage (Swamp:2)
  19 bullfrogs
  6 gnoll sergeants
  4 scorpions
  4 naga simulacra
  14 glowing shapeshifter simulacra
  A scorpion (shapeshifter) (Zig:22)
  4 deep troll simulacra (IceCv)
  222 earth elementals
  A salamander skeleton (Crypt:1)
  A cyclops skeleton (Crypt:3)
  20 wights (Crypt:3)
  Dowan (D:6)
  17 killer bees (D:10)
  3 lindwurm simulacra (IceCv)
  A killer bee (shapeshifter) (Zig:17)
  3 howler monkeys
  5 electric eels
  2 vampire bats (Orc:1)
  7 crimson imps
  A jelly (D:7)
  A quasit (Abyss:3)
  2 hounds (D:5)
  229 orc priests
  A jelly (shapeshifter) (Zig:25)
  12 gnoll boudas
  A sleepcap (D:5)
  Ijyb (D:5)
  Terence (D:3)
  12 hell rats
  2 iguanas
  217 orc wizards
  2 small abominations (Abyss:3)
  29 lightning spires
  A boggart skeleton (Crypt:1)
  1640 mummies
  22 gnolls
  A gnoll (shapeshifter) (Zig:24)
  6 adders
  2 adders (shapeshifter)
  A swamp drake skeleton (Crypt:2)
  2 white imps
  2 ufetubi (Abyss:3)
  2 worms
  6 dart slugs
  116 orcs
  A bat zombie (Crypt:2)
  5 endoplasms
  4 giant cockroaches
  5 goblins
  9 hobgoblins
  2 jackals (D:1)
  32 kobolds
  A quokka (D:3)
  6 ball pythons
  10 bats
  6 frilled lizards
  A gnoll skeleton (Crypt:1)
  6 rats
  41 ball lightnings
  10 creeping infernos
  470 fire vortices
  A foxfire (Zig:16)
  A spectral weapon (Zig:15)
  82 starspawn tentacles
  2 tentacles (Tar:7)
138250 creatures vanquished.

Vanquished Creatures (collateral kills)
  Ereshkigal (Tar:7)
  An ancient lich (Zig:21)
  5 royal mummies
  A pandemonium lord (Zig:9)
  the Lernaean hydra (Swamp:4)
  A profane servitor (Tar:7)
  A bone dragon (Tar:5)
  A doom hound (Tar:5)
  An iron giant (Dis:3)
  A Hell Sentinel (Zig:14)
  A tainted leviathan (Tar:6)
  A tentacled monstrosity (Zig:17)
  A deep elf blademaster (Elf:3)
  2 titans (Zig:5)
  A quicksilver elemental (Zig:14)
  A deep elf sorcerer (Elf:3)
  A nargun (Zig:10)
  A stone giant (shapeshifter) (Zig:9)
  2 stone giants
  An ettin (Depths:3)
  2 iron golems (Zig:14)
  A hydra (Zig:15)
  A shambling mangrove (Zig:12)
  An alligator (Zig:11)
  A death scarab (Zig:17)
  A storm dragon zombie (Zig:24)
  A titan zombie (Zig:17)
  A sun demon (Pan)
  A soul eater (Zig:25)
  A wretched star (Zig:25)
  An orange crystal statue (Zig:9)
  A sphinx skeleton (Zig:17)
  An iron dragon skeleton (Zig:2)
  A vault sentinel (Zig:22)
  A guardian mummy (Tomb:3)
  A hornet (Zig:12)
  A flying skull (Zig:24)
  A ynoxinul (Pan)
  2 large abominations (Pan)
  An ushabti (Tomb:3)
  A chaos spawn (Pan)
  24 mummies
  9 foxfires (D:8)
82 creatures vanquished.

Vanquished Creatures (others)
  47 pandemonium lords
  An ancient lich (Zig:25)
  The ghost of GlasyaLabolas the Conqueror, a legendary MiFi of Dithmenos (Zig:21)
  A juggernaut (Zig:24)
  The ghost of Xaowkis the Impregnable, a legendary GnWr of Cheibriados (Zig:21)
  21 Killer Klowns
  A caustic shrike (shapeshifter) (Zig:24)
  2 caustic shrikes
  The ghost of Gemnonof the Warrior, an adept DgCj (Zig:21)
  7 golden dragons
  A bone dragon (Zig:25)
  A hellephant (Zig:12)
  An Orb Guardian (Zot:5)
  17 tentacled monstrosities
  The ghost of Zeph the Severer, an adept NaFi of Cheibriados (Zig:17)
  2 liches
  3 deep elf blademasters
  2 titans
  A deep elf master archer (Zig:26)
  10 eldritch tentacles
  2 quicksilver dragons
  3 Executioners
  An acid blob (shapeshifter) (Zig:19)
  An ancient champion (Hell)
  A sphinx (shapeshifter) (Zig:12)
  5 shadow dragons (shapeshifter)
  3 tengu reavers
  A shadow dragon (Zig:17)
  3 fire giants (shapeshifter)
  A thorn hunter (Zig:23)
  5 azure jellies (shapeshifter)
  5 nagarajas
  5 fire giants
  3 fenstrider witches (shapeshifter)
  8 draconian knights
  2 deep elf sorcerers (Zig:25)
  2 balrugs (Zig:27)
  2 draconian scorchers (Zig:10)
  A quicksilver elemental (Zig:12)
  A shard shrike simulacrum (Coc:7)
  A ghoul (Zig:12)
  3 cacodemons
  2 draconian stormcallers
  A draconian shifter (Zig:10)
  4 demonspawn blood saints
  A draconian annihilator (Zig:25)
  2 stone giants (shapeshifter)
  A war gargoyle (Dis:7)
  An eleionoma (shapeshifter) (Zig:17)
  2 vampire knights
  A deep elf demonologist (Zig:23)
  21 very ugly things
  An eleionoma (Zig:18)
  A demonspawn black sun (Zig:17)
  A bunyip (Zig:13)
  2 lorocyprocas
  2 minotaurs (shapeshifter)
  A purple draconian (Depths:4)
  2 deep elf annihilators
  A red draconian (Zig:22)
  A dire elephant (shapeshifter) (Zig:25)
  A yellow draconian (Zig:10)
  A blizzard demon (Zig:22)
  6 green deaths
  7 shambling mangroves
  A fire dragon (Zig:16)
  A deep elf high priest (Zig:23)
  2 merfolk javelineers
  5 hydras
  2 caustic shrike simulacra
  A ghost crab (Zig:21)
  A hell beast (Zig:18)
  4 juggernaut simulacra
  4 salamander tyrants
  An anaconda (shapeshifter) (Zig:21)
  A centaur warrior (Zig:10)
  An anaconda (Zig:26)
  3 merfolk aquamancers
  3 alligators
  An ogre mage (Zig:11)
  A dancing weapon (Zig:13)
  A shock serpent (Zig:20)
  A naga sharpshooter (Zig:20)
  3 deep elf knights
  An iron troll (shapeshifter) (Zig:21)
  A wretched star (Zig:22)
  A fire crab (shapeshifter) (Zig:17)
  A sixfirhy (Pan)
  A skyshark (shapeshifter) (Zig:18)
  A deep troll (Depths:2)
  A death drake (Zig:16)
  2 goliath frogs (Zig:12)
  2 bog bodies (Zig:10)
  A sea snake (shapeshifter) (Zig:14)
  6 swamp dragons
  A wizard (Pan)
  2 obsidian statues (Zig:6)
  A deep elf archer (Zig:26)
  A harpy (shapeshifter) (Zig:14)
  4 shadow demons
  2 deep elf zephyrmancers
  4 spriggan druids
  2 spriggan simulacra
  An orb spider (shapeshifter) (Zig:18)
  2 lindwurms (shapeshifter) (Zig:12)
  A faun (shapeshifter) (Zig:18)
  3 deep elf pyromancers
  A mana viper (Zig:2)
  4 will-o-the-wisps
  25 ugly things
  An orc sorcerer (Zig:13)
  2 moths of wrath
  A moth of wrath (shapeshifter) (Zig:21)
  A shining eye (shapeshifter) (Zig:17)
  A cyclops (shapeshifter) (Zig:12)
  2 black mambas
  3 guardian serpents
  2 water nymphs (shapeshifter)
  23 apocalypse crabs
  A guardian serpent (shapeshifter) (Zig:21)
  A naga mage (Zig:27)
  A gargoyle (Zig:22)
  2 titan simulacra
  2 orange demons
  2 smoke demons
  2 eyes of devastation (shapeshifter)
  2 hellions
  A rime drake (shapeshifter) (Zig:19)
  2 rime drakes (Zig:24)
  3 tormentors
  2 anaconda simulacra
  A red devil (Zig:15)
  A merfolk (Zig:15)
  2 meliai (shapeshifter)
  A hellwing (Pan)
  7 bloated husks
  A polar bear (shapeshifter) (Zig:12)
  2 wind drakes (Pan)
  32 hornets
  A sphinx simulacrum (Zig:10)
  2 dream sheep (shapeshifter)
  2 snapping turtles (shapeshifter) (Zig:17)
  An iron dragon simulacrum (Coc:4)
  3 air elementals
  10 water elementals
  A ynoxinul (Pan)
  A wyvern (Zig:24)
  A fire elemental (Zig:21)
  2 hogs (shapeshifter)
  3 golden eyes (shapeshifter)
  3 golden eyes (Abyss:3)
  A basilisk (shapeshifter) (Zig:24)
  30 chaos spawn
  A neqoxec (Zig:19)
  5 redbacks (shapeshifter)
  2 large abominations
  A swamp worm (shapeshifter) (Zig:17)
  2 nagas
  An acid dragon (Zig:9)
  4 floating eyes (shapeshifter)
  A centaur (shapeshifter) (Zig:21)
  A bullfrog (shapeshifter) (Zig:18)
  A naga simulacrum (Coc:4)
  2 earth elementals
  2 hell rats (Hell)
  A lightning spire (Zig:17)
  A gnoll (Zig:9)
  43 ball lightnings
  5 creeping infernos (Geh:4)
  955 fire vortices
  680 foxfires
  3 lurking horrors (Geh:4)
  40 starspawn tentacles
  4 tentacles (Tar:7)
2273 creatures vanquished.

Grand Total: 140605 creatures vanquished

Notes
Turn   | Place    | Note
-------+----------+-------------------------------------------
     0 | D:1      | browni3141 the Demonspawn Fire Elementalist began the quest
                  | for the Orb.
     0 | D:1      | Reached XP level 1. HP: 13/13 MP: 3/3
   270 | D:1      | Gained mutation: You are partially covered in razor-sharp
                  | scales. (AC +1, Slay +1) [demonic ancestry]
   270 | D:1      | Reached XP level 2. HP: 19/19 MP: 0/5
   477 | D:1      | Found a faded altar of an unknown god.
  1132 | D:2      | Gained mutation: You regenerate a little health from kills.
                  | [demonic ancestry]
  1132 | D:2      | Reached XP level 3. HP: 24/24 MP: 6/6
  1199 | D:2      | Reached skill level 3 in Fire Magic
  1716 | D:3      | Found a shadowy altar of Dithmenos.
  1733 | D:3      | Reached XP level 4. HP: 30/30 MP: 7/7
  2216 | D:3      | Noticed Terence
  2225 | D:3      | Killed Terence
  2229 | D:3      | Learned a level 2 spell: Scorch
  2418 | D:4      | Noticed a sky beast
  2427 | D:4      | Killed a sky beast
  2428 | D:4      | Reached skill level 3 in Stealth
  2428 | D:4      | Reached XP level 5. HP: 35/35 MP: 7/9
  2549 | D:4      | Reached skill level 3 in Spellcasting
  2595 | D:4      | Found a shimmering blue altar of Sif Muna.
  2649 | D:4      | Found an ancient bone altar of Kikubaaqudgha.
  2655 | D:4      | Reached skill level 3 in Dodging
  2655 | D:4      | Gained mutation: You sometimes gain a little power by
                  | taking damage. [demonic ancestry]
  2655 | D:4      | Reached XP level 6. HP: 38/41 MP: 10/10
  2667 | D:4      | Found a radiant altar of Vehumet.
  3199 | D:4      | Found a staircase to the Ecumenical Temple.
  3219 | Temple   | Entered the Ecumenical Temple
  3428 | Temple   | Became a worshipper of Gozag Ym Sagoz the Greedy
  4029 | D:5      | Entered Level 5 of the Dungeon
  4054 | D:5      | Found a sacrificial altar of Ru.
  4070 | D:5      | Reached skill level 3 in Conjurations
  4076 | D:5      | Noticed Sigmund
  4097 | D:5      | Noticed Ijyb
  4219 | D:5      | Gained mutation: You regenerate health from kills. [demonic
                  | ancestry]
  4219 | D:5      | Reached XP level 7. HP: 46/46 MP: 5/12
  4300 | D:5      | Noticed Edmund
  4429 | D:5      | Killed Sigmund
  4485 | D:5      | Killed Edmund
  4841 | D:5      | Reached XP level 8. HP: 36/52 MP: 7/14
  5153 | D:5      | Killed Ijyb
  5367 | D:6      | Found a shimmering altar of Xom.
  5465 | D:6      | Found an iron altar of Okawaru.
  5476 | D:6      | Noticed Duvessa
  5782 | D:6      | Noticed Maggie
  5903 | D:6      | Killed Maggie
  5941 | D:6      | Reached XP level 9. HP: 51/58 MP: 1/16
  6064 | D:6      | Noticed Dowan
  6448 | D:7      | Paralysed by a hornet for 3 turns
  6463 | D:7      | HP: 3/61 [poisoned by a hornet]
  6740 | D:7      | Reached skill level 6 in Stealth
  6914 | D:7      | Found a snail-covered altar of Cheibriados.
  7173 | D:6      | Killed Duvessa
  7181 | D:6      | Killed Dowan
  7314 | D:6      | Identified the +0 flail of the Briny Deep {drain, rPois rC-
                  | rCorr Str+4}
  7486 | D:8      | Reached skill level 3 in Fighting
  7505 | D:8      | Reached skill level 3 in Armour
  7517 | D:8      | Reached skill level 6 in Fire Magic
  7637 | D:8      | Reached skill level 6 in Conjurations
  7807 | D:8      | Reached XP level 10. HP: 63/71 MP: 13/18
  7934 | D:8      | Noticed a two-headed ogre
  8191 | D:8      | Found a staircase to the Lair.
  8672 | D:9      | Noticed Prince Ribbit
  8683 | D:9      | Killed Prince Ribbit
  8690 | D:9      | Reached skill level 6 in Spellcasting
  8697 | D:9      | Reached skill level 6 in Dodging
  9057 | D:9      | Noticed a two-headed ogre
 10037 | D:10     | Entered Level 10 of the Dungeon
 11113 | D:10     | Noticed an orc knight
 11114 | D:10     | Noticed an orc knight
 11395 | D:8      | Found a blossoming altar of Fedhas.
 11516 | D:7      | Found a snail-covered altar of Cheibriados.
 12046 | D:7      | Killed a two-headed ogre
 12231 | D:8      | Found a blossoming altar of Fedhas.
 12320 | D:8      | Found a staircase to the Lair.
 12749 | D:8      | Found a staircase to the Lair.
 12783 | D:8      | Found a blossoming altar of Fedhas.
 13156 | D:7      | Killed a two-headed ogre
 13917 | D:10     | Noticed a seven-headed hydra
 13975 | Lair:1   | Entered Level 1 of the Lair of Beasts
 13984 | Lair:1   | Gained mutation: You regenerate a lot of health from kills.
                  | [demonic ancestry]
 13984 | Lair:1   | Reached XP level 11. HP: 79/79 MP: 18/22
 14335 | Lair:1   | Found a dark tunnel.
 14534 | Volcano  | Entered a volcano
 15013 | Volcano  | Noticed a two-headed ogre
 15049 | Volcano  | Killed a two-headed ogre
 15612 | Lair:1   | Learned a level 3 spell: Volatile Blastmotes
 15617 | Lair:1   | Learned a level 4 spell: Sticky Flame
 15622 | Lair:1   | Learned a level 4 spell: Flame Wave
 15946 | Lair:1   | Got the Atlas of the Mortuary
 16123 | Lair:1   | Reached skill level 9 in Fire Magic
 16156 | Lair:1   | Reached skill level 9 in Spellcasting
 16284 | Lair:1   | Found a runed translucent door.
 16285 | Lair:1   | Noticed Keadol's ghost (journeyman DrCj)
 16316 | Lair:1   | Reached skill level 9 in Dodging
 16955 | Lair:1   | Gained mutation: You are mostly covered in razor-sharp
                  | scales. (AC +2, Slay +2) [demonic ancestry]
 16955 | Lair:1   | Reached XP level 12. HP: 67/86 MP: 19/25
 17268 | Lair:2   | Noticed a five-headed hydra
 17731 | Lair:2   | HP: 4/86 [poisoned by a cane toad]
 19313 | Lair:3   | Reached skill level 3 in Ranged Weapons
 19316 | Lair:3   | Identified the amulet "Sueschud" {Acrobat Rampage rF- Str+4
                  | Int+4}
 19691 | Lair:3   | Found a staircase to the Swamp.
 20069 | Lair:3   | Found a staircase to the Snake Pit.
 20138 | Lair:3   | Noticed a catoblepas
 20151 | Lair:3   | Killed a catoblepas
 20152 | Lair:3   | Reached skill level 6 in Ranged Weapons
 20711 | Lair:4   | Noticed a five-headed hydra
 20721 | Lair:4   | Killed a five-headed hydra
 20772 | Lair:4   | Killed a five-headed hydra
 21001 | Lair:4   | Noticed a death yak
 21003 | Lair:4   | Noticed a death yak
 21160 | Lair:3   | Reached XP level 13. HP: 89/91 MP: 20/27
 21471 | Lair:4   | Reached skill level 9 in Ranged Weapons
 23266 | Lair:5   | Entered Level 5 of the Lair of Beasts
 23405 | Lair:5   | Found a staircase to the Slime Pits.
 23405 | Lair:5   | Found a viscous altar of Jiyva.
 23982 | Lair:5   | Reached skill level 12 in Ranged Weapons
 24085 | Lair:5   | HP: 2/91 [boulder beetle (9)]
 24913 | Lair:5   | Gained mutation: You are completely covered in razor-sharp
                  | scales. (AC +3, Slay +3) [demonic ancestry]
 24913 | Lair:5   | Reached XP level 14. HP: 45/98 MP: 16/28
 26368 | D:10     | Found a staircase to the Orcish Mines.
 27105 | Orc:1    | Entered Level 1 of the Orcish Mines
 27127 | Orc:1    | Found Feol's Book Shoppe.
 27162 | Orc:1    | Noticed Jorgrun
 27244 | Orc:2    | Entered Level 2 of the Orcish Mines
 27255 | Orc:2    | Noticed an orc warlord
 27278 | Orc:2    | Killed an orc warlord
 27340 | Orc:2    | Noticed an orc warlord
 27398 | Orc:1    | Killed an orc warlord
 27770 | Orc:2    | Reached skill level 15 in Ranged Weapons
 27777 | Orc:2    | Found a staircase to the Elven Halls.
 27832 | Orc:2    | Learned a level 3 spell: Inner Flame
 27907 | Orc:2    | Found Aptymao's Weapon Emporium.
 27960 | Orc:2    | Found a large runed translucent door.
 27960 | Orc:2    | Found a large runed translucent door.
 27973 | Orc:2    | Noticed HilariousDeathArtist's ghost (journeyman DgEn)
 28283 | Orc:2    | Found Pant's Weapon Boutique.
 28444 | Orc:2    | Found Lun Kyto's Antique Weapon Emporium.
 28446 | Orc:2    | Found Fetopp's Antique Armour Shoppe.
 28560 | Orc:2    | Bought a pair of runed boots for 247 gold pieces
 28560 | Orc:2    | Bought a twisted robe for 188 gold pieces
 28560 | Orc:2    | Identified the +2 robe "Xiamisamu" {Int+4} (You bought it
                  | in a shop on level 2 of the Orcish Mines)
 28585 | Orc:1    | Noticed Fannar
 28600 | Orc:1    | Killed Fannar
 29167 | D:11     | Noticed Erolcha
 29192 | D:11     | Killed Erolcha
 29637 | D:11     | Noticed Erica
 29644 | D:11     | Killed Erica
 29831 | D:11     | Noticed Amaemon
 29842 | D:11     | Killed Amaemon
 29924 | D:11     | Found the +0 toga "Victory" {*Victory Clar}
 30201 | D:12     | Noticed Psyche
 30207 | D:12     | Killed Psyche
 30506 | D:12     | Gained mutation: You have a pair of small antennae on your
                  | head. [demonic ancestry]
 30506 | D:12     | Reached XP level 15. HP: 85/103 MP: 22/29
 31045 | D:13     | Found a gate to the Vaults.
 31954 | D:13     | Identified a scroll of acquirement
 32550 | D:13     | Acquired the +2 hat "Wufoa" {MP+9 Dex+3}
 33101 | D:14     | Found an opulent altar of Gozag.
 33529 | D:15     | Entered Level 15 of the Dungeon
 34587 | D:15     | Found a runed translucent door.
 34712 | D:15     | Found Wifram Puil's Assorted Antiques.
 34783 | D:15     | Identified Roxanne's Handbook of Metamorphosis
 34783 | D:15     | Noticed Roxanne
 35019 | D:15     | Found a staircase to the Depths.
 35019 | D:15     | Noticed a frost giant
 35077 | D:15     | Killed a frost giant
 36099 | Snake:1  | Entered Level 1 of the Snake Pit
 36110 | Lair:3   | Learned a level 5 spell: Fireball
 36117 | Lair:3   | Learned a level 6 spell: Starburst
 36124 | Lair:3   | Learned a level 6 spell: Plasma Beam
 36134 | Lair:3   | Bought a +1 cloak of poison resistance for 189 gold pieces
 36143 | Lair:3   | Bought the ring of Cisikao {rC++ rN++ EV+5} for 1065 gold
                  | pieces
 36369 | Snake:1  | Reached skill level 18 in Ranged Weapons
 37190 | Snake:1  | Gained mutation: You punish those that try to bend your
                  | will. (Will+) [demonic ancestry]
 37190 | Snake:1  | Reached XP level 16. HP: 56/111 MP: 30/30
 37479 | Snake:1  | Reached skill level 6 in Fighting
 38488 | Snake:2  | Reached skill level 3 in Shields
 38603 | Snake:2  | Noticed Azrael
 38608 | Snake:2  | Killed Azrael
 39067 | Snake:3  | Found Joschais's Distillery.
 39094 | Snake:3  | Reached skill level 3 in Air Magic
 39118 | Snake:3  | Found Fetholos's Assorted Antiques.
 39121 | Snake:3  | Bought a potion of resistance for 130 gold pieces
 39121 | Snake:3  | Bought 2 potions of heal wounds for 130 gold pieces
 39121 | Snake:3  | Bought a potion of berserk rage for 65 gold pieces
 39121 | Snake:3  | Bought a potion of lignification for 39 gold pieces
 39121 | Snake:3  | Bought a potion of heal wounds for 65 gold pieces
 39121 | Snake:3  | Bought a potion of curing for 39 gold pieces
 39121 | Snake:3  | Bought a potion of resistance for 130 gold pieces
 39125 | Snake:3  | Bought a potion of heal wounds for 120 gold pieces
 39125 | Snake:3  | Bought a potion of haste for 240 gold pieces
 39125 | Snake:3  | Bought a scroll of teleportation for 72 gold pieces
 39125 | Snake:3  | Bought a scroll of identify for 48 gold pieces
 39289 | Snake:3  | Noticed Vashnia
 39291 | Snake:3  | Noticed Bai Suzhen
 39559 | Snake:3  | Identified the +0 pair of gloves of the Teacher {rN+ rCorr}
 39563 | Snake:3  | Noticed Louise
 39592 | Snake:4  | Entered Level 4 of the Snake Pit
 39949 | Snake:4  | Reached skill level 12 in Fire Magic
 40017 | Snake:4  | Reached skill level 6 in Shields
 40112 | Snake:4  | Gained mutation: You sometimes gain power by taking damage.
                  | [demonic ancestry]
 40112 | Snake:4  | Reached XP level 17. HP: 83/120 MP: 31/31
 40778 | Snake:4  | Got a serpentine rune of Zot
 40862 | Snake:4  | Found a sacrificial altar of Ru.
 41186 | Snake:4  | Found a runed translucent door.
 41188 | Snake:4  | Noticed Luxzac's ghost (journeyman GrEE)
 41297 | Snake:3  | Killed Louise
 41460 | Snake:3  | Found Balias's Armour Emporium.
 42084 | Snake:3  | Killed Bai Suzhen
 42388 | Snake:3  | Found Fetholos's Assorted Antiques.
 42395 | Snake:3  | Found Joschais's Distillery.
 42531 | Snake:3  | Killed Vashnia
 42980 | Snake:3  | Found Balias's Armour Emporium.
 43155 | Swamp:1  | Entered Level 1 of the Swamp
 43801 | Swamp:2  | Paralysed by a hornet for 2 turns
 43954 | Swamp:2  | Found a frozen archway.
 43960 | IceCv    | Entered an ice cave
 44125 | IceCv    | Identified the +4 hand axe of the Ass {drain, rC+ Str+4
                  | Int-2 Stlth+}
 44636 | IceCv    | Reached skill level 6 in Air Magic
 44784 | IceCv    | Noticed an Ice Fiend
 44893 | IceCv    | Killed an Ice Fiend
 45536 | Swamp:2  | Gained mutation: You have a pair of antennae on your head.
                  | [demonic ancestry]
 45536 | Swamp:2  | Reached XP level 18. HP: 131/131 MP: 32/32
 45880 | Swamp:2  | Reached skill level 9 in Fighting
 45937 | Swamp:2  | Noticed Donald
 45948 | Swamp:2  | Killed Donald
 45949 | Swamp:2  | Reached skill level 9 in Shields
 47150 | Swamp:4  | Entered Level 4 of the Swamp
 47547 | Swamp:4  | Identified the +5 quarterstaff "Woyquy" {holy, rF+ Dex+5}
 47571 | Swamp:4  | Noticed the 27-headed Lernaean hydra
 47572 | Swamp:4  | Killed the 27-headed Lernaean hydra
 47585 | Swamp:4  | Got a decaying rune of Zot
 47779 | Swamp:4  | Reached skill level 12 in Dodging
 48627 | Elf:1    | Entered Level 1 of the Elven Halls
 49037 | Elf:1    | Found Wofuu's Antique Armour Boutique.
 49550 | Elf:1    | Noticed Agnes
 49558 | Elf:1    | Killed Agnes
 49562 | Elf:1    | Reached XP level 19. HP: 116/140 MP: 31/33
 49698 | Elf:1    | Found a radiant altar of Vehumet.
 50158 | Elf:2    | Reached skill level 15 in Fire Magic
 50346 | Elf:2    | Paralysed by an air elemental for 1 turns
 50390 | Elf:2    | Found a runed translucent gate.
 50391 | Elf:2    | Found a runed translucent gate.
 50391 | Elf:2    | Found a runed translucent gate.
 50813 | Elf:2    | Noticed Nikola
 50978 | Elf:3    | Entered Level 3 of the Elven Halls
 51970 | Elf:3    | Identified the +6 trident "Jellybane" {distort, *Corrode
                  | rC++ Will+ Str+2}
 52090 | Elf:3    | Identified the ring of Haohuadi {MP+9 Str-2 Dex+5 SInv}
 52224 | Elf:3    | Identified the +7 falchion of a wizard's laboratory {speed,
                  | rPois rN+ Str+2 Dex-4}
 52229 | Elf:3    | Reached skill level 12 in Shields
 52444 | Elf:3    | Found Ovisch's Jewellery Shop.
 52445 | Elf:3    | Found Gutixih's Book Emporium.
 52446 | Elf:3    | Found Xopar's Jewellery Shop.
 52694 | Elf:3    | Noticed Aizul
 52705 | Elf:3    | Killed Aizul
 53020 | Elf:3    | Identified the +1 leather armour of Tomorrow {Contam rPois
                  | rF+ rN+ SInv}
 53048 | Elf:3    | Found the +3 greatsling "Punk" {acid, rCorr}
 53072 | Elf:3    | Identified the staff of conjuration "Qipraism" {rC++}
 53074 | Elf:3    | Identified the +1 flail "Boymu" {protect, Stlth+}
 53087 | Elf:3    | Identified the staff of fire "Pamoarol" {rElec rF+ Dex+4
                  | Stlth-}
 53192 | Elf:3    | Bought the ring "Omud" {*Corrode rC+ Str+3 Int+6 Slay+3}
                  | for 984 gold pieces
 53394 | Elf:3    | Bought a There-And-Back Book for 360 gold pieces
 53394 | Elf:3    | Bought a book of Cantrips for 144 gold pieces
 53394 | Elf:3    | Bought a book of Weapons for 336 gold pieces
 53398 | Elf:3    | Learned a level 3 spell: Portal Projectile
 53650 | Lair:3   | Bought an Inescapable Atlas for 384 gold pieces
 53821 | D:12     | Learned a level 1 spell: Apportation
 53824 | D:12     | Learned a level 2 spell: Blink
 53828 | D:12     | Learned a level 3 spell: Vhi's Electric Charge
 54000 | Slime:1  | Entered Level 1 of the Pits of Slime
 54110 | Slime:1  | Reached XP level 20. HP: 126/150 MP: 34/34
 55992 | Slime:4  | Reached skill level 3 in Translocations
 56512 | Slime:3  | Reached skill level 3 in Hexes
 57044 | Slime:5  | Entered Level 5 of the Pits of Slime
 57143 | Slime:5  | Noticed the Royal Jelly
 57199 | Slime:5  | Paralysed by a great orb of eyes for 3 turns
 57396 | Slime:5  | Noticed Dissolution
 57406 | Slime:5  | Killed Dissolution
 57821 | Slime:5  | Killed the Royal Jelly
 58063 | Slime:5  | Identified the ring "Jiblurydicw" {Ice Stlth+}
 58069 | Slime:5  | Got the Codex of Ouranomancy and Nonlocality
 58093 | Slime:5  | Got Fis Nulydgh's Notes on Generative Toxicants
 58095 | Slime:5  | Got a slimy rune of Zot
 59212 | Depths:1 | Entered Level 1 of the Depths
 59422 | Depths:1 | Found an ancient bone altar of Kikubaaqudgha.
 59523 | Depths:1 | Found a gateway to Hell.
 59558 | Depths:1 | Reached skill level 6 in Translocations
 59680 | Depths:1 | Gained mutation: You are resistant to unholy torment.
                  | [demonic ancestry]
 59680 | Depths:1 | Reached XP level 21. HP: 156/156 MP: 36/36
 59817 | Depths:1 | Found a broken altar of Ashenzari.
 59987 | Depths:1 | Found a one-way gate leading to the halls of Pandemonium.
 60033 | Depths:1 | Noticed a juggernaut
 60040 | Depths:1 | Killed a juggernaut
 60041 | Depths:1 | Reached skill level 12 in Spellcasting
 60093 | Depths:1 | Noticed a caustic shrike
 60105 | Depths:1 | Killed a caustic shrike
 60120 | Depths:1 | Got the Secrets of Amalgamated Ouranomancy
 60128 | Depths:1 | Identified the staff of air "Loaf" {rElec rN+ Will+ Str+2}
 60669 | Vaults:1 | Entered Level 1 of the Vaults
 61033 | Vaults:1 | Identified the +8 rapier of Propriety {heavy, rC+ rCorr
                  | Stlth+}
 61683 | Vaults:1 | Found Yrontid's Antique Weapon Shop.
 61780 | Vaults:1 | Reached skill level 9 in Translocations
 62049 | Vaults:1 | Reached skill level 15 in Shields
 62163 | Vaults:2 | Paralysed by a great orb of eyes for 5 turns
 62212 | Vaults:2 | Found a staircase to the Crypt.
 63040 | Vaults:2 | Reached XP level 22. HP: 163/163 MP: 38/38
 63619 | Vaults:3 | You fall into a shaft and drop 1 floor!
 63651 | Vaults:4 | Noticed Sojobo
 63659 | Vaults:4 | Killed Sojobo
 63814 | Vaults:4 | Found Fupi Ebi's Distillery.
 63818 | Vaults:4 | Found Petus's Assorted Antiques.
 63852 | Vaults:4 | Found a magical portal.
 63861 | WizLab   | Entered The Chambers of the Cloud Mage
 63866 | WizLab   | Paralysed by an air elemental for 1 turns
 64065 | WizLab   | Paralysed by an air elemental for 1 turns
 64390 | WizLab   | Paralysed by an air elemental for 1 turns
 64606 | WizLab   | Identified the ring "Vuur Rat" {+Blink Fly rCorr Str-3
                  | Dex+5}
 64614 | WizLab   | Got the Almanac of Inhalation
 64724 | Vaults:4 | Bought a scroll of fear for 112 gold pieces
 64724 | Vaults:4 | Bought a potion of haste for 280 gold pieces
 64730 | Vaults:4 | Bought a potion of attraction for 60 gold pieces
 64730 | Vaults:4 | Bought a potion of ambrosia for 160 gold pieces
 64730 | Vaults:4 | Bought a potion of mutation for 160 gold pieces
 64730 | Vaults:4 | Bought 2 potions of curing for 120 gold pieces
 64730 | Vaults:4 | Bought 2 potions of mutation for 320 gold pieces
 64730 | Vaults:4 | Bought 2 potions of invisibility for 320 gold pieces
 64730 | Vaults:4 | Bought 2 potions of might for 160 gold pieces
 64730 | Vaults:4 | Bought 2 potions of curing for 120 gold pieces
 64839 | Vaults:4 | Reached skill level 18 in Shields
 64957 | Vaults:4 | Found Qoerugy's Jewellery Shop.
 65016 | Vaults:4 | Reached skill level 3 in Evocations
 65298 | Vaults:4 | Found Veici's Antique Armour Boutique.
 65448 | Vaults:3 | Got the Grimoire of Venom
 65625 | Vaults:3 | Found a transporter.
 65668 | Vaults:3 | Found a transporter.
 65684 | Vaults:3 | Noticed Boris
 65698 | Vaults:3 | Killed Boris
 65926 | Vaults:3 | Reached skill level 6 in Evocations
 66124 | Vaults:3 | Noticed Mennas
 66625 | Vaults:3 | Killed Mennas
 66957 | Orc:1    | Found a runed translucent gate.
 66966 | Orc:1    | Killed Jorgrun
 66968 | Orc:1    | Found a runed translucent gate.
 66968 | Orc:1    | Found a runed translucent gate.
 66999 | Orc:1    | Noticed Aj7335's ghost (novice MiBe)
 66999 | Orc:1    | Noticed esran's ghost (journeyman TrFi)
 67019 | Orc:1    | Killed esran's ghost
 67019 | Orc:1    | Killed Aj7335's ghost
 67195 | Orc:2    | Killed HilariousDeathArtist's ghost
 67370 | Lair:1   | Killed Keadol's ghost
 67602 | Snake:4  | Killed Luxzac's ghost
 67936 | D:15     | Killed Roxanne
 68020 | D:15     | Reached skill level 9 in Evocations
 68347 | Elf:2    | Killed Nikola
 68576 | Elf:2    | Reached XP level 23. HP: 169/169 MP: 39/39
 69284 | Depths:1 | Learned a level 4 spell: Passage of Golubria
 69291 | Depths:1 | Learned a level 6 spell: Dispersal
 69292 | Depths:2 | Found a portal to a secret trove of treasure.
 69382 | Depths:2 | Noticed Mara
 69457 | Depths:2 | Noticed a caustic shrike
 69478 | Depths:1 | Killed a caustic shrike
 69775 | Depths:2 | Noticed browni3141's illusion
 69795 | Depths:2 | Noticed browni3141's illusion
 69797 | Depths:2 | Killed Mara
 69798 | Depths:2 | Reached skill level 12 in Fighting
 70597 | Depths:3 | Found a one-way gate to the infinite horrors of the Abyss.
 70870 | Depths:3 | Identified the ring of Kiofetuv {Ice rElec}
 70870 | Depths:3 | Noticed Josephina
 70885 | Depths:3 | Killed Josephina
 71158 | Depths:4 | Entered Level 4 of the Depths
 71203 | Depths:4 | Noticed a caustic shrike
 71203 | Depths:4 | Noticed a caustic shrike
 71203 | Depths:4 | Noticed a caustic shrike
 71203 | Depths:4 | Noticed a caustic shrike
 71203 | Depths:4 | Noticed a caustic shrike
 71316 | Depths:4 | Noticed a juggernaut
 71332 | Depths:3 | Killed a juggernaut
 71443 | Abyss:3  | Cast into level 3 of the Abyss (hell knight)
 71657 | Abyss:3  | Found a corrupted altar of Lugonu.
 71733 | Abyss:3  | Got an abyssal rune of Zot
 71869 | Abyss:3  | Found a corrupted altar of Lugonu.
 71903 | Depths:4 | Escaped the Abyss
 71992 | Depths:3 | Killed a caustic shrike
 71997 | Depths:3 | Killed a caustic shrike
 71998 | Depths:3 | Gained mutation: You have a pair of large antennae on your
                  | head. (SInv) [demonic ancestry]
 71998 | Depths:3 | Reached XP level 24. HP: 182/182 MP: 25/39
 72308 | Depths:4 | Found a one-way gateway to a ziggurat.
 72427 | Depths:4 | Reached skill level 12 in Translocations
 73176 | Depths:4 | Identified the amulet of Locuguor {Faith Str+4}
 73744 | Depths:4 | Found a gate to the Realm of Zot.
 73750 | Depths:4 | Identified the amulet "Teyl" {Acrobat rElec}
 74162 | Vaults:5 | Entered Level 5 of the Vaults
 74440 | Vaults:5 | Noticed an ancient lich
 74442 | Vaults:5 | Noticed an ancient lich
 75649 | Vaults:5 | Reached skill level 15 in Fighting
 75668 | Vaults:5 | Killed an ancient lich
 75673 | Vaults:5 | Gained mutation: You are powered by pain. [demonic
                  | ancestry]
 75673 | Vaults:5 | Reached XP level 25. HP: 172/195 MP: 24/39
 75722 | Vaults:5 | Killed an ancient lich
 75734 | Vaults:5 | Identified the ring "Iryucs" {Contam MP+9 Int+5 Dex-5 SInv}
 76296 | Vaults:5 | Identified the +0 flail of Grand Honour {distort, Will-
                  | Dex+8}
 76322 | Vaults:5 | Identified the +1 leather armour "Cuesih" {Str+3 Int+6}
 76494 | Vaults:5 | Identified the +0 leather armour of Teuhyj {rC+ Str+2
                  | Int+4}
 76687 | Vaults:5 | Got a silver rune of Zot
 76809 | Vaults:5 | Identified the staff of air "Cuxaejou" {rElec rCorr Int-3
                  | Dex+5}
 76920 | Vaults:5 | Acquired the +1 pair of gloves "Axkir" {Int+4}
 77078 | Crypt:1  | Entered Level 1 of the Crypt
 77488 | Crypt:1  | Reached skill level 15 in Dodging
 78738 | Crypt:3  | Entered Level 3 of the Crypt
 78914 | Crypt:3  | Reached skill level 21 in Shields
 79192 | Crypt:3  | Found a staircase to the Tomb.
 79917 | Crypt:3  | Found the +9 sword of Zonguldrok {reap}
 79917 | Crypt:3  | Noticed an ancient lich
 79929 | Crypt:3  | Killed an ancient lich
 79941 | Crypt:3  | Identified the staff of cold "Zuntasaer" {*Slow rC+ Dex+7
                  | Stlth-}
 80157 | Tomb:1   | Entered Level 1 of the Tomb of the Ancients
 80621 | Tomb:1   | Noticed a royal mummy
 80661 | Tomb:1   | Killed a royal mummy
 80667 | Tomb:1   | Gained mutation: You can hurl damnation. [demonic ancestry]
 80667 | Tomb:1   | Reached XP level 26. HP: 168/205 MP: 5/39
 80822 | Tomb:1   | Noticed a royal mummy
 80832 | Tomb:1   | Killed a royal mummy
 80968 | Tomb:1   | Identified the +1 buckler of Melancholy {rElec Will+ Dex-3}
 81515 | Pan      | Entered Pandemonium
 81732 | Pan      | Reached skill level 18 in Fighting
 82102 | Pan      | Noticed Givvymoeph the pandemonium lord
 82119 | Pan      | Killed Givvymoeph the pandemonium lord
 82146 | Pan      | Identified the ring "Ewoem" {rElec rF- rN+ AC+4 SInv}
 82148 | Pan      | Entered the realm of Gloorx Vloq.
 82281 | Pan      | Noticed Gloorx Vloq
 82723 | Pan      | Identified the +1 leather armour of the Loofah {rElec rF+
                  | rC- rN+++}
 83097 | Pan      | Killed Gloorx Vloq
 83248 | Pan      | Got a dark rune of Zot
 83890 | Pan      | Gained mutation: You are weak. (Str -2) [a neqoxec]
 83892 | Pan      | Gained mutation: You are frail. (-10% HP) [a neqoxec]
 84213 | Pan      | Found a runed translucent door.
 84221 | Pan      | Found a runed translucent door.
 84221 | Pan      | Found a runed translucent door.
 84300 | Pan      | Noticed Jafistya the pandemonium lord
 84385 | Pan      | Found a runed translucent door.
 84697 | Pan      | Noticed Sisuy the pandemonium lord
 84706 | Pan      | Killed Sisuy the pandemonium lord
 84727 | Pan      | Identified the +1 plate armour of the Shining One's Whim
                  | {Harm Regen+ rCorr Int-4}
 84730 | Pan      | Got a demonic rune of Zot
 85077 | Pan      | Found an exit through the horrors of the Abyss.
 85087 | Pan      | Identified the staff of fire "Zuch" {rElec rF+ Str+3 Dex-2}
 85128 | Pan      | Noticed Epto the pandemonium lord
 85141 | Pan      | Killed Epto the pandemonium lord
 85148 | Pan      | Reached XP level 27. HP: 200/200 MP: 23/39
 85953 | Pan      | Noticed Eptaxev the pandemonium lord
 85963 | Pan      | Killed Eptaxev the pandemonium lord
 86044 | Pan      | Entered the realm of Mnoleg.
 86044 | Pan      | Noticed Mnoleg
 86053 | Pan      | Gained mutation: Your body sometimes deteriorates upon
                  | taking damage. [a cacodemon]
 86081 | Pan      | Gained mutation: You are very weak. (Str -4) [a cacodemon]
 86088 | Pan      | Killed Mnoleg
 86095 | Pan      | Gained mutation: You sometimes lose your temper in combat.
                  | [a cacodemon]
 86112 | Pan      | Got a glowing rune of Zot
 86266 | Pan      | Gained mutation: Your magical capacity is low. (-10% MP) [a
                  | neqoxec]
 86302 | Pan      | Gained mutation: You are vulnerable to cold. (rC-) [a
                  | neqoxec]
 86808 | Pan      | Entered the realm of Lom Lobon.
 86808 | Pan      | Noticed Lom Lobon
 87260 | Pan      | Reached skill level 21 in Fighting
 87366 | Pan      | Killed Lom Lobon
 87564 | Pan      | Got a magical rune of Zot
 87625 | Pan      | Reached skill level 24 in Shields
 88057 | Pan      | Noticed Qoskushro the pandemonium lord
 88074 | Pan      | Killed Qoskushro the pandemonium lord
 88579 | Pan      | Entered the realm of Cerebov.
 89032 | Pan      | Identified the ring of the Madman {rF+ rC+ rCorr Int+3
                  | Dex+3}
 89049 | Pan      | Identified the +8 bardiche "Yvamedec" {heavy, Will- MP+9
                  | Int+2}
 89093 | Pan      | Found the +6 sword of Cerebov {flame}
 89093 | Pan      | Noticed Cerebov
 89245 | Pan      | Killed Cerebov
 89246 | Pan      | Reached skill level 9 in Conjurations
 89376 | Pan      | Identified the staff of air "Cecairis" {rElec rF+ rC+ rCorr
                  | Stlth-}
 89457 | Pan      | Identified the +6 quarterstaff "Qaasm" {flame, rElec rPois
                  | Int+3}
 89463 | Pan      | Identified the +1 spear "Ygierit" {pain, Str+5 Stlth+}
 89507 | Pan      | Identified the +11 rapier of Inconvenience {freeze, rN++
                  | Dex+2}
 89588 | Pan      | Got a fiery rune of Zot
 89791 | Pan      | Reached skill level 18 in Dodging
 89880 | Depths:1 | Escaped Pandemonium
 89988 | Zot:1    | Entered Level 1 of the Realm of Zot
 89990 | Zot:1    | Noticed Parghit
 90003 | Zot:1    | Killed Parghit
 91172 | Zot:1    | Reached skill level 12 in Conjurations
 92677 | Zot:3    | You fall into a shaft and drop 1 floor!
 93064 | Zot:4    | Identified the +1 chain mail of Foolhardiness {rC+}
 94601 | Zot:5    | Entered Level 5 of the Realm of Zot
 94821 | Zot:5    | Found a transporter.
 94821 | Zot:5    | Noticed wingedge's ghost (legendary HuWn)
 94826 | Zot:5    | Found a transporter.
 95312 | Hell     | Entered the Vestibule of Hell
 95312 | Hell     | Noticed Geryon
 95330 | Hell     | Gained mutation: You are very frail. (-20% HP) [a
                  | cacodemon]
 95331 | Hell     | Killed Geryon
 95332 | Hell     | Reached skill level 15 in Conjurations
 95357 | Depths:4 | Lost mutation: You sometimes lose your temper in combat.
                  | [potion of mutation]
 95357 | Depths:4 | Lost mutation: Your magical capacity is low. (-10% MP)
                  | [potion of mutation]
 95357 | Depths:4 | Gained mutation: You are extremely frail. (-30% HP) [potion
                  | of mutation]
 95358 | Depths:4 | Lost mutation: You are very weak. (Str -4) [potion of
                  | mutation]
 95358 | Depths:4 | Lost mutation: You are weak. (Str -2) [potion of mutation]
 95358 | Depths:4 | Lost mutation: You are vulnerable to cold. (rC-) [potion of
                  | mutation]
 95358 | Depths:4 | Gained mutation: Your system is resistant to poisons.
                  | (rPois) [potion of mutation]
 95358 | Depths:4 | Gained mutation: You are weak. (Str -2) [potion of
                  | mutation]
 95359 | Depths:4 | Lost mutation: You are extremely frail. (-30% HP) [potion
                  | of mutation]
 95359 | Depths:4 | Lost mutation: You are weak. (Str -2) [potion of mutation]
 95359 | Depths:4 | Lost mutation: You are very frail. (-20% HP) [potion of
                  | mutation]
 95359 | Depths:4 | Gained mutation: Your mind is acute. (Int +4, Str/Dex -1)
                  | [potion of mutation]
 95360 | Depths:4 | Lost mutation: Your body sometimes deteriorates upon taking
                  | damage. [potion of mutation]
 95360 | Depths:4 | Lost mutation: Your mind is acute. (Int +4, Str/Dex -1)
                  | [potion of mutation]
 95360 | Depths:4 | Gained mutation: You are covered in fur. (AC +1) [potion of
                  | mutation]
 95360 | Depths:4 | Gained mutation: You are partially covered in large bone
                  | plates. (SH +4) [potion of mutation]
 96473 | Hell     | Found a gateway to the decaying netherworld of Tartarus.
 96574 | Hell     | Found a gateway to the freezing wastes of Cocytus.
 96637 | Hell     | Found a gateway to the Iron City of Dis.
 96694 | Hell     | Found a gateway to the ashen valley of Gehenna.
 96812 | Coc:1    | Entered Level 1 of Cocytus
 97833 | Coc:4    | Paralysed by a wendigo for 1 turns
 97842 | Coc:4    | Paralysed by a wendigo for 1 turns
 97855 | Coc:4    | Paralysed by a wendigo for 1 turns
 98062 | Coc:4    | Paralysed by a wendigo for 1 turns
 98283 | Coc:5    | Noticed an ancient lich
 98283 | Coc:5    | You fall into a shaft and drop 1 floor!
 98317 | Coc:6    | Noticed a dread lich
 98336 | Coc:6    | Killed a dread lich
 98541 | Coc:7    | Entered Level 7 of Cocytus
 98553 | Coc:7    | Paralysed by a wendigo for 1 turns
 98596 | Coc:7    | Paralysed by a wendigo for 1 turns
 98717 | Coc:7    | Paralysed by a wendigo for 1 turns
 99052 | Coc:7    | Reached skill level 24 in Fighting
 99183 | Coc:7    | Reached skill level 18 in Fire Magic
 99501 | Coc:7    | Paralysed by a wendigo for 1 turns
 99554 | Coc:7    | Noticed an ancient lich
 99577 | Coc:7    | Killed an ancient lich
100182 | Coc:7    | Noticed Antaeus
100262 | Coc:7    | Killed Antaeus
100559 | Coc:7    | Identified the +3 ring mail "Vepiec" {Regen+ Str+7}
100563 | Coc:7    | Got an icy rune of Zot
100564 | Coc:7    | Identified the +10 arbalest "Mysyqylo" {heavy, rPois Str+3
                  | Dex-4}
100738 | Tar:1    | Entered Level 1 of Tartarus
101130 | Tar:1    | Learned a level 7 spell: Orb of Destruction
101670 | Tar:4    | Noticed a dread lich
101678 | Tar:4    | Paralysed by a dread lich for 5 turns
101833 | Hell     | Paralysed by a dread lich for 4 turns
101843 | Hell     | Killed a dread lich
102532 | Tar:5    | Reached skill level 18 in Conjurations
103170 | Tar:7    | Entered Level 7 of Tartarus
103809 | Tar:7    | Reached skill level 27 in Shields
104585 | Tar:7    | Found the +10 dark maul {heavy}
104590 | Tar:7    | Identified the +1 leather armour of Bywk {rPois rC- Will+
                  | Slay+3}
104939 | Tar:7    | Noticed the Serpent of Hell
105817 | Tar:7    | Killed the Serpent of Hell
105821 | Tar:7    | Noticed Ereshkigal
105842 | Tar:7    | Killed Ereshkigal
105948 | Tar:7    | Got a bone rune of Zot
105951 | Tar:7    | Identified the +1 glaive "Laotur" {venom, +Blink Stlth+}
105953 | Tar:7    | Identified the +3 pearl dragon scales of Levity {rN+
                  | Regen+}
106490 | Dis:1    | Entered Level 1 of the Iron City of Dis
106773 | Dis:2    | Noticed an ancient lich
106773 | Dis:2    | Noticed an ancient lich
106797 | Hell     | Killed an ancient lich
106913 | Hell     | Killed an ancient lich
106993 | Hell     | Bought a book of Annihilations for 660 gold pieces
107140 | Pan      | Entered Pandemonium
107140 | Pan      | Noticed Zikleof the pandemonium lord
107471 | Pan      | Killed Zikleof the pandemonium lord
107748 | Pan      | Found an exit through the horrors of the Abyss.
107849 | Pan      | Reached skill level 27 in Fighting
107859 | Pan      | Reached skill level 21 in Dodging
108588 | Pan      | Noticed Amokoh the pandemonium lord
108601 | Pan      | Noticed Situxyps the pandemonium lord
108626 | Pan      | Killed Situxyps the pandemonium lord
108902 | Pan      | Gained mutation: You sometimes lose your temper in combat.
                  | [a cacodemon]
108927 | Pan      | Reached skill level 9 in Air Magic
109161 | Abyss:3  | Cast into level 3 of the Abyss (reaper)
109179 | Abyss:3  | Found a corrupted altar of Lugonu.
109594 | Pan      | Escaped the Abyss
110294 | Pan      | Noticed Ydaddey the pandemonium lord
110307 | Pan      | Killed Ydaddey the pandemonium lord
110660 | Pan      | Found an exit through the horrors of the Abyss.
110754 | Pan      | Gained mutation: Your body sometimes deteriorates upon
                  | taking damage. [a cacodemon]
111201 | Pan      | Gained mutation: You are weak. (Str -2) [a neqoxec]
111204 | Pan      | Gained mutation: You occasionally shout uncontrollably at
                  | your foes. [a neqoxec]
111388 | Pan      | Found an exit through the horrors of the Abyss.
111466 | Pan      | Reached skill level 15 in Spellcasting
111550 | Pan      | Identified the +2 robe "Zishiun" {rPois rN+ Int+4}
111819 | Pan      | Noticed Wymucze the pandemonium lord
111828 | Pan      | Killed Wymucze the pandemonium lord
112328 | Pan      | Reached skill level 12 in Air Magic
112578 | Pan      | Noticed Lareell the pandemonium lord
112580 | Pan      | Gained mutation: You are occasionally teleported next to
                  | monsters. [a cacodemon]
112601 | Pan      | Killed Lareell the pandemonium lord
113287 | Pan      | Noticed Zociskor the pandemonium lord
113331 | Pan      | Killed Zociskor the pandemonium lord
113564 | Pan      | Found an exit through the horrors of the Abyss.
114282 | Pan      | Found Qaosh's Rarities Hole.
114282 | Pan      | Noticed Qaosh the pandemonium lord
114468 | Pan      | Reached skill level 21 in Conjurations
114519 | Pan      | Noticed Puarghaif the pandemonium lord
114564 | Pan      | Killed Puarghaif the pandemonium lord
114911 | Pan      | Gained mutation: You are very weak. (Str -4) [a cacodemon]
115531 | Pan      | Noticed Deschykau the pandemonium lord
115556 | Pan      | Killed Deschykau the pandemonium lord
115577 | Pan      | Gained mutation: Armour fits poorly on your strangely
                  | shaped body. [a cacodemon]
115710 | Pan      | Gained mutation: You occasionally lose the ability to drink
                  | potions when taking damage. [a neqoxec]
115778 | Pan      | Found an exit through the horrors of the Abyss.
116020 | Pan      | Learned a level 9 spell: Fire Storm
116267 | Pan      | Gained mutation: Your body often deteriorates upon taking
                  | damage. [a cacodemon]
116348 | Pan      | Noticed Gotovok the pandemonium lord
116370 | Pan      | Killed Gotovok the pandemonium lord
116677 | Pan      | Found an exit through the horrors of the Abyss.
116772 | Pan      | Reached skill level 15 in Air Magic
117196 | Depths:1 | Escaped Pandemonium
117197 | Depths:1 | Lost mutation: You sometimes lose your temper in combat.
                  | [potion of mutation]
117197 | Depths:1 | Lost mutation: You occasionally lose the ability to drink
                  | potions when taking damage. [potion of mutation]
117197 | Depths:1 | Lost mutation: You are frail. (-10% HP) [potion of
                  | mutation]
117197 | Depths:1 | Gained mutation: You frequently scream uncontrollably at
                  | your foes. [potion of mutation]
117198 | Depths:1 | Lost mutation: Your system is resistant to poisons. (rPois)
                  | [potion of mutation]
117198 | Depths:1 | Lost mutation: You frequently scream uncontrollably at your
                  | foes. [potion of mutation]
117198 | Depths:1 | Lost mutation: Armour fits poorly on your strangely shaped
                  | body. [potion of mutation]
117198 | Depths:1 | Gained mutation: Your flesh is cold resistant. (rC+)
                  | [potion of mutation]
117198 | Depths:1 | Gained mutation: Your system is resistant to poisons.
                  | (rPois) [potion of mutation]
117199 | Depths:1 | Lost mutation: Your flesh is cold resistant. (rC+) [potion
                  | of mutation]
117199 | Depths:1 | Lost mutation: You are very weak. (Str -4) [potion of
                  | mutation]
117199 | Depths:1 | Lost mutation: You are partially covered in large bone
                  | plates. (SH +4) [potion of mutation]
117199 | Depths:1 | Gained mutation: You are robust. (+10% HP) [potion of
                  | mutation]
117199 | Depths:1 | Lost mutation: You are weak. (Str -2) [potion of mutation]
117200 | Depths:1 | Lost mutation: Your system is resistant to poisons. (rPois)
                  | [potion of mutation]
117200 | Depths:1 | Lost mutation: You are robust. (+10% HP) [potion of
                  | mutation]
117200 | Depths:1 | Gained mutation: Your system is resistant to poisons.
                  | (rPois) [potion of mutation]
117200 | Depths:1 | Gained mutation: You do not regenerate when monsters are
                  | visible. [potion of mutation]
117201 | Depths:1 | Lost mutation: You are occasionally teleported next to
                  | monsters. [potion of mutation]
117201 | Depths:1 | Lost mutation: You occasionally shout uncontrollably at
                  | your foes. [potion of mutation]
117201 | Depths:1 | Gained mutation: You are frail. (-10% HP) [potion of
                  | mutation]
117201 | Depths:1 | Gained mutation: Your muscles are strong. (Str +4, Int/Dex
                  | -1) [potion of mutation]
117202 | Depths:1 | Lost mutation: Your muscles are strong. (Str +4, Int/Dex
                  | -1) [potion of mutation]
117202 | Depths:1 | Lost mutation: Your system is resistant to poisons. (rPois)
                  | [potion of mutation]
117202 | Depths:1 | Gained mutation: You have hidden genetic defects. [potion
                  | of mutation]
117202 | Depths:1 | Lost mutation: You are frail. (-10% HP) [potion of
                  | mutation]
117203 | Depths:1 | Lost mutation: You have hidden genetic defects. [potion of
                  | mutation]
117203 | Depths:1 | Lost mutation: You are covered in fur. (AC +1) [potion of
                  | mutation]
117203 | Depths:1 | Lost mutation: Your body often deteriorates upon taking
                  | damage. [potion of mutation]
117203 | Depths:1 | Gained mutation: Potions are less effective at restoring
                  | your health. [potion of mutation]
117203 | Depths:1 | Gained mutation: You occasionally lose the ability to read
                  | scrolls when taking damage. [potion of mutation]
117203 | Depths:1 | Gained mutation: You are partially covered in large bone
                  | plates. (SH +4) [potion of mutation]
117204 | Depths:1 | Lost mutation: Potions are less effective at restoring your
                  | health. [potion of mutation]
117204 | Depths:1 | Lost mutation: You do not regenerate when monsters are
                  | visible. [potion of mutation]
117204 | Depths:1 | Gained mutation: You are dopey. (Int -2) [potion of
                  | mutation]
117204 | Depths:1 | Gained mutation: You occasionally shout uncontrollably at
                  | your foes. [potion of mutation]
117204 | Depths:1 | Gained mutation: You passively dampen the noise of your
                  | surroundings. [potion of mutation]
117205 | Depths:1 | Lost mutation: You are partially covered in large bone
                  | plates. (SH +4) [potion of mutation]
117205 | Depths:1 | Lost mutation: Your body sometimes deteriorates upon taking
                  | damage. [potion of mutation]
117205 | Depths:1 | Lost mutation: You passively dampen the noise of your
                  | surroundings. [potion of mutation]
117552 | Tomb:2   | Noticed a royal mummy
117552 | Tomb:2   | Noticed a royal mummy
117552 | Tomb:2   | Noticed a royal mummy
117552 | Tomb:2   | Noticed a royal mummy
117565 | Tomb:2   | Killed a royal mummy
117574 | Tomb:2   | Killed a royal mummy
117575 | Tomb:2   | Killed a royal mummy
117576 | Tomb:2   | Killed a royal mummy
118059 | Tomb:1   | Noticed a royal mummy
118059 | Tomb:1   | Noticed a royal mummy
118059 | Tomb:1   | Noticed a royal mummy
118065 | Tomb:1   | Killed a royal mummy
118065 | Tomb:1   | Killed a royal mummy
118071 | Tomb:1   | Gained mutation: You are vulnerable to heat. (rF-)
                  | [mutagenic glow]
118072 | Tomb:1   | Noticed a royal mummy
118076 | Tomb:1   | Killed a royal mummy
118079 | Tomb:1   | Gained mutation: You have large cloven feet. [mutagenic
                  | glow]
118083 | Tomb:1   | Killed a royal mummy
118086 | Tomb:1   | Noticed a royal mummy
118090 | Tomb:1   | Gained mutation: Armour fits poorly on your strangely
                  | shaped body. [mutagenic glow]
118095 | Tomb:1   | Killed a royal mummy
118242 | Tomb:1   | Noticed a royal mummy
118256 | Tomb:1   | Killed a royal mummy
118257 | Tomb:1   | Noticed a royal mummy
118272 | Tomb:1   | Killed a royal mummy
118322 | Tomb:1   | Noticed a royal mummy
118329 | Tomb:1   | Noticed a royal mummy
118333 | Tomb:1   | Killed a royal mummy
118334 | Tomb:1   | Noticed a royal mummy
118337 | Tomb:1   | Killed a royal mummy
118337 | Tomb:1   | Noticed a royal mummy
118338 | Tomb:1   | Noticed a royal mummy
118338 | Tomb:1   | Noticed a royal mummy
118338 | Tomb:1   | Killed a royal mummy
118340 | Tomb:1   | Noticed a royal mummy
118344 | Tomb:1   | Killed a royal mummy
118344 | Tomb:1   | Killed a royal mummy
118344 | Tomb:1   | Killed a royal mummy
118345 | Tomb:1   | Noticed a royal mummy
118345 | Tomb:1   | Killed a royal mummy
118354 | Tomb:1   | Killed a royal mummy
118432 | Tomb:1   | Noticed a royal mummy
118439 | Tomb:1   | Noticed a royal mummy
118443 | Tomb:1   | Killed a royal mummy
118444 | Tomb:1   | Killed a royal mummy
118495 | Tomb:1   | Noticed a royal mummy
118507 | Tomb:1   | Killed a royal mummy
118628 | Tomb:1   | Noticed a royal mummy
118633 | Tomb:1   | Killed a royal mummy
118777 | Tomb:2   | Gained mutation: You are very dopey. (Int -4) [mutagenic
                  | glow]
118787 | Tomb:2   | Gained mutation: You are weak. (Str -2) [mutagenic glow]
118806 | Tomb:2   | Gained mutation: You occasionally lose the ability to drink
                  | potions when taking damage. [mutagenic glow]
119050 | Tomb:3   | Entered Level 3 of the Tomb of the Ancients
119061 | Tomb:3   | Noticed Boris
119078 | Tomb:3   | Killed Boris
119098 | Tomb:3   | Noticed a royal mummy
119107 | Tomb:3   | Killed a royal mummy
119154 | Tomb:3   | Noticed a royal mummy
119160 | Tomb:3   | Noticed a royal mummy
119160 | Tomb:3   | Noticed a royal mummy
119161 | Tomb:3   | Killed a royal mummy
119164 | Tomb:3   | Killed a royal mummy
119168 | Tomb:3   | Killed a royal mummy
119203 | Tomb:3   | Noticed a royal mummy
119215 | Tomb:3   | Killed a royal mummy
119237 | Tomb:3   | Noticed a royal mummy
119241 | Tomb:3   | Noticed a royal mummy
119243 | Tomb:3   | Killed a royal mummy
119248 | Tomb:3   | Killed a royal mummy
119420 | Tomb:3   | Noticed a royal mummy
119431 | Tomb:3   | Killed a royal mummy
119728 | Tomb:3   | Identified the staff of poison "Uhozodgh" {rPois Str+2}
119825 | Tomb:3   | Got a golden rune of Zot
119879 | Tomb:3   | Identified the staff of death "Kaeter" {rPois rF+ rN+ Str-2
                  | Int+3}
119887 | Tomb:3   | Identified the +5 dagger of the Saviour {freeze, Int+4}
119892 | Tomb:3   | Identified the ring of Pride {MP+9 Str+5 Int+2}
119895 | Tomb:3   | Identified the ring of Zoeloa {rPois rF++ rC+ Slay-5 SInv}
119938 | Tomb:3   | Identified the +3 glaive "Mantal" {drain, MP+9 Str-3
                  | Stlth+}
119939 | Tomb:3   | Identified the +5 broad axe "Fyhex" {freeze, rC+ Will++}
119942 | Tomb:3   | Identified the +8 spear of Rozaci {vamp, rElec}
119943 | Tomb:3   | Identified the +8 plate armour "Pyewk" {Regen+}
119953 | Tomb:3   | Identified the staff of fire "Uthreuh" {rF+ rC+ Dex+3}
120540 | Vaults:3 | Identified the ring "Yxzu" {+Blink Fly}
120551 | Vaults:3 | Identified the amulet "Fuowne Diek" {Regen+ Str+3}
120564 | Vaults:3 | Identified the +0 scale mail of Trial and Error {Harm rC+
                  | Int+2}
121078 | Zot:5    | Noticed an ancient lich
121092 | Zot:5    | Noticed an orb of fire
121099 | Zot:5    | Killed an ancient lich
121107 | Zot:5    | Killed an orb of fire
121274 | Zot:5    | Noticed an ancient lich
121288 | Zot:5    | Killed an ancient lich
121605 | Zot:5    | Noticed an orb of fire
121607 | Zot:5    | Gained mutation: You are very weak. (Str -4) [an orb of
                  | fire]
121613 | Zot:5    | Noticed a dread lich
121616 | Zot:5    | Noticed a dread lich
121619 | Zot:5    | Noticed an ancient lich
121622 | Zot:5    | Killed an ancient lich
121622 | Zot:5    | Killed a dread lich
121623 | Zot:5    | Killed a dread lich
121630 | Zot:5    | Killed an orb of fire
121639 | Zot:5    | Reached skill level 24 in Conjurations
121641 | Zot:5    | Noticed a dread lich
121641 | Zot:5    | Noticed a dread lich
121664 | Zot:5    | Killed a dread lich
121687 | Zot:5    | Killed a dread lich
121688 | Zot:5    | Reached skill level 21 in Fire Magic
122071 | Zot:5    | Killed wingedge's ghost
122358 | Zot:2    | Learned a level 9 spell: Chain Lightning
122791 | Vaults:5 | Learned a level 8 spell: Maxwell's Capacitive Coupling
123006 | Crypt:3  | Learned a level 6 spell: Iron Shot
123286 | Geh:1    | Entered Level 1 of Gehenna
123404 | Geh:1    | Reached skill level 18 in Air Magic
124307 | Geh:3    | Reached skill level 18 in Spellcasting
124944 | Geh:4    | Found a runed translucent gate.
124944 | Geh:4    | Found a runed translucent gate.
124944 | Geh:4    | Found a runed translucent gate.
124946 | Geh:4    | Found a runed translucent gate.
124946 | Geh:4    | Found a runed translucent gate.
124947 | Geh:4    | Found a runed translucent gate.
124947 | Geh:4    | Found a runed translucent gate.
124950 | Geh:4    | Found a runed translucent gate.
124950 | Geh:4    | Found a runed translucent gate.
124950 | Geh:4    | Found a runed translucent gate.
124950 | Geh:4    | Found a runed translucent gate.
124952 | Geh:4    | Found a runed translucent gate.
125153 | Geh:5    | Noticed a dread lich
125174 | Geh:5    | Killed a dread lich
125548 | Geh:6    | Noticed a dread lich
125559 | Geh:6    | Killed a dread lich
125991 | Geh:7    | Entered Level 7 of Gehenna
127379 | Geh:7    | Identified the staff of earth "Huasucro" {Fragile rF+ rC+
                  | SInv}
127448 | Geh:7    | Identified the +0 scale mail of the Barber Surgeon {rElec
                  | rN+ Regen+}
128303 | Geh:7    | Found the +13 sceptre of Asmodeus
128303 | Geh:7    | Noticed Asmodeus
128313 | Geh:7    | Killed Asmodeus
128322 | Geh:7    | Got an obsidian rune of Zot
128488 | Dis:2    | Noticed an ancient lich
128526 | Dis:2    | Killed an ancient lich
130635 | Dis:7    | Entered Level 7 of the Iron City of Dis
132401 | Dis:7    | Identified the ring "Ycin" {Ice *Corrode rElec rPois Int-5}
132403 | Dis:7    | Identified the +11 sling "Trog's Anger" {flame, Drain rF+++
                  | SInv Stlth-}
132423 | Dis:7    | Identified the staff of earth "Rerhische" {Will+ Str-2
                  | Dex+4}
133069 | Dis:7    | Identified the +0 chain mail "Jynta" {rCorr Int+3 Dex+6
                  | SInv}
133284 | Dis:7    | Identified the +7 rapier of Yshrawurre {drain, *Corrode
                  | rElec rC+}
133303 | Dis:7    | Identified the staff of poison "Azuzah" {Fly rPois rC+
                  | rN+++ Str-5}
133460 | Dis:7    | Noticed Dispater
133466 | Dis:7    | Killed Dispater
133504 | Dis:7    | Got an iron rune of Zot
133505 | Dis:7    | Identified the ring "Acocsoxt" {rN++ AC+4 Dex+5}
134440 | Zig:1    | Entered Level 1 of a ziggurat
134462 | Zig:2    | Entered Level 2 of a ziggurat
134463 | Zig:2    | Noticed Fatob the pandemonium lord
134467 | Zig:2    | Killed Fatob the pandemonium lord
134475 | Zig:2    | Identified the ring of the Failed Coup {Dex+2 Slay+4}
134481 | Zig:3    | Entered Level 3 of a ziggurat
134679 | Zig:4    | Entered Level 4 of a ziggurat
134685 | Zig:4    | Reached skill level 21 in Air Magic
134716 | Zig:4    | Identified the +10 plate armour of the Ecumenical Temple
                  | {Fly rC+ Str-2 Int+2}
134737 | Zig:5    | Entered Level 5 of a ziggurat
134891 | Zig:6    | Entered Level 6 of a ziggurat
134971 | Zig:6    | Identified the +1 cloak of Monotheism {rN+++ Will+ Int-3
                  | Dex+6}
135002 | Zig:7    | Entered Level 7 of a ziggurat
135149 | Zig:7    | Got the Discourse on the Mausoleum
135174 | Zig:8    | Entered Level 8 of a ziggurat
135181 | Zig:8    | Paralysed by an air elemental for 1 turns
135290 | Zig:8    | Identified the staff of air "Etsoij" {rElec rF+ rN+++
                  | Will++ Int-5}
135298 | Zig:8    | Got the Monograph on Scorching Breccia
135333 | Zig:9    | Entered Level 9 of a ziggurat
135338 | Zig:9    | Noticed a dread lich
135341 | Zig:9    | Killed a dread lich
135342 | Zig:9    | Reached skill level 27 in Conjurations
135498 | Zig:9    | Identified the staff of death "Udunt" {rN+ rCorr SInv}
135499 | Zig:9    | Identified the ring "Bubew" {rF++ MP+9 Int+3 Dex+4}
135571 | Zig:10   | Entered Level 10 of a ziggurat
135573 | Zig:10   | Reached skill level 24 in Fire Magic
135800 | Zig:10   | Identified the +5 halberd of Tension {venom, rPois Dex+7
                  | SInv}
135818 | Zig:11   | Entered Level 11 of a ziggurat
135972 | Zig:11   | Identified the +1 spear of Gozag, Freezing {speed, rPois
                  | rN+ Str+2}
135990 | Zig:12   | Entered Level 12 of a ziggurat
136182 | Zig:12   | Identified the +4 mace "Qooquse" {protect, +Blink rCorr
                  | Int+3}
136188 | Zig:12   | Identified the staff of earth "Zauh Yff" {rPois rN+++ Str+4
                  | Int-2}
136224 | Zig:13   | Entered Level 13 of a ziggurat
136235 | Zig:13   | Noticed an ancient lich
136255 | Zig:13   | Killed an ancient lich
136418 | Zig:13   | Found the +3 salamander hide armour {Flames, rFlCloud rF++
                  | rC--}
136450 | Zig:13   | Identified the staff of death "Nismasin" {rN+ Str+4 Dex-3}
136453 | Zig:13   | Got the Compendium of Vapourous Assembling
136456 | Zig:13   | Identified the ring of Moodiness {Int+6 Dex+4 Slay+2}
136493 | Zig:14   | Entered Level 14 of a ziggurat
136774 | Zig:14   | Lost mutation: Armour fits poorly on your strangely shaped
                  | body. [potion of mutation]
136774 | Zig:14   | Lost mutation: You occasionally shout uncontrollably at
                  | your foes. [potion of mutation]
136774 | Zig:14   | Lost mutation: You have large cloven feet. [potion of
                  | mutation]
136774 | Zig:14   | Lost mutation: You occasionally lose the ability to drink
                  | potions when taking damage. [potion of mutation]
136774 | Zig:14   | Lost mutation: You occasionally lose the ability to read
                  | scrolls when taking damage. [potion of mutation]
136774 | Zig:14   | Lost mutation: You are very weak. (Str -4) [potion of
                  | mutation]
136775 | Zig:14   | Lost mutation: You are vulnerable to heat. (rF-) [potion of
                  | mutation]
136775 | Zig:14   | Lost mutation: You are weak. (Str -2) [potion of mutation]
136775 | Zig:14   | Lost mutation: You are very dopey. (Int -4) [potion of
                  | mutation]
136775 | Zig:14   | Gained mutation: You expend magic power (3 MP) to
                  | strengthen your wands. [potion of mutation]
136777 | Zig:15   | Entered Level 15 of a ziggurat
136996 | Zig:15   | Identified the +8 short sword of Raot {pain, rF+ rC+ Will+}
137045 | Zig:16   | Entered Level 16 of a ziggurat
137288 | Zig:16   | Identified the +0 ring mail "Agamil Teto" {Harm rCorr
                  | Dex-4}
137290 | Zig:16   | Identified the staff of conjuration "Ovocaavy" {Drain rElec
                  | rPois rC+ Str+5}
137303 | Zig:16   | Identified the +2 helmet of the Bulwark {rF+ MP+9}
137305 | Zig:16   | Identified the +0 hand axe of Intimidation {heavy, rElec
                  | Int-5 Dex+5}
137307 | Zig:16   | Identified the amulet of Alucso Sata {Acrobat Fly}
137360 | Zig:17   | Entered Level 17 of a ziggurat
137560 | Zig:17   | Got Sif Muna's Directory of the Curse and Apparitions
137574 | Zig:17   | Identified the +10 sling of Tueskua {elec, Int+6 Stlth-}
137583 | Zig:17   | Identified the staff of fire "Kostosch" {rPois rF+ Stlth+}
137600 | Zig:17   | Identified the ring "Oxakel" {+Blink Str+6}
137648 | Zig:18   | Entered Level 18 of a ziggurat
137930 | Zig:18   | Identified the +1 ring mail of Apathy {rElec MP-9 Str+5
                  | Dex-3}
137956 | Zig:18   | Reached skill level 21 in Spellcasting
137961 | Zig:19   | Entered Level 19 of a ziggurat
137980 | Zig:19   | Reached skill level 3 in Necromancy
138215 | Zig:19   | Identified the +8 war axe of Ru's Delight {freeze, rCorr
                  | Str+3}
138221 | Zig:19   | Got the Codex of Command and Alteration
138223 | Zig:19   | Identified the ring "Novun" {Ice Fly rElec rPois Dex+3}
138225 | Zig:19   | Identified the +0 pearl dragon scales of the Armoured One
                  | {rPois rC- rN+ Will- rCorr Dex+8}
138286 | Zig:20   | Entered Level 20 of a ziggurat
138311 | Zig:20   | Noticed a royal mummy
138311 | Zig:20   | Noticed a royal mummy
138312 | Zig:20   | Noticed a royal mummy
138315 | Zig:20   | Reached skill level 3 in Ice Magic
138315 | Zig:20   | Noticed a royal mummy
138316 | Zig:20   | Noticed a royal mummy
138317 | Zig:20   | Killed a royal mummy
138318 | Zig:20   | Reached skill level 24 in Air Magic
138319 | Zig:20   | Killed a royal mummy
138320 | Zig:20   | Killed a royal mummy
138320 | Zig:20   | Noticed a royal mummy
138321 | Zig:20   | Killed a royal mummy
138321 | Zig:20   | Killed a royal mummy
138323 | Zig:20   | Killed a royal mummy
138450 | Zig:20   | Identified the +6 scimitar of Kyump {heavy, Dex+4}
138457 | Zig:20   | Identified the amulet of Henotheism {Acrobat Str+3 Int-2
                  | SInv}
138461 | Zig:20   | Reached skill level 6 in Necromancy
138514 | Zig:21   | Entered Level 21 of a ziggurat
138540 | Zig:21   | Noticed a dread lich
138540 | Zig:21   | Noticed an ancient lich
138540 | Zig:21   | Found the +2 pair of slick slippers {slick, slippery, EV+4}
138542 | Zig:21   | Killed a dread lich
138544 | Zig:21   | Reached skill level 9 in Necromancy
138544 | Zig:21   | Noticed an ancient lich
138545 | Zig:21   | Killed an ancient lich
138546 | Zig:21   | Reached skill level 6 in Ice Magic
138548 | Zig:21   | Killed an ancient lich
138552 | Zig:21   | Found the +8 mithril axe "Arga" {speed, Will+}
138725 | Zig:21   | Identified the +4 halberd of Glory {protect, *Corrode Will+
                  | Int+3}
138728 | Zig:21   | Identified the staff of death "Kourykk" {rN+ Str+4 Int+3
                  | Dex-3}
138736 | Zig:21   | Identified the amulet of Nefoyff {rC+ Regen+ Int+3}
138824 | Zig:22   | Entered Level 22 of a ziggurat
138842 | Zig:22   | Noticed a dread lich
138842 | Zig:22   | Noticed a dread lich
138843 | Zig:22   | Noticed an ancient lich
138844 | Zig:22   | Noticed an ancient lich
138845 | Zig:22   | Killed a dread lich
138845 | Zig:22   | Killed a dread lich
138845 | Zig:22   | Killed an ancient lich
138847 | Zig:22   | Killed an ancient lich
138849 | Zig:22   | Noticed an ancient lich
138854 | Zig:22   | Noticed a dread lich
138856 | Zig:22   | Noticed a dread lich
138891 | Zig:22   | Killed a dread lich
138893 | Zig:22   | Killed an ancient lich
138902 | Zig:22   | Killed a dread lich
139151 | Zig:22   | Identified the staff of air "Keupn" {Fly rElec}
139152 | Zig:22   | Identified the +0 pair of boots of Ashrof {rPois Will++
                  | Int+3 Dex+3}
139154 | Zig:22   | Identified the +9 mace "Bajips" {freeze, rPois rF+ rC+
                  | rCorr Dex-4}
139171 | Zig:22   | Identified the staff of earth "Lofaelac" {rC++ Will+ Str+3
                  | Int-5}
139173 | Zig:22   | Identified the +4 great sword of Ephemudu {venom, Fly}
139174 | Zig:22   | Identified the +1 scimitar "Asatorr" {venom, rPois rC++}
139273 | Zig:23   | Entered Level 23 of a ziggurat
139289 | Zig:23   | Reached skill level 27 in Fire Magic
139301 | Zig:23   | Reached skill level 12 in Necromancy
139304 | Zig:23   | Reached skill level 9 in Ice Magic
139633 | Zig:23   | Identified the +0 leather armour of Grot {rPois rF+}
139635 | Zig:23   | Identified the +5 sling of Glory {antimagic, rC+}
139640 | Zig:23   | Identified the ring of the Wizarding Gods {rElec rC- rCorr
                  | Dex+6}
139644 | Zig:23   | Identified the amulet "Jinneps" {Spirit Fragile rN+ Will+++
                  | Regen+}
139649 | Zig:23   | Identified the staff of poison "Riolaro" {Fly rPois}
139704 | Zig:24   | Entered Level 24 of a ziggurat
139736 | Zig:24   | Noticed a royal mummy
139744 | Zig:24   | Killed a royal mummy
139748 | Zig:24   | Noticed a royal mummy
139750 | Zig:24   | Killed a royal mummy
139781 | Zig:24   | Noticed a royal mummy
139785 | Zig:24   | Killed a royal mummy
139796 | Zig:24   | Noticed a royal mummy
139802 | Zig:24   | Noticed a royal mummy
139807 | Zig:24   | Killed a royal mummy
139807 | Zig:24   | Killed a royal mummy
139809 | Zig:24   | Noticed a royal mummy
139813 | Zig:24   | Killed a royal mummy
139814 | Zig:24   | Noticed a royal mummy
139819 | Zig:24   | Noticed a royal mummy
139824 | Zig:24   | Killed a royal mummy
139825 | Zig:24   | Killed a royal mummy
140114 | Zig:24   | Identified the +1 leather armour of Fashionability {rElec
                  | Dex+4}
140115 | Zig:24   | Identified the +6 trident of the Brain {drain, Fragile
                  | +Blink Str+9}
140120 | Zig:24   | Identified the +0 quarterstaff "Ceqotaqo" {heavy, rF+ rC+
                  | Will+}
140121 | Zig:24   | Identified the staff of air "Miowo" {rElec Str-3 Int+2
                  | Dex+3}
140125 | Zig:24   | Identified the amulet of Rery {RegenMP rF- rN+ Int+3 Dex+3}
140128 | Zig:24   | Identified the staff of earth "Xuweny" {rCorr}
140202 | Zig:25   | Entered Level 25 of a ziggurat
140446 | Zig:25   | Found the +10 zealot's sword {holy, Zealotry, *Rage rN+
                  | EV+3}
140492 | Zig:25   | Identified the ring "Belov" {rPois rF+ rCorr Int+2}
140502 | Zig:25   | Identified the +1 ring mail of Lightning Storm {Will+
                  | Str+5}
140505 | Zig:25   | Identified the ring "Woamit" {rC+++ Str-3 Int+6}
140506 | Zig:25   | Identified the amulet "Pode Dekk" {Acrobat +Inv rF+}
140639 | Zig:26   | Entered Level 26 of a ziggurat
140685 | Zig:26   | Reached skill level 15 in Necromancy
140687 | Zig:26   | Reached skill level 12 in Ice Magic
140985 | Zig:26   | Identified the +4 spear "Demonslayer" {flame, *Slow +Blink
                  | rF- Str+9}
140988 | Zig:26   | Identified the +7 halberd of the Tundras {drain, rC+}
140990 | Zig:26   | Identified the +8 hand axe of Capital Punishment {flame,
                  | Str+3}
140994 | Zig:26   | Identified the staff of conjuration "Uzurut" {Str+3 Int+3
                  | Dex-5}
140998 | Zig:26   | Identified the staff of fire "Hoish" {rPois rF+ Will+}
140999 | Zig:26   | Identified the amulet of Pudan {Reflect MP+9 SH+5}
141005 | Zig:26   | Identified the +0 ring mail of Courage {Stlth+}
141011 | Zig:26   | Reached skill level 24 in Spellcasting
141018 | Zig:26   | Identified the +1 rapier "Zumnosm" {distort, rPois}
141019 | Zig:26   | Identified the +1 crystal plate armour of the Divine God
                  | {Str+3}
141104 | Zig:27   | Entered Level 27 of a ziggurat
141136 | Zig:27   | Noticed Reuwuasu the pandemonium lord
141140 | Zig:27   | Killed Reuwuasu the pandemonium lord
141391 | Zig:27   | Found the +4 robe of Folly {Brill Will-∞ Int+8}
141402 | Zig:27   | Identified the +3 kite shield of Cloud Cover {rElec}
141424 | Zig:27   | Identified the +0 mace of the Hundredfold Souls {heavy,
                  | Will++ Int+2 Dex-2 Stlth+}
142338 | Zig:1    | Entered Level 1 of a ziggurat
142409 | Zig:2    | Entered Level 2 of a ziggurat
142459 | Zig:3    | Entered Level 3 of a ziggurat
142519 | Zig:3    | Identified the ring "Bewo" {rN+ EV+5 Int+6 Dex+2}
142532 | Zig:4    | Entered Level 4 of a ziggurat
142721 | Zig:5    | Entered Level 5 of a ziggurat
142778 | Zig:5    | Identified the +0 ring mail "Aqubejeg" {Harm rF+ Will+}
142781 | Zig:5    | Identified the ring of Xom's Entertainment {*Corrode rN+
                  | Will++ Int+4}
142784 | Zig:5    | Got the Book of Anathema and the Icicle
142801 | Zig:6    | Entered Level 6 of a ziggurat
142950 | Zig:7    | Entered Level 7 of a ziggurat
142956 | Zig:7    | Noticed an ancient lich
142959 | Zig:7    | Reached skill level 18 in Necromancy
142959 | Zig:7    | Reached skill level 27 in Air Magic
142959 | Zig:7    | Killed an ancient lich
143045 | Zig:7    | Identified the amulet of the Townfolk {Faith Rampage Str-4
                  | Dex+4}
143060 | Zig:7    | Identified the staff of fire "Citaraiv" {rF+ Will+}
143071 | Zig:8    | Entered Level 8 of a ziggurat
143078 | Zig:8    | Reached skill level 15 in Ice Magic
143166 | Zig:8    | Identified the +7 short sword "Zolac" {heavy, Contam rF+
                  | Int+2}
143167 | Zig:8    | Identified the ring of Doejaih {rN+ Int+4 Dex+6 SInv
                  | Stlth-}
143169 | Zig:8    | Identified the staff of fire "Jaffuebb" {rPois rF+}
143178 | Zig:8    | Identified the +2 dagger "Ulocaej" {elec, Str+3}
143199 | Zig:9    | Entered Level 9 of a ziggurat
143206 | Zig:9    | Noticed Noesm the pandemonium lord
143207 | Zig:9    | Noticed Inaiv Fol the pandemonium lord
143209 | Zig:9    | Killed Noesm the pandemonium lord
143212 | Zig:9    | Noticed Lyduq the pandemonium lord
143213 | Zig:9    | Killed Inaiv Fol the pandemonium lord
143223 | Zig:9    | Killed Lyduq the pandemonium lord
143389 | Zig:9    | Identified the +2 long sword of Irksome Prudence
                  | {antimagic, rElec rC+ Str+5}
143393 | Zig:9    | Identified the ring of Nigoru {rPois rN+ Dex+4}
143398 | Zig:9    | Identified the staff of earth "Olucimi" {rPois rF+ rC-
                  | Str+3}
143436 | Zig:10   | Entered Level 10 of a ziggurat
143442 | Zig:10   | Noticed a dread lich
143443 | Zig:10   | Noticed a dread lich
143443 | Zig:10   | Found the +0 mask of the Dragon {Will+ Slay+3 SInv}
143445 | Zig:10   | Killed a dread lich
143445 | Zig:10   | Noticed a dread lich
143446 | Zig:10   | Killed a dread lich
143450 | Zig:10   | Killed a dread lich
143600 | Zig:10   | Identified the ring "Hasaq" {Wiz rC+ Will+ Stlth+}
143625 | Zig:11   | Entered Level 11 of a ziggurat
143859 | Zig:12   | Entered Level 12 of a ziggurat
143870 | Zig:12   | Found the +8 autumn katana {manifold assault}
144004 | Zig:12   | Identified the staff of earth "Kasanwou" {Str+4}
144092 | Zig:13   | Entered Level 13 of a ziggurat
144099 | Zig:13   | Found the ring of the Octopus King
144102 | Zig:13   | Noticed an ancient lich
144107 | Zig:13   | Killed an ancient lich
144216 | Zig:13   | Identified the +5 long sword of the Final Wars {flame,
                  | *Noise rElec rCorr Dex+4}
144222 | Zig:13   | Identified the +6 arbalest "Bysofe" {flame, rN+ Will+ Int+2
                  | Dex+2}
144243 | Zig:13   | Identified a ring of the Octopus King {HP+2 MP+9 AC+2 EV+2
                  | SH+2}
144250 | Zig:13   | Identified the +8 great sword of Baleful Cruel Justice
                  | {heavy, rElec rPois Stlth-}
144286 | Zig:14   | Entered Level 14 of a ziggurat
144293 | Zig:14   | Noticed a juggernaut
144298 | Zig:14   | Killed a juggernaut
144564 | Zig:14   | Identified the amulet "Zianuduu" {Reflect Dex+2 SH+5}
144567 | Zig:14   | Identified the ring of Xoolaugefe {+Blink AC+4 Str-5 Int+4}
144571 | Zig:14   | Identified the amulet "Innafics" {Acrobat Will+}
144580 | Zig:15   | Entered Level 15 of a ziggurat
144593 | Zig:15   | Reached skill level 21 in Necromancy
144882 | Zig:16   | Entered Level 16 of a ziggurat
144895 | Zig:16   | Reached skill level 18 in Ice Magic
145117 | Zig:16   | Identified the +4 long sword "Zuqu" {drain, rPois rCorr
                  | Str+4}
145119 | Zig:16   | Identified the ring "Izasij" {rElec rF+ rN+++ Int+4 Dex-5}
145120 | Zig:16   | Identified the ring of Suspected Treachery {Ice Drain rCorr
                  | Str+3}
145125 | Zig:16   | Identified the +6 flail "Worm's Wrath" {heavy, Will+ Dex+3}
145132 | Zig:16   | Identified the staff of poison "Riwiak" {Drain rPois Dex+4}
145135 | Zig:16   | Identified the staff of air "Rewkugea" {rElec Will+}
145163 | Zig:17   | Entered Level 17 of a ziggurat
145183 | Zig:17   | Noticed a royal mummy
145184 | Zig:17   | Noticed a royal mummy
145185 | Zig:17   | Noticed a royal mummy
145185 | Zig:17   | Noticed a royal mummy
145187 | Zig:17   | Killed a royal mummy
145187 | Zig:17   | Noticed a royal mummy
145188 | Zig:17   | Killed a royal mummy
145188 | Zig:17   | Noticed a royal mummy
145189 | Zig:17   | Killed a royal mummy
145190 | Zig:17   | Killed a royal mummy
145190 | Zig:17   | Killed a royal mummy
145191 | Zig:17   | Noticed a royal mummy
145192 | Zig:17   | Noticed a royal mummy
145193 | Zig:17   | Noticed a royal mummy
145195 | Zig:17   | Killed a royal mummy
145195 | Zig:17   | Killed a royal mummy
145196 | Zig:17   | Killed a royal mummy
145196 | Zig:17   | Killed a royal mummy
145196 | Zig:17   | Noticed a royal mummy
145199 | Zig:17   | Killed a royal mummy
145199 | Zig:17   | Noticed a royal mummy
145200 | Zig:17   | Killed a royal mummy
145433 | Zig:17   | Identified the +6 whip "Xuisaq" {antimagic, rC+ Will+}
145447 | Zig:17   | Identified the ring of Tender Moments {Ice rElec}
145459 | Zig:18   | Entered Level 18 of a ziggurat
145730 | Zig:18   | Identified the staff of poison "Zomy" {rPois Will+}
145732 | Zig:18   | Identified the +4 great sword of Peace {antimagic, rPois
                  | rN+ Str+2 Stlth-}
145738 | Zig:18   | Identified the +3 short sword of Napabaom {pain, rCorr
                  | SInv}
145777 | Zig:19   | Entered Level 19 of a ziggurat
146024 | Zig:19   | Identified the staff of poison "Koxkiomn" {rPois rF+ Dex+6}
146030 | Zig:19   | Got Sif Muna's Cyclopedia of the Boggart and Shapes
146034 | Zig:19   | Identified the +1 ring mail of Discretion {Rampage Will+
                  | Str-4}
146060 | Zig:20   | Entered Level 20 of a ziggurat
146075 | Zig:20   | Reached skill level 24 in Necromancy
146076 | Zig:20   | Noticed Juoriakkaergh the pandemonium lord
146079 | Zig:20   | Killed Juoriakkaergh the pandemonium lord
146084 | Zig:20   | Found the +5 Lochaber axe {reach-cleave, Poleaxe Drain}
146329 | Zig:20   | Identified the staff of air "Cogaad" {rElec MP+9 Int+5}
146346 | Zig:20   | Identified the ring "Gonku" {rF+ rN+}
146347 | Zig:20   | Identified the amulet "Noucau" {RegenMP Harm rF- Str+7
                  | Slay+5}
146356 | Zig:20   | Identified the +2 dagger "Spiderslayer" {venom, *Rage rElec
                  | rF+}
146399 | Zig:21   | Entered Level 21 of a ziggurat
146406 | Zig:21   | Noticed a royal mummy
146411 | Zig:21   | Killed a royal mummy
146412 | Zig:21   | Noticed a royal mummy
146414 | Zig:21   | Killed a royal mummy
146418 | Zig:21   | Noticed a royal mummy
146419 | Zig:21   | Noticed a royal mummy
146421 | Zig:21   | Killed a royal mummy
146423 | Zig:21   | Killed a royal mummy
146424 | Zig:21   | Reached skill level 21 in Ice Magic
146427 | Zig:21   | Noticed a royal mummy
146427 | Zig:21   | Noticed a royal mummy
146429 | Zig:21   | Killed a royal mummy
146430 | Zig:21   | Killed a royal mummy
146433 | Zig:21   | Noticed a royal mummy
146434 | Zig:21   | Noticed a royal mummy
146439 | Zig:21   | Killed a royal mummy
146443 | Zig:21   | Killed a royal mummy
146459 | Zig:21   | Found the +5 robe of Night {Dark Will+ SInv}
146684 | Zig:21   | Found the +3 warlock's mirror {omnireflect}
146689 | Zig:21   | Identified the staff of poison "Qecoz" {rElec rPois Int+3
                  | Dex-2}
146695 | Zig:21   | Identified the amulet of the Five Souls {Spirit Regen+
                  | Slay+5}
146702 | Zig:21   | Identified the staff of poison "Lapourupt" {rPois rC+
                  | Str+2}
146708 | Zig:21   | Identified the +3 battleaxe of the Tired Knives {holy,
                  | Str-3 Int+5}
146709 | Zig:21   | Identified the +1 chain mail of Beauty {Rampage Int+6 Dex-5
                  | SInv}
146714 | Zig:21   | Identified the +1 halberd of the Traitor {heavy, rN+ rCorr
                  | Int+2}
146733 | Zig:22   | Entered Level 22 of a ziggurat
146764 | Zig:22   | Found the crystal ball of Wucad Mu {*channel}
147019 | Zig:22   | Identified the +3 scimitar "Vibo" {freeze, rC+ Str+3}
147057 | Zig:22   | Identified the staff of poison "Pekkifro" {rPois Will+}
147104 | Zig:23   | Entered Level 23 of a ziggurat
147115 | Zig:23   | Learned a level 9 spell: Death's Door
147439 | Zig:23   | Identified the +8 rapier of Opniuhau {antimagic, rPois rC+}
147446 | Zig:23   | Identified the +4 scimitar "Paned" {spect, +Blink Str+5
                  | Int+2}
147447 | Zig:23   | Identified the ring "Ganown" {Ice rN+ Dex+4}
147448 | Zig:23   | Identified the +7 mace of Daruapan {freeze, rF++ Will+
                  | SInv}
147456 | Zig:23   | Acquired the amulet "Ameuge" {RegenMP rPois rC+ Str-2
                  | Int+7}
147461 | Zig:23   | Identified the ring of Ascent {Ice rPois Str+6 Int-2}
147462 | Zig:23   | Identified the +8 long sword of Egyrig {freeze, Str+4 Int-4
                  | Dex+4}
147476 | Zig:23   | Identified the staff of earth "Emeux" {rCorr Int+2 Stlth+}
147488 | Zig:23   | Identified the ring of Jadwee {rElec rC- Int+2 SInv}
147512 | Zig:23   | Learned a level 9 spell: Polar Vortex
147513 | Zig:24   | Entered Level 24 of a ziggurat
147527 | Zig:24   | Reached skill level 27 in Spellcasting
147529 | Zig:24   | Reached skill level 27 in Necromancy
147829 | Zig:24   | Reached skill level 24 in Ice Magic
147837 | Zig:24   | Identified the +4 ring mail of Perfidy {Fly rPois}
147844 | Zig:24   | Identified the staff of death "Dimitali" {rF+ rN+}
147850 | Zig:24   | Identified the ring "Pucetz" {rPois rCorr Str-5 Int+4
                  | Dex+4}
147855 | Zig:25   | Entered Level 25 of a ziggurat
148201 | Zig:25   | Found the +4 Cigotuvi's embrace {Corpsefed rMiasma Drain
                  | rN+}
148205 | Zig:25   | Identified the +6 trident of Paeterar {vamp, *Slow rPois
                  | rF++ Dex+4}
148215 | Zig:25   | Identified the staff of conjuration "Xoqaythri" {+Blink
                  | rPois rCorr Stlth-}
148223 | Zig:25   | Identified the +5 shortbow "Doemiry" {flame, Str-5 Dex+4}
148225 | Zig:25   | Identified the staff of death "Horonges" {rN+ Will- rCorr
                  | Str+8 Dex-5}
148230 | Zig:25   | Identified the staff of fire "Gisumyps" {rF+ rN+ Int+4
                  | Dex-3}
148285 | Zig:26   | Entered Level 26 of a ziggurat
148308 | Zig:26   | Reached skill level 27 in Ice Magic
148311 | Zig:26   | Reached skill level 3 in Throwing
148315 | Zig:26   | Reached skill level 6 in Armour
148319 | Zig:26   | Found the +6 Majin-Bo {spellvamp, MP+6 Int+6}
148567 | Zig:26   | Identified the staff of cold "Ycredd" {rF+ rC+ Str+4}
148577 | Zig:26   | Identified the ring "Opnorox" {+Blink rF+ rN+ MP+9 Str+2}
148585 | Zig:26   | Identified the +4 rapier of Cadag {holy, rF+ rCorr Dex+2}
148603 | Zig:26   | Identified the +4 lajatang "Tewnueni" {flame, Str+6}
148606 | Zig:26   | Identified the ring of Segetud {Int+6 Dex+8 Slay-4}
148607 | Zig:26   | Identified the +3 leather armour of Foolhardiness {Dex+3}
148608 | Zig:26   | Identified the staff of fire "Qonuprat" {rPois rF+ Dex+8}
148706 | Zig:27   | Entered Level 27 of a ziggurat
148724 | Zig:27   | Reached skill level 15 in Translocations
148726 | Zig:27   | Reached skill level 12 in Evocations
149020 | Zig:27   | Identified the ring "Sownuu" {rPois Will++ MP+9}
149021 | Zig:27   | Identified the +0 leather armour "Fitir" {rPois rCorr Str-5
                  | Dex+7}
149022 | Zig:27   | Identified the ring "Leatyipn" {rPois rF- Will+ Dex+3
                  | Stlth+}
149023 | Zig:27   | Identified the staff of fire "Nyhyo" {rF+ Dex+3}
149029 | Zig:27   | Identified the ring of the Elephant {Fire Str+2}
149031 | Zig:27   | Identified the amulet of Danong {Acrobat -Tele Rampage
                  | Regen+ Dex+3}
149034 | Zig:27   | Got the Meditations on Composition
151039 | Depths:4 | Learned a level 8 spell: Necromutation
151048 | Depths:4 | Learned a level 8 spell: Borgnjor's Revivification
151057 | Depths:4 | Learned a level 8 spell: Ignition
151058 | Zig:1    | Entered Level 1 of a ziggurat
151124 | Zig:2    | Entered Level 2 of a ziggurat
151125 | Zig:2    | Found the +3 Elemental Staff {rElec rF+ rC+ AC+3}
151128 | Zig:2    | Reached skill level 9 in Armour
151165 | Zig:3    | Entered Level 3 of a ziggurat
151234 | Zig:4    | Entered Level 4 of a ziggurat
151235 | Zig:4    | Found the +1 cloak of Starlight {*Dazzle EV+4 Stlth--}
151283 | Zig:5    | Entered Level 5 of a ziggurat
151286 | Zig:5    | Noticed a dread lich
151287 | Zig:5    | Noticed an ancient lich
151287 | Zig:5    | Noticed a dread lich
151290 | Zig:5    | Killed a dread lich
151294 | Zig:5    | Killed an ancient lich
151295 | Zig:5    | Killed a dread lich
151365 | Zig:6    | Entered Level 6 of a ziggurat
151377 | Zig:6    | Noticed Uplomyq the pandemonium lord
151378 | Zig:6    | Found the +4 moon troll leather armour {Spirit, Regen++
                  | MP+5}
151382 | Zig:6    | Killed Uplomyq the pandemonium lord
151383 | Zig:6    | Reached skill level 3 in Transmutations
151437 | Zig:6    | Identified the staff of death "Leczalo" {Fragile rN+ Str+5
                  | Dex+4}
151443 | Zig:6    | Identified the amulet "Nuhuikel" {Acrobat Dex+3}
151481 | Zig:7    | Entered Level 7 of a ziggurat
151537 | Zig:7    | Identified the staff of death "Hommaf" {rN+ Str+5}
151538 | Zig:7    | Identified the +5 quarterstaff of the Middle {heavy, rCorr}
151573 | Zig:8    | Entered Level 8 of a ziggurat
151581 | Zig:8    | Noticed Xuwiuj the pandemonium lord
151583 | Zig:8    | Killed Xuwiuj the pandemonium lord
151674 | Zig:8    | Identified the +4 whip of Beyond {protect, rCorr Int+2}
151700 | Zig:8    | Identified the +5 mace of Crusades {heavy, rPois rN+ Will-}
151721 | Zig:9    | Entered Level 9 of a ziggurat
151744 | Zig:9    | Reached skill level 6 in Transmutations
151870 | Zig:10   | Entered Level 10 of a ziggurat
151937 | Zig:10   | Identified the +0 shortbow "Hyxeumoa" {flame, rPois rF+
                  | Dex+4}
151941 | Zig:10   | Identified the +4 sling of Cait {heavy, Int+2 Dex+2}
151974 | Zig:10   | Identified the +2 triple sword of the Kidney {venom,
                  | Fragile rC+ Int+3}
152000 | Zig:11   | Entered Level 11 of a ziggurat
152132 | Zig:11   | Identified the +3 flail of Gozag's Vengeance {spect, Dex+5}
152134 | Zig:11   | Identified the +6 falchion of Defence by Offence {heavy,
                  | rF+}
152147 | Zig:11   | Identified the +7 plate armour of Iffa {Rampage rF+ Dex+4}
152198 | Zig:12   | Entered Level 12 of a ziggurat
152219 | Zig:12   | Noticed Joclempa the pandemonium lord
152219 | Zig:12   | Noticed Lazemade the pandemonium lord
152219 | Zig:12   | Noticed Dudesh the pandemonium lord
152220 | Zig:12   | Noticed Zelaor the pandemonium lord
152220 | Zig:12   | Noticed Utuiv the pandemonium lord
152220 | Zig:12   | Noticed Leg Nefi the pandemonium lord
152220 | Zig:12   | Found the dreamshard necklace {*Dream Drain}
152220 | Zig:12   | Noticed Paothule the pandemonium lord
152220 | Zig:12   | Noticed Eloromun the pandemonium lord
152221 | Zig:12   | Noticed Cijugocvygg the pandemonium lord
152221 | Zig:12   | Killed Leg Nefi the pandemonium lord
152222 | Zig:12   | Killed Utuiv the pandemonium lord
152222 | Zig:12   | Killed Cijugocvygg the pandemonium lord
152223 | Zig:12   | Reached skill level 15 in Evocations
152223 | Zig:12   | Killed Zelaor the pandemonium lord
152223 | Zig:12   | Killed Joclempa the pandemonium lord
152223 | Zig:12   | Killed Lazemade the pandemonium lord
152224 | Zig:12   | Killed Paothule the pandemonium lord
152224 | Zig:12   | Killed Dudesh the pandemonium lord
152225 | Zig:12   | Reached skill level 12 in Armour
152225 | Zig:12   | Killed Eloromun the pandemonium lord
152310 | Zig:12   | Identified the +1 scale mail of the Poles {Fly Will+ Int-5}
152318 | Zig:12   | Identified the ring "Qyothel" {*Slow rPois Int+4}
152383 | Zig:13   | Entered Level 13 of a ziggurat
152406 | Zig:13   | Found the sphere of Battle
152487 | Zig:13   | Identified the +5 shortbow "Riplyxt" {drain, rElec rPois
                  | rN+ Int-3}
152489 | Zig:13   | Identified the +11 arbalest of Scorn {flame, Int+4}
152544 | Zig:14   | Entered Level 14 of a ziggurat
152574 | Zig:14   | Reached skill level 9 in Transmutations
152678 | Zig:14   | Identified the +0 scale mail "Arruotuleh" {rPois Int+3}
152686 | Zig:14   | Identified the +0 shortbow of the Lettuce {drain, rElec}
152732 | Zig:15   | Entered Level 15 of a ziggurat
152761 | Zig:15   | Reached skill level 18 in Translocations
153028 | Zig:15   | Identified the ring of Soesastu {Str+6 Stlth+}
153039 | Zig:15   | Identified the ring "Luofeson" {rC+ Int+4}
153044 | Zig:15   | Identified the staff of death "Uneuf" {rN+ Dex+3 SInv
                  | Stlth+}
153051 | Zig:15   | Identified the +3 long sword of Uppuoj {drain, +Blink rElec
                  | Str+3}
153073 | Zig:15   | Identified the +2 battleaxe of Wijoxt {vamp, Dex+4}
153141 | Zig:16   | Entered Level 16 of a ziggurat
153158 | Zig:16   | Noticed a dread lich
153161 | Zig:16   | Killed a dread lich
153163 | Zig:16   | Noticed a dread lich
153166 | Zig:16   | Noticed an ancient lich
153167 | Zig:16   | Killed a dread lich
153170 | Zig:16   | Killed an ancient lich
153259 | Zig:16   | Found the +7 lajatang of Order {silver, rMut}
153311 | Zig:16   | Identified the ring of Kuhy {rPois Int+6 Dex+3 SInv}
153314 | Zig:16   | Identified the amulet "Memnon" {rPois rC++ Regen+ rCorr
                  | Int-4}
153316 | Zig:16   | Identified the +2 great mace "Uhirhun" {speed, MP+9 Dex+4
                  | SInv}
153321 | Zig:16   | Identified the amulet "Tuipsone" {rPois Will+ Regen+}
153392 | Zig:17   | Entered Level 17 of a ziggurat
153415 | Zig:17   | Reached skill level 24 in Dodging
153527 | Zig:17   | Got the Information on Excavation
153528 | Zig:17   | Identified the amulet of Lephioha {Spirit Rampage *Corrode
                  | Will+++ MP+9}
153531 | Zig:17   | Got Plog's Volume of the Maledictive Salvo
153536 | Zig:17   | Identified the ring "Derula" {rElec rCorr MP-9 Int+3
                  | Slay+4}
153545 | Zig:17   | Identified the +4 falchion "Reebusav" {freeze, rPois Str+2
                  | Int+4 Stlth-}
153553 | Zig:17   | Identified the ring of Zucleic {*Corrode rF+ rN+ Int+2
                  | Slay+4}
153694 | Zig:18   | Entered Level 18 of a ziggurat
153733 | Zig:18   | Found the +8 trishula "Condemnation" {holy, anguish, *Noise
                  | Fly rN+}
153915 | Zig:18   | Identified the +6 rapier of the Hero {venom, Will+}
153926 | Zig:18   | Reached skill level 12 in Transmutations
153927 | Zig:18   | Reached skill level 15 in Armour
153928 | Zig:18   | Reached skill level 18 in Evocations
153934 | Zig:19   | Entered Level 19 of a ziggurat
153944 | Zig:19   | Noticed Niahie the pandemonium lord
153948 | Zig:19   | Noticed Vucoess the pandemonium lord
153949 | Zig:19   | Killed Niahie the pandemonium lord
153949 | Zig:19   | Noticed Buffag the pandemonium lord
153952 | Zig:19   | Noticed Alosh the pandemonium lord
153952 | Zig:19   | Noticed Huac Ti Luf the pandemonium lord
153952 | Zig:19   | Noticed Qiyfoher the pandemonium lord
153953 | Zig:19   | Noticed Veampy the pandemonium lord
153953 | Zig:19   | Killed Vucoess the pandemonium lord
153953 | Zig:19   | Noticed Ruedovvi the pandemonium lord
153954 | Zig:19   | Noticed Vetaneg the pandemonium lord
153954 | Zig:19   | Noticed Poicsith the pandemonium lord
153956 | Zig:19   | Killed Huac Ti Luf the pandemonium lord
153956 | Zig:19   | Killed Buffag the pandemonium lord
153956 | Zig:19   | Killed Veampy the pandemonium lord
153957 | Zig:19   | Noticed Ugiff the pandemonium lord
153959 | Zig:19   | Killed Qiyfoher the pandemonium lord
153959 | Zig:19   | Killed Vetaneg the pandemonium lord
153960 | Zig:19   | Killed Alosh the pandemonium lord
153960 | Zig:19   | Killed Ruedovvi the pandemonium lord
153960 | Zig:19   | Killed Poicsith the pandemonium lord
153962 | Zig:19   | Killed Ugiff the pandemonium lord
153966 | Zig:19   | Paralysed by you for 3 turns
154071 | Zig:19   | Found the +11 Singing Sword {sonic wave}
154198 | Zig:19   | Identified the staff of cold "Unlid" {rF+++ rC+ Will-
                  | Dex+4}
154199 | Zig:19   | Identified the amulet of Mabomot {Spirit Will+}
154201 | Zig:19   | Identified the +9 plate armour "Fiephatala" {Int+3 Stlth+}
154219 | Zig:19   | Identified the +3 short sword of the Hated {antimagic,
                  | Str+4}
154236 | Zig:20   | Entered Level 20 of a ziggurat
154275 | Zig:20   | Noticed a juggernaut
154282 | Zig:20   | Killed a juggernaut
154505 | Zig:20   | Identified the ring "Qayqyaly" {rN++ AC+4}
154523 | Zig:20   | Identified the +5 long sword "Addy Her" {protect, rN+ Will+
                  | rCorr Dex-3}
154527 | Zig:20   | Acquired a manual of Transmutations
154580 | Zig:21   | Entered Level 21 of a ziggurat
154592 | Zig:21   | Noticed Ecsetopt's ghost (legendary BaWn)
154592 | Zig:21   | Noticed scarywalker64's ghost (legendary GrEE)
154593 | Zig:21   | Noticed Hillam's ghost (legendary DsTm)
154593 | Zig:21   | Noticed Alysiarr's ghost (legendary KoHu)
154593 | Zig:21   | Noticed swap's ghost (legendary DEFE)
154594 | Zig:21   | Noticed Haitsiopt's ghost (legendary DsGl)
154594 | Zig:21   | Noticed Dameikh's ghost (veteran FoFi)
154594 | Zig:21   | Noticed thechecker02's ghost (legendary DDFi)
154597 | Zig:21   | Noticed Shayle's ghost (legendary GnHW)
154597 | Zig:21   | Noticed Zachydoop's ghost (veteran MiMo)
154597 | Zig:21   | Noticed Gemnonof's ghost (adept DgCj)
154598 | Zig:21   | Killed Ecsetopt's ghost
154598 | Zig:21   | Killed Hillam's ghost
154598 | Zig:21   | Killed Dameikh's ghost
154599 | Zig:21   | Killed Alysiarr's ghost
154601 | Zig:21   | Noticed Xaowkis's ghost (legendary GnWr)
154601 | Zig:21   | Killed swap's ghost
154602 | Zig:21   | Killed Gemnonof's ghost
154604 | Zig:21   | Noticed runemage's ghost (legendary GnFi)
154604 | Zig:21   | Killed Haitsiopt's ghost
154604 | Zig:21   | Noticed GlasyaLabolas's ghost (legendary MiFi)
154605 | Zig:21   | Killed thechecker02's ghost
154605 | Zig:21   | Noticed Saphesar's ghost (veteran DsFi)
154605 | Zig:21   | Noticed Ycuhohed's ghost (veteran TeBe)
154606 | Zig:21   | Killed Zachydoop's ghost
154607 | Zig:21   | Noticed Jeklifit's ghost (legendary FoFi)
154608 | Zig:21   | Killed Ycuhohed's ghost
154610 | Zig:21   | Noticed sleeves's ghost (legendary HuEE)
154611 | Zig:21   | Noticed EricTams's ghost (veteran MiBe)
154612 | Zig:21   | Noticed Marixus's ghost (legendary DDFi)
154612 | Zig:21   | Killed runemage's ghost
154612 | Zig:21   | Killed Xaowkis's ghost
154613 | Zig:21   | Noticed reasonance's ghost (legendary HOMo)
154614 | Zig:21   | Reached skill level 15 in Transmutations
154614 | Zig:21   | Killed Saphesar's ghost
154614 | Zig:21   | Killed GlasyaLabolas's ghost
154614 | Zig:21   | Noticed BoringLoser's ghost (veteran TeAE)
154615 | Zig:21   | Killed EricTams's ghost
154615 | Zig:21   | Killed scarywalker64's ghost
154616 | Zig:21   | Noticed Ikusitist's ghost (legendary NaFE)
154617 | Zig:21   | Noticed Xaowkis's ghost (legendary GnWr)
154621 | Zig:21   | Killed Jeklifit's ghost
154623 | Zig:21   | Killed BoringLoser's ghost
154625 | Zig:21   | Killed reasonance's ghost
154625 | Zig:21   | Killed sleeves's ghost
154638 | Zig:21   | Killed Xaowkis's ghost
154649 | Zig:21   | Killed Ikusitist's ghost
154651 | Zig:21   | Killed Marixus's ghost
154816 | Zig:21   | Identified the +6 demon whip "Iviong" {vamp, rCorr}
154836 | Zig:21   | Acquired 452 gold pieces
154838 | Zig:21   | Identified the +12 demon blade of Saenugui {pain, rElec rF+
                  | Dex+4}
154840 | Zig:21   | Identified the staff of fire "Lamunn" {rF+ Will+}
154850 | Zig:22   | Entered Level 22 of a ziggurat
154883 | Zig:22   | Reached skill level 21 in Translocations
155060 | Zig:22   | Found the +8 demon blade "Leech" {evervamp, Harm Drain rN+}
155159 | Zig:22   | Identified the +5 longbow "Newtslayer" {freeze, MP+9 Int+2}
155162 | Zig:22   | Identified the +6 double sword "Weppif" {flame, Dex+3}
155208 | Zig:23   | Entered Level 23 of a ziggurat
155238 | Zig:23   | Reached skill level 18 in Armour
155243 | Zig:23   | Reached skill level 18 in Transmutations
155247 | Zig:23   | Reached skill level 21 in Evocations
155490 | Zig:23   | Identified the +7 plate armour "Jixig" {Str+2 Dex+2}
155491 | Zig:23   | Identified the +1 scimitar of Biol {antimagic, rF+ rN+}
155495 | Zig:23   | Identified the staff of poison "Rozxycka" {rPois MP+9
                  | Dex+2}
155500 | Zig:23   | Identified the staff of cold "Japul" {rC+ rN+ Will+}
155503 | Zig:23   | Identified the +4 arbalest of the Inferno {elec, rC++ rN+
                  | rCorr Stlth-}
155508 | Zig:23   | Identified the ring "Gumeirr" {*Corrode Fly MP+9 Str+8}
155513 | Zig:23   | Identified the staff of earth "Xaonarre" {rElec Str+3}
155514 | Zig:23   | Identified the +0 robe of Repulsion {rC+}
155554 | Zig:24   | Entered Level 24 of a ziggurat
155595 | Zig:24   | Found the ring of the Tortoise {AC+8}
155596 | Zig:24   | Found the +7 Kryia's mail coat {PotionHeal*2 rC+}
155812 | Zig:24   | Identified the staff of cold "Fydwul" {rElec rC+ Str+2}
155818 | Zig:24   | Identified the +4 war axe of the Pillar {flame, rCorr Int+3
                  | SInv Stlth+}
155838 | Zig:24   | Identified the +6 scimitar of Upheaval {freeze, rN+ Dex-2
                  | Stlth+}
155843 | Zig:24   | Identified the +8 chain mail "Luamp" {rPois rF+}
155922 | Zig:25   | Entered Level 25 of a ziggurat
155940 | Zig:25   | Gained mutation: Your body sometimes deteriorates upon
                  | taking damage. [a neqoxec]
155960 | Zig:25   | Reached skill level 27 in Dodging
156593 | Zig:25   | Identified the +2 scale mail of Birdsong {rF+ rN+}
156595 | Zig:25   | Identified the +0 great sword "Dougiy" {protect, rPois rC+
                  | Will+ Str+3}
156598 | Zig:25   | Identified the staff of fire "Bosyuw" {rF+ rC- Str+8 SInv}
156601 | Zig:25   | Identified the staff of conjuration "Odoptoh" {Int+5}
156602 | Zig:25   | Identified the staff of poison "Simagidd" {rPois Will+
                  | Int+4 Stlth+}
156620 | Zig:25   | Identified the staff of poison "Heug Jyh" {rElec rPois}
156621 | Zig:25   | Identified the +0 scale mail "Hyquicri" {Rampage}
156666 | Zig:26   | Entered Level 26 of a ziggurat
156687 | Zig:26   | Noticed a juggernaut
156692 | Zig:26   | Killed a juggernaut
156692 | Zig:26   | Noticed a juggernaut
156694 | Zig:26   | Noticed a juggernaut
156695 | Zig:26   | Noticed a juggernaut
156697 | Zig:26   | Killed a juggernaut
156697 | Zig:26   | Noticed a juggernaut
156697 | Zig:26   | Noticed a juggernaut
156698 | Zig:26   | Killed a juggernaut
156698 | Zig:26   | Noticed a juggernaut
156699 | Zig:26   | Noticed a juggernaut
156699 | Zig:26   | Noticed a juggernaut
156700 | Zig:26   | Noticed a juggernaut
156700 | Zig:26   | Noticed a juggernaut
156701 | Zig:26   | Killed a juggernaut
156701 | Zig:26   | Noticed a juggernaut
156701 | Zig:26   | Noticed a juggernaut
156701 | Zig:26   | Noticed a juggernaut
156702 | Zig:26   | Killed a juggernaut
156702 | Zig:26   | Killed a juggernaut
156702 | Zig:26   | Killed a juggernaut
156702 | Zig:26   | Killed a juggernaut
156703 | Zig:26   | Killed a juggernaut
156703 | Zig:26   | Killed a juggernaut
156703 | Zig:26   | Killed a juggernaut
156704 | Zig:26   | Killed a juggernaut
156704 | Zig:26   | Killed a juggernaut
156704 | Zig:26   | Killed a juggernaut
156704 | Zig:26   | Noticed a juggernaut
156705 | Zig:26   | Noticed a juggernaut
156705 | Zig:26   | Noticed a juggernaut
156706 | Zig:26   | Killed a juggernaut
156710 | Zig:26   | Noticed a juggernaut
156712 | Zig:26   | Killed a juggernaut
156712 | Zig:26   | Killed a juggernaut
156717 | Zig:26   | Killed a juggernaut
157004 | Zig:26   | Found the +8 orange crystal plate armour {Archmagi, Int+3
                  | Clar}
157008 | Zig:26   | Identified the +1 dagger of Exoneration {drain, Will+ Str+3
                  | Stlth-}
157009 | Zig:26   | Identified the staff of cold "Xojahimn" {rC+ Stlth+}
157011 | Zig:26   | Identified the ring "Rumedof" {Wiz rPois Int+2}
157024 | Zig:26   | Identified the +2 plate armour of the Vestibule of Hell
                  | {rF+ Str+2}
157026 | Zig:26   | Identified the +5 ring mail of Recklessness {Int+2}
157031 | Zig:26   | Identified the staff of death "Buepueg" {rF+ rN+}
157033 | Zig:26   | Identified the +0 morningstar of Evil {heavy, rC+ Str+5
                  | Stlth+}
157034 | Zig:26   | Identified the +8 war axe of Iptump Muuth {venom, Fly}
157035 | Zig:26   | Identified the +8 quarterstaff "Luhugh" {heavy, rF+ Str+4
                  | Int+5}
157037 | Zig:26   | Identified the ring of Tipriew {Drain Fly rN+ Dex-4 Stlth+}
157055 | Zig:27   | Entered Level 27 of a ziggurat
157076 | Zig:27   | Noticed a dread lich
157084 | Zig:27   | Killed a dread lich
157092 | Zig:27   | Noticed a dread lich
157095 | Zig:27   | Reached skill level 21 in Armour
157095 | Zig:27   | Reached skill level 24 in Translocations
157095 | Zig:27   | Reached skill level 21 in Transmutations
157095 | Zig:27   | Noticed a dread lich
157096 | Zig:27   | Noticed a dread lich
157098 | Zig:27   | Killed a dread lich
157098 | Zig:27   | Killed a dread lich
157106 | Zig:27   | Noticed an ancient lich
157109 | Zig:27   | Reached skill level 24 in Evocations
157109 | Zig:27   | Killed a dread lich
157109 | Zig:27   | Killed an ancient lich
157110 | Zig:27   | Noticed a dread lich
157116 | Zig:27   | Killed a dread lich
157414 | Zig:27   | Identified the +1 shortbow of the Firefly {heavy, rPois rF-
                  | rN+ MP+9}
157425 | Zig:27   | Identified the staff of earth "Seriomiu" {Fly Int+3 Dex-4}
157432 | Zig:27   | Identified the ring "Houtagiga" {rF+ rC+++ Will- Slay+3
                  | Stlth+}
157449 | Zig:27   | Identified the ring "Gaoshrof" {Fire Fly rN+}
157455 | Zig:27   | Identified the +3 leather armour "Wupn" {rPois Dex+3
                  | Stlth+}
157488 | Zig:1    | Entered Level 1 of a ziggurat
157517 | Zig:2    | Entered Level 2 of a ziggurat
157562 | Zig:3    | Entered Level 3 of a ziggurat
157566 | Zig:3    | Found the +4 consecrated labrys {holy, Valiant Fragile Fly
                  | SInv}
157643 | Zig:4    | Entered Level 4 of a ziggurat
157648 | Zig:4    | Reached skill level 6 in Throwing
157711 | Zig:5    | Entered Level 5 of a ziggurat
157747 | Zig:5    | Identified the staff of poison "Roapso" {rPois rCorr Str+5
                  | Int+2}
157752 | Zig:5    | Identified the staff of air "Haempos" {*Corrode rElec rN+
                  | Str+2}
157794 | Zig:6    | Entered Level 6 of a ziggurat
157848 | Zig:6    | Identified the +3 pair of boots "Tireodot" {rC+ rN+ Str+2}
157874 | Zig:7    | Entered Level 7 of a ziggurat
157919 | Zig:7    | Identified the ring "Xidasmyi" {rF+ rN+}
157966 | Zig:8    | Entered Level 8 of a ziggurat
157976 | Zig:8    | Reached skill level 9 in Throwing
158085 | Zig:8    | Identified the +1 buckler of the Futuristic God {rF++
                  | Regen+ Int+2}
158089 | Zig:8    | Identified the ring "Tonemuat" {EV+5 Int+3}
158095 | Zig:8    | Identified the +5 scimitar of Zin's Esteem {protect, rElec
                  | Will+}
158115 | Zig:9    | Entered Level 9 of a ziggurat
158248 | Zig:9    | Identified the +2 leather armour of Okawaru's Favour {rCorr
                  | Str-5 Stlth+}
158252 | Zig:9    | Identified the staff of earth "Gigig" {Contam rElec rN+
                  | Stlth+}
158254 | Zig:9    | Identified the staff of death "Pipp" {rN+ Will- rCorr Dex+8
                  | Stlth+}
158262 | Zig:10   | Entered Level 10 of a ziggurat
158267 | Zig:10   | Noticed Atad the pandemonium lord
158267 | Zig:10   | Noticed Ivvaurheof the pandemonium lord
158267 | Zig:10   | Noticed Yseyres the pandemonium lord
158267 | Zig:10   | Noticed Fyppav the pandemonium lord
158268 | Zig:10   | Noticed Zoeppa the pandemonium lord
158268 | Zig:10   | Noticed Nuzo the pandemonium lord
158268 | Zig:10   | Noticed Opupho the pandemonium lord
158268 | Zig:10   | Noticed Yguxui the pandemonium lord
158268 | Zig:10   | Noticed Zamugaet the pandemonium lord
158269 | Zig:10   | Noticed Momyryty the pandemonium lord
158269 | Zig:10   | Noticed Useisisu the pandemonium lord
158275 | Zig:10   | Noticed Idoaz the pandemonium lord
158276 | Zig:10   | Killed Nuzo the pandemonium lord
158280 | Zig:10   | Killed Momyryty the pandemonium lord
158280 | Zig:10   | Killed Opupho the pandemonium lord
158280 | Zig:10   | Killed Zoeppa the pandemonium lord
158280 | Zig:10   | Killed Yseyres the pandemonium lord
158280 | Zig:10   | Killed Yguxui the pandemonium lord
158280 | Zig:10   | Killed Atad the pandemonium lord
158280 | Zig:10   | Killed Fyppav the pandemonium lord
158281 | Zig:10   | Killed Ivvaurheof the pandemonium lord
158283 | Zig:10   | Killed Idoaz the pandemonium lord
158292 | Zig:10   | Killed Zamugaet the pandemonium lord
158293 | Zig:10   | Killed Useisisu the pandemonium lord
158376 | Zig:10   | Identified the ring of Pucot {Fire rN+}
158378 | Zig:10   | Identified the +4 scale mail of Wiem Tanubb {Str+3 Dex+3
                  | SInv}
158413 | Zig:10   | Identified the staff of death "Yxteceto" {rN+ SInv}
158415 | Zig:10   | Identified the staff of fire "Inuim" {rF+ Dex+7 SInv}
158459 | Zig:11   | Entered Level 11 of a ziggurat
158478 | Zig:11   | Reached skill level 12 in Throwing
158655 | Zig:11   | Identified the +1 robe of Xiczot {rC+}
158721 | Zig:12   | Entered Level 12 of a ziggurat
158902 | Zig:12   | Identified the ring "Uwoanoo" {Fly Str+3}
158910 | Zig:12   | Identified the +0 scale mail of the Hurricane {Rampage
                  | Int+3 Slay-2}
158914 | Zig:12   | Identified the +6 dagger "Puvelown" {venom, Fly SInv}
158925 | Zig:12   | Identified the +9 trident "Hecloam" {drain, rElec}
158930 | Zig:13   | Entered Level 13 of a ziggurat
159149 | Zig:13   | Identified the +1 trident of Fuzzy Tenacity {freeze, Dex+2}
159158 | Zig:13   | Acquired 1238 gold pieces
159162 | Zig:14   | Entered Level 14 of a ziggurat
159170 | Zig:14   | Noticed Waissuk the pandemonium lord
159174 | Zig:14   | Noticed Kisaot the pandemonium lord
159175 | Zig:14   | Killed Waissuk the pandemonium lord
159175 | Zig:14   | Noticed Tykaacos the pandemonium lord
159176 | Zig:14   | Noticed Vusi the pandemonium lord
159177 | Zig:14   | Noticed Vimnec the pandemonium lord
159177 | Zig:14   | Noticed Neschaf the pandemonium lord
159179 | Zig:14   | Noticed Plog the pandemonium lord
159179 | Zig:14   | Noticed Ruet the pandemonium lord
159179 | Zig:14   | Noticed Syly the pandemonium lord
159180 | Zig:14   | Killed Tykaacos the pandemonium lord
159180 | Zig:14   | Killed Kisaot the pandemonium lord
159180 | Zig:14   | Killed Vimnec the pandemonium lord
159180 | Zig:14   | Killed Neschaf the pandemonium lord
159180 | Zig:14   | Killed Ruet the pandemonium lord
159181 | Zig:14   | Noticed Ossisug the pandemonium lord
159182 | Zig:14   | Noticed Yxzu Busch the pandemonium lord
159183 | Zig:14   | Reached skill level 15 in Throwing
159183 | Zig:14   | Killed Vusi the pandemonium lord
159184 | Zig:14   | Killed Plog the pandemonium lord
159185 | Zig:14   | Killed Syly the pandemonium lord
159185 | Zig:14   | Noticed Juh Alam the pandemonium lord
159186 | Zig:14   | Killed Ossisug the pandemonium lord
159197 | Zig:14   | Killed Yxzu Busch the pandemonium lord
159199 | Zig:14   | Killed Juh Alam the pandemonium lord
159387 | Zig:14   | Identified the staff of fire "Sus Woetukh" {rF+ rC+}
159388 | Zig:14   | Identified the +6 quarterstaff "Ithrol" {heavy, Drain rN+
                  | Int+2 SInv}
159410 | Zig:14   | Identified the ring of the Rescuing Genius {rF+ Str+6}
159414 | Zig:14   | Identified the +7 great sword of Zin's Supremacy {flame,
                  | rElec SInv}
159422 | Zig:15   | Entered Level 15 of a ziggurat
159436 | Zig:15   | Noticed a dread lich
159436 | Zig:15   | Noticed an ancient lich
159437 | Zig:15   | Noticed a dread lich
159437 | Zig:15   | Noticed a dread lich
159439 | Zig:15   | Noticed a dread lich
159439 | Zig:15   | Noticed an ancient lich
159440 | Zig:15   | Killed a dread lich
159440 | Zig:15   | Killed an ancient lich
159441 | Zig:15   | Killed a dread lich
159441 | Zig:15   | Killed an ancient lich
159442 | Zig:15   | Killed a dread lich
159442 | Zig:15   | Killed a dread lich
159442 | Zig:15   | Noticed an ancient lich
159454 | Zig:15   | Killed an ancient lich
159552 | Zig:15   | Got Pochient's Essays on Allied Firn
159556 | Zig:15   | Identified the staff of fire "Onef" {rF+ rN+}
159660 | Zig:16   | Entered Level 16 of a ziggurat
159663 | Zig:16   | Noticed a juggernaut
159666 | Zig:16   | Killed a juggernaut
159666 | Zig:16   | Noticed a juggernaut
159666 | Zig:16   | Noticed a juggernaut
159670 | Zig:16   | Killed a juggernaut
159671 | Zig:16   | Reached skill level 24 in Armour
159671 | Zig:16   | Reached skill level 24 in Transmutations
159675 | Zig:16   | Killed a juggernaut
159882 | Zig:16   | Identified the staff of earth "Ceroipu" {rPois}
159896 | Zig:16   | Identified the staff of death "Extaps" {rF- rN+ Int+2
                  | Dex+2}
159932 | Zig:17   | Entered Level 17 of a ziggurat
159936 | Zig:17   | Noticed a royal mummy
159936 | Zig:17   | Noticed a royal mummy
159936 | Zig:17   | Noticed a royal mummy
159938 | Zig:17   | Noticed a royal mummy
159939 | Zig:17   | Killed a royal mummy
159941 | Zig:17   | Noticed a royal mummy
159942 | Zig:17   | Noticed a royal mummy
159942 | Zig:17   | Noticed a royal mummy
159943 | Zig:17   | Killed a royal mummy
159945 | Zig:17   | Killed a royal mummy
159945 | Zig:17   | Killed a royal mummy
159947 | Zig:17   | Killed a royal mummy
159947 | Zig:17   | Killed a royal mummy
159947 | Zig:17   | Killed a royal mummy
159948 | Zig:17   | Reached skill level 27 in Evocations
159949 | Zig:17   | Noticed a royal mummy
159953 | Zig:17   | Reached skill level 18 in Throwing
159953 | Zig:17   | Noticed a royal mummy
159953 | Zig:17   | Noticed a royal mummy
159954 | Zig:17   | Noticed a royal mummy
159955 | Zig:17   | Killed a royal mummy
159955 | Zig:17   | Killed a royal mummy
159956 | Zig:17   | Noticed a royal mummy
159957 | Zig:17   | Killed a royal mummy
159957 | Zig:17   | Killed a royal mummy
159959 | Zig:17   | Noticed a royal mummy
159959 | Zig:17   | Noticed a royal mummy
159962 | Zig:17   | Noticed a royal mummy
159964 | Zig:17   | Killed a royal mummy
159967 | Zig:17   | Killed a royal mummy
159968 | Zig:17   | Killed a royal mummy
159970 | Zig:17   | Noticed a royal mummy
159972 | Zig:17   | Killed a royal mummy
159987 | Zig:17   | Killed a royal mummy
160202 | Zig:17   | Identified the staff of air "Qurel" {rElec rPois rF- rC++
                  | Int+2}
160207 | Zig:17   | Identified the +7 longbow "Qulugi" {flame, rPois Will-
                  | Dex+4}
160221 | Zig:17   | Identified the ring of Naqasaim {rF- Will+ rCorr Slay+4
                  | Stlth+}
160223 | Zig:17   | Identified the ring of Salvation {rPois rF- rN+++ Str+5
                  | Dex+6}
160240 | Zig:18   | Entered Level 18 of a ziggurat
160255 | Zig:18   | Reached skill level 27 in Translocations
160559 | Zig:18   | Identified the staff of air "Tosym" {rElec rC++ rCorr
                  | Dex-3}
160560 | Zig:18   | Identified the ring "Roacen" {Str+3 Int+6}
160568 | Zig:19   | Entered Level 19 of a ziggurat
160575 | Zig:19   | Noticed Odoxkad the pandemonium lord
160578 | Zig:19   | Noticed Miysup the pandemonium lord
160578 | Zig:19   | Noticed Dah Ymou the pandemonium lord
160579 | Zig:19   | Noticed Ofoiz the pandemonium lord
160580 | Zig:19   | Noticed Wifosuk the pandemonium lord
160580 | Zig:19   | Noticed Ackeghu the pandemonium lord
160580 | Zig:19   | Noticed Bishreta the pandemonium lord
160581 | Zig:19   | Killed Odoxkad the pandemonium lord
160582 | Zig:19   | Noticed Netus the pandemonium lord
160582 | Zig:19   | Noticed Plog the pandemonium lord
160582 | Zig:19   | Noticed Befoom the pandemonium lord
160584 | Zig:19   | Noticed Boci the pandemonium lord
160584 | Zig:19   | Killed Miysup the pandemonium lord
160584 | Zig:19   | Killed Ackeghu the pandemonium lord
160584 | Zig:19   | Killed Ofoiz the pandemonium lord
160584 | Zig:19   | Noticed Causoj the pandemonium lord
160584 | Zig:19   | Noticed Mickolit the pandemonium lord
160585 | Zig:19   | Killed Dah Ymou the pandemonium lord
160585 | Zig:19   | Killed Bishreta the pandemonium lord
160585 | Zig:19   | Noticed Zetay the pandemonium lord
160586 | Zig:19   | Killed Wifosuk the pandemonium lord
160587 | Zig:19   | Killed Netus the pandemonium lord
160587 | Zig:19   | Killed Causoj the pandemonium lord
160587 | Zig:19   | Noticed Zaefin the pandemonium lord
160588 | Zig:19   | Killed Befoom the pandemonium lord
160588 | Zig:19   | Noticed Baituyhi the pandemonium lord
160589 | Zig:19   | Killed Plog the pandemonium lord
160589 | Zig:19   | Killed Mickolit the pandemonium lord
160590 | Zig:19   | Noticed Huacsib the pandemonium lord
160590 | Zig:19   | Noticed Coxuigei the pandemonium lord
160590 | Zig:19   | Noticed Afual the pandemonium lord
160591 | Zig:19   | Noticed Anarript the pandemonium lord
160591 | Zig:19   | Noticed Etocvien the pandemonium lord
160592 | Zig:19   | Noticed Gees Ruser the pandemonium lord
160594 | Zig:19   | Killed Etocvien the pandemonium lord
160594 | Zig:19   | Killed Afual the pandemonium lord
160594 | Zig:19   | Killed Zaefin the pandemonium lord
160594 | Zig:19   | Killed Boci the pandemonium lord
160594 | Zig:19   | Killed Baituyhi the pandemonium lord
160595 | Zig:19   | Killed Gees Ruser the pandemonium lord
160595 | Zig:19   | Killed Zetay the pandemonium lord
160595 | Zig:19   | Noticed Qepeis the pandemonium lord
160597 | Zig:19   | Killed Huacsib the pandemonium lord
160600 | Zig:19   | Killed Anarript the pandemonium lord
160600 | Zig:19   | Noticed Itylerchi the pandemonium lord
160601 | Zig:19   | Noticed Wasa the pandemonium lord
160601 | Zig:19   | Noticed Zawnaifa the pandemonium lord
160606 | Zig:19   | Killed Coxuigei the pandemonium lord
160607 | Zig:19   | Noticed Lobleothe the pandemonium lord
160610 | Zig:19   | Killed Itylerchi the pandemonium lord
160610 | Zig:19   | Killed Qepeis the pandemonium lord
160612 | Zig:19   | Killed Wasa the pandemonium lord
160612 | Zig:19   | Killed Lobleothe the pandemonium lord
160613 | Zig:19   | Killed Zawnaifa the pandemonium lord
160713 | Zig:19   | Found the +4 skin of Zhor {*Englaciate rC+++ SInv}
160811 | Zig:19   | Identified the staff of cold "Oprattoph" {rC+ Dex+2}
160813 | Zig:19   | Identified the ring "Dilit" {rC+ rN+++ Int-2 Dex+3}
160814 | Zig:19   | Identified the +2 spear "Ahesopteo" {heavy, rPois rC+}
160828 | Zig:19   | Identified the ring "Colocauf" {Str+2 Dex+6 SInv}
160829 | Zig:19   | Identified the +0 plate armour "Osiwam" {Harm +Blink Dex+4
                  | Slay-2}
160850 | Zig:20   | Entered Level 20 of a ziggurat
161107 | Zig:20   | Identified the +8 sling "Jellybane" {freeze, rF- rC+ Str+5}
161119 | Zig:20   | Identified the +8 rapier "Athomon" {heavy, rCorr Str+3
                  | SInv}
161121 | Zig:20   | Identified the +8 arbalest of Sunlight {freeze, rC+}
161125 | Zig:20   | Identified the +5 great sword "Muhocank" {drain, rElec
                  | rPois Stlth+}
161175 | Zig:21   | Entered Level 21 of a ziggurat
161186 | Zig:21   | Reached skill level 21 in Throwing
161477 | Zig:21   | Found the +8 longbow "Zephyr" {speed, Dex+3 SInv}
161487 | Zig:21   | Identified the +4 trident "Spider's Doom" {drain, rElec
                  | Will+ rCorr Str+3}
161498 | Zig:21   | Identified the +4 morningstar of Fedhas, Changing {flame,
                  | +Blink MP+9 Int-4 Dex+4}
161515 | Zig:21   | Identified the +3 pair of boots of Fedhas's Displeasure
                  | {rPois Int-5 Dex+5}
161536 | Zig:22   | Entered Level 22 of a ziggurat
161555 | Zig:22   | Paralysed by a wendigo for 1 turns
161560 | Zig:22   | Reached skill level 27 in Armour
161560 | Zig:22   | Reached skill level 27 in Transmutations
161566 | Zig:22   | Paralysed by a wendigo for 1 turns
161575 | Zig:22   | Found the necklace of Bloodlust {Fury *Rage Will++ Int-3
                  | Slay+6}
161807 | Zig:22   | Identified the staff of conjuration "Zuesteox" {rElec}
161808 | Zig:22   | Identified the staff of cold "Sellie" {+Blink rC+}
161813 | Zig:22   | Identified the +2 swamp dragon scales "Jyoniem" {*Slow
                  | rElec rPois rN++}
161816 | Zig:22   | Identified the staff of cold "Ukhlebb" {rC+ Dex+5}
161817 | Zig:22   | Identified the ring "Ikhaick" {Will++ Int+6}
161822 | Zig:22   | Identified the staff of fire "Ytwolatz" {rF+ Will+}
161827 | Zig:23   | Entered Level 23 of a ziggurat
161840 | Zig:23   | Reached skill level 24 in Throwing
161930 | Zig:23   | Identified the +7 sling of Pejag {heavy, rElec rN+ Int+2
                  | Dex+3}
161937 | Zig:23   | Identified the +2 rapier of the Twenty Spirits {pain, rElec
                  | rPois Str+3 Dex-2}
161942 | Zig:23   | Identified the +2 glaive "Plog" {drain, Drain rPois rN+
                  | Stlth+}
161953 | Zig:23   | Identified the staff of air "Jutiop" {rElec Will+ Int+5}
161954 | Zig:23   | Identified the staff of fire "Etar" {Contam rPois rF+ rC-
                  | rCorr}
162159 | Zig:23   | Identified the amulet "Fayris" {RegenMP +Blink rF+ Will+
                  | Slay-4}
162167 | Zig:23   | Identified the staff of fire "Tular" {*Slow rF+ Will+
                  | Dex+2}
162174 | Zig:23   | Reached skill level 27 in Throwing
162177 | Zig:24   | Entered Level 24 of a ziggurat
162185 | Zig:24   | Noticed Miquekh the pandemonium lord
162185 | Zig:24   | Noticed Iruadi the pandemonium lord
162187 | Zig:24   | Noticed Ececeec the pandemonium lord
162187 | Zig:24   | Noticed Guggier the pandemonium lord
162187 | Zig:24   | Noticed Wajymah the pandemonium lord
162187 | Zig:24   | Noticed Zitt the pandemonium lord
162187 | Zig:24   | Noticed Ogunig the pandemonium lord
162187 | Zig:24   | Noticed Mosky the pandemonium lord
162188 | Zig:24   | Noticed Foipniesk the pandemonium lord
162189 | Zig:24   | Noticed Qeucemoved the pandemonium lord
162189 | Zig:24   | Killed Ogunig the pandemonium lord
162189 | Zig:24   | Killed Ececeec the pandemonium lord
162189 | Zig:24   | Killed Guggier the pandemonium lord
162189 | Zig:24   | Killed Foipniesk the pandemonium lord
162190 | Zig:24   | Killed Miquekh the pandemonium lord
162190 | Zig:24   | Noticed Xozuepn the pandemonium lord
162191 | Zig:24   | Reached skill level 3 in Invocations
162191 | Zig:24   | Killed Iruadi the pandemonium lord
162192 | Zig:24   | Killed Qeucemoved the pandemonium lord
162192 | Zig:24   | Killed Wajymah the pandemonium lord
162192 | Zig:24   | Noticed Fuapseis the pandemonium lord
162193 | Zig:24   | Noticed Rigimun the pandemonium lord
162193 | Zig:24   | Killed Mosky the pandemonium lord
162193 | Zig:24   | Noticed Rodoasob the pandemonium lord
162193 | Zig:24   | Noticed Modunie the pandemonium lord
162193 | Zig:24   | Noticed Fodeth the pandemonium lord
162194 | Zig:24   | Killed Zitt the pandemonium lord
162194 | Zig:24   | Noticed Jyenac the pandemonium lord
162194 | Zig:24   | Noticed Qaifit Zuqo the pandemonium lord
162195 | Zig:24   | Reached skill level 3 in Axes
162195 | Zig:24   | Reached skill level 3 in Unarmed Combat
162195 | Zig:24   | Noticed Wotaw the pandemonium lord
162195 | Zig:24   | Noticed Quecesai the pandemonium lord
162195 | Zig:24   | Noticed Tacuig the pandemonium lord
162195 | Zig:24   | Noticed Levvief the pandemonium lord
162196 | Zig:24   | Noticed Coerghaf the pandemonium lord
162196 | Zig:24   | Noticed Kuket the pandemonium lord
162197 | Zig:24   | Killed Modunie the pandemonium lord
162197 | Zig:24   | Killed Xozuepn the pandemonium lord
162197 | Zig:24   | Killed Rigimun the pandemonium lord
162197 | Zig:24   | Noticed Wivyinel the pandemonium lord
162198 | Zig:24   | Reached skill level 3 in Short Blades
162198 | Zig:24   | Reached skill level 3 in Maces & Flails
162198 | Zig:24   | Reached skill level 3 in Polearms
162198 | Zig:24   | Reached skill level 3 in Staves
162198 | Zig:24   | Noticed Caskut the pandemonium lord
162198 | Zig:24   | Noticed Feas the pandemonium lord
162199 | Zig:24   | Killed Fodeth the pandemonium lord
162199 | Zig:24   | Killed Coerghaf the pandemonium lord
162199 | Zig:24   | Killed Fuapseis the pandemonium lord
162199 | Zig:24   | Killed Rodoasob the pandemonium lord
162199 | Zig:24   | Noticed Ruoloez the pandemonium lord
162199 | Zig:24   | Noticed Nic Ipro the pandemonium lord
162200 | Zig:24   | Killed Jyenac the pandemonium lord
162200 | Zig:24   | Killed Tacuig the pandemonium lord
162200 | Zig:24   | Killed Quecesai the pandemonium lord
162200 | Zig:24   | Killed Wivyinel the pandemonium lord
162200 | Zig:24   | Killed Qaifit Zuqo the pandemonium lord
162200 | Zig:24   | Killed Wotaw the pandemonium lord
162200 | Zig:24   | Killed Kuket the pandemonium lord
162200 | Zig:24   | Noticed Xungots the pandemonium lord
162201 | Zig:24   | Killed Levvief the pandemonium lord
162201 | Zig:24   | Killed Feas the pandemonium lord
162201 | Zig:24   | Noticed Tafagrib the pandemonium lord
162202 | Zig:24   | Reached skill level 3 in Summonings
162202 | Zig:24   | Reached skill level 3 in Poison Magic
162202 | Zig:24   | Reached skill level 6 in Invocations
162202 | Zig:24   | Noticed Xugodoeq the pandemonium lord
162202 | Zig:24   | Killed Ruoloez the pandemonium lord
162202 | Zig:24   | Noticed Sann the pandemonium lord
162203 | Zig:24   | Killed Nic Ipro the pandemonium lord
162203 | Zig:24   | Killed Tafagrib the pandemonium lord
162203 | Zig:24   | Noticed Ditock Reff the pandemonium lord
162203 | Zig:24   | Noticed Juvusung the pandemonium lord
162203 | Zig:24   | Noticed Buenaesk the pandemonium lord
162204 | Zig:24   | Reached skill level 3 in Earth Magic
162204 | Zig:24   | Noticed Dacwenil the pandemonium lord
162207 | Zig:24   | Noticed Gism the pandemonium lord
162210 | Zig:24   | Killed Xugodoeq the pandemonium lord
162210 | Zig:24   | Gained mutation: You are occasionally teleported next to
                  | monsters. [a shining eye]
162211 | Zig:24   | Reached skill level 3 in Long Blades
162211 | Zig:24   | Killed Xungots the pandemonium lord
162211 | Zig:24   | Killed Caskut the pandemonium lord
162211 | Zig:24   | Noticed Woriax the pandemonium lord
162212 | Zig:24   | Killed Buenaesk the pandemonium lord
162212 | Zig:24   | Killed Ditock Reff the pandemonium lord
162212 | Zig:24   | Killed Gism the pandemonium lord
162212 | Zig:24   | Killed Sann the pandemonium lord
162212 | Zig:24   | Killed Dacwenil the pandemonium lord
162212 | Zig:24   | Killed Juvusung the pandemonium lord
162213 | Zig:24   | Noticed Cysoof the pandemonium lord
162213 | Zig:24   | Noticed Ogomuut the pandemonium lord
162215 | Zig:24   | Killed Woriax the pandemonium lord
162218 | Zig:24   | Killed Cysoof the pandemonium lord
162218 | Zig:24   | Killed Ogomuut the pandemonium lord
162222 | Zig:24   | Found the +2 Maxwell's thermic engine {flame, freeze, rev}
162421 | Zig:24   | Identified the +1 mace "Jaozir" {chaos, rElec rN+ rCorr}
162422 | Zig:24   | Identified the +1 battleaxe of Wost {venom, *Slow Fly
                  | Str+2}
162428 | Zig:24   | Identified the +5 arbalest of Guhe {elec, Int+3}
162429 | Zig:24   | Identified the +0 mace "Diatti" {holy, rPois rC+}
162430 | Zig:24   | Identified the +5 bardiche "Zyonufoj" {flame, Dex+2}
162434 | Zig:24   | Identified the +4 hand axe "Quiriq" {heavy, Int+2}
162437 | Zig:24   | Identified the staff of air "Weilomic" {rElec rCorr}
162450 | Zig:24   | Identified the staff of death "Qeuxkux" {Drain rN+ Int+4}
162534 | Zig:24   | Reached skill level 6 in Hexes
162535 | Zig:24   | Reached skill level 6 in Short Blades
162535 | Zig:24   | Reached skill level 6 in Axes
162535 | Zig:24   | Reached skill level 6 in Maces & Flails
162535 | Zig:24   | Reached skill level 6 in Polearms
162535 | Zig:24   | Reached skill level 6 in Staves
162535 | Zig:24   | Reached skill level 9 in Stealth
162535 | Zig:24   | Reached skill level 6 in Unarmed Combat
162536 | Zig:24   | Reached skill level 9 in Invocations
162542 | Zig:25   | Entered Level 25 of a ziggurat
162552 | Zig:25   | Noticed a dread lich
162557 | Zig:25   | Noticed a dread lich
162558 | Zig:25   | Killed a dread lich
162559 | Zig:25   | Noticed a dread lich
162560 | Zig:25   | Noticed an ancient lich
162560 | Zig:25   | Noticed a dread lich
162561 | Zig:25   | Noticed a dread lich
162561 | Zig:25   | Noticed a dread lich
162563 | Zig:25   | Noticed a dread lich
162563 | Zig:25   | Killed a dread lich
162563 | Zig:25   | Killed a dread lich
162564 | Zig:25   | Noticed a dread lich
162564 | Zig:25   | Noticed a dread lich
162565 | Zig:25   | Killed an ancient lich
162565 | Zig:25   | Killed a dread lich
162565 | Zig:25   | Killed a dread lich
162566 | Zig:25   | Reached skill level 6 in Summonings
162566 | Zig:25   | Reached skill level 6 in Poison Magic
162566 | Zig:25   | Killed a dread lich
162566 | Zig:25   | Killed a dread lich
162568 | Zig:25   | Killed a dread lich
162569 | Zig:25   | Reached skill level 6 in Earth Magic
162570 | Zig:25   | Noticed a dread lich
162571 | Zig:25   | Reached skill level 12 in Invocations
162573 | Zig:25   | Killed a dread lich
162574 | Zig:25   | Reached skill level 6 in Long Blades
162576 | Zig:25   | Killed a dread lich
162577 | Zig:25   | Reached skill level 9 in Axes
162577 | Zig:25   | Reached skill level 9 in Maces & Flails
162577 | Zig:25   | Reached skill level 9 in Staves
162577 | Zig:25   | Reached skill level 9 in Unarmed Combat
162581 | Zig:25   | Reached skill level 9 in Short Blades
162583 | Zig:25   | Noticed an ancient lich
162596 | Zig:25   | Reached skill level 9 in Polearms
162596 | Zig:25   | Killed an ancient lich
162696 | Zig:25   | Found the +2 cloak of the Thief {*Fog Slay-2 SInv Stlth+}
162858 | Zig:25   | Identified the staff of conjuration "Tintaura" {rF+++ Int-3
                  | Dex+3 SInv}
162860 | Zig:25   | Identified the +0 pair of boots of Cocytus {rElec rF- Dex+2
                  | Stlth+}
162862 | Zig:25   | Identified the ring of Altruism {rN+ AC+4}
162875 | Zig:25   | Identified the +10 plate armour "Fyrem" {-Tele Str+3 Dex+2}
162879 | Zig:25   | Identified the +6 battleaxe "Seog" {flame, rF+ Will+}
162889 | Zig:25   | Identified the amulet "Koobeud" {Acrobat Fragile rF++
                  | Regen+ Slay+3}
162891 | Zig:25   | Identified the staff of poison "Coosh" {rPois rC+ Will+
                  | Str+2}
162939 | Zig:26   | Entered Level 26 of a ziggurat
162953 | Zig:26   | Reached skill level 12 in Stealth
163218 | Zig:26   | Found the +2 hat of the Bear Spirit {Spirit, Bear, *Rage
                  | Will++}
163256 | Zig:26   | Identified the +7 quarterstaff of Hitik {venom, rF+ rN+}
163257 | Zig:26   | Identified the +4 pair of gloves "Teinem" {Will+}
163268 | Zig:26   | Identified the staff of conjuration "Ceecriug" {rElec rF-
                  | rN+ Str+3}
163271 | Zig:26   | Identified the +1 pair of boots of Pigest Liruu {rC+
                  | Slay+6}
163272 | Zig:26   | Identified the staff of cold "Ohemman" {rC+ Int+4}
163277 | Zig:27   | Entered Level 27 of a ziggurat
163283 | Zig:27   | Found the +7 great mace "Undeadhunter" {deathbane, rN+}
163285 | Zig:27   | Reached skill level 9 in Hexes
163412 | Zig:27   | Identified the ring of Sunlight {Fly rElec}
163415 | Zig:27   | Reached skill level 9 in Summonings
163415 | Zig:27   | Reached skill level 9 in Poison Magic
163426 | Zig:27   | Identified the staff of conjuration "Ydep" {Will+}
163435 | Zig:27   | Identified the +7 ring mail "Gifak" {rElec rPois rN++
                  | Will-}
163464 | Zig:27   | Identified the +6 morningstar of Bodily Harmony {pain,
                  | rCorr Dex+2}
163466 | Zig:27   | Identified the +7 glaive of the Special Tales {elec, +Blink
                  | rF- Dex+3}
163635 | Zig:27   | Reached skill level 12 in Staves
163635 | Zig:27   | Reached skill level 12 in Unarmed Combat
163636 | Zig:27   | Identified the staff of earth "Kyczotsu" {Str+5 Int+2}
163637 | Zig:27   | Identified the staff of earth "Nyuhyone" {*Corrode Dex+5}
163720 | Zig:1    | Entered Level 1 of a ziggurat
163754 | Zig:2    | Entered Level 2 of a ziggurat
163758 | Zig:2    | Reached skill level 12 in Maces & Flails
163795 | Zig:3    | Entered Level 3 of a ziggurat
163795 | Zig:3    | Noticed Letewk the pandemonium lord
163799 | Zig:3    | Reached skill level 12 in Short Blades
163799 | Zig:3    | Reached skill level 12 in Axes
163806 | Zig:3    | Killed Letewk the pandemonium lord
163871 | Zig:4    | Entered Level 4 of a ziggurat
163946 | Zig:5    | Entered Level 5 of a ziggurat
163949 | Zig:5    | Reached skill level 21 in Ranged Weapons
164023 | Zig:5    | Identified the +9 glaive "Lifebane" {chaos, Int+5}
164029 | Zig:5    | Identified the +10 great sword of Foolhardiness {heavy,
                  | rElec rC- Str+3 Int+6}
164079 | Zig:5    | Reached skill level 9 in Earth Magic
164080 | Zig:5    | Lost mutation: You are dopey. (Int -2) [potion of mutation]
164080 | Zig:5    | Lost mutation: You expend magic power (3 MP) to strengthen
                  | your wands. [potion of mutation]
164080 | Zig:5    | Lost mutation: Your body sometimes deteriorates upon taking
                  | damage. [potion of mutation]
164080 | Zig:5    | Gained mutation: Armour fits poorly on your strangely
                  | shaped body. [potion of mutation]
164080 | Zig:5    | Gained mutation: You are frail. (-10% HP) [potion of
                  | mutation]
164080 | Zig:5    | Gained mutation: Your system is resistant to poisons.
                  | (rPois) [potion of mutation]
164081 | Zig:5    | Lost mutation: Armour fits poorly on your strangely shaped
                  | body. [potion of mutation]
164081 | Zig:5    | Lost mutation: You are frail. (-10% HP) [potion of
                  | mutation]
164081 | Zig:5    | Lost mutation: Your system is resistant to poisons. (rPois)
                  | [potion of mutation]
164081 | Zig:5    | Gained mutation: You are somewhat resistant to further
                  | mutation. [potion of mutation]
164082 | Zig:5    | Lost mutation: You are somewhat resistant to further
                  | mutation. [potion of mutation]
164082 | Zig:5    | Lost mutation: You are occasionally teleported next to
                  | monsters. [potion of mutation]
164082 | Zig:5    | Gained mutation: Your system is resistant to poisons.
                  | (rPois) [potion of mutation]
164082 | Zig:5    | Gained mutation: You expend magic power (3 MP) to
                  | strengthen your wands. [potion of mutation]
164082 | Zig:5    | Gained mutation: You are partially covered in large bone
                  | plates. (SH +4) [potion of mutation]
164085 | Zig:6    | Entered Level 6 of a ziggurat
164090 | Zig:6    | Noticed Horha the pandemonium lord
164092 | Zig:6    | Killed Horha the pandemonium lord
164093 | Zig:6    | Reached skill level 9 in Long Blades
164104 | Zig:6    | Reached skill level 15 in Stealth
164239 | Zig:7    | Entered Level 7 of a ziggurat
164239 | Zig:7    | Noticed a royal mummy
164239 | Zig:7    | Found the amulet of Vitality {RegenMP++ Regen++}
164240 | Zig:7    | Noticed a royal mummy
164241 | Zig:7    | Reached skill level 12 in Polearms
164241 | Zig:7    | Noticed a royal mummy
164242 | Zig:7    | Killed a royal mummy
164242 | Zig:7    | Killed a royal mummy
164243 | Zig:7    | Noticed a royal mummy
164243 | Zig:7    | Noticed a royal mummy
164244 | Zig:7    | Killed a royal mummy
164244 | Zig:7    | Killed a royal mummy
164244 | Zig:7    | Noticed a royal mummy
164249 | Zig:7    | Killed a royal mummy
164250 | Zig:7    | Killed a royal mummy
164324 | Zig:7    | Identified the +6 halberd "Joolith" {heavy, rPois Int+3
                  | Stlth+}
164392 | Zig:8    | Entered Level 8 of a ziggurat
164402 | Zig:8    | Found the +6 arbalest "Damnation" {damnation}
164410 | Zig:8    | Reached skill level 15 in Invocations
164446 | Zig:8    | Found the +6 shillelagh "Devastator" {shatter}
164500 | Zig:8    | Identified the staff of fire "Laofuf" {rF+ Will+ rCorr
                  | Int+2}
164543 | Zig:9    | Entered Level 9 of a ziggurat
164558 | Zig:9    | Found the +0 pair of fencer's gloves {Riposte Dex+3}
164627 | Zig:9    | Identified the +2 robe of Patterns {rN+ Str-2 Int+2}
164709 | Zig:10   | Entered Level 10 of a ziggurat
164980 | Zig:10   | Identified the amulet "Nurotry" {Reflect rElec SH+5}
164993 | Zig:10   | Identified the +1 pair of gloves of the Vestibule of Hell
                  | {rC- rCorr Dex+5}
165022 | Zig:11   | Entered Level 11 of a ziggurat
165044 | Zig:11   | Noticed an ancient lich
165045 | Zig:11   | Killed an ancient lich
165052 | Zig:11   | Reached skill level 12 in Hexes
165155 | Zig:11   | Identified the +5 double sword "Miku" {holy, rPois rC-
                  | Will+ Stlth+}
165158 | Zig:11   | Identified the staff of fire "Kaofist" {Fragile rF+ rCorr
                  | Str+3}
165171 | Zig:11   | Identified the +7 rapier of Qeghu {heavy, rN+ Str+6}
165243 | Zig:12   | Entered Level 12 of a ziggurat
165250 | Zig:12   | Noticed a dread lich
165252 | Zig:12   | Noticed a dread lich
165253 | Zig:12   | Noticed a dread lich
165255 | Zig:12   | Killed a dread lich
165255 | Zig:12   | Noticed a dread lich
165259 | Zig:12   | Noticed an ancient lich
165259 | Zig:12   | Killed a dread lich
165260 | Zig:12   | Noticed an ancient lich
165261 | Zig:12   | Killed a dread lich
165263 | Zig:12   | Killed a dread lich
165266 | Zig:12   | Killed an ancient lich
165266 | Zig:12   | Killed an ancient lich
165281 | Zig:12   | Found the +8 lance "Wyrmbane" {slay drac, rPois rF+ rC+
                  | AC+3}
165295 | Zig:12   | Identified the +0 hat "Hason" {Int+2}
165526 | Zig:13   | Entered Level 13 of a ziggurat
165551 | Zig:13   | Reached skill level 15 in Staves
165551 | Zig:13   | Reached skill level 18 in Invocations
165554 | Zig:13   | Reached skill level 15 in Short Blades
165639 | Zig:13   | Identified the staff of death "Zogoom" {+Blink rN+}
165647 | Zig:13   | Identified the staff of cold "Naichut" {rPois rF+ rC+ MP-9}
165655 | Zig:13   | Identified the staff of cold "Lufeoc" {rC+ rN+++ rCorr
                  | Str-3 Stlth+}
165766 | Zig:14   | Entered Level 14 of a ziggurat
165780 | Zig:14   | Reached skill level 12 in Summonings
165780 | Zig:14   | Reached skill level 12 in Poison Magic
165859 | Zig:14   | Found the +2 shield of Resistance {rF++ rC++ Will++}
165888 | Zig:14   | Identified the +3 scale mail of Anaesthesia {rF+++ rC-
                  | Dex-4 Slay+4}
165915 | Zig:14   | Identified the staff of fire "Wauts" {rF+ Str+2 Int+6
                  | Stlth+}
166022 | Zig:14   | Identified the amulet of Ybrierog {Reflect Str+2 SH+5}
166061 | Zig:15   | Entered Level 15 of a ziggurat
166084 | Zig:15   | Reached skill level 18 in Stealth
166092 | Zig:15   | Found the +5 scythe "Finisher" {speed, execute}
166092 | Zig:15   | Found the amulet of the Four Winds {rN+ Will+++ Clar}
166151 | Zig:15   | Identified the ring of Otyqew {rCorr Int+3 Stlth+}
166384 | Zig:16   | Entered Level 16 of a ziggurat
166405 | Zig:16   | Found the +7 captain's cutlass {speed, disarm}
166407 | Zig:16   | Reached skill level 12 in Earth Magic
166568 | Zig:16   | Identified the staff of fire "Liugg" {rF+ rC+ Will- Int+3}
166587 | Zig:16   | Identified the +4 broad axe "Honowuepo" {venom, *Noise
                  | rElec rCorr SInv}
166588 | Zig:16   | Identified the +6 great mace of Bucat {freeze, *Corrode
                  | Will+++ Str+4}
166589 | Zig:16   | Identified the +2 plate armour of Shadows and Fog {rF+ rN+
                  | rCorr}
166668 | Zig:17   | Entered Level 17 of a ziggurat
166685 | Zig:17   | Reached skill level 15 in Maces & Flails
166690 | Zig:17   | Noticed an ancient lich
166693 | Zig:17   | Reached skill level 15 in Unarmed Combat
166694 | Zig:17   | Killed an ancient lich
166697 | Zig:17   | Reached skill level 12 in Long Blades
166785 | Zig:17   | Paralysed by a floating eye for 2 turns
167011 | Zig:17   | Identified the staff of conjuration "Paquh" {rF+ Will+}
167015 | Zig:17   | Identified the +7 plate armour of Makhleb's Displeasure
                  | {Rampage rN+}
167030 | Zig:17   | Identified the +9 flail "Finnion" {protect, *Corrode rN++
                  | Int+3 Dex+3}
167034 | Zig:17   | Identified the +1 lajatang of the Spinneret {flame, rElec
                  | rPois Str+2}
167103 | Zig:18   | Entered Level 18 of a ziggurat
167115 | Zig:18   | Noticed a royal mummy
167115 | Zig:18   | Noticed a royal mummy
167115 | Zig:18   | Noticed a royal mummy
167116 | Zig:18   | Noticed a royal mummy
167116 | Zig:18   | Noticed a royal mummy
167117 | Zig:18   | Noticed a royal mummy
167118 | Zig:18   | Killed a royal mummy
167118 | Zig:18   | Killed a royal mummy
167119 | Zig:18   | Killed a royal mummy
167119 | Zig:18   | Killed a royal mummy
167119 | Zig:18   | Killed a royal mummy
167119 | Zig:18   | Killed a royal mummy
167120 | Zig:18   | Noticed a royal mummy
167120 | Zig:18   | Noticed a royal mummy
167121 | Zig:18   | Noticed a royal mummy
167125 | Zig:18   | Noticed a royal mummy
167126 | Zig:18   | Killed a royal mummy
167127 | Zig:18   | Noticed a royal mummy
167128 | Zig:18   | Killed a royal mummy
167128 | Zig:18   | Killed a royal mummy
167128 | Zig:18   | Killed a royal mummy
167129 | Zig:18   | Noticed a royal mummy
167130 | Zig:18   | Noticed a royal mummy
167131 | Zig:18   | Killed a royal mummy
167132 | Zig:18   | Noticed a royal mummy
167132 | Zig:18   | Noticed a royal mummy
167133 | Zig:18   | Noticed a royal mummy
167134 | Zig:18   | Killed a royal mummy
167134 | Zig:18   | Killed a royal mummy
167135 | Zig:18   | Noticed a royal mummy
167135 | Zig:18   | Noticed a royal mummy
167135 | Zig:18   | Noticed a royal mummy
167136 | Zig:18   | Killed a royal mummy
167136 | Zig:18   | Killed a royal mummy
167136 | Zig:18   | Noticed a royal mummy
167137 | Zig:18   | Killed a royal mummy
167137 | Zig:18   | Killed a royal mummy
167137 | Zig:18   | Killed a royal mummy
167137 | Zig:18   | Killed a royal mummy
167137 | Zig:18   | Noticed a royal mummy
167138 | Zig:18   | Noticed a royal mummy
167139 | Zig:18   | Killed a royal mummy
167139 | Zig:18   | Noticed a royal mummy
167142 | Zig:18   | Killed a royal mummy
167144 | Zig:18   | Killed a royal mummy
167144 | Zig:18   | Killed a royal mummy
167151 | Zig:18   | Found the +8 Vampire's Tooth {megavamp}
167379 | Zig:18   | Identified the +8 plate armour of the Vaults {Str+8 Dex-3}
167385 | Zig:18   | Identified the +6 scale mail "Kueruah" {Drain rElec rN+
                  | Int+2}
167496 | Zig:18   | Acquired 576 gold pieces
167501 | Zig:19   | Entered Level 19 of a ziggurat
167516 | Zig:19   | Reached skill level 15 in Polearms
167525 | Zig:19   | Reached skill level 18 in Staves
167528 | Zig:19   | Reached skill level 18 in Short Blades
167627 | Zig:19   | Identified the staff of cold "Buhung" {rF+ rC+ Will+}
167628 | Zig:19   | Identified the +1 pair of gloves of Gefokh {Str+3 Dex+3}
167633 | Zig:19   | Identified the +5 shortbow of Yfuneg {drain, Drain rElec
                  | Dex-5 Stlth+}
167634 | Zig:19   | Identified the ring of Jephosam {rElec Dex+6}
167639 | Zig:19   | Identified the +1 mace of the Messenger {heavy, Dex+3}
167640 | Zig:19   | Identified the +0 plate armour of Beauty {Dex+3}
167643 | Zig:19   | Identified the +4 arbalest "Piloor" {freeze, rElec Str+7}
167842 | Zig:20   | Entered Level 20 of a ziggurat
167852 | Zig:20   | Noticed a juggernaut
167854 | Zig:20   | Noticed a juggernaut
167855 | Zig:20   | Noticed a juggernaut
167855 | Zig:20   | Noticed a juggernaut
167855 | Zig:20   | Noticed a juggernaut
167858 | Zig:20   | Noticed a juggernaut
167858 | Zig:20   | Killed a juggernaut
167859 | Zig:20   | Killed a juggernaut
167860 | Zig:20   | Killed a juggernaut
167860 | Zig:20   | Killed a juggernaut
167860 | Zig:20   | Killed a juggernaut
167860 | Zig:20   | Noticed a juggernaut
167860 | Zig:20   | Noticed a juggernaut
167862 | Zig:20   | Killed a juggernaut
167862 | Zig:20   | Noticed a juggernaut
167863 | Zig:20   | Noticed a juggernaut
167865 | Zig:20   | Killed a juggernaut
167866 | Zig:20   | Reached skill level 15 in Hexes
167866 | Zig:20   | Killed a juggernaut
167866 | Zig:20   | Killed a juggernaut
167868 | Zig:20   | Killed a juggernaut
167882 | Zig:20   | Found the +8 demon trident "Rift" {distort, reach+}
168150 | Zig:20   | Identified the +6 sling of Magnificence {heavy, rF++}
168163 | Zig:20   | Identified the +7 whip of Scorn {freeze, rC+ Str+2}
168182 | Zig:20   | Identified the +1 ring mail of Pride {*Slow Dex+4}
168187 | Zig:20   | Identified the +12 great sword of Solo {freeze, *Noise
                  | Str+5 Stlth+}
168306 | Zig:20   | Reached skill level 21 in Invocations
168309 | Zig:20   | Reached skill level 21 in Stealth
168311 | Zig:20   | Reached skill level 15 in Summonings
168313 | Zig:20   | Reached skill level 15 in Poison Magic
168321 | Zig:21   | Entered Level 21 of a ziggurat
168329 | Zig:21   | Noticed a juggernaut
168329 | Zig:21   | Noticed a juggernaut
168333 | Zig:21   | Noticed a juggernaut
168333 | Zig:21   | Noticed a juggernaut
168334 | Zig:21   | Noticed a juggernaut
168340 | Zig:21   | Killed a juggernaut
168340 | Zig:21   | Killed a juggernaut
168340 | Zig:21   | Killed a juggernaut
168340 | Zig:21   | Noticed a juggernaut
168340 | Zig:21   | Noticed a juggernaut
168341 | Zig:21   | Killed a juggernaut
168345 | Zig:21   | Noticed a juggernaut
168347 | Zig:21   | Killed a juggernaut
168350 | Zig:21   | Killed a juggernaut
168350 | Zig:21   | Killed a juggernaut
168351 | Zig:21   | Killed a juggernaut
168773 | Zig:21   | Identified the +5 gold dragon scales of Dishonesty {rPois
                  | rF+ rC+ Dex+2 SInv Stlth+}
168783 | Zig:21   | Identified the +3 scale mail "Toawneth" {rPois Will+}
168796 | Zig:21   | Identified the ring of Qial {Fly rF+ rC+ rN+}
168867 | Zig:22   | Entered Level 22 of a ziggurat
169080 | Zig:22   | Found the +3 crown of Dyrovepreva {rElec Int+2 SInv}
169084 | Zig:22   | Found the +5 glaive of the Guard {elec, spectral, AC+5}
169144 | Zig:22   | Identified the +2 battleaxe of an ice cave {freeze, rF+
                  | Int-5 Stlth+}
169146 | Zig:22   | Reached skill level 15 in Earth Magic
169149 | Zig:22   | Identified the amulet of Avydaxiw {Spirit rPois Will+
                  | Str+4}
169151 | Zig:22   | Identified the +0 leather armour of the Spheres {Slay+2}
169177 | Zig:22   | Identified the +9 halberd of the Enfolding Ass {drain,
                  | Will++}
169181 | Zig:22   | Identified the amulet "Hadwoem" {*Slow Fragile rN+ Regen+
                  | Str+7}
169193 | Zig:22   | Identified the +0 ring mail of Watupnai {Rampage Dex+3}
169306 | Zig:23   | Entered Level 23 of a ziggurat
169321 | Zig:23   | Noticed a juggernaut
169322 | Zig:23   | Noticed a juggernaut
169322 | Zig:23   | Noticed a juggernaut
169322 | Zig:23   | Noticed a juggernaut
169323 | Zig:23   | Killed a juggernaut
169323 | Zig:23   | Killed a juggernaut
169324 | Zig:23   | Noticed a juggernaut
169324 | Zig:23   | Noticed a juggernaut
169326 | Zig:23   | Killed a juggernaut
169326 | Zig:23   | Killed a juggernaut
169326 | Zig:23   | Killed a juggernaut
169326 | Zig:23   | Killed a juggernaut
169332 | Zig:23   | Noticed a juggernaut
169335 | Zig:23   | Reached skill level 15 in Long Blades
169356 | Zig:23   | Killed a juggernaut
169505 | Zig:23   | Reached skill level 21 in Staves
169510 | Zig:23   | Identified the +0 chain mail of Lugonu's Envy {Rampage rF+
                  | rC+ Dex-2}
169517 | Zig:23   | Identified the staff of fire "Afuukoem" {rF+ MP+9}
169553 | Zig:23   | Identified the +5 shortbow "Poojede" {drain, Str+3 Dex+4}
169575 | Zig:23   | Identified the +5 arbalest "Loloah" {speed, Drain Str+3}
169580 | Zig:23   | Identified the staff of conjuration "Piparren" {rPois}
169648 | Zig:23   | Identified the +7 spear of Olame {freeze, *Noise rF++ Will+
                  | Stlth+}
169785 | Zig:23   | Identified the +6 trident of Buyh {distort, rC+}
169874 | Zig:23   | Learned a level 7 spell: Ozocubu's Refrigeration
169879 | Zig:24   | Entered Level 24 of a ziggurat
169915 | Zig:24   | Reached skill level 24 in Ranged Weapons
169937 | Zig:24   | Reached skill level 18 in Maces & Flails
170297 | Zig:24   | Identified the amulet "Otos Nis" {Spirit Dex+3 Slay+3}
170302 | Zig:24   | Identified the +7 spear of the Egg {freeze, rC+ Str+2 SInv}
170307 | Zig:24   | Identified the +0 ring mail of Hysteria {-Cast Drain rPois
                  | Will+++}
170309 | Zig:24   | Identified the ring "Weruchi" {rC+ Int+6}
170313 | Zig:24   | Identified the ring of the King {rCorr Str+3}
170347 | Zig:24   | Identified the +11 falchion of Somewhere Else {drain, Int+2
                  | Dex+3}
170422 | Zig:25   | Entered Level 25 of a ziggurat
170434 | Zig:25   | Reached skill level 18 in Unarmed Combat
170435 | Zig:25   | Noticed a royal mummy
170436 | Zig:25   | Noticed a royal mummy
170439 | Zig:25   | Noticed a royal mummy
170442 | Zig:25   | Noticed a royal mummy
170445 | Zig:25   | Noticed a royal mummy
170446 | Zig:25   | Killed a royal mummy
170447 | Zig:25   | Noticed a royal mummy
170447 | Zig:25   | Noticed a royal mummy
170447 | Zig:25   | Noticed a royal mummy
170447 | Zig:25   | Noticed a royal mummy
170448 | Zig:25   | Killed a royal mummy
170448 | Zig:25   | Killed a royal mummy
170448 | Zig:25   | Killed a royal mummy
170448 | Zig:25   | Noticed a royal mummy
170448 | Zig:25   | Noticed a royal mummy
170448 | Zig:25   | Noticed a royal mummy
170449 | Zig:25   | Noticed a royal mummy
170450 | Zig:25   | Killed a royal mummy
170450 | Zig:25   | Killed a royal mummy
170450 | Zig:25   | Killed a royal mummy
170451 | Zig:25   | Reached skill level 21 in Short Blades
170451 | Zig:25   | Killed a royal mummy
170451 | Zig:25   | Killed a royal mummy
170451 | Zig:25   | Killed a royal mummy
170451 | Zig:25   | Noticed a royal mummy
170451 | Zig:25   | Noticed a royal mummy
170452 | Zig:25   | Killed a royal mummy
170453 | Zig:25   | Killed a royal mummy
170453 | Zig:25   | Killed a royal mummy
170453 | Zig:25   | Noticed a royal mummy
170453 | Zig:25   | Noticed a royal mummy
170454 | Zig:25   | Noticed a royal mummy
170454 | Zig:25   | Noticed a royal mummy
170454 | Zig:25   | Noticed a royal mummy
170455 | Zig:25   | Killed a royal mummy
170455 | Zig:25   | Noticed a royal mummy
170456 | Zig:25   | Killed a royal mummy
170456 | Zig:25   | Killed a royal mummy
170456 | Zig:25   | Killed a royal mummy
170456 | Zig:25   | Killed a royal mummy
170456 | Zig:25   | Killed a royal mummy
170456 | Zig:25   | Killed a royal mummy
170457 | Zig:25   | Noticed a royal mummy
170457 | Zig:25   | Noticed a royal mummy
170457 | Zig:25   | Noticed a royal mummy
170457 | Zig:25   | Noticed a royal mummy
170458 | Zig:25   | Noticed a royal mummy
170459 | Zig:25   | Killed a royal mummy
170459 | Zig:25   | Killed a royal mummy
170459 | Zig:25   | Killed a royal mummy
170459 | Zig:25   | Noticed a royal mummy
170460 | Zig:25   | Reached skill level 24 in Invocations
170460 | Zig:25   | Killed a royal mummy
170460 | Zig:25   | Killed a royal mummy
170461 | Zig:25   | Reached skill level 24 in Stealth
170461 | Zig:25   | Noticed a royal mummy
170464 | Zig:25   | Killed a royal mummy
170464 | Zig:25   | Killed a royal mummy
170466 | Zig:25   | Noticed a royal mummy
170466 | Zig:25   | Noticed a royal mummy
170466 | Zig:25   | Noticed a royal mummy
170466 | Zig:25   | Noticed a royal mummy
170466 | Zig:25   | Noticed a royal mummy
170467 | Zig:25   | Killed a royal mummy
170467 | Zig:25   | Noticed a royal mummy
170468 | Zig:25   | Killed a royal mummy
170468 | Zig:25   | Killed a royal mummy
170468 | Zig:25   | Killed a royal mummy
170469 | Zig:25   | Reached skill level 18 in Hexes
170469 | Zig:25   | Killed a royal mummy
170469 | Zig:25   | Killed a royal mummy
170469 | Zig:25   | Noticed a royal mummy
170470 | Zig:25   | Noticed a royal mummy
170470 | Zig:25   | Noticed a royal mummy
170471 | Zig:25   | Killed a royal mummy
170471 | Zig:25   | Killed a royal mummy
170471 | Zig:25   | Noticed a royal mummy
170472 | Zig:25   | Killed a royal mummy
170472 | Zig:25   | Killed a royal mummy
170472 | Zig:25   | Noticed a royal mummy
170473 | Zig:25   | Killed a royal mummy
170475 | Zig:25   | Noticed a royal mummy
170476 | Zig:25   | Killed a royal mummy
170477 | Zig:25   | Noticed a royal mummy
170486 | Zig:25   | Killed a royal mummy
170487 | Zig:25   | Reached skill level 18 in Polearms
170487 | Zig:25   | Killed a royal mummy
170722 | Zig:25   | Identified the staff of earth "Oxzanwa" {rElec Int+3}
170727 | Zig:25   | Identified the +0 glaive of Iteetix {heavy, rF+}
170735 | Zig:25   | Identified the +4 ring mail "Yfeudell" {rElec Will+ SInv}
170738 | Zig:25   | Identified the staff of earth "Xyssit" {rPois rF++ Stlth+}
171080 | Zig:26   | Entered Level 26 of a ziggurat
171093 | Zig:26   | Noticed Ynar the pandemonium lord
171094 | Zig:26   | Noticed Boumitu the pandemonium lord
171094 | Zig:26   | Noticed Ajyannau the pandemonium lord
171094 | Zig:26   | Noticed Qimp the pandemonium lord
171094 | Zig:26   | Noticed Tinoyt the pandemonium lord
171094 | Zig:26   | Noticed Meifod the pandemonium lord
171098 | Zig:26   | Killed Qimp the pandemonium lord
171099 | Zig:26   | Killed Tinoyt the pandemonium lord
171099 | Zig:26   | Killed Ynar the pandemonium lord
171099 | Zig:26   | Killed Meifod the pandemonium lord
171099 | Zig:26   | Noticed Yzoroud the pandemonium lord
171100 | Zig:26   | Noticed Ogapter the pandemonium lord
171100 | Zig:26   | Noticed Bidgheusic the pandemonium lord
171101 | Zig:26   | Killed Ajyannau the pandemonium lord
171102 | Zig:26   | Killed Boumitu the pandemonium lord
171102 | Zig:26   | Noticed Fueck the pandemonium lord
171103 | Zig:26   | Noticed Loremou the pandemonium lord
171103 | Zig:26   | Noticed Ohyt the pandemonium lord
171103 | Zig:26   | Killed Bidgheusic the pandemonium lord
171103 | Zig:26   | Noticed Bousasaf the pandemonium lord
171103 | Zig:26   | Noticed Sorashrostile the pandemonium lord
171104 | Zig:26   | Reached skill level 18 in Summonings
171104 | Zig:26   | Killed Yzoroud the pandemonium lord
171104 | Zig:26   | Noticed Axol the pandemonium lord
171105 | Zig:26   | Noticed Ochurazi the pandemonium lord
171105 | Zig:26   | Killed Axol the pandemonium lord
171105 | Zig:26   | Noticed Ydelen the pandemonium lord
171105 | Zig:26   | Noticed Peiraom the pandemonium lord
171105 | Zig:26   | Noticed Nekomipe the pandemonium lord
171106 | Zig:26   | Killed Ogapter the pandemonium lord
171106 | Zig:26   | Killed Ohyt the pandemonium lord
171106 | Zig:26   | Noticed Yduedy the pandemonium lord
171107 | Zig:26   | Noticed Timer the pandemonium lord
171107 | Zig:26   | Noticed Agow the pandemonium lord
171108 | Zig:26   | Noticed Jexkygg the pandemonium lord
171108 | Zig:26   | Noticed Leuniqa the pandemonium lord
171109 | Zig:26   | Killed Ochurazi the pandemonium lord
171109 | Zig:26   | Noticed Leelig the pandemonium lord
171109 | Zig:26   | Noticed Fuklyu the pandemonium lord
171109 | Zig:26   | Noticed Soxkim the pandemonium lord
171110 | Zig:26   | Noticed Hostriq the pandemonium lord
171111 | Zig:26   | Noticed Issuox Buud the pandemonium lord
171111 | Zig:26   | Killed Peiraom the pandemonium lord
171111 | Zig:26   | Killed Bousasaf the pandemonium lord
171112 | Zig:26   | Killed Loremou the pandemonium lord
171112 | Zig:26   | Killed Nekomipe the pandemonium lord
171112 | Zig:26   | Killed Soxkim the pandemonium lord
171112 | Zig:26   | Killed Agow the pandemonium lord
171112 | Zig:26   | Noticed Gilitz the pandemonium lord
171112 | Zig:26   | Noticed Alesam the pandemonium lord
171113 | Zig:26   | Reached skill level 18 in Poison Magic
171113 | Zig:26   | Killed Sorashrostile the pandemonium lord
171113 | Zig:26   | Killed Ydelen the pandemonium lord
171113 | Zig:26   | Killed Leuniqa the pandemonium lord
171113 | Zig:26   | Noticed Zynuwail the pandemonium lord
171115 | Zig:26   | Killed Yduedy the pandemonium lord
171115 | Zig:26   | Killed Jexkygg the pandemonium lord
171115 | Zig:26   | Noticed Luduock the pandemonium lord
171115 | Zig:26   | Noticed Yhiotof the pandemonium lord
171115 | Zig:26   | Noticed Xefeown the pandemonium lord
171116 | Zig:26   | Noticed Ekhlir the pandemonium lord
171116 | Zig:26   | Killed Issuox Buud the pandemonium lord
171116 | Zig:26   | Killed Gilitz the pandemonium lord
171116 | Zig:26   | Killed Hostriq the pandemonium lord
171117 | Zig:26   | Noticed Bushraem the pandemonium lord
171117 | Zig:26   | Noticed Ecyn the pandemonium lord
171117 | Zig:26   | Noticed Hihexyn the pandemonium lord
171118 | Zig:26   | Killed Yhiotof the pandemonium lord
171118 | Zig:26   | Noticed Vacheam the pandemonium lord
171118 | Zig:26   | Noticed Joarph the pandemonium lord
171119 | Zig:26   | Noticed Purr the pandemonium lord
171119 | Zig:26   | Killed Leelig the pandemonium lord
171119 | Zig:26   | Killed Hihexyn the pandemonium lord
171119 | Zig:26   | Killed Ekhlir the pandemonium lord
171119 | Zig:26   | Killed Bushraem the pandemonium lord
171120 | Zig:26   | Killed Zynuwail the pandemonium lord
171120 | Zig:26   | Killed Xefeown the pandemonium lord
171120 | Zig:26   | Killed Luduock the pandemonium lord
171120 | Zig:26   | Killed Fuklyu the pandemonium lord
171120 | Zig:26   | Noticed Odoateorr the pandemonium lord
171121 | Zig:26   | Killed Ecyn the pandemonium lord
171121 | Zig:26   | Killed Alesam the pandemonium lord
171121 | Zig:26   | Killed Timer the pandemonium lord
171121 | Zig:26   | Noticed Lemash the pandemonium lord
171122 | Zig:26   | Killed Vacheam the pandemonium lord
171122 | Zig:26   | Killed Purr the pandemonium lord
171122 | Zig:26   | Noticed Ammomi the pandemonium lord
171122 | Zig:26   | Noticed Cacouqun the pandemonium lord
171123 | Zig:26   | Killed Joarph the pandemonium lord
171123 | Zig:26   | Killed Odoateorr the pandemonium lord
171124 | Zig:26   | Noticed Her Oph the pandemonium lord
171124 | Zig:26   | Noticed Heli the pandemonium lord
171124 | Zig:26   | Noticed Aleqekh the pandemonium lord
171125 | Zig:26   | Killed Cacouqun the pandemonium lord
171125 | Zig:26   | Killed Ammomi the pandemonium lord
171126 | Zig:26   | Killed Lemash the pandemonium lord
171126 | Zig:26   | Killed Her Oph the pandemonium lord
171126 | Zig:26   | Killed Heli the pandemonium lord
171127 | Zig:26   | Noticed Kaq Uff the pandemonium lord
171127 | Zig:26   | Noticed Kioggergh the pandemonium lord
171128 | Zig:26   | Killed Aleqekh the pandemonium lord
171128 | Zig:26   | Noticed Qazxuqi Boa the pandemonium lord
171134 | Zig:26   | Killed Qazxuqi Boa the pandemonium lord
171134 | Zig:26   | Killed Kioggergh the pandemonium lord
171136 | Zig:26   | Killed Kaq Uff the pandemonium lord
171158 | Zig:26   | Killed Fueck the pandemonium lord
171364 | Zig:26   | Identified the ring "Moicih" {Ice Will+++ MP-9 Str+7}
171365 | Zig:26   | Identified the staff of conjuration "Yjeucw" {rC+ MP+9
                  | Str+4}
171366 | Zig:26   | Identified the +4 arbalest "Zec Bis" {elec, Contam rPois
                  | rC+ Int+3}
171367 | Zig:26   | Identified the ring "Roptolazei" {Fire Dex+3 Stlth+}
171375 | Zig:26   | Identified the +9 battleaxe of Yreygapn {flame, rC- MP+9
                  | Int+2}
171381 | Zig:26   | Identified the +4 glaive of Scorching Slow Death {drain,
                  | rElec rN+++ SInv Stlth-}
171386 | Zig:26   | Identified the +7 trident of Ointment {flame, +Blink Dex+2
                  | SInv Stlth+}
171391 | Zig:26   | Identified the ring "Gitexeub" {rC+ rCorr Dex+2}
171412 | Zig:26   | Identified the ring "Qikuweem" {Ice Int+3}
171584 | Zig:27   | Entered Level 27 of a ziggurat
171609 | Zig:27   | Noticed an ancient lich
171617 | Zig:27   | Noticed an ancient lich
171620 | Zig:27   | Killed an ancient lich
171623 | Zig:27   | Killed an ancient lich
171623 | Zig:27   | Noticed an ancient lich
171625 | Zig:27   | Noticed an ancient lich
171625 | Zig:27   | Noticed an ancient lich
171626 | Zig:27   | Killed an ancient lich
171627 | Zig:27   | Killed an ancient lich
171627 | Zig:27   | Noticed an ancient lich
171628 | Zig:27   | Noticed an ancient lich
171630 | Zig:27   | Killed an ancient lich
171632 | Zig:27   | Killed an ancient lich
171632 | Zig:27   | Killed an ancient lich
171634 | Zig:27   | Noticed an ancient lich
171635 | Zig:27   | Noticed an ancient lich
171636 | Zig:27   | Noticed an ancient lich
171638 | Zig:27   | Killed an ancient lich
171638 | Zig:27   | Killed an ancient lich
171638 | Zig:27   | Killed an ancient lich
171639 | Zig:27   | Noticed an ancient lich
171639 | Zig:27   | Noticed an ancient lich
171641 | Zig:27   | Killed an ancient lich
171642 | Zig:27   | Killed an ancient lich
171861 | Zig:27   | Identified the ring of Letz {Fire Contam Drain rPois Str+6}
171863 | Zig:27   | Identified the +0 leather armour "Irghem" {*Slow rElec
                  | Regen+ SInv}
171885 | Zig:27   | Identified the staff of earth "Giweat" {Contam Will+ rCorr
                  | Int+3}
171892 | Zig:27   | Identified the +3 broad axe of the Wasp {heavy, rN+ Int+4
                  | Dex+2}
171894 | Zig:27   | Identified the ring of Dimeuss {rF+ Will+ Str+2}
172164 | Zig:1    | Entered Level 1 of a ziggurat
172214 | Zig:2    | Entered Level 2 of a ziggurat
172276 | Zig:3    | Entered Level 3 of a ziggurat
172278 | Zig:3    | Found the amulet of the Air {Inacc Air Fly rElec RMsl}
172289 | Zig:3    | Reached skill level 18 in Earth Magic
172357 | Zig:4    | Entered Level 4 of a ziggurat
172469 | Zig:5    | Entered Level 5 of a ziggurat
172471 | Zig:5    | Noticed an ancient lich
172475 | Zig:5    | Killed an ancient lich
172603 | Zig:5    | Identified the +1 quarterstaff of Amorality {heavy, Drain
                  | rC+ Stlth+}
172609 | Zig:6    | Entered Level 6 of a ziggurat
172625 | Zig:6    | Reached skill level 18 in Long Blades
172770 | Zig:6    | Identified the +10 broad axe "Ywyino" {freeze, rF+ Stlth+}
172771 | Zig:6    | Identified the +0 buckler of the Spider Nest {*Slow rF+
                  | Str+6 Int+3}
172778 | Zig:7    | Entered Level 7 of a ziggurat
172866 | Zig:7    | Identified the staff of air "Riongoho" {rElec Int+3}
172937 | Zig:8    | Entered Level 8 of a ziggurat
172952 | Zig:8    | Noticed an ancient lich
172957 | Zig:8    | Found the +13 scythe of Curses {drain, curses, Drain}
172959 | Zig:8    | Killed an ancient lich
173053 | Zig:8    | Identified the +2 leather armour of the Black Moon {Harm
                  | Will++}
173055 | Zig:8    | Identified the staff of air "Ydwatyru" {rElec rC- MP-9
                  | Int+3 Dex+5}
173057 | Zig:8    | Identified the +0 plate armour of the Harvest {rF++ Str-5}
173067 | Zig:8    | Identified the +0 leather armour of the Sneaky Seers
                  | {Rampage Slay+2}
173097 | Zig:9    | Entered Level 9 of a ziggurat
173107 | Zig:9    | Reached skill level 24 in Staves
173266 | Zig:10   | Entered Level 10 of a ziggurat
173272 | Zig:10   | Noticed an ancient lich
173275 | Zig:10   | Killed an ancient lich
173473 | Zig:10   | Identified the +11 morningstar of Xuostre {flame, +Blink
                  | rElec rPois rF++}
173476 | Zig:10   | Identified the ring of Uxafuv {rElec rPois rF++ rCorr
                  | Dex-3}
173478 | Zig:10   | Identified the ring of Daettic {+Blink rF+ rC- rCorr Int+6}
173480 | Zig:10   | Identified the +10 short sword "Hellblazer" {flame, Fly}
173509 | Zig:11   | Entered Level 11 of a ziggurat
173750 | Zig:11   | Identified the +5 falchion "Neof" {venom, +Blink Fly MP+9
                  | Dex-3}
173751 | Zig:11   | Identified the +5 morningstar of Sudden Death {heavy, Fly
                  | rElec Int+3}
173753 | Zig:11   | Identified the +0 robe of the Watchman {Rampage rPois rC-
                  | rN+}
173765 | Zig:11   | Identified the staff of earth "Zobuxat" {rPois rF- Will+++}
173771 | Zig:12   | Entered Level 12 of a ziggurat
173789 | Zig:12   | Reached skill level 27 in Invocations
173960 | Zig:12   | Identified the staff of cold "Nonefep" {rC+ Dex+4}
173967 | Zig:12   | Identified the staff of conjuration "Buinij" {rF+ rC++
                  | Stlth-}
173988 | Zig:12   | Identified the +4 scale mail of the Narrow God {rF- rC+++
                  | Regen+ Str-5}
173994 | Zig:12   | Identified the +2 quarterstaff "Virek" {freeze, Int+2}
174016 | Zig:13   | Entered Level 13 of a ziggurat
174094 | Zig:13   | Found the +6 lightning scales {swift, rElec}
174128 | Zig:13   | Identified the staff of death "Vaetrip" {rElec rF+ rN+
                  | Int+3 Stlth+}
174130 | Zig:13   | Identified the +4 ring mail of Sif Muna's Grace {Harm rElec
                  | Int-3}
174133 | Zig:13   | Identified the staff of death "Zytauntu" {rElec rN+ Int+3
                  | Dex+3 Stlth+}
174227 | Zig:14   | Entered Level 14 of a ziggurat
174246 | Zig:14   | Found the +3 giant club "Skullcrusher" {speed, Str+7}
174249 | Zig:14   | Reached skill level 21 in Hexes
174258 | Zig:14   | Found the +1 robe of Vines {NoPotionHeal Regen++++}
174456 | Zig:14   | Identified the +1 robe of Terror {Dex+4}
174458 | Zig:14   | Identified the staff of poison "Zarukh" {rPois rC+++ Str-5
                  | Int+4}
174461 | Zig:14   | Identified the +6 trident "Atuome" {flame, *Corrode Fly
                  | rPois rC++}
174462 | Zig:14   | Identified the staff of conjuration "Rybocy" {Contam rN+++
                  | Int+3 SInv}
174463 | Zig:14   | Identified the staff of cold "Ryhoconoe" {rElec rC+ Dex+3}
174464 | Zig:14   | Identified the ring of Satisfaction {rPois AC+4}
174535 | Zig:14   | Identified the +6 hand axe of Valiance {flame, rN+ Will++
                  | Dex+2}
174536 | Zig:14   | Identified the amulet of Agnosticism {Reflect MP+9 Int+3
                  | SH+5 SInv}
174615 | Zig:15   | Entered Level 15 of a ziggurat
174629 | Zig:15   | Reached skill level 21 in Maces & Flails
174635 | Zig:15   | Reached skill level 21 in Unarmed Combat
174727 | Zig:15   | Identified the ring "Rileregi" {Contam rN++ Will+ Str+3}
174733 | Zig:15   | Identified the staff of poison "Baeraqes" {rPois rC++
                  | Int-5}
174737 | Zig:15   | Identified the +4 scale mail of Understanding {Will- Int+3
                  | Slay+3}
174860 | Zig:15   | Identified the +6 dagger of Twilight {holy, rPois Stlth+}
174910 | Zig:15   | Reached skill level 21 in Summonings
174913 | Zig:16   | Entered Level 16 of a ziggurat
174941 | Zig:16   | Reached skill level 21 in Poison Magic
174960 | Zig:16   | Noticed an ancient lich
174966 | Zig:16   | Killed an ancient lich
174989 | Zig:16   | Reached skill level 21 in Polearms
174996 | Zig:16   | Found the +7 mace of Variability {chaos, chaos arc}
175068 | Zig:16   | Identified the +2 spear of Poepym {flame, rPois Will+++
                  | Int-3 SInv}
175077 | Zig:16   | Identified the +5 short sword "Kiddoakk" {heavy, Will-
                  | Int+5}
175080 | Zig:16   | Identified the +10 dagger "Teas" {venom, Drain Fly rF+ rN+}
175091 | Zig:16   | Identified the +6 fire dragon scales of Lethargy {rF++ rC-
                  | Dex+3}
175274 | Zig:17   | Entered Level 17 of a ziggurat
175318 | Zig:17   | Found the macabre finger necklace {Finger+ rN+}
175348 | Zig:17   | Identified the +3 rapier "Yhovuo" {heavy, Will+}
175359 | Zig:17   | Identified the +3 shortbow of the Shrinking Puffin {speed,
                  | rElec Will+ Str-2}
175361 | Zig:17   | Identified the ring "Weuck" {Fly Dex+2 Slay+2}
175366 | Zig:17   | Identified the amulet of Disaster {Reflect Will+ SH+5}
175369 | Zig:17   | Identified the amulet "Exish" {Faith rPois rC++ Int-5
                  | Stlth+}
175373 | Zig:17   | Identified the staff of death "Deafyun" {rElec rN+}
175381 | Zig:17   | Identified the ring "Pueqe" {rPois rC+ Dex+3 Slay+3 Stlth+}
175593 | Zig:18   | Entered Level 18 of a ziggurat
175601 | Zig:18   | Noticed an orb of fire
175602 | Zig:18   | Noticed an orb of fire
175602 | Zig:18   | Noticed an orb of fire
175606 | Zig:18   | Noticed an orb of fire
175608 | Zig:18   | Killed an orb of fire
175609 | Zig:18   | Killed an orb of fire
175611 | Zig:18   | Killed an orb of fire
175611 | Zig:18   | Noticed an orb of fire
175612 | Zig:18   | Killed an orb of fire
175613 | Zig:18   | Noticed an orb of fire
175613 | Zig:18   | Noticed an orb of fire
175614 | Zig:18   | Noticed an orb of fire
175614 | Zig:18   | Noticed an orb of fire
175614 | Zig:18   | Noticed an orb of fire
175614 | Zig:18   | Noticed an orb of fire
175614 | Zig:18   | Noticed an orb of fire
175616 | Zig:18   | Noticed an orb of fire
175616 | Zig:18   | Noticed an orb of fire
175617 | Zig:18   | Noticed an orb of fire
175617 | Zig:18   | Noticed an orb of fire
175618 | Zig:18   | Killed an orb of fire
175618 | Zig:18   | Killed an orb of fire
175618 | Zig:18   | Killed an orb of fire
175618 | Zig:18   | Noticed an orb of fire
175619 | Zig:18   | Killed an orb of fire
175619 | Zig:18   | Killed an orb of fire
175620 | Zig:18   | Killed an orb of fire
175620 | Zig:18   | Killed an orb of fire
175620 | Zig:18   | Killed an orb of fire
175620 | Zig:18   | Killed an orb of fire
175620 | Zig:18   | Killed an orb of fire
175620 | Zig:18   | Killed an orb of fire
175621 | Zig:18   | Reached skill level 24 in Short Blades
175621 | Zig:18   | Killed an orb of fire
175621 | Zig:18   | Killed an orb of fire
175621 | Zig:18   | Noticed an orb of fire
175622 | Zig:18   | Noticed an orb of fire
175622 | Zig:18   | Noticed an orb of fire
175622 | Zig:18   | Noticed an orb of fire
175624 | Zig:18   | Killed an orb of fire
175624 | Zig:18   | Noticed an orb of fire
175626 | Zig:18   | Killed an orb of fire
175627 | Zig:18   | Noticed an orb of fire
175628 | Zig:18   | Killed an orb of fire
175629 | Zig:18   | Killed an orb of fire
175630 | Zig:18   | Killed an orb of fire
175631 | Zig:18   | Killed an orb of fire
175632 | Zig:18   | Reached skill level 27 in Stealth
175656 | Zig:18   | Identified the +7 scimitar of Gyips {flame, rElec Will+
                  | Dex-2 SInv}
175898 | Zig:18   | Identified the +3 chain mail "Ifuy" {Rampage}
175899 | Zig:18   | Identified the staff of death "Fopih" {rPois rN+ Str+6
                  | Dex-2 Stlth+}
175919 | Zig:18   | Identified the ring "Fetobih" {rPois rC+ Slay-4 Stlth+}
175977 | Zig:19   | Entered Level 19 of a ziggurat
176000 | Zig:19   | Reached skill level 27 in Ranged Weapons
176341 | Zig:19   | Identified the ring "Doruonna" {rN+ rCorr Str+7 Dex-5
                  | Slay-6}
176355 | Zig:19   | Identified the +11 war axe "Pemidui" {flame, rCorr Str+3}
176398 | Zig:20   | Entered Level 20 of a ziggurat
176691 | Zig:20   | Identified the +4 spear of Causality {protect, rPois
                  | Will+++}
176702 | Zig:20   | Identified the +3 mace of Terror {elec, rElec rC- Str+2
                  | Dex+5}
176707 | Zig:20   | Identified the +2 scale mail of Tozxaas {Str+3}
176778 | Zig:21   | Entered Level 21 of a ziggurat
176797 | Zig:21   | Reached skill level 21 in Earth Magic
176799 | Zig:21   | Identified the +7 tower shield "Jergh" {Int+3}
176801 | Zig:21   | Reached skill level 21 in Long Blades
176809 | Zig:21   | Identified the +0 tower shield of Julenipt {Int+5}
176809 | Zig:21   | Identified the +0 tower shield of Xubloirgh {Fly rF+ Dex+3}
176819 | Zig:21   | Identified the +6 tower shield of the Hanged Man {+Inv
                  | rElec Str+3}
176931 | Zig:21   | Identified the ring of the Swan {Wiz Contam Will++}
176939 | Zig:21   | Identified the +3 ring mail of Ezo Kilu {*Corrode Dex+5}
177162 | Zig:21   | Identified the staff of cold "Osoang" {rC+ rCorr Int+5
                  | Dex-3 Stlth+}
177169 | Zig:21   | Identified the +0 robe of Geleidoi {rC+ Will+}
177172 | Zig:21   | Identified the staff of death "Salesoz" {rN+ Will++}
177176 | Zig:21   | Identified the staff of poison "Lodgheghe" {rPois rC+ Will+
                  | Int-3 Dex+5}
177261 | Zig:22   | Entered Level 22 of a ziggurat
177279 | Zig:22   | Reached skill level 24 in Unarmed Combat
177343 | Zig:22   | Found the +16 obsidian axe {drain, demonic, Mesm Drain Fly
                  | SInv}
177613 | Zig:22   | Identified the +1 falchion "Igececut" {speed, *Corrode rC+
                  | Int+3}
177622 | Zig:22   | Identified the staff of fire "Munkeevi" {Contam Fly rPois
                  | rF+ Will++}
177638 | Zig:22   | Identified the +3 short sword of Syt Beob {heavy, Fragile
                  | rF++ Will+++ Int+3}
177690 | Zig:23   | Entered Level 23 of a ziggurat
177721 | Zig:23   | Found the +3 pair of gauntlets of War {Slay+5}
177726 | Zig:23   | Reached skill level 24 in Hexes
177817 | Zig:23   | Identified the +10 war axe of Ambiguity {flame, rN++}
177821 | Zig:23   | Identified the orb of Imperfection {*Rage, *Slow Str+4
                  | Slay+3}
177824 | Zig:23   | Identified the +0 battleaxe of Devotion {flame, rElec Str+3
                  | Dex+6}
177827 | Zig:23   | Identified the +9 morningstar of the Turnip {freeze,
                  | Will++}
177831 | Zig:23   | Identified the ring "Arusi" {Ice rN++ Int+3 Dex+3 SInv}
177832 | Zig:23   | Identified the +10 morningstar "Sueth" {freeze, Drain rPois
                  | MP+9 Str+3}
177836 | Zig:23   | Identified the +1 dagger "Leza" {freeze, Str+7}
177838 | Zig:23   | Identified the ring of Makhleb's Envy {rC+ Dex+6}
178138 | Zig:24   | Entered Level 24 of a ziggurat
178148 | Zig:24   | Noticed a juggernaut
178149 | Zig:24   | Noticed a juggernaut
178150 | Zig:24   | Noticed a juggernaut
178150 | Zig:24   | Noticed a juggernaut
178151 | Zig:24   | Noticed a juggernaut
178152 | Zig:24   | Noticed a juggernaut
178155 | Zig:24   | Killed a juggernaut
178155 | Zig:24   | Killed a juggernaut
178156 | Zig:24   | Killed a juggernaut
178156 | Zig:24   | Killed a juggernaut
178157 | Zig:24   | Killed a juggernaut
178157 | Zig:24   | Killed a juggernaut
178158 | Zig:24   | Noticed a juggernaut
178158 | Zig:24   | Noticed a juggernaut
178158 | Zig:24   | Noticed a juggernaut
178159 | Zig:24   | Noticed a juggernaut
178160 | Zig:24   | Killed a juggernaut
178160 | Zig:24   | Killed a juggernaut
178160 | Zig:24   | Noticed a juggernaut
178161 | Zig:24   | Noticed a juggernaut
178162 | Zig:24   | Noticed a juggernaut
178164 | Zig:24   | Noticed a juggernaut
178164 | Zig:24   | Noticed a juggernaut
178165 | Zig:24   | Killed a juggernaut
178165 | Zig:24   | Killed a juggernaut
178165 | Zig:24   | Killed a juggernaut
178165 | Zig:24   | Killed a juggernaut
178165 | Zig:24   | Killed a juggernaut
178165 | Zig:24   | Killed a juggernaut
178166 | Zig:24   | Reached skill level 24 in Summonings
178166 | Zig:24   | Killed a juggernaut
178171 | Zig:24   | Reached skill level 24 in Poison Magic
178181 | Zig:24   | Found the +11 plutonium sword {Contam Stlth-}
178598 | Zig:24   | Identified the +3 scimitar of Jusar {drain, rPois}
178610 | Zig:24   | Identified the +1 robe of Doosublo {Will- Str+4 Stlth+}
178615 | Zig:24   | Identified the +4 trident "Zearhask" {venom, *Rage rC-
                  | Will+++ SInv}
178620 | Zig:24   | Identified the staff of conjuration "Coote" {rElec rC- rN+
                  | Dex+3}
178692 | Zig:25   | Entered Level 25 of a ziggurat
178721 | Zig:25   | Reached skill level 27 in Staves
178731 | Zig:25   | Reached skill level 24 in Maces & Flails
178932 | Zig:25   | Identified the +1 robe "Guublotu" {rF- rN++ rCorr Slay+2}
178940 | Zig:25   | Identified the +4 whip of Evil {drain, *Corrode rElec rPois
                  | rC-}
178946 | Zig:25   | Identified the +4 halberd "Waohul Xeesch" {pain, rC+ rN+
                  | Dex+4}
178947 | Zig:25   | Identified the ring of Peace {rCorr Str+2 Int+3 Stlth+}
178968 | Zig:25   | Identified the staff of cold "Jymogy" {Contam rC+ rN++
                  | Str+5}
178969 | Zig:25   | Identified the +0 plate armour of Evolution {rC++ Regen+
                  | Slay-4}
179252 | Zig:26   | Entered Level 26 of a ziggurat
179272 | Zig:26   | Noticed a dread lich
179272 | Zig:26   | Noticed an ancient lich
179273 | Zig:26   | Noticed an ancient lich
179276 | Zig:26   | Reached skill level 24 in Polearms
179276 | Zig:26   | Killed a dread lich
179276 | Zig:26   | Killed an ancient lich
179276 | Zig:26   | Killed an ancient lich
179276 | Zig:26   | Noticed an ancient lich
179277 | Zig:26   | Noticed an ancient lich
179278 | Zig:26   | Noticed a dread lich
179278 | Zig:26   | Noticed an ancient lich
179278 | Zig:26   | Noticed a dread lich
179281 | Zig:26   | Noticed a dread lich
179282 | Zig:26   | Killed an ancient lich
179282 | Zig:26   | Killed a dread lich
179282 | Zig:26   | Killed a dread lich
179283 | Zig:26   | Noticed an ancient lich
179283 | Zig:26   | Killed an ancient lich
179284 | Zig:26   | Noticed a dread lich
179285 | Zig:26   | Killed an ancient lich
179286 | Zig:26   | Noticed a dread lich
179287 | Zig:26   | Noticed an ancient lich
179290 | Zig:26   | Killed a dread lich
179290 | Zig:26   | Killed a dread lich
179290 | Zig:26   | Killed an ancient lich
179290 | Zig:26   | Noticed an ancient lich
179291 | Zig:26   | Killed an ancient lich
179295 | Zig:26   | Killed a dread lich
179295 | Zig:26   | Noticed a dread lich
179296 | Zig:26   | Noticed an ancient lich
179299 | Zig:26   | Killed an ancient lich
179300 | Zig:26   | Noticed a dread lich
179302 | Zig:26   | Killed a dread lich
179303 | Zig:26   | Killed an ancient lich
179308 | Zig:26   | Killed a dread lich
179635 | Zig:26   | Identified the +6 plate armour "Tupsoz" {*Slow rF- Regen+
                  | Stlth+}
179639 | Zig:26   | Identified the +8 morningstar of Noxious Subterfuge {elec,
                  | Str+4}
179644 | Zig:26   | Identified the +17 storm dragon scales "Tikyodd" {rElec
                  | rPois}
179652 | Zig:26   | Identified the +0 sling "Newtslayer" {flame, Int+3 Stlth+}
179656 | Zig:26   | Identified the ring of the Postmodern Lives {rF+ rC- rCorr
                  | Int+6 SInv}
179661 | Zig:26   | Identified the +4 flail of the Candle {drain, Str-4 Dex+4
                  | SInv}
179819 | Zig:26   | Reached skill level 27 in Short Blades
179826 | Zig:27   | Entered Level 27 of a ziggurat
179873 | Zig:27   | Reached skill level 24 in Earth Magic
179894 | Zig:27   | Reached skill level 24 in Long Blades
179964 | Zig:27   | Noticed Zorchar the pandemonium lord
179970 | Zig:27   | Killed Zorchar the pandemonium lord
180409 | Zig:27   | Identified the +5 longbow "Leeledd" {drain, Int+2 Dex+5}
180419 | Zig:27   | Identified the staff of poison "Doseipt" {rPois Will+
                  | Str+3}
180420 | Zig:27   | Identified the +5 dagger of Sucapy {freeze, Contam rElec
                  | rF+}
180423 | Zig:27   | Identified the staff of air "Iguor" {+Blink rElec MP+9
                  | Dex+4}
180442 | Zig:27   | Identified the staff of air "Jexu" {rElec Str+3 Int+3 Dex+3
                  | Stlth-}
180694 | Zig:1    | Entered Level 1 of a ziggurat
180739 | Zig:2    | Entered Level 2 of a ziggurat
180785 | Zig:3    | Entered Level 3 of a ziggurat
180888 | Zig:4    | Entered Level 4 of a ziggurat
181005 | Zig:5    | Entered Level 5 of a ziggurat
181005 | Zig:5    | Noticed a royal mummy
181008 | Zig:5    | Killed a royal mummy
181008 | Zig:5    | Noticed a royal mummy
181010 | Zig:5    | Noticed a royal mummy
181013 | Zig:5    | Killed a royal mummy
181014 | Zig:5    | Noticed a dread lich
181023 | Zig:5    | Killed a royal mummy
181036 | Zig:5    | Killed a dread lich
181241 | Zig:6    | Entered Level 6 of a ziggurat
181249 | Zig:6    | Reached skill level 27 in Unarmed Combat
181336 | Zig:6    | Identified the +0 leather armour of the Equinox {rPois
                  | Will+++ rCorr Str-3}
181403 | Zig:6    | Identified the +0 scale mail "Bodwo" {rElec Regen+ MP-9
                  | Slay-2}
181418 | Zig:7    | Entered Level 7 of a ziggurat
181518 | Zig:7    | Identified the staff of poison "Qoyvveimni" {rPois rF+}
181530 | Zig:7    | Identified the +1 troll leather armour "Togoiqu" {rF+
                  | Regen+ MP+9}
181531 | Zig:7    | Identified the +8 sling of the Median {elec, Dex+2}
181640 | Zig:8    | Entered Level 8 of a ziggurat
181644 | Zig:8    | Noticed a dread lich
181646 | Zig:8    | Noticed a dread lich
181647 | Zig:8    | Killed a dread lich
181648 | Zig:8    | Noticed a dread lich
181649 | Zig:8    | Noticed an ancient lich
181649 | Zig:8    | Found the +5 demon whip "Spellbinder" {antimagic, disrupt,
                  | Will+}
181652 | Zig:8    | Reached skill level 27 in Hexes
181652 | Zig:8    | Killed a dread lich
181653 | Zig:8    | Killed an ancient lich
181658 | Zig:8    | Killed a dread lich
181762 | Zig:8    | Identified the +5 dagger "Ahi Basink" {holy, Fragile rN+
                  | rCorr Str+6}
181782 | Zig:8    | Identified the +10 scimitar of the Lonely Orbs {elec,
                  | Dex+3}
181809 | Zig:9    | Entered Level 9 of a ziggurat
181812 | Zig:9    | Noticed a royal mummy
181813 | Zig:9    | Noticed a royal mummy
181814 | Zig:9    | Noticed a royal mummy
181815 | Zig:9    | Killed a royal mummy
181815 | Zig:9    | Killed a royal mummy
181816 | Zig:9    | Reached skill level 27 in Summonings
181816 | Zig:9    | Noticed a royal mummy
181817 | Zig:9    | Noticed a royal mummy
181817 | Zig:9    | Noticed a royal mummy
181818 | Zig:9    | Noticed a royal mummy
181818 | Zig:9    | Noticed a royal mummy
181819 | Zig:9    | Killed a royal mummy
181820 | Zig:9    | Noticed a royal mummy
181821 | Zig:9    | Killed a royal mummy
181821 | Zig:9    | Killed a royal mummy
181821 | Zig:9    | Killed a royal mummy
181821 | Zig:9    | Killed a royal mummy
181821 | Zig:9    | Killed a royal mummy
181822 | Zig:9    | Reached skill level 27 in Poison Magic
181822 | Zig:9    | Noticed a royal mummy
181828 | Zig:9    | Killed a royal mummy
181828 | Zig:9    | Killed a royal mummy
181931 | Zig:9    | Identified the staff of fire "Ataudy" {rF+ Will+ SInv}
181935 | Zig:9    | Identified the staff of cold "Saboa" {rPois rC+ Str+2
                  | Int-3}
181939 | Zig:9    | Identified the staff of poison "Nimpa Beaz" {rPois rF+++
                  | rCorr Str-2 Stlth+}
181955 | Zig:9    | Identified the staff of conjuration "Taasel" {rPois rF+++
                  | Str-2 Int+3}
182086 | Zig:10   | Entered Level 10 of a ziggurat
182094 | Zig:10   | Reached skill level 27 in Polearms
182255 | Zig:10   | Identified the staff of air "Wijeban" {Drain rElec Will+++
                  | Int-3 SInv}
182263 | Zig:10   | Identified the staff of fire "Xeul" {+Blink rF+}
182281 | Zig:10   | Identified the ring of Fazucale {Wiz rN+++}
182291 | Zig:11   | Entered Level 11 of a ziggurat
182294 | Zig:11   | Noticed an ancient lich
182294 | Zig:11   | Noticed an ancient lich
182295 | Zig:11   | Noticed a dread lich
182299 | Zig:11   | Killed an ancient lich
182299 | Zig:11   | Killed an ancient lich
182300 | Zig:11   | Reached skill level 27 in Maces & Flails
182301 | Zig:11   | Noticed a dread lich
182301 | Zig:11   | Noticed a dread lich
182301 | Zig:11   | Noticed a dread lich
182302 | Zig:11   | Killed a dread lich
182302 | Zig:11   | Killed a dread lich
182303 | Zig:11   | Reached skill level 27 in Long Blades
182303 | Zig:11   | Killed a dread lich
182308 | Zig:11   | Killed a dread lich
182308 | Zig:11   | Noticed a dread lich
182318 | Zig:11   | Reached skill level 27 in Earth Magic
182331 | Zig:11   | Killed a dread lich
182565 | Zig:12   | Entered Level 12 of a ziggurat
182576 | Zig:12   | Reached skill level 15 in Axes
182581 | Zig:12   | Reached skill level 18 in Axes
182806 | Zig:12   | Identified the +1 robe "Azaa" {rElec}
182810 | Zig:12   | Identified the +10 short sword "Naduirch" {protect, Fragile
                  | rPois Dex+5}
182815 | Zig:12   | Identified the +6 dagger of Qazlal, Mashing {drain, rC+
                  | Str+3 Int+2}
182816 | Zig:12   | Identified the amulet "Caleynic" {Reflect rCorr Str+2 Int-3
                  | Dex+3 SH+5}
182898 | Zig:13   | Entered Level 13 of a ziggurat
182917 | Zig:13   | Reached skill level 21 in Axes
183166 | Zig:13   | Identified the +4 robe "Toste" {rElec}
183167 | Zig:13   | Identified the +8 dagger of Revolt {drain, rElec Str-4
                  | Int+3}
183168 | Zig:13   | Identified the +4 sling of the Dragonfly {freeze, Dex+3}
183175 | Zig:13   | Identified the +5 scimitar "Mawnejoh" {venom, *Slow Fly
                  | MP+9 Dex+5}
183177 | Zig:13   | Identified the staff of fire "Kaemp" {Contam rElec rF+ rN+}
183183 | Zig:13   | Identified the +9 rapier of Tomorrow {venom, Int+4}
183186 | Zig:13   | Identified the +2 pair of gloves of Naguwn {rN+++ MP+9
                  | Str+2 Int-2}
183191 | Zig:14   | Entered Level 14 of a ziggurat
183366 | Zig:14   | Identified the +9 rapier of Offence {flame, rElec rF+ Str+6
                  | Dex-5}
183370 | Zig:14   | Identified the +1 chain mail of Xyelio {Dex+2 Stlth+}
183393 | Zig:14   | Identified the staff of death "Wobao" {rN+ Int-3 Dex+4}
183507 | Zig:15   | Entered Level 15 of a ziggurat
183513 | Zig:15   | Noticed Jeklifit's ghost (legendary FoFi)
183513 | Zig:15   | Noticed Becvyf's ghost (legendary GnFi)
183513 | Zig:15   | Noticed Vuopse's ghost (legendary GnIE)
183514 | Zig:15   | Noticed Likado's ghost (legendary GnSk)
183518 | Zig:15   | Reached skill level 24 in Axes
183519 | Zig:15   | Killed Likado's ghost
183519 | Zig:15   | Killed Becvyf's ghost
183519 | Zig:15   | Noticed Amikeex's ghost (adept TrMo)
183519 | Zig:15   | Noticed MrChinwatt's ghost (legendary DsWn)
183520 | Zig:15   | Noticed Hillam's ghost (legendary DsTm)
183520 | Zig:15   | Killed Jeklifit's ghost
183520 | Zig:15   | Killed Vuopse's ghost
183522 | Zig:15   | Noticed Talannal's ghost (legendary GnHW)
183523 | Zig:15   | Noticed Kucykkydd's ghost (legendary MiFi)
183523 | Zig:15   | Noticed Diezoyro's ghost (legendary DDNe)
183524 | Zig:15   | Noticed deprived's ghost (legendary HOFi)
183525 | Zig:15   | Killed Hillam's ghost
183525 | Zig:15   | Killed Amikeex's ghost
183525 | Zig:15   | Noticed WiseOSalty's ghost (legendary TrGl)
183526 | Zig:15   | Noticed Piginabag's ghost (veteran GnMo)
183526 | Zig:15   | Noticed Teaz Xo Upt's ghost (legendary GnFE)
183526 | Zig:15   | Noticed sleeves's ghost (legendary DsFi)
183529 | Zig:15   | Noticed Sext's ghost (legendary MiFi)
183530 | Zig:15   | Noticed Becvyf's ghost (legendary GnFi)
183531 | Zig:15   | Noticed Becvyf's ghost (legendary GnFi)
183532 | Zig:15   | Noticed Kufiz's ghost (master GrCK)
183532 | Zig:15   | Killed Talannal's ghost
183532 | Zig:15   | Killed MrChinwatt's ghost
183532 | Zig:15   | Killed Teaz Xo Upt's ghost
183532 | Zig:15   | Noticed Walil's ghost (veteran MiMo)
183532 | Zig:15   | Noticed Zoplarin's ghost (legendary BaSk)
183533 | Zig:15   | Noticed Fouwomub's ghost (legendary FoEE)
183533 | Zig:15   | Killed sleeves's ghost
183534 | Zig:15   | Killed Diezoyro's ghost
183534 | Zig:15   | Killed deprived's ghost
183535 | Zig:15   | Killed Kucykkydd's ghost
183535 | Zig:15   | Killed WiseOSalty's ghost
183535 | Zig:15   | Killed Kufiz's ghost
183535 | Zig:15   | Killed Becvyf's ghost
183535 | Zig:15   | Killed Becvyf's ghost
183535 | Zig:15   | Killed Walil's ghost
183535 | Zig:15   | Noticed Jargh's ghost (legendary FoFi)
183535 | Zig:15   | Noticed Dameikh's ghost (veteran FoFi)
183535 | Zig:15   | Noticed stevelinton's ghost (legendary KoBe)
183537 | Zig:15   | Noticed Unuchuin's ghost (legendary GnFi)
183537 | Zig:15   | Noticed Sext's ghost (legendary MiFi)
183538 | Zig:15   | Killed Zoplarin's ghost
183538 | Zig:15   | Killed Fouwomub's ghost
183539 | Zig:15   | Noticed Alysiarr's ghost (legendary KoHu)
183539 | Zig:15   | Killed stevelinton's ghost
183539 | Zig:15   | Killed Dameikh's ghost
183539 | Zig:15   | Killed Jargh's ghost
183540 | Zig:15   | Noticed Ebassic's ghost (veteran GrFi)
183541 | Zig:15   | Noticed Himmaryad's ghost (adept TrMo)
183560 | Zig:15   | Killed Unuchuin's ghost
183561 | Zig:15   | Killed Alysiarr's ghost
183562 | Zig:15   | Killed Piginabag's ghost
183564 | Zig:15   | Noticed Kufiz's ghost (master GrCK)
183564 | Zig:15   | Noticed BoringLoser's ghost (veteran TeAE)
183568 | Zig:15   | Killed Sext's ghost
183568 | Zig:15   | Killed Ebassic's ghost
183576 | Zig:15   | Killed BoringLoser's ghost
183577 | Zig:15   | Killed Himmaryad's ghost
183578 | Zig:15   | Reached skill level 27 in Axes
183626 | Zig:15   | Killed Kufiz's ghost
183712 | Zig:15   | Found the +8 Wrath of Trog {antimagic, *Rage Rampage}
183712 | Zig:15   | Found the +8 arc blade {discharge, rElec}
183808 | Zig:15   | Identified the +0 rapier of the Vase {vamp, Drain rElec
                  | Int+3 Dex+4}
183813 | Zig:15   | Identified the +1 leather armour of Fouxuw {rElec rPois
                  | rN+}
183830 | Zig:15   | Identified the +6 battleaxe "Eqyryp" {vamp, MP+9 Int+5
                  | Dex-2}
183833 | Zig:15   | Identified the staff of earth "Masieps" {Str-2 Int+6 Dex+2}
183875 | Zig:16   | Entered Level 16 of a ziggurat
183898 | Zig:16   | Noticed a dread lich
183935 | Zig:16   | Killed a dread lich
183941 | Zig:16   | Found the +8 frozen axe "Frostbite" {freeze, freezing
                  | cloud, *Noise Fly rC+}
183994 | Zig:16   | Found the +7 great mace "Firestarter" {flame, immolate,
                  | rFlCloud rF++}
184140 | Zig:16   | Identified the +3 long sword of Keidulleec {holy, rN+ Will-
                  | Int+2 Dex+2}
184143 | Zig:16   | Identified the +0 buckler of Doud {-Cast rC+ Will+ SInv}
184160 | Zig:16   | Identified the staff of earth "Qoniowid" {rF+ rC- Stlth+}
184169 | Zig:16   | Identified the +1 ring mail of the Sky {MP+9 Slay+5}
184314 | Zig:17   | Entered Level 17 of a ziggurat
184317 | Zig:17   | Noticed a dread lich
184322 | Zig:17   | Killed a dread lich
184406 | Zig:17   | Noticed a dread lich
184419 | Zig:17   | Killed a dread lich
184424 | Zig:17   | Noticed a dread lich
184506 | Zig:17   | Killed a dread lich
184594 | Zig:17   | Found the +12 pair of quick blades "Gyre" and "Gimble"
                  | {protect}
184787 | Zig:17   | Identified the +1 chain mail "Qeabbene" {rC+ Dex+3}
184804 | Zig:17   | Identified the staff of conjuration "Rinwage" {rElec rN+
                  | MP+9 Int+4}
184805 | Zig:17   | Identified the +1 dagger of the Endless March {antimagic,
                  | *Noise Fly Int-5 Dex+5}
184851 | Zig:18   | Entered Level 18 of a ziggurat
184859 | Zig:18   | Noticed an ancient lich
184859 | Zig:18   | Noticed a dread lich
184859 | Zig:18   | Noticed an ancient lich
184863 | Zig:18   | Noticed a dread lich
184863 | Zig:18   | Noticed a dread lich
184865 | Zig:18   | Noticed an ancient lich
184866 | Zig:18   | Noticed an ancient lich
184866 | Zig:18   | Noticed a dread lich
184866 | Zig:18   | Noticed a dread lich
184866 | Zig:18   | Killed a dread lich
184866 | Zig:18   | Killed a dread lich
184867 | Zig:18   | Killed an ancient lich
184867 | Zig:18   | Killed a dread lich
184867 | Zig:18   | Killed an ancient lich
184868 | Zig:18   | Killed an ancient lich
184869 | Zig:18   | Noticed an ancient lich
184869 | Zig:18   | Noticed a dread lich
184869 | Zig:18   | Noticed an ancient lich
184870 | Zig:18   | Killed a dread lich
184870 | Zig:18   | Noticed an ancient lich
184871 | Zig:18   | Killed an ancient lich
184871 | Zig:18   | Killed a dread lich
184872 | Zig:18   | Killed an ancient lich
184873 | Zig:18   | Killed an ancient lich
184873 | Zig:18   | Killed a dread lich
184873 | Zig:18   | Noticed a dread lich
184875 | Zig:18   | Noticed a dread lich
184875 | Zig:18   | Killed an ancient lich
184876 | Zig:18   | Noticed a dread lich
184876 | Zig:18   | Noticed an ancient lich
184877 | Zig:18   | Killed a dread lich
184877 | Zig:18   | Killed an ancient lich
184878 | Zig:18   | Killed a dread lich
184897 | Zig:18   | Killed a dread lich
184980 | Zig:18   | Found the +7 Spriggan's Knife {stab, EV+4 Stlth+}
185116 | Zig:18   | Identified the +1 falchion of Quicu {flame, Fly Str+3}
185196 | Zig:19   | Entered Level 19 of a ziggurat
185202 | Zig:19   | Noticed an ancient lich
185204 | Zig:19   | Noticed an ancient lich
185204 | Zig:19   | Noticed an ancient lich
185205 | Zig:19   | Noticed an ancient lich
185206 | Zig:19   | Noticed an ancient lich
185208 | Zig:19   | Killed an ancient lich
185208 | Zig:19   | Noticed an ancient lich
185208 | Zig:19   | Noticed an ancient lich
185209 | Zig:19   | Killed an ancient lich
185210 | Zig:19   | Killed an ancient lich
185210 | Zig:19   | Killed an ancient lich
185210 | Zig:19   | Killed an ancient lich
185213 | Zig:19   | Noticed an ancient lich
185214 | Zig:19   | Killed an ancient lich
185214 | Zig:19   | Killed an ancient lich
185215 | Zig:19   | Noticed an ancient lich
185216 | Zig:19   | Noticed an ancient lich
185218 | Zig:19   | Killed an ancient lich
185218 | Zig:19   | Killed an ancient lich
185221 | Zig:19   | Noticed an ancient lich
185222 | Zig:19   | Killed an ancient lich
185225 | Zig:19   | Noticed an ancient lich
185225 | Zig:19   | Killed an ancient lich
185227 | Zig:19   | Killed an ancient lich
185259 | Zig:19   | Found the +27 heavy crossbow "Sniper" {heavy, Acc+∞ SInv}
185554 | Zig:19   | Identified the +0 plate armour "Happ" {+Inv rElec Str-2
                  | Dex+4}
185557 | Zig:19   | Identified the +1 halberd "Memudd" {elec, rN+ Str+3}
185567 | Zig:19   | Identified the +2 short sword of the Nurturing Gods {spect,
                  | rC+ Int-4 Dex+3}
185570 | Zig:19   | Identified the ring of the Middle {rPois rC+ rN+ Str+3}
185573 | Zig:19   | Identified the ring "Jened" {AC+4 Stlth+}
185575 | Zig:19   | Identified the +4 mace of the Lettuce {antimagic, rPois
                  | Dex+3 SInv}
185576 | Zig:19   | Identified the ring "Tuenej" {rC+ rN+ Int-2 Slay+2 SInv}
185580 | Zig:19   | Identified the ring of Busitad {Fire rCorr Str+2 Slay+2}
185592 | Zig:19   | Identified the staff of death "Haroo" {rC+ rN+}
185593 | Zig:19   | Identified the ring "Pamaradwu" {Contam Will+ Dex+6 SInv}
185621 | Zig:20   | Entered Level 20 of a ziggurat
185667 | Zig:20   | Paralysed by a wendigo for 1 turns
185678 | Zig:20   | Found the brooch of Shielding {Spirit SH+8}
185682 | Zig:20   | Found the +8 whip "Snakebite" {venom, curare, rPois}
185899 | Zig:20   | Found the +3 pair of mountain boots {steadfast, rC+}
185935 | Zig:20   | Identified the ring of Bevuotuwn {Int+6 Dex+3}
185942 | Zig:20   | Identified the ring of Sodwer {rC+ Int+3}
185944 | Zig:20   | Identified the staff of fire "Jyusy" {rF+ Int+2 Stlth+}
185950 | Zig:20   | Identified the +2 battleaxe of Gozag's Envy {venom, rElec
                  | rC- Will+++ Int-3}
185968 | Zig:20   | Identified the staff of air "Ocvayno" {rElec rF+ Str+4}
186058 | Zig:21   | Entered Level 21 of a ziggurat
186087 | Zig:21   | Paralysed by a wendigo for 1 turns
186096 | Zig:21   | Paralysed by a wendigo for 1 turns
186127 | Zig:21   | Found the amulet of Elemental Vulnerability {rPois rF--
                  | rC-- AC+8}
186412 | Zig:21   | Identified the amulet "Yphij" {Spirit rC+ Regen+ Dex-5
                  | SInv}
186416 | Zig:21   | Identified the staff of air "Nary" {Drain rElec rN+++ rCorr
                  | Str+5 Dex-2}
186417 | Zig:21   | Identified the +6 chain mail of Xaz Muth {*Slow rC+ Regen+
                  | Int+6}
186423 | Zig:21   | Identified the +8 bardiche of Distraction {venom, rElec rF-
                  | rCorr Str-2}
186519 | Zig:22   | Entered Level 22 of a ziggurat
186538 | Zig:22   | Paralysed by an air elemental for 1 turns
186541 | Zig:22   | Paralysed by an air elemental for 1 turns
186853 | Zig:22   | Identified the +0 plate armour "Qiewef" {rPois rCorr Int+4}
186856 | Zig:22   | Identified the +0 swamp dragon scales "Ohorenny" {rPois rF+
                  | rC+ Str+2 Dex+2}
186861 | Zig:22   | Identified the +1 halberd "Nycluric" {drain, Drain Str+4
                  | Dex+6}
186862 | Zig:22   | Identified the +6 plate armour "Qojigh" {rF+ Int+4 Stlth+}
186867 | Zig:22   | Identified the +7 plate armour of Death's Door {rN+ Regen+
                  | Str-3}
186868 | Zig:22   | Identified the +1 short sword of Nien {distort, rElec rN+}
186877 | Zig:22   | Identified the staff of air "Bula Mamn" {rElec rN+ Str+2
                  | Int+3 SInv}
186968 | Zig:23   | Entered Level 23 of a ziggurat
187006 | Zig:23   | Found the ring of the Octopus King
187250 | Zig:23   | Identified a ring of the Octopus King {rCorr HP+2 AC+2 EV+2
                  | SH+2}
187251 | Zig:23   | Acquired 614 gold pieces
187253 | Zig:23   | Identified the +7 hand axe "Wuoqui Kuej" {antimagic, rF+++
                  | Will+++ Str-5}
187254 | Zig:23   | Identified the +7 rapier of Satyriasis {heavy, rF+ rC-
                  | MP+9}
187259 | Zig:23   | Identified the +0 robe of Dawn {rN+ Will+ Dex-4 Stlth+}
187265 | Zig:23   | Identified the +4 morningstar of Wyrd {flame, rC+ rN++
                  | Dex-4 Stlth+}
187545 | Zig:24   | Entered Level 24 of a ziggurat
187999 | Zig:24   | Identified the +2 great mace "Memepne" {freeze, Will+ Dex+4
                  | Stlth+}
188015 | Zig:24   | Identified the staff of poison "Hianegg" {rPois rC+ Stlth+}
188019 | Zig:24   | Identified the +3 plate armour of the Cartwright {*Slow
                  | rPois SInv Stlth+}
188024 | Zig:24   | Identified the ring "Jynaor Nilol" {Ice rElec rPois Str+2}
188033 | Zig:24   | Identified the staff of earth "Soareu" {rCorr Int+3}
188039 | Zig:24   | Identified the ring of Egitiq {Ice Int+8 Dex-3}
188209 | Zig:25   | Entered Level 25 of a ziggurat
188218 | Zig:25   | Noticed a dread lich
188218 | Zig:25   | Noticed an ancient lich
188219 | Zig:25   | Noticed an ancient lich
188220 | Zig:25   | Noticed an ancient lich
188223 | Zig:25   | Killed a dread lich
188224 | Zig:25   | Noticed a dread lich
188225 | Zig:25   | Killed an ancient lich
188225 | Zig:25   | Killed an ancient lich
188225 | Zig:25   | Killed an ancient lich
188226 | Zig:25   | Noticed an ancient lich
188228 | Zig:25   | Noticed an ancient lich
188228 | Zig:25   | Noticed a dread lich
188228 | Zig:25   | Noticed a dread lich
188229 | Zig:25   | Killed a dread lich
188230 | Zig:25   | Killed an ancient lich
188231 | Zig:25   | Noticed an ancient lich
188231 | Zig:25   | Noticed an ancient lich
188231 | Zig:25   | Noticed an ancient lich
188232 | Zig:25   | Killed a dread lich
188232 | Zig:25   | Killed an ancient lich
188234 | Zig:25   | Killed an ancient lich
188234 | Zig:25   | Killed a dread lich
188234 | Zig:25   | Noticed a dread lich
188236 | Zig:25   | Killed an ancient lich
188238 | Zig:25   | Killed an ancient lich
188239 | Zig:25   | Noticed an ancient lich
188240 | Zig:25   | Killed a dread lich
188241 | Zig:25   | Noticed a dread lich
188241 | Zig:25   | Noticed a dread lich
188241 | Zig:25   | Noticed an ancient lich
188242 | Zig:25   | Noticed a dread lich
188242 | Zig:25   | Noticed an ancient lich
188243 | Zig:25   | Killed a dread lich
188243 | Zig:25   | Killed an ancient lich
188243 | Zig:25   | Killed a dread lich
188243 | Zig:25   | Noticed an ancient lich
188244 | Zig:25   | Killed an ancient lich
188244 | Zig:25   | Killed a dread lich
188244 | Zig:25   | Killed an ancient lich
188245 | Zig:25   | Noticed a dread lich
188245 | Zig:25   | Noticed a dread lich
188247 | Zig:25   | Killed an ancient lich
188247 | Zig:25   | Killed a dread lich
188250 | Zig:25   | Noticed a dread lich
188251 | Zig:25   | Killed a dread lich
188251 | Zig:25   | Noticed an ancient lich
188253 | Zig:25   | Noticed an ancient lich
188256 | Zig:25   | Killed an ancient lich
188256 | Zig:25   | Killed a dread lich
188258 | Zig:25   | Killed an ancient lich
188370 | Zig:25   | Found the +7 sceptre of Torment {pain, torment}
188390 | Zig:25   | Identified the +2 mace of Xocryuty {flame, Dex+3}
188391 | Zig:25   | Identified the staff of death "Xenemiom" {rF- rN+ Str+4
                  | Int+3 Dex+2}
188393 | Zig:25   | Identified the +8 crystal plate armour of Bitterness {Fly
                  | rN+ Will-}
188396 | Zig:25   | Identified the +4 shortbow of the Volcano {freeze, rF+
                  | Str+2 Dex+2}
188400 | Zig:25   | Identified the staff of fire "Qurchesugg" {rPois rF+}
188404 | Zig:25   | Identified the +1 long sword "Nevofio" {holy, +Blink rN+}
188409 | Zig:25   | Identified the +1 plate armour of the Maze {rElec rF++ MP+9
                  | Dex-3}
188411 | Zig:25   | Identified the +1 pair of gloves "Xust" {rF++ Dex-2}
188414 | Zig:25   | Identified the ring of Truth {rF+ rN+ Int-2 Dex+4}
188418 | Zig:25   | Identified the +8 flail "Many" {freeze, Str+3 Dex+2 SInv}
188419 | Zig:25   | Identified the staff of air "Zayxer" {*Corrode rElec rN+++
                  | Str-5 Dex+5}
188424 | Zig:25   | Identified the staff of air "Coczofuc" {rElec Will+ rCorr}
188425 | Zig:25   | Identified the staff of cold "Ozuuph" {rPois rC+ SInv}
188427 | Zig:25   | Identified the +8 broad axe of the Shifting Weasel {freeze,
                  | rCorr Int+2 Stlth+}
188675 | Zig:26   | Entered Level 26 of a ziggurat
189156 | Zig:26   | Identified the staff of air "Egiw" {rElec rC+}
189165 | Zig:26   | Identified the staff of cold "Obeug" {rC+ Str-3 Int+3
                  | Dex+6}
189168 | Zig:26   | Identified the +0 robe of the Saviour {Int+4 Dex+2}
189173 | Zig:26   | Identified the ring "Emocsesu" {rN++ Will- rCorr Int+3
                  | Stlth+}
189175 | Zig:26   | Identified the staff of air "Awnull" {rElec rF++}
189297 | Zig:27   | Entered Level 27 of a ziggurat
189384 | Zig:27   | Found the ring of the Mage {Wiz Archmagi}
189820 | Zig:27   | Identified the +2 leather armour of Salvation {rF- Str+3
                  | SInv}
189823 | Zig:27   | Identified the +12 spear of the Spinneret {pain, Fly rF+
                  | rC+ rN+}
189836 | Zig:27   | Identified the +3 scale mail of the Trees {rF+ rCorr}
190081 | Depths:3 | Bought the +5 pair of gloves of Oblivion {Str+7 Int+3} for
                  | 1207 gold pieces
190113 | Depths:3 | Bought the +9 staff of Olgreb {rPois∞} for 2500 gold pieces
190113 | Depths:3 | Found the +9 staff of Olgreb {rPois∞}
190118 | Depths:3 | Bought the +10 morningstar "Eos" {elec, Halo rElec} for
                  | 2442 gold pieces
190118 | Depths:3 | Found the +10 morningstar "Eos" {elec, Halo rElec}
190125 | Depths:3 | Bought the +10 Black Knight's barding {ponderous, rPois
                  | rN+} for 1331 gold pieces
190125 | Depths:3 | Found the +10 Black Knight's barding {ponderous, rPois rN+}
190182 | Depths:4 | Lost mutation: You are partially covered in large bone
                  | plates. (SH +4) [potion of mutation]
190182 | Depths:4 | Lost mutation: You expend magic power (3 MP) to strengthen
                  | your wands. [potion of mutation]
190182 | Depths:4 | Gained mutation: Your body sometimes deteriorates upon
                  | taking damage. [potion of mutation]
190182 | Depths:4 | Gained mutation: Your muscles are strong. (Str +4, Int/Dex
                  | -1) [potion of mutation]
190183 | Depths:4 | Lost mutation: Your muscles are strong. (Str +4, Int/Dex
                  | -1) [potion of mutation]
190183 | Depths:4 | Lost mutation: Your system is resistant to poisons. (rPois)
                  | [potion of mutation]
190183 | Depths:4 | Lost mutation: Your body sometimes deteriorates upon taking
                  | damage. [potion of mutation]
190183 | Depths:4 | Gained mutation: You are robust. (+10% HP) [potion of
                  | mutation]
190183 | Depths:4 | Gained mutation: You are clumsy. (Dex -2) [potion of
                  | mutation]
190183 | Depths:4 | Gained mutation: You occasionally shout uncontrollably at
                  | your foes. [potion of mutation]
190184 | Depths:4 | Lost mutation: You are clumsy. (Dex -2) [potion of
                  | mutation]
190184 | Depths:4 | Lost mutation: You occasionally shout uncontrollably at
                  | your foes. [potion of mutation]
190184 | Depths:4 | Lost mutation: You are robust. (+10% HP) [potion of
                  | mutation]
190184 | Depths:4 | Gained mutation: Your body sometimes deteriorates upon
                  | taking damage. [potion of mutation]
190184 | Depths:4 | Gained mutation: You are somewhat resistant to further
                  | mutation. [potion of mutation]
190185 | Depths:4 | Lost mutation: Your body sometimes deteriorates upon taking
                  | damage. [potion of mutation]
190185 | Depths:4 | Lost mutation: You are somewhat resistant to further
                  | mutation. [potion of mutation]
190185 | Depths:4 | Gained mutation: You possess an exceptional clarity of
                  | mind. [potion of mutation]
190185 | Depths:4 | Gained mutation: You are clumsy. (Dex -2) [potion of
                  | mutation]
190186 | Depths:4 | Lost mutation: You are clumsy. (Dex -2) [potion of
                  | mutation]
190186 | Depths:4 | Lost mutation: You possess an exceptional clarity of mind.
                  | [potion of mutation]
190186 | Depths:4 | Gained mutation: You have hidden genetic potential. [potion
                  | of mutation]
190186 | Depths:4 | Gained mutation: You are dopey. (Int -2) [potion of
                  | mutation]
190186 | Depths:4 | Gained mutation: You are weak. (Str -2) [potion of
                  | mutation]
190186 | Depths:4 | Gained mutation: You are partially covered in large bone
                  | plates. (SH +4) [potion of mutation]
190189 | Zig:1    | Entered Level 1 of a ziggurat
190601 | Zig:2    | Entered Level 2 of a ziggurat
190664 | Zig:3    | Entered Level 3 of a ziggurat
190756 | Zig:4    | Entered Level 4 of a ziggurat
190756 | Zig:4    | Noticed a juggernaut
190759 | Zig:4    | Killed a juggernaut
190891 | Zig:4    | Identified the +1 flail of Wu Jian, Lusting {flame, Int+7}
190921 | Zig:4    | Identified the +0 scale mail of the Accordion {*Slow Will++
                  | Str+3}
190939 | Zig:5    | Entered Level 5 of a ziggurat
191067 | Zig:5    | Identified the +9 great sword of Conservatism {speed, rPois
                  | Int+4}
191108 | Zig:6    | Entered Level 6 of a ziggurat
191366 | Zig:7    | Entered Level 7 of a ziggurat
191509 | Zig:7    | Identified the staff of air "Boqussuf" {rElec rPois Str+3}
191644 | Zig:8    | Entered Level 8 of a ziggurat
191927 | Zig:8    | Identified the staff of fire "Muosk" {rF+ Will+ Str+3}
191928 | Zig:8    | Identified the +1 plate armour "Tovvyep" {rPois rN+}
191940 | Zig:9    | Entered Level 9 of a ziggurat
192032 | Zig:9    | Identified the +1 chain mail "Zentagas" {+Blink Str+4 Dex+4
                  | Stlth-}
192043 | Zig:9    | Identified the +6 great sword of Deeply Unsettling Duty
                  | {flame, Int+6}
192151 | Zig:10   | Entered Level 10 of a ziggurat
192474 | Zig:10   | Identified the +4 trident of Bodily Harmony {vamp, Dex+7}
192511 | Zig:11   | Entered Level 11 of a ziggurat
192515 | Zig:11   | Noticed an ancient lich
192516 | Zig:11   | Noticed an ancient lich
192517 | Zig:11   | Noticed an ancient lich
192518 | Zig:11   | Noticed an ancient lich
192519 | Zig:11   | Killed an ancient lich
192519 | Zig:11   | Killed an ancient lich
192519 | Zig:11   | Killed an ancient lich
192520 | Zig:11   | Killed an ancient lich
192524 | Zig:11   | Noticed an ancient lich
192525 | Zig:11   | Noticed an ancient lich
192533 | Zig:11   | Killed an ancient lich
192546 | Zig:11   | Killed an ancient lich
192754 | Zig:11   | Identified the staff of poison "Yhibbauri" {*Slow rPois rF+
                  | Str+3}
192821 | Zig:12   | Entered Level 12 of a ziggurat
193200 | Zig:12   | Identified the +7 halberd "Foigric" {speed, rPois rN+++
                  | Dex-5}
193212 | Zig:12   | Identified the +5 flail of Intimidation {flame, rN+}
193262 | Zig:13   | Entered Level 13 of a ziggurat
193302 | Zig:13   | Found the ring of the Hare {EV+10}
193451 | Zig:13   | Identified the +7 long sword "Biafofa" {flame, rElec rF-
                  | rN+ Str+3}
193463 | Zig:13   | Identified the +0 quarterstaff "Ilualon" {pain, rPois rN+}
193464 | Zig:13   | Identified the +6 scimitar of Laceration {holy, Fly Will+}
193473 | Zig:13   | Identified the +12 sling "Roucrukk" {freeze, rC++ Dex+3}
193479 | Zig:13   | Identified the ring of Ceherri {rC+ Str+6}
193481 | Zig:13   | Identified the +11 mace of Xoirifikhle {pain, Str+4}
193505 | Zig:13   | Identified the ring "Gaomut Jeck" {rPois rF+ rC+ Will++
                  | Dex+6}
193639 | Zig:14   | Entered Level 14 of a ziggurat
193646 | Zig:14   | Noticed Nydwia the pandemonium lord
193649 | Zig:14   | Noticed Ipehykoy the pandemonium lord
193652 | Zig:14   | Killed Nydwia the pandemonium lord
193652 | Zig:14   | Noticed Muhoero the pandemonium lord
193652 | Zig:14   | Noticed Xeghekes the pandemonium lord
193653 | Zig:14   | Noticed Nestieg the pandemonium lord
193654 | Zig:14   | Noticed Eteasmo the pandemonium lord
193654 | Zig:14   | Noticed Fatz the pandemonium lord
193655 | Zig:14   | Killed Ipehykoy the pandemonium lord
193655 | Zig:14   | Noticed Xeadghaxuq the pandemonium lord
193656 | Zig:14   | Noticed Ilaarux the pandemonium lord
193656 | Zig:14   | Killed Nestieg the pandemonium lord
193657 | Zig:14   | Noticed Taroxakh the pandemonium lord
193657 | Zig:14   | Noticed Lizi the pandemonium lord
193658 | Zig:14   | Noticed Voubatie the pandemonium lord
193658 | Zig:14   | Killed Xeghekes the pandemonium lord
193658 | Zig:14   | Killed Muhoero the pandemonium lord
193658 | Zig:14   | Noticed Gofepyec the pandemonium lord
193660 | Zig:14   | Killed Xeadghaxuq the pandemonium lord
193660 | Zig:14   | Killed Ilaarux the pandemonium lord
193661 | Zig:14   | Killed Eteasmo the pandemonium lord
193661 | Zig:14   | Killed Fatz the pandemonium lord
193662 | Zig:14   | Killed Lizi the pandemonium lord
193662 | Zig:14   | Killed Voubatie the pandemonium lord
193662 | Zig:14   | Noticed Naob the pandemonium lord
193663 | Zig:14   | Killed Taroxakh the pandemonium lord
193663 | Zig:14   | Noticed Daotu the pandemonium lord
193664 | Zig:14   | Noticed Mer Demi the pandemonium lord
193667 | Zig:14   | Noticed Ilagin the pandemonium lord
193668 | Zig:14   | Noticed Nollig the pandemonium lord
193670 | Zig:14   | Killed Gofepyec the pandemonium lord
193670 | Zig:14   | Noticed Wuucva the pandemonium lord
193671 | Zig:14   | Killed Naob the pandemonium lord
193672 | Zig:14   | Killed Mer Demi the pandemonium lord
193672 | Zig:14   | Killed Ilagin the pandemonium lord
193672 | Zig:14   | Killed Daotu the pandemonium lord
193672 | Zig:14   | Noticed Semug the pandemonium lord
193673 | Zig:14   | Killed Nollig the pandemonium lord
193673 | Zig:14   | Noticed Biucvuhig the pandemonium lord
193675 | Zig:14   | Noticed Lyipisedgh the pandemonium lord
193676 | Zig:14   | Noticed Wuuh the pandemonium lord
193676 | Zig:14   | Noticed Yreydak the pandemonium lord
193677 | Zig:14   | Noticed Fodu the pandemonium lord
193677 | Zig:14   | Noticed Ummuih the pandemonium lord
193678 | Zig:14   | Killed Biucvuhig the pandemonium lord
193679 | Zig:14   | Killed Semug the pandemonium lord
193679 | Zig:14   | Killed Wuucva the pandemonium lord
193680 | Zig:14   | Killed Wuuh the pandemonium lord
193680 | Zig:14   | Killed Lyipisedgh the pandemonium lord
193680 | Zig:14   | Noticed Iguodulib the pandemonium lord
193681 | Zig:14   | Noticed Ikaopse the pandemonium lord
193683 | Zig:14   | Killed Yreydak the pandemonium lord
193683 | Zig:14   | Killed Fodu the pandemonium lord
193683 | Zig:14   | Killed Ummuih the pandemonium lord
193687 | Zig:14   | Killed Iguodulib the pandemonium lord
193687 | Zig:14   | Killed Ikaopse the pandemonium lord
193688 | Zig:14   | Noticed Iruebec the pandemonium lord
193689 | Zig:14   | Noticed Pelaycamm the pandemonium lord
193691 | Zig:14   | Killed Pelaycamm the pandemonium lord
193691 | Zig:14   | Killed Iruebec the pandemonium lord
193952 | Zig:14   | Identified the staff of cold "Kymylasawk" {rC+ MP+9 Str+5
                  | Stlth-}
193957 | Zig:14   | Identified the ring of Rurrix {Slay+4 Stlth+}
193960 | Zig:14   | Identified the staff of poison "Metikk" {rPois Dex+3
                  | Stlth+}
193989 | Zig:14   | Identified the ring of Folybbac {Fire rPois rN+ MP+9 Int+3}
193992 | Zig:14   | Identified the staff of earth "Aphoethra" {rPois MP+9
                  | Stlth-}
193997 | Zig:14   | Identified the +0 dagger of Yrueck {flame, *Rage Str+6}
194071 | Zig:15   | Entered Level 15 of a ziggurat
194323 | Zig:15   | Identified the +10 hand axe "Murmur" {holy, rF+ rN+ rCorr
                  | Int-3}
194324 | Zig:15   | Identified the staff of fire "Cekkenapn" {rF+ Str+3 Int+5}
194325 | Zig:15   | Identified the amulet "Disaptibb" {RegenMP Int+3}
194334 | Zig:15   | Identified the +9 great mace "Nuikh" {freeze, Fly}
197396 | Zig:16   | Entered Level 16 of a ziggurat
197708 | Zig:16   | Identified the amulet "Qamyotruo" {Spirit +Inv Fly Will-
                  | Int+4}
197724 | Zig:16   | Identified the +8 dagger "Kiegu" {drain, Str+3}
197734 | Zig:16   | Identified the staff of cold "Ytusuzo" {+Blink rC+}
197754 | Zig:16   | Identified the amulet "Lutwumuo" {Faith Fly rElec rPois
                  | rN+}
197756 | Zig:16   | Identified the ring of Zoan Nady {*Slow AC+4 Int+3 Dex+6
                  | SInv}
197758 | Zig:16   | Identified the +7 trident of Abomination {vamp, rN+ rCorr}
197858 | Zig:17   | Entered Level 17 of a ziggurat
197867 | Zig:17   | Noticed frimble's ghost (adept DsGl)
197867 | Zig:17   | Noticed stevelinton's ghost (legendary KoBe)
197867 | Zig:17   | Noticed TuffENuff's ghost (legendary FoFi)
197869 | Zig:17   | Noticed Likado's ghost (legendary GnSk)
197869 | Zig:17   | Noticed Piginabag's ghost (legendary DsSk)
197870 | Zig:17   | Noticed Hacvoq's ghost (legendary HOFi)
197870 | Zig:17   | Noticed Zoplarin's ghost (legendary BaSk)
197870 | Zig:17   | Noticed Xorhowon's ghost (legendary MiBe)
197870 | Zig:17   | Noticed Xutext's ghost (adept DsAK)
197870 | Zig:17   | Noticed Marixus's ghost (legendary DDFi)
197871 | Zig:17   | Noticed Waohesse's ghost (legendary VSFi)
197871 | Zig:17   | Noticed Diezoyro's ghost (legendary DDNe)
197872 | Zig:17   | Noticed Pikuto's ghost (adept MiBe)
197873 | Zig:17   | Noticed Viugiw's ghost (legendary TeBe)
197873 | Zig:17   | Noticed thechecker02's ghost (master DDFi)
197875 | Zig:17   | Killed stevelinton's ghost
197875 | Zig:17   | Killed Xutext's ghost
197875 | Zig:17   | Killed frimble's ghost
197875 | Zig:17   | Noticed Xocw's ghost (legendary GrMo)
197875 | Zig:17   | Noticed Vuopse's ghost (legendary GnIE)
197876 | Zig:17   | Killed TuffENuff's ghost
197877 | Zig:17   | Killed Piginabag's ghost
197877 | Zig:17   | Killed Likado's ghost
197877 | Zig:17   | Noticed Uhosoup's ghost (veteran GrFi)
197877 | Zig:17   | Noticed heteroy's ghost (legendary DsHu)
197878 | Zig:17   | Noticed Ucrups's ghost (legendary MiFi)
197878 | Zig:17   | Noticed Kucykkydd's ghost (legendary MiFi)
197878 | Zig:17   | Killed Pikuto's ghost
197878 | Zig:17   | Killed Zoplarin's ghost
197878 | Zig:17   | Noticed corvin's ghost (legendary OgWn)
197878 | Zig:17   | Noticed Fenir's ghost (legendary GnAE)
197878 | Zig:17   | Noticed Pohawk's ghost (adept MiGl)
197879 | Zig:17   | Killed Viugiw's ghost
197879 | Zig:17   | Killed Hacvoq's ghost
197880 | Zig:17   | Noticed Amikeex's ghost (adept TrMo)
197882 | Zig:17   | Killed Diezoyro's ghost
197884 | Zig:17   | Noticed corvin's ghost (legendary OgWn)
197884 | Zig:17   | Killed Waohesse's ghost
197884 | Zig:17   | Killed Xocw's ghost
197885 | Zig:17   | Killed Vuopse's ghost
197885 | Zig:17   | Killed Ucrups's ghost
197885 | Zig:17   | Killed Marixus's ghost
197885 | Zig:17   | Killed Fenir's ghost
197885 | Zig:17   | Killed Kucykkydd's ghost
197886 | Zig:17   | Killed Uhosoup's ghost
197886 | Zig:17   | Killed corvin's ghost
197886 | Zig:17   | Killed thechecker02's ghost
197886 | Zig:17   | Killed Amikeex's ghost
197887 | Zig:17   | Noticed Jargh's ghost (legendary FoFi)
197887 | Zig:17   | Noticed Viugiw's ghost (legendary TeBe)
197887 | Zig:17   | Noticed Zoplarin's ghost (legendary BaSk)
197887 | Zig:17   | Noticed Ycuhohed's ghost (veteran TeBe)
197887 | Zig:17   | Noticed deprived's ghost (legendary HOFi)
197888 | Zig:17   | Killed heteroy's ghost
197888 | Zig:17   | Killed corvin's ghost
197889 | Zig:17   | Killed Viugiw's ghost
197889 | Zig:17   | Killed Xorhowon's ghost
197889 | Zig:17   | Killed Pohawk's ghost
197889 | Zig:17   | Noticed scarywalker64's ghost (legendary GrEE)
197889 | Zig:17   | Noticed lukano's ghost (legendary GrFi)
197890 | Zig:17   | Noticed Xaowkis's ghost (legendary GnWr)
197891 | Zig:17   | Noticed Xocw's ghost (legendary GrMo)
197891 | Zig:17   | Noticed grandjackal's ghost (legendary DsGl)
197891 | Zig:17   | Noticed melllvar's ghost (legendary MiBe)
197892 | Zig:17   | Noticed melllvar's ghost (legendary MiBe)
197892 | Zig:17   | Noticed BerryKnight's ghost (legendary DgFi)
197892 | Zig:17   | Noticed sleeves's ghost (legendary HuSk)
197892 | Zig:17   | Noticed Polaczum's ghost (adept TrMo)
197892 | Zig:17   | Noticed Pikuto's ghost (adept MiBe)
197895 | Zig:17   | Killed Jargh's ghost
197898 | Zig:17   | Killed Ycuhohed's ghost
197900 | Zig:17   | Noticed Kalug's ghost (legendary DrFi)
197903 | Zig:17   | Killed deprived's ghost
197905 | Zig:17   | Noticed andrewp's ghost (veteran MiBe)
197905 | Zig:17   | Noticed EricTams's ghost (veteran MiBe)
197905 | Zig:17   | Killed Zoplarin's ghost
197906 | Zig:17   | Noticed tigertrap's ghost (legendary DgHW)
197910 | Zig:17   | Killed grandjackal's ghost
197910 | Zig:17   | Noticed Ycuhohed's ghost (veteran TeBe)
197911 | Zig:17   | Killed lukano's ghost
197911 | Zig:17   | Killed Xaowkis's ghost
197911 | Zig:17   | Killed Pikuto's ghost
197911 | Zig:17   | Killed scarywalker64's ghost
197913 | Zig:17   | Killed BerryKnight's ghost
197913 | Zig:17   | Killed Kalug's ghost
197913 | Zig:17   | Gained mutation: Your system is resistant to poisons.
                  | (rPois) [hidden potential]
197913 | Zig:17   | Lost mutation: You have hidden genetic potential. [hidden
                  | potential expressed]
197914 | Zig:17   | Killed melllvar's ghost
197915 | Zig:17   | Killed melllvar's ghost
197918 | Zig:17   | Killed sleeves's ghost
197920 | Zig:17   | Killed tigertrap's ghost
197920 | Zig:17   | Killed andrewp's ghost
197920 | Zig:17   | Killed EricTams's ghost
197920 | Zig:17   | Killed Ycuhohed's ghost
197921 | Zig:17   | Killed Polaczum's ghost
197925 | Zig:17   | Killed Xocw's ghost
198226 | Zig:17   | Acquired the ring "Boafic" {rCorr Str+6}
198227 | Zig:17   | Acquired the +3 Mad Mage's Maulers {Infuse+∞ VampMP -Cast}
198227 | Zig:17   | Found the +3 Mad Mage's Maulers {Infuse+∞ VampMP -Cast}
198232 | Zig:17   | Identified the +7 long sword of the Hills {flame, rC++
                  | Dex+2}
198234 | Zig:17   | Identified the staff of death "Qiarus" {rN+ Will- rCorr
                  | Str+2 Dex+4}
198239 | Zig:17   | Identified the +2 shortbow "Arphuok" {drain, rElec rF++
                  | Int-5}
198327 | Zig:17   | Lost mutation: Your system is resistant to poisons. (rPois)
                  | [potion of mutation]
198327 | Zig:17   | Lost mutation: You are partially covered in large bone
                  | plates. (SH +4) [potion of mutation]
198327 | Zig:17   | Gained mutation: Your movements are slightly less
                  | encumbered by armour. (ER -2) [potion of mutation]
198327 | Zig:17   | Lost mutation: You are weak. (Str -2) [potion of mutation]
198327 | Zig:17   | Gained mutation: You are somewhat resistant to further
                  | mutation. [potion of mutation]
198328 | Zig:17   | Lost mutation: You are dopey. (Int -2) [potion of mutation]
198328 | Zig:17   | Lost mutation: You are somewhat resistant to further
                  | mutation. [potion of mutation]
198328 | Zig:17   | Gained mutation: You are partially covered in large bone
                  | plates. (SH +4) [potion of mutation]
198329 | Zig:17   | Lost mutation: Your movements are slightly less encumbered
                  | by armour. (ER -2) [potion of mutation]
198329 | Zig:17   | Lost mutation: You are partially covered in large bone
                  | plates. (SH +4) [potion of mutation]
198329 | Zig:17   | Gained mutation: Your mind is acute. (Int +4, Str/Dex -1)
                  | [potion of mutation]
198329 | Zig:17   | Lost mutation: Your mind is acute. (Int +4, Str/Dex -1)
                  | [potion of mutation]
198329 | Zig:17   | Gained mutation: You passively map a small area around you.
                  | [potion of mutation]
198330 | Zig:17   | Lost mutation: You passively map a small area around you.
                  | [potion of mutation]
198330 | Zig:17   | Gained mutation: You possess an exceptional clarity of
                  | mind. [potion of mutation]
198330 | Zig:17   | Gained mutation: You are vulnerable to heat. (rF-) [potion
                  | of mutation]
198330 | Zig:17   | Gained mutation: You have sharp toenails. [potion of
                  | mutation]
198331 | Zig:17   | Lost mutation: You have sharp toenails. [potion of
                  | mutation]
198331 | Zig:17   | Lost mutation: You possess an exceptional clarity of mind.
                  | [potion of mutation]
198331 | Zig:17   | Lost mutation: You are vulnerable to heat. (rF-) [potion of
                  | mutation]
198331 | Zig:17   | Gained mutation: You are clumsy. (Dex -2) [potion of
                  | mutation]
198331 | Zig:17   | Gained mutation: You have large cloven feet. [potion of
                  | mutation]
198332 | Zig:17   | Lost mutation: You have large cloven feet. [potion of
                  | mutation]
198332 | Zig:17   | Lost mutation: You are clumsy. (Dex -2) [potion of
                  | mutation]
198332 | Zig:17   | Gained mutation: Your natural rate of healing is unusually
                  | fast. [potion of mutation]
198333 | Zig:17   | Lost mutation: Your natural rate of healing is unusually
                  | fast. [potion of mutation]
198333 | Zig:17   | Gained mutation: You are clumsy. (Dex -2) [potion of
                  | mutation]
198334 | Zig:17   | Lost mutation: You are clumsy. (Dex -2) [potion of
                  | mutation]
198334 | Zig:17   | Gained mutation: Your flesh is heat resistant. (rF+)
                  | [potion of mutation]
198334 | Zig:17   | Gained mutation: Your mind is acute. (Int +4, Str/Dex -1)
                  | [potion of mutation]
198337 | Zig:18   | Entered Level 18 of a ziggurat
198353 | Zig:18   | Noticed a juggernaut
198353 | Zig:18   | Noticed a juggernaut
198354 | Zig:18   | Noticed a juggernaut
198354 | Zig:18   | Noticed a juggernaut
198355 | Zig:18   | Noticed a juggernaut
198356 | Zig:18   | Noticed a juggernaut
198356 | Zig:18   | Noticed a juggernaut
198356 | Zig:18   | Noticed a juggernaut
198357 | Zig:18   | Noticed a juggernaut
198357 | Zig:18   | Noticed a juggernaut
198358 | Zig:18   | Killed a juggernaut
198358 | Zig:18   | Killed a juggernaut
198358 | Zig:18   | Killed a juggernaut
198358 | Zig:18   | Killed a juggernaut
198358 | Zig:18   | Noticed a juggernaut
198361 | Zig:18   | Killed a juggernaut
198361 | Zig:18   | Killed a juggernaut
198361 | Zig:18   | Killed a juggernaut
198361 | Zig:18   | Killed a juggernaut
198361 | Zig:18   | Killed a juggernaut
198365 | Zig:18   | Killed a juggernaut
198365 | Zig:18   | Killed a juggernaut
198922 | Zig:18   | Identified the +11 hand axe of Brutal Revenge {venom, rN+}
198926 | Zig:18   | Identified the +10 rapier "Qorph" {speed, rF+ Stlth+}
198976 | Zig:19   | Entered Level 19 of a ziggurat
199239 | Zig:19   | Found the ring of the Octopus King
199332 | Zig:19   | Identified the staff of poison "Meakoudd" {Fly rPois Str+5
                  | Dex+3}
199333 | Zig:19   | Identified the +2 war axe "Bemicuso" {speed, rCorr MP+9}
199334 | Zig:19   | Identified the staff of earth "Neon" {rCorr Int-3 Dex+2}
199338 | Zig:19   | Identified the +0 chain mail of the Cockatrice {Str+3 SInv}
199343 | Zig:19   | Identified the +2 chain mail of Lethargy {rC+}
199346 | Zig:19   | Identified the +4 scale mail of Bright Lucidity {Dex+2}
199349 | Zig:19   | Identified the +0 battleaxe "Usogorph" {flame, Will+}
199350 | Zig:19   | Identified the +8 whip of Lachrymose Exoneration {vamp,
                  | rF+}
199356 | Zig:19   | Identified a ring of the Octopus King {rN+ HP+2 AC+2 EV+2
                  | SH+2}
199558 | Zig:20   | Entered Level 20 of a ziggurat
199564 | Zig:20   | Noticed a dread lich
199564 | Zig:20   | Noticed a dread lich
199565 | Zig:20   | Noticed a dread lich
199567 | Zig:20   | Noticed a dread lich
199569 | Zig:20   | Killed a dread lich
199569 | Zig:20   | Noticed a dread lich
199570 | Zig:20   | Killed a dread lich
199571 | Zig:20   | Noticed a dread lich
199572 | Zig:20   | Killed a dread lich
199573 | Zig:20   | Noticed an ancient lich
199573 | Zig:20   | Killed a dread lich
199573 | Zig:20   | Killed a dread lich
199574 | Zig:20   | Noticed an ancient lich
199574 | Zig:20   | Noticed an ancient lich
199575 | Zig:20   | Noticed an ancient lich
199575 | Zig:20   | Noticed an ancient lich
199575 | Zig:20   | Killed an ancient lich
199575 | Zig:20   | Killed an ancient lich
199575 | Zig:20   | Killed a dread lich
199575 | Zig:20   | Noticed a dread lich
199576 | Zig:20   | Killed an ancient lich
199576 | Zig:20   | Noticed an ancient lich
199576 | Zig:20   | Noticed an ancient lich
199577 | Zig:20   | Noticed a dread lich
199578 | Zig:20   | Noticed a dread lich
199578 | Zig:20   | Noticed an ancient lich
199578 | Zig:20   | Noticed a dread lich
199580 | Zig:20   | Killed an ancient lich
199580 | Zig:20   | Killed an ancient lich
199580 | Zig:20   | Killed a dread lich
199580 | Zig:20   | Killed a dread lich
199582 | Zig:20   | Noticed a dread lich
199583 | Zig:20   | Killed a dread lich
199583 | Zig:20   | Killed a dread lich
199583 | Zig:20   | Killed an ancient lich
199583 | Zig:20   | Killed an ancient lich
199584 | Zig:20   | Killed an ancient lich
199584 | Zig:20   | Killed a dread lich
199585 | Zig:20   | Noticed an ancient lich
199585 | Zig:20   | Found the +9 sword of Power {lifebolt}
199586 | Zig:20   | Noticed a dread lich
199588 | Zig:20   | Killed a dread lich
199591 | Zig:20   | Killed an ancient lich
199983 | Zig:20   | Identified the staff of death "Fic Woz" {rElec rC+ rN+
                  | rCorr}
200001 | Zig:20   | Identified the staff of cold "Tuid" {Fly rF++ rC+ Int+2
                  | Dex-2}
200004 | Zig:20   | Identified the staff of air "Jioroes" {Contam Fly rElec rF+
                  | Int+5 SInv}
200007 | Zig:20   | Identified the ring of Ecsant {Fire Slay+3}
200008 | Zig:20   | Identified the +3 short sword of the Irksome God {drain,
                  | rElec rF- Int+3 Dex+3}
200010 | Zig:20   | Identified the +8 chain mail of the Fiddle {rF+}
200012 | Zig:20   | Identified the amulet of the Many Xenophobes {RegenMP
                  | Dex+5}
200015 | Zig:20   | Identified the amulet of Hedonism {rElec rN++ Regen+ Str-2
                  | Slay+6}
200094 | Zig:21   | Entered Level 21 of a ziggurat
200144 | Zig:21   | Noticed Cuxoze the pandemonium lord
200153 | Zig:21   | Killed Cuxoze the pandemonium lord
200586 | Zig:21   | Identified the amulet "Qimoes" {RegenMP Str+2 Slay+2}
200592 | Zig:21   | Identified the +8 falchion of a Gauntlet {drain, Str-4
                  | Int+3 Dex+3 Stlth+}
200594 | Zig:21   | Identified the ring of Edotague {rPois rC+ Will+ Str+2}
200602 | Zig:21   | Identified the +1 scimitar "Odaush" {venom, Dex+2}
200607 | Zig:21   | Identified the +8 morningstar "Caeplec" {heavy, Fly}
200608 | Zig:21   | Identified the +0 leather armour of the Demon Prince {rElec
                  | Regen+ Str-3 Slay+5}
200609 | Zig:21   | Identified the ring "Wyecap" {rF+ AC+4 SInv}
200616 | Zig:21   | Identified the +1 quarterstaff "Bingo" {speed, Int+4}
200620 | Zig:21   | Identified the staff of death "Nelul" {rN+ Int+3}
200623 | Zig:21   | Identified the +6 longbow of the Moon {heavy, rElec rC-
                  | SInv Stlth+}
200624 | Zig:21   | Identified the +0 shortbow of Qazlal's Vengeance {speed,
                  | rPois Dex+3}
200625 | Zig:21   | Identified the staff of cold "Keluifog" {rC+ Int+4 Dex+5}
200700 | Zig:22   | Entered Level 22 of a ziggurat
200711 | Zig:22   | Noticed a dread lich
200712 | Zig:22   | Noticed an ancient lich
200717 | Zig:22   | Noticed an ancient lich
200718 | Zig:22   | Noticed an ancient lich
200718 | Zig:22   | Killed a dread lich
200718 | Zig:22   | Killed an ancient lich
200718 | Zig:22   | Noticed an ancient lich
200719 | Zig:22   | Killed an ancient lich
200720 | Zig:22   | Noticed a dread lich
200723 | Zig:22   | Killed an ancient lich
200724 | Zig:22   | Killed an ancient lich
200724 | Zig:22   | Noticed a dread lich
200725 | Zig:22   | Killed a dread lich
200726 | Zig:22   | Noticed a dread lich
200727 | Zig:22   | Killed a dread lich
200727 | Zig:22   | Noticed an ancient lich
200727 | Zig:22   | Noticed a dread lich
200730 | Zig:22   | Noticed a dread lich
200730 | Zig:22   | Killed a dread lich
200730 | Zig:22   | Noticed a dread lich
200731 | Zig:22   | Noticed a dread lich
200733 | Zig:22   | Killed an ancient lich
200733 | Zig:22   | Killed a dread lich
200734 | Zig:22   | Noticed an ancient lich
200735 | Zig:22   | Noticed an ancient lich
200735 | Zig:22   | Killed a dread lich
200735 | Zig:22   | Killed a dread lich
200737 | Zig:22   | Killed an ancient lich
200737 | Zig:22   | Killed a dread lich
200741 | Zig:22   | Killed an ancient lich
201157 | Zig:22   | Identified the +10 great mace of Urphull {flame, Will-
                  | Int+2 Dex+3 Stlth+}
201174 | Zig:22   | Identified the quicksilver dragon scales of the Original
                  | Sin {Will+ Str+3}
201179 | Zig:22   | Identified the staff of air "Yloetah" {rElec Int+5}
201187 | Zig:22   | Identified the +10 flail of Jonwanag {flame, Stlth+}
201188 | Zig:22   | Identified the +0 spear "Etiel" {venom, MP+9}
201283 | Zig:23   | Entered Level 23 of a ziggurat
201586 | Zig:23   | Identified the +2 leather armour of the Heavens {Rampage}
201587 | Zig:23   | Identified the ring of Goafob {Str+3 Dex+6}
201588 | Zig:23   | Identified the +1 robe of Insatiable Hunger {Rampage Str+3}
201592 | Zig:23   | Identified the staff of fire "Xoepriur" {Fly rF+ Str+3
                  | Dex+4}
201593 | Zig:23   | Identified the ring of Keojoud {rN++ rCorr}
201594 | Zig:23   | Identified the +5 halberd of the Abyss {protect, Str+3
                  | Stlth+}
201601 | Zig:23   | Identified the ring "Suroemus" {Fly rF+ Will++}
201606 | Zig:23   | Identified the ring "Qohe" {Will+ EV+5 Stlth+}
201611 | Zig:23   | Identified the staff of death "Duurah" {rN+ Will+ Str+2}
201614 | Zig:23   | Identified the staff of poison "Pimmum" {rElec rPois Will++
                  | Str+2 Dex-4}
201914 | Zig:24   | Entered Level 24 of a ziggurat
202361 | Zig:24   | Identified the +3 lajatang of the Mashing Gods {freeze,
                  | Int+6}
202377 | Zig:24   | Identified the +8 quarterstaff "Zad Upp" {freeze, *Corrode
                  | Str+5 Stlth+}
202378 | Zig:24   | Identified the +4 morningstar "Myr Limy" {protect, *Rage
                  | rF+ Str+4}
202380 | Zig:24   | Identified the staff of conjuration "Goweu" {rF+ rN+}
202385 | Zig:24   | Identified the ring of Ewkump {*Slow Fly rPois rCorr AC+4}
202514 | Zig:25   | Entered Level 25 of a ziggurat
202577 | Zig:25   | Noticed Ruasawes the pandemonium lord
202586 | Zig:25   | Killed Ruasawes the pandemonium lord
203239 | Zig:25   | Identified the ring "Neidusay" {Str+5 Int+5 Dex-3 Slay+4}
203240 | Zig:25   | Found the ring of the Octopus King
203241 | Zig:25   | Identified the staff of earth "Pipa" {*Corrode rElec rN+++
                  | Int-3}
203245 | Zig:25   | Identified the ring of Mistrust {Fly Will+ Str+4}
203248 | Zig:25   | Identified the staff of air "Geen" {Fragile rElec rPois rF-
                  | Str+5 SInv}
203250 | Zig:25   | Identified a ring of the Octopus King {rF+ HP+2 AC+2 EV+2
                  | SH+2}
203255 | Zig:25   | Identified the +11 flail "Ugalauf" {protect, rCorr Dex+3}
203266 | Zig:25   | Identified the ring "Wixtejag" {Fly MP+9 Slay+2 Stlth-}
203267 | Zig:25   | Identified the +0 leather armour of Whack-A-Mole {rElec
                  | rPois Regen+}
203270 | Zig:25   | Identified the +2 acid dragon scales of Baldness {Harm
                  | Will+ rCorr Str-3 Int+2}
203272 | Zig:25   | Identified the +1 kite shield of the Illusory Bones {+Inv
                  | rElec Int+6 SInv}
203356 | Zig:26   | Entered Level 26 of a ziggurat
203405 | Zig:26   | Found the ring of the Octopus King
203921 | Zig:26   | Identified the ring "Vyviufad" {Fly Will+}
203925 | Zig:26   | Identified the +2 ring mail of Lethargy {Contam MP+9 SInv}
203935 | Zig:26   | Identified the +3 leather armour of True Grit {Contam rN+
                  | Str+3}
203937 | Zig:26   | Identified the +7 battleaxe of Tolil {flame, rElec}
203939 | Zig:26   | Identified a ring of the Octopus King {HP+2 AC+2 EV+2 SH+2
                  | SInv}
203955 | Zig:26   | Identified the +5 falchion "Kikh" {heavy, rC+ rN+ rCorr
                  | Int+2}
203957 | Zig:26   | Identified the staff of death "Gisejow" {rN+ Will+ rCorr
                  | MP+9 Int-3}
204096 | Zig:27   | Entered Level 27 of a ziggurat
204127 | Zig:27   | Found the +7 Throatcutter {drain, coup de grace}
204136 | Zig:27   | Found the +8 storm bow {elec, penet}
204281 | Zig:27   | Identified the +2 sling "Miqenlun" {heavy, Str+4}
204282 | Zig:27   | Identified the +1 quarterstaff of Ukus {pain, rPois rCorr
                  | Stlth+}
204299 | Zig:27   | Identified the +1 quarterstaff of Might {heavy, rElec rC-
                  | Dex+6}
204322 | Zig:27   | Identified the +3 hand axe of the Gloaming {freeze, rF+
                  | rCorr Int-2}
204344 | Zig:27   | Identified the staff of fire "Qiusol" {rF+ SInv}
204348 | Zig:27   | Identified the +4 long sword "Dyonurr" {flame, *Corrode
                  | Str+6 Stlth+}
204692 | Zig:27   | Identified the staff of cold "Neeboum" {Fly rC+ rN+}
204873 | Depths:2 | You paid a toll of +3 gold dragon scales to enter a
                  | treasure trove
204874 | Trove    | Entered a treasure trove
204876 | Trove    | Found a bloodstained altar of Trog.
204898 | Trove    | Found the +5 Force Lance {heavy, knockback}
204924 | Trove    | Identified the +5 long sword of Xuliun {flame, Drain rElec
                  | Dex+4}
204926 | Trove    | Identified the +9 flail of Fortitude {flame, Int+5 Dex-3}
205046 | Depths:4 | Lost mutation: Your flesh is heat resistant. (rF+) [potion
                  | of mutation]
205046 | Depths:4 | Lost mutation: Your mind is acute. (Int +4, Str/Dex -1)
                  | [potion of mutation]
205046 | Depths:4 | Gained mutation: You are partially covered in large bone
                  | plates. (SH +4) [potion of mutation]
205046 | Depths:4 | Gained mutation: You are robust. (+10% HP) [potion of
                  | mutation]
205046 | Depths:4 | Gained mutation: Your spells are a little easier to cast,
                  | but a little less powerful. [potion of mutation]
205047 | Depths:4 | Lost mutation: You are robust. (+10% HP) [potion of
                  | mutation]
205047 | Depths:4 | Lost mutation: You are partially covered in large bone
                  | plates. (SH +4) [potion of mutation]
205047 | Depths:4 | Lost mutation: Your spells are a little easier to cast, but
                  | a little less powerful. [potion of mutation]
205048 | Depths:4 | Gained mutation: Your body sometimes deteriorates upon
                  | taking damage. [potion of mutation]
205048 | Depths:4 | Gained mutation: You are weak. (Str -2) [potion of
                  | mutation]
205048 | Depths:4 | Gained mutation: You occasionally lose the ability to drink
                  | potions when taking damage. [potion of mutation]
205048 | Depths:4 | Gained mutation: You have an increased reservoir of magic.
                  | (+10% MP) [potion of mutation]
205049 | Depths:4 | Lost mutation: You occasionally lose the ability to drink
                  | potions when taking damage. [potion of mutation]
205049 | Depths:4 | Lost mutation: You are weak. (Str -2) [potion of mutation]
205049 | Depths:4 | Gained mutation: You have hidden genetic potential. [potion
                  | of mutation]
205049 | Depths:4 | Gained mutation: You expend magic power (3 MP) to
                  | strengthen your wands. [potion of mutation]
205050 | Depths:4 | Lost mutation: You have an increased reservoir of magic.
                  | (+10% MP) [potion of mutation]
205050 | Depths:4 | Lost mutation: You have hidden genetic potential. [potion
                  | of mutation]
205050 | Depths:4 | Gained mutation: You occasionally lose the ability to read
                  | scrolls when taking damage. [potion of mutation]
205051 | Depths:4 | Lost mutation: Your body sometimes deteriorates upon taking
                  | damage. [potion of mutation]
205051 | Depths:4 | Lost mutation: You expend magic power (3 MP) to strengthen
                  | your wands. [potion of mutation]
205051 | Depths:4 | Lost mutation: You occasionally lose the ability to read
                  | scrolls when taking damage. [potion of mutation]
205051 | Depths:4 | Gained mutation: You are frail. (-10% HP) [potion of
                  | mutation]
205051 | Depths:4 | Gained mutation: You sometimes lose your temper in combat.
                  | [potion of mutation]
205051 | Depths:4 | Gained mutation: You have sharp toenails. [potion of
                  | mutation]
205051 | Depths:4 | Gained mutation: Your flesh is heat resistant. (rF+)
                  | [potion of mutation]
205052 | Depths:4 | Lost mutation: You are frail. (-10% HP) [potion of
                  | mutation]
205052 | Depths:4 | Lost mutation: Your flesh is heat resistant. (rF+) [potion
                  | of mutation]
205052 | Depths:4 | Gained mutation: You are frail. (-10% HP) [potion of
                  | mutation]
205053 | Depths:4 | Lost mutation: You have sharp toenails. [potion of
                  | mutation]
205053 | Depths:4 | Lost mutation: You are frail. (-10% HP) [potion of
                  | mutation]
205053 | Depths:4 | Lost mutation: You sometimes lose your temper in combat.
                  | [potion of mutation]
205053 | Depths:4 | Gained mutation: You have hidden genetic defects. [potion
                  | of mutation]
205054 | Depths:4 | Lost mutation: You have hidden genetic defects. [potion of
                  | mutation]
205054 | Depths:4 | Gained mutation: You are frail. (-10% HP) [potion of
                  | mutation]
205054 | Depths:4 | Gained mutation: You are partially covered in large bone
                  | plates. (SH +4) [potion of mutation]
205055 | Depths:4 | Lost mutation: You are frail. (-10% HP) [potion of
                  | mutation]
205055 | Depths:4 | Lost mutation: You are partially covered in large bone
                  | plates. (SH +4) [potion of mutation]
205055 | Depths:4 | Gained mutation: Potions are less effective at restoring
                  | your health. [potion of mutation]
205056 | Depths:4 | Lost mutation: Potions are less effective at restoring your
                  | health. [potion of mutation]
205056 | Depths:4 | Gained mutation: You are covered in fur. (AC +1) [potion of
                  | mutation]
205056 | Depths:4 | Gained mutation: Your movements are slightly less
                  | encumbered by armour. (ER -2) [potion of mutation]
205057 | Depths:4 | Lost mutation: You are covered in fur. (AC +1) [potion of
                  | mutation]
205057 | Depths:4 | Lost mutation: Your movements are slightly less encumbered
                  | by armour. (ER -2) [potion of mutation]
205057 | Depths:4 | Gained mutation: You have sharp toenails. [potion of
                  | mutation]
205058 | Depths:4 | Lost mutation: You have sharp toenails. [potion of
                  | mutation]
205058 | Depths:4 | Gained mutation: You have sharp toenails. [potion of
                  | mutation]
205058 | Depths:4 | Gained mutation: You are strong-willed. (Will+) [potion of
                  | mutation]
205058 | Depths:4 | Gained mutation: You are agile. (Dex +4, Str/Int -1)
                  | [potion of mutation]
205059 | Depths:4 | Lost mutation: You are agile. (Dex +4, Str/Int -1) [potion
                  | of mutation]
205059 | Depths:4 | Lost mutation: You are strong-willed. (Will+) [potion of
                  | mutation]
205059 | Depths:4 | Gained mutation: You have razor-sharp toenails. [potion of
                  | mutation]
205060 | Depths:4 | Lost mutation: You have razor-sharp toenails. [potion of
                  | mutation]
205060 | Depths:4 | Lost mutation: You have sharp toenails. [potion of
                  | mutation]
205060 | Depths:4 | Gained mutation: Your mind is acute. (Int +4, Str/Dex -1)
                  | [potion of mutation]
205063 | Depths:4 | Lost mutation: Your mind is acute. (Int +4, Str/Dex -1)
                  | [potion of mutation]
205063 | Depths:4 | Gained mutation: Your muscles are strong. (Str +4, Int/Dex
                  | -1) [potion of mutation]
205063 | Depths:4 | Gained mutation: Your body sometimes deteriorates upon
                  | taking damage. [potion of mutation]
205063 | Depths:4 | Gained mutation: You sometimes lose your temper in combat.
                  | [potion of mutation]
205064 | Depths:4 | Lost mutation: Your muscles are strong. (Str +4, Int/Dex
                  | -1) [potion of mutation]
205064 | Depths:4 | Lost mutation: You sometimes lose your temper in combat.
                  | [potion of mutation]
205064 | Depths:4 | Lost mutation: Your body sometimes deteriorates upon taking
                  | damage. [potion of mutation]
205064 | Depths:4 | Gained mutation: You sometimes lose your temper in combat.
                  | [potion of mutation]
205064 | Depths:4 | Gained mutation: You are strong-willed. (Will+) [potion of
                  | mutation]
205065 | Depths:4 | Lost mutation: You are strong-willed. (Will+) [potion of
                  | mutation]
205065 | Depths:4 | Lost mutation: You sometimes lose your temper in combat.
                  | [potion of mutation]
205065 | Depths:4 | Gained mutation: You occasionally lose the ability to read
                  | scrolls when taking damage. [potion of mutation]
205065 | Depths:4 | Gained mutation: You are frail. (-10% HP) [potion of
                  | mutation]
205066 | Depths:4 | Lost mutation: You are frail. (-10% HP) [potion of
                  | mutation]
205066 | Depths:4 | Lost mutation: You occasionally lose the ability to read
                  | scrolls when taking damage. [potion of mutation]
205066 | Depths:4 | Gained mutation: You possess an exceptional clarity of
                  | mind. [potion of mutation]
205066 | Depths:4 | Gained mutation: Your flesh is heat resistant. (rF+)
                  | [potion of mutation]
205066 | Depths:4 | Gained mutation: Your movements are slightly less
                  | encumbered by armour. (ER -2) [potion of mutation]
205067 | Depths:4 | Lost mutation: Your movements are slightly less encumbered
                  | by armour. (ER -2) [potion of mutation]
205067 | Depths:4 | Lost mutation: Your flesh is heat resistant. (rF+) [potion
                  | of mutation]
205067 | Depths:4 | Lost mutation: You possess an exceptional clarity of mind.
                  | [potion of mutation]
205067 | Depths:4 | Gained mutation: Your flesh is heat resistant. (rF+)
                  | [potion of mutation]
205067 | Depths:4 | Gained mutation: You have sharp toenails. [potion of
                  | mutation]
205068 | Depths:4 | Lost mutation: You have sharp toenails. [potion of
                  | mutation]
205068 | Depths:4 | Lost mutation: Your flesh is heat resistant. (rF+) [potion
                  | of mutation]
205068 | Depths:4 | Gained mutation: You are frail. (-10% HP) [potion of
                  | mutation]
205068 | Depths:4 | Gained mutation: You passively dampen the noise of your
                  | surroundings. [potion of mutation]
205069 | Depths:4 | Lost mutation: You passively dampen the noise of your
                  | surroundings. [potion of mutation]
205069 | Depths:4 | Lost mutation: You are frail. (-10% HP) [potion of
                  | mutation]
205069 | Depths:4 | Gained mutation: You are agile. (Dex +4, Str/Int -1)
                  | [potion of mutation]
205069 | Depths:4 | Gained mutation: You are dopey. (Int -2) [potion of
                  | mutation]
205069 | Depths:4 | Gained mutation: You are partially covered in large bone
                  | plates. (SH +4) [potion of mutation]
205070 | Depths:4 | Lost mutation: You are partially covered in large bone
                  | plates. (SH +4) [potion of mutation]
205070 | Depths:4 | Lost mutation: You are dopey. (Int -2) [potion of mutation]
205070 | Depths:4 | Gained mutation: Your flesh is heat resistant. (rF+)
                  | [potion of mutation]
205070 | Depths:4 | Gained mutation: You possess an exceptional clarity of
                  | mind. [potion of mutation]
205070 | Depths:4 | Gained mutation: You expend magic power (3 MP) to
                  | strengthen your wands. [potion of mutation]
205071 | Depths:4 | Lost mutation: You are agile. (Dex +4, Str/Int -1) [potion
                  | of mutation]
205071 | Depths:4 | Lost mutation: Your flesh is heat resistant. (rF+) [potion
                  | of mutation]
205072 | Depths:4 | Lost mutation: You expend magic power (3 MP) to strengthen
                  | your wands. [potion of mutation]
205072 | Depths:4 | Lost mutation: You possess an exceptional clarity of mind.
                  | [potion of mutation]
205072 | Depths:4 | Gained mutation: Your muscles are strong. (Str +4, Int/Dex
                  | -1) [potion of mutation]
205072 | Depths:4 | Gained mutation: You are clumsy. (Dex -2) [potion of
                  | mutation]
205073 | Depths:4 | Lost mutation: You are clumsy. (Dex -2) [potion of
                  | mutation]
205073 | Depths:4 | Lost mutation: Your muscles are strong. (Str +4, Int/Dex
                  | -1) [potion of mutation]
205073 | Depths:4 | Gained mutation: You are vulnerable to cold. (rC-) [potion
                  | of mutation]
205074 | Depths:4 | Lost mutation: You are vulnerable to cold. (rC-) [potion of
                  | mutation]
205074 | Depths:4 | Gained mutation: You occasionally lose the ability to read
                  | scrolls when taking damage. [potion of mutation]
205074 | Depths:4 | Gained mutation: You have hidden genetic potential. [potion
                  | of mutation]
205075 | Depths:4 | Lost mutation: You occasionally lose the ability to read
                  | scrolls when taking damage. [potion of mutation]
205075 | Depths:4 | Lost mutation: You have hidden genetic potential. [potion
                  | of mutation]
205075 | Depths:4 | Gained mutation: You occasionally lose the ability to drink
                  | potions when taking damage. [potion of mutation]
205075 | Depths:4 | Gained mutation: You are dopey. (Int -2) [potion of
                  | mutation]
205075 | Depths:4 | Gained mutation: Your flesh is heat resistant. (rF+)
                  | [potion of mutation]
205076 | Depths:4 | Lost mutation: Your flesh is heat resistant. (rF+) [potion
                  | of mutation]
205076 | Depths:4 | Lost mutation: You are dopey. (Int -2) [potion of mutation]
205076 | Depths:4 | Gained mutation: You are robust. (+10% HP) [potion of
                  | mutation]
205076 | Depths:4 | Gained mutation: Your flesh is heat resistant. (rF+)
                  | [potion of mutation]
205077 | Depths:4 | Lost mutation: You occasionally lose the ability to drink
                  | potions when taking damage. [potion of mutation]
205077 | Depths:4 | Lost mutation: Your flesh is heat resistant. (rF+) [potion
                  | of mutation]
205077 | Depths:4 | Lost mutation: You are robust. (+10% HP) [potion of
                  | mutation]
205077 | Depths:4 | Gained mutation: You possess an exceptional clarity of
                  | mind. [potion of mutation]
205077 | Depths:4 | Gained mutation: You are robust. (+10% HP) [potion of
                  | mutation]
205145 | Depths:4 | Lost mutation: You possess an exceptional clarity of mind.
                  | [potion of mutation]
205145 | Depths:4 | Lost mutation: You are robust. (+10% HP) [potion of
                  | mutation]
205145 | Depths:4 | Gained mutation: You are robust. (+10% HP) [potion of
                  | mutation]
205145 | Depths:4 | Gained mutation: You have hidden genetic potential. [potion
                  | of mutation]
205145 | Depths:4 | Gained mutation: You have an increased reservoir of magic.
                  | (+10% MP) [potion of mutation]
205265 | Pan      | Entered Pandemonium
206670 | Pan      | Found a runed translucent door.
206957 | Pan      | Noticed Laiqopn the pandemonium lord
206959 | Pan      | Killed Laiqopn the pandemonium lord
207149 | Pan      | Noticed Wugaer the pandemonium lord
207151 | Pan      | Killed Wugaer the pandemonium lord
207879 | Pan      | Found an exit through the horrors of the Abyss.
209155 | Pan      | Noticed Vumuv the pandemonium lord
209158 | Pan      | Killed Vumuv the pandemonium lord
209387 | Depths:2 | Escaped Pandemonium
209496 | Zig:1    | Entered Level 1 of a ziggurat
209578 | Zig:2    | Entered Level 2 of a ziggurat
209578 | Zig:2    | Noticed an ancient lich
209578 | Zig:2    | Noticed an ancient lich
209578 | Zig:2    | Noticed an ancient lich
209582 | Zig:2    | Killed an ancient lich
209582 | Zig:2    | Killed an ancient lich
209583 | Zig:2    | Killed an ancient lich
209726 | Zig:2    | Identified the +9 great sword "Beastslayer" {protect, rF+
                  | Str+3 Int-3 SInv}
209743 | Zig:3    | Entered Level 3 of a ziggurat
209743 | Zig:3    | Noticed Nenaduag the pandemonium lord
209745 | Zig:3    | Killed Nenaduag the pandemonium lord
209908 | Zig:3    | Identified the +1 great sword "Ekaplott" {flame, rN+ Int+2}
209924 | Zig:4    | Entered Level 4 of a ziggurat
209942 | Zig:4    | Gained mutation: Your system is resistant to poisons.
                  | (rPois) [hidden potential]
210059 | Zig:4    | Identified the +6 broad axe "Ogre's Funeral" {holy, *Slow
                  | rN+ rCorr}
210069 | Zig:4    | Identified the ring "Faxaf" {rPois rC- Int+3 Dex+2 Slay+4}
210091 | Zig:5    | Entered Level 5 of a ziggurat
210280 | Zig:5    | Identified the staff of fire "Acashuq" {rPois rF+ Str+3
                  | Int+3}
210288 | Zig:5    | Identified the +3 spear of Wifem Ixe {flame, rF++ Str+3}
210345 | Zig:6    | Entered Level 6 of a ziggurat
210345 | Zig:6    | Noticed a dread lich
210345 | Zig:6    | Noticed a dread lich
210345 | Zig:6    | Noticed a dread lich
210347 | Zig:6    | Killed a dread lich
210348 | Zig:6    | Noticed a dread lich
210348 | Zig:6    | Killed a dread lich
210348 | Zig:6    | Noticed a dread lich
210350 | Zig:6    | Killed a dread lich
210350 | Zig:6    | Killed a dread lich
210351 | Zig:6    | Killed a dread lich
210353 | Zig:6    | Noticed an ancient lich
210353 | Zig:6    | Noticed an ancient lich
210355 | Zig:6    | Killed an ancient lich
210355 | Zig:6    | Killed an ancient lich
210579 | Zig:6    | Identified the +8 hand axe "Festrum" {flame, rElec rF-
                  | Dex+3}
210612 | Zig:6    | Identified the +9 flail of Disharmony {freeze, rElec rN+
                  | rCorr}
210637 | Zig:7    | Entered Level 7 of a ziggurat
210666 | Zig:7    | Gained mutation: Your muscles are strong. (Str +4, Int/Dex
                  | -1) [hidden potential]
210666 | Zig:7    | Lost mutation: You have hidden genetic potential. [hidden
                  | potential expressed]
210833 | Zig:7    | Identified the +2 leather armour "Gaeboic" {rPois rC+}
210837 | Zig:7    | Identified the +0 chain mail of the Viny God {rF- rC+ Str+4
                  | SInv}
210971 | Zig:8    | Entered Level 8 of a ziggurat
210971 | Zig:8    | Noticed an ancient lich
210971 | Zig:8    | Noticed an ancient lich
210972 | Zig:8    | Noticed a dread lich
210973 | Zig:8    | Killed an ancient lich
210973 | Zig:8    | Noticed a dread lich
210974 | Zig:8    | Killed a dread lich
210975 | Zig:8    | Noticed a dread lich
210977 | Zig:8    | Killed a dread lich
210979 | Zig:8    | Noticed an ancient lich
210979 | Zig:8    | Killed a dread lich
210979 | Zig:8    | Killed an ancient lich
210981 | Zig:8    | Killed an ancient lich
211193 | Zig:8    | Identified the staff of fire "Qaetanne" {*Slow rElec rF+
                  | rN+++ rCorr}
211237 | Zig:8    | Identified the +0 plate armour "Xarialum" {Str-5 Dex+4}
211247 | Zig:8    | Identified the ring of Dim Light {rPois Str+6 Stlth+}
211285 | Zig:9    | Entered Level 9 of a ziggurat
211289 | Zig:9    | Noticed an ancient lich
211292 | Zig:9    | Killed an ancient lich
211427 | Zig:9    | Identified the staff of death "Rutued" {rN+ Will+ Str-5
                  | Dex+3 Stlth+}
211429 | Zig:9    | Identified the staff of conjuration "Zasouf" {rF- rCorr
                  | MP+9}
211446 | Zig:9    | Identified the +9 mace "Qyneotz" {protect, rC+}
211451 | Zig:9    | Identified the +11 falchion of the Desert {flame, *Slow
                  | rF++}
211453 | Zig:9    | Identified the ring "Zipu" {rF++ Will+ Int-4 Dex+4}
211458 | Zig:9    | Identified the staff of cold "Ceunk" {Fly rC+}
211460 | Zig:9    | Identified the +2 pair of gloves of Bocighof {Will+ rCorr
                  | Dex-2}
211534 | Zig:9    | Identified the staff of air "Aptub" {rElec rF+ Int+2 Dex-5}
211558 | Zig:10   | Entered Level 10 of a ziggurat
211559 | Zig:10   | Noticed Dirunu the pandemonium lord
211561 | Zig:10   | Noticed Minedwih the pandemonium lord
211561 | Zig:10   | Noticed Mankuk the pandemonium lord
211562 | Zig:10   | Noticed Fead the pandemonium lord
211562 | Zig:10   | Noticed Difo the pandemonium lord
211562 | Zig:10   | Noticed Banobooliuh the pandemonium lord
211564 | Zig:10   | Noticed Coujal the pandemonium lord
211565 | Zig:10   | Killed Dirunu the pandemonium lord
211565 | Zig:10   | Noticed Naruff the pandemonium lord
211566 | Zig:10   | Noticed Xeanucke the pandemonium lord
211566 | Zig:10   | Noticed Seniuhur the pandemonium lord
211567 | Zig:10   | Killed Coujal the pandemonium lord
211567 | Zig:10   | Killed Mankuk the pandemonium lord
211567 | Zig:10   | Killed Difo the pandemonium lord
211567 | Zig:10   | Killed Banobooliuh the pandemonium lord
211567 | Zig:10   | Noticed Gaqaagidgh the pandemonium lord
211568 | Zig:10   | Killed Fead the pandemonium lord
211568 | Zig:10   | Killed Naruff the pandemonium lord
211568 | Zig:10   | Noticed Tiahegos the pandemonium lord
211569 | Zig:10   | Noticed Yhead the pandemonium lord
211570 | Zig:10   | Killed Minedwih the pandemonium lord
211570 | Zig:10   | Noticed Seuthr Syec the pandemonium lord
211572 | Zig:10   | Killed Seniuhur the pandemonium lord
211572 | Zig:10   | Killed Gaqaagidgh the pandemonium lord
211573 | Zig:10   | Killed Tiahegos the pandemonium lord
211573 | Zig:10   | Killed Seuthr Syec the pandemonium lord
211575 | Zig:10   | Killed Xeanucke the pandemonium lord
211576 | Zig:10   | Killed Yhead the pandemonium lord
211577 | Zig:10   | Noticed Tatut the pandemonium lord
211578 | Zig:10   | Noticed Laivyiz the pandemonium lord
211579 | Zig:10   | Noticed Saygi the pandemonium lord
211580 | Zig:10   | Noticed Guexoag the pandemonium lord
211580 | Zig:10   | Noticed Ludeutag the pandemonium lord
211582 | Zig:10   | Noticed Ustaez the pandemonium lord
211583 | Zig:10   | Killed Tatut the pandemonium lord
211583 | Zig:10   | Noticed Vephaeje the pandemonium lord
211587 | Zig:10   | Killed Guexoag the pandemonium lord
211588 | Zig:10   | Killed Saygi the pandemonium lord
211589 | Zig:10   | Killed Ustaez the pandemonium lord
211589 | Zig:10   | Killed Ludeutag the pandemonium lord
211590 | Zig:10   | Killed Vephaeje the pandemonium lord
211593 | Zig:10   | Found the ring of Shadows {Umbra +Inv Stlth+}
211604 | Zig:10   | Killed Laivyiz the pandemonium lord
211797 | Zig:10   | Found the +2 hood of the Assassin {Detect Stab+ Stlth++}
211874 | Zig:10   | Identified the +1 pair of boots of Pandemonium {rC+ Str+2
                  | Int-5}
211880 | Zig:10   | Identified the staff of death "Qofyesu" {rN+ Will+}
211919 | Zig:11   | Entered Level 11 of a ziggurat
212160 | Zig:11   | Identified the staff of conjuration "Doosel" {rPois Str+2
                  | Stlth-}
212163 | Zig:11   | Identified the staff of cold "Pileygea" {rF+ rC+ Str+2
                  | Stlth+}
212166 | Zig:11   | Identified the +7 short sword of Subjectivity {heavy, rPois
                  | Str+5}
212167 | Zig:11   | Identified the +10 morningstar of a Labyrinth {spect, rPois
                  | rC+ SInv}
212179 | Zig:11   | Identified the +0 falchion of the Final Emperors {heavy,
                  | Fly}
212197 | Zig:11   | Identified the +4 plate armour of Hysteria {Dex+3}
212325 | Zig:12   | Entered Level 12 of a ziggurat
212335 | Zig:12   | Noticed Eheon the pandemonium lord
212336 | Zig:12   | Noticed Ymufaer the pandemonium lord
212336 | Zig:12   | Noticed Qall the pandemonium lord
212336 | Zig:12   | Noticed Celax the pandemonium lord
212337 | Zig:12   | Noticed Nech the pandemonium lord
212337 | Zig:12   | Noticed Naashado the pandemonium lord
212338 | Zig:12   | Noticed Baizaresch the pandemonium lord
212338 | Zig:12   | Noticed Xaitzis the pandemonium lord
212339 | Zig:12   | Noticed Joebam the pandemonium lord
212341 | Zig:12   | Killed Naashado the pandemonium lord
212341 | Zig:12   | Killed Baizaresch the pandemonium lord
212341 | Zig:12   | Noticed Xuture the pandemonium lord
212342 | Zig:12   | Killed Celax the pandemonium lord
212342 | Zig:12   | Killed Ymufaer the pandemonium lord
212342 | Zig:12   | Killed Eheon the pandemonium lord
212342 | Zig:12   | Noticed Pioploas the pandemonium lord
212344 | Zig:12   | Killed Nech the pandemonium lord
212344 | Zig:12   | Killed Joebam the pandemonium lord
212344 | Zig:12   | Killed Qall the pandemonium lord
212345 | Zig:12   | Killed Xaitzis the pandemonium lord
212345 | Zig:12   | Noticed Quinusy the pandemonium lord
212346 | Zig:12   | Noticed Roreavur the pandemonium lord
212346 | Zig:12   | Noticed Nafierupt the pandemonium lord
212346 | Zig:12   | Noticed Ini Daoj the pandemonium lord
212347 | Zig:12   | Killed Pioploas the pandemonium lord
212348 | Zig:12   | Killed Xuture the pandemonium lord
212348 | Zig:12   | Killed Nafierupt the pandemonium lord
212349 | Zig:12   | Killed Quinusy the pandemonium lord
212349 | Zig:12   | Noticed Wistiaj the pandemonium lord
212350 | Zig:12   | Noticed Cuthicit the pandemonium lord
212350 | Zig:12   | Noticed Ympoa the pandemonium lord
212352 | Zig:12   | Noticed Ypimeul the pandemonium lord
212353 | Zig:12   | Noticed Ulekufe the pandemonium lord
212355 | Zig:12   | Noticed Lerotsec the pandemonium lord
212355 | Zig:12   | Noticed Qeta Car the pandemonium lord
212357 | Zig:12   | Killed Ini Daoj the pandemonium lord
212357 | Zig:12   | Noticed Dutaho the pandemonium lord
212357 | Zig:12   | Noticed Ecko the pandemonium lord
212358 | Zig:12   | Killed Wistiaj the pandemonium lord
212359 | Zig:12   | Killed Roreavur the pandemonium lord
212359 | Zig:12   | Killed Ulekufe the pandemonium lord
212360 | Zig:12   | Killed Qeta Car the pandemonium lord
212360 | Zig:12   | Killed Ympoa the pandemonium lord
212360 | Zig:12   | Killed Lerotsec the pandemonium lord
212360 | Zig:12   | Killed Dutaho the pandemonium lord
212361 | Zig:12   | Killed Ypimeul the pandemonium lord
212362 | Zig:12   | Noticed Unustac the pandemonium lord
212363 | Zig:12   | Killed Ecko the pandemonium lord
212367 | Zig:12   | Noticed Kuf Seje the pandemonium lord
212370 | Zig:12   | Noticed Nidesm the pandemonium lord
212371 | Zig:12   | Killed Kuf Seje the pandemonium lord
212371 | Zig:12   | Killed Unustac the pandemonium lord
212372 | Zig:12   | Killed Nidesm the pandemonium lord
212374 | Zig:12   | Killed Cuthicit the pandemonium lord
212675 | Zig:12   | Identified the +3 dire flail of Ykeriz {elec, rF- Dex+8}
212690 | Zig:12   | Identified the +1 great sword "Olohiluesm" {heavy, rF+
                  | rCorr Int+5}
212743 | Zig:13   | Entered Level 13 of a ziggurat
212747 | Zig:13   | Noticed a dread lich
212748 | Zig:13   | Noticed a dread lich
212748 | Zig:13   | Noticed an ancient lich
212748 | Zig:13   | Noticed a dread lich
212750 | Zig:13   | Noticed a dread lich
212750 | Zig:13   | Noticed an ancient lich
212750 | Zig:13   | Noticed a dread lich
212751 | Zig:13   | Killed a dread lich
212753 | Zig:13   | Killed a dread lich
212753 | Zig:13   | Killed a dread lich
212753 | Zig:13   | Killed a dread lich
212753 | Zig:13   | Noticed a dread lich
212754 | Zig:13   | Noticed an ancient lich
212755 | Zig:13   | Noticed a dread lich
212756 | Zig:13   | Noticed an ancient lich
212756 | Zig:13   | Noticed an ancient lich
212757 | Zig:13   | Noticed a dread lich
212760 | Zig:13   | Killed a dread lich
212760 | Zig:13   | Killed an ancient lich
212760 | Zig:13   | Noticed a dread lich
212762 | Zig:13   | Noticed a dread lich
212762 | Zig:13   | Killed a dread lich
212762 | Zig:13   | Killed a dread lich
212762 | Zig:13   | Killed an ancient lich
212762 | Zig:13   | Killed an ancient lich
212765 | Zig:13   | Killed an ancient lich
212765 | Zig:13   | Killed a dread lich
212765 | Zig:13   | Killed an ancient lich
212765 | Zig:13   | Killed a dread lich
212771 | Zig:13   | Killed a dread lich
212882 | Zig:13   | Identified the staff of earth "Plog" {Int+2 SInv}
212896 | Zig:13   | Identified the staff of poison "Zibues Ymmi" {rPois rF+ rC+
                  | Stlth+}
212898 | Zig:13   | Identified the +7 short sword of Radicalism {vamp, Will+
                  | Str+5}
212908 | Zig:13   | Identified the +1 spear of Qyomur {chaos, *Noise rElec
                  | rPois rF++}
212911 | Zig:13   | Identified the +4 halberd of Dissent {spect, rElec rN+++
                  | rCorr}
213099 | Zig:14   | Entered Level 14 of a ziggurat
213481 | Zig:14   | Identified the +6 shortbow of a volcano {drain, Dex+2}
213484 | Zig:14   | Identified the +3 plate armour of the Jolly Lies {Stlth+}
213551 | Zig:15   | Entered Level 15 of a ziggurat
213553 | Zig:15   | Noticed a royal mummy
213553 | Zig:15   | Noticed a royal mummy
213553 | Zig:15   | Noticed a royal mummy
213554 | Zig:15   | Noticed a royal mummy
213554 | Zig:15   | Noticed a royal mummy
213555 | Zig:15   | Killed a royal mummy
213555 | Zig:15   | Killed a royal mummy
213555 | Zig:15   | Noticed a royal mummy
213556 | Zig:15   | Noticed a royal mummy
213556 | Zig:15   | Noticed a royal mummy
213557 | Zig:15   | Killed a royal mummy
213557 | Zig:15   | Killed a royal mummy
213557 | Zig:15   | Killed a royal mummy
213557 | Zig:15   | Killed a royal mummy
213557 | Zig:15   | Killed a royal mummy
213559 | Zig:15   | Noticed a royal mummy
213559 | Zig:15   | Noticed a royal mummy
213559 | Zig:15   | Noticed a royal mummy
213559 | Zig:15   | Noticed a royal mummy
213559 | Zig:15   | Noticed a royal mummy
213559 | Zig:15   | Noticed a royal mummy
213559 | Zig:15   | Noticed a royal mummy
213560 | Zig:15   | Killed a royal mummy
213560 | Zig:15   | Killed a royal mummy
213560 | Zig:15   | Noticed a royal mummy
213561 | Zig:15   | Noticed a royal mummy
213561 | Zig:15   | Noticed a royal mummy
213561 | Zig:15   | Noticed a royal mummy
213561 | Zig:15   | Noticed a royal mummy
213562 | Zig:15   | Killed a royal mummy
213562 | Zig:15   | Killed a royal mummy
213562 | Zig:15   | Killed a royal mummy
213562 | Zig:15   | Killed a royal mummy
213562 | Zig:15   | Killed a royal mummy
213562 | Zig:15   | Killed a royal mummy
213562 | Zig:15   | Killed a royal mummy
213563 | Zig:15   | Killed a royal mummy
213563 | Zig:15   | Killed a royal mummy
213563 | Zig:15   | Noticed a royal mummy
213563 | Zig:15   | Noticed a royal mummy
213563 | Zig:15   | Noticed a royal mummy
213563 | Zig:15   | Noticed a royal mummy
213564 | Zig:15   | Killed a royal mummy
213564 | Zig:15   | Killed a royal mummy
213565 | Zig:15   | Noticed a royal mummy
213565 | Zig:15   | Noticed a royal mummy
213566 | Zig:15   | Killed a royal mummy
213566 | Zig:15   | Killed a royal mummy
213566 | Zig:15   | Noticed a royal mummy
213566 | Zig:15   | Noticed a royal mummy
213568 | Zig:15   | Killed a royal mummy
213568 | Zig:15   | Noticed a royal mummy
213571 | Zig:15   | Killed a royal mummy
213571 | Zig:15   | Killed a royal mummy
213571 | Zig:15   | Killed a royal mummy
213574 | Zig:15   | Killed a royal mummy
213574 | Zig:15   | Killed a royal mummy
213574 | Zig:15   | Killed a royal mummy
213576 | Zig:15   | Noticed a royal mummy
213576 | Zig:15   | Noticed a royal mummy
213577 | Zig:15   | Killed a royal mummy
213578 | Zig:15   | Noticed a royal mummy
213579 | Zig:15   | Killed a royal mummy
213581 | Zig:15   | Killed a royal mummy
213817 | Zig:15   | Identified the staff of air "Xogasaog" {rElec rF+ rN+
                  | Int-4}
213818 | Zig:15   | Identified the ring of the Disturbing Tusks {+Blink Str+6
                  | Int+5 SInv Stlth+}
214019 | Zig:16   | Entered Level 16 of a ziggurat
214028 | Zig:16   | Noticed an ancient lich
214030 | Zig:16   | Killed an ancient lich
214037 | Zig:16   | Noticed an ancient lich
214043 | Zig:16   | Killed an ancient lich
214463 | Zig:16   | Identified the ring "Inois" {Fire +Blink Will+ Dex+2
                  | Stlth-}
214467 | Zig:16   | Identified the staff of fire "Bisunk" {rF+ rN+ Str+4 SInv}
214468 | Zig:16   | Identified the staff of poison "Wyorph" {rPois rCorr Str-4
                  | Int+3}
214487 | Zig:16   | Identified the staff of cold "Tuggo Voho" {Fly rF++ rC+
                  | rCorr MP-9}
214488 | Zig:16   | Identified the ring of Truth {Fire Int+2}
214490 | Zig:16   | Identified the ring of Free Expression {Will+ rCorr Str-3
                  | Int+8}
214495 | Zig:16   | Identified the +4 morningstar "Seucaimp" {heavy, rPois
                  | Will+ rCorr}
214497 | Zig:16   | Identified the +1 ring mail of Omission {rPois}
214504 | Zig:16   | Identified the amulet of Valaymam {Reflect Str+2 SH+5}
214509 | Zig:16   | Identified the +1 dagger of the Endless Expanse {freeze,
                  | Str+4 Dex-4}
214543 | Zig:17   | Entered Level 17 of a ziggurat
214547 | Zig:17   | Noticed an orb of fire
214555 | Zig:17   | Noticed an orb of fire
214555 | Zig:17   | Gained mutation: Armour fits poorly on your strangely
                  | shaped body. [an orb of fire]
214555 | Zig:17   | Noticed an orb of fire
214555 | Zig:17   | Noticed an orb of fire
214556 | Zig:17   | Noticed an orb of fire
214558 | Zig:17   | Killed an orb of fire
214558 | Zig:17   | Noticed an orb of fire
214559 | Zig:17   | Noticed an orb of fire
214559 | Zig:17   | Noticed an orb of fire
214560 | Zig:17   | Noticed an orb of fire
214561 | Zig:17   | Killed an orb of fire
214562 | Zig:17   | Noticed an orb of fire
214566 | Zig:17   | Noticed an orb of fire
214566 | Zig:17   | Killed an orb of fire
214567 | Zig:17   | Killed an orb of fire
214567 | Zig:17   | Killed an orb of fire
214567 | Zig:17   | Killed an orb of fire
214567 | Zig:17   | Noticed an orb of fire
214568 | Zig:17   | Noticed an orb of fire
214568 | Zig:17   | Noticed an orb of fire
214568 | Zig:17   | Noticed an orb of fire
214569 | Zig:17   | Noticed an orb of fire
214569 | Zig:17   | Killed an orb of fire
214569 | Zig:17   | Killed an orb of fire
214569 | Zig:17   | Noticed an orb of fire
214570 | Zig:17   | Killed an orb of fire
214570 | Zig:17   | Noticed an orb of fire
214571 | Zig:17   | Killed an orb of fire
214571 | Zig:17   | Killed an orb of fire
214571 | Zig:17   | Noticed an orb of fire
214571 | Zig:17   | Noticed an orb of fire
214572 | Zig:17   | Killed an orb of fire
214572 | Zig:17   | Killed an orb of fire
214572 | Zig:17   | Killed an orb of fire
214573 | Zig:17   | Noticed an orb of fire
214574 | Zig:17   | Killed an orb of fire
214574 | Zig:17   | Killed an orb of fire
214574 | Zig:17   | Killed an orb of fire
214574 | Zig:17   | Killed an orb of fire
214575 | Zig:17   | Killed an orb of fire
214575 | Zig:17   | Noticed an orb of fire
214575 | Zig:17   | Noticed an orb of fire
214575 | Zig:17   | Noticed an orb of fire
214576 | Zig:17   | Noticed an orb of fire
214576 | Zig:17   | Killed an orb of fire
214576 | Zig:17   | Noticed an orb of fire
214577 | Zig:17   | Noticed an orb of fire
214577 | Zig:17   | Noticed an orb of fire
214578 | Zig:17   | Killed an orb of fire
214578 | Zig:17   | Killed an orb of fire
214578 | Zig:17   | Killed an orb of fire
214578 | Zig:17   | Noticed an orb of fire
214578 | Zig:17   | Noticed an orb of fire
214580 | Zig:17   | Noticed an orb of fire
214580 | Zig:17   | Noticed an orb of fire
214580 | Zig:17   | Noticed an orb of fire
214580 | Zig:17   | Noticed an orb of fire
214580 | Zig:17   | Noticed an orb of fire
214583 | Zig:17   | Noticed an orb of fire
214584 | Zig:17   | Killed an orb of fire
214584 | Zig:17   | Killed an orb of fire
214584 | Zig:17   | Noticed an orb of fire
214585 | Zig:17   | Noticed an orb of fire
214585 | Zig:17   | Killed an orb of fire
214585 | Zig:17   | Killed an orb of fire
214585 | Zig:17   | Killed an orb of fire
214585 | Zig:17   | Noticed an orb of fire
214585 | Zig:17   | Noticed an orb of fire
214586 | Zig:17   | Noticed an orb of fire
214586 | Zig:17   | Killed an orb of fire
214587 | Zig:17   | Killed an orb of fire
214587 | Zig:17   | Killed an orb of fire
214587 | Zig:17   | Killed an orb of fire
214588 | Zig:17   | Noticed an orb of fire
214588 | Zig:17   | Killed an orb of fire
214589 | Zig:17   | Killed an orb of fire
214589 | Zig:17   | Killed an orb of fire
214589 | Zig:17   | Killed an orb of fire
214589 | Zig:17   | Killed an orb of fire
214589 | Zig:17   | Killed an orb of fire
214590 | Zig:17   | Killed an orb of fire
214590 | Zig:17   | Killed an orb of fire
214590 | Zig:17   | Killed an orb of fire
214591 | Zig:17   | Noticed an orb of fire
214597 | Zig:17   | Killed an orb of fire
214606 | Zig:17   | Killed an orb of fire
214772 | Zig:17   | Identified the staff of poison "Rairch" {Fragile rPois
                  | rN+++ rCorr}
214774 | Zig:17   | Identified the +5 war axe of Pain and Death {chaos, rC-
                  | Dex+3 SInv}
214783 | Zig:17   | Identified the staff of cold "Huidatog" {rPois rC+}
214786 | Zig:17   | Identified the +1 robe of the Crypt {Will+ Str+2 Slay-6}
214787 | Zig:17   | Identified the +5 trident "Spiderbane" {flame, Will+ Dex+2
                  | Stlth+}
214788 | Zig:17   | Identified the +5 shortbow of Exhibitionism {freeze, Str+2
                  | Dex-3 SInv}
214819 | Zig:17   | Identified the staff of conjuration "Venuf" {rC+ Int+2
                  | Dex-4}
215049 | Zig:18   | Entered Level 18 of a ziggurat
215366 | Zig:18   | Identified the ring of Heffew {rCorr Dex+3}
215368 | Zig:18   | Identified the +8 spear "Nejaoc" {flame, *Noise rElec rC-
                  | Dex+8}
215375 | Zig:18   | Identified the +8 dagger of Courage {venom, *Rage rPois
                  | Str+5 Int+2}
215486 | Zig:19   | Entered Level 19 of a ziggurat
215509 | Zig:19   | Found the +10 tower shield of Ignorance {rN+ Int-4}
215739 | Zig:19   | Identified the staff of poison "Nymm" {rPois Dex-3 SInv
                  | Stlth+}
215745 | Zig:19   | Identified the staff of conjuration "Tuoreun" {Fragile
                  | rElec Str+3 Dex+2}
215746 | Zig:19   | Identified the ring of Piesch {rF+ rN+ Int+4 Stlth+}
215752 | Zig:19   | Identified the +9 rapier of the Many Planets {pain, rElec
                  | Str+2 Stlth+}
215759 | Zig:19   | Identified the amulet of Qeapes {Reflect rPois rC+ Dex-5
                  | SH+5 Stlth+}
215760 | Zig:19   | Identified the staff of cold "Napysiv" {rPois rC+ Str+3
                  | Dex-2 Stlth+}
215762 | Zig:19   | Identified the +0 robe of Veceti {MP+9 Int+3}
215770 | Zig:19   | Identified the +7 flail "Biss" {heavy, rElec rPois rF+}
215783 | Zig:19   | Identified the staff of death "Sufyseag" {+Blink rPois rF-
                  | rN+}
215794 | Zig:19   | Identified the ring "Viopuiff" {rPois rC+ Will+ Int+4
                  | Dex+2}
216051 | Zig:20   | Entered Level 20 of a ziggurat
216065 | Zig:20   | Noticed a dread lich
216065 | Zig:20   | Noticed an ancient lich
216065 | Zig:20   | Noticed an ancient lich
216065 | Zig:20   | Noticed a dread lich
216066 | Zig:20   | Noticed a dread lich
216066 | Zig:20   | Noticed a dread lich
216067 | Zig:20   | Noticed an ancient lich
216067 | Zig:20   | Noticed an ancient lich
216067 | Zig:20   | Noticed a dread lich
216068 | Zig:20   | Killed an ancient lich
216068 | Zig:20   | Noticed an ancient lich
216069 | Zig:20   | Killed a dread lich
216069 | Zig:20   | Killed a dread lich
216069 | Zig:20   | Killed a dread lich
216069 | Zig:20   | Noticed an ancient lich
216069 | Zig:20   | Noticed an ancient lich
216070 | Zig:20   | Killed an ancient lich
216070 | Zig:20   | Killed an ancient lich
216070 | Zig:20   | Killed an ancient lich
216070 | Zig:20   | Killed a dread lich
216070 | Zig:20   | Killed a dread lich
216070 | Zig:20   | Killed an ancient lich
216070 | Zig:20   | Noticed an ancient lich
216070 | Zig:20   | Noticed a dread lich
216070 | Zig:20   | Noticed an ancient lich
216070 | Zig:20   | Noticed a dread lich
216071 | Zig:20   | Killed an ancient lich
216071 | Zig:20   | Noticed an ancient lich
216072 | Zig:20   | Noticed a dread lich
216072 | Zig:20   | Noticed an ancient lich
216072 | Zig:20   | Noticed a dread lich
216073 | Zig:20   | Noticed an ancient lich
216073 | Zig:20   | Killed an ancient lich
216073 | Zig:20   | Killed an ancient lich
216073 | Zig:20   | Killed an ancient lich
216075 | Zig:20   | Noticed a dread lich
216075 | Zig:20   | Killed an ancient lich
216075 | Zig:20   | Killed a dread lich
216075 | Zig:20   | Killed a dread lich
216075 | Zig:20   | Killed an ancient lich
216077 | Zig:20   | Killed a dread lich
216078 | Zig:20   | Killed a dread lich
216078 | Zig:20   | Killed a dread lich
216078 | Zig:20   | Noticed a dread lich
216078 | Zig:20   | Noticed a dread lich
216079 | Zig:20   | Noticed an ancient lich
216079 | Zig:20   | Noticed a dread lich
216080 | Zig:20   | Killed a dread lich
216080 | Zig:20   | Killed a dread lich
216081 | Zig:20   | Killed an ancient lich
216081 | Zig:20   | Noticed an ancient lich
216082 | Zig:20   | Noticed an ancient lich
216082 | Zig:20   | Killed an ancient lich
216083 | Zig:20   | Noticed an ancient lich
216084 | Zig:20   | Killed an ancient lich
216084 | Zig:20   | Killed an ancient lich
216085 | Zig:20   | Killed a dread lich
216086 | Zig:20   | Killed an ancient lich
216388 | Zig:20   | Identified the +10 quarterstaff of Oenomania {freeze, rPois
                  | rCorr Int-4 Dex+2}
216408 | Zig:20   | Identified the +3 broad axe of Domination {freeze, *Corrode
                  | Will+ Str+2 Stlth+}
216507 | Zig:21   | Entered Level 21 of a ziggurat
216745 | Zig:21   | Identified the +1 great mace of Imabeh {flame, rElec rF+
                  | rN+ rCorr}
216754 | Zig:21   | Identified the +2 scale mail "Vokk" {Will+}
216758 | Zig:21   | Identified the staff of air "Seibba" {+Blink rElec rN+++
                  | Dex-4 Stlth+}
216763 | Zig:21   | Identified the +2 falchion of Foul Odours {heavy, +Blink
                  | rF- SInv}
216774 | Zig:21   | Identified the staff of poison "Lutyle" {rElec rPois Str-2
                  | Int+6}
217124 | Zig:22   | Entered Level 22 of a ziggurat
217139 | Zig:22   | Noticed a dread lich
217145 | Zig:22   | Killed a dread lich
217184 | Zig:22   | Identified the staff of poison "Vacsekk" {rElec rPois Will+
                  | rCorr}
217195 | Zig:22   | Killed a starcursed mass
217624 | Zig:22   | Identified the +1 leather armour of Objectivity {Int+4
                  | Dex+2}
217627 | Zig:22   | Identified the ring of Tension {rC+ Dex+6 Slay+3}
217675 | Zig:22   | Identified the +2 sling "Giantslayer" {elec, rPois rC-
                  | Int+4 Stlth+}
217692 | Zig:22   | Identified the +4 scale mail of Vlad {rC+}
217695 | Zig:22   | Identified the +6 battleaxe "Spider's Funeral" {heavy,
                  | Int+3}
217697 | Zig:22   | Identified the +11 falchion of the Hells {spect, rC+ Int+2}
217698 | Zig:22   | Identified the staff of earth "Kohysch" {Int+5 Dex+3}
217701 | Zig:22   | Identified the +2 quarterstaff of the Brain {flame, *Rage
                  | Str+5 Int+4}
217709 | Zig:22   | Identified the staff of earth "Tiagheff" {rPois rN+ Int+6}
217714 | Zig:22   | Identified the +8 short sword of Ussaung Huse {freeze, rC+
                  | rN+++ Int-5 Dex+4}
217862 | Zig:23   | Entered Level 23 of a ziggurat
217893 | Zig:23   | Paralysed by an air elemental for 1 turns
218126 | Zig:23   | Identified the +0 robe of Ukunogij {Will+}
218133 | Zig:23   | Identified the staff of cold "Vezxa" {Drain rPois rC+ Int+9
                  | Dex-4}
218135 | Zig:23   | Identified the ring of Pyromania {Fly rN+ Dex+3}
218137 | Zig:23   | Identified the +1 leather armour "Uthrek" {MP+9}
218156 | Zig:23   | Identified the +6 leather armour "Yzai" {rPois rF- Dex+3}
218160 | Zig:23   | Identified the +12 trident "Iloip" {freeze, rPois rF+ rCorr
                  | Dex-4}
218168 | Zig:23   | Identified the +7 battleaxe of Lurphec {protect, rN+}
218182 | Zig:23   | Identified the +8 long sword "Hydraslayer" {drain, Int+2}
218188 | Zig:23   | Identified the +8 halberd of Disiaq {freeze, Int+2}
218189 | Zig:23   | Identified the +6 morningstar "Suyhurgh" {pain, *Slow rC+
                  | Str+3 Dex+3}
218197 | Zig:23   | Identified the +4 mace of Purpose {flame, Will+}
218205 | Zig:23   | Identified the +1 ring mail "Numeweid" {Harm rElec Regen+
                  | Str-4}
218233 | Zig:23   | Identified the +3 great mace "Ixkut" {antimagic, rElec rC++
                  | Will+}
218653 | Zig:24   | Entered Level 24 of a ziggurat
218670 | Zig:24   | Noticed a dread lich
218680 | Zig:24   | Noticed a dread lich
218681 | Zig:24   | Killed a dread lich
218684 | Zig:24   | Killed a dread lich
218916 | Zig:24   | Identified the +7 flail "Emuh Lot" {flame, *Rage rPois rC+
                  | Dex+7}
218945 | Zig:24   | Identified the +0 cloak of Inviolability {Dex+3}
218955 | Zig:24   | Identified the +6 trident of Xoda {protect, rN+ Will+ Dex+3
                  | Stlth-}
218961 | Zig:24   | Identified the staff of fire "Pinuocw" {rF+ Dex+2}
218962 | Zig:24   | Identified the staff of fire "Wuasmana" {rF+ Will+}
218969 | Zig:24   | Identified the +0 plate armour of Surprise {Harm rElec
                  | Dex+3}
218971 | Zig:24   | Identified the +1 falchion of Taimyot {flame, Str+2}
218974 | Zig:24   | Identified the staff of earth "Viluack" {Str+2}
218978 | Zig:24   | Identified the staff of air "Iddonlut" {rElec Str+3 Int+2}
218983 | Zig:24   | Identified the +1 leather armour "Fineadus" {Fly rC+ Will-
                  | Str+3}
218989 | Zig:24   | Identified the +2 pair of gloves of Greed {Contam rPois
                  | rCorr Str-3}
219408 | Zig:25   | Entered Level 25 of a ziggurat
219665 | Zig:25   | Identified the +8 sling of the Endless Expanse {freeze, Fly
                  | rF+ Str+4}
219677 | Zig:25   | Identified the +1 dagger "Fuluss" {heavy, rN+ Str+3 Stlth+}
219685 | Zig:25   | Identified the +1 long sword of Fogoaneh {vamp, *Slow rElec
                  | rC+ SInv}
219690 | Zig:25   | Identified the ring "Siumelucw" {rC+ rCorr Int+2}
219693 | Zig:25   | Identified the ring "Xeohiy" {rF+ Int+3}
219697 | Zig:25   | Identified the +4 dagger of Delightful Defiance {speed,
                  | Fragile Will+++ rCorr Int-4}
219700 | Zig:25   | Identified the +0 crystal plate armour of Dim Light {Contam
                  | Will+ SInv}
219701 | Zig:25   | Identified the staff of air "Kaifa" {rElec rPois rF- Will+
                  | Stlth+}
219702 | Zig:25   | Identified the +1 mace of Extremism {chaos, rPois rN++
                  | Str+2 Int-3}
219707 | Zig:25   | Identified the staff of conjuration "Ykik Marph" {+Blink
                  | rF+ Int+3}
219708 | Zig:25   | Identified the +9 hand axe of Jeqopan {freeze, Will+ Str-3
                  | Int+4}
219710 | Zig:25   | Identified the +12 shortbow of Fedhas {speed, rElec rF+
                  | rC+}
220206 | Zig:25   | Identified the +1 steam dragon scales of Wiab {-Tele rElec
                  | Dex+4 Stlth+}
220209 | Zig:25   | Identified the +4 rapier of Traps {freeze, Int+2 Dex+4
                  | Stlth+}
220211 | Zig:25   | Identified the ring "Tialept" {rF+ rC+ rCorr}
220308 | Zig:26   | Entered Level 26 of a ziggurat
220327 | Zig:26   | Noticed a dread lich
220328 | Zig:26   | Killed a dread lich
220365 | Zig:26   | Killed a starcursed mass
220375 | Zig:26   | Killed a starcursed mass
220953 | Zig:26   | Identified the +1 leather armour "Fusalule" {+Blink rElec
                  | rCorr}
220963 | Zig:26   | Identified the staff of air "Vebuy" {rElec rF- rC+ Dex+4}
220966 | Zig:26   | Identified the +8 chain mail of the Morning Star {rF+ rC+}
220969 | Zig:26   | Identified the +1 scale mail of Infinity {Drain rF++}
220973 | Zig:26   | Identified the staff of fire "Fitegaf" {rF+ Stlth+}
220989 | Zig:26   | Identified the staff of death "Ituivyah" {rPois rN+}
220999 | Zig:26   | Identified the amulet of the Echidna {Faith Drain Fly rCorr
                  | Slay+4}
221001 | Zig:26   | Identified the amulet "Faum" {RegenMP rElec}
221004 | Zig:26   | Identified the +4 quarterstaff "Totuhiwk" {speed, Int+2}
221013 | Zig:26   | Identified the staff of air "Beostrimm" {rElec Str+3}
221022 | Zig:26   | Identified the +4 battleaxe "Erirosa" {holy, Dex+6}
221164 | Zig:27   | Entered Level 27 of a ziggurat
221205 | Zig:27   | Found the +9 scales of the Dragon King {rPois rF+ rC+
                  | Will+}
221205 | Zig:27   | Found the -2 hat of the Alchemist {rElec rPois rF+ rC+ rN+
                  | Will+ rMut rCorr}
221205 | Zig:27   | Found the +3 hat of Pondering {ponderous, Will+ MP+10
                  | Int+5}
221375 | Zig:27   | Identified the +4 dagger "Atungus" {speed, Str+3 SInv}
221397 | Zig:27   | Identified the ring "Pabrou Uhuh" {rElec Str+6}
221398 | Zig:27   | Identified the ring of Nijueq {Will+++ rCorr Str+3 Int-4}
221402 | Zig:27   | Identified the staff of fire "Qawiur Kitt" {rF+ Dex+4}
221408 | Zig:27   | Identified the staff of earth "Tugh" {rPois Will- Dex+2}
221586 | Zig:27   | Identified the +7 rapier "Waidwefu" {heavy, Int-4 Dex+3}
221609 | Zig:27   | Identified the amulet "Gitwynue" {Acrobat rN+ Will+}
221978 | Depths:4 | Upgraded the game from 0.30.0-13-g156ef70053 to
                  | 0.30.0-15-g856e2d3f33
221982 | Zig:1    | Entered Level 1 of a ziggurat
222026 | Zig:2    | Entered Level 2 of a ziggurat
222090 | Zig:3    | Entered Level 3 of a ziggurat
222091 | Zig:3    | Noticed a dread lich
222091 | Zig:3    | Noticed a dread lich
222092 | Zig:3    | Noticed a dread lich
222092 | Zig:3    | Noticed an ancient lich
222092 | Zig:3    | Noticed a dread lich
222092 | Zig:3    | Noticed an ancient lich
222093 | Zig:3    | Noticed a dread lich
222093 | Zig:3    | Noticed a dread lich
222093 | Zig:3    | Noticed a dread lich
222096 | Zig:3    | Killed an ancient lich
222096 | Zig:3    | Killed a dread lich
222097 | Zig:3    | Killed an ancient lich
222097 | Zig:3    | Killed a dread lich
222097 | Zig:3    | Killed a dread lich
222097 | Zig:3    | Killed a dread lich
222101 | Zig:3    | Killed a dread lich
222106 | Zig:3    | Killed a dread lich
222106 | Zig:3    | Killed a dread lich
222108 | Zig:4    | Entered Level 4 of a ziggurat
222252 | Zig:5    | Entered Level 5 of a ziggurat
222360 | Zig:6    | Entered Level 6 of a ziggurat
222522 | Zig:7    | Entered Level 7 of a ziggurat
222530 | Zig:7    | Noticed Rejor the pandemonium lord
222544 | Zig:7    | Killed Rejor the pandemonium lord
222562 | Zig:7    | Identified the ring "Iblowy" {rElec rC+ Dex+3}
222724 | Zig:8    | Entered Level 8 of a ziggurat
222726 | Zig:8    | Noticed BerryKnight's ghost (legendary DgFi)
222726 | Zig:8    | Noticed Gemnonof's ghost (adept DgCj)
222726 | Zig:8    | Noticed Qeilemp's ghost (legendary HOFi)
222726 | Zig:8    | Noticed sleeves's ghost (legendary HuEE)
222729 | Zig:8    | Noticed Likado's ghost (legendary GnSk)
222730 | Zig:8    | Noticed Evehuixoju's ghost (legendary VSFi)
222731 | Zig:8    | Killed sleeves's ghost
222731 | Zig:8    | Killed Gemnonof's ghost
222732 | Zig:8    | Killed BerryKnight's ghost
222732 | Zig:8    | Killed Qeilemp's ghost
222732 | Zig:8    | Noticed Rueful's ghost (legendary TrWr)
222733 | Zig:8    | Killed Evehuixoju's ghost
222735 | Zig:8    | Noticed Evehuixoju's ghost (legendary VSFi)
222735 | Zig:8    | Noticed Xorhowon's ghost (legendary MiBe)
222736 | Zig:8    | Noticed corvin's ghost (legendary OgWn)
222736 | Zig:8    | Noticed Ikusitist's ghost (legendary NaFE)
222736 | Zig:8    | Noticed lmSkywalker's ghost (adept DrTm)
222736 | Zig:8    | Noticed Walil's ghost (veteran MiMo)
222737 | Zig:8    | Noticed Waohesse's ghost (legendary VSFi)
222737 | Zig:8    | Killed Rueful's ghost
222738 | Zig:8    | Noticed heteroy's ghost (legendary DsHu)
222738 | Zig:8    | Noticed heteroy's ghost (legendary DsHu)
222738 | Zig:8    | Noticed ragingrage's ghost (legendary OpFE)
222739 | Zig:8    | Noticed Motirgh's ghost (legendary DgHW)
222741 | Zig:8    | Killed Likado's ghost
222742 | Zig:8    | Noticed scarywalker64's ghost (veteran BaSu)
222746 | Zig:8    | Killed Walil's ghost
222746 | Zig:8    | Killed Evehuixoju's ghost
222747 | Zig:8    | Killed Xorhowon's ghost
222749 | Zig:8    | Killed scarywalker64's ghost
222749 | Zig:8    | Killed corvin's ghost
222749 | Zig:8    | Killed lmSkywalker's ghost
222750 | Zig:8    | Killed heteroy's ghost
222750 | Zig:8    | Killed Waohesse's ghost
222750 | Zig:8    | Killed heteroy's ghost
222750 | Zig:8    | Killed Motirgh's ghost
222751 | Zig:8    | Killed ragingrage's ghost
222757 | Zig:8    | Identified the ring of Vewko {Will+ MP+9 Int+3}
222758 | Zig:8    | Identified the ring "Cacros" {Drain rC+ EV+5 Str+6 Stlth+}
222775 | Zig:8    | Killed Ikusitist's ghost
222920 | Zig:9    | Entered Level 9 of a ziggurat
222920 | Zig:9    | Noticed a royal mummy
222920 | Zig:9    | Noticed a royal mummy
222920 | Zig:9    | Noticed a royal mummy
222920 | Zig:9    | Noticed a royal mummy
222920 | Zig:9    | Noticed a royal mummy
222920 | Zig:9    | Noticed a royal mummy
222920 | Zig:9    | Noticed a royal mummy
222921 | Zig:9    | Killed a royal mummy
222921 | Zig:9    | Killed a royal mummy
222921 | Zig:9    | Killed a royal mummy
222921 | Zig:9    | Killed a royal mummy
222922 | Zig:9    | Killed a royal mummy
222923 | Zig:9    | Killed a royal mummy
222923 | Zig:9    | Killed a royal mummy
222923 | Zig:9    | Noticed a royal mummy
222925 | Zig:9    | Noticed a royal mummy
222927 | Zig:9    | Noticed a royal mummy
222927 | Zig:9    | Killed a royal mummy
222927 | Zig:9    | Noticed a royal mummy
222928 | Zig:9    | Killed a royal mummy
222928 | Zig:9    | Killed a royal mummy
222928 | Zig:9    | Killed a royal mummy
222929 | Zig:9    | Noticed a royal mummy
222930 | Zig:9    | Noticed a royal mummy
222931 | Zig:9    | Killed a royal mummy
222932 | Zig:9    | Noticed a royal mummy
222940 | Zig:9    | Killed a royal mummy
222945 | Zig:9    | Killed a royal mummy
222980 | Zig:9    | Identified the ring of Deup {rC+ Int+3}
223070 | Zig:10   | Entered Level 10 of a ziggurat
223077 | Zig:10   | Noticed a dread lich
223081 | Zig:10   | Killed a dread lich
223081 | Zig:10   | Noticed a dread lich
223082 | Zig:10   | Noticed a dread lich
223085 | Zig:10   | Killed a dread lich
223085 | Zig:10   | Killed a dread lich
223096 | Zig:10   | Found the +15 Maxwell's patent armour {-Cast -Tele rElec
                  | Will+ rCorr}
223222 | Zig:11   | Entered Level 11 of a ziggurat
223222 | Zig:11   | Noticed a juggernaut
223222 | Zig:11   | Noticed a juggernaut
223222 | Zig:11   | Noticed a juggernaut
223223 | Zig:11   | Noticed a juggernaut
223224 | Zig:11   | Killed a juggernaut
223224 | Zig:11   | Killed a juggernaut
223224 | Zig:11   | Killed a juggernaut
223225 | Zig:11   | Noticed a juggernaut
223230 | Zig:11   | Noticed a juggernaut
223230 | Zig:11   | Noticed a juggernaut
223231 | Zig:11   | Noticed a juggernaut
223234 | Zig:11   | Killed a juggernaut
223234 | Zig:11   | Killed a juggernaut
223234 | Zig:11   | Killed a juggernaut
223236 | Zig:11   | Killed a juggernaut
223236 | Zig:11   | Killed a juggernaut
223322 | Zig:12   | Entered Level 12 of a ziggurat
223329 | Zig:12   | Noticed an ancient lich
223331 | Zig:12   | Killed an ancient lich
223362 | Zig:12   | Identified the staff of cold "Qetumuv" {rC+ Str+3}
223483 | Zig:13   | Entered Level 13 of a ziggurat
223644 | Zig:14   | Entered Level 14 of a ziggurat
223650 | Zig:14   | Noticed a dread lich
223650 | Zig:14   | Noticed an ancient lich
223650 | Zig:14   | Noticed an ancient lich
223651 | Zig:14   | Noticed an ancient lich
223652 | Zig:14   | Noticed an ancient lich
223653 | Zig:14   | Killed an ancient lich
223654 | Zig:14   | Killed an ancient lich
223654 | Zig:14   | Killed a dread lich
223654 | Zig:14   | Killed an ancient lich
223655 | Zig:14   | Killed an ancient lich
223655 | Zig:14   | Noticed a dread lich
223656 | Zig:14   | Noticed an ancient lich
223658 | Zig:14   | Noticed a dread lich
223659 | Zig:14   | Killed an ancient lich
223659 | Zig:14   | Noticed a dread lich
223660 | Zig:14   | Noticed a dread lich
223661 | Zig:14   | Killed a dread lich
223663 | Zig:14   | Killed a dread lich
223663 | Zig:14   | Killed a dread lich
223663 | Zig:14   | Noticed a dread lich
223674 | Zig:14   | Killed a dread lich
223674 | Zig:14   | Noticed a dread lich
223677 | Zig:14   | Noticed an ancient lich
223682 | Zig:14   | Killed a dread lich
223702 | Zig:14   | Killed a dread lich
223718 | Zig:14   | Killed an ancient lich
223731 | Zig:14   | Identified the +11 falchion of Rozo {heavy, *Corrode rPois
                  | rC+}
223733 | Zig:14   | Identified the ring of Woekunea {rPois Dex+6}
223895 | Zig:15   | Entered Level 15 of a ziggurat
223901 | Zig:15   | Noticed an ancient lich
223902 | Zig:15   | Noticed an ancient lich
223902 | Zig:15   | Noticed a dread lich
223902 | Zig:15   | Noticed a dread lich
223902 | Zig:15   | Noticed an ancient lich
223902 | Zig:15   | Noticed an ancient lich
223902 | Zig:15   | Noticed an ancient lich
223903 | Zig:15   | Noticed a dread lich
223903 | Zig:15   | Noticed an ancient lich
223903 | Zig:15   | Noticed a dread lich
223903 | Zig:15   | Noticed a dread lich
223904 | Zig:15   | Noticed a dread lich
223905 | Zig:15   | Noticed an ancient lich
223905 | Zig:15   | Killed an ancient lich
223905 | Zig:15   | Killed an ancient lich
223905 | Zig:15   | Noticed a dread lich
223906 | Zig:15   | Killed a dread lich
223906 | Zig:15   | Killed a dread lich
223906 | Zig:15   | Killed a dread lich
223906 | Zig:15   | Killed a dread lich
223906 | Zig:15   | Killed a dread lich
223906 | Zig:15   | Killed a dread lich
223906 | Zig:15   | Killed an ancient lich
223906 | Zig:15   | Killed an ancient lich
223906 | Zig:15   | Killed an ancient lich
223907 | Zig:15   | Killed an ancient lich
223908 | Zig:15   | Noticed an ancient lich
223908 | Zig:15   | Noticed an ancient lich
223908 | Zig:15   | Killed an ancient lich
223908 | Zig:15   | Noticed an ancient lich
223909 | Zig:15   | Noticed a dread lich
223909 | Zig:15   | Noticed an ancient lich
223909 | Zig:15   | Noticed an ancient lich
223909 | Zig:15   | Killed a dread lich
223911 | Zig:15   | Killed an ancient lich
223911 | Zig:15   | Killed an ancient lich
223911 | Zig:15   | Killed an ancient lich
223911 | Zig:15   | Killed a dread lich
223911 | Zig:15   | Noticed an ancient lich
223912 | Zig:15   | Noticed an ancient lich
223912 | Zig:15   | Noticed a dread lich
223913 | Zig:15   | Killed an ancient lich
223915 | Zig:15   | Noticed a dread lich
223916 | Zig:15   | Noticed a dread lich
223916 | Zig:15   | Noticed a dread lich
223917 | Zig:15   | Killed an ancient lich
223918 | Zig:15   | Found the ring of the Octopus King
223918 | Zig:15   | Killed an ancient lich
223918 | Zig:15   | Killed a dread lich
223918 | Zig:15   | Killed an ancient lich
223919 | Zig:15   | Killed a dread lich
223924 | Zig:15   | Identified the ring of Atienwac {rN+ Will+}
223925 | Zig:15   | Identified a ring of the Octopus King {Fly HP+2 AC+2 EV+2
                  | SH+2}
223932 | Zig:15   | Identified the ring "Jebif" {rElec rPois MP-9 EV+5 Str+7}
223937 | Zig:15   | Killed a dread lich
223937 | Zig:15   | Killed a dread lich
224102 | Zig:16   | Entered Level 16 of a ziggurat
224108 | Zig:16   | Noticed an ancient lich
224111 | Zig:16   | Noticed a dread lich
224113 | Zig:16   | Killed an ancient lich
224113 | Zig:16   | Noticed an ancient lich
224115 | Zig:16   | Killed a dread lich
224116 | Zig:16   | Killed an ancient lich
224116 | Zig:16   | Noticed an ancient lich
224117 | Zig:16   | Noticed an ancient lich
224117 | Zig:16   | Noticed a dread lich
224118 | Zig:16   | Noticed a dread lich
224118 | Zig:16   | Noticed a dread lich
224119 | Zig:16   | Killed an ancient lich
224119 | Zig:16   | Killed a dread lich
224120 | Zig:16   | Killed a dread lich
224122 | Zig:16   | Killed a dread lich
224128 | Zig:16   | Killed an ancient lich
224167 | Zig:16   | Identified the staff of death "Plog" {rN+ Str+6}
224295 | Zig:17   | Entered Level 17 of a ziggurat
224299 | Zig:17   | Noticed an ancient lich
224301 | Zig:17   | Noticed an ancient lich
224303 | Zig:17   | Noticed an ancient lich
224304 | Zig:17   | Killed an ancient lich
224305 | Zig:17   | Noticed a dread lich
224305 | Zig:17   | Noticed an ancient lich
224305 | Zig:17   | Noticed an ancient lich
224305 | Zig:17   | Noticed an ancient lich
224306 | Zig:17   | Noticed a dread lich
224306 | Zig:17   | Noticed a dread lich
224306 | Zig:17   | Noticed an ancient lich
224307 | Zig:17   | Killed a dread lich
224308 | Zig:17   | Killed an ancient lich
224308 | Zig:17   | Killed a dread lich
224308 | Zig:17   | Killed an ancient lich
224308 | Zig:17   | Killed an ancient lich
224308 | Zig:17   | Killed a dread lich
224308 | Zig:17   | Noticed a dread lich
224309 | Zig:17   | Killed an ancient lich
224310 | Zig:17   | Noticed an ancient lich
224310 | Zig:17   | Noticed a dread lich
224310 | Zig:17   | Noticed a dread lich
224310 | Zig:17   | Noticed an ancient lich
224310 | Zig:17   | Noticed a dread lich
224311 | Zig:17   | Noticed an ancient lich
224312 | Zig:17   | Killed an ancient lich
224312 | Zig:17   | Killed a dread lich
224312 | Zig:17   | Killed a dread lich
224312 | Zig:17   | Killed an ancient lich
224312 | Zig:17   | Killed a dread lich
224313 | Zig:17   | Noticed an ancient lich
224315 | Zig:17   | Noticed a dread lich
224315 | Zig:17   | Noticed a dread lich
224316 | Zig:17   | Noticed an ancient lich
224316 | Zig:17   | Noticed an ancient lich
224316 | Zig:17   | Noticed a dread lich
224316 | Zig:17   | Killed an ancient lich
224317 | Zig:17   | Killed an ancient lich
224317 | Zig:17   | Killed an ancient lich
224317 | Zig:17   | Killed a dread lich
224317 | Zig:17   | Killed a dread lich
224317 | Zig:17   | Killed a dread lich
224318 | Zig:17   | Killed an ancient lich
224318 | Zig:17   | Killed an ancient lich
224318 | Zig:17   | Killed a dread lich
224319 | Zig:17   | Noticed an ancient lich
224319 | Zig:17   | Noticed a dread lich
224319 | Zig:17   | Noticed an ancient lich
224319 | Zig:17   | Noticed an ancient lich
224320 | Zig:17   | Noticed an ancient lich
224321 | Zig:17   | Killed an ancient lich
224321 | Zig:17   | Noticed an ancient lich
224321 | Zig:17   | Noticed an ancient lich
224322 | Zig:17   | Killed an ancient lich
224322 | Zig:17   | Killed an ancient lich
224322 | Zig:17   | Killed an ancient lich
224322 | Zig:17   | Killed an ancient lich
224322 | Zig:17   | Killed a dread lich
224326 | Zig:17   | Killed an ancient lich
224342 | Zig:17   | Killed an ancient lich
224351 | Zig:17   | Identified the +10 spear of Vaug Dacatz {antimagic, rF+}
224352 | Zig:17   | Identified the staff of air "Eheveapa" {rElec rC+ Str+3}
224516 | Zig:17   | Identified the +2 demon blade of Xeteg {heavy, rElec Str+2
                  | Dex+3}
224522 | Zig:17   | Identified the +3 whip of the Lachrymose God {flame, Str+3}
224751 | Zig:17   | Identified the +2 robe of Tenacity {Stlth+}
224755 | Zig:17   | Identified the +0 broad axe of Contention {heavy, Stlth+}
224757 | Zig:17   | Identified the staff of fire "Tijotutujo" {rF+ rC+ rN+}
224762 | Zig:18   | Entered Level 18 of a ziggurat
224791 | Zig:18   | Noticed Veggiuch the pandemonium lord
224801 | Zig:18   | Killed Veggiuch the pandemonium lord
225173 | Zig:18   | Identified the ring of Vampiric Thralls {rElec AC+4 Dex+3
                  | SInv Stlth+}
225178 | Zig:19   | Entered Level 19 of a ziggurat
225189 | Zig:19   | Noticed an ancient lich
225189 | Zig:19   | Noticed a dread lich
225189 | Zig:19   | Noticed a dread lich
225189 | Zig:19   | Noticed an ancient lich
225189 | Zig:19   | Noticed an ancient lich
225190 | Zig:19   | Noticed a dread lich
225191 | Zig:19   | Noticed an ancient lich
225191 | Zig:19   | Noticed an ancient lich
225191 | Zig:19   | Noticed a dread lich
225192 | Zig:19   | Killed an ancient lich
225192 | Zig:19   | Killed an ancient lich
225193 | Zig:19   | Noticed an ancient lich
225193 | Zig:19   | Killed a dread lich
225193 | Zig:19   | Killed an ancient lich
225193 | Zig:19   | Killed a dread lich
225194 | Zig:19   | Killed a dread lich
225194 | Zig:19   | Killed an ancient lich
225194 | Zig:19   | Killed an ancient lich
225194 | Zig:19   | Killed a dread lich
225194 | Zig:19   | Noticed an ancient lich
225194 | Zig:19   | Noticed an ancient lich
225194 | Zig:19   | Noticed an ancient lich
225195 | Zig:19   | Noticed an ancient lich
225195 | Zig:19   | Noticed a dread lich
225195 | Zig:19   | Noticed an ancient lich
225195 | Zig:19   | Noticed a dread lich
225195 | Zig:19   | Killed an ancient lich
225197 | Zig:19   | Noticed an ancient lich
225197 | Zig:19   | Noticed a dread lich
225197 | Zig:19   | Noticed an ancient lich
225197 | Zig:19   | Noticed a dread lich
225198 | Zig:19   | Noticed an ancient lich
225198 | Zig:19   | Killed an ancient lich
225198 | Zig:19   | Killed a dread lich
225198 | Zig:19   | Killed an ancient lich
225199 | Zig:19   | Killed a dread lich
225199 | Zig:19   | Killed an ancient lich
225199 | Zig:19   | Noticed a dread lich
225200 | Zig:19   | Killed an ancient lich
225200 | Zig:19   | Killed an ancient lich
225200 | Zig:19   | Killed a dread lich
225200 | Zig:19   | Killed an ancient lich
225200 | Zig:19   | Noticed a dread lich
225200 | Zig:19   | Noticed an ancient lich
225200 | Zig:19   | Noticed an ancient lich
225201 | Zig:19   | Noticed a dread lich
225201 | Zig:19   | Noticed a dread lich
225202 | Zig:19   | Noticed an ancient lich
225202 | Zig:19   | Killed a dread lich
225202 | Zig:19   | Killed an ancient lich
225202 | Zig:19   | Killed an ancient lich
225203 | Zig:19   | Noticed a dread lich
225205 | Zig:19   | Killed a dread lich
225205 | Zig:19   | Killed a dread lich
225205 | Zig:19   | Killed a dread lich
225206 | Zig:19   | Noticed a dread lich
225211 | Zig:19   | Killed a dread lich
225214 | Zig:19   | Killed an ancient lich
225222 | Zig:19   | Killed an ancient lich
225222 | Zig:19   | Killed an ancient lich
225222 | Zig:19   | Killed a dread lich
225222 | Zig:19   | Killed a dread lich
225225 | Zig:19   | Found the ring of the Octopus King
225262 | Zig:19   | Identified the ring "Qinoasam" {Wiz rF+ rC+}
225263 | Zig:19   | Identified the +7 longbow of Contradiction {freeze,
                  | *Corrode Str+3 Int+6 SInv}
225419 | Zig:20   | Entered Level 20 of a ziggurat
225423 | Zig:20   | Noticed a juggernaut
225425 | Zig:20   | Noticed a juggernaut
225427 | Zig:20   | Noticed a juggernaut
225428 | Zig:20   | Noticed a juggernaut
225428 | Zig:20   | Killed a juggernaut
225428 | Zig:20   | Killed a juggernaut
225429 | Zig:20   | Noticed a juggernaut
225429 | Zig:20   | Killed a juggernaut
225429 | Zig:20   | Noticed a juggernaut
225429 | Zig:20   | Noticed a juggernaut
225431 | Zig:20   | Noticed a juggernaut
225431 | Zig:20   | Noticed a juggernaut
225431 | Zig:20   | Killed a juggernaut
225431 | Zig:20   | Noticed a juggernaut
225432 | Zig:20   | Noticed a juggernaut
225432 | Zig:20   | Killed a juggernaut
225432 | Zig:20   | Noticed a juggernaut
225433 | Zig:20   | Noticed a juggernaut
225434 | Zig:20   | Killed a juggernaut
225434 | Zig:20   | Killed a juggernaut
225434 | Zig:20   | Killed a juggernaut
225437 | Zig:20   | Noticed a juggernaut
225438 | Zig:20   | Killed a juggernaut
225438 | Zig:20   | Killed a juggernaut
225438 | Zig:20   | Killed a juggernaut
225438 | Zig:20   | Killed a juggernaut
225438 | Zig:20   | Killed a juggernaut
225439 | Zig:20   | Noticed a juggernaut
225440 | Zig:20   | Noticed a juggernaut
225440 | Zig:20   | Noticed a juggernaut
225443 | Zig:20   | Killed a juggernaut
225443 | Zig:20   | Killed a juggernaut
225444 | Zig:20   | Noticed a juggernaut
225444 | Zig:20   | Killed a juggernaut
225453 | Zig:20   | Killed a juggernaut
225510 | Zig:20   | Killed a juggernaut
225560 | Zig:21   | Entered Level 21 of a ziggurat
225590 | Zig:21   | Found the +4 robe of Augmentation {Str+4 Int+4 Dex+4}
225697 | Zig:22   | Entered Level 22 of a ziggurat
225707 | Zig:22   | Noticed a dread lich
225707 | Zig:22   | Noticed an ancient lich
225708 | Zig:22   | Noticed an ancient lich
225709 | Zig:22   | Noticed an ancient lich
225710 | Zig:22   | Killed an ancient lich
225711 | Zig:22   | Noticed an ancient lich
225711 | Zig:22   | Killed a dread lich
225712 | Zig:22   | Noticed an ancient lich
225712 | Zig:22   | Noticed a dread lich
225712 | Zig:22   | Noticed an ancient lich
225713 | Zig:22   | Noticed a dread lich
225713 | Zig:22   | Killed an ancient lich
225713 | Zig:22   | Killed an ancient lich
225713 | Zig:22   | Killed an ancient lich
225714 | Zig:22   | Noticed an ancient lich
225714 | Zig:22   | Noticed a dread lich
225714 | Zig:22   | Noticed a dread lich
225714 | Zig:22   | Noticed a dread lich
225714 | Zig:22   | Noticed a dread lich
225714 | Zig:22   | Killed an ancient lich
225715 | Zig:22   | Noticed a dread lich
225715 | Zig:22   | Noticed an ancient lich
225716 | Zig:22   | Killed a dread lich
225716 | Zig:22   | Killed a dread lich
225716 | Zig:22   | Killed an ancient lich
225717 | Zig:22   | Noticed a dread lich
225717 | Zig:22   | Noticed a dread lich
225717 | Zig:22   | Noticed an ancient lich
225718 | Zig:22   | Killed an ancient lich
225718 | Zig:22   | Killed an ancient lich
225718 | Zig:22   | Killed a dread lich
225718 | Zig:22   | Killed a dread lich
225718 | Zig:22   | Killed a dread lich
225718 | Zig:22   | Noticed a dread lich
225718 | Zig:22   | Noticed an ancient lich
225719 | Zig:22   | Noticed a dread lich
225719 | Zig:22   | Noticed an ancient lich
225719 | Zig:22   | Noticed a dread lich
225719 | Zig:22   | Noticed an ancient lich
225721 | Zig:22   | Killed a dread lich
225721 | Zig:22   | Killed a dread lich
225721 | Zig:22   | Killed an ancient lich
225721 | Zig:22   | Killed a dread lich
225721 | Zig:22   | Killed a dread lich
225721 | Zig:22   | Noticed a dread lich
225721 | Zig:22   | Noticed an ancient lich
225721 | Zig:22   | Noticed an ancient lich
225722 | Zig:22   | Noticed a dread lich
225722 | Zig:22   | Noticed an ancient lich
225722 | Zig:22   | Killed a dread lich
225722 | Zig:22   | Killed an ancient lich
225722 | Zig:22   | Noticed a dread lich
225723 | Zig:22   | Killed an ancient lich
225724 | Zig:22   | Noticed an ancient lich
225724 | Zig:22   | Killed an ancient lich
225724 | Zig:22   | Killed an ancient lich
225725 | Zig:22   | Killed a dread lich
225725 | Zig:22   | Killed an ancient lich
225725 | Zig:22   | Killed a dread lich
225725 | Zig:22   | Killed a dread lich
225725 | Zig:22   | Killed an ancient lich
225725 | Zig:22   | Killed a dread lich
225725 | Zig:22   | Noticed an ancient lich
225726 | Zig:22   | Noticed a dread lich
225726 | Zig:22   | Noticed a dread lich
225726 | Zig:22   | Noticed an ancient lich
225727 | Zig:22   | Killed a dread lich
225727 | Zig:22   | Killed an ancient lich
225727 | Zig:22   | Noticed an ancient lich
225727 | Zig:22   | Noticed a dread lich
225731 | Zig:22   | Killed an ancient lich
225732 | Zig:22   | Noticed a dread lich
225732 | Zig:22   | Killed a dread lich
225733 | Zig:22   | Killed an ancient lich
225733 | Zig:22   | Killed a dread lich
225733 | Zig:22   | Killed an ancient lich
225734 | Zig:22   | Killed a dread lich
225735 | Zig:22   | Killed a dread lich
225753 | Zig:22   | Identified the +3 pair of boots of Optimism {Str+2}
225880 | Zig:22   | Identified the +2 rapier "Plog" {holy, rElec rN+ Int+2}
225881 | Zig:22   | Identified the ring "Cunoni" {rC+ EV+5 Dex+2}
225895 | Zig:23   | Entered Level 23 of a ziggurat
226134 | Zig:23   | Identified the staff of air "Duaho" {Contam rElec rC+ Int-5
                  | Dex+9}
226146 | Zig:23   | Identified the staff of cold "Waptenn" {rF+ rC+}
226155 | Zig:23   | Identified the +6 battleaxe of Inliosah {drain, rCorr MP+9
                  | Dex+5}
226166 | Zig:23   | Identified the +0 chain mail "Lupleg" {Str+3}
226169 | Zig:23   | Identified the amulet "Qogebys" {Acrobat Regen+}
226724 | Zig:24   | Entered Level 24 of a ziggurat
226738 | Zig:24   | Paralysed by an air elemental for 1 turns
226744 | Zig:24   | Paralysed by an air elemental for 1 turns
226782 | Zig:24   | Paralysed by an air elemental for 1 turns
226833 | Zig:24   | Found the ring of the Octopus King
226849 | Zig:24   | Identified the +6 mace of Zica {antimagic, rPois Str+3
                  | Int+4}
226850 | Zig:24   | Identified the +4 quarterstaff of Valour {freeze, rCorr
                  | Str+6}
226851 | Zig:24   | Identified a ring of the Octopus King {Wiz HP+2 AC+2 EV+2
                  | SH+2}
226973 | Zig:25   | Entered Level 25 of a ziggurat
226990 | Zig:25   | Noticed an ancient lich
226995 | Zig:25   | Killed an ancient lich
227803 | Zig:25   | Identified the +0 buckler of Ethereal Freedom {Contam
                  | Rampage rC++ rCorr}
227810 | Zig:25   | Identified the +6 battleaxe of Invincibility {pain, rF+
                  | Str+3}
227816 | Zig:25   | Identified the +6 war axe of Qoro Luar {speed, rC+ Will-
                  | Stlth+}
227819 | Zig:25   | Identified the ring of Teirphym {rPois Will++ Int+3}
227824 | Zig:25   | Identified the +5 sling of Inquiry {speed, rN+ MP+9 Int-4}
227830 | Zig:25   | Identified the +6 flail of Strategic Superiority {pain,
                  | Fragile rN+ Dex+2}
227832 | Zig:25   | Identified the +4 sling "Killer Klown's Peril" {freeze, rC+
                  | rN+}
227840 | Zig:25   | Identified the +0 plate armour "Ira Feps" {Harm Regen+
                  | Dex-5}
227843 | Zig:25   | Identified the staff of poison "Noz Higea" {Fragile rPois
                  | rC+ Str+3 Stlth+}
227893 | Zig:26   | Entered Level 26 of a ziggurat
227934 | Zig:26   | Paralysed by a floating eye for 3 turns
228557 | Zig:26   | Identified the +1 quarterstaff of the Blessed Realm
                  | {freeze, rCorr Int+3 Dex-4}
228558 | Zig:26   | Identified the -2 pair of boots "Umuqecih" {rN+ MP+9 Dex+2}
228559 | Zig:26   | Identified the +1 hand axe of Ashenzari's Whim {speed, Fly
                  | Str-4 Dex+4}
228563 | Zig:26   | Identified the ring "Xoweon" {+Blink rN+ Str+3 Dex+3}
228567 | Zig:26   | Identified the +2 great sword of Xitug {drain, rF+ rCorr
                  | Int-5 Dex+3}
228576 | Zig:26   | Identified the +6 broad axe of Mastery {venom, Fly rPois
                  | Int-3 Dex+3}
228590 | Zig:27   | Entered Level 27 of a ziggurat
229161 | Zig:27   | Identified the +3 flail of Jivoj {freeze, rC- Str+5 Int+5}
229167 | Zig:27   | Identified the staff of cold "Teafukek" {rElec rC+}
229171 | Zig:27   | Identified the +4 quarterstaff of Louc Ben {holy, +Blink
                  | Dex+2}
229182 | Zig:27   | Identified the ring "Caqehaj" {Ice Will+ Str+4 Stlth+}
229188 | Zig:27   | Identified the +3 hand axe of Chaos {heavy, +Blink rCorr}
229193 | Zig:27   | Identified the ring of Jecw {rN+ Dex+3}
229196 | Zig:27   | Identified the orb of Negation {light, rElec rF+}
229207 | Zig:27   | Identified the +5 demon trident of a treasure trove {heavy,
                  | Str+4}
229217 | Zig:27   | Identified the staff of air "Vyaj" {*Corrode rElec rPois
                  | Int+4}
229226 | Zig:27   | Identified the +4 short sword of Sudden Death {antimagic,
                  | Int+2}
229230 | Zig:27   | Identified the staff of poison "Lesato Bala" {rPois rC+
                  | Int+3 Dex+4}
229236 | Zig:27   | Identified the amulet "Nagaymm" {Acrobat +Inv Will- Dex+2
                  | SInv}
229341 | Depths:3 | Bought a scroll of amnesia for 88 gold pieces
229342 | Depths:3 | Bought a scroll of amnesia for 88 gold pieces
229353 | Depths:3 | Learned a level 9 spell: Shatter
229697 | Elf:3    | Acquired 1142 gold pieces
229699 | Elf:3    | Acquired the +2 ratskin cloak {*Rats rPois rN+ Str-1 Int-1
                  | Dex+1}
229699 | Elf:3    | Found the +2 ratskin cloak {*Rats rPois rN+ Str-1 Int-1
                  | Dex+1}
229700 | Elf:3    | Acquired an amulet of guardian spirit
230526 | Zig:1    | Entered Level 1 of a ziggurat
230592 | Zig:2    | Entered Level 2 of a ziggurat
230639 | Zig:2    | Identified the +1 quarterstaff of a bailey {protect,
                  | Fragile +Blink Str+6}
230670 | Zig:3    | Entered Level 3 of a ziggurat
230757 | Zig:4    | Entered Level 4 of a ziggurat
230878 | Zig:4    | Identified the ring of Past Mistakes {Fire +Blink}
230916 | Zig:5    | Entered Level 5 of a ziggurat
230916 | Zig:5    | Noticed an ancient lich
230916 | Zig:5    | Noticed a dread lich
230918 | Zig:5    | Killed an ancient lich
230921 | Zig:5    | Killed a dread lich
231035 | Zig:5    | Identified the +5 spear of Animal Spirits {drain, rF+++
                  | Will- Int+3}
231125 | Zig:6    | Entered Level 6 of a ziggurat
231286 | Zig:6    | Identified the +2 robe "Erchucki" {rF+ Dex+4}
231301 | Zig:6    | Identified the +5 flail of the Living Dead {antimagic,
                  | Str+4 Dex-4 SInv}
231363 | Zig:7    | Entered Level 7 of a ziggurat
231583 | Zig:7    | Identified the ring "Uxzabb" {Ice MP+9}
231799 | Zig:8    | Entered Level 8 of a ziggurat
231888 | Zig:8    | Identified the +6 plate armour of the Equator {MP+9 Str+3
                  | Dex-5}
232113 | Zig:8    | Identified the +11 hand axe of Nach {flame, rC++}
232117 | Zig:8    | Identified the +2 robe of the Playwright {Str+5 Dex-2
                  | Stlth+}
232119 | Zig:8    | Identified the +5 ring mail "Guomah" {Harm Str+4 Int-5
                  | SInv}
232131 | Zig:9    | Entered Level 9 of a ziggurat
232145 | Zig:9    | Noticed Sifobran the pandemonium lord
232152 | Zig:9    | Killed Sifobran the pandemonium lord
232376 | Zig:9    | Identified the +1 eveningstar "Yskegg" {heavy, rCorr Dex+3}
232392 | Zig:9    | Identified the staff of air "Sostrav" {Fly rElec rN+ MP-9}
232523 | Zig:10   | Entered Level 10 of a ziggurat
232539 | Zig:10   | Identified the ring "Yxtyut" {Fire Fly Will+++ Int-2 Dex+5}
232765 | Zig:10   | Identified the +2 scale mail "Jiniunuz" {Rampage rC-
                  | Will+++}
232770 | Zig:10   | Identified the staff of conjuration "Zeanebah" {Int+3
                  | Stlth-}
232772 | Zig:10   | Identified the +6 flail "Siplodd" {freeze, Fly rCorr Str+2
                  | Int-4 Dex+3 SInv}
232778 | Zig:10   | Identified the +0 robe of the World {rN+ Regen+ Stlth-}
232811 | Zig:10   | Identified the +8 quarterstaff of Context {freeze, rC+
                  | rCorr}
232821 | Zig:10   | Identified the staff of poison "Ireacvu" {rPois rF- rC++
                  | rCorr}
232851 | Zig:11   | Entered Level 11 of a ziggurat
232935 | Zig:11   | Identified the +8 dagger of Truth {drain, rElec rN+}
232967 | Zig:11   | Identified the +7 quarterstaff of Cyghyr {drain, rElec
                  | Dex+6}
233148 | Zig:12   | Entered Level 12 of a ziggurat
233170 | Zig:12   | Identified the +4 scimitar of the Feeding Badger {flame,
                  | rC++ Int+3 SInv}
233175 | Zig:13   | Entered Level 13 of a ziggurat
233187 | Zig:13   | Paralysed by an air elemental for 1 turns
233657 | Zig:14   | Entered Level 14 of a ziggurat
233789 | Zig:14   | Identified the +3 chain mail "Elic" {rF+ Dex+3}
234038 | Zig:14   | Identified the +6 dagger of Tusinuh {heavy, rPois rC+
                  | Str+2}
234043 | Zig:14   | Identified the staff of fire "Saraacs" {Contam rF+ rN+
                  | MP+9}
234045 | Zig:14   | Identified the staff of air "Ryach" {rElec Dex+3 SInv
                  | Stlth+}
234062 | Zig:14   | Identified the ring "Hisemi" {rPois rN+ Dex+6}
234066 | Zig:14   | Identified the +8 shortbow "Ribaj" {flame, rF+ rN+ Will+}
234079 | Zig:14   | Identified the ring of the Stallion {Fly rF+ rCorr Int-4}
234089 | Zig:14   | Identified the staff of cold "Xiengit" {rC+ SInv}
234093 | Zig:14   | Identified the staff of poison "Tiwoclae" {rPois Str+3}
234094 | Zig:14   | Identified the staff of poison "Pynagai" {rPois Str+6 Int-5
                  | Stlth+}
234095 | Zig:14   | Identified the +3 plate armour of the Game of Life {rElec
                  | rPois}
234096 | Zig:14   | Identified the +7 glaive "Uleoc" {venom, rPois rF- Str+3}
234099 | Zig:14   | Identified the +7 shortbow of Equivalence {freeze, Int+3}
234187 | Zig:15   | Entered Level 15 of a ziggurat
234201 | Zig:15   | Found the +3 pair of seven-league boots {Rampage+∞}
234207 | Zig:15   | Identified the ring of Wuoqimar {rPois rCorr}
234212 | Zig:16   | Entered Level 16 of a ziggurat
234586 | Zig:16   | Identified the ring "Osmew" {Will+ Str+4 Int+2}
234622 | Zig:16   | Identified the +1 cloak of Xent {rF- rC+++ Regen+ Str-4}
234624 | Zig:16   | Identified the staff of cold "Memoysez" {+Blink rF+ rC+
                  | Dex+3}
234628 | Zig:16   | Identified the +6 morningstar of Vyuc {venom, rC+ rCorr
                  | Str+4}
234633 | Zig:16   | Identified the staff of earth "Yshroo" {rC++ Str+2 Int+4}
234637 | Zig:16   | Identified the staff of cold "Ziac Vica" {rC+ rN+ Str-2
                  | Int+3}
234660 | Zig:16   | Identified the +4 war axe of Jugui {freeze, *Corrode rF+++
                  | Dex+4}
234661 | Zig:16   | Identified the ring of Tempters {rF- Will+ MP+9 Int+7
                  | Dex+3}
234665 | Zig:16   | Identified the staff of cold "Luamanae" {rC+ Str+3}
234670 | Zig:16   | Identified the staff of death "Jebidghi" {rN+ Will+ Str+4
                  | Dex-4}
234742 | Zig:17   | Entered Level 17 of a ziggurat
234941 | Zig:17   | Identified the +0 chain mail "Idghaleso" {rN+ Dex+2}
234945 | Zig:17   | Identified the staff of poison "Giazuppi" {Fly rPois rN+
                  | rCorr Int-3}
235363 | Zig:18   | Entered Level 18 of a ziggurat
235374 | Zig:18   | Noticed a dread lich
235374 | Zig:18   | Noticed an ancient lich
235374 | Zig:18   | Noticed a dread lich
235375 | Zig:18   | Noticed an ancient lich
235377 | Zig:18   | Killed an ancient lich
235377 | Zig:18   | Killed a dread lich
235378 | Zig:18   | Noticed a dread lich
235378 | Zig:18   | Noticed an ancient lich
235378 | Zig:18   | Noticed an ancient lich
235378 | Zig:18   | Noticed an ancient lich
235378 | Zig:18   | Noticed a dread lich
235378 | Zig:18   | Noticed a dread lich
235379 | Zig:18   | Noticed a dread lich
235379 | Zig:18   | Noticed a dread lich
235380 | Zig:18   | Noticed a dread lich
235380 | Zig:18   | Killed an ancient lich
235380 | Zig:18   | Killed a dread lich
235380 | Zig:18   | Killed an ancient lich
235380 | Zig:18   | Killed an ancient lich
235380 | Zig:18   | Killed a dread lich
235381 | Zig:18   | Noticed an ancient lich
235382 | Zig:18   | Noticed an ancient lich
235382 | Zig:18   | Killed a dread lich
235382 | Zig:18   | Killed a dread lich
235382 | Zig:18   | Killed an ancient lich
235382 | Zig:18   | Killed a dread lich
235382 | Zig:18   | Killed a dread lich
235382 | Zig:18   | Killed a dread lich
235382 | Zig:18   | Killed an ancient lich
235382 | Zig:18   | Noticed a dread lich
235385 | Zig:18   | Killed an ancient lich
235385 | Zig:18   | Noticed a dread lich
235388 | Zig:18   | Noticed an ancient lich
235390 | Zig:18   | Killed a dread lich
235390 | Zig:18   | Killed an ancient lich
235391 | Zig:18   | Killed a dread lich
235757 | Zig:18   | Identified the ring "Edwalejy" {rPois Int+6}
235837 | Zig:18   | Identified the ring of Rakuxoet {rC+ EV+5 Str+3}
235853 | Zig:18   | Identified the +6 war axe of Gallantry {heavy, Will+ Int+5
                  | Dex+2}
235866 | Zig:18   | Identified the ring "Firr" {Will+ SInv}
235869 | Zig:18   | Identified the +1 robe of the Bruised Beasts {Int+4 Slay+2
                  | SInv}
235880 | Zig:18   | Identified the +6 long sword of Verub {heavy, MP+9 Str+2
                  | Dex+3}
235883 | Zig:18   | Identified the staff of cold "Osank" {rElec rC+ Will+ Str+3
                  | Dex-3}
235884 | Zig:18   | Identified the staff of air "Nuecuch" {rElec rC+ MP+9
                  | Dex+3}
235948 | Zig:19   | Entered Level 19 of a ziggurat
235961 | Zig:19   | Found the +7 staff of the Meek {protect, meekguard}
235965 | Zig:20   | Entered Level 20 of a ziggurat
235976 | Zig:20   | Noticed an ancient lich
235976 | Zig:20   | Noticed an ancient lich
235976 | Zig:20   | Noticed a dread lich
235976 | Zig:20   | Noticed a dread lich
235976 | Zig:20   | Noticed a dread lich
235978 | Zig:20   | Killed an ancient lich
235978 | Zig:20   | Noticed a dread lich
235978 | Zig:20   | Noticed an ancient lich
235979 | Zig:20   | Killed a dread lich
235979 | Zig:20   | Killed an ancient lich
235979 | Zig:20   | Killed a dread lich
235979 | Zig:20   | Killed a dread lich
235979 | Zig:20   | Killed a dread lich
235979 | Zig:20   | Killed an ancient lich
235979 | Zig:20   | Noticed a dread lich
235979 | Zig:20   | Noticed an ancient lich
235980 | Zig:20   | Noticed an ancient lich
235982 | Zig:20   | Killed an ancient lich
235982 | Zig:20   | Noticed a dread lich
235984 | Zig:20   | Noticed an ancient lich
235985 | Zig:20   | Noticed an ancient lich
235985 | Zig:20   | Noticed an ancient lich
235985 | Zig:20   | Noticed a dread lich
235985 | Zig:20   | Noticed an ancient lich
235986 | Zig:20   | Killed a dread lich
235986 | Zig:20   | Killed an ancient lich
235986 | Zig:20   | Killed an ancient lich
235986 | Zig:20   | Killed an ancient lich
235986 | Zig:20   | Noticed an ancient lich
235987 | Zig:20   | Killed an ancient lich
235987 | Zig:20   | Noticed a dread lich
235987 | Zig:20   | Noticed a dread lich
235990 | Zig:20   | Noticed a dread lich
235991 | Zig:20   | Noticed a dread lich
235991 | Zig:20   | Noticed an ancient lich
235992 | Zig:20   | Killed an ancient lich
235992 | Zig:20   | Killed a dread lich
235992 | Zig:20   | Killed a dread lich
235992 | Zig:20   | Killed a dread lich
235992 | Zig:20   | Noticed a dread lich
235992 | Zig:20   | Noticed an ancient lich
235993 | Zig:20   | Killed a dread lich
235993 | Zig:20   | Killed a dread lich
235993 | Zig:20   | Killed a dread lich
235993 | Zig:20   | Killed an ancient lich
235993 | Zig:20   | Killed an ancient lich
235994 | Zig:20   | Noticed a dread lich
235994 | Zig:20   | Noticed a dread lich
235994 | Zig:20   | Noticed an ancient lich
235996 | Zig:20   | Killed an ancient lich
235996 | Zig:20   | Killed a dread lich
235996 | Zig:20   | Killed a dread lich
235996 | Zig:20   | Noticed an ancient lich
235996 | Zig:20   | Noticed a dread lich
235997 | Zig:20   | Killed a dread lich
235997 | Zig:20   | Killed an ancient lich
235997 | Zig:20   | Killed a dread lich
235997 | Zig:20   | Killed an ancient lich
235997 | Zig:20   | Noticed a dread lich
235998 | Zig:20   | Noticed an ancient lich
236001 | Zig:20   | Noticed an ancient lich
236002 | Zig:20   | Noticed a dread lich
236003 | Zig:20   | Noticed an ancient lich
236004 | Zig:20   | Killed a dread lich
236005 | Zig:20   | Killed a dread lich
236005 | Zig:20   | Killed an ancient lich
236005 | Zig:20   | Killed an ancient lich
236005 | Zig:20   | Killed an ancient lich
236263 | Zig:20   | Found the +5 woodcutter's axe
236374 | Zig:20   | Identified the staff of cold "Yqeh" {rC+ rN+ Int+2 Dex+2}
236382 | Zig:20   | Identified the staff of conjuration "Woyfi Reto" {Will+}
236400 | Zig:20   | Identified the +7 trident of Bread {venom, Dex+3}
236416 | Zig:20   | Identified the +11 broad axe of the Nurturing Bear {flame,
                  | *Noise rPois Dex+2}
236425 | Zig:20   | Identified the ring of Xororch {Ice Drain rElec rN++ Int+2}
236453 | Zig:20   | Identified the staff of conjuration "Uvvy" {Str-5 Int+3
                  | Dex+4}
236459 | Zig:20   | Identified the +10 plate armour "Cajim" {rPois rN+ Int+2
                  | Slay+3}
236476 | Zig:20   | Identified the +6 plate armour of Lugonu's Favour {rElec
                  | Int-4 Slay+6}
236586 | Zig:21   | Entered Level 21 of a ziggurat
236589 | Zig:21   | Noticed a royal mummy
236589 | Zig:21   | Noticed a royal mummy
236590 | Zig:21   | Noticed a royal mummy
236590 | Zig:21   | Noticed a royal mummy
236590 | Zig:21   | Noticed a royal mummy
236591 | Zig:21   | Noticed a royal mummy
236591 | Zig:21   | Noticed a royal mummy
236591 | Zig:21   | Noticed a royal mummy
236592 | Zig:21   | Killed a royal mummy
236592 | Zig:21   | Killed a royal mummy
236592 | Zig:21   | Killed a royal mummy
236592 | Zig:21   | Killed a royal mummy
236592 | Zig:21   | Killed a royal mummy
236592 | Zig:21   | Noticed a royal mummy
236593 | Zig:21   | Noticed a royal mummy
236593 | Zig:21   | Noticed a royal mummy
236593 | Zig:21   | Noticed a royal mummy
236593 | Zig:21   | Noticed a royal mummy
236594 | Zig:21   | Noticed a royal mummy
236594 | Zig:21   | Noticed a royal mummy
236594 | Zig:21   | Noticed a royal mummy
236595 | Zig:21   | Killed a royal mummy
236595 | Zig:21   | Killed a royal mummy
236595 | Zig:21   | Killed a royal mummy
236595 | Zig:21   | Killed a royal mummy
236595 | Zig:21   | Killed a royal mummy
236595 | Zig:21   | Killed a royal mummy
236595 | Zig:21   | Killed a royal mummy
236595 | Zig:21   | Killed a royal mummy
236597 | Zig:21   | Noticed a royal mummy
236597 | Zig:21   | Noticed a royal mummy
236598 | Zig:21   | Killed a royal mummy
236598 | Zig:21   | Noticed a royal mummy
236598 | Zig:21   | Noticed a royal mummy
236599 | Zig:21   | Noticed a royal mummy
236599 | Zig:21   | Noticed a royal mummy
236599 | Zig:21   | Noticed a royal mummy
236599 | Zig:21   | Noticed a royal mummy
236599 | Zig:21   | Noticed a royal mummy
236600 | Zig:21   | Noticed a royal mummy
236600 | Zig:21   | Noticed a royal mummy
236600 | Zig:21   | Noticed a royal mummy
236600 | Zig:21   | Noticed a royal mummy
236600 | Zig:21   | Noticed a royal mummy
236601 | Zig:21   | Noticed a royal mummy
236601 | Zig:21   | Noticed a royal mummy
236601 | Zig:21   | Noticed a royal mummy
236602 | Zig:21   | Killed a royal mummy
236602 | Zig:21   | Killed a royal mummy
236602 | Zig:21   | Killed a royal mummy
236602 | Zig:21   | Killed a royal mummy
236602 | Zig:21   | Killed a royal mummy
236602 | Zig:21   | Killed a royal mummy
236602 | Zig:21   | Killed a royal mummy
236602 | Zig:21   | Killed a royal mummy
236602 | Zig:21   | Killed a royal mummy
236602 | Zig:21   | Killed a royal mummy
236602 | Zig:21   | Killed a royal mummy
236602 | Zig:21   | Killed a royal mummy
236602 | Zig:21   | Killed a royal mummy
236602 | Zig:21   | Killed a royal mummy
236602 | Zig:21   | Killed a royal mummy
236602 | Zig:21   | Noticed a royal mummy
236602 | Zig:21   | Noticed a royal mummy
236602 | Zig:21   | Noticed a royal mummy
236603 | Zig:21   | Killed a royal mummy
236603 | Zig:21   | Killed a royal mummy
236603 | Zig:21   | Killed a royal mummy
236603 | Zig:21   | Killed a royal mummy
236603 | Zig:21   | Noticed a royal mummy
236604 | Zig:21   | Noticed a royal mummy
236604 | Zig:21   | Noticed a royal mummy
236604 | Zig:21   | Noticed a royal mummy
236604 | Zig:21   | Noticed a royal mummy
236604 | Zig:21   | Noticed a royal mummy
236604 | Zig:21   | Noticed a royal mummy
236604 | Zig:21   | Noticed a royal mummy
236605 | Zig:21   | Noticed a royal mummy
236605 | Zig:21   | Noticed a royal mummy
236605 | Zig:21   | Noticed a royal mummy
236606 | Zig:21   | Killed a royal mummy
236606 | Zig:21   | Killed a royal mummy
236606 | Zig:21   | Killed a royal mummy
236606 | Zig:21   | Killed a royal mummy
236606 | Zig:21   | Killed a royal mummy
236606 | Zig:21   | Killed a royal mummy
236606 | Zig:21   | Killed a royal mummy
236606 | Zig:21   | Killed a royal mummy
236607 | Zig:21   | Killed a royal mummy
236607 | Zig:21   | Killed a royal mummy
236607 | Zig:21   | Killed a royal mummy
236607 | Zig:21   | Killed a royal mummy
236607 | Zig:21   | Killed a royal mummy
236607 | Zig:21   | Killed a royal mummy
236607 | Zig:21   | Noticed a royal mummy
236607 | Zig:21   | Noticed a royal mummy
236607 | Zig:21   | Noticed a royal mummy
236608 | Zig:21   | Noticed a royal mummy
236609 | Zig:21   | Noticed a royal mummy
236609 | Zig:21   | Noticed a royal mummy
236609 | Zig:21   | Noticed a royal mummy
236609 | Zig:21   | Noticed a royal mummy
236609 | Zig:21   | Noticed a royal mummy
236610 | Zig:21   | Noticed a royal mummy
236610 | Zig:21   | Noticed a royal mummy
236610 | Zig:21   | Noticed a royal mummy
236610 | Zig:21   | Noticed a royal mummy
236610 | Zig:21   | Noticed a royal mummy
236610 | Zig:21   | Noticed a royal mummy
236611 | Zig:21   | Noticed a royal mummy
236611 | Zig:21   | Noticed a royal mummy
236611 | Zig:21   | Noticed a royal mummy
236611 | Zig:21   | Noticed a royal mummy
236613 | Zig:21   | Noticed a royal mummy
236613 | Zig:21   | Noticed a royal mummy
236613 | Zig:21   | Noticed a royal mummy
236614 | Zig:21   | Killed a royal mummy
236614 | Zig:21   | Killed a royal mummy
236614 | Zig:21   | Killed a royal mummy
236614 | Zig:21   | Killed a royal mummy
236614 | Zig:21   | Killed a royal mummy
236614 | Zig:21   | Killed a royal mummy
236614 | Zig:21   | Killed a royal mummy
236614 | Zig:21   | Killed a royal mummy
236614 | Zig:21   | Killed a royal mummy
236614 | Zig:21   | Killed a royal mummy
236614 | Zig:21   | Noticed a royal mummy
236615 | Zig:21   | Noticed a royal mummy
236615 | Zig:21   | Noticed a royal mummy
236615 | Zig:21   | Noticed a royal mummy
236615 | Zig:21   | Killed a royal mummy
236615 | Zig:21   | Killed a royal mummy
236615 | Zig:21   | Killed a royal mummy
236615 | Zig:21   | Noticed a royal mummy
236616 | Zig:21   | Noticed a royal mummy
236616 | Zig:21   | Noticed a royal mummy
236616 | Zig:21   | Killed a royal mummy
236616 | Zig:21   | Killed a royal mummy
236616 | Zig:21   | Killed a royal mummy
236616 | Zig:21   | Killed a royal mummy
236616 | Zig:21   | Killed a royal mummy
236617 | Zig:21   | Noticed a royal mummy
236617 | Zig:21   | Killed a royal mummy
236617 | Zig:21   | Killed a royal mummy
236617 | Zig:21   | Killed a royal mummy
236617 | Zig:21   | Killed a royal mummy
236617 | Zig:21   | Killed a royal mummy
236617 | Zig:21   | Killed a royal mummy
236617 | Zig:21   | Killed a royal mummy
236617 | Zig:21   | Killed a royal mummy
236617 | Zig:21   | Noticed a royal mummy
236618 | Zig:21   | Killed a royal mummy
236618 | Zig:21   | Noticed a royal mummy
236621 | Zig:21   | Killed a royal mummy
236621 | Zig:21   | Killed a royal mummy
236621 | Zig:21   | Killed a royal mummy
236621 | Zig:21   | Killed a royal mummy
236624 | Zig:21   | Killed a royal mummy
236629 | Zig:21   | Noticed a royal mummy
236663 | Zig:21   | Killed a royal mummy
236868 | Zig:21   | Identified the +2 halberd "Sueg" {freeze, rF- rC+ rN+
                  | Str+3}
236869 | Zig:21   | Identified the staff of poison "Guto" {rPois rC++ Will-
                  | Dex+4}
237297 | Zig:21   | Identified the staff of air "Zuvadaon" {rElec rC+ Int-2
                  | Dex+8}
237300 | Zig:21   | Identified the +12 great sword of Abuse {pain, rF+}
237301 | Zig:21   | Identified the +5 morningstar of the Original Sin {heavy,
                  | Int+3 Stlth+}
237302 | Zig:21   | Identified the staff of conjuration "Wousheku" {rF+ Will-
                  | Int+2 SInv}
237314 | Zig:21   | Identified the +0 scale mail of Sojaunam {Fly Will+}
237316 | Zig:21   | Identified the orb of Snakes and Ladders {*channel, rElec
                  | rF- Regen+ Str+7}
237327 | Zig:22   | Entered Level 22 of a ziggurat
237339 | Zig:22   | Noticed a dread lich
237340 | Zig:22   | Killed a dread lich
237359 | Zig:22   | Noticed a dread lich
237362 | Zig:22   | Killed a dread lich
237753 | Zig:22   | Identified the staff of poison "Monaj" {rPois rF- Will+
                  | Int+2 Stlth+}
237756 | Zig:22   | Identified the +0 pair of boots of Korob {Harm Fly rF-
                  | Dex+3}
237760 | Zig:22   | Identified the ring "Femp" {rElec rC+ rN+ Will+}
237770 | Zig:23   | Entered Level 23 of a ziggurat
237779 | Zig:23   | Paralysed by a floating eye for 2 turns
237901 | Zig:24   | Entered Level 24 of a ziggurat
237914 | Zig:24   | Noticed an orb of fire
237914 | Zig:24   | Noticed an orb of fire
237917 | Zig:24   | Noticed an orb of fire
237917 | Zig:24   | Noticed an orb of fire
237918 | Zig:24   | Noticed an orb of fire
237918 | Zig:24   | Noticed an orb of fire
237918 | Zig:24   | Noticed an orb of fire
237920 | Zig:24   | Noticed an orb of fire
237920 | Zig:24   | Killed an orb of fire
237920 | Zig:24   | Noticed an orb of fire
237920 | Zig:24   | Noticed an orb of fire
237920 | Zig:24   | Noticed an orb of fire
237920 | Zig:24   | Noticed an orb of fire
237920 | Zig:24   | Noticed an orb of fire
237921 | Zig:24   | Killed an orb of fire
237921 | Zig:24   | Noticed an orb of fire
237922 | Zig:24   | Killed an orb of fire
237922 | Zig:24   | Killed an orb of fire
237922 | Zig:24   | Killed an orb of fire
237922 | Zig:24   | Noticed an orb of fire
237922 | Zig:24   | Noticed an orb of fire
237922 | Zig:24   | Noticed an orb of fire
237922 | Zig:24   | Noticed an orb of fire
237922 | Zig:24   | Noticed an orb of fire
237923 | Zig:24   | Killed an orb of fire
237923 | Zig:24   | Killed an orb of fire
237923 | Zig:24   | Killed an orb of fire
237924 | Zig:24   | Killed an orb of fire
237924 | Zig:24   | Noticed an orb of fire
237924 | Zig:24   | Noticed an orb of fire
237924 | Zig:24   | Noticed an orb of fire
237924 | Zig:24   | Noticed an orb of fire
237925 | Zig:24   | Killed an orb of fire
237925 | Zig:24   | Killed an orb of fire
237925 | Zig:24   | Killed an orb of fire
237925 | Zig:24   | Killed an orb of fire
237925 | Zig:24   | Killed an orb of fire
237925 | Zig:24   | Noticed an orb of fire
237925 | Zig:24   | Noticed an orb of fire
237926 | Zig:24   | Killed an orb of fire
237926 | Zig:24   | Killed an orb of fire
237926 | Zig:24   | Noticed an orb of fire
237926 | Zig:24   | Noticed an orb of fire
237926 | Zig:24   | Noticed an orb of fire
237926 | Zig:24   | Noticed an orb of fire
237927 | Zig:24   | Killed an orb of fire
237927 | Zig:24   | Killed an orb of fire
237927 | Zig:24   | Noticed an orb of fire
237927 | Zig:24   | Noticed an orb of fire
237927 | Zig:24   | Noticed an orb of fire
237927 | Zig:24   | Noticed an orb of fire
237927 | Zig:24   | Noticed an orb of fire
237929 | Zig:24   | Killed an orb of fire
237929 | Zig:24   | Killed an orb of fire
237929 | Zig:24   | Killed an orb of fire
237929 | Zig:24   | Killed an orb of fire
237929 | Zig:24   | Noticed an orb of fire
237930 | Zig:24   | Noticed an orb of fire
237930 | Zig:24   | Killed an orb of fire
237930 | Zig:24   | Killed an orb of fire
237930 | Zig:24   | Killed an orb of fire
237930 | Zig:24   | Killed an orb of fire
237930 | Zig:24   | Killed an orb of fire
237930 | Zig:24   | Killed an orb of fire
237930 | Zig:24   | Noticed an orb of fire
237930 | Zig:24   | Noticed an orb of fire
237930 | Zig:24   | Noticed an orb of fire
237930 | Zig:24   | Noticed an orb of fire
237931 | Zig:24   | Killed an orb of fire
237931 | Zig:24   | Noticed an orb of fire
237931 | Zig:24   | Noticed an orb of fire
237931 | Zig:24   | Noticed an orb of fire
237932 | Zig:24   | Killed an orb of fire
237932 | Zig:24   | Killed an orb of fire
237932 | Zig:24   | Noticed an orb of fire
237933 | Zig:24   | Noticed an orb of fire
237933 | Zig:24   | Noticed an orb of fire
237934 | Zig:24   | Killed an orb of fire
237934 | Zig:24   | Killed an orb of fire
237934 | Zig:24   | Killed an orb of fire
237934 | Zig:24   | Noticed an orb of fire
237935 | Zig:24   | Killed an orb of fire
237935 | Zig:24   | Killed an orb of fire
237935 | Zig:24   | Killed an orb of fire
237935 | Zig:24   | Noticed an orb of fire
237935 | Zig:24   | Noticed an orb of fire
237936 | Zig:24   | Killed an orb of fire
237936 | Zig:24   | Killed an orb of fire
237936 | Zig:24   | Killed an orb of fire
237936 | Zig:24   | Noticed an orb of fire
237936 | Zig:24   | Noticed an orb of fire
237936 | Zig:24   | Noticed an orb of fire
237936 | Zig:24   | Noticed an orb of fire
237937 | Zig:24   | Noticed an orb of fire
237937 | Zig:24   | Killed an orb of fire
237937 | Zig:24   | Killed an orb of fire
237937 | Zig:24   | Killed an orb of fire
237937 | Zig:24   | Killed an orb of fire
237937 | Zig:24   | Killed an orb of fire
237937 | Zig:24   | Noticed an orb of fire
237938 | Zig:24   | Killed an orb of fire
237938 | Zig:24   | Killed an orb of fire
237938 | Zig:24   | Noticed an orb of fire
237938 | Zig:24   | Noticed an orb of fire
237939 | Zig:24   | Killed an orb of fire
237939 | Zig:24   | Killed an orb of fire
237939 | Zig:24   | Killed an orb of fire
237939 | Zig:24   | Noticed an orb of fire
237939 | Zig:24   | Noticed an orb of fire
237939 | Zig:24   | Noticed an orb of fire
237941 | Zig:24   | Noticed an orb of fire
237942 | Zig:24   | Killed an orb of fire
237942 | Zig:24   | Killed an orb of fire
237942 | Zig:24   | Killed an orb of fire
237942 | Zig:24   | Noticed an orb of fire
237943 | Zig:24   | Noticed an orb of fire
237943 | Zig:24   | Noticed an orb of fire
237943 | Zig:24   | Noticed an orb of fire
237944 | Zig:24   | Noticed an orb of fire
237945 | Zig:24   | Killed an orb of fire
237945 | Zig:24   | Killed an orb of fire
237945 | Zig:24   | Killed an orb of fire
237945 | Zig:24   | Killed an orb of fire
237946 | Zig:24   | Killed an orb of fire
237946 | Zig:24   | Killed an orb of fire
237946 | Zig:24   | Noticed an orb of fire
237947 | Zig:24   | Killed an orb of fire
237947 | Zig:24   | Killed an orb of fire
237947 | Zig:24   | Killed an orb of fire
237947 | Zig:24   | Killed an orb of fire
237947 | Zig:24   | Killed an orb of fire
237947 | Zig:24   | Killed an orb of fire
237947 | Zig:24   | Noticed an orb of fire
237947 | Zig:24   | Noticed an orb of fire
237948 | Zig:24   | Killed an orb of fire
237948 | Zig:24   | Noticed an orb of fire
237950 | Zig:24   | Killed an orb of fire
237951 | Zig:24   | Noticed an orb of fire
237951 | Zig:24   | Noticed an orb of fire
237952 | Zig:24   | Noticed an orb of fire
237952 | Zig:24   | Noticed an orb of fire
237956 | Zig:24   | Killed an orb of fire
237956 | Zig:24   | Killed an orb of fire
237958 | Zig:24   | Killed an orb of fire
237959 | Zig:24   | Killed an orb of fire
237959 | Zig:24   | Killed an orb of fire
237959 | Zig:24   | Killed an orb of fire
237965 | Zig:24   | Killed an orb of fire
238134 | Zig:25   | Entered Level 25 of a ziggurat
238199 | Zig:25   | Paralysed by accursed screaming for 2 turns
238214 | Zig:25   | Paralysed by accursed screaming for 2 turns
238230 | Zig:25   | Paralysed by accursed screaming for 1 turns
238487 | Zig:25   | Identified the +5 hand crossbow of Cowardice {antimagic,
                  | rF+ rC+ Int+3}
238493 | Zig:25   | Identified the +2 cloak of Negation {Slay+4}
238507 | Zig:25   | Identified the staff of fire "Reuran" {rF+ rC+ Str+3}
238511 | Zig:25   | Identified the +5 lajatang of Xiacwike {protect, +Blink
                  | rElec Dex-5}
238519 | Zig:25   | Identified the staff of death "Vacyse" {rN+ Dex+4}
238523 | Zig:25   | Identified the +1 dagger of Causality {vamp, Contam Int+4}
238566 | Zig:25   | Identified the +1 triple crossbow of Cataclysm {penet,
                  | Will+}
238572 | Zig:25   | Identified the ring "Uziriss" {Fire rPois Str+4 Slay+6}
238596 | Zig:25   | Identified the staff of air "Hunixux" {rElec Will++ Int-4
                  | Dex+2 Stlth+}
239138 | Zig:26   | Entered Level 26 of a ziggurat
239148 | Zig:26   | Noticed a juggernaut
239149 | Zig:26   | Noticed a juggernaut
239149 | Zig:26   | Noticed a juggernaut
239150 | Zig:26   | Noticed a juggernaut
239151 | Zig:26   | Noticed a juggernaut
239151 | Zig:26   | Noticed a juggernaut
239152 | Zig:26   | Noticed a juggernaut
239152 | Zig:26   | Noticed a juggernaut
239152 | Zig:26   | Noticed a juggernaut
239153 | Zig:26   | Killed a juggernaut
239153 | Zig:26   | Killed a juggernaut
239153 | Zig:26   | Killed a juggernaut
239153 | Zig:26   | Killed a juggernaut
239153 | Zig:26   | Killed a juggernaut
239153 | Zig:26   | Killed a juggernaut
239153 | Zig:26   | Killed a juggernaut
239153 | Zig:26   | Noticed a juggernaut
239153 | Zig:26   | Noticed a juggernaut
239154 | Zig:26   | Noticed a juggernaut
239154 | Zig:26   | Noticed a juggernaut
239154 | Zig:26   | Noticed a juggernaut
239155 | Zig:26   | Noticed a juggernaut
239156 | Zig:26   | Noticed a juggernaut
239156 | Zig:26   | Noticed a juggernaut
239156 | Zig:26   | Noticed a juggernaut
239156 | Zig:26   | Noticed a juggernaut
239156 | Zig:26   | Noticed a juggernaut
239156 | Zig:26   | Noticed a juggernaut
239156 | Zig:26   | Noticed a juggernaut
239157 | Zig:26   | Noticed a juggernaut
239157 | Zig:26   | Killed a juggernaut
239157 | Zig:26   | Noticed a juggernaut
239157 | Zig:26   | Noticed a juggernaut
239158 | Zig:26   | Noticed a juggernaut
239158 | Zig:26   | Noticed a juggernaut
239158 | Zig:26   | Noticed a juggernaut
239158 | Zig:26   | Noticed a juggernaut
239159 | Zig:26   | Noticed a juggernaut
239159 | Zig:26   | Noticed a juggernaut
239159 | Zig:26   | Noticed a juggernaut
239159 | Zig:26   | Noticed a juggernaut
239159 | Zig:26   | Noticed a juggernaut
239159 | Zig:26   | Noticed a juggernaut
239159 | Zig:26   | Killed a juggernaut
239160 | Zig:26   | Noticed a juggernaut
239160 | Zig:26   | Killed a juggernaut
239160 | Zig:26   | Killed a juggernaut
239160 | Zig:26   | Killed a juggernaut
239160 | Zig:26   | Killed a juggernaut
239160 | Zig:26   | Killed a juggernaut
239160 | Zig:26   | Killed a juggernaut
239160 | Zig:26   | Killed a juggernaut
239160 | Zig:26   | Killed a juggernaut
239160 | Zig:26   | Killed a juggernaut
239160 | Zig:26   | Killed a juggernaut
239160 | Zig:26   | Killed a juggernaut
239160 | Zig:26   | Killed a juggernaut
239160 | Zig:26   | Killed a juggernaut
239160 | Zig:26   | Killed a juggernaut
239160 | Zig:26   | Killed a juggernaut
239160 | Zig:26   | Killed a juggernaut
239160 | Zig:26   | Killed a juggernaut
239160 | Zig:26   | Killed a juggernaut
239160 | Zig:26   | Noticed a juggernaut
239160 | Zig:26   | Noticed a juggernaut
239161 | Zig:26   | Noticed a juggernaut
239161 | Zig:26   | Killed a juggernaut
239161 | Zig:26   | Killed a juggernaut
239161 | Zig:26   | Killed a juggernaut
239161 | Zig:26   | Noticed a juggernaut
239161 | Zig:26   | Noticed a juggernaut
239161 | Zig:26   | Noticed a juggernaut
239162 | Zig:26   | Noticed a juggernaut
239162 | Zig:26   | Noticed a juggernaut
239162 | Zig:26   | Killed a juggernaut
239162 | Zig:26   | Killed a juggernaut
239163 | Zig:26   | Killed a juggernaut
239163 | Zig:26   | Killed a juggernaut
239163 | Zig:26   | Killed a juggernaut
239163 | Zig:26   | Killed a juggernaut
239163 | Zig:26   | Killed a juggernaut
239163 | Zig:26   | Killed a juggernaut
239163 | Zig:26   | Killed a juggernaut
239163 | Zig:26   | Noticed a juggernaut
239164 | Zig:26   | Noticed a juggernaut
239165 | Zig:26   | Noticed a juggernaut
239168 | Zig:26   | Noticed a juggernaut
239170 | Zig:26   | Killed a juggernaut
239170 | Zig:26   | Killed a juggernaut
239170 | Zig:26   | Killed a juggernaut
239171 | Zig:26   | Killed a juggernaut
239171 | Zig:26   | Killed a juggernaut
239171 | Zig:26   | Killed a juggernaut
239171 | Zig:26   | Killed a juggernaut
239172 | Zig:26   | Killed a juggernaut
239172 | Zig:26   | Killed a juggernaut
239172 | Zig:26   | Noticed a juggernaut
239173 | Zig:26   | Identified the +1 great sword of Greed {venom, Str+2 Int+2
                  | Dex+3}
239185 | Zig:26   | Killed a juggernaut
239187 | Zig:26   | Identified the +1 spear of Roruuh {flame, rPois Will+
                  | Dex+2}
239243 | Zig:26   | Identified the staff of cold "Tylos" {rC+ rN++ Str+3}
239277 | Zig:26   | Identified the +3 quarterstaff of Orokuuru {heavy, rCorr
                  | Dex+4}
239282 | Zig:26   | Identified the +9 hand axe of Xifreecs {freeze, Dex+4}
239288 | Zig:26   | Identified the +2 rapier of browni3141's Doom {flame, rPois
                  | rF+ rC+ Int-2}
239677 | Zig:26   | Identified the +4 chain mail of Knowledge {Regen+ Str-3
                  | Slay+5}
239683 | Zig:26   | Identified the +4 kite shield "Liuss" {rF+++ rC++ Dex-2
                  | Stlth+}
239685 | Zig:26   | Identified the staff of poison "Ycle Oryu" {Fragile rPois
                  | rN+ Str+3 Stlth+}
239689 | Zig:26   | Identified the staff of fire "Ubopoot" {rElec rPois rF+ rC-
                  | Dex+8}
239693 | Zig:26   | Identified the +10 mace of Xom's Brutal Revenge {flame,
                  | Dex+2}
239700 | Zig:26   | Identified the ring of Symmetry {SInv Stlth+}
239736 | Zig:26   | Identified the +1 leather armour of Xunoq {Drain +Blink
                  | rCorr}
239746 | Zig:26   | Identified the staff of cold "Fuat" {rC+ Int+5}
239756 | Zig:26   | Identified the ring "Xuxzutso" {rC++ Will+}
239779 | Zig:26   | Identified the amulet "Bonoloophu" {Spirit Will+}
239783 | Zig:26   | Identified the +5 arbalest "Unoxiost" {speed, rElec Stlth+}
239797 | Zig:26   | Identified the ring "Gentefa" {rC+ Str+6 Int+3}
239800 | Zig:26   | Identified the +7 quarterstaff "Rareom" {flame, Str+3}
239811 | Zig:27   | Entered Level 27 of a ziggurat
239860 | Zig:27   | Identified the +1 pair of boots "Qohim" {Fly Dex+4}
239863 | Zig:27   | Identified the +0 hat of the Ward {rN+++ Dex-4 Slay-5 SInv}
240025 | Zig:1    | Entered Level 1 of a ziggurat
240033 | Zig:2    | Entered Level 2 of a ziggurat
240218 | Zig:3    | Entered Level 3 of a ziggurat
240313 | Zig:3    | Identified the +4 troll leather armour of Senex {rElec
                  | rPois rF++ Regen+ Int-2}
240385 | Zig:4    | Entered Level 4 of a ziggurat
240385 | Zig:4    | Noticed an ancient lich
240385 | Zig:4    | Noticed an ancient lich
240387 | Zig:4    | Killed an ancient lich
240387 | Zig:4    | Killed an ancient lich
240517 | Zig:5    | Entered Level 5 of a ziggurat
240526 | Zig:5    | Found the Hermit's Pendant {Faith Invo=14 Evo=0 MP+5}
240540 | Zig:5    | Identified the amulet of Happiness {Reflect Harm rElec
                  | Str+2 Int+3 SH+5}
240568 | Zig:6    | Entered Level 6 of a ziggurat
240636 | Zig:7    | Entered Level 7 of a ziggurat
240636 | Zig:7    | Identified the +7 tower shield "Mubbudwo" {rC+ Dex+2 SInv}
240642 | Zig:7    | Noticed Miwa the pandemonium lord
240647 | Zig:7    | Killed Miwa the pandemonium lord
240669 | Zig:8    | Entered Level 8 of a ziggurat
240675 | Zig:8    | Noticed Roablayd the pandemonium lord
240699 | Zig:8    | Killed Roablayd the pandemonium lord
240952 | Zig:8    | Identified the staff of death "Ossuat" {rN+ Dex+9}
240984 | Zig:8    | Identified the +3 short sword "Lita Gui" {vamp, rF+}
240992 | Zig:8    | Identified the staff of earth "Vicas" {rCorr}
240998 | Zig:8    | Identified the ring of Xoxiudawk {rElec Will+ Str+2}
241005 | Zig:9    | Entered Level 9 of a ziggurat
241095 | Zig:10   | Entered Level 10 of a ziggurat
241095 | Zig:10   | Noticed a royal mummy
241095 | Zig:10   | Noticed a royal mummy
241095 | Zig:10   | Noticed a royal mummy
241095 | Zig:10   | Noticed a royal mummy
241095 | Zig:10   | Noticed a royal mummy
241095 | Zig:10   | Noticed a royal mummy
241095 | Zig:10   | Noticed a royal mummy
241095 | Zig:10   | Noticed a royal mummy
241095 | Zig:10   | Noticed a royal mummy
241095 | Zig:10   | Noticed a royal mummy
241095 | Zig:10   | Noticed a royal mummy
241095 | Zig:10   | Noticed a royal mummy
241095 | Zig:10   | Noticed a royal mummy
241095 | Zig:10   | Noticed a royal mummy
241095 | Zig:10   | Noticed a royal mummy
241096 | Zig:10   | Killed a royal mummy
241096 | Zig:10   | Killed a royal mummy
241096 | Zig:10   | Killed a royal mummy
241096 | Zig:10   | Killed a royal mummy
241096 | Zig:10   | Killed a royal mummy
241096 | Zig:10   | Killed a royal mummy
241096 | Zig:10   | Killed a royal mummy
241096 | Zig:10   | Killed a royal mummy
241096 | Zig:10   | Killed a royal mummy
241096 | Zig:10   | Killed a royal mummy
241096 | Zig:10   | Killed a royal mummy
241096 | Zig:10   | Killed a royal mummy
241096 | Zig:10   | Killed a royal mummy
241097 | Zig:10   | Noticed a royal mummy
241097 | Zig:10   | Noticed a royal mummy
241097 | Zig:10   | Noticed a royal mummy
241098 | Zig:10   | Noticed a royal mummy
241098 | Zig:10   | Noticed a royal mummy
241099 | Zig:10   | Killed a royal mummy
241099 | Zig:10   | Killed a royal mummy
241099 | Zig:10   | Killed a royal mummy
241099 | Zig:10   | Killed a royal mummy
241099 | Zig:10   | Noticed a royal mummy
241099 | Zig:10   | Noticed a royal mummy
241100 | Zig:10   | Noticed a royal mummy
241102 | Zig:10   | Killed a royal mummy
241102 | Zig:10   | Killed a royal mummy
241102 | Zig:10   | Killed a royal mummy
241102 | Zig:10   | Killed a royal mummy
241102 | Zig:10   | Noticed a royal mummy
241103 | Zig:10   | Noticed a royal mummy
241105 | Zig:10   | Killed a royal mummy
241108 | Zig:10   | Killed a royal mummy
241109 | Zig:10   | Noticed a royal mummy
241109 | Zig:10   | Noticed a royal mummy
241109 | Zig:10   | Noticed a royal mummy
241110 | Zig:10   | Noticed a royal mummy
241111 | Zig:10   | Noticed a royal mummy
241112 | Zig:10   | Killed a royal mummy
241112 | Zig:10   | Killed a royal mummy
241114 | Zig:10   | Killed a royal mummy
241114 | Zig:10   | Noticed a royal mummy
241115 | Zig:10   | Killed a royal mummy
241115 | Zig:10   | Killed a royal mummy
241115 | Zig:10   | Killed a royal mummy
241115 | Zig:10   | Killed a royal mummy
241116 | Zig:10   | Noticed a royal mummy
241116 | Zig:10   | Noticed a royal mummy
241124 | Zig:10   | Killed a royal mummy
241124 | Zig:10   | Killed a royal mummy
241125 | Zig:10   | Killed a royal mummy
241134 | Zig:10   | Identified the ring of Batekhleo {rPois rC- Will++ rCorr
                  | Dex+3}
241219 | Zig:11   | Entered Level 11 of a ziggurat
241237 | Zig:11   | Paralysed by a wendigo for 1 turns
241253 | Zig:11   | Identified the ring "Zeeh" {Fire *Corrode Dex+5}
241263 | Zig:11   | Identified the +0 pair of boots of the Harp {rElec rPois
                  | Dex-2 Stlth+}
241266 | Zig:11   | Identified the +0 lajatang of Ceifod {heavy, rF+ Stlth+}
241296 | Zig:11   | Identified the +3 short sword of Cutuha {flame, rF+ rC+
                  | Dex+3}
241302 | Zig:11   | Identified the +9 long sword "Asiassan" {flame, Contam
                  | Str+3 Int+2 SInv}
241338 | Zig:11   | Identified the +0 leather armour of Tuyras {rC+}
241503 | Zig:11   | Identified the +6 arbalest "Tios" {elec, rF++ Str-5}
241515 | Zig:12   | Entered Level 12 of a ziggurat
241558 | Zig:12   | Identified the amulet of Beauty {RegenMP Rampage rCorr
                  | Str-5 Slay+3}
241564 | Zig:12   | Identified the ring "Deut" {Wiz rPois rC++ rN+++ Dex-3}
241567 | Zig:12   | Identified the +11 plate armour "Mengenk" {rC+}
241708 | Zig:13   | Entered Level 13 of a ziggurat
241737 | Zig:14   | Entered Level 14 of a ziggurat
241758 | Zig:14   | Found the +5 Storm Queen's Shield {shock, Fly rElec}
242208 | Zig:14   | Identified the +7 halberd "Booc" {flame, Int+4}
242216 | Zig:14   | Identified the +5 hand axe "Newtbane" {elec, Will+}
242232 | Zig:14   | Identified the staff of cold "Locragib" {rC+ MP-9 Int+4
                  | Dex+5}
242265 | Zig:14   | Identified the +3 short sword of Amorality {flame, Str+3}
242269 | Zig:14   | Identified the ring of the Eleven Leylines {Will- Str+6
                  | Dex+2 SInv}
242273 | Zig:14   | Identified the staff of death "Arghiege" {rC+ rN+ Int+2}
242274 | Zig:14   | Identified the ring of the Six Knives {Drain rElec rN++
                  | Will+ Str+6}
242283 | Zig:15   | Entered Level 15 of a ziggurat
242298 | Zig:15   | Noticed a dread lich
242299 | Zig:15   | Killed a dread lich
242428 | Zig:15   | Identified the staff of poison "Ugog" {rPois rF++ rC++
                  | Dex+2}
242433 | Zig:15   | Identified the staff of poison "Vauxkar" {rPois Dex+5}
242437 | Zig:15   | Identified the staff of earth "Lirij" {*Corrode rPois rN+
                  | Dex+2}
242699 | Zig:16   | Entered Level 16 of a ziggurat
242741 | Zig:17   | Entered Level 17 of a ziggurat
242901 | Zig:17   | Identified the +0 ring mail of the Bouncing Loafs {Slay+3}
242907 | Zig:17   | Identified the +0 leather armour of the Hidden Vale {Dex+4
                  | Slay+3}
242915 | Zig:17   | Identified the +5 scale mail of Deminec {*Slow rF+ Will+
                  | Stlth+}
242928 | Zig:17   | Identified the amulet "Ecvem" {Acrobat rC+}
242929 | Zig:17   | Identified the +6 sling of Analysis {heavy, rPois Str+6}
243002 | Zig:17   | Identified the amulet of Entaidov {Faith Str+4}
243230 | Zig:17   | Identified the +5 flail of Hawumon {venom, Dex+6}
243293 | Zig:18   | Entered Level 18 of a ziggurat
243345 | Zig:18   | Identified the quicksilver dragon scales "Caaxke" {Will+
                  | Int+4 Dex-5}
243361 | Zig:18   | Identified the +1 quarterstaff "Neogreu" {flame, Fly rN+}
243501 | Zig:19   | Entered Level 19 of a ziggurat
243507 | Zig:19   | Noticed an ancient lich
243507 | Zig:19   | Noticed a dread lich
243509 | Zig:19   | Noticed a dread lich
243510 | Zig:19   | Killed an ancient lich
243510 | Zig:19   | Killed a dread lich
243510 | Zig:19   | Killed a dread lich
243510 | Zig:19   | Noticed a dread lich
243512 | Zig:19   | Noticed a dread lich
243513 | Zig:19   | Noticed a dread lich
243513 | Zig:19   | Killed a dread lich
243514 | Zig:19   | Killed a dread lich
243515 | Zig:19   | Killed a dread lich
243523 | Zig:19   | Noticed a dread lich
243526 | Zig:19   | Noticed an ancient lich
243526 | Zig:19   | Noticed a dread lich
243527 | Zig:19   | Noticed a dread lich
243527 | Zig:19   | Killed a dread lich
243528 | Zig:19   | Killed a dread lich
243528 | Zig:19   | Noticed a dread lich
243529 | Zig:19   | Noticed a dread lich
243530 | Zig:19   | Noticed an ancient lich
243531 | Zig:19   | Killed an ancient lich
243531 | Zig:19   | Killed a dread lich
243531 | Zig:19   | Noticed a dread lich
243532 | Zig:19   | Killed a dread lich
243532 | Zig:19   | Killed a dread lich
243532 | Zig:19   | Killed an ancient lich
243534 | Zig:19   | Noticed a dread lich
243534 | Zig:19   | Noticed a dread lich
243535 | Zig:19   | Killed a dread lich
243535 | Zig:19   | Noticed an ancient lich
243537 | Zig:19   | Noticed a dread lich
243538 | Zig:19   | Noticed an ancient lich
243539 | Zig:19   | Killed a dread lich
243539 | Zig:19   | Killed an ancient lich
243539 | Zig:19   | Killed a dread lich
243539 | Zig:19   | Killed a dread lich
243539 | Zig:19   | Killed an ancient lich
243741 | Zig:20   | Entered Level 20 of a ziggurat
243751 | Zig:20   | Noticed a dread lich
243754 | Zig:20   | Killed a dread lich
243757 | Zig:20   | Noticed a dread lich
243760 | Zig:20   | Noticed a dread lich
243762 | Zig:20   | Noticed a dread lich
243762 | Zig:20   | Killed a dread lich
243762 | Zig:20   | Killed a dread lich
243763 | Zig:20   | Killed a dread lich
244187 | Zig:20   | Identified the amulet of Yendor {RegenMP Dex+2}
244190 | Zig:20   | Identified the +5 sling of Cocytus {heavy, rPois}
244389 | Zig:21   | Entered Level 21 of a ziggurat
244392 | Zig:21   | Noticed a royal mummy
244393 | Zig:21   | Noticed a royal mummy
244393 | Zig:21   | Noticed a royal mummy
244393 | Zig:21   | Noticed a royal mummy
244394 | Zig:21   | Noticed a royal mummy
244394 | Zig:21   | Noticed a royal mummy
244394 | Zig:21   | Noticed a royal mummy
244394 | Zig:21   | Noticed a royal mummy
244395 | Zig:21   | Noticed a royal mummy
244395 | Zig:21   | Noticed a royal mummy
244396 | Zig:21   | Noticed a royal mummy
244396 | Zig:21   | Noticed a royal mummy
244397 | Zig:21   | Killed a royal mummy
244397 | Zig:21   | Killed a royal mummy
244397 | Zig:21   | Killed a royal mummy
244397 | Zig:21   | Killed a royal mummy
244397 | Zig:21   | Killed a royal mummy
244397 | Zig:21   | Killed a royal mummy
244397 | Zig:21   | Killed a royal mummy
244397 | Zig:21   | Killed a royal mummy
244397 | Zig:21   | Killed a royal mummy
244398 | Zig:21   | Noticed a royal mummy
244398 | Zig:21   | Noticed a royal mummy
244398 | Zig:21   | Noticed a royal mummy
244399 | Zig:21   | Killed a royal mummy
244399 | Zig:21   | Noticed a royal mummy
244399 | Zig:21   | Noticed a royal mummy
244399 | Zig:21   | Noticed a royal mummy
244399 | Zig:21   | Noticed a royal mummy
244399 | Zig:21   | Noticed a royal mummy
244400 | Zig:21   | Noticed a royal mummy
244400 | Zig:21   | Noticed a royal mummy
244400 | Zig:21   | Noticed a royal mummy
244401 | Zig:21   | Killed a royal mummy
244401 | Zig:21   | Killed a royal mummy
244401 | Zig:21   | Killed a royal mummy
244401 | Zig:21   | Killed a royal mummy
244401 | Zig:21   | Killed a royal mummy
244402 | Zig:21   | Killed a royal mummy
244402 | Zig:21   | Noticed a royal mummy
244402 | Zig:21   | Noticed a royal mummy
244403 | Zig:21   | Killed a royal mummy
244403 | Zig:21   | Killed a royal mummy
244403 | Zig:21   | Killed a royal mummy
244403 | Zig:21   | Noticed a royal mummy
244404 | Zig:21   | Killed a royal mummy
244404 | Zig:21   | Killed a royal mummy
244404 | Zig:21   | Noticed a royal mummy
244404 | Zig:21   | Noticed a royal mummy
244404 | Zig:21   | Noticed a royal mummy
244404 | Zig:21   | Noticed a royal mummy
244404 | Zig:21   | Noticed a royal mummy
244405 | Zig:21   | Killed a royal mummy
244405 | Zig:21   | Killed a royal mummy
244405 | Zig:21   | Killed a royal mummy
244405 | Zig:21   | Killed a royal mummy
244405 | Zig:21   | Killed a royal mummy
244405 | Zig:21   | Killed a royal mummy
244405 | Zig:21   | Noticed a royal mummy
244405 | Zig:21   | Noticed a royal mummy
244405 | Zig:21   | Noticed a royal mummy
244406 | Zig:21   | Noticed a royal mummy
244406 | Zig:21   | Noticed a royal mummy
244407 | Zig:21   | Killed a royal mummy
244407 | Zig:21   | Killed a royal mummy
244407 | Zig:21   | Killed a royal mummy
244407 | Zig:21   | Noticed a royal mummy
244408 | Zig:21   | Killed a royal mummy
244408 | Zig:21   | Killed a royal mummy
244408 | Zig:21   | Killed a royal mummy
244408 | Zig:21   | Killed a royal mummy
244408 | Zig:21   | Killed a royal mummy
244408 | Zig:21   | Killed a royal mummy
244408 | Zig:21   | Noticed a royal mummy
244408 | Zig:21   | Noticed a royal mummy
244409 | Zig:21   | Killed a royal mummy
244409 | Zig:21   | Noticed a royal mummy
244410 | Zig:21   | Killed a royal mummy
244410 | Zig:21   | Noticed a royal mummy
244411 | Zig:21   | Noticed a royal mummy
244411 | Zig:21   | Noticed a royal mummy
244411 | Zig:21   | Noticed a royal mummy
244413 | Zig:21   | Killed a royal mummy
244413 | Zig:21   | Killed a royal mummy
244413 | Zig:21   | Killed a royal mummy
244413 | Zig:21   | Killed a royal mummy
244414 | Zig:21   | Killed a royal mummy
244415 | Zig:21   | Noticed a royal mummy
244415 | Zig:21   | Noticed a royal mummy
244416 | Zig:21   | Noticed a royal mummy
244416 | Zig:21   | Noticed a royal mummy
244416 | Zig:21   | Killed a royal mummy
244418 | Zig:21   | Noticed a royal mummy
244419 | Zig:21   | Noticed a royal mummy
244420 | Zig:21   | Killed a royal mummy
244420 | Zig:21   | Killed a royal mummy
244420 | Zig:21   | Killed a royal mummy
244420 | Zig:21   | Killed a royal mummy
244420 | Zig:21   | Killed a royal mummy
244420 | Zig:21   | Noticed a royal mummy
244420 | Zig:21   | Noticed a royal mummy
244420 | Zig:21   | Noticed a royal mummy
244421 | Zig:21   | Noticed a royal mummy
244421 | Zig:21   | Noticed a royal mummy
244422 | Zig:21   | Noticed a royal mummy
244422 | Zig:21   | Noticed a royal mummy
244422 | Zig:21   | Noticed a royal mummy
244423 | Zig:21   | Killed a royal mummy
244423 | Zig:21   | Killed a royal mummy
244423 | Zig:21   | Killed a royal mummy
244423 | Zig:21   | Killed a royal mummy
244423 | Zig:21   | Noticed a royal mummy
244423 | Zig:21   | Noticed a royal mummy
244424 | Zig:21   | Noticed a royal mummy
244425 | Zig:21   | Noticed a royal mummy
244426 | Zig:21   | Noticed a royal mummy
244426 | Zig:21   | Noticed a royal mummy
244426 | Zig:21   | Noticed a royal mummy
244427 | Zig:21   | Killed a royal mummy
244427 | Zig:21   | Killed a royal mummy
244427 | Zig:21   | Killed a royal mummy
244427 | Zig:21   | Killed a royal mummy
244427 | Zig:21   | Killed a royal mummy
244427 | Zig:21   | Killed a royal mummy
244427 | Zig:21   | Killed a royal mummy
244427 | Zig:21   | Killed a royal mummy
244427 | Zig:21   | Killed a royal mummy
244427 | Zig:21   | Noticed a royal mummy
244427 | Zig:21   | Noticed a royal mummy
244427 | Zig:21   | Noticed a royal mummy
244428 | Zig:21   | Killed a royal mummy
244428 | Zig:21   | Killed a royal mummy
244428 | Zig:21   | Killed a royal mummy
244428 | Zig:21   | Noticed a royal mummy
244429 | Zig:21   | Noticed a royal mummy
244430 | Zig:21   | Noticed a royal mummy
244431 | Zig:21   | Killed a royal mummy
244431 | Zig:21   | Killed a royal mummy
244431 | Zig:21   | Killed a royal mummy
244432 | Zig:21   | Killed a royal mummy
244432 | Zig:21   | Noticed a royal mummy
244433 | Zig:21   | Killed a royal mummy
244433 | Zig:21   | Killed a royal mummy
244433 | Zig:21   | Killed a royal mummy
244433 | Zig:21   | Noticed a royal mummy
244435 | Zig:21   | Noticed a royal mummy
244436 | Zig:21   | Noticed a royal mummy
244437 | Zig:21   | Noticed a royal mummy
244438 | Zig:21   | Killed a royal mummy
244440 | Zig:21   | Killed a royal mummy
244440 | Zig:21   | Killed a royal mummy
244441 | Zig:21   | Killed a royal mummy
244441 | Zig:21   | Killed a royal mummy
244450 | Zig:21   | Identified the amulet "Zelaomin" {Faith Str+3}
244578 | Zig:22   | Entered Level 22 of a ziggurat
244613 | Zig:22   | Identified the +11 hand axe of Meager Courage {freeze,
                  | +Blink rPois rN+ Dex-5}
244622 | Zig:23   | Entered Level 23 of a ziggurat
244661 | Zig:23   | Found the +18 shield of the Gong {Loud rN+ Will+ rCorr
                  | EV-5}
244831 | Zig:23   | Identified the +0 plate armour of the Sun {rC- Str+6}
244832 | Zig:23   | Identified the +4 morningstar of the Ecumenical Temple
                  | {freeze, rPois rF- rC++ Dex-4}
244833 | Zig:23   | Identified the staff of death "Baroyl" {rN+ Dex+2}
244837 | Zig:23   | Identified the +1 scimitar "Gesuca" {pain, rElec Int+2}
244838 | Zig:23   | Identified the +5 trident of Purpose {drain, rPois}
244841 | Zig:23   | Identified the ring of Avic {rCorr MP+9 Int+4}
244853 | Zig:23   | Identified the +6 falchion of Bexomuv {freeze, rN+ Str+5
                  | SInv}
244854 | Zig:23   | Identified the +1 mace of Iptoqaw {drain, Int+5}
244871 | Zig:23   | Identified the ring of Vanity {+Blink rN+}
245368 | Zig:23   | Identified the staff of death "Itujaoc" {Contam rElec rC+
                  | rN+ Will+++}
245371 | Zig:23   | Identified the +7 shortbow of Waqy {flame, rN+ Will+}
245376 | Zig:23   | Identified the staff of cold "Apuemub" {+Blink rC+ rN++}
245384 | Zig:23   | Identified the +0 ice dragon scales of Vane {*Slow rF- rC++
                  | rCorr Dex+4}
245386 | Zig:23   | Identified the amulet of Jauniso {Acrobat Str+2}
245388 | Zig:23   | Identified the staff of poison "Culoq" {rPois rF++ rN+
                  | rCorr Int-2}
245522 | Zig:24   | Entered Level 24 of a ziggurat
245556 | Zig:24   | Identified the +2 triple crossbow "Xorgh" {penet, Str+3}
245669 | Zig:25   | Entered Level 25 of a ziggurat
245677 | Zig:25   | Noticed Yguishem the pandemonium lord
245678 | Zig:25   | Noticed Jidoschonu the pandemonium lord
245678 | Zig:25   | Noticed Gokhixe the pandemonium lord
245680 | Zig:25   | Noticed Attazuni the pandemonium lord
245681 | Zig:25   | Killed Jidoschonu the pandemonium lord
245681 | Zig:25   | Noticed Foiplod the pandemonium lord
245682 | Zig:25   | Noticed Mete the pandemonium lord
245682 | Zig:25   | Noticed Arehigipt the pandemonium lord
245683 | Zig:25   | Noticed Vubo the pandemonium lord
245684 | Zig:25   | Noticed Jinn the pandemonium lord
245685 | Zig:25   | Killed Arehigipt the pandemonium lord
245685 | Zig:25   | Killed Foiplod the pandemonium lord
245685 | Zig:25   | Noticed Vumnim the pandemonium lord
245686 | Zig:25   | Killed Mete the pandemonium lord
245686 | Zig:25   | Killed Gokhixe the pandemonium lord
245686 | Zig:25   | Killed Attazuni the pandemonium lord
245686 | Zig:25   | Noticed Asoluzol the pandemonium lord
245686 | Zig:25   | Noticed Ekieq the pandemonium lord
245686 | Zig:25   | Noticed Bapuly the pandemonium lord
245687 | Zig:25   | Killed Yguishem the pandemonium lord
245687 | Zig:25   | Killed Vubo the pandemonium lord
245687 | Zig:25   | Killed Jinn the pandemonium lord
245687 | Zig:25   | Noticed Neatsi the pandemonium lord
245687 | Zig:25   | Noticed Ydoseff the pandemonium lord
245689 | Zig:25   | Noticed Vouj the pandemonium lord
245689 | Zig:25   | Noticed Kyqeaf the pandemonium lord
245689 | Zig:25   | Noticed Quwkisuw the pandemonium lord
245690 | Zig:25   | Noticed Wopnaxt the pandemonium lord
245690 | Zig:25   | Noticed Veoq Mol the pandemonium lord
245690 | Zig:25   | Killed Ekieq the pandemonium lord
245691 | Zig:25   | Noticed Zozeinwi the pandemonium lord
245691 | Zig:25   | Noticed Filat the pandemonium lord
245691 | Zig:25   | Noticed Yhurhul the pandemonium lord
245692 | Zig:25   | Killed Vumnim the pandemonium lord
245692 | Zig:25   | Noticed Domonoz the pandemonium lord
245693 | Zig:25   | Noticed Poalluih the pandemonium lord
245693 | Zig:25   | Killed Neatsi the pandemonium lord
245693 | Zig:25   | Killed Asoluzol the pandemonium lord
245693 | Zig:25   | Killed Vouj the pandemonium lord
245693 | Zig:25   | Killed Bapuly the pandemonium lord
245693 | Zig:25   | Noticed Munaf the pandemonium lord
245693 | Zig:25   | Noticed Woawal the pandemonium lord
245693 | Zig:25   | Noticed Ygous the pandemonium lord
245694 | Zig:25   | Killed Wopnaxt the pandemonium lord
245694 | Zig:25   | Killed Ydoseff the pandemonium lord
245694 | Zig:25   | Killed Kyqeaf the pandemonium lord
245694 | Zig:25   | Noticed Ishruoxt the pandemonium lord
245695 | Zig:25   | Noticed Bugaom the pandemonium lord
245695 | Zig:25   | Noticed Akeon the pandemonium lord
245695 | Zig:25   | Noticed Nalua the pandemonium lord
245696 | Zig:25   | Noticed Dooweor the pandemonium lord
245697 | Zig:25   | Killed Yhurhul the pandemonium lord
245697 | Zig:25   | Killed Poalluih the pandemonium lord
245697 | Zig:25   | Noticed Zyoleugg the pandemonium lord
245698 | Zig:25   | Killed Quwkisuw the pandemonium lord
245698 | Zig:25   | Killed Veoq Mol the pandemonium lord
245698 | Zig:25   | Killed Woawal the pandemonium lord
245698 | Zig:25   | Killed Filat the pandemonium lord
245698 | Zig:25   | Noticed Coroj the pandemonium lord
245699 | Zig:25   | Killed Ishruoxt the pandemonium lord
245699 | Zig:25   | Killed Bugaom the pandemonium lord
245699 | Zig:25   | Killed Zozeinwi the pandemonium lord
245699 | Zig:25   | Killed Domonoz the pandemonium lord
245699 | Zig:25   | Killed Munaf the pandemonium lord
245699 | Zig:25   | Noticed Pimm the pandemonium lord
245699 | Zig:25   | Noticed Ipladet the pandemonium lord
245700 | Zig:25   | Killed Nalua the pandemonium lord
245700 | Zig:25   | Killed Dooweor the pandemonium lord
245700 | Zig:25   | Killed Ygous the pandemonium lord
245700 | Zig:25   | Noticed Dear Ush the pandemonium lord
245700 | Zig:25   | Noticed Maewo the pandemonium lord
245701 | Zig:25   | Killed Akeon the pandemonium lord
245701 | Zig:25   | Noticed Nuonade the pandemonium lord
245701 | Zig:25   | Noticed Noas the pandemonium lord
245702 | Zig:25   | Killed Pimm the pandemonium lord
245702 | Zig:25   | Noticed Vougeukulo the pandemonium lord
245702 | Zig:25   | Noticed Paethrua the pandemonium lord
245702 | Zig:25   | Noticed Buv Ist the pandemonium lord
245704 | Zig:25   | Killed Dear Ush the pandemonium lord
245704 | Zig:25   | Killed Zyoleugg the pandemonium lord
245704 | Zig:25   | Noticed Heukh the pandemonium lord
245704 | Zig:25   | Noticed Peafuyru the pandemonium lord
245704 | Zig:25   | Noticed Yceyk the pandemonium lord
245705 | Zig:25   | Killed Ipladet the pandemonium lord
245705 | Zig:25   | Killed Nuonade the pandemonium lord
245705 | Zig:25   | Killed Coroj the pandemonium lord
245705 | Zig:25   | Noticed Ciatzy Jaev the pandemonium lord
245705 | Zig:25   | Noticed Titoc the pandemonium lord
245705 | Zig:25   | Noticed Gisuuqot the pandemonium lord
245705 | Zig:25   | Noticed Zubryl the pandemonium lord
245706 | Zig:25   | Noticed Lalyopn the pandemonium lord
245706 | Zig:25   | Killed Noas the pandemonium lord
245706 | Zig:25   | Killed Yceyk the pandemonium lord
245706 | Zig:25   | Noticed Tat Jyst the pandemonium lord
245707 | Zig:25   | Noticed Bobannour the pandemonium lord
245707 | Zig:25   | Killed Vougeukulo the pandemonium lord
245707 | Zig:25   | Killed Peafuyru the pandemonium lord
245707 | Zig:25   | Killed Maewo the pandemonium lord
245707 | Zig:25   | Noticed Bosereona the pandemonium lord
245707 | Zig:25   | Noticed Kusin the pandemonium lord
245708 | Zig:25   | Killed Lalyopn the pandemonium lord
245708 | Zig:25   | Killed Heukh the pandemonium lord
245708 | Zig:25   | Killed Paethrua the pandemonium lord
245708 | Zig:25   | Killed Buv Ist the pandemonium lord
245708 | Zig:25   | Noticed Wifrotrio the pandemonium lord
245708 | Zig:25   | Noticed Melann the pandemonium lord
245708 | Zig:25   | Noticed Seiclevu the pandemonium lord
245709 | Zig:25   | Noticed Natolar the pandemonium lord
245709 | Zig:25   | Noticed Miakk the pandemonium lord
245711 | Zig:25   | Noticed Heecosm the pandemonium lord
245713 | Zig:25   | Noticed Voys the pandemonium lord
245713 | Zig:25   | Noticed Vynirag the pandemonium lord
245714 | Zig:25   | Noticed Soafetua the pandemonium lord
245714 | Zig:25   | Killed Ciatzy Jaev the pandemonium lord
245714 | Zig:25   | Killed Natolar the pandemonium lord
245714 | Zig:25   | Killed Tat Jyst the pandemonium lord
245714 | Zig:25   | Killed Zubryl the pandemonium lord
245715 | Zig:25   | Killed Heecosm the pandemonium lord
245715 | Zig:25   | Killed Vynirag the pandemonium lord
245715 | Zig:25   | Killed Bosereona the pandemonium lord
245716 | Zig:25   | Killed Kusin the pandemonium lord
245716 | Zig:25   | Killed Gisuuqot the pandemonium lord
245716 | Zig:25   | Noticed Wuhaesch the pandemonium lord
245716 | Zig:25   | Noticed Qiatruor the pandemonium lord
245717 | Zig:25   | Noticed Gytacw the pandemonium lord
245717 | Zig:25   | Killed Miakk the pandemonium lord
245717 | Zig:25   | Noticed Sylukikk the pandemonium lord
245717 | Zig:25   | Noticed Exzopyag the pandemonium lord
245717 | Zig:25   | Noticed Ydenuipp the pandemonium lord
245718 | Zig:25   | Noticed Usuimov the pandemonium lord
245718 | Zig:25   | Noticed Opomp the pandemonium lord
245718 | Zig:25   | Noticed Nuamih the pandemonium lord
245718 | Zig:25   | Noticed Zad Eth the pandemonium lord
245718 | Zig:25   | Noticed Kycod the pandemonium lord
245718 | Zig:25   | Killed Voys the pandemonium lord
245718 | Zig:25   | Killed Melann the pandemonium lord
245718 | Zig:25   | Noticed Ahafing the pandemonium lord
245719 | Zig:25   | Noticed Ysobbomo the pandemonium lord
245720 | Zig:25   | Noticed Wanou the pandemonium lord
245720 | Zig:25   | Killed Gytacw the pandemonium lord
245720 | Zig:25   | Killed Bobannour the pandemonium lord
245720 | Zig:25   | Killed Qiatruor the pandemonium lord
245720 | Zig:25   | Killed Titoc the pandemonium lord
245720 | Zig:25   | Killed Wifrotrio the pandemonium lord
245720 | Zig:25   | Noticed Emosm the pandemonium lord
245720 | Zig:25   | Noticed Eschyl the pandemonium lord
245721 | Zig:25   | Killed Seiclevu the pandemonium lord
245721 | Zig:25   | Killed Soafetua the pandemonium lord
245721 | Zig:25   | Killed Nuamih the pandemonium lord
245721 | Zig:25   | Killed Ydenuipp the pandemonium lord
245721 | Zig:25   | Noticed Siesiur the pandemonium lord
245721 | Zig:25   | Noticed Kettyohi the pandemonium lord
245722 | Zig:25   | Killed Opomp the pandemonium lord
245722 | Zig:25   | Killed Exzopyag the pandemonium lord
245722 | Zig:25   | Killed Sylukikk the pandemonium lord
245722 | Zig:25   | Killed Kycod the pandemonium lord
245722 | Zig:25   | Killed Emosm the pandemonium lord
245722 | Zig:25   | Killed Eschyl the pandemonium lord
245722 | Zig:25   | Noticed Desuic the pandemonium lord
245722 | Zig:25   | Noticed Nonki the pandemonium lord
245723 | Zig:25   | Killed Ahafing the pandemonium lord
245723 | Zig:25   | Noticed Baducys the pandemonium lord
245724 | Zig:25   | Noticed Gisheas the pandemonium lord
245725 | Zig:25   | Killed Wanou the pandemonium lord
245725 | Zig:25   | Killed Ysobbomo the pandemonium lord
245725 | Zig:25   | Noticed Violl the pandemonium lord
245725 | Zig:25   | Noticed Cooqyur the pandemonium lord
245725 | Zig:25   | Noticed Ytilaug the pandemonium lord
245726 | Zig:25   | Killed Desuic the pandemonium lord
245726 | Zig:25   | Killed Siesiur the pandemonium lord
245726 | Zig:25   | Killed Wuhaesch the pandemonium lord
245726 | Zig:25   | Killed Kettyohi the pandemonium lord
245726 | Zig:25   | Noticed Irrogru the pandemonium lord
245726 | Zig:25   | Noticed Osualixe the pandemonium lord
245727 | Zig:25   | Killed Usuimov the pandemonium lord
245727 | Zig:25   | Killed Zad Eth the pandemonium lord
245727 | Zig:25   | Noticed Othilul the pandemonium lord
245727 | Zig:25   | Noticed Reaxanun the pandemonium lord
245728 | Zig:25   | Noticed Xarer the pandemonium lord
245729 | Zig:25   | Killed Baducys the pandemonium lord
245730 | Zig:25   | Killed Gisheas the pandemonium lord
245730 | Zig:25   | Killed Ytilaug the pandemonium lord
245730 | Zig:25   | Killed Othilul the pandemonium lord
245730 | Zig:25   | Killed Nonki the pandemonium lord
245730 | Zig:25   | Killed Cooqyur the pandemonium lord
245730 | Zig:25   | Killed Violl the pandemonium lord
245730 | Zig:25   | Noticed Afuotul the pandemonium lord
245730 | Zig:25   | Noticed Nukoeh the pandemonium lord
245730 | Zig:25   | Noticed Xaown the pandemonium lord
245731 | Zig:25   | Killed Irrogru the pandemonium lord
245731 | Zig:25   | Killed Xarer the pandemonium lord
245731 | Zig:25   | Noticed Vuteopaf the pandemonium lord
245732 | Zig:25   | Noticed Seybb the pandemonium lord
245732 | Zig:25   | Noticed Bunanut the pandemonium lord
245732 | Zig:25   | Noticed Sesixu the pandemonium lord
245734 | Zig:25   | Noticed Tanoesoi the pandemonium lord
245734 | Zig:25   | Noticed Ovvim the pandemonium lord
245734 | Zig:25   | Noticed Inohuw the pandemonium lord
245735 | Zig:25   | Noticed Felooss the pandemonium lord
245735 | Zig:25   | Noticed Diucla the pandemonium lord
245735 | Zig:25   | Noticed Exiumep the pandemonium lord
245735 | Zig:25   | Noticed Gacemoich the pandemonium lord
245736 | Zig:25   | Killed Vuteopaf the pandemonium lord
245736 | Zig:25   | Killed Reaxanun the pandemonium lord
245736 | Zig:25   | Killed Xaown the pandemonium lord
245737 | Zig:25   | Killed Osualixe the pandemonium lord
245737 | Zig:25   | Killed Ovvim the pandemonium lord
245737 | Zig:25   | Killed Inohuw the pandemonium lord
245737 | Zig:25   | Killed Gacemoich the pandemonium lord
245737 | Zig:25   | Noticed Yrphouqu the pandemonium lord
245738 | Zig:25   | Killed Sesixu the pandemonium lord
245738 | Zig:25   | Killed Afuotul the pandemonium lord
245738 | Zig:25   | Noticed Cufie the pandemonium lord
245738 | Zig:25   | Noticed Ecvuuno the pandemonium lord
245739 | Zig:25   | Killed Bunanut the pandemonium lord
245739 | Zig:25   | Killed Yrphouqu the pandemonium lord
245740 | Zig:25   | Killed Nukoeh the pandemonium lord
245740 | Zig:25   | Killed Seybb the pandemonium lord
245740 | Zig:25   | Killed Ecvuuno the pandemonium lord
245740 | Zig:25   | Killed Diucla the pandemonium lord
245740 | Zig:25   | Killed Exiumep the pandemonium lord
245740 | Zig:25   | Noticed Cunoqyop the pandemonium lord
245741 | Zig:25   | Killed Felooss the pandemonium lord
245741 | Zig:25   | Noticed Xehis the pandemonium lord
245741 | Zig:25   | Noticed Licyrr the pandemonium lord
245741 | Zig:25   | Noticed Robeseha the pandemonium lord
245743 | Zig:25   | Killed Cunoqyop the pandemonium lord
245743 | Zig:25   | Killed Cufie the pandemonium lord
245743 | Zig:25   | Noticed Qowum the pandemonium lord
245744 | Zig:25   | Noticed Gebuytuv the pandemonium lord
245744 | Zig:25   | Killed Tanoesoi the pandemonium lord
245744 | Zig:25   | Killed Xehis the pandemonium lord
245744 | Zig:25   | Noticed Miyluyp the pandemonium lord
245744 | Zig:25   | Noticed Ranolap the pandemonium lord
245744 | Zig:25   | Noticed Ymocad the pandemonium lord
245745 | Zig:25   | Noticed Gugricly the pandemonium lord
245745 | Zig:25   | Noticed Soqe the pandemonium lord
245746 | Zig:25   | Noticed Ixkekkuykh the pandemonium lord
245747 | Zig:25   | Killed Licyrr the pandemonium lord
245747 | Zig:25   | Noticed Cujuoqep the pandemonium lord
245748 | Zig:25   | Killed Robeseha the pandemonium lord
245748 | Zig:25   | Killed Gugricly the pandemonium lord
245748 | Zig:25   | Killed Qowum the pandemonium lord
245749 | Zig:25   | Noticed Dadion the pandemonium lord
245749 | Zig:25   | Killed Ymocad the pandemonium lord
245749 | Zig:25   | Noticed Disatzao the pandemonium lord
245750 | Zig:25   | Killed Ranolap the pandemonium lord
245750 | Zig:25   | Noticed Qecaadwi the pandemonium lord
245751 | Zig:25   | Killed Miyluyp the pandemonium lord
245752 | Zig:25   | Killed Gebuytuv the pandemonium lord
245752 | Zig:25   | Killed Ixkekkuykh the pandemonium lord
245752 | Zig:25   | Noticed Jahalok the pandemonium lord
245753 | Zig:25   | Killed Soqe the pandemonium lord
245754 | Zig:25   | Killed Disatzao the pandemonium lord
245754 | Zig:25   | Killed Cujuoqep the pandemonium lord
245754 | Zig:25   | Killed Dadion the pandemonium lord
245755 | Zig:25   | Noticed Uwukk the pandemonium lord
245755 | Zig:25   | Noticed Morel the pandemonium lord
245755 | Zig:25   | Noticed Mifeoth the pandemonium lord
245755 | Zig:25   | Noticed Voecsi the pandemonium lord
245757 | Zig:25   | Noticed Kuan the pandemonium lord
245758 | Zig:25   | Noticed Feakh the pandemonium lord
245760 | Zig:25   | Killed Jahalok the pandemonium lord
245760 | Zig:25   | Killed Qecaadwi the pandemonium lord
245760 | Zig:25   | Noticed Osiw the pandemonium lord
245761 | Zig:25   | Killed Uwukk the pandemonium lord
245761 | Zig:25   | Killed Voecsi the pandemonium lord
245761 | Zig:25   | Killed Feakh the pandemonium lord
245763 | Zig:25   | Killed Mifeoth the pandemonium lord
245766 | Zig:25   | Killed Morel the pandemonium lord
245766 | Zig:25   | Killed Kuan the pandemonium lord
245768 | Zig:25   | Killed Osiw the pandemonium lord
246292 | Zig:25   | Identified the staff of conjuration "Jetusoho" {rPois MP+9}
246293 | Zig:25   | Identified the staff of earth "Jogupp" {Str+3 Dex+5 Stlth+}
246307 | Zig:25   | Identified the ring of Balance {Fire +Blink rN++}
246317 | Zig:25   | Identified the +3 battleaxe "Vaxzysof" {flame, rCorr Str+8
                  | Dex-3}
246324 | Zig:25   | Identified the staff of conjuration "Reomirch" {Dex+3}
246331 | Zig:25   | Identified the staff of earth "Ekhasone" {rElec rCorr
                  | Dex+5}
246335 | Zig:25   | Identified the amulet of Amorality {Reflect Dex+3 SH+5}
246336 | Zig:25   | Identified the +5 glaive of Mablidut {pain, +Blink rN+
                  | SInv}
246339 | Zig:25   | Identified the staff of death "Biacik" {Drain rF+ rN+
                  | Will+++ Dex+2}
246366 | Zig:25   | Identified the +12 great sword of Sharkskin {flame, Int+2}
246369 | Zig:25   | Identified the +3 short sword of Revolt {venom, Int+3
                  | Dex+3}
246371 | Zig:25   | Identified the amulet "Sazan" {Acrobat rElec Dex+2 SInv}
246373 | Zig:25   | Identified the ring of Zogopnuv {EV+5 Dex+2}
246382 | Zig:25   | Identified the staff of fire "Rohi" {rPois rF+ rC- Int+3
                  | Stlth+}
246389 | Zig:25   | Identified the +2 quarterstaff of the Disturbing Friars
                  | {heavy, rElec rC+ rN+}
246398 | Zig:25   | Identified the +0 plate armour "Okymisaz" {rPois rC+++
                  | Dex-4 Slay+2}
246490 | Zig:26   | Entered Level 26 of a ziggurat
246496 | Zig:26   | Noticed a juggernaut
246501 | Zig:26   | Noticed a juggernaut
246502 | Zig:26   | Noticed a juggernaut
246502 | Zig:26   | Noticed a juggernaut
246502 | Zig:26   | Noticed a juggernaut
246503 | Zig:26   | Noticed a juggernaut
246504 | Zig:26   | Noticed a juggernaut
246504 | Zig:26   | Noticed a juggernaut
246504 | Zig:26   | Noticed a juggernaut
246505 | Zig:26   | Noticed a juggernaut
246505 | Zig:26   | Noticed a juggernaut
246505 | Zig:26   | Noticed a juggernaut
246506 | Zig:26   | Noticed a juggernaut
246506 | Zig:26   | Noticed a juggernaut
246506 | Zig:26   | Noticed a juggernaut
246506 | Zig:26   | Noticed a juggernaut
246506 | Zig:26   | Noticed a juggernaut
246507 | Zig:26   | Noticed a juggernaut
246507 | Zig:26   | Noticed a juggernaut
246507 | Zig:26   | Noticed a juggernaut
246507 | Zig:26   | Killed a juggernaut
246507 | Zig:26   | Killed a juggernaut
246507 | Zig:26   | Killed a juggernaut
246507 | Zig:26   | Killed a juggernaut
246507 | Zig:26   | Killed a juggernaut
246507 | Zig:26   | Killed a juggernaut
246507 | Zig:26   | Killed a juggernaut
246507 | Zig:26   | Killed a juggernaut
246507 | Zig:26   | Killed a juggernaut
246507 | Zig:26   | Killed a juggernaut
246507 | Zig:26   | Killed a juggernaut
246507 | Zig:26   | Killed a juggernaut
246507 | Zig:26   | Killed a juggernaut
246507 | Zig:26   | Killed a juggernaut
246507 | Zig:26   | Noticed a juggernaut
246508 | Zig:26   | Noticed a juggernaut
246508 | Zig:26   | Noticed a juggernaut
246508 | Zig:26   | Noticed a juggernaut
246508 | Zig:26   | Noticed a juggernaut
246508 | Zig:26   | Killed a juggernaut
246508 | Zig:26   | Noticed a juggernaut
246508 | Zig:26   | Noticed a juggernaut
246508 | Zig:26   | Noticed a juggernaut
246509 | Zig:26   | Noticed a juggernaut
246509 | Zig:26   | Noticed a juggernaut
246509 | Zig:26   | Killed a juggernaut
246509 | Zig:26   | Killed a juggernaut
246509 | Zig:26   | Noticed a juggernaut
246510 | Zig:26   | Noticed a juggernaut
246510 | Zig:26   | Killed a juggernaut
246510 | Zig:26   | Noticed a juggernaut
246511 | Zig:26   | Noticed a juggernaut
246512 | Zig:26   | Killed a juggernaut
246512 | Zig:26   | Killed a juggernaut
246512 | Zig:26   | Killed a juggernaut
246512 | Zig:26   | Killed a juggernaut
246513 | Zig:26   | Noticed a juggernaut
246513 | Zig:26   | Noticed a juggernaut
246514 | Zig:26   | Noticed a juggernaut
246515 | Zig:26   | Noticed a juggernaut
246516 | Zig:26   | Noticed a juggernaut
246516 | Zig:26   | Killed a juggernaut
246516 | Zig:26   | Killed a juggernaut
246516 | Zig:26   | Killed a juggernaut
246516 | Zig:26   | Killed a juggernaut
246516 | Zig:26   | Killed a juggernaut
246516 | Zig:26   | Killed a juggernaut
246516 | Zig:26   | Killed a juggernaut
246516 | Zig:26   | Killed a juggernaut
246516 | Zig:26   | Killed a juggernaut
246516 | Zig:26   | Killed a juggernaut
246516 | Zig:26   | Noticed a juggernaut
246517 | Zig:26   | Killed a juggernaut
246517 | Zig:26   | Killed a juggernaut
246517 | Zig:26   | Killed a juggernaut
246517 | Zig:26   | Killed a juggernaut
246517 | Zig:26   | Killed a juggernaut
246517 | Zig:26   | Noticed a juggernaut
246521 | Zig:26   | Killed a juggernaut
246521 | Zig:26   | Killed a juggernaut
246525 | Zig:26   | Killed a juggernaut
246525 | Zig:26   | Killed a juggernaut
246529 | Zig:26   | Noticed a juggernaut
246539 | Zig:26   | Killed a juggernaut
246567 | Zig:26   | Identified the +9 great mace of Lies {holy, Will++}
246574 | Zig:26   | Identified the +8 war axe "Daupaomi" {venom, Will++ Str+3
                  | Int+3}
246588 | Zig:26   | Identified the +3 flail of Melee {protect, Fly rElec Dex+2}
246679 | Zig:26   | Identified the staff of poison "Himah" {rPois rC+ Str-3
                  | Dex+2}
247201 | Zig:26   | Identified the staff of fire "Noeffuiw" {rF+ Int+2}
247208 | Zig:26   | Identified the staff of poison "Jibuzeag" {rPois Dex+2}
247209 | Zig:26   | Identified the +9 mace of Corruption {spect, Int+4}
247211 | Zig:26   | Identified the +3 morningstar of the Dead {pain, Will+ MP+9
                  | Int+3}
247221 | Zig:26   | Identified the +6 lajatang of the Stork {vamp, rN++}
247407 | Zig:27   | Entered Level 27 of a ziggurat
247880 | Zig:27   | Identified the +9 halberd of Innocence {spect, Will- Str+9
                  | Dex+4}
247893 | Zig:27   | Identified the staff of conjuration "Xyegerphe" {rN+}
247895 | Zig:27   | Identified the +6 scimitar of Guox {heavy, Dex+5}
247900 | Zig:27   | Identified the ring of the Archfiend {Fire rPois Will+
                  | Str+2}
247902 | Zig:27   | Identified the +8 spear of Tenacity {drain, rN+}
247910 | Zig:27   | Identified the staff of death "Wiatreu" {rN+ Int+4 Stlth-}
247916 | Zig:27   | Identified the +3 falchion of a Gauntlet {flame, Fly MP+9}
247931 | Zig:27   | Identified the staff of fire "Sethrok" {rF+ rCorr Str+7
                  | Int-2 Dex-3}
247939 | Zig:27   | Identified the +0 hat "Syonn" {Str+3}
247961 | Zig:27   | Identified the staff of conjuration "Honemim" {*Corrode
                  | +Blink rF- Str+8}
247969 | Zig:27   | Identified the staff of cold "Wagaton" {Fragile rC+ rN+
                  | SInv}
247983 | Zig:27   | Identified the +9 quarterstaff of a sewer {flame, Contam
                  | rElec rCorr}
247985 | Zig:27   | Identified the ring of the Hippo {rElec rPois rCorr Str+6
                  | Dex-5}
248088 | Zig:27   | Identified the +5 quarterstaff "Wegeoler" {speed, Will-
                  | Str+2 Stlth+}
248419 | Zig:1    | Entered Level 1 of a ziggurat
248427 | Zig:2    | Entered Level 2 of a ziggurat
248443 | Zig:3    | Entered Level 3 of a ziggurat
248460 | Zig:4    | Entered Level 4 of a ziggurat
248462 | Zig:4    | Noticed Cekueticw the pandemonium lord
248465 | Zig:4    | Killed Cekueticw the pandemonium lord
248738 | Zig:5    | Entered Level 5 of a ziggurat
248758 | Zig:6    | Entered Level 6 of a ziggurat
248758 | Zig:6    | Identified the +8 tower shield of the Turtle {Regen+}
248758 | Zig:6    | Identified the +1 buckler of the Burning Gods {rC+}
248758 | Zig:6    | Identified the +5 tower shield "Loqynamiqe" {*Slow rElec
                  | Str+3}
249008 | Zig:6    | Identified the +2 pair of boots "Fahiud" {rF+ Will+}
249009 | Zig:6    | Identified the staff of fire "Gykiustub" {rF+ Dex+2}
249012 | Zig:6    | Identified the +5 scale mail of Liberalism {Stlth+}
249070 | Zig:7    | Entered Level 7 of a ziggurat
249070 | Zig:7    | Noticed a dread lich
249070 | Zig:7    | Noticed an ancient lich
249070 | Zig:7    | Noticed a dread lich
249070 | Zig:7    | Noticed a dread lich
249072 | Zig:7    | Noticed a dread lich
249073 | Zig:7    | Killed a dread lich
249073 | Zig:7    | Killed a dread lich
249073 | Zig:7    | Killed a dread lich
249074 | Zig:7    | Killed an ancient lich
249074 | Zig:7    | Killed a dread lich
249075 | Zig:7    | Noticed an ancient lich
249075 | Zig:7    | Noticed an ancient lich
249076 | Zig:7    | Noticed a dread lich
249078 | Zig:7    | Noticed a dread lich
249080 | Zig:7    | Killed an ancient lich
249080 | Zig:7    | Killed an ancient lich
249080 | Zig:7    | Killed a dread lich
249080 | Zig:7    | Killed a dread lich
249099 | Zig:8    | Entered Level 8 of a ziggurat
249235 | Zig:8    | Identified the +2 chain mail "Raveis" {rN+ Str+3}
249435 | Zig:8    | Identified the staff of air "Wachead" {rElec rPois Will++
                  | Dex-5}
249474 | Zig:8    | Identified the +2 glaive "Hoyhod" {flame, Will+}
249501 | Zig:8    | Identified the +5 scimitar of the Forsaken Xeniums {flame,
                  | Contam rPois rN++ Stlth+}
249515 | Zig:8    | Identified the staff of fire "Xoobomogg" {rF+ Int+2}
249541 | Zig:9    | Entered Level 9 of a ziggurat
249545 | Zig:9    | Found the +18 Lear's hauberk
249674 | Zig:9    | Identified the +1 robe "Zitowar" {+Inv rElec Str+3}
249676 | Zig:9    | Identified the +5 whip "Iqaseah" {flame, rC+ Str+3 Int+4}
249706 | Zig:9    | Identified the +5 shortbow of Pimeitit {drain, Int+3 Dex+3}
249873 | Zig:9    | Identified the ring "Ecwolo" {rPois rN+ Int-3 SInv}
249875 | Zig:9    | Identified the +1 quarterstaff of Ukhioz {flame, rPois
                  | rC+++ Str-2 Int-5}
249880 | Zig:9    | Identified the +9 morningstar "Ynlis" {chaos, Contam Str+2
                  | Int+3}
249958 | Zig:10   | Entered Level 10 of a ziggurat
249973 | Zig:10   | Noticed Nil Osoe the pandemonium lord
249976 | Zig:10   | Killed Nil Osoe the pandemonium lord
250289 | Zig:10   | Identified the ring of Yfamu {*Corrode +Blink rC+ Will++
                  | Dex+2}
250299 | Zig:11   | Entered Level 11 of a ziggurat
250332 | Zig:12   | Entered Level 12 of a ziggurat
250352 | Zig:12   | Noticed Giycoiw the pandemonium lord
250355 | Zig:12   | Killed Giycoiw the pandemonium lord
250675 | Zig:12   | Identified the staff of conjuration "Diomoawo" {Drain rElec
                  | Dex+6 SInv}
250686 | Zig:12   | Identified the staff of earth "Hedwul" {rElec rPois Will++
                  | Stlth-}
250764 | Zig:13   | Entered Level 13 of a ziggurat
250783 | Zig:13   | Noticed a dread lich
250784 | Zig:13   | Killed a dread lich
250792 | Zig:13   | Noticed an ancient lich
250794 | Zig:13   | Killed an ancient lich
250954 | Zig:13   | Identified the +3 shortbow of Higozoe {heavy, *Slow rC++
                  | Dex+4}
250970 | Zig:13   | Identified the +6 demon blade of Wiragad {venom, rF+}
251169 | Zig:14   | Entered Level 14 of a ziggurat
251172 | Zig:14   | Noticed Vazae the pandemonium lord
251172 | Zig:14   | Noticed Joagogez the pandemonium lord
251172 | Zig:14   | Noticed Sosaumun the pandemonium lord
251172 | Zig:14   | Noticed Meaput the pandemonium lord
251172 | Zig:14   | Noticed Dimog the pandemonium lord
251172 | Zig:14   | Noticed Jezirom the pandemonium lord
251172 | Zig:14   | Noticed Yfozxom the pandemonium lord
251172 | Zig:14   | Noticed Nuraac Uhae the pandemonium lord
251173 | Zig:14   | Noticed Caofinar the pandemonium lord
251173 | Zig:14   | Noticed Bioxyvud the pandemonium lord
251173 | Zig:14   | Noticed Seujygu the pandemonium lord
251173 | Zig:14   | Noticed Kezxyim the pandemonium lord
251173 | Zig:14   | Noticed Ogoyrir the pandemonium lord
251173 | Zig:14   | Noticed Axurueng the pandemonium lord
251174 | Zig:14   | Killed Kezxyim the pandemonium lord
251174 | Zig:14   | Killed Caofinar the pandemonium lord
251174 | Zig:14   | Killed Vazae the pandemonium lord
251174 | Zig:14   | Killed Meaput the pandemonium lord
251174 | Zig:14   | Noticed Jeteal the pandemonium lord
251174 | Zig:14   | Noticed Fabiom the pandemonium lord
251175 | Zig:14   | Noticed Ceecloecu the pandemonium lord
251175 | Zig:14   | Noticed Jutun the pandemonium lord
251175 | Zig:14   | Noticed Raurucu the pandemonium lord
251175 | Zig:14   | Noticed Vafriuf the pandemonium lord
251175 | Zig:14   | Noticed Atitixon the pandemonium lord
251176 | Zig:14   | Noticed Ytaups the pandemonium lord
251176 | Zig:14   | Noticed Bothryp the pandemonium lord
251176 | Zig:14   | Noticed Ide Aqie the pandemonium lord
251177 | Zig:14   | Noticed Jyathrem the pandemonium lord
251177 | Zig:14   | Noticed Qyli the pandemonium lord
251177 | Zig:14   | Noticed Turomn the pandemonium lord
251178 | Zig:14   | Killed Jezirom the pandemonium lord
251178 | Zig:14   | Killed Dimog the pandemonium lord
251178 | Zig:14   | Killed Joagogez the pandemonium lord
251178 | Zig:14   | Killed Ogoyrir the pandemonium lord
251178 | Zig:14   | Killed Seujygu the pandemonium lord
251178 | Zig:14   | Killed Ceecloecu the pandemonium lord
251178 | Zig:14   | Noticed Vauweys the pandemonium lord
251178 | Zig:14   | Noticed Wuack the pandemonium lord
251179 | Zig:14   | Killed Bioxyvud the pandemonium lord
251179 | Zig:14   | Killed Nuraac Uhae the pandemonium lord
251179 | Zig:14   | Noticed Fetaicam the pandemonium lord
251179 | Zig:14   | Noticed Jadussi the pandemonium lord
251180 | Zig:14   | Killed Jutun the pandemonium lord
251180 | Zig:14   | Killed Fabiom the pandemonium lord
251180 | Zig:14   | Killed Vafriuf the pandemonium lord
251180 | Zig:14   | Killed Ytaups the pandemonium lord
251180 | Zig:14   | Killed Jyathrem the pandemonium lord
251180 | Zig:14   | Killed Raurucu the pandemonium lord
251180 | Zig:14   | Noticed Pappoh the pandemonium lord
251180 | Zig:14   | Noticed Uppust the pandemonium lord
251181 | Zig:14   | Noticed Mokli the pandemonium lord
251181 | Zig:14   | Killed Sosaumun the pandemonium lord
251181 | Zig:14   | Killed Atitixon the pandemonium lord
251181 | Zig:14   | Killed Turomn the pandemonium lord
251181 | Zig:14   | Killed Jeteal the pandemonium lord
251181 | Zig:14   | Killed Ide Aqie the pandemonium lord
251181 | Zig:14   | Killed Qyli the pandemonium lord
251181 | Zig:14   | Killed Bothryp the pandemonium lord
251181 | Zig:14   | Killed Axurueng the pandemonium lord
251181 | Zig:14   | Noticed Gibor the pandemonium lord
251181 | Zig:14   | Noticed Axixes the pandemonium lord
251181 | Zig:14   | Noticed Xeluevi the pandemonium lord
251181 | Zig:14   | Noticed Xohaf the pandemonium lord
251182 | Zig:14   | Killed Fetaicam the pandemonium lord
251182 | Zig:14   | Noticed Imorch the pandemonium lord
251182 | Zig:14   | Noticed Muakinkarass the pandemonium lord
251183 | Zig:14   | Killed Mokli the pandemonium lord
251183 | Zig:14   | Killed Vauweys the pandemonium lord
251183 | Zig:14   | Noticed Baith the pandemonium lord
251184 | Zig:14   | Noticed Dyjuno the pandemonium lord
251184 | Zig:14   | Killed Wuack the pandemonium lord
251184 | Zig:14   | Killed Pappoh the pandemonium lord
251184 | Zig:14   | Killed Gibor the pandemonium lord
251184 | Zig:14   | Killed Axixes the pandemonium lord
251184 | Zig:14   | Killed Yfozxom the pandemonium lord
251184 | Zig:14   | Killed Jadussi the pandemonium lord
251184 | Zig:14   | Noticed Exexeuch the pandemonium lord
251184 | Zig:14   | Noticed Urypsur the pandemonium lord
251185 | Zig:14   | Noticed Rabux the pandemonium lord
251185 | Zig:14   | Noticed Tot Esud the pandemonium lord
251185 | Zig:14   | Noticed Eppiobef the pandemonium lord
251186 | Zig:14   | Killed Uppust the pandemonium lord
251186 | Zig:14   | Killed Urypsur the pandemonium lord
251186 | Zig:14   | Killed Muakinkarass the pandemonium lord
251186 | Zig:14   | Noticed Haoggen the pandemonium lord
251187 | Zig:14   | Noticed Tarch the pandemonium lord
251187 | Zig:14   | Killed Eppiobef the pandemonium lord
251187 | Zig:14   | Noticed Loadaryu the pandemonium lord
251187 | Zig:14   | Noticed Cutsecve the pandemonium lord
251189 | Zig:14   | Noticed Icloseniha the pandemonium lord
251189 | Zig:14   | Noticed Doeseh the pandemonium lord
251192 | Zig:14   | Killed Baith the pandemonium lord
251192 | Zig:14   | Noticed Qohiz the pandemonium lord
251192 | Zig:14   | Noticed Hiotuis the pandemonium lord
251192 | Zig:14   | Noticed Enlulec the pandemonium lord
251193 | Zig:14   | Noticed Icathoz the pandemonium lord
251193 | Zig:14   | Killed Tot Esud the pandemonium lord
251193 | Zig:14   | Noticed Jamin Wucoa the pandemonium lord
251194 | Zig:14   | Noticed Exkeneu the pandemonium lord
251194 | Zig:14   | Noticed Focse the pandemonium lord
251194 | Zig:14   | Noticed Wuseseeg the pandemonium lord
251194 | Zig:14   | Noticed Kileovymu the pandemonium lord
251194 | Zig:14   | Noticed Fejuergh the pandemonium lord
251195 | Zig:14   | Killed Doeseh the pandemonium lord
251195 | Zig:14   | Killed Imorch the pandemonium lord
251195 | Zig:14   | Killed Icathoz the pandemonium lord
251195 | Zig:14   | Killed Rabux the pandemonium lord
251195 | Zig:14   | Killed Cutsecve the pandemonium lord
251195 | Zig:14   | Noticed Fanur the pandemonium lord
251196 | Zig:14   | Killed Loadaryu the pandemonium lord
251196 | Zig:14   | Killed Icloseniha the pandemonium lord
251196 | Zig:14   | Killed Exkeneu the pandemonium lord
251196 | Zig:14   | Killed Hiotuis the pandemonium lord
251196 | Zig:14   | Noticed Doweriostri the pandemonium lord
251196 | Zig:14   | Noticed Fejur the pandemonium lord
251197 | Zig:14   | Noticed Ufat the pandemonium lord
251198 | Zig:14   | Noticed Cinwid the pandemonium lord
251198 | Zig:14   | Killed Exexeuch the pandemonium lord
251198 | Zig:14   | Killed Dyjuno the pandemonium lord
251198 | Zig:14   | Killed Haoggen the pandemonium lord
251198 | Zig:14   | Killed Enlulec the pandemonium lord
251198 | Zig:14   | Killed Xohaf the pandemonium lord
251199 | Zig:14   | Noticed Anlob the pandemonium lord
251199 | Zig:14   | Killed Tarch the pandemonium lord
251199 | Zig:14   | Killed Jamin Wucoa the pandemonium lord
251199 | Zig:14   | Killed Qohiz the pandemonium lord
251200 | Zig:14   | Killed Fanur the pandemonium lord
251200 | Zig:14   | Killed Focse the pandemonium lord
251200 | Zig:14   | Killed Xeluevi the pandemonium lord
251200 | Zig:14   | Noticed Awab the pandemonium lord
251201 | Zig:14   | Killed Wuseseeg the pandemonium lord
251201 | Zig:14   | Killed Ufat the pandemonium lord
251201 | Zig:14   | Killed Fejuergh the pandemonium lord
251201 | Zig:14   | Killed Fejur the pandemonium lord
251202 | Zig:14   | Killed Kileovymu the pandemonium lord
251202 | Zig:14   | Killed Anlob the pandemonium lord
251202 | Zig:14   | Killed Awab the pandemonium lord
251203 | Zig:14   | Killed Doweriostri the pandemonium lord
251204 | Zig:14   | Killed Cinwid the pandemonium lord
251204 | Zig:14   | Noticed Nios the pandemonium lord
251204 | Zig:14   | Noticed Koer the pandemonium lord
251208 | Zig:14   | Noticed Imeowny the pandemonium lord
251208 | Zig:14   | Noticed Giukuh Kefa the pandemonium lord
251209 | Zig:14   | Killed Nios the pandemonium lord
251209 | Zig:14   | Killed Koer the pandemonium lord
251210 | Zig:14   | Noticed Bimm the pandemonium lord
251211 | Zig:14   | Killed Giukuh Kefa the pandemonium lord
251211 | Zig:14   | Noticed Allanuj the pandemonium lord
251212 | Zig:14   | Killed Bimm the pandemonium lord
251216 | Zig:14   | Killed Allanuj the pandemonium lord
251217 | Zig:14   | Killed Imeowny the pandemonium lord
251220 | Zig:14   | Noticed Susofirui the pandemonium lord
251222 | Zig:14   | Noticed Acuanih the pandemonium lord
251227 | Zig:14   | Killed Susofirui the pandemonium lord
251227 | Zig:14   | Killed Acuanih the pandemonium lord
251533 | Zig:14   | Identified the ring "Vulaboha" {Fire rPois MP-9 Str+4
                  | Int+7}
251546 | Zig:14   | Identified the ring of the Hero {Ice rPois rN+}
251549 | Zig:14   | Identified the staff of cold "Ehuxur" {rF+ rC+ Int-3 Dex+3}
251557 | Zig:14   | Identified the amulet of Rethao {Reflect Int+5 SH+5}
251558 | Zig:14   | Identified the +8 chain mail of the Abyss {rPois}
251563 | Zig:14   | Identified the staff of earth "Zoav" {MP-9 Dex+4}
251564 | Zig:14   | Identified the staff of death "Imeolato" {rN+ Str+4}
251575 | Zig:14   | Identified the ring of Xirghoke {Fly rC+ rCorr Int+3
                  | Stlth-}
251683 | Zig:15   | Entered Level 15 of a ziggurat
251756 | Zig:15   | Identified the +1 pair of gloves of Ixaub {rN+}
251844 | Zig:15   | Identified the +7 halberd "Savvy" {antimagic, Will+ Int+4}
252240 | Zig:16   | Entered Level 16 of a ziggurat
252249 | Zig:16   | Noticed an ancient lich
252253 | Zig:16   | Killed an ancient lich
252678 | Zig:16   | Identified the +2 quarterstaff "Utwa Hacota" {holy, MP+9
                  | Int-4 Dex+5 SInv}
252687 | Zig:16   | Identified the amulet of Atoana {RegenMP rElec rF+ Regen+
                  | Str+3}
252689 | Zig:16   | Identified the staff of fire "Axzass" {Fragile rElec rF+
                  | Int+4 SInv}
252705 | Zig:16   | Identified the +9 dire flail "Weroilay" {chaos, rPois rC+
                  | Stlth+}
252707 | Zig:16   | Identified the +8 great sword of the Hungering Gods {elec,
                  | rElec}
252751 | Zig:17   | Entered Level 17 of a ziggurat
252879 | Zig:17   | Identified the +6 quarterstaff "Ileluhaf" {venom, rPois
                  | rC+}
252893 | Zig:17   | Identified the staff of earth "Uniu" {Str+4 Dex-2 SInv}
252895 | Zig:17   | Identified the ring "Rageghat" {Drain rC- rN+++ Str+6
                  | Dex+4}
252909 | Zig:17   | Identified the +7 plate armour of Dim Light {Str+3}
252925 | Zig:17   | Identified the staff of fire "Safyf" {rF+ rC++ Will- Int+5}
252944 | Zig:17   | Identified the +0 scale mail of Gallantry {*Corrode rC++
                  | Slay-2 SInv}
252955 | Zig:17   | Identified the +7 long sword "Afaug" {flame, rF- rN+ Str+3}
252963 | Zig:17   | Identified the staff of earth "Narghik" {rF+ rN+}
253262 | Zig:17   | Identified the +4 scimitar of Cataclysm {freeze, Fly Str-5
                  | Int+4}
253330 | Zig:18   | Entered Level 18 of a ziggurat
253368 | Zig:18   | Paralysed by accursed screaming for 2 turns
253928 | Zig:18   | Identified the ring of Honesty {rElec rC- Str+4 Int+6}
253929 | Zig:18   | Identified the amulet of Ofyozua {Reflect rElec SH+5}
253936 | Zig:18   | Identified the -2 pair of boots "Anaegh" {Regen+ MP+9 Str-3
                  | Dex+2}
253946 | Zig:18   | Identified the ring of the First Leylines {rF+ rN+++ Int+6
                  | Dex-2 SInv}
253953 | Zig:18   | Identified the +2 leather armour of the Enchanted Forest
                  | {Harm Int+4 SInv}
253993 | Zig:18   | Identified the +3 ring mail "Cuecez" {-Tele Str+6}
253999 | Zig:18   | Identified the +1 shortbow "Wuromp" {drain, rElec Dex+2}
254000 | Zig:18   | Identified the ring "Mipai" {*Corrode Fly Int+8 Dex+2
                  | Slay-5}
254096 | Zig:19   | Entered Level 19 of a ziggurat
254101 | Zig:19   | Noticed a dread lich
254101 | Zig:19   | Noticed an ancient lich
254102 | Zig:19   | Noticed an ancient lich
254103 | Zig:19   | Noticed a dread lich
254103 | Zig:19   | Noticed an ancient lich
254104 | Zig:19   | Noticed a dread lich
254105 | Zig:19   | Noticed a dread lich
254105 | Zig:19   | Killed a dread lich
254105 | Zig:19   | Killed a dread lich
254106 | Zig:19   | Killed an ancient lich
254106 | Zig:19   | Killed an ancient lich
254106 | Zig:19   | Killed an ancient lich
254106 | Zig:19   | Killed a dread lich
254106 | Zig:19   | Killed a dread lich
254108 | Zig:19   | Noticed an ancient lich
254109 | Zig:19   | Noticed an ancient lich
254109 | Zig:19   | Noticed an ancient lich
254109 | Zig:19   | Noticed a dread lich
254111 | Zig:19   | Noticed an ancient lich
254113 | Zig:19   | Noticed a dread lich
254113 | Zig:19   | Noticed a dread lich
254113 | Zig:19   | Noticed a dread lich
254114 | Zig:19   | Killed an ancient lich
254114 | Zig:19   | Killed an ancient lich
254114 | Zig:19   | Killed a dread lich
254114 | Zig:19   | Noticed an ancient lich
254115 | Zig:19   | Killed an ancient lich
254116 | Zig:19   | Noticed a dread lich
254117 | Zig:19   | Noticed an ancient lich
254117 | Zig:19   | Noticed a dread lich
254117 | Zig:19   | Noticed an ancient lich
254118 | Zig:19   | Noticed a dread lich
254118 | Zig:19   | Noticed a dread lich
254118 | Zig:19   | Noticed an ancient lich
254118 | Zig:19   | Noticed an ancient lich
254118 | Zig:19   | Noticed an ancient lich
254118 | Zig:19   | Noticed an ancient lich
254118 | Zig:19   | Noticed a dread lich
254118 | Zig:19   | Noticed an ancient lich
254119 | Zig:19   | Noticed an ancient lich
254120 | Zig:19   | Killed a dread lich
254120 | Zig:19   | Killed a dread lich
254120 | Zig:19   | Killed an ancient lich
254120 | Zig:19   | Killed a dread lich
254121 | Zig:19   | Killed a dread lich
254121 | Zig:19   | Killed a dread lich
254121 | Zig:19   | Killed an ancient lich
254121 | Zig:19   | Killed an ancient lich
254121 | Zig:19   | Killed an ancient lich
254121 | Zig:19   | Killed an ancient lich
254121 | Zig:19   | Killed an ancient lich
254121 | Zig:19   | Killed an ancient lich
254121 | Zig:19   | Killed an ancient lich
254121 | Zig:19   | Killed a dread lich
254121 | Zig:19   | Killed an ancient lich
254121 | Zig:19   | Killed a dread lich
254121 | Zig:19   | Killed an ancient lich
254122 | Zig:19   | Noticed an ancient lich
254122 | Zig:19   | Noticed a dread lich
254122 | Zig:19   | Noticed a dread lich
254122 | Zig:19   | Noticed an ancient lich
254123 | Zig:19   | Killed a dread lich
254124 | Zig:19   | Noticed a dread lich
254125 | Zig:19   | Noticed a dread lich
254125 | Zig:19   | Noticed a dread lich
254126 | Zig:19   | Noticed an ancient lich
254128 | Zig:19   | Killed a dread lich
254128 | Zig:19   | Killed an ancient lich
254128 | Zig:19   | Killed an ancient lich
254128 | Zig:19   | Killed a dread lich
254128 | Zig:19   | Killed a dread lich
254128 | Zig:19   | Killed an ancient lich
254128 | Zig:19   | Killed a dread lich
254129 | Zig:19   | Noticed an ancient lich
254131 | Zig:19   | Killed a dread lich
254132 | Zig:19   | Killed an ancient lich
254319 | Zig:19   | Identified the staff of conjuration "Mena" {rN+}
254320 | Zig:19   | Identified the +0 plate armour of the Abyss {rCorr Str+4}
254329 | Zig:19   | Identified the +6 halberd "Paapn" {venom, rC+ Str+3}
254335 | Zig:19   | Identified the +9 falchion "Woufips" {speed, rC+}
254340 | Zig:19   | Identified the +2 plate armour of Dice, Bag, and Bottle
                  | {Harm Rampage}
254349 | Zig:19   | Identified the +3 morningstar of Huzirimmu {vamp, rC+ rN+
                  | Str-5 Dex+2}
254354 | Zig:19   | Identified the +5 ring mail of Inuojos {Dex+4}
254358 | Zig:19   | Identified the +2 morningstar of the Genius {antimagic,
                  | *Noise rC+ Str+3 Int+6 Dex+3}
254378 | Zig:19   | Identified the +0 short sword "Diawa" {antimagic, rF+}
254384 | Zig:19   | Identified the +0 scale mail "Gijiteci" {rElec rCorr Int+7
                  | Dex-5}
254399 | Zig:19   | Identified the +3 great mace of the Chain {freeze, *Corrode
                  | rN++ Will+ Str+3}
254401 | Zig:19   | Identified the +1 leather armour of Disaster {Str+2 Dex+3}
254794 | Zig:20   | Entered Level 20 of a ziggurat
254817 | Zig:20   | Noticed a dread lich
254824 | Zig:20   | Killed a dread lich
255451 | Zig:20   | Identified the +3 glaive "Dujoalo" {antimagic, *Slow rN+
                  | Str+9}
255453 | Zig:20   | Identified the staff of death "Hitorur" {rN+ Str+3 Int+3
                  | Dex-4}
255457 | Zig:20   | Identified the staff of cold "Ynwem" {+Blink rC+ Will-
                  | Str+4}
255505 | Zig:20   | Identified the ring "Fehimap" {rPois Str+6}
255511 | Zig:20   | Identified the ring of Patience {Ice rPois rN+}
255520 | Zig:20   | Identified the +1 chain mail of Immorality {Rampage}
255627 | Zig:21   | Entered Level 21 of a ziggurat
255664 | Zig:21   | Identified the +0 hat of Cocweuk {rElec Dex+2 Stlth+}
255816 | Zig:21   | Identified the +0 robe of Jothaf {Str-5 Dex+8 SInv}
255832 | Zig:21   | Identified the ring of the Unkillable {rPois Will- rCorr
                  | Int+6 SInv}
255834 | Zig:21   | Identified the ring of Pyromania {Fire rElec Int+6}
255838 | Zig:21   | Identified the ring of Acof {*Corrode rC+ rN+++ MP+9 Str+6}
255845 | Zig:21   | Identified the staff of death "Dated" {rN+ Will+ Str+2}
255849 | Zig:21   | Identified the +0 plate armour "Yreimaugy" {rPois rC- Will+
                  | Dex+2}
255861 | Zig:21   | Identified the staff of earth "Miyjusy" {Stlth+}
255919 | Zig:21   | Identified the +9 hand axe of Liefiraf {heavy, Int-2 Dex+4}
256419 | Zig:22   | Entered Level 22 of a ziggurat
256456 | Zig:22   | Identified the +4 triple crossbow "Myob" {penet, rElec
                  | Str-3 Stlth+}
256518 | Zig:22   | Identified the staff of earth "Xush" {Int-2 Dex+4}
257014 | Zig:22   | Identified the +2 trident of Discomfort {heavy, Str+2 Dex+5
                  | SInv}
257024 | Zig:22   | Identified the +10 dagger "Asmun" {protect, Str+3}
257026 | Zig:22   | Identified the +5 short sword of Ixalux {holy, rN++}
257028 | Zig:22   | Identified the +6 tower shield of Eculah {rC+}
257052 | Zig:22   | Identified the +2 morningstar "Gyroh" {flame, rElec}
257062 | Zig:22   | Identified the staff of air "Wosyall" {rElec rC- rN+
                  | Will++}
257103 | Zig:22   | Identified the +2 robe of the Ecumenical Temple {Int+3}
257112 | Zig:22   | Identified the staff of cold "Tecaowu" {rElec rC+ rCorr
                  | Dex+3}
257130 | Zig:22   | Identified the +4 morningstar of Hepliaklqana's Outrage
                  | {venom, Fly rElec rC- rN+}
257147 | Zig:22   | Identified the ring of Depn {*Corrode rElec rC+ AC+4}
257159 | Zig:23   | Entered Level 23 of a ziggurat
257198 | Zig:24   | Entered Level 24 of a ziggurat
257208 | Zig:24   | Noticed Ciyrel the pandemonium lord
257208 | Zig:24   | Noticed Itirenem the pandemonium lord
257208 | Zig:24   | Noticed Ditoxt the pandemonium lord
257208 | Zig:24   | Noticed Tiggas the pandemonium lord
257208 | Zig:24   | Noticed Estaebo the pandemonium lord
257208 | Zig:24   | Noticed Maebb the pandemonium lord
257213 | Zig:24   | Noticed Zeiplugoi the pandemonium lord
257216 | Zig:24   | Noticed Wiurphidd the pandemonium lord
257218 | Zig:24   | Noticed Irhefru the pandemonium lord
257218 | Zig:24   | Noticed Orhosm the pandemonium lord
257218 | Zig:24   | Noticed Raamaxin the pandemonium lord
257218 | Zig:24   | Noticed Istircha the pandemonium lord
257219 | Zig:24   | Killed Ditoxt the pandemonium lord
257219 | Zig:24   | Killed Zeiplugoi the pandemonium lord
257219 | Zig:24   | Noticed Hucom the pandemonium lord
257219 | Zig:24   | Noticed Zianiot the pandemonium lord
257220 | Zig:24   | Killed Wiurphidd the pandemonium lord
257220 | Zig:24   | Noticed Xytivas the pandemonium lord
257221 | Zig:24   | Noticed Gif Ysuocho the pandemonium lord
257221 | Zig:24   | Noticed Pur Teqaewets the pandemonium lord
257222 | Zig:24   | Killed Tiggas the pandemonium lord
257222 | Zig:24   | Noticed Balorphy the pandemonium lord
257222 | Zig:24   | Noticed Qappoer the pandemonium lord
257222 | Zig:24   | Noticed Uthud the pandemonium lord
257223 | Zig:24   | Killed Irhefru the pandemonium lord
257223 | Zig:24   | Killed Raamaxin the pandemonium lord
257223 | Zig:24   | Killed Hucom the pandemonium lord
257223 | Zig:24   | Killed Pur Teqaewets the pandemonium lord
257223 | Zig:24   | Killed Istircha the pandemonium lord
257223 | Zig:24   | Noticed Guzaqidi the pandemonium lord
257223 | Zig:24   | Noticed Das Gupn the pandemonium lord
257224 | Zig:24   | Killed Uthud the pandemonium lord
257224 | Zig:24   | Killed Zianiot the pandemonium lord
257224 | Zig:24   | Killed Itirenem the pandemonium lord
257224 | Zig:24   | Noticed Agion the pandemonium lord
257224 | Zig:24   | Noticed Voidueve the pandemonium lord
257224 | Zig:24   | Noticed Nimics the pandemonium lord
257224 | Zig:24   | Noticed Musasua the pandemonium lord
257225 | Zig:24   | Killed Guzaqidi the pandemonium lord
257225 | Zig:24   | Killed Qappoer the pandemonium lord
257226 | Zig:24   | Killed Nimics the pandemonium lord
257226 | Zig:24   | Noticed Surecate the pandemonium lord
257226 | Zig:24   | Noticed Aticug the pandemonium lord
257226 | Zig:24   | Noticed Rawkot the pandemonium lord
257226 | Zig:24   | Noticed Deoph the pandemonium lord
257227 | Zig:24   | Killed Estaebo the pandemonium lord
257227 | Zig:24   | Killed Musasua the pandemonium lord
257227 | Zig:24   | Noticed Ymiuku the pandemonium lord
257227 | Zig:24   | Noticed Kigakepp the pandemonium lord
257228 | Zig:24   | Noticed Osuraots the pandemonium lord
257229 | Zig:24   | Noticed Ohyddor the pandemonium lord
257229 | Zig:24   | Noticed Futoosh the pandemonium lord
257229 | Zig:24   | Noticed Feyfyo the pandemonium lord
257229 | Zig:24   | Noticed Egoollyt the pandemonium lord
257229 | Zig:24   | Noticed Mafuzesk the pandemonium lord
257230 | Zig:24   | Killed Xytivas the pandemonium lord
257230 | Zig:24   | Killed Gif Ysuocho the pandemonium lord
257230 | Zig:24   | Killed Orhosm the pandemonium lord
257230 | Zig:24   | Killed Maebb the pandemonium lord
257230 | Zig:24   | Killed Agion the pandemonium lord
257230 | Zig:24   | Noticed Nififiba the pandemonium lord
257230 | Zig:24   | Noticed Meweas the pandemonium lord
257230 | Zig:24   | Noticed Idduep the pandemonium lord
257231 | Zig:24   | Noticed Milu the pandemonium lord
257231 | Zig:24   | Noticed Failolif the pandemonium lord
257231 | Zig:24   | Noticed Pacasib the pandemonium lord
257232 | Zig:24   | Killed Surecate the pandemonium lord
257232 | Zig:24   | Killed Ymiuku the pandemonium lord
257232 | Zig:24   | Killed Ciyrel the pandemonium lord
257232 | Zig:24   | Killed Ohyddor the pandemonium lord
257232 | Zig:24   | Killed Das Gupn the pandemonium lord
257232 | Zig:24   | Killed Voidueve the pandemonium lord
257232 | Zig:24   | Killed Aticug the pandemonium lord
257232 | Zig:24   | Noticed Fupnieq the pandemonium lord
257232 | Zig:24   | Noticed Qome the pandemonium lord
257232 | Zig:24   | Noticed Cajonn the pandemonium lord
257233 | Zig:24   | Killed Balorphy the pandemonium lord
257233 | Zig:24   | Killed Deoph the pandemonium lord
257233 | Zig:24   | Noticed Dipokolo the pandemonium lord
257233 | Zig:24   | Noticed Dirig the pandemonium lord
257234 | Zig:24   | Killed Kigakepp the pandemonium lord
257234 | Zig:24   | Killed Egoollyt the pandemonium lord
257234 | Zig:24   | Killed Feyfyo the pandemonium lord
257234 | Zig:24   | Killed Futoosh the pandemonium lord
257234 | Zig:24   | Killed Meweas the pandemonium lord
257234 | Zig:24   | Noticed Bofyut the pandemonium lord
257235 | Zig:24   | Killed Osuraots the pandemonium lord
257235 | Zig:24   | Noticed Ehader the pandemonium lord
257235 | Zig:24   | Noticed Adeneot the pandemonium lord
257235 | Zig:24   | Noticed Bodd the pandemonium lord
257235 | Zig:24   | Noticed Xoilo the pandemonium lord
257236 | Zig:24   | Killed Idduep the pandemonium lord
257236 | Zig:24   | Killed Pacasib the pandemonium lord
257236 | Zig:24   | Killed Mafuzesk the pandemonium lord
257236 | Zig:24   | Killed Failolif the pandemonium lord
257236 | Zig:24   | Killed Fupnieq the pandemonium lord
257236 | Zig:24   | Noticed Leur the pandemonium lord
257236 | Zig:24   | Noticed Neyh the pandemonium lord
257236 | Zig:24   | Noticed Juakoimag the pandemonium lord
257236 | Zig:24   | Noticed Juamoll the pandemonium lord
257236 | Zig:24   | Noticed Xoidurro the pandemonium lord
257237 | Zig:24   | Killed Nififiba the pandemonium lord
257237 | Zig:24   | Killed Dipokolo the pandemonium lord
257237 | Zig:24   | Killed Cajonn the pandemonium lord
257237 | Zig:24   | Noticed Zihy the pandemonium lord
257238 | Zig:24   | Noticed Zupsifar the pandemonium lord
257238 | Zig:24   | Killed Qome the pandemonium lord
257238 | Zig:24   | Killed Milu the pandemonium lord
257238 | Zig:24   | Noticed Ijoskowa the pandemonium lord
257238 | Zig:24   | Noticed Doissis the pandemonium lord
257239 | Zig:24   | Noticed Xotili Omuh the pandemonium lord
257239 | Zig:24   | Noticed Ighaynlel the pandemonium lord
257240 | Zig:24   | Noticed Qiejaenn the pandemonium lord
257240 | Zig:24   | Noticed Apost the pandemonium lord
257240 | Zig:24   | Noticed Jaonwyj the pandemonium lord
257240 | Zig:24   | Noticed Helyanar the pandemonium lord
257240 | Zig:24   | Noticed Goahog the pandemonium lord
257241 | Zig:24   | Noticed Ydarhul the pandemonium lord
257241 | Zig:24   | Killed Bofyut the pandemonium lord
257241 | Zig:24   | Noticed Gyustrain the pandemonium lord
257241 | Zig:24   | Noticed Amesch the pandemonium lord
257242 | Zig:24   | Killed Dirig the pandemonium lord
257242 | Zig:24   | Killed Xotili Omuh the pandemonium lord
257242 | Zig:24   | Killed Bodd the pandemonium lord
257242 | Zig:24   | Killed Juakoimag the pandemonium lord
257242 | Zig:24   | Killed Zupsifar the pandemonium lord
257242 | Zig:24   | Noticed Umuthru the pandemonium lord
257242 | Zig:24   | Noticed Gougogi the pandemonium lord
257243 | Zig:24   | Noticed Ratu the pandemonium lord
257243 | Zig:24   | Killed Xoidurro the pandemonium lord
257243 | Zig:24   | Killed Adeneot the pandemonium lord
257243 | Zig:24   | Killed Ighaynlel the pandemonium lord
257243 | Zig:24   | Killed Neyh the pandemonium lord
257243 | Zig:24   | Killed Juamoll the pandemonium lord
257243 | Zig:24   | Killed Apost the pandemonium lord
257243 | Zig:24   | Killed Xoilo the pandemonium lord
257243 | Zig:24   | Killed Zihy the pandemonium lord
257243 | Zig:24   | Killed Ehader the pandemonium lord
257243 | Zig:24   | Killed Ijoskowa the pandemonium lord
257243 | Zig:24   | Noticed Zeosamus the pandemonium lord
257243 | Zig:24   | Noticed Liofaxiu the pandemonium lord
257244 | Zig:24   | Noticed Saol the pandemonium lord
257245 | Zig:24   | Killed Leur the pandemonium lord
257245 | Zig:24   | Killed Doissis the pandemonium lord
257245 | Zig:24   | Killed Ydarhul the pandemonium lord
257245 | Zig:24   | Noticed Olaxacih the pandemonium lord
257245 | Zig:24   | Noticed Oniator the pandemonium lord
257246 | Zig:24   | Noticed Cukoh the pandemonium lord
257246 | Zig:24   | Noticed Medghuk the pandemonium lord
257247 | Zig:24   | Killed Goahog the pandemonium lord
257247 | Zig:24   | Killed Gyustrain the pandemonium lord
257247 | Zig:24   | Killed Gougogi the pandemonium lord
257247 | Zig:24   | Killed Umuthru the pandemonium lord
257248 | Zig:24   | Noticed a juggernaut
257248 | Zig:24   | Noticed Zeozyes the pandemonium lord
257248 | Zig:24   | Killed Amesch the pandemonium lord
257248 | Zig:24   | Noticed Xapsap the pandemonium lord
257248 | Zig:24   | Noticed Ery Ila the pandemonium lord
257249 | Zig:24   | Killed Jaonwyj the pandemonium lord
257249 | Zig:24   | Killed Helyanar the pandemonium lord
257249 | Zig:24   | Killed Qiejaenn the pandemonium lord
257249 | Zig:24   | Noticed Datroun the pandemonium lord
257250 | Zig:24   | Killed Saol the pandemonium lord
257250 | Zig:24   | Killed Oniator the pandemonium lord
257250 | Zig:24   | Killed Olaxacih the pandemonium lord
257250 | Zig:24   | Noticed Exeyr Xuoge the pandemonium lord
257250 | Zig:24   | Noticed Husionoi the pandemonium lord
257251 | Zig:24   | Killed Ratu the pandemonium lord
257251 | Zig:24   | Noticed Daeremoc the pandemonium lord
257251 | Zig:24   | Noticed Lutumno the pandemonium lord
257252 | Zig:24   | Noticed Tusounn the pandemonium lord
257252 | Zig:24   | Killed Ery Ila the pandemonium lord
257252 | Zig:24   | Killed Xapsap the pandemonium lord
257252 | Zig:24   | Killed Zeosamus the pandemonium lord
257252 | Zig:24   | Killed Rawkot the pandemonium lord
257252 | Zig:24   | Noticed Bimatuyss the pandemonium lord
257252 | Zig:24   | Noticed Votzar the pandemonium lord
257252 | Zig:24   | Noticed Mienot the pandemonium lord
257253 | Zig:24   | Killed Liofaxiu the pandemonium lord
257253 | Zig:24   | Killed a juggernaut
257253 | Zig:24   | Killed Cukoh the pandemonium lord
257253 | Zig:24   | Killed Medghuk the pandemonium lord
257253 | Zig:24   | Killed Datroun the pandemonium lord
257253 | Zig:24   | Noticed Rolit the pandemonium lord
257254 | Zig:24   | Killed Mienot the pandemonium lord
257254 | Zig:24   | Killed Lutumno the pandemonium lord
257254 | Zig:24   | Noticed Acedgh Ideag the pandemonium lord
257254 | Zig:24   | Noticed Qyfiog the pandemonium lord
257256 | Zig:24   | Killed Exeyr Xuoge the pandemonium lord
257256 | Zig:24   | Killed Daeremoc the pandemonium lord
257256 | Zig:24   | Noticed Hirch the pandemonium lord
257256 | Zig:24   | Noticed Vaacoghy the pandemonium lord
257256 | Zig:24   | Noticed Itouq the pandemonium lord
257257 | Zig:24   | Noticed Kutzene the pandemonium lord
257258 | Zig:24   | Killed Husionoi the pandemonium lord
257258 | Zig:24   | Killed Votzar the pandemonium lord
257258 | Zig:24   | Noticed Naatiso the pandemonium lord
257258 | Zig:24   | Noticed Qewnih Ihiex the pandemonium lord
257258 | Zig:24   | Noticed Xaijaz the pandemonium lord
257259 | Zig:24   | Killed Qyfiog the pandemonium lord
257259 | Zig:24   | Killed Bimatuyss the pandemonium lord
257259 | Zig:24   | Killed Tusounn the pandemonium lord
257259 | Zig:24   | Killed Zeozyes the pandemonium lord
257259 | Zig:24   | Killed Kutzene the pandemonium lord
257260 | Zig:24   | Killed Hirch the pandemonium lord
257260 | Zig:24   | Noticed Poacvyal the pandemonium lord
257261 | Zig:24   | Noticed Maji the pandemonium lord
257261 | Zig:24   | Noticed Xyheiq the pandemonium lord
257261 | Zig:24   | Noticed Pizoegru the pandemonium lord
257261 | Zig:24   | Noticed Hemafur the pandemonium lord
257262 | Zig:24   | Killed Xaijaz the pandemonium lord
257262 | Zig:24   | Killed Pizoegru the pandemonium lord
257263 | Zig:24   | Killed Acedgh Ideag the pandemonium lord
257263 | Zig:24   | Killed Naatiso the pandemonium lord
257263 | Zig:24   | Killed Vaacoghy the pandemonium lord
257263 | Zig:24   | Killed Itouq the pandemonium lord
257263 | Zig:24   | Killed Poacvyal the pandemonium lord
257263 | Zig:24   | Killed Maji the pandemonium lord
257263 | Zig:24   | Noticed Qasiddoh the pandemonium lord
257264 | Zig:24   | Noticed Okloan the pandemonium lord
257265 | Zig:24   | Killed Hemafur the pandemonium lord
257265 | Zig:24   | Killed Okloan the pandemonium lord
257266 | Zig:24   | Killed Qewnih Ihiex the pandemonium lord
257266 | Zig:24   | Killed Xyheiq the pandemonium lord
257266 | Zig:24   | Noticed Jacheun the pandemonium lord
257267 | Zig:24   | Noticed Qunir the pandemonium lord
257267 | Zig:24   | Noticed Kiapro the pandemonium lord
257267 | Zig:24   | Noticed Pes Pipn the pandemonium lord
257267 | Zig:24   | Noticed Kiokesch the pandemonium lord
257268 | Zig:24   | Noticed Liohac the pandemonium lord
257268 | Zig:24   | Noticed Nyc Lig the pandemonium lord
257268 | Zig:24   | Killed Qasiddoh the pandemonium lord
257268 | Zig:24   | Noticed Puingala the pandemonium lord
257268 | Zig:24   | Noticed Qaloaqul the pandemonium lord
257268 | Zig:24   | Noticed Maashrefau the pandemonium lord
257268 | Zig:24   | Noticed Xolus the pandemonium lord
257269 | Zig:24   | Noticed Nycu the pandemonium lord
257270 | Zig:24   | Killed Rolit the pandemonium lord
257270 | Zig:24   | Killed Nyc Lig the pandemonium lord
257270 | Zig:24   | Killed Kiokesch the pandemonium lord
257271 | Zig:24   | Killed Qunir the pandemonium lord
257271 | Zig:24   | Noticed Iggineg the pandemonium lord
257271 | Zig:24   | Noticed a juggernaut
257271 | Zig:24   | Noticed Wiril the pandemonium lord
257272 | Zig:24   | Killed Pes Pipn the pandemonium lord
257272 | Zig:24   | Killed Qaloaqul the pandemonium lord
257272 | Zig:24   | Killed Kiapro the pandemonium lord
257272 | Zig:24   | Killed Jacheun the pandemonium lord
257272 | Zig:24   | Noticed Qaluph the pandemonium lord
257276 | Zig:24   | Killed Nycu the pandemonium lord
257278 | Zig:24   | Killed a juggernaut
257278 | Zig:24   | Killed Xolus the pandemonium lord
257278 | Zig:24   | Killed Maashrefau the pandemonium lord
257278 | Zig:24   | Noticed Yzaps the pandemonium lord
257278 | Zig:24   | Noticed Ziyhejek the pandemonium lord
257278 | Zig:24   | Noticed Tiseton the pandemonium lord
257279 | Zig:24   | Killed Qaluph the pandemonium lord
257279 | Zig:24   | Noticed Xaownaga the pandemonium lord
257279 | Zig:24   | Noticed Wysianie the pandemonium lord
257279 | Zig:24   | Noticed Hejyh the pandemonium lord
257279 | Zig:24   | Noticed Duzas the pandemonium lord
257280 | Zig:24   | Killed Puingala the pandemonium lord
257280 | Zig:24   | Noticed Uzoocyn the pandemonium lord
257281 | Zig:24   | Noticed Naelesse the pandemonium lord
257281 | Zig:24   | Killed Liohac the pandemonium lord
257281 | Zig:24   | Killed Ziyhejek the pandemonium lord
257281 | Zig:24   | Killed Hejyh the pandemonium lord
257281 | Zig:24   | Noticed Faux the pandemonium lord
257282 | Zig:24   | Killed Iggineg the pandemonium lord
257283 | Zig:24   | Killed Uzoocyn the pandemonium lord
257283 | Zig:24   | Killed Wiril the pandemonium lord
257283 | Zig:24   | Killed Yzaps the pandemonium lord
257283 | Zig:24   | Killed Tiseton the pandemonium lord
257284 | Zig:24   | Killed Xaownaga the pandemonium lord
257284 | Zig:24   | Killed Faux the pandemonium lord
257284 | Zig:24   | Noticed Muejoja the pandemonium lord
257285 | Zig:24   | Killed Naelesse the pandemonium lord
257286 | Zig:24   | Noticed Xiudwico the pandemonium lord
257286 | Zig:24   | Noticed Feivup the pandemonium lord
257287 | Zig:24   | Noticed Mijinom the pandemonium lord
257287 | Zig:24   | Noticed Such the pandemonium lord
257287 | Zig:24   | Noticed Tiuriuw the pandemonium lord
257287 | Zig:24   | Noticed Tipal the pandemonium lord
257288 | Zig:24   | Killed Wysianie the pandemonium lord
257288 | Zig:24   | Noticed Jehom the pandemonium lord
257290 | Zig:24   | Killed Duzas the pandemonium lord
257290 | Zig:24   | Noticed Xuemy the pandemonium lord
257291 | Zig:24   | Killed Muejoja the pandemonium lord
257291 | Zig:24   | Killed Tipal the pandemonium lord
257291 | Zig:24   | Killed Feivup the pandemonium lord
257291 | Zig:24   | Noticed Puphucur the pandemonium lord
257291 | Zig:24   | Killed Xiudwico the pandemonium lord
257292 | Zig:24   | Killed Mijinom the pandemonium lord
257292 | Zig:24   | Killed Such the pandemonium lord
257292 | Zig:24   | Noticed Ceigy the pandemonium lord
257293 | Zig:24   | Killed Jehom the pandemonium lord
257293 | Zig:24   | Killed Xuemy the pandemonium lord
257293 | Zig:24   | Noticed Ywog the pandemonium lord
257295 | Zig:24   | Killed Ceigy the pandemonium lord
257295 | Zig:24   | Killed Puphucur the pandemonium lord
257296 | Zig:24   | Killed Tiuriuw the pandemonium lord
257297 | Zig:24   | Noticed Locotil the pandemonium lord
257299 | Zig:24   | Noticed Taovuluf the pandemonium lord
257299 | Zig:24   | Noticed Pavadaff the pandemonium lord
257300 | Zig:24   | Killed Ywog the pandemonium lord
257300 | Zig:24   | Killed Locotil the pandemonium lord
257300 | Zig:24   | Killed Taovuluf the pandemonium lord
257300 | Zig:24   | Noticed Raeta the pandemonium lord
257301 | Zig:24   | Killed Pavadaff the pandemonium lord
257301 | Zig:24   | Noticed Hoigil the pandemonium lord
257302 | Zig:24   | Noticed Quolyrch the pandemonium lord
257302 | Zig:24   | Noticed Huvvauh the pandemonium lord
257322 | Zig:24   | Killed Quolyrch the pandemonium lord
257323 | Zig:24   | Killed Hoigil the pandemonium lord
257337 | Zig:24   | Killed Huvvauh the pandemonium lord
257339 | Zig:24   | Killed Raeta the pandemonium lord
257809 | Zig:24   | Identified the +5 morningstar "Pebenn" {antimagic, Dex+2
                  | Stlth+}
257810 | Zig:24   | Identified the staff of conjuration "Beazof" {Fly Dex+3}
257816 | Zig:24   | Identified the staff of fire "Hotwafes" {rF+ Will+}
257818 | Zig:24   | Identified the ring "Bismefea" {Fly rElec rF- rC+ Dex+3}
257819 | Zig:24   | Identified the staff of cold "Ocezoat" {rF+ rC+}
257820 | Zig:24   | Identified the +8 long sword "Esucur" {speed, rPois Int-3
                  | Dex+2 SInv}
257821 | Zig:24   | Identified the amulet "Dyamodon" {+Inv Fly rElec Regen+
                  | Slay-2}
257824 | Zig:24   | Identified the +2 broad axe of the Lost Xalams {heavy,
                  | Str+4}
257836 | Zig:24   | Identified the amulet of Cedeehin {Reflect Harm Int+3 SH+5}
257837 | Zig:24   | Identified the ring "Xusik" {Fly Str+6}
257847 | Zig:24   | Identified the staff of poison "Nughias" {Drain rPois rCorr
                  | Dex+5 SInv}
257849 | Zig:24   | Identified the staff of earth "Zoxoecw" {rF- Will+ rCorr
                  | Dex+3}
257853 | Zig:24   | Identified the amulet "Miyphoff" {RegenMP Harm rC+ rN+
                  | Dex-4}
257866 | Zig:24   | Identified the +5 long sword of the Poles {holy, Str+2
                  | Dex+2 Stlth+}
257869 | Zig:24   | Identified the ring "Peomiuwa" {Int+4 SInv}
257873 | Zig:24   | Identified the +5 dagger "Kedoeraf" {heavy, Fly Str+3
                  | Dex+4}
257874 | Zig:24   | Identified the ring "Huyh" {Fly EV+5}
257879 | Zig:24   | Identified the staff of poison "Gezamnoo" {rPois MP+9
                  | Str+3}
257953 | Zig:25   | Entered Level 25 of a ziggurat
257973 | Zig:25   | Noticed a dread lich
257975 | Zig:25   | Killed a dread lich
258163 | Zig:25   | Identified the +5 scale mail "Patt" {rPois SInv}
258164 | Zig:25   | Identified the staff of air "Ydayw" {rElec rN+ Str+4 Dex-2}
258165 | Zig:25   | Identified the amulet "Essab" {Reflect Harm rN+ Str+3 SH+5}
258166 | Zig:25   | Identified the amulet "Jomuo" {RegenMP Dex+3}
258168 | Zig:25   | Identified the +2 pair of gloves of Sif Muna's Grace {rC-
                  | Int+2 Stlth+}
258169 | Zig:25   | Identified the +6 trident of the Wheel {speed, +Blink rC++
                  | rN+ rCorr}
258175 | Zig:25   | Identified the amulet of Royalty {Faith rC+}
258176 | Zig:25   | Identified the +2 short sword "Jellybane" {freeze, rC- rN++
                  | Will+ Dex+3}
258181 | Zig:25   | Identified the +0 leather armour of Gegihy {Contam Regen+
                  | Dex-3 SInv}
258189 | Zig:25   | Identified the +6 plate armour "Godgh" {rF- rC+ rN+}
258193 | Zig:25   | Identified the +12 hand axe of the Onslaught {heavy, rF+++
                  | rC+ Dex-5}
258617 | Zig:26   | Entered Level 26 of a ziggurat
258626 | Zig:26   | Noticed an orb of fire
258627 | Zig:26   | Noticed an orb of fire
258627 | Zig:26   | Noticed an orb of fire
258627 | Zig:26   | Noticed an orb of fire
258628 | Zig:26   | Noticed an orb of fire
258629 | Zig:26   | Noticed an orb of fire
258629 | Zig:26   | Noticed an orb of fire
258630 | Zig:26   | Killed an orb of fire
258631 | Zig:26   | Killed an orb of fire
258631 | Zig:26   | Noticed an orb of fire
258631 | Zig:26   | Noticed an orb of fire
258632 | Zig:26   | Killed an orb of fire
258632 | Zig:26   | Killed an orb of fire
258632 | Zig:26   | Noticed an orb of fire
258633 | Zig:26   | Noticed an orb of fire
258634 | Zig:26   | Killed an orb of fire
258634 | Zig:26   | Killed an orb of fire
258634 | Zig:26   | Noticed an orb of fire
258634 | Zig:26   | Noticed an orb of fire
258635 | Zig:26   | Noticed an orb of fire
258635 | Zig:26   | Noticed an orb of fire
258635 | Zig:26   | Noticed an orb of fire
258635 | Zig:26   | Noticed an orb of fire
258636 | Zig:26   | Noticed an orb of fire
258636 | Zig:26   | Noticed an orb of fire
258636 | Zig:26   | Noticed an orb of fire
258636 | Zig:26   | Noticed an orb of fire
258636 | Zig:26   | Noticed an orb of fire
258636 | Zig:26   | Noticed an orb of fire
258636 | Zig:26   | Killed an orb of fire
258636 | Zig:26   | Killed an orb of fire
258636 | Zig:26   | Noticed an orb of fire
258636 | Zig:26   | Noticed an orb of fire
258636 | Zig:26   | Noticed an orb of fire
258636 | Zig:26   | Noticed an orb of fire
258637 | Zig:26   | Noticed an orb of fire
258637 | Zig:26   | Noticed an orb of fire
258637 | Zig:26   | Killed an orb of fire
258638 | Zig:26   | Killed an orb of fire
258638 | Zig:26   | Killed an orb of fire
258638 | Zig:26   | Killed an orb of fire
258638 | Zig:26   | Noticed an orb of fire
258639 | Zig:26   | Killed an orb of fire
258639 | Zig:26   | Noticed an orb of fire
258639 | Zig:26   | Noticed an orb of fire
258639 | Zig:26   | Noticed an orb of fire
258639 | Zig:26   | Noticed an orb of fire
258639 | Zig:26   | Noticed an orb of fire
258640 | Zig:26   | Killed an orb of fire
258640 | Zig:26   | Killed an orb of fire
258640 | Zig:26   | Killed an orb of fire
258640 | Zig:26   | Killed an orb of fire
258640 | Zig:26   | Killed an orb of fire
258640 | Zig:26   | Noticed an orb of fire
258641 | Zig:26   | Killed an orb of fire
258641 | Zig:26   | Killed an orb of fire
258641 | Zig:26   | Killed an orb of fire
258641 | Zig:26   | Noticed an orb of fire
258641 | Zig:26   | Noticed an orb of fire
258642 | Zig:26   | Noticed an orb of fire
258642 | Zig:26   | Noticed an orb of fire
258642 | Zig:26   | Killed an orb of fire
258642 | Zig:26   | Killed an orb of fire
258642 | Zig:26   | Killed an orb of fire
258642 | Zig:26   | Killed an orb of fire
258642 | Zig:26   | Noticed an orb of fire
258643 | Zig:26   | Killed an orb of fire
258643 | Zig:26   | Killed an orb of fire
258643 | Zig:26   | Killed an orb of fire
258643 | Zig:26   | Killed an orb of fire
258643 | Zig:26   | Killed an orb of fire
258643 | Zig:26   | Killed an orb of fire
258643 | Zig:26   | Noticed an orb of fire
258643 | Zig:26   | Noticed an orb of fire
258643 | Zig:26   | Noticed an orb of fire
258643 | Zig:26   | Noticed an orb of fire
258644 | Zig:26   | Killed an orb of fire
258644 | Zig:26   | Noticed an orb of fire
258645 | Zig:26   | Noticed an orb of fire
258645 | Zig:26   | Noticed an orb of fire
258645 | Zig:26   | Killed an orb of fire
258645 | Zig:26   | Killed an orb of fire
258645 | Zig:26   | Killed an orb of fire
258645 | Zig:26   | Noticed an orb of fire
258645 | Zig:26   | Noticed an orb of fire
258646 | Zig:26   | Killed an orb of fire
258646 | Zig:26   | Killed an orb of fire
258646 | Zig:26   | Noticed an orb of fire
258646 | Zig:26   | Noticed an orb of fire
258646 | Zig:26   | Noticed an orb of fire
258647 | Zig:26   | Killed an orb of fire
258647 | Zig:26   | Killed an orb of fire
258647 | Zig:26   | Killed an orb of fire
258647 | Zig:26   | Noticed an orb of fire
258647 | Zig:26   | Noticed an orb of fire
258648 | Zig:26   | Killed an orb of fire
258648 | Zig:26   | Killed an orb of fire
258648 | Zig:26   | Killed an orb of fire
258648 | Zig:26   | Noticed an orb of fire
258648 | Zig:26   | Noticed an orb of fire
258649 | Zig:26   | Killed an orb of fire
258649 | Zig:26   | Killed an orb of fire
258649 | Zig:26   | Killed an orb of fire
258649 | Zig:26   | Killed an orb of fire
258649 | Zig:26   | Killed an orb of fire
258649 | Zig:26   | Noticed an orb of fire
258649 | Zig:26   | Noticed an orb of fire
258650 | Zig:26   | Killed an orb of fire
258650 | Zig:26   | Killed an orb of fire
258650 | Zig:26   | Killed an orb of fire
258650 | Zig:26   | Killed an orb of fire
258650 | Zig:26   | Noticed an orb of fire
258650 | Zig:26   | Noticed an orb of fire
258651 | Zig:26   | Killed an orb of fire
258651 | Zig:26   | Killed an orb of fire
258651 | Zig:26   | Noticed an orb of fire
258653 | Zig:26   | Noticed an orb of fire
258654 | Zig:26   | Killed an orb of fire
258654 | Zig:26   | Killed an orb of fire
258654 | Zig:26   | Killed an orb of fire
258655 | Zig:26   | Noticed an orb of fire
258656 | Zig:26   | Killed an orb of fire
258656 | Zig:26   | Killed an orb of fire
258656 | Zig:26   | Noticed an orb of fire
258657 | Zig:26   | Noticed an orb of fire
258657 | Zig:26   | Killed an orb of fire
258657 | Zig:26   | Killed an orb of fire
258657 | Zig:26   | Killed an orb of fire
258657 | Zig:26   | Killed an orb of fire
258657 | Zig:26   | Noticed an orb of fire
258657 | Zig:26   | Noticed an orb of fire
258657 | Zig:26   | Noticed an orb of fire
258658 | Zig:26   | Noticed an orb of fire
258658 | Zig:26   | Noticed an orb of fire
258658 | Zig:26   | Noticed an orb of fire
258659 | Zig:26   | Killed an orb of fire
258659 | Zig:26   | Killed an orb of fire
258659 | Zig:26   | Noticed an orb of fire
258659 | Zig:26   | Noticed an orb of fire
258659 | Zig:26   | Noticed an orb of fire
258660 | Zig:26   | Noticed an orb of fire
258661 | Zig:26   | Killed an orb of fire
258661 | Zig:26   | Killed an orb of fire
258661 | Zig:26   | Killed an orb of fire
258661 | Zig:26   | Noticed an orb of fire
258661 | Zig:26   | Noticed an orb of fire
258661 | Zig:26   | Noticed an orb of fire
258662 | Zig:26   | Killed an orb of fire
258663 | Zig:26   | Killed an orb of fire
258663 | Zig:26   | Killed an orb of fire
258663 | Zig:26   | Killed an orb of fire
258663 | Zig:26   | Killed an orb of fire
258663 | Zig:26   | Killed an orb of fire
258663 | Zig:26   | Noticed an orb of fire
258664 | Zig:26   | Killed an orb of fire
258664 | Zig:26   | Killed an orb of fire
258664 | Zig:26   | Noticed an orb of fire
258664 | Zig:26   | Noticed an orb of fire
258665 | Zig:26   | Killed an orb of fire
258665 | Zig:26   | Killed an orb of fire
258665 | Zig:26   | Noticed an orb of fire
258665 | Zig:26   | Noticed an orb of fire
258665 | Zig:26   | Noticed an orb of fire
258666 | Zig:26   | Killed an orb of fire
258666 | Zig:26   | Noticed an orb of fire
258667 | Zig:26   | Killed an orb of fire
258667 | Zig:26   | Noticed an orb of fire
258669 | Zig:26   | Killed an orb of fire
258670 | Zig:26   | Noticed an orb of fire
258670 | Zig:26   | Killed an orb of fire
258670 | Zig:26   | Killed an orb of fire
258670 | Zig:26   | Killed an orb of fire
258670 | Zig:26   | Noticed an orb of fire
258671 | Zig:26   | Noticed an orb of fire
258674 | Zig:26   | Noticed an orb of fire
258675 | Zig:26   | Killed an orb of fire
258675 | Zig:26   | Killed an orb of fire
258676 | Zig:26   | Killed an orb of fire
258676 | Zig:26   | Noticed an orb of fire
258677 | Zig:26   | Killed an orb of fire
258677 | Zig:26   | Killed an orb of fire
258677 | Zig:26   | Noticed an orb of fire
258678 | Zig:26   | Killed an orb of fire
258679 | Zig:26   | Noticed an orb of fire
258680 | Zig:26   | Killed an orb of fire
258680 | Zig:26   | Noticed an orb of fire
258682 | Zig:26   | Noticed an orb of fire
258682 | Zig:26   | Killed an orb of fire
258684 | Zig:26   | Killed an orb of fire
258684 | Zig:26   | Noticed an orb of fire
258685 | Zig:26   | Killed an orb of fire
258685 | Zig:26   | Killed an orb of fire
258693 | Zig:26   | Killed an orb of fire
258693 | Zig:26   | Killed an orb of fire
259139 | Zig:26   | Identified the +9 morningstar of the Elven Halls {drain,
                  | rCorr Str+10}
259144 | Zig:26   | Identified the +2 demon blade of Dividends {drain, Str+3
                  | Int+3}
259145 | Zig:26   | Identified the amulet "Udwielan" {Spirit -Tele rElec rC+++
                  | Stlth+}
259148 | Zig:26   | Identified the +2 troll leather armour of Agoraphobia
                  | {Regen+ rCorr}
259151 | Zig:26   | Identified the +0 robe "Keesuz" {rF++ rN+ rCorr Dex-3}
259158 | Zig:26   | Identified the +0 leather armour "Hero's Friend" {rN++
                  | Str-2}
259189 | Zig:26   | Identified the +9 quarterstaff "Buciow" {drain, Will+}
259196 | Zig:26   | Identified the +3 great sword "Hell-Harrower" {elec, rF++
                  | Str+2}
259197 | Zig:26   | Identified the +0 leather armour of Wewus {rPois}
259206 | Zig:26   | Identified the +6 hand axe of Action {flame, rF+ Str+3}
259207 | Zig:26   | Identified the +6 shortbow of Crawling {flame, rPois rC+
                  | Will+}
259460 | Zig:27   | Entered Level 27 of a ziggurat
259477 | Zig:27   | Noticed a dread lich
259478 | Zig:27   | Killed a dread lich
259485 | Zig:27   | Noticed a dread lich
259488 | Zig:27   | Killed a dread lich
259490 | Zig:27   | Noticed an ancient lich
259491 | Zig:27   | Noticed a dread lich
259493 | Zig:27   | Killed an ancient lich
259495 | Zig:27   | Killed a dread lich
259536 | Zig:27   | Noticed a dread lich
259540 | Zig:27   | Killed a dread lich
260055 | Zig:27   | Identified the staff of poison "Daj Raph" {+Blink rPois rF-
                  | rC+ Dex+5}
260061 | Zig:27   | Identified the +6 short sword of Woffuwk {holy, Fragile
                  | rPois rCorr Str+3}
260062 | Zig:27   | Identified the amulet "Wigymuna" {Spirit rF+ Regen+ Dex+5
                  | Stlth-}
260063 | Zig:27   | Identified the ring of Dishonesty {rC+ Str+3 Int+2}
260064 | Zig:27   | Identified the ring of the Sky {Fire Contam Int+3}
260067 | Zig:27   | Identified the +1 morningstar of Youthful Indiscretion
                  | {spect, Will+ rCorr Str-3 Stlth+}
260084 | Zig:27   | Identified the staff of death "Tygas" {rPois rC+ rN+ Will-
                  | Stlth+}
260088 | Zig:27   | Identified the +3 hand axe "Pamasaob" {venom, Int+2}
260094 | Zig:27   | Identified the +1 trident of Xionwueh {flame, rPois Will+
                  | Int+3}
260096 | Zig:27   | Identified the +2 scale mail of Prudence {rPois Str-3 Int-4
                  | Stlth+}
260098 | Zig:27   | Identified the +0 hat "Eqodwy" {Rampage rPois Dex+2}
260103 | Zig:27   | Identified the ring of Pysyagith {rN+ SInv}
260212 | Zig:1    | Entered Level 1 of a ziggurat
260214 | Zig:1    | Noticed a royal mummy
260214 | Zig:1    | Noticed a royal mummy
260216 | Zig:1    | Killed a royal mummy
260232 | Zig:2    | Entered Level 2 of a ziggurat
260246 | Zig:2    | Identified the ring of the Trout {rElec rN+}
260248 | Zig:3    | Entered Level 3 of a ziggurat
260268 | Zig:4    | Entered Level 4 of a ziggurat
260281 | Zig:4    | Identified the ring of Kefuaxt {rCorr Stlth+}
260285 | Zig:4    | Identified the ring "Axuq" {rElec rF+ EV+5 Str+3}
260288 | Zig:5    | Entered Level 5 of a ziggurat
260426 | Zig:5    | Identified the +10 sling "Cyquhuin" {freeze, *Corrode rF+
                  | rN+ Int+5}
260551 | Zig:5    | Identified the amulet "Plog" {Faith rF+}
260567 | Zig:6    | Entered Level 6 of a ziggurat
260587 | Zig:6    | Identified the staff of earth "Wottamp" {MP+9 Dex+4}
260594 | Zig:7    | Entered Level 7 of a ziggurat
260594 | Zig:7    | Noticed a dread lich
260594 | Zig:7    | Noticed an ancient lich
260594 | Zig:7    | Noticed an ancient lich
260594 | Zig:7    | Noticed an ancient lich
260594 | Zig:7    | Noticed a dread lich
260595 | Zig:7    | Killed an ancient lich
260595 | Zig:7    | Killed an ancient lich
260596 | Zig:7    | Killed a dread lich
260596 | Zig:7    | Killed an ancient lich
260596 | Zig:7    | Killed a dread lich
260597 | Zig:7    | Noticed an ancient lich
260599 | Zig:7    | Killed an ancient lich
260599 | Zig:7    | Noticed a dread lich
260604 | Zig:7    | Noticed an ancient lich
260605 | Zig:7    | Noticed an ancient lich
260606 | Zig:7    | Noticed a dread lich
260607 | Zig:7    | Killed a dread lich
260607 | Zig:7    | Killed an ancient lich
260611 | Zig:7    | Killed an ancient lich
260614 | Zig:7    | Identified the staff of air "Poutipn" {rElec rC+ rN+
                  | Will+++}
260619 | Zig:7    | Killed a dread lich
260777 | Zig:7    | Identified the ring "Hestrocoi" {rPois rC+ rN+ Str-2 Dex+3}
260779 | Zig:7    | Identified the +0 scale mail of Words of Power {rElec rN+}
260799 | Zig:7    | Identified the amulet "Ralaba" {Acrobat rElec}
260800 | Zig:7    | Identified the +0 scale mail "Lacoshem" {rPois}
260806 | Zig:7    | Identified the +8 flail "Comi Hoq" {venom, Int+6}
260931 | Zig:8    | Entered Level 8 of a ziggurat
260964 | Zig:8    | Identified the ring of Alo Iphu {Fire rN++}
260968 | Zig:8    | Identified the +0 pair of gloves "Wyarunli" {MP+9 Int+4
                  | Stlth+}
260971 | Zig:9    | Entered Level 9 of a ziggurat
260974 | Zig:9    | Noticed an ancient lich
260986 | Zig:9    | Killed an ancient lich
261123 | Zig:9    | Identified the amulet "Toecw" {Spirit Will++ Slay+2 Stlth+}
261124 | Zig:9    | Identified the ring of Koirupt {Dex+2 SInv}
261351 | Zig:10   | Entered Level 10 of a ziggurat
261351 | Zig:10   | Noticed a juggernaut
261351 | Zig:10   | Noticed a juggernaut
261351 | Zig:10   | Noticed a juggernaut
261351 | Zig:10   | Noticed a juggernaut
261351 | Zig:10   | Noticed a juggernaut
261352 | Zig:10   | Killed a juggernaut
261352 | Zig:10   | Killed a juggernaut
261352 | Zig:10   | Killed a juggernaut
261352 | Zig:10   | Killed a juggernaut
261355 | Zig:10   | Killed a juggernaut
261357 | Zig:10   | Noticed a juggernaut
261364 | Zig:10   | Identified the ring "Zaexkidugo" {rN++ Str+6 Int-3}
261367 | Zig:10   | Killed a juggernaut
261416 | Zig:10   | Identified the staff of death "Fiotix" {rN+ Dex+3}
261420 | Zig:10   | Identified the +4 ring mail "Piefyive" {+Blink}
261421 | Zig:10   | Identified the staff of air "Lizan" {rElec rPois Will+
                  | rCorr}
261638 | Zig:10   | Identified the +4 shortbow of Attainder {freeze, rN+
                  | Stlth+}
261681 | Zig:11   | Entered Level 11 of a ziggurat
261755 | Zig:11   | Identified the staff of conjuration "Xuryg" {Dex+4}
261785 | Zig:11   | Identified the +0 hand axe of Voejagg {heavy, rN+ Int+3
                  | Stlth+}
262009 | Zig:12   | Entered Level 12 of a ziggurat
262323 | Zig:12   | Identified the staff of fire "Wefeqaz" {rF+ rN+ Int-2
                  | Dex+6}
262327 | Zig:12   | Identified the staff of earth "Nexekh" {Contam rPois rF++}
262330 | Zig:12   | Identified the ring "Jaumut" {rPois rCorr Dex+8 Slay-5}
262334 | Zig:12   | Identified the staff of death "Supasedgh" {Fly rElec rPois
                  | rN+}
262341 | Zig:12   | Identified the +6 shortbow of Hepliaklqana, Imbibing
                  | {heavy, rN+}
262344 | Zig:12   | Identified the ring of Ocem {rElec rPois Int+3}
262352 | Zig:12   | Identified the +3 leather armour "Qauva" {rElec rCorr}
262397 | Zig:13   | Entered Level 13 of a ziggurat
262533 | Zig:13   | Identified the +2 glaive of a Labyrinth {flame, Fly rPois
                  | rC+}
262536 | Zig:13   | Identified the +6 quarterstaff of Corruption {heavy, Contam
                  | rElec Str+7}
262825 | Zig:14   | Entered Level 14 of a ziggurat
262883 | Zig:14   | Identified the staff of conjuration "Kikionet" {Str+3}
263173 | Zig:14   | Identified the +1 robe of Okawaru's Delight {+Blink rN+
                  | Int-5}
263187 | Zig:14   | Identified the ring "Hoarul" {*Slow rPois rC- Str+9 Int+6}
263195 | Zig:14   | Identified the staff of poison "Pynev" {rPois rF++ Will+
                  | rCorr}
263219 | Zig:14   | Identified the +0 acid dragon scales of Loghausa {Regen+
                  | rCorr}
263220 | Zig:14   | Identified the +8 scimitar of the Blind Eye {drain, rPois
                  | Str+4}
263226 | Zig:14   | Identified the +4 morningstar "Bosiss" {heavy, Will+ SInv}
263255 | Zig:15   | Entered Level 15 of a ziggurat
263303 | Zig:15   | Identified the staff of fire "Nataw" {*Slow rF+ Str+6 Int-2
                  | SInv}
263350 | Zig:15   | Identified the +8 plate armour "Ogewnat" {Harm Slay+2}
263384 | Zig:15   | Identified the +1 leather armour "Geplefyst" {Int+4}
263388 | Zig:15   | Identified the +0 shortbow of Qaoklaph {heavy, rPois Dex+5}
263418 | Zig:15   | Identified the staff of death "Itest" {rN+ Str-5 Dex+3}
263692 | Zig:16   | Entered Level 16 of a ziggurat
263704 | Zig:16   | Identified the +6 quarterstaff of the Vaults {heavy, *Noise
                  | rPois rCorr Dex+4}
263706 | Zig:16   | Identified the staff of conjuration "Moghauc" {rCorr}
264031 | Zig:16   | Identified the +5 ice dragon scales of Beyond {rF- rC++
                  | Int+5}
264045 | Zig:16   | Identified the +9 mace of the Kidney {vamp, Int+3 SInv
                  | Stlth+}
264054 | Zig:16   | Identified the amulet of Xom's Full Attention {Faith +Blink
                  | rElec Int+4 Stlth+}
264055 | Zig:16   | Identified the ring "Idiwuc" {Str+3 Slay+2 SInv}
264056 | Zig:16   | Identified the amulet "Iseim" {RegenMP Str+3 Slay+4}
264095 | Zig:16   | Identified the staff of death "Seraez" {rElec rN+ Will++
                  | Str+3 Int+4 Dex-3}
264117 | Zig:16   | Identified the +2 ring mail of Quantum Leap {rElec rN+
                  | Stlth+}
264124 | Zig:16   | Identified the +1 scale mail of the Pits of Slime {Rampage
                  | Int+3 Slay+5}
264126 | Zig:16   | Identified the +8 chain mail of the Freezing God {rPois}
264128 | Zig:16   | Identified the +9 dire flail "Amoiwu" {vamp, *Rage rC+
                  | Stlth+}
264138 | Zig:16   | Identified the amulet "Fehoggit" {Reflect MP+9 SH+5}
264150 | Zig:17   | Entered Level 17 of a ziggurat
264150 | Zig:17   | Noticed Voosyba the pandemonium lord
264150 | Zig:17   | Noticed Efai the pandemonium lord
264150 | Zig:17   | Noticed Wajycen the pandemonium lord
264150 | Zig:17   | Noticed Ymnaf the pandemonium lord
264150 | Zig:17   | Noticed Hept the pandemonium lord
264150 | Zig:17   | Noticed Gebbuita the pandemonium lord
264150 | Zig:17   | Noticed Rojugen the pandemonium lord
264150 | Zig:17   | Noticed Jyomm the pandemonium lord
264150 | Zig:17   | Noticed Duugrul the pandemonium lord
264150 | Zig:17   | Noticed Lohat the pandemonium lord
264150 | Zig:17   | Noticed Akhluf the pandemonium lord
264150 | Zig:17   | Noticed Tumiseb the pandemonium lord
264150 | Zig:17   | Noticed Misawut the pandemonium lord
264150 | Zig:17   | Noticed Neculoir the pandemonium lord
264150 | Zig:17   | Noticed Tareph the pandemonium lord
264150 | Zig:17   | Noticed Orres the pandemonium lord
264150 | Zig:17   | Noticed Ifyipot the pandemonium lord
264150 | Zig:17   | Noticed Doss the pandemonium lord
264150 | Zig:17   | Noticed Xuunlouk the pandemonium lord
264150 | Zig:17   | Noticed Xoit the pandemonium lord
264150 | Zig:17   | Noticed Suxtotum the pandemonium lord
264150 | Zig:17   | Noticed Dioxzaec the pandemonium lord
264150 | Zig:17   | Noticed Fiekh the pandemonium lord
264150 | Zig:17   | Noticed Guoliats the pandemonium lord
264150 | Zig:17   | Noticed Fuip the pandemonium lord
264150 | Zig:17   | Noticed Fen Mowe the pandemonium lord
264150 | Zig:17   | Noticed Gobar the pandemonium lord
264152 | Zig:17   | Killed Guoliats the pandemonium lord
264152 | Zig:17   | Noticed Meofel the pandemonium lord
264153 | Zig:17   | Killed Fuip the pandemonium lord
264153 | Zig:17   | Killed Xoit the pandemonium lord
264153 | Zig:17   | Killed Fiekh the pandemonium lord
264153 | Zig:17   | Killed Tareph the pandemonium lord
264153 | Zig:17   | Killed Ifyipot the pandemonium lord
264153 | Zig:17   | Killed Suxtotum the pandemonium lord
264153 | Zig:17   | Killed Orres the pandemonium lord
264153 | Zig:17   | Noticed Lackodd the pandemonium lord
264154 | Zig:17   | Killed Gobar the pandemonium lord
264154 | Zig:17   | Killed Akhluf the pandemonium lord
264154 | Zig:17   | Killed Neculoir the pandemonium lord
264154 | Zig:17   | Killed Fen Mowe the pandemonium lord
264154 | Zig:17   | Killed Doss the pandemonium lord
264155 | Zig:17   | Noticed Nuyngaaleysh the pandemonium lord
264155 | Zig:17   | Killed Dioxzaec the pandemonium lord
264155 | Zig:17   | Killed Tumiseb the pandemonium lord
264155 | Zig:17   | Killed Efai the pandemonium lord
264155 | Zig:17   | Killed Xuunlouk the pandemonium lord
264155 | Zig:17   | Killed Rojugen the pandemonium lord
264155 | Zig:17   | Noticed Zokhluttu the pandemonium lord
264156 | Zig:17   | Killed Duugrul the pandemonium lord
264156 | Zig:17   | Killed Lohat the pandemonium lord
264156 | Zig:17   | Killed Misawut the pandemonium lord
264156 | Zig:17   | Killed Jyomm the pandemonium lord
264156 | Zig:17   | Killed Ymnaf the pandemonium lord
264156 | Zig:17   | Killed Gebbuita the pandemonium lord
264157 | Zig:17   | Killed Hept the pandemonium lord
264157 | Zig:17   | Killed Voosyba the pandemonium lord
264157 | Zig:17   | Killed Lackodd the pandemonium lord
264157 | Zig:17   | Killed Meofel the pandemonium lord
264158 | Zig:17   | Killed Nuyngaaleysh the pandemonium lord
264158 | Zig:17   | Noticed Vopnethe the pandemonium lord
264158 | Zig:17   | Noticed Ategumae the pandemonium lord
264160 | Zig:17   | Killed Zokhluttu the pandemonium lord
264161 | Zig:17   | Noticed Timnanet the pandemonium lord
264161 | Zig:17   | Noticed Puza Noenn the pandemonium lord
264162 | Zig:17   | Killed Ategumae the pandemonium lord
264162 | Zig:17   | Noticed Oweahaf the pandemonium lord
264162 | Zig:17   | Noticed Untal the pandemonium lord
264163 | Zig:17   | Killed Wajycen the pandemonium lord
264163 | Zig:17   | Noticed Koxi Nyrgh the pandemonium lord
264163 | Zig:17   | Noticed Zosmatud the pandemonium lord
264164 | Zig:17   | Noticed Onenacoz the pandemonium lord
264164 | Zig:17   | Noticed Suynoetoe the pandemonium lord
264164 | Zig:17   | Noticed Geemp the pandemonium lord
264164 | Zig:17   | Noticed Ziuraahu the pandemonium lord
264165 | Zig:17   | Killed Vopnethe the pandemonium lord
264166 | Zig:17   | Killed Zosmatud the pandemonium lord
264166 | Zig:17   | Killed Untal the pandemonium lord
264166 | Zig:17   | Killed Puza Noenn the pandemonium lord
264166 | Zig:17   | Noticed Vustreat the pandemonium lord
264167 | Zig:17   | Noticed Risuk the pandemonium lord
264167 | Zig:17   | Killed Timnanet the pandemonium lord
264167 | Zig:17   | Killed Koxi Nyrgh the pandemonium lord
264167 | Zig:17   | Noticed Ziycs the pandemonium lord
264168 | Zig:17   | Killed Vustreat the pandemonium lord
264168 | Zig:17   | Killed Oweahaf the pandemonium lord
264168 | Zig:17   | Noticed Zedidipe the pandemonium lord
264169 | Zig:17   | Noticed Nilotaq the pandemonium lord
264169 | Zig:17   | Killed Ziycs the pandemonium lord
264169 | Zig:17   | Noticed Afatamugh the pandemonium lord
264169 | Zig:17   | Noticed Ceyp the pandemonium lord
264170 | Zig:17   | Killed Suynoetoe the pandemonium lord
264170 | Zig:17   | Killed Risuk the pandemonium lord
264170 | Zig:17   | Killed Geemp the pandemonium lord
264170 | Zig:17   | Noticed Omyr the pandemonium lord
264172 | Zig:17   | Killed Onenacoz the pandemonium lord
264172 | Zig:17   | Killed Afatamugh the pandemonium lord
264172 | Zig:17   | Killed Ceyp the pandemonium lord
264172 | Zig:17   | Killed Zedidipe the pandemonium lord
264172 | Zig:17   | Noticed Qaruedeq the pandemonium lord
264172 | Zig:17   | Noticed Noosm the pandemonium lord
264172 | Zig:17   | Noticed Puasaawn the pandemonium lord
264173 | Zig:17   | Noticed Gullauva the pandemonium lord
264173 | Zig:17   | Noticed Vabluni the pandemonium lord
264173 | Zig:17   | Noticed Uqeckyti the pandemonium lord
264175 | Zig:17   | Noticed Maeloelimu the pandemonium lord
264176 | Zig:17   | Noticed Puanted the pandemonium lord
264176 | Zig:17   | Noticed Xarog the pandemonium lord
264177 | Zig:17   | Killed Omyr the pandemonium lord
264177 | Zig:17   | Killed Puasaawn the pandemonium lord
264177 | Zig:17   | Noticed Zaceabitt the pandemonium lord
264178 | Zig:17   | Killed Qaruedeq the pandemonium lord
264178 | Zig:17   | Killed Vabluni the pandemonium lord
264178 | Zig:17   | Killed Xarog the pandemonium lord
264178 | Zig:17   | Killed Uqeckyti the pandemonium lord
264178 | Zig:17   | Killed Nilotaq the pandemonium lord
264178 | Zig:17   | Killed Puanted the pandemonium lord
264179 | Zig:17   | Killed Gullauva the pandemonium lord
264180 | Zig:17   | Killed Noosm the pandemonium lord
264180 | Zig:17   | Noticed Sago the pandemonium lord
264180 | Zig:17   | Noticed Icwogaf the pandemonium lord
264181 | Zig:17   | Killed Maeloelimu the pandemonium lord
264181 | Zig:17   | Noticed Hevu Cajedd the pandemonium lord
264182 | Zig:17   | Killed Zaceabitt the pandemonium lord
264183 | Zig:17   | Killed Ziuraahu the pandemonium lord
264183 | Zig:17   | Killed Sago the pandemonium lord
264185 | Zig:17   | Noticed Fipnur the pandemonium lord
264186 | Zig:17   | Noticed Xahusug the pandemonium lord
264188 | Zig:17   | Killed Icwogaf the pandemonium lord
264188 | Zig:17   | Killed Hevu Cajedd the pandemonium lord
264188 | Zig:17   | Noticed Qaagrehe the pandemonium lord
264188 | Zig:17   | Noticed Iqoim the pandemonium lord
264191 | Zig:17   | Noticed Dotolif the pandemonium lord
264192 | Zig:17   | Killed Xahusug the pandemonium lord
264192 | Zig:17   | Killed Iqoim the pandemonium lord
264193 | Zig:17   | Killed Fipnur the pandemonium lord
264193 | Zig:17   | Noticed Velivaot the pandemonium lord
264193 | Zig:17   | Noticed Wauceat the pandemonium lord
264195 | Zig:17   | Killed Dotolif the pandemonium lord
264196 | Zig:17   | Noticed Peaguj the pandemonium lord
264196 | Zig:17   | Noticed Vis Umuta the pandemonium lord
264197 | Zig:17   | Killed Qaagrehe the pandemonium lord
264199 | Zig:17   | Noticed Zichuuf the pandemonium lord
264200 | Zig:17   | Killed Velivaot the pandemonium lord
264202 | Zig:17   | Killed Mezxoluc the pandemonium lord
264203 | Zig:17   | Noticed Xustiuqabe the pandemonium lord
264204 | Zig:17   | Killed Vis Umuta the pandemonium lord
264205 | Zig:17   | Killed Peaguj the pandemonium lord
264206 | Zig:17   | Killed Xustiuqabe the pandemonium lord
264206 | Zig:17   | Noticed Umifyse the pandemonium lord
264206 | Zig:17   | Noticed Unenof the pandemonium lord
264206 | Zig:17   | Noticed Wewnak the pandemonium lord
264210 | Zig:17   | Killed Zichuuf the pandemonium lord
264212 | Zig:17   | Killed Wauceat the pandemonium lord
264212 | Zig:17   | Noticed Joonuq the pandemonium lord
264214 | Zig:17   | Noticed Neceybao the pandemonium lord
264216 | Zig:17   | Noticed Darphop the pandemonium lord
264218 | Zig:17   | Noticed Wosus the pandemonium lord
264219 | Zig:17   | Killed Wewnak the pandemonium lord
264219 | Zig:17   | Noticed Kegiyd the pandemonium lord
264219 | Zig:17   | Noticed Agged the pandemonium lord
264220 | Zig:17   | Killed Kegiyd the pandemonium lord
264220 | Zig:17   | Killed Darphop the pandemonium lord
264221 | Zig:17   | Killed Joonuq the pandemonium lord
264221 | Zig:17   | Killed Wosus the pandemonium lord
264221 | Zig:17   | Killed Agged the pandemonium lord
264221 | Zig:17   | Killed Neceybao the pandemonium lord
264224 | Zig:17   | Noticed Maump the pandemonium lord
264225 | Zig:17   | Killed Umifyse the pandemonium lord
264225 | Zig:17   | Noticed Akusihoe the pandemonium lord
264229 | Zig:17   | Killed Unenof the pandemonium lord
264230 | Zig:17   | Killed Maump the pandemonium lord
264231 | Zig:17   | Noticed Comyghy the pandemonium lord
264233 | Zig:17   | Killed Akusihoe the pandemonium lord
264235 | Zig:17   | Killed Comyghy the pandemonium lord
264236 | Zig:17   | Noticed Omolirch the pandemonium lord
264238 | Zig:17   | Noticed Rast the pandemonium lord
264241 | Zig:17   | Killed Omolirch the pandemonium lord
264241 | Zig:17   | Killed Rast the pandemonium lord
264431 | Zig:17   | Identified the +2 long sword of Darkness {venom, rN+ Str+3
                  | Dex+2}
264441 | Zig:17   | Identified the +9 hand axe "Egg" {freeze, Fragile Int+3
                  | Dex+4}
264444 | Zig:17   | Identified the staff of conjuration "Ussuuheff" {rF+ Will+}
264445 | Zig:17   | Identified the amulet of Rilib {Reflect Will+ Dex+5 SH+5}
264450 | Zig:17   | Identified the +6 battleaxe of the Beginning {vamp, Fragile
                  | rElec rN++ Dex-5}
264452 | Zig:17   | Identified the ring "Finwotak" {rC+++ Str-5 Int+3 Dex+2
                  | Slay+4}
264464 | Zig:17   | Identified the +10 morningstar "Vieghetz" {spect, rElec
                  | Int+2}
264471 | Zig:17   | Identified the +0 tower shield of the Morning Star {rF++
                  | Int+5 Dex-2}
264479 | Zig:17   | Identified the +7 quarterstaff of the Warrior-Mage {heavy,
                  | rPois Str+5 Dex-4}
264676 | Zig:18   | Entered Level 18 of a ziggurat
264704 | Zig:18   | Noticed Myonusey the pandemonium lord
264711 | Zig:18   | Killed Myonusey the pandemonium lord
265156 | Zig:18   | Identified the +3 mace of Turmoil {flame, Will+ Stlth+}
265166 | Zig:18   | Identified the +1 morningstar of Ruczovah {flame, rElec
                  | Str-3 Dex+2}
265177 | Zig:18   | Identified the ring of the Jackalope {*Corrode rC+ EV+5
                  | Int+2 Slay+5}
265182 | Zig:18   | Identified the +5 quarterstaff of Linearity {protect, rC+++
                  | Str-5 Dex+5}
265188 | Zig:18   | Identified the staff of conjuration "Gieh" {Fragile rF+++
                  | rCorr Str+3}
265271 | Zig:19   | Entered Level 19 of a ziggurat
265271 | Zig:19   | Noticed a royal mummy
265271 | Zig:19   | Noticed a royal mummy
265271 | Zig:19   | Noticed a royal mummy
265271 | Zig:19   | Noticed a royal mummy
265271 | Zig:19   | Noticed a royal mummy
265271 | Zig:19   | Noticed a royal mummy
265271 | Zig:19   | Noticed a royal mummy
265271 | Zig:19   | Noticed a royal mummy
265272 | Zig:19   | Killed a royal mummy
265272 | Zig:19   | Killed a royal mummy
265272 | Zig:19   | Killed a royal mummy
265272 | Zig:19   | Killed a royal mummy
265272 | Zig:19   | Killed a royal mummy
265272 | Zig:19   | Killed a royal mummy
265272 | Zig:19   | Killed a royal mummy
265275 | Zig:19   | Noticed a royal mummy
265276 | Zig:19   | Noticed a royal mummy
265277 | Zig:19   | Noticed a royal mummy
265277 | Zig:19   | Noticed a royal mummy
265278 | Zig:19   | Noticed a royal mummy
265279 | Zig:19   | Killed a royal mummy
265279 | Zig:19   | Killed a royal mummy
265279 | Zig:19   | Killed a royal mummy
265279 | Zig:19   | Killed a royal mummy
265282 | Zig:19   | Noticed a royal mummy
265282 | Zig:19   | Noticed a royal mummy
265282 | Zig:19   | Killed a royal mummy
265282 | Zig:19   | Killed a royal mummy
265284 | Zig:19   | Noticed a royal mummy
265285 | Zig:19   | Killed a royal mummy
265285 | Zig:19   | Killed a royal mummy
265287 | Zig:19   | Noticed a royal mummy
265291 | Zig:19   | Noticed a royal mummy
265291 | Zig:19   | Noticed a royal mummy
265291 | Zig:19   | Noticed a royal mummy
265294 | Zig:19   | Killed a royal mummy
265298 | Zig:19   | Noticed a royal mummy
265299 | Zig:19   | Killed a royal mummy
265299 | Zig:19   | Killed a royal mummy
265299 | Zig:19   | Killed a royal mummy
265303 | Zig:19   | Noticed a dread lich
265304 | Zig:19   | Killed a royal mummy
265304 | Zig:19   | Noticed a royal mummy
265307 | Zig:19   | Killed a royal mummy
265307 | Zig:19   | Killed a royal mummy
265307 | Zig:19   | Noticed a royal mummy
265308 | Zig:19   | Noticed a royal mummy
265312 | Zig:19   | Noticed a royal mummy
265314 | Zig:19   | Killed a dread lich
265315 | Zig:19   | Killed a royal mummy
265315 | Zig:19   | Killed a royal mummy
265315 | Zig:19   | Killed a royal mummy
265402 | Zig:19   | Identified the +4 dagger "Hell-Harrower" {speed, *Noise
                  | rN++ Dex+4}
265412 | Zig:19   | Identified the +2 steam dragon scales of the Raven {+Blink
                  | rPois Dex-4 SInv}
265416 | Zig:19   | Identified the +0 lajatang "Litoig" {heavy, Str+2 Dex+3}
265420 | Zig:19   | Identified the +1 glaive "Piqeuhur" {protect, Fly}
265440 | Zig:19   | Identified the ring "Zygotuv" {Str+3 Dex+3 SInv}
265747 | Zig:19   | Identified the staff of poison "Leph" {rElec rPois Int+4
                  | Dex+3}
265760 | Zig:20   | Entered Level 20 of a ziggurat
265760 | Zig:20   | Noticed an ancient lich
265765 | Zig:20   | Killed an ancient lich
265795 | Zig:20   | Paralysed by accursed screaming for 2 turns
265827 | Zig:20   | Paralysed by accursed screaming for 2 turns
265838 | Zig:20   | Identified the +2 quarterstaff of Nehot Hoer {drain, Will++
                  | Int+3 Stlth+}
266004 | Zig:20   | Identified the staff of cold "Newuwnou" {Drain rElec rC+
                  | rN+ rCorr}
266012 | Zig:20   | Identified the +2 robe of the Monk {rF+}
266015 | Zig:20   | Identified the +2 leather armour of Charity {rF+ rC- rN+
                  | Stlth+}
266018 | Zig:20   | Identified the +5 plate armour "Heckorgh" {Dex+2}
266020 | Zig:20   | Identified the ring of the Scarab {rC+ SInv}
266311 | Zig:20   | Identified the +7 broad axe "Grim Tooth" {venom, Dex+2}
266317 | Zig:20   | Identified the +7 war axe "Killer Bee's Regret" {flame,
                  | Int+2}
266389 | Zig:20   | Identified the +3 leather armour of Uskayaw's Grace {Will+}
266397 | Zig:20   | Identified the +2 war axe "Suukuhir" {drain, rElec Str+2
                  | Dex-5}
266401 | Zig:20   | Identified the +3 bardiche "Tattletale" {venom, Contam
                  | +Blink rElec rF-}
266408 | Zig:20   | Identified the +5 mace "Baadob" {freeze, *Noise Will++
                  | Dex+3}
266409 | Zig:20   | Identified the staff of conjuration "Durreep" {rF+ rCorr
                  | Dex-4}
266417 | Zig:20   | Identified the +6 morningstar of Bocaxawu {freeze, rElec
                  | rF+ MP+9}
266429 | Zig:20   | Identified the +10 rapier of Uskayaw, Uplifting {freeze,
                  | rPois rF- rC+++ rCorr}
266548 | Zig:21   | Entered Level 21 of a ziggurat
266548 | Zig:21   | Noticed a royal mummy
266548 | Zig:21   | Noticed a royal mummy
266548 | Zig:21   | Noticed a royal mummy
266548 | Zig:21   | Noticed a royal mummy
266548 | Zig:21   | Noticed a royal mummy
266549 | Zig:21   | Killed a royal mummy
266549 | Zig:21   | Killed a royal mummy
266549 | Zig:21   | Killed a royal mummy
266549 | Zig:21   | Killed a royal mummy
266550 | Zig:21   | Noticed a royal mummy
266551 | Zig:21   | Noticed a royal mummy
266552 | Zig:21   | Noticed a royal mummy
266552 | Zig:21   | Noticed a royal mummy
266552 | Zig:21   | Noticed a royal mummy
266553 | Zig:21   | Noticed a royal mummy
266554 | Zig:21   | Killed a royal mummy
266554 | Zig:21   | Killed a royal mummy
266554 | Zig:21   | Killed a royal mummy
266554 | Zig:21   | Killed a royal mummy
266554 | Zig:21   | Killed a royal mummy
266554 | Zig:21   | Killed a royal mummy
266554 | Zig:21   | Killed a royal mummy
266554 | Zig:21   | Noticed a royal mummy
266555 | Zig:21   | Noticed a royal mummy
266555 | Zig:21   | Noticed a royal mummy
266555 | Zig:21   | Noticed a royal mummy
266555 | Zig:21   | Noticed a royal mummy
266555 | Zig:21   | Noticed a royal mummy
266555 | Zig:21   | Noticed a royal mummy
266556 | Zig:21   | Noticed a royal mummy
266556 | Zig:21   | Noticed a royal mummy
266556 | Zig:21   | Noticed a royal mummy
266556 | Zig:21   | Noticed a royal mummy
266557 | Zig:21   | Noticed a royal mummy
266557 | Zig:21   | Noticed a royal mummy
266558 | Zig:21   | Killed a royal mummy
266558 | Zig:21   | Killed a royal mummy
266558 | Zig:21   | Killed a royal mummy
266558 | Zig:21   | Killed a royal mummy
266558 | Zig:21   | Killed a royal mummy
266558 | Zig:21   | Killed a royal mummy
266558 | Zig:21   | Noticed a royal mummy
266559 | Zig:21   | Noticed a royal mummy
266559 | Zig:21   | Noticed a royal mummy
266560 | Zig:21   | Killed a royal mummy
266560 | Zig:21   | Killed a royal mummy
266560 | Zig:21   | Killed a royal mummy
266560 | Zig:21   | Killed a royal mummy
266560 | Zig:21   | Killed a royal mummy
266560 | Zig:21   | Killed a royal mummy
266561 | Zig:21   | Noticed a royal mummy
266562 | Zig:21   | Killed a royal mummy
266562 | Zig:21   | Killed a royal mummy
266562 | Zig:21   | Killed a royal mummy
266564 | Zig:21   | Noticed a royal mummy
266564 | Zig:21   | Noticed a royal mummy
266565 | Zig:21   | Noticed a royal mummy
266565 | Zig:21   | Noticed a royal mummy
266566 | Zig:21   | Noticed a royal mummy
266567 | Zig:21   | Killed a royal mummy
266567 | Zig:21   | Killed a royal mummy
266567 | Zig:21   | Killed a royal mummy
266567 | Zig:21   | Killed a royal mummy
266567 | Zig:21   | Killed a royal mummy
266567 | Zig:21   | Killed a royal mummy
266569 | Zig:21   | Killed a royal mummy
266570 | Zig:21   | Noticed a royal mummy
266570 | Zig:21   | Noticed a royal mummy
266570 | Zig:21   | Noticed a royal mummy
266571 | Zig:21   | Noticed a royal mummy
266572 | Zig:21   | Noticed a royal mummy
266572 | Zig:21   | Found the +5 robe of Misfortune {Harm *Corrode *Slow EV+5}
266575 | Zig:21   | Killed a royal mummy
266575 | Zig:21   | Killed a royal mummy
266575 | Zig:21   | Killed a royal mummy
266575 | Zig:21   | Killed a royal mummy
266578 | Zig:21   | Killed a royal mummy
266665 | Zig:21   | Identified the staff of air "Menk" {rElec rN+ MP+9 SInv}
266683 | Zig:21   | Identified the +2 chain mail of Miracles {+Inv rElec}
266685 | Zig:21   | Identified the scarf of Tipyvi Ohil {harm, rElec}
266686 | Zig:21   | Identified the +1 war axe of Sez Mas {speed, Fly rPois
                  | rC+++ Str-2}
266701 | Zig:21   | Identified the +0 scimitar "Arbiter" {heavy, rC+}
266718 | Zig:21   | Identified the +8 dagger "Death Rattle" {venom, *Noise rF+
                  | Int+4}
266720 | Zig:21   | Identified the +1 rapier of Watchfulness {protect, rF++
                  | Dex+4}
266721 | Zig:21   | Identified the +5 whip "Syll" {freeze, +Blink rPois}
266748 | Zig:21   | Identified the +1 scimitar "browni3141's Peril" {drain,
                  | rF+}
266752 | Zig:21   | Identified the +6 great mace "Hyoluivae" {heavy, rC+ rN+
                  | Int+5}
267201 | Zig:22   | Entered Level 22 of a ziggurat
267201 | Zig:22   | Noticed an orb of fire
267201 | Zig:22   | Noticed an orb of fire
267201 | Zig:22   | Noticed an orb of fire
267201 | Zig:22   | Noticed an orb of fire
267201 | Zig:22   | Noticed an orb of fire
267201 | Zig:22   | Noticed an orb of fire
267201 | Zig:22   | Noticed an orb of fire
267201 | Zig:22   | Noticed an orb of fire
267201 | Zig:22   | Noticed an orb of fire
267204 | Zig:22   | Noticed an orb of fire
267204 | Zig:22   | Killed an orb of fire
267205 | Zig:22   | Killed an orb of fire
267205 | Zig:22   | Killed an orb of fire
267205 | Zig:22   | Noticed an orb of fire
267205 | Zig:22   | Noticed an orb of fire
267205 | Zig:22   | Noticed an orb of fire
267206 | Zig:22   | Killed an orb of fire
267206 | Zig:22   | Killed an orb of fire
267206 | Zig:22   | Killed an orb of fire
267206 | Zig:22   | Killed an orb of fire
267206 | Zig:22   | Noticed an orb of fire
267206 | Zig:22   | Noticed an orb of fire
267206 | Zig:22   | Noticed an orb of fire
267207 | Zig:22   | Killed an orb of fire
267207 | Zig:22   | Killed an orb of fire
267207 | Zig:22   | Noticed an orb of fire
267207 | Zig:22   | Noticed an orb of fire
267208 | Zig:22   | Killed an orb of fire
267208 | Zig:22   | Killed an orb of fire
267208 | Zig:22   | Noticed an orb of fire
267208 | Zig:22   | Noticed an orb of fire
267209 | Zig:22   | Noticed an orb of fire
267209 | Zig:22   | Noticed an orb of fire
267209 | Zig:22   | Noticed an orb of fire
267209 | Zig:22   | Noticed an orb of fire
267209 | Zig:22   | Noticed an orb of fire
267209 | Zig:22   | Noticed an orb of fire
267210 | Zig:22   | Killed an orb of fire
267210 | Zig:22   | Killed an orb of fire
267210 | Zig:22   | Killed an orb of fire
267210 | Zig:22   | Noticed an orb of fire
267210 | Zig:22   | Noticed an orb of fire
267211 | Zig:22   | Killed an orb of fire
267211 | Zig:22   | Noticed an orb of fire
267212 | Zig:22   | Killed an orb of fire
267212 | Zig:22   | Killed an orb of fire
267212 | Zig:22   | Killed an orb of fire
267212 | Zig:22   | Killed an orb of fire
267212 | Zig:22   | Killed an orb of fire
267213 | Zig:22   | Noticed an orb of fire
267213 | Zig:22   | Noticed an orb of fire
267213 | Zig:22   | Noticed an orb of fire
267213 | Zig:22   | Noticed an orb of fire
267214 | Zig:22   | Noticed an orb of fire
267214 | Zig:22   | Killed an orb of fire
267214 | Zig:22   | Killed an orb of fire
267214 | Zig:22   | Killed an orb of fire
267214 | Zig:22   | Killed an orb of fire
267214 | Zig:22   | Killed an orb of fire
267214 | Zig:22   | Noticed an orb of fire
267215 | Zig:22   | Noticed an orb of fire
267215 | Zig:22   | Killed an orb of fire
267215 | Zig:22   | Killed an orb of fire
267215 | Zig:22   | Killed an orb of fire
267216 | Zig:22   | Killed an orb of fire
267216 | Zig:22   | Killed an orb of fire
267216 | Zig:22   | Noticed an orb of fire
267216 | Zig:22   | Noticed an orb of fire
267217 | Zig:22   | Killed an orb of fire
267217 | Zig:22   | Killed an orb of fire
267217 | Zig:22   | Killed an orb of fire
267217 | Zig:22   | Killed an orb of fire
267217 | Zig:22   | Killed an orb of fire
267217 | Zig:22   | Killed an orb of fire
267217 | Zig:22   | Noticed an orb of fire
267217 | Zig:22   | Noticed an orb of fire
267222 | Zig:22   | Noticed an orb of fire
267229 | Zig:22   | Noticed an orb of fire
267229 | Zig:22   | Noticed an orb of fire
267229 | Zig:22   | Killed an orb of fire
267230 | Zig:22   | Noticed an orb of fire
267230 | Zig:22   | Noticed an orb of fire
267230 | Zig:22   | Noticed an orb of fire
267230 | Zig:22   | Noticed an orb of fire
267230 | Zig:22   | Killed an orb of fire
267230 | Zig:22   | Noticed an orb of fire
267230 | Zig:22   | Noticed an orb of fire
267230 | Zig:22   | Noticed an orb of fire
267231 | Zig:22   | Killed an orb of fire
267231 | Zig:22   | Killed an orb of fire
267231 | Zig:22   | Killed an orb of fire
267231 | Zig:22   | Noticed an orb of fire
267232 | Zig:22   | Noticed an orb of fire
267232 | Zig:22   | Noticed an orb of fire
267232 | Zig:22   | Noticed an orb of fire
267233 | Zig:22   | Noticed an orb of fire
267233 | Zig:22   | Noticed an orb of fire
267234 | Zig:22   | Killed an orb of fire
267234 | Zig:22   | Killed an orb of fire
267234 | Zig:22   | Noticed an orb of fire
267234 | Zig:22   | Noticed an orb of fire
267235 | Zig:22   | Killed an orb of fire
267235 | Zig:22   | Killed an orb of fire
267235 | Zig:22   | Noticed an orb of fire
267235 | Zig:22   | Noticed an orb of fire
267236 | Zig:22   | Killed an orb of fire
267236 | Zig:22   | Killed an orb of fire
267236 | Zig:22   | Killed an orb of fire
267236 | Zig:22   | Killed an orb of fire
267236 | Zig:22   | Killed an orb of fire
267236 | Zig:22   | Killed an orb of fire
267236 | Zig:22   | Killed an orb of fire
267236 | Zig:22   | Killed an orb of fire
267236 | Zig:22   | Noticed an orb of fire
267236 | Zig:22   | Noticed an orb of fire
267237 | Zig:22   | Killed an orb of fire
267237 | Zig:22   | Noticed an orb of fire
267237 | Zig:22   | Noticed an orb of fire
267239 | Zig:22   | Noticed an orb of fire
267239 | Zig:22   | Noticed an orb of fire
267240 | Zig:22   | Killed an orb of fire
267240 | Zig:22   | Killed an orb of fire
267240 | Zig:22   | Killed an orb of fire
267240 | Zig:22   | Killed an orb of fire
267240 | Zig:22   | Noticed an orb of fire
267241 | Zig:22   | Killed an orb of fire
267241 | Zig:22   | Killed an orb of fire
267241 | Zig:22   | Killed an orb of fire
267241 | Zig:22   | Killed an orb of fire
267241 | Zig:22   | Noticed an orb of fire
267242 | Zig:22   | Killed an orb of fire
267242 | Zig:22   | Killed an orb of fire
267242 | Zig:22   | Noticed an orb of fire
267243 | Zig:22   | Killed an orb of fire
267245 | Zig:22   | Killed an orb of fire
267245 | Zig:22   | Killed an orb of fire
267255 | Zig:22   | Killed an orb of fire
267257 | Zig:22   | Killed an orb of fire
267277 | Zig:22   | Identified the staff of conjuration "Juloh" {rPois MP+9
                  | Dex+2}
267419 | Zig:22   | Identified the +1 shortbow of the Nurturing Vulture
                  | {antimagic, rC- Str+2 Dex+4}
267435 | Zig:22   | Identified the +4 falchion "Canlitwe" {freeze, Contam
                  | Fragile +Blink rN+++}
267438 | Zig:22   | Identified the staff of earth "Burr" {rPois Dex+2}
267445 | Zig:22   | Identified the +1 spear "Xuihiu" {venom, rC+ Str+3 Int+3
                  | Stlth+}
267740 | Zig:22   | Identified the +3 ring mail of Immorality {rPois Str+6
                  | Int+3 Dex-5}
267741 | Zig:22   | Identified the +2 plate armour of Polish {Str+4 SInv
                  | Stlth+}
267746 | Zig:22   | Identified the +3 ring mail of the Unbroken {rF+ rC+++
                  | Regen+ Int-3}
267760 | Zig:22   | Identified the staff of air "Tuucor" {rElec rF+ rN++ Dex-4
                  | SInv}
267833 | Zig:23   | Entered Level 23 of a ziggurat
267846 | Zig:23   | Paralysed by an air elemental for 1 turns
268013 | Zig:23   | Identified the +5 chain mail of the Lily {Harm rC+}
268015 | Zig:23   | Identified the +0 ring mail of Winter {Fly Regen+ rCorr
                  | Stlth+}
268031 | Zig:23   | Identified the +2 morningstar of Ryfuuw {heavy, rElec
                  | Str+2}
268043 | Zig:23   | Identified the ring of Bizoge {Fly Str-4 Dex+6 Slay+2}
268072 | Zig:23   | Identified the ring of Serendipity {Str+3 Int+6}
268083 | Zig:23   | Identified the -1 pair of gloves of the Prince of Darkness
                  | {Stlth+}
268093 | Zig:23   | Identified the amulet of Generosity {Acrobat Regen+ Int+2
                  | SInv}
268102 | Zig:23   | Identified the +5 leather armour of the Eternal Void {Int+2
                  | Slay+2 Stlth+}
268113 | Zig:23   | Identified the +3 ring mail of the Apothecary {Str+3}
268142 | Zig:23   | Identified the +1 hand axe "Fovu" {heavy, Int+3 Dex+3}
268154 | Zig:23   | Identified the +8 morningstar of Growth {freeze, rElec}
268163 | Zig:23   | Identified the +1 ring mail "Foteoq" {rPois Will- Dex-2
                  | Stlth+}
268169 | Zig:23   | Identified the +2 mace "Ceitwima" {venom, rElec rF- rC+
                  | Int+6}
268630 | Zig:24   | Entered Level 24 of a ziggurat
269096 | Zig:24   | Identified the ring "Fias" {AC+4 Int+2}
269097 | Zig:24   | Identified the +1 ring mail of Melancholy {Dex+3}
269105 | Zig:24   | Identified the +2 morningstar of Pain and Death {elec,
                  | Dex+4}
269107 | Zig:24   | Identified the +8 battleaxe of Akku {vamp, rF+ rC+ Int+2}
269108 | Zig:24   | Identified the +7 hand axe "Fuloekua" {heavy, *Noise rF+++
                  | Int-5 Dex+3}
269111 | Zig:24   | Identified the +14 plate armour of Immoasch {MP+9 Int+3}
269114 | Zig:24   | Identified the staff of conjuration "Doing" {rF+ Int+7
                  | Dex-3 Stlth+}
269124 | Zig:24   | Identified the staff of air "Bucih" {+Blink rElec rCorr
                  | Dex+4}
269126 | Zig:24   | Identified the ring of Mozof {Will+ Str+3 Slay+3 SInv
                  | Stlth+}
269132 | Zig:24   | Identified the +1 lajatang of the Hated {freeze, *Corrode
                  | rF++ Will+}
269135 | Zig:24   | Identified the +7 chain mail of Wisdom {-Tele Fly rElec
                  | rF+}
269146 | Zig:24   | Identified the ring of Tiresh {+Blink EV+5 Int+6}
269161 | Zig:24   | Identified the staff of conjuration "Tanoogys" {+Blink MP+9
                  | Str+2}
269164 | Zig:24   | Identified the +0 short sword "Wypyh" {elec, rF+ rN++
                  | rCorr}
269234 | Zig:25   | Entered Level 25 of a ziggurat
269461 | Zig:25   | Identified the +0 great sword of the Flying Whale {freeze,
                  | rElec}
269462 | Zig:25   | Identified the +1 ring mail of the Elven Halls {rElec rPois
                  | rF+ rN+}
269467 | Zig:25   | Identified the +0 flail of browni3141's Woe {freeze, rN+}
269474 | Zig:25   | Identified the +6 gold dragon scales of Xaqidi Zolacs {Harm
                  | Drain rPois rF+ rC+ Int+2}
269475 | Zig:25   | Identified the +4 quarterstaff "Motuss" {spect, rPois
                  | Str+3}
269479 | Zig:25   | Identified the ring of Leacutweg {*Corrode rPois Will++
                  | MP+9 Str+2}
269480 | Zig:25   | Identified the ring "Zeorr" {Fly rF+ Slay+3 SInv}
269484 | Zig:25   | Identified the +0 shortbow "Lienkipt" {drain, rF+ rCorr}
269490 | Zig:25   | Identified the staff of air "Wigruv" {rElec rC+ SInv}
269512 | Zig:25   | Identified the staff of poison "Quchuz" {+Blink rPois Will+
                  | Str-3 Stlth+}
269544 | Zig:25   | Identified the +3 shortbow of Meager Optimality {drain,
                  | Dex+3}
269551 | Zig:25   | Identified the +0 chain mail of Dishonesty {Drain +Blink
                  | rElec rF+}
269918 | Zig:25   | Identified the +0 plate armour "Qayshe" {Fly Will- Str+3
                  | Int+4}
269933 | Zig:26   | Entered Level 26 of a ziggurat
270475 | Zig:26   | Identified the staff of fire "Buesel" {+Blink rElec rF+
                  | Will++ Str-2}
270532 | Zig:26   | Identified the ring of Erilis {rElec Will+ Int+3}
270576 | Zig:26   | Identified the +7 dire flail "Haampieh" {protect, rF+++
                  | Int+4 Stlth-}
270767 | Zig:27   | Entered Level 27 of a ziggurat
270767 | Zig:27   | Noticed a dread lich
270769 | Zig:27   | Killed a dread lich
270793 | Zig:27   | Noticed an ancient lich
270798 | Zig:27   | Noticed a dread lich
270800 | Zig:27   | Killed an ancient lich
270803 | Zig:27   | Killed a dread lich
271006 | Zig:27   | Identified the +9 shortbow of the Trees {heavy, rN+ Int+5
                  | Stlth+}
271007 | Zig:27   | Identified the +1 ring mail "Meofic" {Harm rF- rC+ rN++}
271013 | Zig:27   | Identified the staff of poison "Vinky" {rPois rN+ Str+3
                  | Dex-5}
271017 | Zig:27   | Identified the ring of Lutzuicyop {rPois rC+ Int-4 Dex+6
                  | Stlth+}
271035 | Zig:27   | Identified the ring of Cihuw {rF++ rN+ rCorr Str+5}
271037 | Zig:27   | Identified the +1 chain mail "Peca" {Contam rC++ Int+2}
271038 | Zig:27   | Identified the +0 scale mail "Jaedij" {Str+2}
271044 | Zig:27   | Identified the +6 plate armour of Sunlight {Will+}
271046 | Zig:27   | Identified the staff of air "Peemm" {rElec rN+ Str+3 Int+2
                  | Dex+4}
271047 | Zig:27   | Identified the -1 pair of gloves of the Present {Int+4}
271048 | Zig:27   | Identified the staff of poison "Maklao" {rPois rC++ Str+2
                  | Dex+3}
271054 | Zig:27   | Identified the +5 rapier of Cyweink {flame, rC- Int+2
                  | Dex+3}
271066 | Zig:27   | Identified the +2 flail of the Soft God {heavy, rC+ rN+
                  | Int+2}
271071 | Zig:27   | Identified the ring "Vuutzas" {AC+4 Int+4 Dex-2}
271074 | Zig:27   | Identified the +1 robe of Grace {*Slow +Inv Will+}
271083 | Zig:27   | Identified the +0 leather armour of Okawaru's Regard
                  | {+Blink Fly rF+++ Will-}
271084 | Zig:27   | Identified the +0 dagger "Qizaqum" {elec, +Blink}
271546 | Zig:1    | Entered Level 1 of a ziggurat
271561 | Zig:2    | Entered Level 2 of a ziggurat
271561 | Zig:2    | Noticed a dread lich
271561 | Zig:2    | Noticed an ancient lich
271561 | Zig:2    | Noticed a dread lich
271561 | Zig:2    | Noticed a dread lich
271561 | Zig:2    | Noticed an ancient lich
271561 | Zig:2    | Noticed a dread lich
271561 | Zig:2    | Noticed an ancient lich
271561 | Zig:2    | Noticed a dread lich
271561 | Zig:2    | Noticed a dread lich
271561 | Zig:2    | Noticed a dread lich
271562 | Zig:2    | Killed an ancient lich
271562 | Zig:2    | Killed a dread lich
271562 | Zig:2    | Killed a dread lich
271563 | Zig:2    | Killed a dread lich
271563 | Zig:2    | Killed a dread lich
271563 | Zig:2    | Killed a dread lich
271563 | Zig:2    | Killed an ancient lich
271564 | Zig:2    | Killed a dread lich
271564 | Zig:2    | Killed a dread lich
271564 | Zig:2    | Killed an ancient lich
271574 | Zig:3    | Entered Level 3 of a ziggurat
271583 | Zig:4    | Entered Level 4 of a ziggurat
271585 | Zig:4    | Noticed a dread lich
271589 | Zig:4    | Killed a dread lich
271823 | Zig:4    | Identified the +9 short sword of Inicinae {freeze, rElec
                  | rN+}
271824 | Zig:4    | Identified the +4 quarterstaff "Spiderbane" {drain, Int+4
                  | Dex+2 Stlth+}
271835 | Zig:5    | Entered Level 5 of a ziggurat
271848 | Zig:5    | Identified the amulet "Vyupaudaa" {RegenMP rCorr Int+3
                  | SInv}
271852 | Zig:6    | Entered Level 6 of a ziggurat
271980 | Zig:6    | Identified the +1 ring mail "Qaten" {Dex+2}
272161 | Zig:7    | Entered Level 7 of a ziggurat
272161 | Zig:7    | Noticed an ancient lich
272161 | Zig:7    | Noticed an ancient lich
272161 | Zig:7    | Noticed an ancient lich
272161 | Zig:7    | Noticed an ancient lich
272161 | Zig:7    | Noticed a dread lich
272161 | Zig:7    | Noticed a dread lich
272164 | Zig:7    | Noticed an ancient lich
272164 | Zig:7    | Killed an ancient lich
272164 | Zig:7    | Killed a dread lich
272164 | Zig:7    | Killed an ancient lich
272164 | Zig:7    | Killed an ancient lich
272165 | Zig:7    | Killed a dread lich
272165 | Zig:7    | Killed an ancient lich
272166 | Zig:7    | Killed an ancient lich
272166 | Zig:7    | Noticed an ancient lich
272166 | Zig:7    | Noticed an ancient lich
272171 | Zig:7    | Killed an ancient lich
272174 | Zig:7    | Killed an ancient lich
272349 | Zig:7    | Identified the +9 plate armour "Virez" {rN+ Will+ Int+2}
272355 | Zig:7    | Identified the staff of conjuration "Depsijoez" {Fly Dex+4}
272515 | Zig:8    | Entered Level 8 of a ziggurat
272809 | Zig:8    | Identified the +6 lajatang "Rug Luagaag" {pain, Stlth+}
272818 | Zig:8    | Identified the +0 quarterstaff "Jiygisuc" {heavy, Contam
                  | rPois Dex+6}
272819 | Zig:8    | Identified the staff of poison "Kinlamid" {Fragile rPois
                  | Will++ Str+4}
272822 | Zig:8    | Identified the ring "Faco" {Ice Will+ Int+4}
272823 | Zig:8    | Identified the +5 scale mail "Eziaphoh" {Fly Str+4 Dex+4}
272886 | Zig:9    | Entered Level 9 of a ziggurat
272908 | Zig:10   | Entered Level 10 of a ziggurat
273280 | Zig:10   | Identified the staff of cold "Kommon" {rC+ rN+}
273286 | Zig:10   | Identified the +3 scale mail of the Desolation of Salt
                  | {Rampage rN+ Dex+2}
273291 | Zig:10   | Identified the +0 plate armour of Unambiguity {*Corrode rF-
                  | rN+ Str+5}
273435 | Zig:11   | Entered Level 11 of a ziggurat
273435 | Zig:11   | Identified the +0 tower shield "Oxiativo" {rC- rN+ SInv}
273435 | Zig:11   | Identified the +0 tower shield "Eviusaol" {Int+2}
273439 | Zig:11   | Identified the +4 tower shield of Logy {Dex+7}
273455 | Zig:11   | Identified the +0 tower shield of the Swan {rElec rCorr}
273579 | Zig:11   | Identified the +2 trident "Etoshefa" {holy, rC- Str+3 SInv}
273591 | Zig:11   | Identified the +3 morningstar "Urha" {drain, *Noise Str+4
                  | Int+4}
273597 | Zig:11   | Identified the +5 robe of Qazlal's Supremacy {rElec Regen+
                  | MP+9 Dex-5}
273615 | Zig:11   | Identified the +11 morningstar "Xalor" {heavy, Fly Int+2}
273877 | Zig:12   | Entered Level 12 of a ziggurat
273891 | Zig:12   | Noticed an ancient lich
273892 | Zig:12   | Noticed a dread lich
273893 | Zig:12   | Killed a dread lich
273893 | Zig:12   | Killed an ancient lich
273894 | Zig:12   | Noticed a dread lich
273898 | Zig:12   | Killed a dread lich
273899 | Zig:12   | Noticed an ancient lich
273903 | Zig:12   | Killed an ancient lich
274325 | Zig:12   | Identified the ring "Tam Saef" {rC+ rCorr MP+9 Int+2}
274328 | Zig:12   | Identified the staff of earth "Soti" {Fly rN++ Str-3 Dex+2}
274335 | Zig:12   | Identified the staff of air "Ciut" {*Slow rElec rN+ Int+6
                  | Dex+2}
274377 | Zig:13   | Entered Level 13 of a ziggurat
274379 | Zig:13   | Noticed an ancient lich
274383 | Zig:13   | Killed an ancient lich
274387 | Zig:13   | Noticed a dread lich
274390 | Zig:13   | Killed a dread lich
274393 | Zig:13   | Noticed an ancient lich
274396 | Zig:13   | Killed an ancient lich
274547 | Zig:13   | Identified the +9 quarterstaff "Giluom" {spect, rPois
                  | Str+3}
274724 | Zig:13   | Identified the ring "Zege" {Wiz rElec rN+ Str-2 Int+4}
274727 | Zig:13   | Identified the +5 flail of the Illusory Artists {heavy,
                  | Int+3}
274728 | Zig:13   | Identified the +0 arbalest "Qyup Rue" {drain, rPois Will+
                  | Dex+3}
274755 | Zig:13   | Identified the +3 hand axe of Disarray {venom, Str+2}
274763 | Zig:13   | Identified the +1 halberd "Guac" {distort, rPois rCorr
                  | Int+2}
274771 | Zig:13   | Identified the +4 arbalest of Pirr {heavy, rElec rN++ Will-
                  | Int+3}
275065 | Zig:14   | Entered Level 14 of a ziggurat
275069 | Zig:14   | Noticed Hefi Ler the pandemonium lord
275069 | Zig:14   | Noticed Okiyma the pandemonium lord
275069 | Zig:14   | Noticed Docw the pandemonium lord
275070 | Zig:14   | Noticed Mimucry the pandemonium lord
275070 | Zig:14   | Noticed Moloatobu the pandemonium lord
275071 | Zig:14   | Noticed Noguyst Zemi the pandemonium lord
275071 | Zig:14   | Noticed Kaemn the pandemonium lord
275071 | Zig:14   | Noticed Heyn the pandemonium lord
275071 | Zig:14   | Noticed Ruosm the pandemonium lord
275071 | Zig:14   | Noticed Hemont the pandemonium lord
275072 | Zig:14   | Noticed Soihuply the pandemonium lord
275072 | Zig:14   | Noticed Foiguis the pandemonium lord
275073 | Zig:14   | Killed Noguyst Zemi the pandemonium lord
275073 | Zig:14   | Killed Docw the pandemonium lord
275073 | Zig:14   | Noticed Fouponka the pandemonium lord
275073 | Zig:14   | Noticed Enukketi the pandemonium lord
275073 | Zig:14   | Noticed Lopnof the pandemonium lord
275074 | Zig:14   | Killed Hemont the pandemonium lord
275074 | Zig:14   | Killed Kaemn the pandemonium lord
275075 | Zig:14   | Killed Ruosm the pandemonium lord
275075 | Zig:14   | Killed Okiyma the pandemonium lord
275075 | Zig:14   | Killed Hefi Ler the pandemonium lord
275075 | Zig:14   | Noticed Ewykkig the pandemonium lord
275075 | Zig:14   | Noticed Ytu Vetemp the pandemonium lord
275075 | Zig:14   | Noticed Vataoply the pandemonium lord
275076 | Zig:14   | Noticed Gaurur the pandemonium lord
275076 | Zig:14   | Killed Foiguis the pandemonium lord
275076 | Zig:14   | Killed Mimucry the pandemonium lord
275076 | Zig:14   | Noticed Fasuthrod the pandemonium lord
275076 | Zig:14   | Noticed Miehim the pandemonium lord
275076 | Zig:14   | Noticed Hikhuil the pandemonium lord
275077 | Zig:14   | Killed Moloatobu the pandemonium lord
275077 | Zig:14   | Killed Lopnof the pandemonium lord
275077 | Zig:14   | Noticed Cigaf the pandemonium lord
275077 | Zig:14   | Noticed Tanarimp the pandemonium lord
275078 | Zig:14   | Noticed Wywautzu the pandemonium lord
275078 | Zig:14   | Noticed Viofriun the pandemonium lord
275079 | Zig:14   | Noticed Aleessod the pandemonium lord
275079 | Zig:14   | Killed Fouponka the pandemonium lord
275079 | Zig:14   | Killed Heyn the pandemonium lord
275079 | Zig:14   | Noticed Gurienniysk the pandemonium lord
275080 | Zig:14   | Noticed Lanuoli the pandemonium lord
275080 | Zig:14   | Killed Miehim the pandemonium lord
275080 | Zig:14   | Killed Ytu Vetemp the pandemonium lord
275080 | Zig:14   | Killed Ewykkig the pandemonium lord
275080 | Zig:14   | Killed Vataoply the pandemonium lord
275080 | Zig:14   | Killed Enukketi the pandemonium lord
275080 | Zig:14   | Killed Soihuply the pandemonium lord
275080 | Zig:14   | Noticed Nezuxuf the pandemonium lord
275080 | Zig:14   | Noticed Jukhomm the pandemonium lord
275080 | Zig:14   | Noticed Gotzaa the pandemonium lord
275080 | Zig:14   | Noticed Hiti Hia the pandemonium lord
275081 | Zig:14   | Noticed Noydem the pandemonium lord
275081 | Zig:14   | Noticed Titaf the pandemonium lord
275081 | Zig:14   | Noticed Zost the pandemonium lord
275082 | Zig:14   | Noticed Olun the pandemonium lord
275082 | Zig:14   | Noticed Zauf the pandemonium lord
275083 | Zig:14   | Noticed Opsenwos the pandemonium lord
275084 | Zig:14   | Noticed Ucyfiul the pandemonium lord
275085 | Zig:14   | Killed Fasuthrod the pandemonium lord
275085 | Zig:14   | Killed Ucyfiul the pandemonium lord
275085 | Zig:14   | Noticed Aphojeag the pandemonium lord
275085 | Zig:14   | Noticed Oheockeq the pandemonium lord
275086 | Zig:14   | Killed Lanuoli the pandemonium lord
275086 | Zig:14   | Killed Hikhuil the pandemonium lord
275088 | Zig:14   | Killed Noydem the pandemonium lord
275088 | Zig:14   | Killed Gurienniysk the pandemonium lord
275089 | Zig:14   | Killed Viofriun the pandemonium lord
275089 | Zig:14   | Killed Gaurur the pandemonium lord
275089 | Zig:14   | Killed Opsenwos the pandemonium lord
275089 | Zig:14   | Killed Wywautzu the pandemonium lord
275089 | Zig:14   | Killed Jukhomm the pandemonium lord
275089 | Zig:14   | Noticed Dishetumm the pandemonium lord
275090 | Zig:14   | Killed Aleessod the pandemonium lord
275090 | Zig:14   | Killed Hiti Hia the pandemonium lord
275090 | Zig:14   | Killed Oheockeq the pandemonium lord
275090 | Zig:14   | Killed Tanarimp the pandemonium lord
275090 | Zig:14   | Killed Cigaf the pandemonium lord
275090 | Zig:14   | Killed Nezuxuf the pandemonium lord
275090 | Zig:14   | Noticed Goqaig the pandemonium lord
275091 | Zig:14   | Noticed Opedoiz the pandemonium lord
275091 | Zig:14   | Killed Titaf the pandemonium lord
275091 | Zig:14   | Noticed Riwak the pandemonium lord
275092 | Zig:14   | Killed Aphojeag the pandemonium lord
275092 | Zig:14   | Noticed Maotomez the pandemonium lord
275093 | Zig:14   | Killed Gotzaa the pandemonium lord
275093 | Zig:14   | Noticed Utoty the pandemonium lord
275093 | Zig:14   | Noticed Aluwn the pandemonium lord
275093 | Zig:14   | Noticed Wuidel the pandemonium lord
275093 | Zig:14   | Noticed Dixuebex the pandemonium lord
275094 | Zig:14   | Noticed Rengusy the pandemonium lord
275094 | Zig:14   | Killed Goqaig the pandemonium lord
275094 | Zig:14   | Killed Dishetumm the pandemonium lord
275095 | Zig:14   | Killed Dixuebex the pandemonium lord
275095 | Zig:14   | Killed Utoty the pandemonium lord
275095 | Zig:14   | Noticed Bonoaded the pandemonium lord
275095 | Zig:14   | Noticed Xuemaex the pandemonium lord
275095 | Zig:14   | Noticed Ecse the pandemonium lord
275096 | Zig:14   | Killed Riwak the pandemonium lord
275096 | Zig:14   | Killed Aluwn the pandemonium lord
275096 | Zig:14   | Noticed Sonyph the pandemonium lord
275097 | Zig:14   | Noticed Ipomox the pandemonium lord
275097 | Zig:14   | Killed Rengusy the pandemonium lord
275097 | Zig:14   | Noticed Ginlergh the pandemonium lord
275097 | Zig:14   | Noticed Ecvedar the pandemonium lord
275097 | Zig:14   | Noticed Yqoy the pandemonium lord
275098 | Zig:14   | Noticed Veshymaps the pandemonium lord
275099 | Zig:14   | Noticed Weat Morgh the pandemonium lord
275099 | Zig:14   | Killed Zost the pandemonium lord
275099 | Zig:14   | Killed Wuidel the pandemonium lord
275099 | Zig:14   | Killed Olun the pandemonium lord
275099 | Zig:14   | Killed Ecse the pandemonium lord
275099 | Zig:14   | Noticed Ceq Toq the pandemonium lord
275099 | Zig:14   | Noticed Giut the pandemonium lord
275099 | Zig:14   | Noticed Mynoes the pandemonium lord
275100 | Zig:14   | Killed Weat Morgh the pandemonium lord
275100 | Zig:14   | Killed Opedoiz the pandemonium lord
275100 | Zig:14   | Noticed Xahisu Latz the pandemonium lord
275101 | Zig:14   | Killed Ginlergh the pandemonium lord
275101 | Zig:14   | Killed Mynoes the pandemonium lord
275101 | Zig:14   | Killed Bonoaded the pandemonium lord
275101 | Zig:14   | Killed Sonyph the pandemonium lord
275101 | Zig:14   | Killed Veshymaps the pandemonium lord
275101 | Zig:14   | Killed Yqoy the pandemonium lord
275101 | Zig:14   | Killed Ipomox the pandemonium lord
275101 | Zig:14   | Killed Ceq Toq the pandemonium lord
275101 | Zig:14   | Noticed Ubeo the pandemonium lord
275101 | Zig:14   | Noticed Gaytothri the pandemonium lord
275101 | Zig:14   | Noticed Boteb the pandemonium lord
275101 | Zig:14   | Noticed Nuijafiv the pandemonium lord
275101 | Zig:14   | Noticed Haysmire the pandemonium lord
275101 | Zig:14   | Noticed Sohiqaest the pandemonium lord
275102 | Zig:14   | Killed Ecvedar the pandemonium lord
275102 | Zig:14   | Killed Maotomez the pandemonium lord
275102 | Zig:14   | Noticed Puptios the pandemonium lord
275103 | Zig:14   | Noticed Aduxahat the pandemonium lord
275104 | Zig:14   | Killed Xahisu Latz the pandemonium lord
275104 | Zig:14   | Killed Sohiqaest the pandemonium lord
275104 | Zig:14   | Killed Nuijafiv the pandemonium lord
275104 | Zig:14   | Killed Giut the pandemonium lord
275104 | Zig:14   | Noticed Hatos the pandemonium lord
275104 | Zig:14   | Noticed Puretyta the pandemonium lord
275105 | Zig:14   | Killed Gaytothri the pandemonium lord
275105 | Zig:14   | Killed Boteb the pandemonium lord
275105 | Zig:14   | Killed Zauf the pandemonium lord
275105 | Zig:14   | Noticed Upremneth the pandemonium lord
275106 | Zig:14   | Killed Puptios the pandemonium lord
275106 | Zig:14   | Killed Haysmire the pandemonium lord
275106 | Zig:14   | Noticed Akolexe the pandemonium lord
275106 | Zig:14   | Noticed Firai the pandemonium lord
275106 | Zig:14   | Noticed Emmeu the pandemonium lord
275107 | Zig:14   | Killed Ubeo the pandemonium lord
275107 | Zig:14   | Killed Aduxahat the pandemonium lord
275107 | Zig:14   | Killed Puretyta the pandemonium lord
275108 | Zig:14   | Noticed Utam the pandemonium lord
275108 | Zig:14   | Noticed Atyfuesh the pandemonium lord
275108 | Zig:14   | Noticed Suotonk the pandemonium lord
275108 | Zig:14   | Noticed Suwoec the pandemonium lord
275108 | Zig:14   | Noticed Sofific the pandemonium lord
275109 | Zig:14   | Noticed Sejextid the pandemonium lord
275109 | Zig:14   | Noticed Taat the pandemonium lord
275109 | Zig:14   | Killed Sofific the pandemonium lord
275109 | Zig:14   | Killed Suwoec the pandemonium lord
275109 | Zig:14   | Killed Suotonk the pandemonium lord
275109 | Zig:14   | Killed Taat the pandemonium lord
275109 | Zig:14   | Noticed Sonarani the pandemonium lord
275109 | Zig:14   | Noticed Laatz the pandemonium lord
275110 | Zig:14   | Killed Atyfuesh the pandemonium lord
275110 | Zig:14   | Killed Akolexe the pandemonium lord
275111 | Zig:14   | Killed Xuemaex the pandemonium lord
275111 | Zig:14   | Killed Emmeu the pandemonium lord
275111 | Zig:14   | Killed Laatz the pandemonium lord
275111 | Zig:14   | Noticed Emmub the pandemonium lord
275112 | Zig:14   | Noticed Lynno the pandemonium lord
275113 | Zig:14   | Killed Upremneth the pandemonium lord
275113 | Zig:14   | Killed Utam the pandemonium lord
275113 | Zig:14   | Killed Hatos the pandemonium lord
275113 | Zig:14   | Noticed Miul the pandemonium lord
275113 | Zig:14   | Noticed Qedoluah the pandemonium lord
275114 | Zig:14   | Killed Sonarani the pandemonium lord
275114 | Zig:14   | Noticed Riweiweck the pandemonium lord
275115 | Zig:14   | Killed Firai the pandemonium lord
275116 | Zig:14   | Killed Emmub the pandemonium lord
275117 | Zig:14   | Killed Lynno the pandemonium lord
275117 | Zig:14   | Killed Qedoluah the pandemonium lord
275117 | Zig:14   | Killed Riweiweck the pandemonium lord
275117 | Zig:14   | Killed Miul the pandemonium lord
275117 | Zig:14   | Killed Sejextid the pandemonium lord
275118 | Zig:14   | Noticed Xitigomm the pandemonium lord
275120 | Zig:14   | Noticed Zulog the pandemonium lord
275123 | Zig:14   | Noticed Ivaysom the pandemonium lord
275124 | Zig:14   | Killed Zulog the pandemonium lord
275124 | Zig:14   | Noticed Tuzuida the pandemonium lord
275124 | Zig:14   | Noticed Saluum the pandemonium lord
275124 | Zig:14   | Noticed Qont the pandemonium lord
275125 | Zig:14   | Noticed Empiptuc the pandemonium lord
275125 | Zig:14   | Noticed Lashrofue the pandemonium lord
275126 | Zig:14   | Noticed Obaizoin the pandemonium lord
275128 | Zig:14   | Killed Xitigomm the pandemonium lord
275128 | Zig:14   | Killed Ivaysom the pandemonium lord
275128 | Zig:14   | Killed Empiptuc the pandemonium lord
275128 | Zig:14   | Killed Saluum the pandemonium lord
275128 | Zig:14   | Noticed Haoruchu the pandemonium lord
275129 | Zig:14   | Killed Tuzuida the pandemonium lord
275130 | Zig:14   | Killed Qont the pandemonium lord
275130 | Zig:14   | Killed Obaizoin the pandemonium lord
275131 | Zig:14   | Killed Lashrofue the pandemonium lord
275131 | Zig:14   | Killed Haoruchu the pandemonium lord
275537 | Zig:14   | Identified the +8 sling "Nyoxuc" {elec, Fragile Fly rElec
                  | rPois}
275539 | Zig:14   | Identified the +7 shortbow of Butchery {heavy, *Slow rN++
                  | Int+5}
275557 | Zig:14   | Identified the staff of air "Sedainn" {rElec rF+ rC+ MP+9
                  | Int+2}
275575 | Zig:15   | Entered Level 15 of a ziggurat
275650 | Zig:15   | Noticed Ytossuck the pandemonium lord
275651 | Zig:15   | Killed Ytossuck the pandemonium lord
276109 | Zig:15   | Identified the +4 arbalest of Arbitration {heavy, rC++
                  | Int+6}
276114 | Zig:15   | Identified the +1 cloak "Qieralyhe" {rF- rN+ Will+ Str+3}
276115 | Zig:15   | Identified the ring "Qihant" {Fly Dex+2 SInv}
276119 | Zig:15   | Identified the amulet of Dearhun {RegenMP rElec Will+
                  | Int+4}
276218 | Zig:16   | Entered Level 16 of a ziggurat
276270 | Zig:16   | Identified the +0 tower shield of Kleptomania {Rampage}
276283 | Zig:16   | Identified the +0 buckler of Serendipity {+Blink rElec
                  | Regen+}
276286 | Zig:16   | Identified the +0 buckler "Yrejusm" {+Inv Regen+ Dex-2}
276691 | Zig:16   | Identified the +5 great mace of Resourcefulness {heavy, rC+
                  | Will+}
276692 | Zig:16   | Identified the +3 rapier of Eninlius {heavy, *Slow rF++
                  | rCorr Dex+3}
276696 | Zig:16   | Identified the +0 shortbow "Retopem" {freeze, +Blink rElec
                  | rF++ Str-2}
276698 | Zig:16   | Identified the +10 sling "Lauxzoq" {drain, Int+4}
276699 | Zig:16   | Identified the +6 quarterstaff "Esaut" {heavy, rPois rN++
                  | Dex+3}
276710 | Zig:16   | Identified the +4 quarterstaff of Mainyih {freeze, Will+
                  | Str+3 Stlth+}
276714 | Zig:16   | Identified the staff of death "Qerip" {rC+ rN+}
276715 | Zig:16   | Identified the staff of conjuration "Odueziul" {rPois Str-5
                  | Int+3}
276720 | Zig:16   | Identified the amulet of Awe {Acrobat Harm rElec rPois
                  | Int-2 Dex+6}
276733 | Zig:16   | Identified the +6 broad axe "Emoz" {heavy, SInv}
276745 | Zig:17   | Entered Level 17 of a ziggurat
276749 | Zig:17   | Noticed an ancient lich
276749 | Zig:17   | Noticed a dread lich
276750 | Zig:17   | Noticed an ancient lich
276750 | Zig:17   | Noticed an ancient lich
276750 | Zig:17   | Noticed a dread lich
276750 | Zig:17   | Killed an ancient lich
276750 | Zig:17   | Killed a dread lich
276750 | Zig:17   | Killed a dread lich
276750 | Zig:17   | Noticed a dread lich
276751 | Zig:17   | Noticed an ancient lich
276751 | Zig:17   | Noticed a dread lich
276752 | Zig:17   | Killed an ancient lich
276752 | Zig:17   | Killed an ancient lich
276752 | Zig:17   | Noticed a dread lich
276753 | Zig:17   | Noticed a dread lich
276753 | Zig:17   | Noticed an ancient lich
276754 | Zig:17   | Killed an ancient lich
276754 | Zig:17   | Killed a dread lich
276754 | Zig:17   | Killed a dread lich
276755 | Zig:17   | Killed a dread lich
276755 | Zig:17   | Killed a dread lich
276755 | Zig:17   | Killed an ancient lich
276760 | Zig:17   | Noticed a dread lich
276760 | Zig:17   | Noticed an ancient lich
276761 | Zig:17   | Noticed a dread lich
276762 | Zig:17   | Killed an ancient lich
276762 | Zig:17   | Killed a dread lich
276763 | Zig:17   | Noticed an ancient lich
276763 | Zig:17   | Noticed a dread lich
276763 | Zig:17   | Killed a dread lich
276763 | Zig:17   | Noticed a dread lich
276763 | Zig:17   | Noticed a dread lich
276763 | Zig:17   | Noticed a dread lich
276764 | Zig:17   | Noticed an ancient lich
276764 | Zig:17   | Noticed a dread lich
276765 | Zig:17   | Noticed a dread lich
276766 | Zig:17   | Killed a dread lich
276766 | Zig:17   | Killed a dread lich
276766 | Zig:17   | Killed a dread lich
276766 | Zig:17   | Killed a dread lich
276766 | Zig:17   | Killed an ancient lich
276766 | Zig:17   | Noticed an ancient lich
276766 | Zig:17   | Noticed a dread lich
276767 | Zig:17   | Noticed a dread lich
276767 | Zig:17   | Killed a dread lich
276767 | Zig:17   | Killed an ancient lich
276767 | Zig:17   | Noticed an ancient lich
276770 | Zig:17   | Killed a dread lich
276770 | Zig:17   | Killed a dread lich
276770 | Zig:17   | Killed a dread lich
276771 | Zig:17   | Killed an ancient lich
276771 | Zig:17   | Killed an ancient lich
276771 | Zig:17   | Noticed an ancient lich
276775 | Zig:17   | Noticed an ancient lich
276775 | Zig:17   | Noticed a dread lich
276776 | Zig:17   | Noticed an ancient lich
276776 | Zig:17   | Killed an ancient lich
276776 | Zig:17   | Killed a dread lich
276777 | Zig:17   | Noticed a dread lich
276778 | Zig:17   | Killed an ancient lich
276783 | Zig:17   | Killed an ancient lich
276784 | Zig:17   | Noticed an ancient lich
276786 | Zig:17   | Killed a dread lich
276798 | Zig:17   | Killed an ancient lich
277016 | Zig:17   | Identified the staff of death "Kesentee" {rElec rC+ rN+
                  | Will+ Int+2}
277050 | Zig:17   | Identified the +7 sling of Megalomania {drain, Will+ Int+3}
277064 | Zig:17   | Identified the +7 flail of Raipsit {venom, Contam rF- rN+++
                  | Dex+2}
277388 | Zig:18   | Entered Level 18 of a ziggurat
277418 | Zig:18   | Found the +8 trident of the Octopus King {venom, rElec
                  | rPois}
277854 | Zig:18   | Identified the +6 morningstar "Nualao" {venom, rElec}
277931 | Zig:18   | Identified the +8 mace "Okoramof" {freeze, rC+ Will+ Str+6
                  | Dex-3}
277943 | Zig:18   | Identified the +6 scimitar "Junlesk" {holy, rN+ Str+2
                  | Dex-5}
277949 | Zig:18   | Identified the +8 halberd of Bankruptcy {flame, rElec}
277960 | Zig:18   | Identified the +1 whip of the Lusting Gods {venom, Int+3}
277981 | Zig:18   | Identified the +1 war axe of the End of Times {drain,
                  | *Noise rC+ Str-3 Dex+7}
277983 | Zig:18   | Identified the +3 ring mail "Akot Uto" {rCorr Dex+2}
277985 | Zig:18   | Identified the +9 plate armour of the Lotus Blossom {+Blink
                  | rF++ Str+3 Int+3}
277991 | Zig:18   | Identified the +2 dagger "Edidix" {speed, Dex+3}
278011 | Zig:18   | Identified the +7 falchion "Boh Jeno" {heavy, Dex+3}
278014 | Zig:18   | Identified the +6 demon whip of the Shore {venom, Str+4}
278015 | Zig:18   | Identified the +0 morningstar of Cheese {drain, Str+3}
278025 | Zig:18   | Identified the +10 shortbow "Worm's Wrath" {speed, rPois
                  | Dex+3}
278032 | Zig:18   | Identified the ring "Plog" {Fly rElec rF+ Str-5 Int+6}
278063 | Zig:18   | Identified the +3 shortbow of Neihox {drain, rElec Dex+3}
278067 | Zig:18   | Identified the +6 plate armour "Biohep" {Dex+2}
278069 | Zig:18   | Identified the ring of Seul {rF+ rN+}
278071 | Zig:18   | Identified the ring "Uteriax" {rElec rF+ Stlth+}
278152 | Zig:19   | Entered Level 19 of a ziggurat
278156 | Zig:19   | Noticed Byzeeroe the pandemonium lord
278156 | Zig:19   | Noticed Hyitif the pandemonium lord
278157 | Zig:19   | Noticed Raithirch the pandemonium lord
278157 | Zig:19   | Noticed Lotsethe the pandemonium lord
278158 | Zig:19   | Noticed Zupribei the pandemonium lord
278159 | Zig:19   | Noticed Memureut the pandemonium lord
278159 | Zig:19   | Noticed Tutyff the pandemonium lord
278159 | Zig:19   | Noticed Podic the pandemonium lord
278159 | Zig:19   | Noticed Tebiguor the pandemonium lord
278160 | Zig:19   | Killed Byzeeroe the pandemonium lord
278160 | Zig:19   | Killed Raithirch the pandemonium lord
278160 | Zig:19   | Noticed Echan the pandemonium lord
278160 | Zig:19   | Noticed Beaq the pandemonium lord
278160 | Zig:19   | Noticed Laxon the pandemonium lord
278160 | Zig:19   | Noticed Suwuiq the pandemonium lord
278160 | Zig:19   | Noticed Ylovah the pandemonium lord
278161 | Zig:19   | Noticed Udihuzelua the pandemonium lord
278161 | Zig:19   | Killed Hyitif the pandemonium lord
278161 | Zig:19   | Noticed Biny the pandemonium lord
278162 | Zig:19   | Killed Tutyff the pandemonium lord
278162 | Zig:19   | Killed Zupribei the pandemonium lord
278162 | Zig:19   | Killed Lotsethe the pandemonium lord
278162 | Zig:19   | Noticed Qefoxen the pandemonium lord
278162 | Zig:19   | Noticed Ynog the pandemonium lord
278163 | Zig:19   | Killed Echan the pandemonium lord
278164 | Zig:19   | Killed Ylovah the pandemonium lord
278164 | Zig:19   | Killed Udihuzelua the pandemonium lord
278164 | Zig:19   | Killed Qefoxen the pandemonium lord
278164 | Zig:19   | Killed Biny the pandemonium lord
278164 | Zig:19   | Killed Laxon the pandemonium lord
278164 | Zig:19   | Noticed Puxobues the pandemonium lord
278164 | Zig:19   | Noticed Dugga the pandemonium lord
278164 | Zig:19   | Noticed Kunexokk the pandemonium lord
278164 | Zig:19   | Noticed Ussitef the pandemonium lord
278165 | Zig:19   | Killed Beaq the pandemonium lord
278165 | Zig:19   | Killed Suwuiq the pandemonium lord
278165 | Zig:19   | Noticed Liotz the pandemonium lord
278165 | Zig:19   | Noticed Astrupp the pandemonium lord
278165 | Zig:19   | Noticed Cugeryuk the pandemonium lord
278165 | Zig:19   | Noticed Ocyumoge the pandemonium lord
278165 | Zig:19   | Noticed Exkesk the pandemonium lord
278165 | Zig:19   | Noticed Pykue the pandemonium lord
278165 | Zig:19   | Noticed Hoeskum the pandemonium lord
278166 | Zig:19   | Killed Puxobues the pandemonium lord
278166 | Zig:19   | Killed Podic the pandemonium lord
278166 | Zig:19   | Killed Memureut the pandemonium lord
278166 | Zig:19   | Killed Ynog the pandemonium lord
278166 | Zig:19   | Noticed Ydiub the pandemonium lord
278167 | Zig:19   | Killed Tebiguor the pandemonium lord
278167 | Zig:19   | Noticed Mobbetylo the pandemonium lord
278167 | Zig:19   | Noticed Voextos the pandemonium lord
278167 | Zig:19   | Noticed Ganong the pandemonium lord
278168 | Zig:19   | Noticed Tugh the pandemonium lord
278168 | Zig:19   | Noticed Zotupn the pandemonium lord
278168 | Zig:19   | Killed Dugga the pandemonium lord
278168 | Zig:19   | Noticed Jyutzoj the pandemonium lord
278169 | Zig:19   | Noticed Teat the pandemonium lord
278169 | Zig:19   | Noticed Nattiore the pandemonium lord
278169 | Zig:19   | Killed Liotz the pandemonium lord
278169 | Zig:19   | Killed Ussitef the pandemonium lord
278169 | Zig:19   | Killed Ganong the pandemonium lord
278169 | Zig:19   | Killed Ydiub the pandemonium lord
278169 | Zig:19   | Killed Pykue the pandemonium lord
278169 | Zig:19   | Killed Ocyumoge the pandemonium lord
278169 | Zig:19   | Killed Tugh the pandemonium lord
278169 | Zig:19   | Noticed Deentouf the pandemonium lord
278169 | Zig:19   | Noticed Bodaiw the pandemonium lord
278170 | Zig:19   | Killed Kunexokk the pandemonium lord
278170 | Zig:19   | Killed Zotupn the pandemonium lord
278170 | Zig:19   | Killed Cugeryuk the pandemonium lord
278170 | Zig:19   | Noticed Ruet the pandemonium lord
278170 | Zig:19   | Noticed Qoipp the pandemonium lord
278170 | Zig:19   | Noticed Maag the pandemonium lord
278171 | Zig:19   | Killed Astrupp the pandemonium lord
278171 | Zig:19   | Killed Nattiore the pandemonium lord
278171 | Zig:19   | Killed Hoeskum the pandemonium lord
278171 | Zig:19   | Killed Mobbetylo the pandemonium lord
278171 | Zig:19   | Noticed Moliohi the pandemonium lord
278171 | Zig:19   | Noticed Ikkarph the pandemonium lord
278171 | Zig:19   | Noticed Koiddooqa the pandemonium lord
278171 | Zig:19   | Noticed Locriad the pandemonium lord
278171 | Zig:19   | Noticed Ecwaast the pandemonium lord
278173 | Zig:19   | Noticed Lijetz the pandemonium lord
278174 | Zig:19   | Killed Voextos the pandemonium lord
278174 | Zig:19   | Killed Exkesk the pandemonium lord
278174 | Zig:19   | Killed Jyutzoj the pandemonium lord
278174 | Zig:19   | Noticed Sown the pandemonium lord
278174 | Zig:19   | Noticed Sefru the pandemonium lord
278174 | Zig:19   | Noticed Ofiebboun the pandemonium lord
278174 | Zig:19   | Noticed Opoeneid the pandemonium lord
278175 | Zig:19   | Killed Teat the pandemonium lord
278175 | Zig:19   | Killed Ikkarph the pandemonium lord
278175 | Zig:19   | Killed Deentouf the pandemonium lord
278175 | Zig:19   | Killed Maag the pandemonium lord
278175 | Zig:19   | Noticed Remeaxue the pandemonium lord
278175 | Zig:19   | Noticed Wiutoruo the pandemonium lord
278175 | Zig:19   | Noticed Quetof the pandemonium lord
278176 | Zig:19   | Killed Bodaiw the pandemonium lord
278176 | Zig:19   | Killed Qoipp the pandemonium lord
278176 | Zig:19   | Killed Koiddooqa the pandemonium lord
278176 | Zig:19   | Killed Lijetz the pandemonium lord
278176 | Zig:19   | Noticed Ecedwuakk the pandemonium lord
278176 | Zig:19   | Noticed Tongol the pandemonium lord
278176 | Zig:19   | Noticed Tubam the pandemonium lord
278177 | Zig:19   | Noticed Giguppuj the pandemonium lord
278177 | Zig:19   | Killed Remeaxue the pandemonium lord
278177 | Zig:19   | Killed Ofiebboun the pandemonium lord
278177 | Zig:19   | Killed Sown the pandemonium lord
278177 | Zig:19   | Killed Locriad the pandemonium lord
278177 | Zig:19   | Noticed Koedwur the pandemonium lord
278178 | Zig:19   | Killed Ruet the pandemonium lord
278178 | Zig:19   | Noticed Zuent the pandemonium lord
278178 | Zig:19   | Noticed Adah the pandemonium lord
278179 | Zig:19   | Noticed Suggiar the pandemonium lord
278180 | Zig:19   | Killed Moliohi the pandemonium lord
278180 | Zig:19   | Noticed Qewk the pandemonium lord
278180 | Zig:19   | Noticed Puasch the pandemonium lord
278181 | Zig:19   | Noticed Jaroifig the pandemonium lord
278182 | Zig:19   | Noticed Vourghur the pandemonium lord
278182 | Zig:19   | Noticed Plog the pandemonium lord
278183 | Zig:19   | Noticed Cudecenu the pandemonium lord
278183 | Zig:19   | Noticed Yneizuno the pandemonium lord
278184 | Zig:19   | Killed Quetof the pandemonium lord
278184 | Zig:19   | Noticed Pedir the pandemonium lord
278184 | Zig:19   | Noticed Dethren the pandemonium lord
278184 | Zig:19   | Noticed Kaenizat the pandemonium lord
278185 | Zig:19   | Noticed Jauxt the pandemonium lord
278185 | Zig:19   | Noticed Lyng the pandemonium lord
278185 | Zig:19   | Noticed Yholasm the pandemonium lord
278185 | Zig:19   | Noticed Berphagokk the pandemonium lord
278185 | Zig:19   | Noticed Neel Qis the pandemonium lord
278185 | Zig:19   | Noticed Ewaeg the pandemonium lord
278185 | Zig:19   | Noticed Nuiplom the pandemonium lord
278186 | Zig:19   | Noticed Siuliph the pandemonium lord
278186 | Zig:19   | Killed Tubam the pandemonium lord
278187 | Zig:19   | Noticed Xineimo the pandemonium lord
278187 | Zig:19   | Killed Ecedwuakk the pandemonium lord
278187 | Zig:19   | Noticed Kerimad the pandemonium lord
278187 | Zig:19   | Noticed Horaar the pandemonium lord
278189 | Zig:19   | Killed Jauxt the pandemonium lord
278189 | Zig:19   | Killed Adah the pandemonium lord
278189 | Zig:19   | Killed Dethren the pandemonium lord
278189 | Zig:19   | Killed Lyng the pandemonium lord
278189 | Zig:19   | Killed Puasch the pandemonium lord
278189 | Zig:19   | Killed Vourghur the pandemonium lord
278190 | Zig:19   | Killed Giguppuj the pandemonium lord
278190 | Zig:19   | Killed Xineimo the pandemonium lord
278190 | Zig:19   | Killed Ecwaast the pandemonium lord
278190 | Zig:19   | Killed Zuent the pandemonium lord
278190 | Zig:19   | Noticed Veqoez the pandemonium lord
278191 | Zig:19   | Killed Jaroifig the pandemonium lord
278191 | Zig:19   | Killed Yneizuno the pandemonium lord
278191 | Zig:19   | Killed Koedwur the pandemonium lord
278191 | Zig:19   | Killed Cudecenu the pandemonium lord
278191 | Zig:19   | Noticed Inupib the pandemonium lord
278191 | Zig:19   | Noticed Ymoats the pandemonium lord
278191 | Zig:19   | Noticed Opemi the pandemonium lord
278192 | Zig:19   | Killed Nuiplom the pandemonium lord
278192 | Zig:19   | Killed Ewaeg the pandemonium lord
278192 | Zig:19   | Killed Yholasm the pandemonium lord
278192 | Zig:19   | Killed Plog the pandemonium lord
278192 | Zig:19   | Killed Suggiar the pandemonium lord
278192 | Zig:19   | Noticed Xempymmaeg the pandemonium lord
278192 | Zig:19   | Noticed Fapoh the pandemonium lord
278193 | Zig:19   | Noticed Xionob the pandemonium lord
278193 | Zig:19   | Killed Kerimad the pandemonium lord
278193 | Zig:19   | Killed Wiutoruo the pandemonium lord
278193 | Zig:19   | Killed Siuliph the pandemonium lord
278193 | Zig:19   | Killed Neel Qis the pandemonium lord
278193 | Zig:19   | Killed Xempymmaeg the pandemonium lord
278193 | Zig:19   | Noticed Niptoidd the pandemonium lord
278194 | Zig:19   | Noticed Zoics the pandemonium lord
278194 | Zig:19   | Killed Tongol the pandemonium lord
278194 | Zig:19   | Killed Horaar the pandemonium lord
278194 | Zig:19   | Noticed Peng the pandemonium lord
278194 | Zig:19   | Noticed Baurch the pandemonium lord
278195 | Zig:19   | Killed Kaenizat the pandemonium lord
278195 | Zig:19   | Killed Veqoez the pandemonium lord
278195 | Zig:19   | Noticed Kuot the pandemonium lord
278196 | Zig:19   | Killed Pedir the pandemonium lord
278196 | Zig:19   | Killed Ymoats the pandemonium lord
278196 | Zig:19   | Noticed Wiamnuczi the pandemonium lord
278196 | Zig:19   | Noticed Gadetudi the pandemonium lord
278197 | Zig:19   | Noticed Ferall the pandemonium lord
278198 | Zig:19   | Noticed Cikhass the pandemonium lord
278198 | Zig:19   | Noticed Kyimipn the pandemonium lord
278198 | Zig:19   | Noticed Urrin the pandemonium lord
278199 | Zig:19   | Noticed Loag the pandemonium lord
278199 | Zig:19   | Killed Opemi the pandemonium lord
278200 | Zig:19   | Killed Inupib the pandemonium lord
278200 | Zig:19   | Killed Opoeneid the pandemonium lord
278200 | Zig:19   | Killed Sefru the pandemonium lord
278200 | Zig:19   | Killed Loag the pandemonium lord
278200 | Zig:19   | Killed Wiamnuczi the pandemonium lord
278200 | Zig:19   | Noticed Javafu the pandemonium lord
278200 | Zig:19   | Noticed Foilerr the pandemonium lord
278201 | Zig:19   | Killed Zoics the pandemonium lord
278201 | Zig:19   | Noticed Vogrukku the pandemonium lord
278201 | Zig:19   | Noticed Enogeen the pandemonium lord
278202 | Zig:19   | Noticed Omeunai the pandemonium lord
278202 | Zig:19   | Killed Qewk the pandemonium lord
278202 | Zig:19   | Killed Kuot the pandemonium lord
278202 | Zig:19   | Killed Niptoidd the pandemonium lord
278203 | Zig:19   | Killed Baurch the pandemonium lord
278203 | Zig:19   | Killed Peng the pandemonium lord
278203 | Zig:19   | Killed Urrin the pandemonium lord
278203 | Zig:19   | Killed Foilerr the pandemonium lord
278203 | Zig:19   | Killed Kyimipn the pandemonium lord
278203 | Zig:19   | Killed Cikhass the pandemonium lord
278203 | Zig:19   | Noticed Nucuti the pandemonium lord
278203 | Zig:19   | Noticed Ablaanid the pandemonium lord
278205 | Zig:19   | Killed Javafu the pandemonium lord
278205 | Zig:19   | Killed Fapoh the pandemonium lord
278205 | Zig:19   | Killed Xionob the pandemonium lord
278205 | Zig:19   | Killed Berphagokk the pandemonium lord
278205 | Zig:19   | Killed Gadetudi the pandemonium lord
278206 | Zig:19   | Killed Vogrukku the pandemonium lord
278206 | Zig:19   | Noticed Danut the pandemonium lord
278207 | Zig:19   | Killed Enogeen the pandemonium lord
278207 | Zig:19   | Noticed Agyate the pandemonium lord
278207 | Zig:19   | Noticed Zuapseas the pandemonium lord
278207 | Zig:19   | Noticed Jogut the pandemonium lord
278208 | Zig:19   | Noticed Xiemm the pandemonium lord
278209 | Zig:19   | Killed Ablaanid the pandemonium lord
278209 | Zig:19   | Killed Nucuti the pandemonium lord
278209 | Zig:19   | Noticed Suzumuff the pandemonium lord
278209 | Zig:19   | Noticed Jitey the pandemonium lord
278209 | Zig:19   | Noticed Vueniteo the pandemonium lord
278210 | Zig:19   | Killed Agyate the pandemonium lord
278210 | Zig:19   | Killed Zuapseas the pandemonium lord
278210 | Zig:19   | Killed Danut the pandemonium lord
278210 | Zig:19   | Killed Ferall the pandemonium lord
278210 | Zig:19   | Killed Omeunai the pandemonium lord
278212 | Zig:19   | Noticed Buby the pandemonium lord
278214 | Zig:19   | Killed Jogut the pandemonium lord
278214 | Zig:19   | Noticed Helotsah the pandemonium lord
278215 | Zig:19   | Killed Xiemm the pandemonium lord
278216 | Zig:19   | Killed Buby the pandemonium lord
278216 | Zig:19   | Killed Helotsah the pandemonium lord
278217 | Zig:19   | Killed Vueniteo the pandemonium lord
278219 | Zig:19   | Killed Jitey the pandemonium lord
278220 | Zig:19   | Killed Suzumuff the pandemonium lord
278220 | Zig:19   | Noticed Xaaxkor the pandemonium lord
278229 | Zig:19   | Noticed Etuzxeopn the pandemonium lord
278233 | Zig:19   | Noticed Wyim the pandemonium lord
278233 | Zig:19   | Noticed Wuidduyrr the pandemonium lord
278237 | Zig:19   | Noticed Tinku the pandemonium lord
278238 | Abyss:4  | Cast into level 4 of the Abyss (Xaaxkor)
278376 | Zig:19   | Escaped the Abyss
278376 | Zig:19   | Noticed Kassowor the pandemonium lord
278379 | Zig:19   | Noticed Wumu Inn the pandemonium lord
278380 | Zig:19   | Killed Kassowor the pandemonium lord
278380 | Zig:19   | Noticed Temuny the pandemonium lord
278382 | Zig:19   | Killed Wuidduyrr the pandemonium lord
278382 | Zig:19   | Noticed Muiwouw the pandemonium lord
278384 | Zig:19   | Killed Tinku the pandemonium lord
278384 | Zig:19   | Killed Etuzxeopn the pandemonium lord
278384 | Zig:19   | Noticed Bosaqusm the pandemonium lord
278385 | Zig:19   | Killed Wumu Inn the pandemonium lord
278385 | Zig:19   | Killed Muiwouw the pandemonium lord
278385 | Zig:19   | Killed Temuny the pandemonium lord
278386 | Zig:19   | Killed Bosaqusm the pandemonium lord
278387 | Zig:19   | Noticed Ynuclaxo the pandemonium lord
278387 | Zig:19   | Noticed Udghon the pandemonium lord
278387 | Zig:19   | Noticed Zahomas Xuff the pandemonium lord
278388 | Zig:19   | Noticed Iruguin the pandemonium lord
278391 | Zig:19   | Killed Ynuclaxo the pandemonium lord
278391 | Zig:19   | Killed Zahomas Xuff the pandemonium lord
278391 | Zig:19   | Noticed Sivoll the pandemonium lord
278391 | Zig:19   | Noticed Xebeitun the pandemonium lord
278392 | Zig:19   | Noticed Galosoddo the pandemonium lord
278392 | Zig:19   | Noticed Jioschum the pandemonium lord
278392 | Zig:19   | Noticed Feommuda the pandemonium lord
278392 | Zig:19   | Noticed Yxtol the pandemonium lord
278393 | Zig:19   | Killed Iruguin the pandemonium lord
278393 | Zig:19   | Killed Udghon the pandemonium lord
278394 | Zig:19   | Noticed Nupsel the pandemonium lord
278395 | Zig:19   | Noticed Xutaa the pandemonium lord
278397 | Zig:19   | Killed Wyim the pandemonium lord
278397 | Zig:19   | Killed Xebeitun the pandemonium lord
278398 | Zig:19   | Noticed Macucil the pandemonium lord
278398 | Zig:19   | Noticed Faomnaxt the pandemonium lord
278398 | Zig:19   | Killed Galosoddo the pandemonium lord
278398 | Zig:19   | Killed Yxtol the pandemonium lord
278398 | Zig:19   | Noticed Gusaorph the pandemonium lord
278399 | Zig:19   | Killed Sivoll the pandemonium lord
278399 | Zig:19   | Killed Feommuda the pandemonium lord
278399 | Zig:19   | Killed Xutaa the pandemonium lord
278399 | Zig:19   | Killed Gusaorph the pandemonium lord
278400 | Zig:19   | Killed Macucil the pandemonium lord
278400 | Zig:19   | Killed Nupsel the pandemonium lord
278400 | Zig:19   | Killed Faomnaxt the pandemonium lord
278400 | Zig:19   | Noticed Ivimoly the pandemonium lord
278401 | Zig:19   | Noticed Kerghe the pandemonium lord
278401 | Zig:19   | Noticed Nufaroag the pandemonium lord
278401 | Zig:19   | Noticed Sodghat the pandemonium lord
278402 | Zig:19   | Killed Jioschum the pandemonium lord
278403 | Zig:19   | Noticed Pakouj the pandemonium lord
278403 | Zig:19   | Noticed Buduoz the pandemonium lord
278403 | Zig:19   | Noticed Oneruscha the pandemonium lord
278403 | Zig:19   | Noticed Xitealusk the pandemonium lord
278404 | Zig:19   | Noticed Fopn the pandemonium lord
278406 | Zig:19   | Noticed Wamujimu the pandemonium lord
278409 | Zig:19   | Killed Kerghe the pandemonium lord
278409 | Zig:19   | Noticed Nela the pandemonium lord
278410 | Zig:19   | Noticed Onam the pandemonium lord
278410 | Zig:19   | Noticed Icheshriu the pandemonium lord
278414 | Zig:19   | Killed Nufaroag the pandemonium lord
278414 | Zig:19   | Killed Fopn the pandemonium lord
278414 | Zig:19   | Killed Wamujimu the pandemonium lord
278415 | Zig:19   | Killed Onam the pandemonium lord
278415 | Zig:19   | Killed Oneruscha the pandemonium lord
278415 | Zig:19   | Killed Pakouj the pandemonium lord
278415 | Zig:19   | Killed Ivimoly the pandemonium lord
278416 | Zig:19   | Killed Xitealusk the pandemonium lord
278416 | Zig:19   | Killed Sodghat the pandemonium lord
278416 | Zig:19   | Killed Buduoz the pandemonium lord
278417 | Zig:19   | Killed Nela the pandemonium lord
278418 | Zig:19   | Killed Xaaxkor the pandemonium lord
278419 | Zig:19   | Killed Icheshriu the pandemonium lord
278916 | Zig:19   | Identified the staff of conjuration "Tyassaru" {rPois}
278917 | Zig:19   | Identified the staff of air "Faymei Rifu" {rElec Will++}
278919 | Zig:19   | Identified the +5 great sword "Irirut" {freeze, Str+3
                  | Dex+2}
278924 | Zig:19   | Identified the +1 robe "Ykhlett" {Str+5 Dex-4 Stlth+}
278929 | Zig:19   | Identified the +0 chain mail "Fadevel" {Drain Regen+ Str+3
                  | Stlth+}
278939 | Zig:19   | Identified the +2 war axe "Ceojoulacru" {flame, Will+
                  | Dex+3}
278942 | Zig:19   | Identified the +7 rapier of Xadapnas {speed, Str+4 Stlth+}
279012 | Zig:20   | Entered Level 20 of a ziggurat
279788 | Zig:20   | Identified the amulet "Coush" {Faith rC+}
279801 | Zig:20   | Identified the +9 quarterstaff "Mulul" {holy, *Rage rCorr
                  | Int+3}
279805 | Zig:20   | Identified the +7 scimitar of Conscience {spect, Dex+4}
279825 | Zig:20   | Identified the +12 morningstar "Colah" {spect, rN+ Dex+3}
279828 | Zig:20   | Identified the ring "Umuhuu" {rElec rC+ Int-5 Slay+5}
279838 | Zig:20   | Identified the +0 robe "Zuiritzi" {rElec Str+4 Stlth-
                  | Archmagi}
279853 | Zig:20   | Identified the ring of Hard Scrabble {rElec rC+ rN+ Int-5}
279970 | Zig:21   | Entered Level 21 of a ziggurat
279976 | Zig:21   | Noticed Funingec the pandemonium lord
279977 | Zig:21   | Noticed Orocvugh the pandemonium lord
279978 | Zig:21   | Noticed Kiopp the pandemonium lord
279978 | Zig:21   | Noticed Agryehuly the pandemonium lord
279978 | Zig:21   | Noticed Winwyhe the pandemonium lord
279979 | Zig:21   | Noticed Sampixum the pandemonium lord
279979 | Zig:21   | Noticed Caoriuc the pandemonium lord
279979 | Zig:21   | Noticed Zosch the pandemonium lord
279981 | Zig:21   | Noticed Sieteth the pandemonium lord
279981 | Zig:21   | Noticed Galev the pandemonium lord
279981 | Zig:21   | Noticed Gocuxes the pandemonium lord
279981 | Zig:21   | Noticed Xuffest the pandemonium lord
279982 | Zig:21   | Noticed Zacwaasi the pandemonium lord
279982 | Zig:21   | Killed Funingec the pandemonium lord
279982 | Zig:21   | Killed Kiopp the pandemonium lord
279982 | Zig:21   | Killed Sampixum the pandemonium lord
279982 | Zig:21   | Noticed Zuovoos the pandemonium lord
279982 | Zig:21   | Noticed Luoquxuo the pandemonium lord
279983 | Zig:21   | Killed Xuffest the pandemonium lord
279983 | Zig:21   | Killed Agryehuly the pandemonium lord
279983 | Zig:21   | Killed Winwyhe the pandemonium lord
279983 | Zig:21   | Noticed Nipep the pandemonium lord
279984 | Zig:21   | Noticed Ikuepyc the pandemonium lord
279984 | Zig:21   | Noticed Dovuan the pandemonium lord
279985 | Zig:21   | Noticed Xuyckov the pandemonium lord
279985 | Zig:21   | Killed Orocvugh the pandemonium lord
279985 | Zig:21   | Killed Galev the pandemonium lord
279985 | Zig:21   | Killed Zosch the pandemonium lord
279985 | Zig:21   | Noticed Qewep the pandemonium lord
279985 | Zig:21   | Noticed Ruptuor the pandemonium lord
279986 | Zig:21   | Killed Zacwaasi the pandemonium lord
279986 | Zig:21   | Killed Caoriuc the pandemonium lord
279986 | Zig:21   | Noticed Gebrill the pandemonium lord
279987 | Zig:21   | Noticed Wuwih the pandemonium lord
279987 | Zig:21   | Noticed Zoddeine the pandemonium lord
279988 | Zig:21   | Noticed Ziah Won Sui the pandemonium lord
279989 | Zig:21   | Noticed Juihesyp the pandemonium lord
279989 | Zig:21   | Noticed Giefrib the pandemonium lord
279990 | Zig:21   | Killed Gocuxes the pandemonium lord
279990 | Zig:21   | Noticed Nosy the pandemonium lord
279991 | Zig:21   | Killed Luoquxuo the pandemonium lord
279991 | Zig:21   | Killed Zuovoos the pandemonium lord
279991 | Zig:21   | Noticed Plog the pandemonium lord
279991 | Zig:21   | Noticed Houk the pandemonium lord
279992 | Zig:21   | Noticed Inuheg the pandemonium lord
279992 | Zig:21   | Killed Dovuan the pandemonium lord
279992 | Zig:21   | Noticed Cucragoq the pandemonium lord
279992 | Zig:21   | Noticed Bonnanol the pandemonium lord
279992 | Zig:21   | Noticed Miotoun the pandemonium lord
279992 | Zig:21   | Noticed Dyamukuo the pandemonium lord
279993 | Zig:21   | Noticed Peuph the pandemonium lord
279993 | Zig:21   | Killed Ikuepyc the pandemonium lord
279993 | Zig:21   | Killed Ziah Won Sui the pandemonium lord
279993 | Zig:21   | Noticed Vassugh the pandemonium lord
279994 | Zig:21   | Killed Cucragoq the pandemonium lord
279994 | Zig:21   | Killed Inuheg the pandemonium lord
279994 | Zig:21   | Killed Dyamukuo the pandemonium lord
279994 | Zig:21   | Noticed Orau the pandemonium lord
279994 | Zig:21   | Noticed Xitoen the pandemonium lord
279995 | Zig:21   | Noticed Qeozxef the pandemonium lord
279996 | Zig:21   | Killed Ruptuor the pandemonium lord
279996 | Zig:21   | Killed Gebrill the pandemonium lord
279996 | Zig:21   | Killed Giefrib the pandemonium lord
279996 | Zig:21   | Noticed Jiakech the pandemonium lord
279997 | Zig:21   | Killed Houk the pandemonium lord
279997 | Zig:21   | Killed Qewep the pandemonium lord
279997 | Zig:21   | Killed Plog the pandemonium lord
279997 | Zig:21   | Killed Juihesyp the pandemonium lord
279997 | Zig:21   | Killed Nosy the pandemonium lord
279997 | Zig:21   | Noticed Hukiarou the pandemonium lord
279998 | Zig:21   | Noticed Ruh Axig the pandemonium lord
279998 | Zig:21   | Noticed Taef the pandemonium lord
279998 | Zig:21   | Killed Zoddeine the pandemonium lord
279998 | Zig:21   | Killed Xuyckov the pandemonium lord
279998 | Zig:21   | Killed Nipep the pandemonium lord
279999 | Zig:21   | Killed Orau the pandemonium lord
279999 | Zig:21   | Noticed Cirixkin the pandemonium lord
280000 | Zig:21   | Killed Peuph the pandemonium lord
280001 | Zig:21   | Killed Wuwih the pandemonium lord
280001 | Zig:21   | Killed Ruh Axig the pandemonium lord
280001 | Zig:21   | Killed Sieteth the pandemonium lord
280001 | Zig:21   | Killed Miotoun the pandemonium lord
280001 | Zig:21   | Noticed Cemp the pandemonium lord
280001 | Zig:21   | Noticed Ythreni the pandemonium lord
280002 | Zig:21   | Noticed Qeniaff the pandemonium lord
280002 | Zig:21   | Killed Bonnanol the pandemonium lord
280002 | Zig:21   | Killed Vassugh the pandemonium lord
280002 | Zig:21   | Killed Xitoen the pandemonium lord
280002 | Zig:21   | Noticed Vago the pandemonium lord
280002 | Zig:21   | Noticed Hocwongovuu the pandemonium lord
280003 | Zig:21   | Killed Qeozxef the pandemonium lord
280003 | Zig:21   | Killed Cirixkin the pandemonium lord
280003 | Zig:21   | Noticed Ysubiw the pandemonium lord
280003 | Zig:21   | Noticed Bahohixt the pandemonium lord
280004 | Zig:21   | Noticed Ofrenih the pandemonium lord
280004 | Zig:21   | Noticed Waofeink the pandemonium lord
280004 | Zig:21   | Noticed Awo Eklo the pandemonium lord
280005 | Zig:21   | Killed Jiakech the pandemonium lord
280005 | Zig:21   | Noticed Fem Norgh the pandemonium lord
280006 | Zig:21   | Noticed Qiow the pandemonium lord
280006 | Zig:21   | Noticed Dagatin the pandemonium lord
280007 | Zig:21   | Noticed Cecs the pandemonium lord
280007 | Zig:21   | Noticed Anoecs the pandemonium lord
280007 | Zig:21   | Noticed Ninkufio the pandemonium lord
280007 | Zig:21   | Noticed Doddar the pandemonium lord
280007 | Zig:21   | Noticed Keussurr the pandemonium lord
280007 | Zig:21   | Noticed Quzata Leev the pandemonium lord
280007 | Zig:21   | Noticed Oqijugu the pandemonium lord
280007 | Zig:21   | Noticed Keso the pandemonium lord
280007 | Zig:21   | Noticed Causowai the pandemonium lord
280007 | Zig:21   | Noticed Tytaonk the pandemonium lord
280007 | Zig:21   | Noticed Waoler the pandemonium lord
280007 | Zig:21   | Noticed Muneewka the pandemonium lord
280007 | Zig:21   | Noticed Hasisaum the pandemonium lord
280007 | Zig:21   | Noticed Agiteseu the pandemonium lord
280008 | Zig:21   | Killed Ysubiw the pandemonium lord
280008 | Zig:21   | Killed Taef the pandemonium lord
280008 | Zig:21   | Noticed Much the pandemonium lord
280009 | Zig:21   | Killed Qeniaff the pandemonium lord
280009 | Zig:21   | Killed Hukiarou the pandemonium lord
280009 | Zig:21   | Killed Ythreni the pandemonium lord
280009 | Zig:21   | Killed Hocwongovuu the pandemonium lord
280009 | Zig:21   | Killed Bahohixt the pandemonium lord
280009 | Zig:21   | Killed Fem Norgh the pandemonium lord
280009 | Zig:21   | Killed Cemp the pandemonium lord
280009 | Zig:21   | Noticed Ehah the pandemonium lord
280009 | Zig:21   | Noticed Umnuunio the pandemonium lord
280010 | Zig:21   | Killed Cecs the pandemonium lord
280010 | Zig:21   | Killed Vago the pandemonium lord
280010 | Zig:21   | Killed Oqijugu the pandemonium lord
280010 | Zig:21   | Killed Waofeink the pandemonium lord
280010 | Zig:21   | Killed Hasisaum the pandemonium lord
280010 | Zig:21   | Noticed Ocuj the pandemonium lord
280010 | Zig:21   | Noticed Doecoph the pandemonium lord
280010 | Zig:21   | Noticed Poklah the pandemonium lord
280010 | Zig:21   | Killed Dagatin the pandemonium lord
280010 | Zig:21   | Killed Muneewka the pandemonium lord
280011 | Zig:21   | Noticed Usemuynu the pandemonium lord
280011 | Zig:21   | Noticed Cestuts the pandemonium lord
280011 | Zig:21   | Noticed Jibit the pandemonium lord
280012 | Zig:21   | Killed Ofrenih the pandemonium lord
280014 | Zig:21   | Killed Much the pandemonium lord
280014 | Zig:21   | Killed Quzata Leev the pandemonium lord
280014 | Zig:21   | Killed Anoecs the pandemonium lord
280014 | Zig:21   | Killed Waoler the pandemonium lord
280014 | Zig:21   | Killed Awo Eklo the pandemonium lord
280014 | Zig:21   | Killed Qiow the pandemonium lord
280014 | Zig:21   | Noticed Nup Vaut the pandemonium lord
280014 | Zig:21   | Noticed Zaemil the pandemonium lord
280015 | Zig:21   | Killed Keussurr the pandemonium lord
280015 | Zig:21   | Killed Usemuynu the pandemonium lord
280015 | Zig:21   | Killed Causowai the pandemonium lord
280015 | Zig:21   | Killed Keso the pandemonium lord
280015 | Zig:21   | Killed Tytaonk the pandemonium lord
280015 | Zig:21   | Noticed Biylumig the pandemonium lord
280016 | Zig:21   | Killed Ehah the pandemonium lord
280016 | Zig:21   | Noticed Wearph the pandemonium lord
280016 | Zig:21   | Noticed Sies Woll the pandemonium lord
280016 | Zig:21   | Noticed Vuon the pandemonium lord
280017 | Zig:21   | Noticed Zinitedgh the pandemonium lord
280017 | Zig:21   | Noticed Tuda the pandemonium lord
280018 | Zig:21   | Killed Jibit the pandemonium lord
280018 | Zig:21   | Killed Agiteseu the pandemonium lord
280018 | Zig:21   | Killed Zaemil the pandemonium lord
280018 | Zig:21   | Noticed Muibraer the pandemonium lord
280018 | Zig:21   | Noticed Haut the pandemonium lord
280018 | Zig:21   | Noticed Ijim the pandemonium lord
280019 | Zig:21   | Noticed Foeng the pandemonium lord
280020 | Zig:21   | Killed Ninkufio the pandemonium lord
280020 | Zig:21   | Noticed Huqien the pandemonium lord
280020 | Zig:21   | Noticed Sevub the pandemonium lord
280020 | Zig:21   | Noticed Doumurgh the pandemonium lord
280020 | Zig:21   | Noticed Moicwouz the pandemonium lord
280021 | Zig:21   | Noticed Jeekecw the pandemonium lord
280021 | Zig:21   | Killed Doddar the pandemonium lord
280021 | Zig:21   | Killed Wearph the pandemonium lord
280021 | Zig:21   | Killed Zinitedgh the pandemonium lord
280021 | Zig:21   | Killed Cestuts the pandemonium lord
280021 | Zig:21   | Noticed Jixziefu the pandemonium lord
280022 | Zig:21   | Noticed Quexaf the pandemonium lord
280022 | Zig:21   | Killed Vuon the pandemonium lord
280022 | Zig:21   | Killed Doecoph the pandemonium lord
280022 | Zig:21   | Noticed Inkesiug the pandemonium lord
280022 | Zig:21   | Noticed Wudotom the pandemonium lord
280023 | Zig:21   | Killed Ocuj the pandemonium lord
280023 | Zig:21   | Killed Umnuunio the pandemonium lord
280023 | Zig:21   | Killed Ijim the pandemonium lord
280023 | Zig:21   | Killed Tuda the pandemonium lord
280023 | Zig:21   | Killed Huqien the pandemonium lord
280023 | Zig:21   | Killed Doumurgh the pandemonium lord
280023 | Zig:21   | Killed Sevub the pandemonium lord
280023 | Zig:21   | Killed Moicwouz the pandemonium lord
280023 | Zig:21   | Killed Nup Vaut the pandemonium lord
280023 | Zig:21   | Killed Sies Woll the pandemonium lord
280023 | Zig:21   | Noticed Ogugong the pandemonium lord
280023 | Zig:21   | Noticed Esiulaog the pandemonium lord
280024 | Zig:21   | Killed Muibraer the pandemonium lord
280024 | Zig:21   | Killed Jeekecw the pandemonium lord
280024 | Zig:21   | Noticed Somo the pandemonium lord
280024 | Zig:21   | Noticed Zut Pugu the pandemonium lord
280024 | Zig:21   | Noticed Rorojaj the pandemonium lord
280024 | Zig:21   | Noticed Jeurawny the pandemonium lord
280025 | Zig:21   | Killed Foeng the pandemonium lord
280025 | Zig:21   | Noticed Piopsyt the pandemonium lord
280028 | Zig:21   | Noticed Ruamiz the pandemonium lord
280029 | Zig:21   | Noticed Emurch the pandemonium lord
280030 | Zig:21   | Killed Jixziefu the pandemonium lord
280030 | Zig:21   | Killed Quexaf the pandemonium lord
280031 | Zig:21   | Killed Wudotom the pandemonium lord
280034 | Zig:21   | Killed Biylumig the pandemonium lord
280035 | Zig:21   | Killed Zut Pugu the pandemonium lord
280037 | Zig:21   | Killed Ogugong the pandemonium lord
280037 | Zig:21   | Killed Ruamiz the pandemonium lord
280038 | Zig:21   | Killed Esiulaog the pandemonium lord
280038 | Zig:21   | Killed Somo the pandemonium lord
280039 | Zig:21   | Killed Rorojaj the pandemonium lord
280039 | Zig:21   | Noticed Uttaket the pandemonium lord
280040 | Zig:21   | Killed Poklah the pandemonium lord
280040 | Zig:21   | Killed Piopsyt the pandemonium lord
280041 | Zig:21   | Noticed Fetwasob the pandemonium lord
280041 | Zig:21   | Noticed Erphitei the pandemonium lord
280042 | Zig:21   | Killed Jeurawny the pandemonium lord
280042 | Zig:21   | Killed Emurch the pandemonium lord
280042 | Zig:21   | Killed Uttaket the pandemonium lord
280042 | Zig:21   | Killed Inkesiug the pandemonium lord
280042 | Zig:21   | Noticed Wyhul the pandemonium lord
280042 | Zig:21   | Noticed Koim Boq the pandemonium lord
280042 | Zig:21   | Noticed Umarphogg the pandemonium lord
280042 | Zig:21   | Noticed Tolob the pandemonium lord
280042 | Zig:21   | Noticed Alirphu the pandemonium lord
280043 | Zig:21   | Killed Haut the pandemonium lord
280045 | Zig:21   | Killed Erphitei the pandemonium lord
280045 | Zig:21   | Killed Alirphu the pandemonium lord
280045 | Zig:21   | Noticed Hasho the pandemonium lord
280046 | Zig:21   | Killed Umarphogg the pandemonium lord
280046 | Zig:21   | Noticed Mutoro the pandemonium lord
280047 | Zig:21   | Killed Koim Boq the pandemonium lord
280047 | Zig:21   | Killed Tolob the pandemonium lord
280047 | Zig:21   | Killed Fetwasob the pandemonium lord
280048 | Zig:21   | Killed Hasho the pandemonium lord
280048 | Zig:21   | Killed Mutoro the pandemonium lord
280048 | Zig:21   | Killed Wyhul the pandemonium lord
280049 | Zig:21   | Noticed Nouseasutyn the pandemonium lord
280049 | Zig:21   | Noticed Ojoxistrazo the pandemonium lord
280049 | Zig:21   | Noticed Eluhomn the pandemonium lord
280049 | Zig:21   | Noticed Sileapt the pandemonium lord
280051 | Zig:21   | Noticed Kuranoowk the pandemonium lord
280051 | Zig:21   | Noticed Jiyma the pandemonium lord
280052 | Zig:21   | Noticed Kiotogg the pandemonium lord
280053 | Zig:21   | Killed Ojoxistrazo the pandemonium lord
280053 | Zig:21   | Noticed Ibityph the pandemonium lord
280053 | Zig:21   | Noticed Fikydis the pandemonium lord
280054 | Zig:21   | Killed Jiyma the pandemonium lord
280054 | Zig:21   | Killed Sileapt the pandemonium lord
280055 | Zig:21   | Killed Nouseasutyn the pandemonium lord
280056 | Zig:21   | Killed Kuranoowk the pandemonium lord
280056 | Zig:21   | Killed Eluhomn the pandemonium lord
280056 | Zig:21   | Killed Fikydis the pandemonium lord
280056 | Zig:21   | Noticed Ynuulymm the pandemonium lord
280056 | Zig:21   | Noticed Moutwud the pandemonium lord
280056 | Zig:21   | Noticed Ojyx the pandemonium lord
280057 | Zig:21   | Noticed Fias the pandemonium lord
280058 | Zig:21   | Killed Moutwud the pandemonium lord
280058 | Zig:21   | Killed Kiotogg the pandemonium lord
280059 | Zig:21   | Killed Ojyx the pandemonium lord
280059 | Zig:21   | Noticed Daing the pandemonium lord
280060 | Zig:21   | Killed Ibityph the pandemonium lord
280062 | Zig:21   | Killed Ynuulymm the pandemonium lord
280062 | Zig:21   | Killed Fias the pandemonium lord
280062 | Zig:21   | Noticed Boasocsa the pandemonium lord
280062 | Zig:21   | Noticed Ruedyonu the pandemonium lord
280062 | Zig:21   | Noticed Afug the pandemonium lord
280064 | Zig:21   | Killed Ruedyonu the pandemonium lord
280064 | Zig:21   | Killed Daing the pandemonium lord
280064 | Zig:21   | Noticed Ujecw the pandemonium lord
280064 | Zig:21   | Noticed Asaroreu the pandemonium lord
280065 | Zig:21   | Killed Afug the pandemonium lord
280067 | Zig:21   | Killed Ujecw the pandemonium lord
280067 | Zig:21   | Killed Boasocsa the pandemonium lord
280067 | Zig:21   | Noticed Amoril the pandemonium lord
280067 | Zig:21   | Noticed Zeschyal the pandemonium lord
280068 | Zig:21   | Noticed Mid Vis the pandemonium lord
280068 | Zig:21   | Noticed Tyesosyd the pandemonium lord
280069 | Zig:21   | Killed Asaroreu the pandemonium lord
280069 | Zig:21   | Killed Mid Vis the pandemonium lord
280070 | Zig:21   | Killed Amoril the pandemonium lord
280072 | Zig:21   | Noticed Hasmybepn the pandemonium lord
280072 | Zig:21   | Noticed Ceiriodgh the pandemonium lord
280072 | Zig:21   | Noticed Puis the pandemonium lord
280073 | Zig:21   | Killed Tyesosyd the pandemonium lord
280073 | Zig:21   | Killed Zeschyal the pandemonium lord
280073 | Zig:21   | Noticed Paimne the pandemonium lord
280073 | Zig:21   | Noticed Akitihi the pandemonium lord
280073 | Zig:21   | Noticed Ynoce the pandemonium lord
280074 | Zig:21   | Noticed Nootanil the pandemonium lord
280074 | Zig:21   | Noticed Qiega the pandemonium lord
280076 | Zig:21   | Killed Hasmybepn the pandemonium lord
280076 | Zig:21   | Killed Ceiriodgh the pandemonium lord
280076 | Zig:21   | Killed Puis the pandemonium lord
280076 | Zig:21   | Noticed Fuudeco the pandemonium lord
280078 | Zig:21   | Killed Ynoce the pandemonium lord
280079 | Zig:21   | Killed Nootanil the pandemonium lord
280081 | Zig:21   | Noticed Basah the pandemonium lord
280083 | Zig:21   | Noticed Coiguryt the pandemonium lord
280083 | Zig:21   | Noticed Zeixtoza the pandemonium lord
280084 | Zig:21   | Noticed Edesk the pandemonium lord
280086 | Zig:21   | Noticed Powk the pandemonium lord
280087 | Zig:21   | Killed Paimne the pandemonium lord
280088 | Zig:21   | Killed Basah the pandemonium lord
280089 | Zig:21   | Killed Zeixtoza the pandemonium lord
280089 | Zig:21   | Killed Fuudeco the pandemonium lord
280089 | Zig:21   | Killed Coiguryt the pandemonium lord
280090 | Zig:21   | Killed Edesk the pandemonium lord
280090 | Zig:21   | Noticed Beixked the pandemonium lord
280092 | Zig:21   | Noticed Ufitatsost the pandemonium lord
280095 | Zig:21   | Killed Beixked the pandemonium lord
280095 | Zig:21   | Noticed Caihoow the pandemonium lord
280096 | Zig:21   | Noticed Itot the pandemonium lord
280096 | Zig:21   | Noticed Ykhulibi the pandemonium lord
280097 | Zig:21   | Killed Akitihi the pandemonium lord
280098 | Zig:21   | Killed Ufitatsost the pandemonium lord
280098 | Zig:21   | Killed Ykhulibi the pandemonium lord
280098 | Zig:21   | Noticed Kaucaemu the pandemonium lord
280099 | Zig:21   | Killed Itot the pandemonium lord
280099 | Zig:21   | Killed Caihoow the pandemonium lord
280099 | Zig:21   | Noticed Mymnieso the pandemonium lord
280104 | Zig:21   | Killed Powk the pandemonium lord
280109 | Zig:21   | Killed Kaucaemu the pandemonium lord
280117 | Zig:21   | Paralysed by you for 3 turns
280117 | Zig:21   | Killed Mymnieso the pandemonium lord
280126 | Zig:21   | Killed Qiega the pandemonium lord
280641 | Zig:21   | Identified the +5 short sword "Eviscerator" {antimagic,
                  | rCorr Dex+3 Stlth-}
280645 | Zig:21   | Identified the +3 quarterstaff "Naibiri" {holy, Int+4}
280649 | Zig:21   | Identified the +4 trident of Sannop {speed, Str+3 SInv}
280650 | Zig:21   | Identified the +0 leather armour "Geuvaugh" {+Inv Fly rF-}
280651 | Zig:21   | Identified the +3 pair of boots "Peecw" {Regen+ Int+2}
280699 | Zig:22   | Entered Level 22 of a ziggurat
280739 | Zig:22   | Identified the +5 pair of gloves of Monotheism {rN+ rCorr
                  | Dex+3}
280742 | Zig:22   | Identified the +7 morningstar "Giantslayer" {venom, Int+3
                  | Stlth+}
280747 | Zig:22   | Identified the +5 scimitar of Causality {protect, Str+3}
280752 | Zig:22   | Identified the +6 spear "Tusara Cotie" {vamp, rC+}
281345 | Zig:22   | Identified the ring "Ysoluej" {Will+ Stlth+}
281349 | Zig:22   | Identified the +6 mace of a Billion Ziggurats {flame, rC-
                  | Int+5 Dex+2}
281406 | Zig:22   | Identified the +3 great mace of Evisceration {drain,
                  | *Corrode Str+5}
281413 | Zig:22   | Identified the +4 plate armour of the Fiend {rCorr}
281415 | Zig:22   | Identified the +3 scale mail of the Scribe {Regen+ Stlth+}
281440 | Zig:22   | Identified the +14 chain mail of Distant Worlds {rF++
                  | Int+3}
281449 | Zig:22   | Identified the ring of the Louse {rC+ Dex+4 SInv}
281462 | Zig:22   | Identified the +0 falchion "Pendulum" {flame, *Rage rElec
                  | rC+ Dex+2}
281465 | Zig:22   | Identified the amulet "Aridiv" {Faith rN+ Str-5 Dex+3}
281466 | Zig:22   | Identified the +0 morningstar of the Mauling Jester {flame,
                  | rF- Int+3 SInv}
281472 | Zig:22   | Identified the staff of air "Yha Turr" {rElec Str+4}
281597 | Zig:23   | Entered Level 23 of a ziggurat
281608 | Zig:23   | Noticed an orb of fire
281608 | Zig:23   | Noticed an orb of fire
281608 | Zig:23   | Noticed an orb of fire
281609 | Zig:23   | Noticed an orb of fire
281609 | Zig:23   | Noticed an orb of fire
281610 | Zig:23   | Noticed an orb of fire
281610 | Zig:23   | Noticed an orb of fire
281611 | Zig:23   | Noticed an orb of fire
281612 | Zig:23   | Noticed an orb of fire
281612 | Zig:23   | Noticed an orb of fire
281612 | Zig:23   | Noticed an orb of fire
281612 | Zig:23   | Noticed an orb of fire
281613 | Zig:23   | Noticed an orb of fire
281613 | Zig:23   | Killed an orb of fire
281613 | Zig:23   | Killed an orb of fire
281613 | Zig:23   | Noticed an orb of fire
281614 | Zig:23   | Killed an orb of fire
281614 | Zig:23   | Killed an orb of fire
281614 | Zig:23   | Killed an orb of fire
281614 | Zig:23   | Killed an orb of fire
281614 | Zig:23   | Killed an orb of fire
281614 | Zig:23   | Killed an orb of fire
281614 | Zig:23   | Noticed an orb of fire
281615 | Zig:23   | Noticed an orb of fire
281615 | Zig:23   | Killed an orb of fire
281615 | Zig:23   | Noticed an orb of fire
281615 | Zig:23   | Noticed an orb of fire
281615 | Zig:23   | Noticed an orb of fire
281616 | Zig:23   | Noticed an orb of fire
281616 | Zig:23   | Noticed an orb of fire
281616 | Zig:23   | Noticed an orb of fire
281617 | Zig:23   | Killed an orb of fire
281617 | Zig:23   | Killed an orb of fire
281617 | Zig:23   | Killed an orb of fire
281617 | Zig:23   | Killed an orb of fire
281617 | Zig:23   | Noticed an orb of fire
281617 | Zig:23   | Noticed an orb of fire
281618 | Zig:23   | Noticed an orb of fire
281618 | Zig:23   | Killed an orb of fire
281618 | Zig:23   | Noticed an orb of fire
281618 | Zig:23   | Noticed an orb of fire
281618 | Zig:23   | Noticed an orb of fire
281619 | Zig:23   | Killed an orb of fire
281619 | Zig:23   | Noticed an orb of fire
281619 | Zig:23   | Noticed an orb of fire
281619 | Zig:23   | Noticed an orb of fire
281620 | Zig:23   | Killed an orb of fire
281620 | Zig:23   | Killed an orb of fire
281620 | Zig:23   | Killed an orb of fire
281620 | Zig:23   | Noticed an orb of fire
281620 | Zig:23   | Noticed an orb of fire
281620 | Zig:23   | Noticed an orb of fire
281620 | Zig:23   | Noticed an orb of fire
281621 | Zig:23   | Lost mutation: You have an increased reservoir of magic.
                  | (+10% MP) [an orb of fire]
281621 | Zig:23   | Noticed an orb of fire
281622 | Zig:23   | Killed an orb of fire
281622 | Zig:23   | Killed an orb of fire
281622 | Zig:23   | Killed an orb of fire
281622 | Zig:23   | Killed an orb of fire
281622 | Zig:23   | Killed an orb of fire
281622 | Zig:23   | Noticed an orb of fire
281622 | Zig:23   | Noticed an orb of fire
281622 | Zig:23   | Noticed an orb of fire
281622 | Zig:23   | Noticed an orb of fire
281622 | Zig:23   | Noticed an orb of fire
281622 | Zig:23   | Noticed an orb of fire
281622 | Zig:23   | Noticed an orb of fire
281623 | Zig:23   | Killed an orb of fire
281623 | Zig:23   | Killed an orb of fire
281623 | Zig:23   | Killed an orb of fire
281623 | Zig:23   | Noticed an orb of fire
281623 | Zig:23   | Noticed an orb of fire
281623 | Zig:23   | Noticed an orb of fire
281624 | Zig:23   | Killed an orb of fire
281624 | Zig:23   | Killed an orb of fire
281624 | Zig:23   | Noticed an orb of fire
281624 | Zig:23   | Noticed an orb of fire
281625 | Zig:23   | Noticed an orb of fire
281625 | Zig:23   | Noticed an orb of fire
281625 | Zig:23   | Killed an orb of fire
281625 | Zig:23   | Killed an orb of fire
281625 | Zig:23   | Killed an orb of fire
281625 | Zig:23   | Killed an orb of fire
281625 | Zig:23   | Noticed an orb of fire
281625 | Zig:23   | Noticed an orb of fire
281625 | Zig:23   | Noticed an orb of fire
281625 | Zig:23   | Noticed an orb of fire
281626 | Zig:23   | Noticed an orb of fire
281626 | Zig:23   | Noticed an orb of fire
281627 | Zig:23   | Noticed an orb of fire
281627 | Zig:23   | Noticed an orb of fire
281628 | Zig:23   | Noticed an orb of fire
281628 | Zig:23   | Noticed an orb of fire
281629 | Zig:23   | Noticed an orb of fire
281631 | Zig:23   | Killed an orb of fire
281631 | Zig:23   | Noticed an orb of fire
281632 | Zig:23   | Killed an orb of fire
281632 | Zig:23   | Killed an orb of fire
281632 | Zig:23   | Killed an orb of fire
281632 | Zig:23   | Killed an orb of fire
281632 | Zig:23   | Killed an orb of fire
281632 | Zig:23   | Killed an orb of fire
281632 | Zig:23   | Killed an orb of fire
281632 | Zig:23   | Noticed an orb of fire
281632 | Zig:23   | Noticed an orb of fire
281632 | Zig:23   | Gained mutation: Your spells are a little easier to cast,
                  | but a little less powerful. [an orb of fire]
281633 | Zig:23   | Killed an orb of fire
281633 | Zig:23   | Killed an orb of fire
281633 | Zig:23   | Noticed an orb of fire
281633 | Zig:23   | Noticed an orb of fire
281634 | Zig:23   | Killed an orb of fire
281634 | Zig:23   | Killed an orb of fire
281634 | Zig:23   | Killed an orb of fire
281634 | Zig:23   | Killed an orb of fire
281634 | Zig:23   | Killed an orb of fire
281634 | Zig:23   | Killed an orb of fire
281634 | Zig:23   | Killed an orb of fire
281634 | Zig:23   | Noticed an orb of fire
281634 | Zig:23   | Noticed an orb of fire
281634 | Zig:23   | Gained mutation: You are dopey. (Int -2) [an orb of fire]
281635 | Zig:23   | Killed an orb of fire
281635 | Zig:23   | Killed an orb of fire
281635 | Zig:23   | Noticed an orb of fire
281635 | Zig:23   | Noticed an orb of fire
281635 | Zig:23   | Noticed an orb of fire
281636 | Zig:23   | Killed an orb of fire
281636 | Zig:23   | Killed an orb of fire
281636 | Zig:23   | Killed an orb of fire
281636 | Zig:23   | Killed an orb of fire
281636 | Zig:23   | Killed an orb of fire
281636 | Zig:23   | Killed an orb of fire
281636 | Zig:23   | Killed an orb of fire
281636 | Zig:23   | Noticed an orb of fire
281636 | Zig:23   | Noticed an orb of fire
281636 | Zig:23   | Gained mutation: You are clumsy. (Dex -2) [an orb of fire]
281637 | Zig:23   | Killed an orb of fire
281637 | Zig:23   | Killed an orb of fire
281637 | Zig:23   | Killed an orb of fire
281637 | Zig:23   | Killed an orb of fire
281637 | Zig:23   | Killed an orb of fire
281637 | Zig:23   | Noticed an orb of fire
281638 | Zig:23   | Noticed an orb of fire
281638 | Zig:23   | Killed an orb of fire
281638 | Zig:23   | Killed an orb of fire
281638 | Zig:23   | Killed an orb of fire
281638 | Zig:23   | Killed an orb of fire
281638 | Zig:23   | Lost mutation: Your muscles are strong. (Str +4, Int/Dex
                  | -1) [an orb of fire]
281638 | Zig:23   | Noticed an orb of fire
281638 | Zig:23   | Noticed an orb of fire
281638 | Zig:23   | Gained mutation: You do not regenerate when monsters are
                  | visible. [an orb of fire]
281638 | Zig:23   | Noticed an orb of fire
281639 | Zig:23   | Killed an orb of fire
281639 | Zig:23   | Killed an orb of fire
281639 | Zig:23   | Noticed an orb of fire
281640 | Zig:23   | Killed an orb of fire
281640 | Zig:23   | Killed an orb of fire
281640 | Zig:23   | Killed an orb of fire
281640 | Zig:23   | Noticed an orb of fire
281640 | Zig:23   | Noticed an orb of fire
281640 | Zig:23   | Noticed an orb of fire
281640 | Zig:23   | Noticed an orb of fire
281640 | Zig:23   | Noticed an orb of fire
281641 | Zig:23   | Killed an orb of fire
281641 | Zig:23   | Killed an orb of fire
281641 | Zig:23   | Killed an orb of fire
281641 | Zig:23   | Killed an orb of fire
281641 | Zig:23   | Noticed an orb of fire
281641 | Zig:23   | Noticed an orb of fire
281641 | Zig:23   | Noticed an orb of fire
281642 | Zig:23   | Killed an orb of fire
281655 | Zig:23   | Killed an orb of fire
281657 | Zig:23   | Killed an orb of fire
281658 | Zig:23   | Killed an orb of fire
281658 | Zig:23   | Killed an orb of fire
281662 | Zig:23   | Killed an orb of fire
281664 | Zig:23   | Killed an orb of fire
281664 | Zig:23   | Killed an orb of fire
281664 | Zig:23   | Killed an orb of fire
281664 | Zig:23   | Killed an orb of fire
281667 | Zig:23   | Noticed an orb of fire
281675 | Zig:23   | Killed an orb of fire
281676 | Zig:23   | Noticed an orb of fire
281676 | Zig:23   | Noticed an orb of fire
281678 | Zig:23   | Killed an orb of fire
281679 | Zig:23   | Noticed an orb of fire
281680 | Zig:23   | Killed an orb of fire
281681 | Zig:23   | Killed an orb of fire
281682 | Zig:23   | Noticed an orb of fire
281682 | Zig:23   | Killed an orb of fire
281682 | Zig:23   | Noticed an orb of fire
281686 | Zig:23   | Killed an orb of fire
281686 | Zig:23   | Noticed an orb of fire
281687 | Zig:23   | Killed an orb of fire
281687 | Zig:23   | Noticed an orb of fire
281688 | Zig:23   | Noticed an orb of fire
281688 | Zig:23   | Noticed an orb of fire
281690 | Zig:23   | Noticed an orb of fire
281691 | Zig:23   | Killed an orb of fire
281691 | Zig:23   | Killed an orb of fire
281691 | Zig:23   | Noticed an orb of fire
281691 | Zig:23   | Noticed an orb of fire
281692 | Zig:23   | Killed an orb of fire
281692 | Zig:23   | Killed an orb of fire
281692 | Zig:23   | Noticed an orb of fire
281694 | Zig:23   | Killed an orb of fire
281694 | Zig:23   | Noticed an orb of fire
281696 | Zig:23   | Killed an orb of fire
281696 | Zig:23   | Killed an orb of fire
281696 | Zig:23   | Killed an orb of fire
281699 | Zig:23   | Noticed an orb of fire
281700 | Zig:23   | Noticed an orb of fire
281701 | Zig:23   | Noticed an orb of fire
281701 | Zig:23   | Noticed an orb of fire
281703 | Zig:23   | Killed an orb of fire
281703 | Zig:23   | Killed an orb of fire
281703 | Zig:23   | Noticed an orb of fire
281704 | Zig:23   | Noticed an orb of fire
281704 | Zig:23   | Killed an orb of fire
281706 | Zig:23   | Killed an orb of fire
281706 | Zig:23   | Killed an orb of fire
281706 | Zig:23   | Killed an orb of fire
281706 | Zig:23   | Noticed an orb of fire
281712 | Zig:23   | Killed an orb of fire
281712 | Zig:23   | Killed an orb of fire
281720 | Zig:23   | Noticed an orb of fire
281720 | Zig:23   | Noticed an orb of fire
281725 | Zig:23   | Killed an orb of fire
281725 | Zig:23   | Killed an orb of fire
282340 | Zig:23   | Identified the amulet of Isokai {Acrobat rElec Str+3}
282345 | Zig:23   | Identified the +2 leather armour of Cowardice {rPois}
282347 | Zig:23   | Identified the staff of death "Voelokk" {rF- rC++ rN+}
282393 | Zig:23   | Identified the ring "Ewoaqoirgh" {rC+ rN+ Int+3}
282395 | Zig:23   | Identified the +4 spear of Sin {vamp, +Blink Str+3 SInv}
282407 | Zig:23   | Identified the ring "Luehaj" {Fire Str+7}
282408 | Zig:23   | Identified the ring of False Hope {rF- rCorr MP+9 AC+4
                  | Str+2}
282417 | Zig:23   | Identified the staff of poison "Ligausorr" {rPois rF++}
282418 | Zig:23   | Identified the +1 quarterstaff of Drought {elec, rC+ Int+2}
282459 | Zig:23   | Identified the +7 plate armour "Cicutiet" {rN+}
282460 | Zig:23   | Identified the scarf of Geehoroh {shadows, rC+}
282486 | Zig:23   | Lost mutation: Armour fits poorly on your strangely shaped
                  | body. [potion of mutation]
282486 | Zig:23   | Lost mutation: Your system is resistant to poisons. (rPois)
                  | [potion of mutation]
282486 | Zig:23   | Gained mutation: You have large cloven feet. [potion of
                  | mutation]
282486 | Zig:23   | Lost mutation: You are dopey. (Int -2) [potion of mutation]
282487 | Zig:23   | Lost mutation: You have large cloven feet. [potion of
                  | mutation]
282487 | Zig:23   | Lost mutation: You are robust. (+10% HP) [potion of
                  | mutation]
282487 | Zig:23   | Gained mutation: You passively map a small area around you.
                  | [potion of mutation]
282487 | Zig:23   | Gained mutation: You are frail. (-10% HP) [potion of
                  | mutation]
282488 | Zig:23   | Lost mutation: You are frail. (-10% HP) [potion of
                  | mutation]
282488 | Zig:23   | Lost mutation: You do not regenerate when monsters are
                  | visible. [potion of mutation]
282488 | Zig:23   | Lost mutation: You passively map a small area around you.
                  | [potion of mutation]
282488 | Zig:23   | Gained mutation: You possess an exceptional clarity of
                  | mind. [potion of mutation]
282488 | Zig:23   | Gained mutation: You are strong-willed. (Will+) [potion of
                  | mutation]
282489 | Zig:23   | Lost mutation: You are clumsy. (Dex -2) [potion of
                  | mutation]
282489 | Zig:23   | Lost mutation: You are strong-willed. (Will+) [potion of
                  | mutation]
282489 | Zig:23   | Lost mutation: You possess an exceptional clarity of mind.
                  | [potion of mutation]
282489 | Zig:23   | Gained mutation: Your flesh is cold resistant. (rC+)
                  | [potion of mutation]
282490 | Zig:23   | Lost mutation: Your flesh is cold resistant. (rC+) [potion
                  | of mutation]
282490 | Zig:23   | Lost mutation: Your spells are a little easier to cast, but
                  | a little less powerful. [potion of mutation]
282490 | Zig:23   | Gained mutation: You are vulnerable to cold. (rC-) [potion
                  | of mutation]
282490 | Zig:23   | Gained mutation: You are somewhat resistant to further
                  | mutation. [potion of mutation]
282491 | Zig:23   | Lost mutation: You are somewhat resistant to further
                  | mutation. [potion of mutation]
282491 | Zig:23   | Lost mutation: You are vulnerable to cold. (rC-) [potion of
                  | mutation]
282491 | Zig:23   | Gained mutation: Your spells are a little harder to cast,
                  | but a little more powerful. [potion of mutation]
282491 | Zig:23   | Gained mutation: You are agile. (Dex +4, Str/Int -1)
                  | [potion of mutation]
282492 | Zig:23   | Lost mutation: You are agile. (Dex +4, Str/Int -1) [potion
                  | of mutation]
282492 | Zig:23   | Lost mutation: Your spells are a little harder to cast, but
                  | a little more powerful. [potion of mutation]
282492 | Zig:23   | Gained mutation: Armour fits poorly on your strangely
                  | shaped body. [potion of mutation]
282492 | Zig:23   | Gained mutation: Your flesh is heat resistant. (rF+)
                  | [potion of mutation]
282493 | Zig:23   | Lost mutation: Armour fits poorly on your strangely shaped
                  | body. [potion of mutation]
282493 | Zig:23   | Lost mutation: Your flesh is heat resistant. (rF+) [potion
                  | of mutation]
282493 | Zig:23   | Gained mutation: You are somewhat resistant to further
                  | mutation. [potion of mutation]
282494 | Zig:23   | Lost mutation: You are somewhat resistant to further
                  | mutation. [potion of mutation]
282494 | Zig:23   | Gained mutation: You are dopey. (Int -2) [potion of
                  | mutation]
282494 | Zig:23   | Gained mutation: You are weak. (Str -2) [potion of
                  | mutation]
282494 | Zig:23   | Gained mutation: Your flesh is cold resistant. (rC+)
                  | [potion of mutation]
282495 | Zig:23   | Lost mutation: Your flesh is cold resistant. (rC+) [potion
                  | of mutation]
282495 | Zig:23   | Lost mutation: You are dopey. (Int -2) [potion of mutation]
282495 | Zig:23   | Lost mutation: You are weak. (Str -2) [potion of mutation]
282495 | Zig:23   | Gained mutation: Armour fits poorly on your strangely
                  | shaped body. [potion of mutation]
282495 | Zig:23   | Gained mutation: You are resistant to electric shocks.
                  | (rElec) [potion of mutation]
282495 | Zig:23   | Gained mutation: You have hidden genetic defects. [potion
                  | of mutation]
282496 | Zig:23   | Lost mutation: Armour fits poorly on your strangely shaped
                  | body. [potion of mutation]
282496 | Zig:23   | Lost mutation: You are resistant to electric shocks.
                  | (rElec) [potion of mutation]
282496 | Zig:23   | Gained mutation: Your flesh is heat resistant. (rF+)
                  | [potion of mutation]
282496 | Zig:23   | Gained mutation: You have sharp fingernails. [potion of
                  | mutation]
282496 | Zig:23   | Gained mutation: Your mind is acute. (Int +4, Str/Dex -1)
                  | [potion of mutation]
282497 | Zig:23   | Lost mutation: Your mind is acute. (Int +4, Str/Dex -1)
                  | [potion of mutation]
282497 | Zig:23   | Lost mutation: You have sharp fingernails. [potion of
                  | mutation]
282497 | Zig:23   | Lost mutation: You have hidden genetic defects. [potion of
                  | mutation]
282497 | Zig:23   | Gained mutation: You have hidden genetic potential. [potion
                  | of mutation]
282497 | Zig:23   | Gained mutation: Your muscles are strong. (Str +4, Int/Dex
                  | -1) [potion of mutation]
282497 | Zig:23   | Gained mutation: You have sharp fingernails. [potion of
                  | mutation]
282497 | Zig:23   | Gained mutation: You are covered in fur. (AC +1) [potion of
                  | mutation]
282516 | Zig:23   | Lost mutation: Your muscles are strong. (Str +4, Int/Dex
                  | -1) [potion of mutation]
282516 | Zig:23   | Lost mutation: You have sharp fingernails. [potion of
                  | mutation]
282516 | Zig:23   | Gained mutation: You are agile. (Dex +4, Str/Int -1)
                  | [potion of mutation]
282516 | Zig:23   | Gained mutation: You are vulnerable to cold. (rC-) [potion
                  | of mutation]
282517 | Zig:23   | Lost mutation: You are vulnerable to cold. (rC-) [potion of
                  | mutation]
282517 | Zig:23   | Lost mutation: Your flesh is heat resistant. (rF+) [potion
                  | of mutation]
282517 | Zig:23   | Gained mutation: Potions are less effective at restoring
                  | your health. [potion of mutation]
282517 | Zig:23   | Gained mutation: You are dopey. (Int -2) [potion of
                  | mutation]
282518 | Zig:23   | Lost mutation: You are covered in fur. (AC +1) [potion of
                  | mutation]
282518 | Zig:23   | Lost mutation: Potions are less effective at restoring your
                  | health. [potion of mutation]
282518 | Zig:23   | Lost mutation: You have hidden genetic potential. [potion
                  | of mutation]
282518 | Zig:23   | Lost mutation: You are dopey. (Int -2) [potion of mutation]
282519 | Zig:23   | Lost mutation: You are agile. (Dex +4, Str/Int -1) [potion
                  | of mutation]
282519 | Zig:23   | Gained mutation: You have a somewhat thin skeletal
                  | structure. (Dex +2, Stealth+) [potion of mutation]
282519 | Zig:23   | Gained mutation: You expend magic power (3 MP) to
                  | strengthen your wands. [potion of mutation]
282519 | Zig:23   | Gained mutation: You sometimes lose your temper in combat.
                  | [potion of mutation]
282519 | Zig:23   | Gained mutation: Your flesh is heat resistant. (rF+)
                  | [potion of mutation]
282520 | Zig:23   | Lost mutation: Your flesh is heat resistant. (rF+) [potion
                  | of mutation]
282520 | Zig:23   | Lost mutation: You expend magic power (3 MP) to strengthen
                  | your wands. [potion of mutation]
282520 | Zig:23   | Gained mutation: Your muscles are strong. (Str +4, Int/Dex
                  | -1) [potion of mutation]
282520 | Zig:23   | Gained mutation: You have very sharp teeth. [potion of
                  | mutation]
282521 | Zig:23   | Lost mutation: You sometimes lose your temper in combat.
                  | [potion of mutation]
282521 | Zig:23   | Lost mutation: You have a somewhat thin skeletal structure.
                  | (Dex +2, Stealth+) [potion of mutation]
282521 | Zig:23   | Lost mutation: Your muscles are strong. (Str +4, Int/Dex
                  | -1) [potion of mutation]
282521 | Zig:23   | Gained mutation: You occasionally shout uncontrollably at
                  | your foes. [potion of mutation]
282521 | Zig:23   | Gained mutation: Your body sometimes deteriorates upon
                  | taking damage. [potion of mutation]
282521 | Zig:23   | Gained mutation: You possess an exceptional clarity of
                  | mind. [potion of mutation]
282522 | Zig:23   | Lost mutation: You possess an exceptional clarity of mind.
                  | [potion of mutation]
282522 | Zig:23   | Lost mutation: Your body sometimes deteriorates upon taking
                  | damage. [potion of mutation]
282522 | Zig:23   | Lost mutation: You have very sharp teeth. [potion of
                  | mutation]
282522 | Zig:23   | Gained mutation: You possess an exceptional clarity of
                  | mind. [potion of mutation]
282523 | Zig:23   | Lost mutation: You occasionally shout uncontrollably at
                  | your foes. [potion of mutation]
282523 | Zig:23   | Lost mutation: You possess an exceptional clarity of mind.
                  | [potion of mutation]
282523 | Zig:23   | Gained mutation: You occasionally lose the ability to drink
                  | potions when taking damage. [potion of mutation]
282523 | Zig:23   | Gained mutation: You are weak. (Str -2) [potion of
                  | mutation]
282523 | Zig:23   | Gained mutation: You are very weak. (Str -4) [potion of
                  | mutation]
282523 | Zig:23   | Lost mutation: You are very weak. (Str -4) [potion of
                  | mutation]
282524 | Zig:23   | Lost mutation: You occasionally lose the ability to drink
                  | potions when taking damage. [potion of mutation]
282524 | Zig:23   | Lost mutation: You are weak. (Str -2) [potion of mutation]
282524 | Zig:23   | Gained mutation: You are partially covered in large bone
                  | plates. (SH +4) [potion of mutation]
282524 | Zig:23   | Gained mutation: Your mind is acute. (Int +4, Str/Dex -1)
                  | [potion of mutation]
282524 | Zig:23   | Gained mutation: You possess an exceptional clarity of
                  | mind. [potion of mutation]
282525 | Zig:23   | Lost mutation: You possess an exceptional clarity of mind.
                  | [potion of mutation]
282525 | Zig:23   | Lost mutation: You are partially covered in large bone
                  | plates. (SH +4) [potion of mutation]
282525 | Zig:23   | Lost mutation: Your mind is acute. (Int +4, Str/Dex -1)
                  | [potion of mutation]
282525 | Zig:23   | Gained mutation: You expend magic power (3 MP) to
                  | strengthen your wands. [potion of mutation]
282525 | Zig:23   | Gained mutation: Your magical capacity is low. (-10% MP)
                  | [potion of mutation]
282525 | Zig:23   | Gained mutation: You are agile. (Dex +4, Str/Int -1)
                  | [potion of mutation]
282526 | Zig:23   | Lost mutation: Your magical capacity is low. (-10% MP)
                  | [potion of mutation]
282526 | Zig:23   | Lost mutation: You are agile. (Dex +4, Str/Int -1) [potion
                  | of mutation]
282526 | Zig:23   | Lost mutation: You expend magic power (3 MP) to strengthen
                  | your wands. [potion of mutation]
282526 | Zig:23   | Gained mutation: You are frail. (-10% HP) [potion of
                  | mutation]
282526 | Zig:23   | Gained mutation: You are clumsy. (Dex -2) [potion of
                  | mutation]
282526 | Zig:23   | Gained mutation: You occasionally lose the ability to read
                  | scrolls when taking damage. [potion of mutation]
282527 | Zig:23   | Lost mutation: You are clumsy. (Dex -2) [potion of
                  | mutation]
282527 | Zig:23   | Lost mutation: You occasionally lose the ability to read
                  | scrolls when taking damage. [potion of mutation]
282527 | Zig:23   | Lost mutation: You are frail. (-10% HP) [potion of
                  | mutation]
282527 | Zig:23   | Gained mutation: You have sharp toenails. [potion of
                  | mutation]
282527 | Zig:23   | Gained mutation: You possess an exceptional clarity of
                  | mind. [potion of mutation]
282528 | Zig:23   | Lost mutation: You possess an exceptional clarity of mind.
                  | [potion of mutation]
282528 | Zig:23   | Lost mutation: You have sharp toenails. [potion of
                  | mutation]
282528 | Zig:23   | Gained mutation: You have hidden genetic potential. [potion
                  | of mutation]
282528 | Zig:23   | Gained mutation: You occasionally shout uncontrollably at
                  | your foes. [potion of mutation]
282528 | Zig:23   | Lost mutation: You have hidden genetic potential. [potion
                  | of mutation]
282528 | Zig:23   | Gained mutation: Your flesh is cold resistant. (rC+)
                  | [potion of mutation]
282529 | Zig:23   | Lost mutation: Your flesh is cold resistant. (rC+) [potion
                  | of mutation]
282529 | Zig:23   | Lost mutation: You occasionally shout uncontrollably at
                  | your foes. [potion of mutation]
282529 | Zig:23   | Gained mutation: You are weak. (Str -2) [potion of
                  | mutation]
282530 | Zig:23   | Lost mutation: You are weak. (Str -2) [potion of mutation]
282530 | Zig:23   | Gained mutation: Your mind is acute. (Int +4, Str/Dex -1)
                  | [potion of mutation]
282531 | Zig:23   | Lost mutation: Your mind is acute. (Int +4, Str/Dex -1)
                  | [potion of mutation]
282531 | Zig:23   | Gained mutation: You passively map a small area around you.
                  | [potion of mutation]
282531 | Zig:23   | Gained mutation: You are dopey. (Int -2) [potion of
                  | mutation]
282531 | Zig:23   | Gained mutation: You have sharp toenails. [potion of
                  | mutation]
282532 | Zig:23   | Lost mutation: You are dopey. (Int -2) [potion of mutation]
282532 | Zig:23   | Lost mutation: You have sharp toenails. [potion of
                  | mutation]
282532 | Zig:23   | Lost mutation: You passively map a small area around you.
                  | [potion of mutation]
282532 | Zig:23   | Gained mutation: You occasionally shout uncontrollably at
                  | your foes. [potion of mutation]
282533 | Zig:23   | Lost mutation: You occasionally shout uncontrollably at
                  | your foes. [potion of mutation]
282533 | Zig:23   | Gained mutation: You have hidden genetic potential. [potion
                  | of mutation]
282533 | Zig:23   | Gained mutation: Your spells are a little harder to cast,
                  | but a little more powerful. [potion of mutation]
282533 | Zig:23   | Gained mutation: Your muscles are strong. (Str +4, Int/Dex
                  | -1) [potion of mutation]
282534 | Zig:23   | Lost mutation: Your muscles are strong. (Str +4, Int/Dex
                  | -1) [potion of mutation]
282534 | Zig:23   | Lost mutation: You have hidden genetic potential. [potion
                  | of mutation]
282534 | Zig:23   | Lost mutation: Your spells are a little harder to cast, but
                  | a little more powerful. [potion of mutation]
282534 | Zig:23   | Gained mutation: Your flesh is cold resistant. (rC+)
                  | [potion of mutation]
282534 | Zig:23   | Gained mutation: You have an increased reservoir of magic.
                  | (+10% MP) [potion of mutation]
282534 | Zig:23   | Gained mutation: You are weak. (Str -2) [potion of
                  | mutation]
282535 | Zig:23   | Lost mutation: You are weak. (Str -2) [potion of mutation]
282535 | Zig:23   | Lost mutation: You have an increased reservoir of magic.
                  | (+10% MP) [potion of mutation]
282535 | Zig:23   | Lost mutation: Your flesh is cold resistant. (rC+) [potion
                  | of mutation]
282535 | Zig:23   | Gained mutation: You are clumsy. (Dex -2) [potion of
                  | mutation]
282535 | Zig:23   | Gained mutation: Your flesh is cold resistant. (rC+)
                  | [potion of mutation]
282535 | Zig:23   | Gained mutation: You have sharp toenails. [potion of
                  | mutation]
282536 | Zig:23   | Lost mutation: You have sharp toenails. [potion of
                  | mutation]
282536 | Zig:23   | Lost mutation: You are clumsy. (Dex -2) [potion of
                  | mutation]
282536 | Zig:23   | Gained mutation: Armour fits poorly on your strangely
                  | shaped body. [potion of mutation]
282536 | Zig:23   | Gained mutation: You have sharp toenails. [potion of
                  | mutation]
282536 | Zig:23   | Gained mutation: You expend magic power (3 MP) to
                  | strengthen your wands. [potion of mutation]
282537 | Zig:23   | Lost mutation: Your flesh is cold resistant. (rC+) [potion
                  | of mutation]
282537 | Zig:23   | Lost mutation: You have sharp toenails. [potion of
                  | mutation]
282537 | Zig:23   | Lost mutation: Armour fits poorly on your strangely shaped
                  | body. [potion of mutation]
282537 | Zig:23   | Gained mutation: You have a somewhat thin skeletal
                  | structure. (Dex +2, Stealth+) [potion of mutation]
282537 | Zig:23   | Gained mutation: You are resistant to electric shocks.
                  | (rElec) [potion of mutation]
282538 | Zig:23   | Lost mutation: You are resistant to electric shocks.
                  | (rElec) [potion of mutation]
282538 | Zig:23   | Lost mutation: You have a somewhat thin skeletal structure.
                  | (Dex +2, Stealth+) [potion of mutation]
282538 | Zig:23   | Gained mutation: You are dopey. (Int -2) [potion of
                  | mutation]
282538 | Zig:23   | Gained mutation: You do not regenerate when monsters are
                  | visible. [potion of mutation]
282538 | Zig:23   | Gained mutation: You are very dopey. (Int -4) [potion of
                  | mutation]
282539 | Zig:23   | Lost mutation: You expend magic power (3 MP) to strengthen
                  | your wands. [potion of mutation]
282539 | Zig:23   | Lost mutation: You are very dopey. (Int -4) [potion of
                  | mutation]
282539 | Zig:23   | Gained mutation: You possess an exceptional clarity of
                  | mind. [potion of mutation]
282539 | Zig:23   | Gained mutation: You have sharp toenails. [potion of
                  | mutation]
282540 | Zig:23   | Lost mutation: You do not regenerate when monsters are
                  | visible. [potion of mutation]
282540 | Zig:23   | Lost mutation: You possess an exceptional clarity of mind.
                  | [potion of mutation]
282540 | Zig:23   | Lost mutation: You are dopey. (Int -2) [potion of mutation]
282540 | Zig:23   | Gained mutation: You have hidden genetic defects. [potion
                  | of mutation]
282541 | Zig:23   | Lost mutation: You have sharp toenails. [potion of
                  | mutation]
282541 | Zig:23   | Lost mutation: You have hidden genetic defects. [potion of
                  | mutation]
282541 | Zig:23   | Gained mutation: You passively dampen the noise of your
                  | surroundings. [potion of mutation]
282541 | Zig:23   | Gained mutation: You passively map a small area around you.
                  | [potion of mutation]
282542 | Zig:23   | Lost mutation: You passively map a small area around you.
                  | [potion of mutation]
282542 | Zig:23   | Lost mutation: You passively dampen the noise of your
                  | surroundings. [potion of mutation]
282542 | Zig:23   | Gained mutation: Your body sometimes deteriorates upon
                  | taking damage. [potion of mutation]
282542 | Zig:23   | Gained mutation: You possess an exceptional clarity of
                  | mind. [potion of mutation]
282543 | Zig:23   | Lost mutation: You possess an exceptional clarity of mind.
                  | [potion of mutation]
282543 | Zig:23   | Lost mutation: Your body sometimes deteriorates upon taking
                  | damage. [potion of mutation]
282543 | Zig:23   | Gained mutation: Your body sometimes deteriorates upon
                  | taking damage. [potion of mutation]
282543 | Zig:23   | Gained mutation: You possess an exceptional clarity of
                  | mind. [potion of mutation]
282544 | Zig:23   | Lost mutation: Your body sometimes deteriorates upon taking
                  | damage. [potion of mutation]
282544 | Zig:23   | Lost mutation: You possess an exceptional clarity of mind.
                  | [potion of mutation]
282544 | Zig:23   | Gained mutation: You are vulnerable to cold. (rC-) [potion
                  | of mutation]
282544 | Zig:23   | Gained mutation: Your muscles are strong. (Str +4, Int/Dex
                  | -1) [potion of mutation]
282545 | Zig:23   | Lost mutation: You are vulnerable to cold. (rC-) [potion of
                  | mutation]
282545 | Zig:23   | Lost mutation: Your muscles are strong. (Str +4, Int/Dex
                  | -1) [potion of mutation]
282545 | Zig:23   | Gained mutation: You occasionally shout uncontrollably at
                  | your foes. [potion of mutation]
282545 | Zig:23   | Gained mutation: You possess an exceptional clarity of
                  | mind. [potion of mutation]
282546 | Zig:23   | Lost mutation: You possess an exceptional clarity of mind.
                  | [potion of mutation]
282546 | Zig:23   | Lost mutation: You occasionally shout uncontrollably at
                  | your foes. [potion of mutation]
282546 | Zig:23   | Gained mutation: You occasionally lose the ability to read
                  | scrolls when taking damage. [potion of mutation]
282547 | Zig:23   | Lost mutation: You occasionally lose the ability to read
                  | scrolls when taking damage. [potion of mutation]
282547 | Zig:23   | Gained mutation: You do not regenerate when monsters are
                  | visible. [potion of mutation]
282547 | Zig:23   | Gained mutation: You are partially covered in large bone
                  | plates. (SH +4) [potion of mutation]
282548 | Zig:23   | Lost mutation: You are partially covered in large bone
                  | plates. (SH +4) [potion of mutation]
282548 | Zig:23   | Lost mutation: You do not regenerate when monsters are
                  | visible. [potion of mutation]
282548 | Zig:23   | Gained mutation: You expend magic power (3 MP) to
                  | strengthen your wands. [potion of mutation]
282548 | Zig:23   | Gained mutation: You are robust. (+10% HP) [potion of
                  | mutation]
282618 | Zig:24   | Entered Level 24 of a ziggurat
283414 | Zig:24   | Identified the +0 dagger of Instinct {antimagic, rElec}
283415 | Zig:24   | Identified the amulet "Netywoed" {*Corrode rC+ Regen+ SInv}
283416 | Zig:24   | Identified the +4 scale mail of the Evening {Will- Str+2
                  | Int+3 Dex+2}
283549 | Zig:24   | Identified the +1 whip "Jedwuplily" {venom, Drain rN+ Int+3
                  | Stlth+}
283551 | Zig:24   | Identified the +1 robe of Ethereal Freedom {rF- Str+3 SInv}
283556 | Zig:24   | Identified the staff of fire "Bepiergh" {rF+ SInv}
283560 | Zig:24   | Identified the ring "Onaun" {rPois rC+ Dex+3}
283604 | Zig:24   | Identified the amulet of Varash {RegenMP +Blink rN+}
283616 | Zig:24   | Identified the +1 fire dragon scales of the Gloaming {rPois
                  | rF++ rC- Will- rCorr Int+8}
283715 | Zig:25   | Entered Level 25 of a ziggurat
283757 | Zig:25   | Paralysed by accursed screaming for 2 turns
283774 | Zig:25   | Killed a starcursed mass
284008 | Zig:25   | Identified the +10 plate armour "Saistra" {Contam Harm
                  | Str+7 Dex-3}
284024 | Zig:25   | Identified the +10 shortbow of Victory {elec, rElec rN+
                  | Int+2}
284025 | Zig:25   | Identified the staff of poison "Xieke" {rPois rF++ rN+++
                  | rCorr Dex-4 Stlth+}
284026 | Zig:25   | Identified the +4 shortbow "Wobreh" {heavy, rElec rN+ Will+
                  | MP-9}
284035 | Zig:25   | Identified the +5 scale mail of Jocular Wonder {Int+5}
284036 | Zig:25   | Identified the +11 scimitar of Floral Expedience
                  | {antimagic, Str-2 Int+4}
284037 | Zig:25   | Identified the +7 halberd "Newtslayer" {holy, rPois}
284753 | Zig:25   | Identified the staff of fire "Sauwkya" {*Corrode rF+
                  | Will+++ Int+3}
284835 | Zig:26   | Entered Level 26 of a ziggurat
285585 | Zig:26   | Identified the +6 long sword "Tutudoc" {heavy, rPois rF-
                  | MP+9 SInv}
285635 | Zig:26   | Identified the staff of fire "Viarchear" {+Blink Fly rF+
                  | Int-4 Dex-4}
285644 | Zig:26   | Identified the +8 tower shield of the Untouchables {rC+ rN+
                  | Str+3 Dex+3}
285648 | Zig:26   | Identified the +3 rapier "Impbane" {flame, Int+3 Stlth+}
285652 | Zig:26   | Identified the +3 morningstar of the Leaping Visionary
                  | {holy, rPois Will+}
285654 | Zig:26   | Identified the +4 sling "Viliuntofu" {heavy, Stlth+}
285659 | Zig:26   | Identified the staff of conjuration "Higiz" {rN+ Str+3}
285667 | Zig:26   | Identified the staff of air "Emeli" {rElec rF++}
285673 | Zig:26   | Identified the ring "Hanu" {rN+ rCorr EV+5}
285677 | Zig:26   | Identified the +7 mace of Division {flame, rPois MP-9 SInv}
285685 | Zig:26   | Identified the staff of air "Vukitz" {rElec Str+2 Int+4}
285694 | Zig:26   | Identified the +4 scale mail of Vabol {Regen+ Str+2}
285697 | Zig:26   | Identified the +4 bardiche of Fragile Peace {flame, Fragile
                  | rF+++ Dex+4}
285717 | Zig:26   | Identified the staff of poison "Uliofat" {rPois Str+3
                  | Dex+3}
285729 | Zig:26   | Identified the +7 chain mail of the Heron {rElec Will-
                  | Stlth+}
285730 | Zig:26   | Identified the staff of cold "Vonukirch" {Fragile +Blink
                  | rC+ Will+}
285733 | Zig:26   | Identified the +5 trident "Sarcophage" {heavy, +Blink rF-
                  | rC+}
285735 | Zig:26   | Identified the staff of cold "Ogapn" {rC+ MP+9 Int+2}
285742 | Zig:26   | Identified the ring "Nushiata" {Fire Will++ rCorr Str-5}
285751 | Zig:26   | Identified the staff of cold "Keubraf" {Fragile rPois rC+
                  | Int+5}
285757 | Zig:26   | Identified the ring of Pyqouhe {rCorr Str+6}
285772 | Zig:26   | Identified the staff of cold "Cuinenka" {rPois rC+ Int+6}
285866 | Zig:27   | Entered Level 27 of a ziggurat
286135 | Zig:27   | Identified the amulet of Ru's Respect {Regen+ Int+3}
286139 | Zig:27   | Identified the ring of Teewnat {rPois rF+ MP+9 SInv}
286140 | Zig:27   | Identified the +3 mace of Cec Zoasch {drain, rC+ Str-5
                  | Dex+7}
286141 | Zig:27   | Identified the +10 scimitar of Royalism {heavy, rF+ MP-9
                  | Str+3}
286144 | Zig:27   | Identified the ring "Qun Mul" {+Blink rF- rCorr Str+8
                  | Dex-4}
286145 | Zig:27   | Identified the +3 long sword "Xiytunop" {drain, rCorr}
286148 | Zig:27   | Identified the +0 ring mail "Yptegefa" {rPois}
286176 | Zig:27   | Identified the +4 halberd of Rularidgh {antimagic, Dex+7}
286178 | Zig:27   | Identified the +1 hat "Sohus" {Int+3 Stlth+}
286200 | Zig:27   | Identified the +5 quarterstaff "Earthworm" {pain, rN+
                  | Str+6}
286202 | Zig:27   | Identified the ring "Teruk" {rF+ rC+ Str+2 Int+3 Stlth-}
286207 | Zig:27   | Identified the +3 hand axe "Arcanum" {spect, rElec}
286211 | Zig:27   | Identified the +6 scale mail "Igoiwk" {rC++ Int+3}
286213 | Zig:27   | Identified the +1 pair of gloves of the Nice God {rPois
                  | rN+++ Dex-4 Slay-6}
286216 | Zig:27   | Identified the staff of air "Xymef" {rElec Int+3}
286889 | Zig:27   | Identified the +1 quarterstaff of Canettijen {freeze, Fly
                  | Str+2}
286909 | Zig:27   | Identified the amulet of Porhy {RegenMP Dex+4}
286910 | Zig:27   | Identified the ring of Maaded {rF+ Int+6 Dex+3}
287023 | Zig:1    | Entered Level 1 of a ziggurat
287023 | Zig:1    | Noticed Geskusk the pandemonium lord
287023 | Zig:1    | Noticed Itinauh the pandemonium lord
287023 | Zig:1    | Noticed Inloiv the pandemonium lord
287023 | Zig:1    | Noticed Waotim the pandemonium lord
287023 | Zig:1    | Noticed Moriv the pandemonium lord
287024 | Zig:1    | Killed Inloiv the pandemonium lord
287025 | Zig:1    | Killed Geskusk the pandemonium lord
287026 | Zig:1    | Killed Waotim the pandemonium lord
287026 | Zig:1    | Killed Itinauh the pandemonium lord
287029 | Zig:1    | Killed Moriv the pandemonium lord
287035 | Zig:2    | Entered Level 2 of a ziggurat
287043 | Zig:3    | Entered Level 3 of a ziggurat
287043 | Zig:3    | Noticed Hilouw the pandemonium lord
287043 | Zig:3    | Noticed Gifimes the pandemonium lord
287043 | Zig:3    | Noticed Cizeiske the pandemonium lord
287043 | Zig:3    | Noticed Efiol the pandemonium lord
287043 | Zig:3    | Noticed Ysoif the pandemonium lord
287043 | Zig:3    | Noticed Ufreisabb the pandemonium lord
287043 | Zig:3    | Noticed Vaqav the pandemonium lord
287043 | Zig:3    | Noticed Idwyog the pandemonium lord
287043 | Zig:3    | Noticed Kafrin the pandemonium lord
287043 | Zig:3    | Noticed Haet the pandemonium lord
287043 | Zig:3    | Noticed Vagginnuefe the pandemonium lord
287043 | Zig:3    | Noticed Suurom the pandemonium lord
287046 | Zig:3    | Killed Haet the pandemonium lord
287046 | Zig:3    | Killed Vagginnuefe the pandemonium lord
287046 | Zig:3    | Killed Gifimes the pandemonium lord
287047 | Zig:3    | Killed Idwyog the pandemonium lord
287047 | Zig:3    | Killed Hilouw the pandemonium lord
287047 | Zig:3    | Killed Vaqav the pandemonium lord
287047 | Zig:3    | Killed Kafrin the pandemonium lord
287047 | Zig:3    | Killed Ysoif the pandemonium lord
287048 | Zig:3    | Killed Suurom the pandemonium lord
287048 | Zig:3    | Killed Ufreisabb the pandemonium lord
287049 | Zig:3    | Killed Cizeiske the pandemonium lord
287049 | Zig:3    | Killed Efiol the pandemonium lord
287266 | Zig:4    | Entered Level 4 of a ziggurat
287266 | Zig:4    | Noticed a juggernaut
287266 | Zig:4    | Noticed a juggernaut
287266 | Zig:4    | Noticed a juggernaut
287266 | Zig:4    | Noticed a juggernaut
287266 | Zig:4    | Noticed a juggernaut
287266 | Zig:4    | Noticed a juggernaut
287266 | Zig:4    | Noticed a juggernaut
287266 | Zig:4    | Noticed a juggernaut
287266 | Zig:4    | Noticed a juggernaut
287266 | Zig:4    | Noticed a juggernaut
287266 | Zig:4    | Noticed a juggernaut
287266 | Zig:4    | Noticed a juggernaut
287266 | Zig:4    | Noticed a juggernaut
287266 | Zig:4    | Noticed a juggernaut
287268 | Zig:4    | Killed a juggernaut
287269 | Zig:4    | Killed a juggernaut
287269 | Zig:4    | Killed a juggernaut
287269 | Zig:4    | Killed a juggernaut
287269 | Zig:4    | Killed a juggernaut
287270 | Zig:4    | Killed a juggernaut
287270 | Zig:4    | Killed a juggernaut
287270 | Zig:4    | Killed a juggernaut
287270 | Zig:4    | Killed a juggernaut
287270 | Zig:4    | Killed a juggernaut
287271 | Zig:4    | Killed a juggernaut
287271 | Zig:4    | Killed a juggernaut
287271 | Zig:4    | Killed a juggernaut
287271 | Zig:4    | Killed a juggernaut
287453 | Zig:4    | Identified the +6 war axe of Peril {venom, Str+2}
287457 | Zig:4    | Identified the ring of Bilejei {*Slow +Blink rN+++ Str+5
                  | Int+6}
287486 | Zig:5    | Entered Level 5 of a ziggurat
287770 | Zig:6    | Entered Level 6 of a ziggurat
287787 | Zig:7    | Entered Level 7 of a ziggurat
287787 | Zig:7    | Noticed a dread lich
287787 | Zig:7    | Noticed a dread lich
287787 | Zig:7    | Noticed an ancient lich
287787 | Zig:7    | Noticed a dread lich
287787 | Zig:7    | Noticed an ancient lich
287787 | Zig:7    | Noticed a dread lich
287787 | Zig:7    | Noticed an ancient lich
287787 | Zig:7    | Noticed an ancient lich
287787 | Zig:7    | Noticed an ancient lich
287787 | Zig:7    | Noticed a dread lich
287787 | Zig:7    | Noticed an ancient lich
287787 | Zig:7    | Noticed a dread lich
287787 | Zig:7    | Noticed a dread lich
287787 | Zig:7    | Noticed an ancient lich
287787 | Zig:7    | Noticed an ancient lich
287787 | Zig:7    | Noticed an ancient lich
287787 | Zig:7    | Noticed an ancient lich
287787 | Zig:7    | Noticed an ancient lich
287787 | Zig:7    | Noticed a dread lich
287787 | Zig:7    | Noticed an ancient lich
287788 | Zig:7    | Killed an ancient lich
287788 | Zig:7    | Killed an ancient lich
287788 | Zig:7    | Killed a dread lich
287788 | Zig:7    | Killed a dread lich
287788 | Zig:7    | Killed a dread lich
287788 | Zig:7    | Killed an ancient lich
287788 | Zig:7    | Killed a dread lich
287789 | Zig:7    | Killed an ancient lich
287789 | Zig:7    | Killed an ancient lich
287789 | Zig:7    | Killed an ancient lich
287789 | Zig:7    | Killed an ancient lich
287789 | Zig:7    | Killed an ancient lich
287789 | Zig:7    | Killed an ancient lich
287789 | Zig:7    | Killed a dread lich
287789 | Zig:7    | Killed an ancient lich
287789 | Zig:7    | Killed a dread lich
287789 | Zig:7    | Killed a dread lich
287789 | Zig:7    | Noticed a dread lich
287789 | Zig:7    | Noticed an ancient lich
287790 | Zig:7    | Noticed an ancient lich
287790 | Zig:7    | Killed an ancient lich
287790 | Zig:7    | Killed a dread lich
287790 | Zig:7    | Killed an ancient lich
287791 | Zig:7    | Killed an ancient lich
287791 | Zig:7    | Killed an ancient lich
287791 | Zig:7    | Noticed an ancient lich
287792 | Zig:7    | Noticed an ancient lich
287792 | Zig:7    | Noticed an ancient lich
287794 | Zig:7    | Noticed a dread lich
287794 | Zig:7    | Noticed an ancient lich
287795 | Zig:7    | Noticed an ancient lich
287797 | Zig:7    | Killed an ancient lich
287797 | Zig:7    | Killed a dread lich
287797 | Zig:7    | Killed an ancient lich
287798 | Zig:7    | Killed an ancient lich
287798 | Zig:7    | Killed an ancient lich
287799 | Zig:7    | Killed a dread lich
287799 | Zig:7    | Killed an ancient lich
287884 | Zig:7    | Identified the +3 plate armour "Xaulos" {Dex+3}
288093 | Zig:8    | Entered Level 8 of a ziggurat
288105 | Zig:8    | Identified the amulet "Jumoo" {Reflect rC+ rN+ SH+5 Stlth+}
288111 | Zig:9    | Entered Level 9 of a ziggurat
288111 | Zig:9    | Noticed a juggernaut
288111 | Zig:9    | Noticed a juggernaut
288111 | Zig:9    | Noticed a juggernaut
288111 | Zig:9    | Noticed a juggernaut
288111 | Zig:9    | Noticed a juggernaut
288112 | Zig:9    | Killed a juggernaut
288112 | Zig:9    | Killed a juggernaut
288112 | Zig:9    | Killed a juggernaut
288113 | Zig:9    | Noticed a juggernaut
288114 | Zig:9    | Killed a juggernaut
288115 | Zig:9    | Noticed a juggernaut
288115 | Zig:9    | Killed a juggernaut
288118 | Zig:9    | Noticed a juggernaut
288121 | Zig:9    | Killed a juggernaut
288128 | Zig:9    | Killed a juggernaut
288134 | Zig:9    | Killed a juggernaut
288653 | Zig:10   | Entered Level 10 of a ziggurat
288669 | Zig:10   | Identified the staff of cold "Hyheotub" {rF++ rC+ Dex+3}
288673 | Zig:11   | Entered Level 11 of a ziggurat
288673 | Zig:11   | Noticed an orb of fire
288673 | Zig:11   | Noticed an orb of fire
288673 | Zig:11   | Noticed an orb of fire
288673 | Zig:11   | Noticed an orb of fire
288673 | Zig:11   | Noticed an orb of fire
288673 | Zig:11   | Noticed an orb of fire
288673 | Zig:11   | Noticed an orb of fire
288673 | Zig:11   | Noticed an orb of fire
288673 | Zig:11   | Noticed an orb of fire
288676 | Zig:11   | Noticed an orb of fire
288676 | Zig:11   | Noticed an orb of fire
288676 | Zig:11   | Noticed an orb of fire
288676 | Zig:11   | Noticed an orb of fire
288676 | Zig:11   | Noticed an orb of fire
288676 | Zig:11   | Noticed an orb of fire
288677 | Zig:11   | Noticed an orb of fire
288677 | Zig:11   | Noticed an orb of fire
288677 | Zig:11   | Noticed an orb of fire
288677 | Zig:11   | Noticed an orb of fire
288677 | Zig:11   | Noticed an orb of fire
288678 | Zig:11   | Killed an orb of fire
288678 | Zig:11   | Noticed an orb of fire
288679 | Zig:11   | Killed an orb of fire
288679 | Zig:11   | Killed an orb of fire
288679 | Zig:11   | Killed an orb of fire
288679 | Zig:11   | Killed an orb of fire
288679 | Zig:11   | Killed an orb of fire
288679 | Zig:11   | Killed an orb of fire
288679 | Zig:11   | Killed an orb of fire
288679 | Zig:11   | Killed an orb of fire
288679 | Zig:11   | Noticed an orb of fire
288679 | Zig:11   | Noticed an orb of fire
288679 | Zig:11   | Noticed an orb of fire
288679 | Zig:11   | Noticed an orb of fire
288680 | Zig:11   | Killed an orb of fire
288680 | Zig:11   | Killed an orb of fire
288680 | Zig:11   | Killed an orb of fire
288680 | Zig:11   | Killed an orb of fire
288680 | Zig:11   | Killed an orb of fire
288680 | Zig:11   | Killed an orb of fire
288680 | Zig:11   | Killed an orb of fire
288680 | Zig:11   | Noticed an orb of fire
288680 | Zig:11   | Noticed an orb of fire
288681 | Zig:11   | Noticed an orb of fire
288681 | Zig:11   | Killed an orb of fire
288681 | Zig:11   | Killed an orb of fire
288681 | Zig:11   | Killed an orb of fire
288681 | Zig:11   | Noticed an orb of fire
288682 | Zig:11   | Noticed an orb of fire
288682 | Zig:11   | Killed an orb of fire
288682 | Zig:11   | Killed an orb of fire
288682 | Zig:11   | Noticed an orb of fire
288683 | Zig:11   | Killed an orb of fire
288683 | Zig:11   | Noticed an orb of fire
288685 | Zig:11   | Noticed an orb of fire
288685 | Zig:11   | Noticed an orb of fire
288685 | Zig:11   | Noticed an orb of fire
288686 | Zig:11   | Killed an orb of fire
288686 | Zig:11   | Killed an orb of fire
288686 | Zig:11   | Killed an orb of fire
288686 | Zig:11   | Killed an orb of fire
288686 | Zig:11   | Noticed an orb of fire
288686 | Zig:11   | Noticed an orb of fire
288687 | Zig:11   | Killed an orb of fire
288687 | Zig:11   | Killed an orb of fire
288687 | Zig:11   | Noticed an orb of fire
288687 | Zig:11   | Noticed an orb of fire
288688 | Zig:11   | Noticed an orb of fire
288688 | Zig:11   | Killed an orb of fire
288688 | Zig:11   | Killed an orb of fire
288688 | Zig:11   | Killed an orb of fire
288688 | Zig:11   | Killed an orb of fire
288688 | Zig:11   | Noticed an orb of fire
288688 | Zig:11   | Noticed an orb of fire
288688 | Zig:11   | Noticed an orb of fire
288688 | Zig:11   | Noticed an orb of fire
288689 | Zig:11   | Killed an orb of fire
288689 | Zig:11   | Noticed an orb of fire
288693 | Zig:11   | Killed an orb of fire
288694 | Zig:11   | Killed an orb of fire
288694 | Zig:11   | Killed an orb of fire
288694 | Zig:11   | Killed an orb of fire
288694 | Zig:11   | Noticed an orb of fire
288694 | Zig:11   | Noticed an orb of fire
288697 | Zig:11   | Noticed an orb of fire
288698 | Zig:11   | Killed an orb of fire
288698 | Zig:11   | Killed an orb of fire
288698 | Zig:11   | Killed an orb of fire
288698 | Zig:11   | Killed an orb of fire
288698 | Zig:11   | Killed an orb of fire
288698 | Zig:11   | Noticed an orb of fire
288699 | Zig:11   | Noticed an orb of fire
288699 | Zig:11   | Killed an orb of fire
288700 | Zig:11   | Noticed an orb of fire
288700 | Zig:11   | Killed an orb of fire
288700 | Zig:11   | Noticed an orb of fire
288701 | Zig:11   | Killed an orb of fire
288701 | Zig:11   | Killed an orb of fire
288701 | Zig:11   | Killed an orb of fire
288702 | Zig:11   | Killed an orb of fire
288703 | Zig:11   | Killed an orb of fire
288705 | Zig:11   | Killed an orb of fire
288705 | Zig:11   | Killed an orb of fire
288707 | Zig:11   | Killed an orb of fire
289055 | Zig:11   | Identified the ring "Igillopt" {*Slow rElec Dex+6 Slay+3
                  | SInv}
289074 | Zig:11   | Identified the +7 glaive of Superiority {venom, rC+}
289144 | Zig:12   | Entered Level 12 of a ziggurat
289144 | Zig:12   | Noticed a dread lich
289145 | Zig:12   | Killed a dread lich
289146 | Zig:12   | Noticed an ancient lich
289150 | Zig:12   | Noticed an ancient lich
289151 | Zig:12   | Killed an ancient lich
289152 | Zig:12   | Killed an ancient lich
289152 | Zig:12   | Noticed an ancient lich
289154 | Zig:12   | Noticed an ancient lich
289155 | Zig:12   | Noticed a dread lich
289155 | Zig:12   | Noticed a dread lich
289156 | Zig:12   | Killed an ancient lich
289163 | Zig:12   | Noticed an ancient lich
289165 | Zig:12   | Killed a dread lich
289165 | Zig:12   | Killed a dread lich
289165 | Zig:12   | Killed an ancient lich
289170 | Zig:12   | Killed an ancient lich
289194 | Zig:12   | Identified the +2 robe of Negation {rF+ rCorr}
289588 | Zig:12   | Identified the amulet "Baops" {Reflect rPois SH+5}
289592 | Zig:12   | Identified the +5 rapier of Sudderph {heavy, Str+7 Dex-4}
289601 | Zig:12   | Identified the +3 battleaxe of Arbitration {heavy, Fly rC++
                  | Str-4 SInv}
289603 | Zig:12   | Identified the +10 flail "Aveyt" {venom, rF+ Int+3 Dex+3
                  | Stlth+}
289617 | Zig:12   | Identified the staff of cold "Wykycw" {rPois rC+ Stlth+}
289618 | Zig:12   | Identified the +7 scimitar "Giant's Peril" {freeze, Will+
                  | Str+3}
289620 | Zig:12   | Identified the staff of earth "Qoaj" {rPois Str+5}
289691 | Zig:13   | Entered Level 13 of a ziggurat
289699 | Zig:13   | Paralysed by an air elemental for 1 turns
289712 | Zig:14   | Entered Level 14 of a ziggurat
289712 | Zig:14   | Noticed an ancient lich
289713 | Zig:14   | Killed an ancient lich
289718 | Zig:14   | Noticed an ancient lich
289718 | Zig:14   | Killed an ancient lich
289720 | Zig:14   | Noticed a dread lich
289724 | Zig:14   | Noticed a dread lich
289725 | Zig:14   | Killed a dread lich
289729 | Zig:14   | Killed a dread lich
289744 | Zig:14   | Noticed an ancient lich
289744 | Zig:14   | Noticed a dread lich
289747 | Zig:14   | Killed a dread lich
289748 | Zig:14   | Killed an ancient lich
290208 | Zig:14   | Identified the staff of cold "Deaph" {Fragile rC+ Will+
                  | rCorr Int+3}
290261 | Zig:14   | Identified the +9 scale mail of the Blind Marksman {Dex+2
                  | Slay+2}
290264 | Zig:14   | Identified the ring "Lekhli Hyezov" {rC- rCorr EV+5 Slay+2}
290274 | Zig:14   | Identified the +1 leather armour of Entitlement {rN+ Str+4}
290335 | Zig:15   | Entered Level 15 of a ziggurat
290611 | Zig:15   | Identified the amulet "Acuol" {Faith Str+6}
290615 | Zig:15   | Identified the ring "Boevus" {rPois rCorr Int+5}
290617 | Zig:15   | Identified the +2 broad axe "Huurr" {flame, rN++ rCorr
                  | Str-2 Stlth+}
290623 | Zig:15   | Identified the +2 dagger of the Forgotten Moons {heavy,
                  | Int+2 Dex+2}
290630 | Zig:15   | Identified the +5 scale mail "Oriadduckuo" {rF+}
290643 | Zig:15   | Identified the +3 quarterstaff "Bifahina" {pain, Drain rF+
                  | Will+ Dex+3}
290645 | Zig:15   | Identified the staff of cold "Wimoiv" {rPois rC+ Str-2
                  | Int+5}
290647 | Zig:15   | Identified the staff of cold "Tayttio" {rC+ rCorr}
290653 | Zig:15   | Identified the +4 ring mail of Qereovou {rPois rN+}
290657 | Zig:15   | Identified the +1 robe of Lamol {rElec rN++ Str+3 Int-5}
291002 | Zig:16   | Entered Level 16 of a ziggurat
291002 | Zig:16   | Noticed a royal mummy
291002 | Zig:16   | Noticed a royal mummy
291002 | Zig:16   | Noticed a royal mummy
291002 | Zig:16   | Noticed a royal mummy
291002 | Zig:16   | Noticed a royal mummy
291002 | Zig:16   | Noticed a royal mummy
291002 | Zig:16   | Noticed a royal mummy
291002 | Zig:16   | Noticed a royal mummy
291002 | Zig:16   | Noticed a royal mummy
291002 | Zig:16   | Noticed a royal mummy
291002 | Zig:16   | Noticed a royal mummy
291002 | Zig:16   | Noticed a royal mummy
291002 | Zig:16   | Noticed a royal mummy
291002 | Zig:16   | Noticed a royal mummy
291003 | Zig:16   | Killed a royal mummy
291003 | Zig:16   | Killed a royal mummy
291003 | Zig:16   | Killed a royal mummy
291003 | Zig:16   | Killed a royal mummy
291003 | Zig:16   | Killed a royal mummy
291003 | Zig:16   | Killed a royal mummy
291003 | Zig:16   | Killed a royal mummy
291003 | Zig:16   | Killed a royal mummy
291003 | Zig:16   | Killed a royal mummy
291003 | Zig:16   | Killed a royal mummy
291003 | Zig:16   | Killed a royal mummy
291003 | Zig:16   | Noticed a royal mummy
291003 | Zig:16   | Noticed a royal mummy
291004 | Zig:16   | Noticed a royal mummy
291005 | Zig:16   | Killed a royal mummy
291005 | Zig:16   | Killed a royal mummy
291005 | Zig:16   | Noticed a royal mummy
291005 | Zig:16   | Noticed a royal mummy
291006 | Zig:16   | Noticed a royal mummy
291006 | Zig:16   | Noticed a royal mummy
291006 | Zig:16   | Noticed a royal mummy
291006 | Zig:16   | Killed a royal mummy
291006 | Zig:16   | Noticed an ancient lich
291006 | Zig:16   | Noticed a royal mummy
291007 | Zig:16   | Killed a royal mummy
291007 | Zig:16   | Killed a royal mummy
291007 | Zig:16   | Killed a royal mummy
291007 | Zig:16   | Killed a royal mummy
291008 | Zig:16   | Noticed a royal mummy
291008 | Zig:16   | Killed a royal mummy
291008 | Zig:16   | Killed a royal mummy
291008 | Zig:16   | Noticed a royal mummy
291009 | Zig:16   | Noticed a royal mummy
291009 | Zig:16   | Noticed a royal mummy
291009 | Zig:16   | Noticed a royal mummy
291009 | Zig:16   | Noticed a royal mummy
291010 | Zig:16   | Killed a royal mummy
291010 | Zig:16   | Killed a royal mummy
291010 | Zig:16   | Killed a royal mummy
291010 | Zig:16   | Killed a royal mummy
291011 | Zig:16   | Noticed a royal mummy
291011 | Zig:16   | Noticed a royal mummy
291011 | Zig:16   | Noticed a royal mummy
291011 | Zig:16   | Noticed a royal mummy
291012 | Zig:16   | Noticed a royal mummy
291012 | Zig:16   | Noticed a royal mummy
291012 | Zig:16   | Noticed a royal mummy
291012 | Zig:16   | Noticed a royal mummy
291012 | Zig:16   | Noticed a royal mummy
291013 | Zig:16   | Killed a royal mummy
291013 | Zig:16   | Killed a royal mummy
291013 | Zig:16   | Killed a royal mummy
291013 | Zig:16   | Killed a royal mummy
291013 | Zig:16   | Killed a royal mummy
291013 | Zig:16   | Killed a royal mummy
291013 | Zig:16   | Killed a royal mummy
291013 | Zig:16   | Killed a royal mummy
291013 | Zig:16   | Noticed a royal mummy
291014 | Zig:16   | Noticed a royal mummy
291014 | Zig:16   | Noticed a royal mummy
291014 | Zig:16   | Noticed a royal mummy
291014 | Zig:16   | Noticed a royal mummy
291014 | Zig:16   | Noticed a royal mummy
291014 | Zig:16   | Noticed a royal mummy
291014 | Zig:16   | Noticed a royal mummy
291015 | Zig:16   | Killed a royal mummy
291015 | Zig:16   | Killed a royal mummy
291015 | Zig:16   | Killed a royal mummy
291015 | Zig:16   | Killed a royal mummy
291015 | Zig:16   | Killed a royal mummy
291015 | Zig:16   | Killed a royal mummy
291015 | Zig:16   | Noticed a royal mummy
291016 | Zig:16   | Killed a royal mummy
291016 | Zig:16   | Killed an ancient lich
291016 | Zig:16   | Killed a royal mummy
291016 | Zig:16   | Killed a royal mummy
291016 | Zig:16   | Killed a royal mummy
291016 | Zig:16   | Killed a royal mummy
291016 | Zig:16   | Noticed a royal mummy
291017 | Zig:16   | Noticed a royal mummy
291018 | Zig:16   | Killed a royal mummy
291018 | Zig:16   | Noticed a royal mummy
291019 | Zig:16   | Killed a royal mummy
291020 | Zig:16   | Killed a royal mummy
291020 | Zig:16   | Killed a royal mummy
291020 | Zig:16   | Killed a royal mummy
291020 | Zig:16   | Killed a royal mummy
291020 | Zig:16   | Noticed a royal mummy
291021 | Zig:16   | Noticed a royal mummy
291021 | Zig:16   | Noticed a royal mummy
291021 | Zig:16   | Noticed a royal mummy
291024 | Zig:16   | Noticed a royal mummy
291025 | Zig:16   | Noticed a royal mummy
291026 | Zig:16   | Killed a royal mummy
291026 | Zig:16   | Killed a royal mummy
291026 | Zig:16   | Killed a royal mummy
291026 | Zig:16   | Noticed a royal mummy
291027 | Zig:16   | Noticed a royal mummy
291027 | Zig:16   | Noticed a royal mummy
291028 | Zig:16   | Killed a royal mummy
291028 | Zig:16   | Killed a royal mummy
291029 | Zig:16   | Noticed a royal mummy
291030 | Zig:16   | Killed a royal mummy
291031 | Zig:16   | Killed a royal mummy
291031 | Zig:16   | Killed a royal mummy
291031 | Zig:16   | Noticed a royal mummy
291032 | Zig:16   | Killed a royal mummy
291032 | Zig:16   | Killed a royal mummy
291034 | Zig:16   | Killed a royal mummy
291034 | Zig:16   | Killed a royal mummy
291704 | Zig:16   | Identified the staff of fire "Uhycaitt" {rF+ rC+ rN+}
291705 | Zig:16   | Identified the +5 rapier "Goblinbane" {venom, rF- rN+++
                  | Str+4 Dex+3}
291711 | Zig:16   | Identified the staff of cold "Hovvux" {rF+ rC+ SInv}
291712 | Zig:16   | Identified the ring of Kieneino {Will+ rCorr}
291715 | Zig:16   | Identified the +8 short sword "Lyaffy" {pain, Str+3 Stlth+}
291718 | Zig:16   | Identified the +2 pair of boots of the Clean God {Rampage
                  | rElec rPois Int-5}
291808 | Zig:17   | Entered Level 17 of a ziggurat
291826 | Zig:17   | Identified the +3 robe of Heresy {Int+5}
291828 | Zig:17   | Identified the +1 pair of boots "Niuci" {Str+2}
292012 | Zig:17   | Identified the staff of poison "Buapneyh" {Contam rElec
                  | rPois Int+5}
292030 | Zig:17   | Identified the staff of air "Kudeustiemn" {Contam rElec rF+
                  | MP+9 Int+4}
292040 | Zig:17   | Identified the +3 leather armour of the Lumpy Runes {rN++
                  | MP+9 Dex+3}
292048 | Zig:17   | Identified the +2 flail "Ogre's Death Toll" {speed, rPois
                  | rN+ Int+5 Dex-3}
292052 | Zig:17   | Identified the staff of air "Gaus" {rElec rF+ Dex+3}
292069 | Zig:17   | Identified the +8 shortbow "Luot" {flame, rF+ Int+3}
292075 | Zig:17   | Identified the ring of the Iron Devil {Dex+6 Stlth+}
292076 | Zig:17   | Identified the quicksilver dragon scales "Bisymob" {rC++
                  | Will+ Int+6 Slay-2}
292105 | Zig:17   | Identified the +6 quarterstaff "Xyraw" {elec, Will++}
292121 | Zig:17   | Identified the +1 plate armour of the Chupacabra {Will+
                  | Str+5 Stlth+}
292538 | Zig:18   | Entered Level 18 of a ziggurat
292542 | Zig:18   | Noticed Patodutt the pandemonium lord
292542 | Zig:18   | Noticed Wuirrure the pandemonium lord
292542 | Zig:18   | Noticed Gianerra the pandemonium lord
292542 | Zig:18   | Noticed Ziefe the pandemonium lord
292542 | Zig:18   | Noticed Jyucoy the pandemonium lord
292542 | Zig:18   | Noticed Guepow the pandemonium lord
292542 | Zig:18   | Noticed Poun the pandemonium lord
292542 | Zig:18   | Noticed Mumm the pandemonium lord
292543 | Zig:18   | Noticed Ypteah the pandemonium lord
292544 | Zig:18   | Noticed Pajahu the pandemonium lord
292545 | Zig:18   | Noticed Lalut the pandemonium lord
292545 | Zig:18   | Killed Guepow the pandemonium lord
292545 | Zig:18   | Noticed Qaiklyth the pandemonium lord
292545 | Zig:18   | Noticed Ypneubb the pandemonium lord
292545 | Zig:18   | Noticed Jalafuzo the pandemonium lord
292546 | Zig:18   | Noticed Lynger the pandemonium lord
292546 | Zig:18   | Killed Gianerra the pandemonium lord
292546 | Zig:18   | Noticed Linuor the pandemonium lord
292546 | Zig:18   | Noticed Zeer the pandemonium lord
292547 | Zig:18   | Noticed Laythrom the pandemonium lord
292547 | Zig:18   | Killed Zeer the pandemonium lord
292547 | Zig:18   | Killed Jalafuzo the pandemonium lord
292547 | Zig:18   | Killed Pajahu the pandemonium lord
292548 | Zig:18   | Killed Lynger the pandemonium lord
292548 | Zig:18   | Killed Ypteah the pandemonium lord
292548 | Zig:18   | Killed Patodutt the pandemonium lord
292548 | Zig:18   | Killed Jyucoy the pandemonium lord
292548 | Zig:18   | Noticed Lemeof the pandemonium lord
292548 | Zig:18   | Noticed Acsityj the pandemonium lord
292548 | Zig:18   | Noticed Icop the pandemonium lord
292549 | Zig:18   | Killed Ziefe the pandemonium lord
292549 | Zig:18   | Killed Mumm the pandemonium lord
292549 | Zig:18   | Killed Poun the pandemonium lord
292549 | Zig:18   | Paralysed by you for 2 turns
292549 | Zig:18   | Killed Wuirrure the pandemonium lord
292549 | Zig:18   | Noticed Wearghume the pandemonium lord
292549 | Zig:18   | Noticed Zyduing the pandemonium lord
292549 | Zig:18   | Noticed Alatif the pandemonium lord
292549 | Zig:18   | Noticed Ymevu the pandemonium lord
292549 | Zig:18   | Noticed Jioxzueh the pandemonium lord
292549 | Zig:18   | Noticed Gaal the pandemonium lord
292549 | Zig:18   | Noticed Souhat the pandemonium lord
292549 | Zig:18   | Noticed Foeramem the pandemonium lord
292550 | Zig:18   | Killed Laythrom the pandemonium lord
292550 | Zig:18   | Noticed Qosofall the pandemonium lord
292550 | Zig:18   | Noticed Zeboth the pandemonium lord
292550 | Zig:18   | Noticed Tiduse the pandemonium lord
292551 | Zig:18   | Noticed Hytog the pandemonium lord
292551 | Zig:18   | Noticed Wonai the pandemonium lord
292551 | Zig:18   | Killed Qaiklyth the pandemonium lord
292551 | Zig:18   | Noticed Dyugheta the pandemonium lord
292551 | Zig:18   | Noticed Yrecvof the pandemonium lord
292551 | Zig:18   | Noticed Ydun the pandemonium lord
292552 | Zig:18   | Noticed Maidudd the pandemonium lord
292552 | Zig:18   | Noticed Binlesch the pandemonium lord
292552 | Zig:18   | Noticed Jestrig the pandemonium lord
292552 | Zig:18   | Noticed Qastroang the pandemonium lord
292553 | Zig:18   | Noticed Rucikhidgh the pandemonium lord
292553 | Zig:18   | Killed Lemeof the pandemonium lord
292553 | Zig:18   | Killed Linuor the pandemonium lord
292553 | Zig:18   | Noticed Nogejiceh the pandemonium lord
292554 | Zig:18   | Noticed Loitylod the pandemonium lord
292554 | Zig:18   | Noticed Ochit the pandemonium lord
292555 | Zig:18   | Noticed Riarerr Deco the pandemonium lord
292555 | Zig:18   | Noticed Xivaumup the pandemonium lord
292556 | Zig:18   | Killed Gaal the pandemonium lord
292556 | Zig:18   | Noticed Puywaon the pandemonium lord
292556 | Zig:18   | Noticed Atzajugg the pandemonium lord
292557 | Zig:18   | Noticed Immudish the pandemonium lord
292557 | Zig:18   | Noticed Eskag the pandemonium lord
292558 | Zig:18   | Killed Jioxzueh the pandemonium lord
292558 | Zig:18   | Killed Ydun the pandemonium lord
292558 | Zig:18   | Killed Icop the pandemonium lord
292558 | Zig:18   | Killed Foeramem the pandemonium lord
292558 | Zig:18   | Killed Qastroang the pandemonium lord
292558 | Zig:18   | Noticed Ikhloe the pandemonium lord
292558 | Zig:18   | Noticed Bedor the pandemonium lord
292558 | Zig:18   | Noticed Axkedwox the pandemonium lord
292559 | Zig:18   | Killed Rucikhidgh the pandemonium lord
292559 | Zig:18   | Killed Maidudd the pandemonium lord
292559 | Zig:18   | Killed Binlesch the pandemonium lord
292559 | Zig:18   | Killed Ymevu the pandemonium lord
292559 | Zig:18   | Killed Zeboth the pandemonium lord
292559 | Zig:18   | Noticed Gyty the pandemonium lord
292559 | Zig:18   | Noticed Qagonin the pandemonium lord
292560 | Zig:18   | Noticed Onkurr the pandemonium lord
292560 | Zig:18   | Killed Lalut the pandemonium lord
292560 | Zig:18   | Killed Loitylod the pandemonium lord
292560 | Zig:18   | Killed Alatif the pandemonium lord
292560 | Zig:18   | Killed Riarerr Deco the pandemonium lord
292560 | Zig:18   | Killed Acsityj the pandemonium lord
292560 | Zig:18   | Killed Atzajugg the pandemonium lord
292560 | Zig:18   | Killed Wearghume the pandemonium lord
292560 | Zig:18   | Noticed Goceefimp the pandemonium lord
292560 | Zig:18   | Noticed Yhaepaimuw the pandemonium lord
292560 | Zig:18   | Noticed Foore the pandemonium lord
292560 | Zig:18   | Noticed Ymok the pandemonium lord
292560 | Zig:18   | Noticed Penad the pandemonium lord
292561 | Zig:18   | Noticed Bebeed the pandemonium lord
292561 | Zig:18   | Noticed Qion the pandemonium lord
292561 | Zig:18   | Noticed Yqattu the pandemonium lord
292561 | Zig:18   | Noticed Heshrus the pandemonium lord
292561 | Zig:18   | Noticed Runuek the pandemonium lord
292562 | Zig:18   | Killed Xivaumup the pandemonium lord
292562 | Zig:18   | Killed Nogejiceh the pandemonium lord
292562 | Zig:18   | Killed Zyduing the pandemonium lord
292562 | Zig:18   | Noticed Xaphuyf the pandemonium lord
292563 | Zig:18   | Noticed Timeic the pandemonium lord
292563 | Zig:18   | Noticed Wasos the pandemonium lord
292563 | Zig:18   | Killed Jestrig the pandemonium lord
292563 | Zig:18   | Killed Ypneubb the pandemonium lord
292563 | Zig:18   | Killed Dyugheta the pandemonium lord
292563 | Zig:18   | Noticed Soreduu the pandemonium lord
292563 | Zig:18   | Noticed Geted the pandemonium lord
292564 | Zig:18   | Noticed Vius the pandemonium lord
292564 | Zig:18   | Killed Yrecvof the pandemonium lord
292564 | Zig:18   | Killed Eskag the pandemonium lord
292564 | Zig:18   | Killed Puywaon the pandemonium lord
292564 | Zig:18   | Killed Tiduse the pandemonium lord
292565 | Zig:18   | Killed Wonai the pandemonium lord
292565 | Zig:18   | Killed Qion the pandemonium lord
292565 | Zig:18   | Killed Yqattu the pandemonium lord
292565 | Zig:18   | Killed Bebeed the pandemonium lord
292565 | Zig:18   | Killed Hytog the pandemonium lord
292565 | Zig:18   | Killed Axkedwox the pandemonium lord
292565 | Zig:18   | Killed Souhat the pandemonium lord
292565 | Zig:18   | Noticed Suex the pandemonium lord
292565 | Zig:18   | Noticed Zuynt the pandemonium lord
292566 | Zig:18   | Noticed Podeune the pandemonium lord
292566 | Zig:18   | Killed Ymok the pandemonium lord
292566 | Zig:18   | Killed Qosofall the pandemonium lord
292566 | Zig:18   | Killed Yhaepaimuw the pandemonium lord
292566 | Zig:18   | Killed Onkurr the pandemonium lord
292566 | Zig:18   | Killed Timeic the pandemonium lord
292566 | Zig:18   | Noticed Contoym the pandemonium lord
292566 | Zig:18   | Noticed Xaoddyux the pandemonium lord
292566 | Zig:18   | Noticed Apleuf the pandemonium lord
292566 | Zig:18   | Noticed Rofuimu the pandemonium lord
292567 | Zig:18   | Killed Soreduu the pandemonium lord
292567 | Zig:18   | Killed Goceefimp the pandemonium lord
292567 | Zig:18   | Killed Bedor the pandemonium lord
292567 | Zig:18   | Killed Vius the pandemonium lord
292567 | Zig:18   | Killed Geted the pandemonium lord
292567 | Zig:18   | Killed Gyty the pandemonium lord
292567 | Zig:18   | Killed Immudish the pandemonium lord
292567 | Zig:18   | Noticed Kuryxump the pandemonium lord
292567 | Zig:18   | Noticed Legrukem the pandemonium lord
292568 | Zig:18   | Noticed Asigiygu the pandemonium lord
292568 | Zig:18   | Noticed Urirch the pandemonium lord
292568 | Zig:18   | Noticed Adishrath the pandemonium lord
292568 | Zig:18   | Killed Wasos the pandemonium lord
292568 | Zig:18   | Killed Xaphuyf the pandemonium lord
292568 | Zig:18   | Killed Podeune the pandemonium lord
292568 | Zig:18   | Killed Rofuimu the pandemonium lord
292568 | Zig:18   | Killed Foore the pandemonium lord
292569 | Zig:18   | Noticed Luciocol the pandemonium lord
292569 | Zig:18   | Killed Penad the pandemonium lord
292569 | Zig:18   | Killed Qagonin the pandemonium lord
292569 | Zig:18   | Killed Kuryxump the pandemonium lord
292569 | Zig:18   | Killed Ikhloe the pandemonium lord
292569 | Zig:18   | Killed Zuynt the pandemonium lord
292569 | Zig:18   | Noticed Dumoif the pandemonium lord
292570 | Zig:18   | Noticed Qotufet the pandemonium lord
292570 | Zig:18   | Killed Xaoddyux the pandemonium lord
292570 | Zig:18   | Killed Runuek the pandemonium lord
292570 | Zig:18   | Killed Ochit the pandemonium lord
292570 | Zig:18   | Noticed Pomuif the pandemonium lord
292570 | Zig:18   | Noticed Ucunlauh the pandemonium lord
292570 | Zig:18   | Noticed Amix the pandemonium lord
292570 | Zig:18   | Noticed Galuxemp the pandemonium lord
292571 | Zig:18   | Noticed Zojoc the pandemonium lord
292572 | Zig:18   | Noticed Ixtaj the pandemonium lord
292572 | Zig:18   | Noticed Jumoapug the pandemonium lord
292572 | Zig:18   | Noticed Sosaadate the pandemonium lord
292572 | Zig:18   | Noticed Nohev the pandemonium lord
292572 | Zig:18   | Noticed Gasaxkiu the pandemonium lord
292572 | Zig:18   | Noticed Alonufa the pandemonium lord
292572 | Zig:18   | Noticed Ruun the pandemonium lord
292573 | Zig:18   | Noticed Sun Howk the pandemonium lord
292573 | Zig:18   | Noticed Deaniong the pandemonium lord
292573 | Zig:18   | Noticed Qoulut the pandemonium lord
292573 | Zig:18   | Noticed Plog the pandemonium lord
292573 | Zig:18   | Noticed Buapi the pandemonium lord
292573 | Zig:18   | Noticed Ylaxesme the pandemonium lord
292573 | Zig:18   | Noticed Bomu the pandemonium lord
292573 | Zig:18   | Noticed Agant the pandemonium lord
292573 | Zig:18   | Noticed Yrewiesch the pandemonium lord
292573 | Zig:18   | Noticed Gebrib the pandemonium lord
292573 | Zig:18   | Noticed Daomay the pandemonium lord
292573 | Zig:18   | Noticed Erphos the pandemonium lord
292573 | Zig:18   | Noticed Naek the pandemonium lord
292573 | Zig:18   | Noticed Ekhatorgh the pandemonium lord
292573 | Zig:18   | Noticed Syra the pandemonium lord
292573 | Zig:18   | Noticed Ynwa Doamu the pandemonium lord
292573 | Zig:18   | Noticed Gosmuym the pandemonium lord
292573 | Zig:18   | Noticed Sodyw the pandemonium lord
292573 | Zig:18   | Noticed Wowajajiur the pandemonium lord
292573 | Zig:18   | Noticed Doko the pandemonium lord
292573 | Zig:18   | Noticed Forghyid the pandemonium lord
292573 | Zig:18   | Noticed Iduof the pandemonium lord
292573 | Zig:18   | Noticed Fimyolia the pandemonium lord
292573 | Zig:18   | Noticed Acyrerui the pandemonium lord
292573 | Zig:18   | Noticed Xeur the pandemonium lord
292576 | Zig:18   | Killed Adishrath the pandemonium lord
292577 | Zig:18   | Killed Galuxemp the pandemonium lord
292577 | Zig:18   | Killed Amix the pandemonium lord
292577 | Zig:18   | Killed Luciocol the pandemonium lord
292577 | Zig:18   | Killed Jumoapug the pandemonium lord
292577 | Zig:18   | Killed Legrukem the pandemonium lord
292579 | Zig:18   | Noticed Riuseg the pandemonium lord
292580 | Zig:18   | Killed Asigiygu the pandemonium lord
292580 | Zig:18   | Killed Nohev the pandemonium lord
292581 | Zig:18   | Killed Contoym the pandemonium lord
292581 | Zig:18   | Killed Gasaxkiu the pandemonium lord
292581 | Zig:18   | Noticed Unaosid the pandemonium lord
292582 | Zig:18   | Killed Pomuif the pandemonium lord
292583 | Zig:18   | Killed Sosaadate the pandemonium lord
292583 | Zig:18   | Killed Suex the pandemonium lord
292583 | Zig:18   | Killed Ruun the pandemonium lord
292583 | Zig:18   | Killed Buapi the pandemonium lord
292584 | Zig:18   | Killed Urirch the pandemonium lord
292587 | Zig:18   | Killed Ucunlauh the pandemonium lord
292587 | Zig:18   | Killed Apleuf the pandemonium lord
292587 | Zig:18   | Killed Alonufa the pandemonium lord
292587 | Zig:18   | Killed Unaosid the pandemonium lord
292587 | Zig:18   | Killed Erphos the pandemonium lord
292587 | Zig:18   | Killed Plog the pandemonium lord
292588 | Zig:18   | Noticed Moergh the pandemonium lord
292588 | Zig:18   | Noticed Matoqen the pandemonium lord
292589 | Zig:18   | Killed Acyrerui the pandemonium lord
292589 | Zig:18   | Killed Ynwa Doamu the pandemonium lord
292589 | Zig:18   | Killed Qotufet the pandemonium lord
292589 | Zig:18   | Killed Deaniong the pandemonium lord
292590 | Zig:18   | Killed Riuseg the pandemonium lord
292590 | Zig:18   | Killed Dumoif the pandemonium lord
292590 | Zig:18   | Killed Ylaxesme the pandemonium lord
292590 | Zig:18   | Killed Syra the pandemonium lord
292590 | Zig:18   | Killed Xeur the pandemonium lord
292590 | Zig:18   | Killed Doko the pandemonium lord
292591 | Zig:18   | Noticed Zauwy the pandemonium lord
292592 | Zig:18   | Noticed Qoaceleh the pandemonium lord
292592 | Zig:18   | Noticed Fanaemah the pandemonium lord
292593 | Zig:18   | Killed Agant the pandemonium lord
292593 | Zig:18   | Noticed Fuefuatu the pandemonium lord
292594 | Zig:18   | Killed Sodyw the pandemonium lord
292594 | Zig:18   | Killed Moergh the pandemonium lord
292594 | Zig:18   | Noticed Xijap the pandemonium lord
292595 | Zig:18   | Noticed Muxyt the pandemonium lord
292596 | Zig:18   | Noticed Ygezash the pandemonium lord
292597 | Zig:18   | Killed Sun Howk the pandemonium lord
292597 | Zig:18   | Killed Matoqen the pandemonium lord
292597 | Zig:18   | Killed Forghyid the pandemonium lord
292597 | Zig:18   | Killed Zojoc the pandemonium lord
292597 | Zig:18   | Killed Bomu the pandemonium lord
292597 | Zig:18   | Noticed Jeruag the pandemonium lord
292597 | Zig:18   | Noticed Rege the pandemonium lord
292597 | Zig:18   | Noticed Epnoegreogom the pandemonium lord
292597 | Zig:18   | Noticed Buluedgh the pandemonium lord
292598 | Zig:18   | Noticed Cacutik the pandemonium lord
292598 | Zig:18   | Killed Gosmuym the pandemonium lord
292598 | Zig:18   | Noticed Tuck the pandemonium lord
292598 | Zig:18   | Noticed Jesix Wabb the pandemonium lord
292598 | Zig:18   | Noticed Sonkevvo the pandemonium lord
292599 | Zig:18   | Killed Fimyolia the pandemonium lord
292599 | Zig:18   | Killed Daomay the pandemonium lord
292600 | Zig:18   | Killed Muxyt the pandemonium lord
292600 | Zig:18   | Killed Xijap the pandemonium lord
292600 | Zig:18   | Killed Wowajajiur the pandemonium lord
292600 | Zig:18   | Killed Qoulut the pandemonium lord
292600 | Zig:18   | Noticed Ewkedeep the pandemonium lord
292601 | Zig:18   | Killed Zauwy the pandemonium lord
292601 | Zig:18   | Killed Naek the pandemonium lord
292601 | Zig:18   | Killed Fanaemah the pandemonium lord
292601 | Zig:18   | Killed Qoaceleh the pandemonium lord
292601 | Zig:18   | Killed Jesix Wabb the pandemonium lord
292601 | Zig:18   | Killed Ygezash the pandemonium lord
292603 | Zig:18   | Killed Tuck the pandemonium lord
292604 | Zig:18   | Killed Jeruag the pandemonium lord
292604 | Zig:18   | Killed Sonkevvo the pandemonium lord
292604 | Zig:18   | Killed Cacutik the pandemonium lord
292604 | Zig:18   | Killed Ekhatorgh the pandemonium lord
292604 | Zig:18   | Killed Ewkedeep the pandemonium lord
292604 | Zig:18   | Noticed Qysucom the pandemonium lord
292604 | Zig:18   | Noticed Sitiad the pandemonium lord
292604 | Zig:18   | Noticed Hidoq the pandemonium lord
292605 | Zig:18   | Killed Rege the pandemonium lord
292605 | Zig:18   | Killed Gebrib the pandemonium lord
292605 | Zig:18   | Killed Ixtaj the pandemonium lord
292605 | Zig:18   | Killed Iduof the pandemonium lord
292605 | Zig:18   | Killed Buluedgh the pandemonium lord
292607 | Zig:18   | Killed Qysucom the pandemonium lord
292607 | Zig:18   | Killed Hidoq the pandemonium lord
292607 | Zig:18   | Killed Epnoegreogom the pandemonium lord
292607 | Zig:18   | Noticed Humonk the pandemonium lord
292608 | Zig:18   | Noticed Nepnuh the pandemonium lord
292608 | Zig:18   | Noticed Zeju the pandemonium lord
292608 | Zig:18   | Noticed Qut Pin the pandemonium lord
292608 | Zig:18   | Noticed Ziafoz the pandemonium lord
292611 | Zig:18   | Killed Sitiad the pandemonium lord
292611 | Zig:18   | Killed Qut Pin the pandemonium lord
292611 | Zig:18   | Killed Heshrus the pandemonium lord
292612 | Zig:18   | Noticed Rudgheny the pandemonium lord
292612 | Zig:18   | Killed Zeju the pandemonium lord
292612 | Zig:18   | Killed Humonk the pandemonium lord
292614 | Zig:18   | Killed Rudgheny the pandemonium lord
292614 | Zig:18   | Noticed Iluvohob the pandemonium lord
292616 | Zig:18   | Killed Nepnuh the pandemonium lord
292616 | Zig:18   | Killed Ziafoz the pandemonium lord
292621 | Zig:18   | Noticed Ticyusaga the pandemonium lord
292627 | Zig:18   | Killed Iluvohob the pandemonium lord
292631 | Zig:18   | Killed Ticyusaga the pandemonium lord
292633 | Zig:18   | Killed Yrewiesch the pandemonium lord
292643 | Zig:18   | Killed Fuefuatu the pandemonium lord
292965 | Zig:18   | Identified the +1 arbalest "Qycvipli" {freeze, rF+ Int+3}
292973 | Zig:18   | Identified the +3 plate armour of the Sun {rC++ Stlth+}
292976 | Zig:18   | Identified the ring of Ameokirumi {Ice Will++ Int+2 Dex-3
                  | Slay+2}
292985 | Zig:18   | Identified the +4 dagger "Wischohing" {venom, *Rage rPois
                  | rN+ Dex+10}
292986 | Zig:18   | Identified the +3 rapier of Acyulyffo {flame, rCorr}
293162 | Zig:19   | Entered Level 19 of a ziggurat
293460 | Zig:19   | Identified the staff of poison "Yxeucw" {rPois Dex+2}
293470 | Zig:19   | Identified the +4 shortbow of the Lumpy Tusks {flame,
                  | Contam +Blink Int+3}
293473 | Zig:19   | Identified the staff of earth "Tiwkill" {rN++}
293474 | Zig:19   | Identified the +7 morningstar of Salt {freeze, rPois rF-
                  | Str+3 SInv}
293482 | Zig:19   | Identified the amulet "Feome" {Acrobat Rampage rPois rF+
                  | rC+}
293488 | Zig:19   | Identified the +10 short sword of Ludeuc {drain, *Rage rN+
                  | SInv Stlth+}
293509 | Zig:19   | Identified the +1 morningstar of Youthful Indiscretion
                  | {distort, rElec Int+5}
293516 | Zig:19   | Identified the +7 hand axe "Zesy Ara" {freeze, rCorr}
293517 | Zig:19   | Identified the +7 morningstar "Hempidd" {freeze, Str+3}
293522 | Zig:19   | Identified the +12 whip "Nozizxus" {freeze, rElec rCorr}
293556 | Zig:19   | Identified the ring of Ephemeral Luck {rN+ Will+ Str+6
                  | Dex+3}
293557 | Zig:19   | Identified the +5 trident of Judgement {flame, rC+ Dex+3}
293559 | Zig:19   | Identified the +7 flail of Ytor Ycriukk {heavy, Dex+6}
293564 | Zig:19   | Identified the staff of poison "Mawau" {rPois Dex+4}
293574 | Zig:19   | Identified the staff of earth "Rausema" {rPois rN+ Int+3}
293584 | Zig:19   | Identified the +1 leather armour of Ruamumiq {rN+ Regen+
                  | rCorr Str-2}
293586 | Zig:19   | Identified the staff of fire "Ojyte" {rF+ Will+ MP+9}
294107 | Zig:20   | Entered Level 20 of a ziggurat
294120 | Zig:20   | Identified the +0 cloak of Okawaru's Envy {Rampage}
294124 | Zig:20   | Identified the ring "Ylaatuha" {rElec Int+6}
294128 | Zig:21   | Entered Level 21 of a ziggurat
294145 | Zig:21   | Noticed an ancient lich
294147 | Zig:21   | Killed an ancient lich
294178 | Zig:21   | Paralysed by accursed screaming for 1 turns
294201 | Zig:21   | Killed a starcursed mass
294427 | Zig:21   | Identified the +2 cloak of Panentheism {Int+7}
294428 | Zig:21   | Identified the +2 shortbow of Unpleasantness {drain, Dex+3
                  | Stlth+}
294436 | Zig:21   | Identified the staff of cold "Qella" {rPois rC+ Str+2 Int-3
                  | Dex+5}
294447 | Zig:21   | Identified the staff of air "Ukke" {Fly rElec rC+}
294454 | Zig:21   | Identified the +5 scale mail of Odghifez {rPois rC- Str+4
                  | Dex+2}
294457 | Zig:21   | Identified the +1 chain mail "Axotum" {rPois rCorr Str+2}
294473 | Zig:21   | Identified the +0 scale mail "Pakhuo" {rElec rCorr Stlth+}
294477 | Zig:21   | Identified the ring of the Exiled Mystics {*Corrode +Blink
                  | MP+9 Str+6 Int+7}
295103 | Zig:22   | Entered Level 22 of a ziggurat
295163 | Zig:22   | Identified the +9 dagger of Noon {heavy, rC+ rN+ Str+3}
295786 | Zig:22   | Identified the staff of fire "Nitotint" {rF+ Int+2}
295800 | Zig:22   | Identified the +6 chain mail "Fepickan" {rC+ Int+4 SInv}
295814 | Zig:22   | Identified the staff of earth "Wener" {rElec rF+ Int-4
                  | SInv}
295820 | Zig:22   | Identified the ring of Costat {rC+ rCorr MP+9 Dex+4}
295824 | Zig:22   | Identified the +5 scimitar of Resourcefulness {flame, Str+2
                  | Int+4}
295843 | Zig:22   | Identified the +1 hat "Niysiv" {Fly rC+ Dex+4}
295847 | Zig:22   | Identified the +1 plate armour of Instinct {rPois rCorr
                  | Int-3}
295881 | Zig:22   | Identified the staff of conjuration "Kuzi" {Contam rPois
                  | Dex+6}
295971 | Zig:22   | Identified the ring "Baosuz" {rC+ rN+}
295981 | Zig:22   | Identified the +0 storm dragon scales "Bomextano" {rElec
                  | Slay+3 SInv}
296149 | Zig:22   | Learned a level 8 spell: Disjunction
296155 | Zig:23   | Entered Level 23 of a ziggurat
296645 | Zig:23   | Identified the staff of air "Lozonoykh" {rElec Dex+4}
296666 | Zig:23   | Identified the +0 scale mail of Avoaloi {rF- rC+ Str+2}
296683 | Zig:23   | Identified the ring "Fyeda Use" {rC+ Str+2 Int-5 Dex+3
                  | Stlth+}
296688 | Zig:23   | Identified the +12 trident of Dexafu {heavy, rPois rF++}
296706 | Zig:23   | Identified the +9 dagger "Undertaker" {protect, Will+
                  | Str+4}
296707 | Zig:23   | Identified the staff of earth "Tecifemiwe" {rPois}
296720 | Zig:23   | Identified the staff of fire "Qairuuq" {rF+ rC- Int+4
                  | Stlth+}
296732 | Zig:23   | Identified the ring "Iluy" {rN+ Dex+4}
296734 | Zig:23   | Identified the staff of death "Icuhabyick" {rF+ rN+ Int+3
                  | Stlth-}
296735 | Zig:23   | Identified the ring of the Nine Friars {rElec Will+ rCorr
                  | Str-4}
296910 | Zig:23   | Identified the +8 morningstar "Impiur" {heavy, rF+ Dex+4}
296913 | Zig:23   | Identified the staff of air "Vaiteunki" {Fly rElec MP+9}
296920 | Zig:23   | Identified the ring "Kugeh" {rElec SInv}
297158 | Zig:24   | Entered Level 24 of a ziggurat
297213 | Zig:24   | Paralysed by a floating eye for 3 turns
297920 | Zig:24   | Identified the +3 leather armour "Vymuc" {Rampage Regen+}
297924 | Zig:24   | Identified the +3 short sword "Zejycez" {pain, +Blink Fly
                  | rElec rF-}
297941 | Zig:24   | Identified the staff of air "Mit Qus" {rElec Int+2}
297965 | Zig:24   | Identified the +2 arbalest "Hydraslayer" {freeze, rElec
                  | Will+}
298087 | Zig:25   | Entered Level 25 of a ziggurat
298092 | Zig:25   | Noticed a dread lich
298093 | Zig:25   | Noticed a dread lich
298093 | Zig:25   | Noticed an ancient lich
298094 | Zig:25   | Noticed an ancient lich
298095 | Zig:25   | Killed an ancient lich
298096 | Zig:25   | Noticed a dread lich
298096 | Zig:25   | Noticed a dread lich
298096 | Zig:25   | Noticed a dread lich
298096 | Zig:25   | Noticed a dread lich
298097 | Zig:25   | Killed an ancient lich
298097 | Zig:25   | Killed a dread lich
298098 | Zig:25   | Noticed a dread lich
298098 | Zig:25   | Noticed an ancient lich
298098 | Zig:25   | Noticed an ancient lich
298099 | Zig:25   | Noticed a dread lich
298099 | Zig:25   | Killed a dread lich
298099 | Zig:25   | Killed a dread lich
298099 | Zig:25   | Killed a dread lich
298099 | Zig:25   | Killed a dread lich
298099 | Zig:25   | Noticed a dread lich
298100 | Zig:25   | Killed a dread lich
298100 | Zig:25   | Killed a dread lich
298100 | Zig:25   | Killed a dread lich
298100 | Zig:25   | Killed an ancient lich
298100 | Zig:25   | Killed an ancient lich
298101 | Zig:25   | Noticed an ancient lich
298101 | Zig:25   | Noticed a dread lich
298102 | Zig:25   | Noticed a dread lich
298102 | Zig:25   | Noticed an ancient lich
298102 | Zig:25   | Noticed an ancient lich
298103 | Zig:25   | Noticed an ancient lich
298103 | Zig:25   | Noticed a dread lich
298103 | Zig:25   | Noticed a dread lich
298103 | Zig:25   | Noticed an ancient lich
298103 | Zig:25   | Noticed a dread lich
298103 | Zig:25   | Noticed an ancient lich
298103 | Zig:25   | Noticed an ancient lich
298103 | Zig:25   | Noticed a dread lich
298103 | Zig:25   | Noticed an ancient lich
298104 | Zig:25   | Killed a dread lich
298104 | Zig:25   | Killed a dread lich
298104 | Zig:25   | Killed an ancient lich
298104 | Zig:25   | Killed an ancient lich
298104 | Zig:25   | Killed an ancient lich
298104 | Zig:25   | Killed an ancient lich
298104 | Zig:25   | Killed a dread lich
298104 | Zig:25   | Killed an ancient lich
298105 | Zig:25   | Noticed a dread lich
298105 | Zig:25   | Noticed an ancient lich
298105 | Zig:25   | Noticed a dread lich
298105 | Zig:25   | Noticed a dread lich
298105 | Zig:25   | Noticed an ancient lich
298106 | Zig:25   | Killed a dread lich
298106 | Zig:25   | Killed a dread lich
298106 | Zig:25   | Killed an ancient lich
298106 | Zig:25   | Killed a dread lich
298106 | Zig:25   | Killed a dread lich
298107 | Zig:25   | Noticed an ancient lich
298107 | Zig:25   | Noticed an ancient lich
298107 | Zig:25   | Noticed a dread lich
298107 | Zig:25   | Killed an ancient lich
298107 | Zig:25   | Noticed a dread lich
298107 | Zig:25   | Noticed an ancient lich
298107 | Zig:25   | Noticed an ancient lich
298108 | Zig:25   | Killed an ancient lich
298108 | Zig:25   | Killed a dread lich
298108 | Zig:25   | Killed a dread lich
298108 | Zig:25   | Killed an ancient lich
298108 | Zig:25   | Killed an ancient lich
298108 | Zig:25   | Killed an ancient lich
298109 | Zig:25   | Noticed a dread lich
298109 | Zig:25   | Noticed an ancient lich
298109 | Zig:25   | Killed an ancient lich
298110 | Zig:25   | Noticed a dread lich
298110 | Zig:25   | Noticed an ancient lich
298110 | Zig:25   | Noticed a dread lich
298110 | Zig:25   | Noticed an ancient lich
298111 | Zig:25   | Noticed an ancient lich
298111 | Zig:25   | Noticed a dread lich
298111 | Zig:25   | Noticed a dread lich
298112 | Zig:25   | Noticed an ancient lich
298112 | Zig:25   | Killed an ancient lich
298112 | Zig:25   | Killed a dread lich
298112 | Zig:25   | Killed an ancient lich
298112 | Zig:25   | Killed an ancient lich
298113 | Zig:25   | Killed a dread lich
298113 | Zig:25   | Killed a dread lich
298113 | Zig:25   | Killed an ancient lich
298113 | Zig:25   | Noticed an ancient lich
298114 | Zig:25   | Noticed an ancient lich
298114 | Zig:25   | Noticed an ancient lich
298114 | Zig:25   | Noticed a dread lich
298114 | Zig:25   | Noticed an ancient lich
298115 | Zig:25   | Killed a dread lich
298115 | Zig:25   | Killed an ancient lich
298115 | Zig:25   | Killed a dread lich
298115 | Zig:25   | Killed a dread lich
298115 | Zig:25   | Killed an ancient lich
298115 | Zig:25   | Killed a dread lich
298115 | Zig:25   | Killed an ancient lich
298115 | Zig:25   | Killed an ancient lich
298115 | Zig:25   | Killed an ancient lich
298115 | Zig:25   | Killed an ancient lich
298115 | Zig:25   | Killed a dread lich
298116 | Zig:25   | Noticed an ancient lich
298116 | Zig:25   | Noticed a dread lich
298116 | Zig:25   | Noticed a dread lich
298116 | Zig:25   | Noticed a dread lich
298116 | Zig:25   | Noticed an ancient lich
298116 | Zig:25   | Noticed an ancient lich
298117 | Zig:25   | Noticed an ancient lich
298117 | Zig:25   | Killed a dread lich
298117 | Zig:25   | Killed an ancient lich
298117 | Zig:25   | Killed an ancient lich
298117 | Zig:25   | Killed an ancient lich
298119 | Zig:25   | Noticed an ancient lich
298119 | Zig:25   | Noticed a dread lich
298119 | Zig:25   | Noticed an ancient lich
298119 | Zig:25   | Noticed a dread lich
298119 | Zig:25   | Noticed a dread lich
298120 | Zig:25   | Noticed a dread lich
298120 | Zig:25   | Noticed an ancient lich
298120 | Zig:25   | Noticed a dread lich
298121 | Zig:25   | Noticed an ancient lich
298122 | Zig:25   | Killed a dread lich
298122 | Zig:25   | Killed a dread lich
298122 | Zig:25   | Killed a dread lich
298122 | Zig:25   | Killed an ancient lich
298122 | Zig:25   | Killed an ancient lich
298122 | Zig:25   | Killed a dread lich
298122 | Zig:25   | Noticed an ancient lich
298123 | Zig:25   | Noticed a dread lich
298123 | Zig:25   | Noticed an ancient lich
298123 | Zig:25   | Noticed a dread lich
298123 | Zig:25   | Noticed an ancient lich
298123 | Zig:25   | Killed an ancient lich
298123 | Zig:25   | Noticed an ancient lich
298124 | Zig:25   | Noticed a dread lich
298124 | Zig:25   | Killed a dread lich
298124 | Zig:25   | Noticed an ancient lich
298124 | Zig:25   | Killed an ancient lich
298125 | Zig:25   | Noticed a dread lich
298126 | Zig:25   | Noticed an ancient lich
298126 | Zig:25   | Killed a dread lich
298126 | Zig:25   | Killed a dread lich
298126 | Zig:25   | Killed an ancient lich
298126 | Zig:25   | Killed an ancient lich
298126 | Zig:25   | Killed a dread lich
298126 | Zig:25   | Killed an ancient lich
298126 | Zig:25   | Killed an ancient lich
298126 | Zig:25   | Killed a dread lich
298126 | Zig:25   | Killed a dread lich
298126 | Zig:25   | Noticed an ancient lich
298127 | Zig:25   | Noticed an ancient lich
298130 | Zig:25   | Killed an ancient lich
298130 | Zig:25   | Killed a dread lich
298130 | Zig:25   | Killed an ancient lich
298130 | Zig:25   | Killed an ancient lich
298131 | Zig:25   | Killed an ancient lich
298131 | Zig:25   | Killed an ancient lich
298147 | Zig:25   | Noticed an ancient lich
298147 | Zig:25   | Noticed an ancient lich
298151 | Zig:25   | Killed a dread lich
298151 | Zig:25   | Killed an ancient lich
298151 | Zig:25   | Killed an ancient lich
298163 | Zig:25   | Killed an ancient lich
298167 | Zig:25   | Identified the +6 sling "Vidgh" {heavy, *Slow Fly Str+5}
298364 | Zig:25   | Identified the staff of earth "Gezxeinu" {rPois}
298376 | Zig:25   | Identified the +11 quarterstaff of Courage {flame, Str+3}
298387 | Zig:25   | Identified the staff of poison "Emitoc" {rPois Int+4
                  | Stlth+}
298405 | Zig:25   | Identified the +5 quarterstaff of Uria {elec, Dex+4}
298408 | Zig:25   | Identified the +6 plate armour of Toparuqa {Int+3}
298409 | Zig:25   | Identified the ring of Free Expression {Will+ Str+2}
298422 | Zig:25   | Identified the +10 arbalest "Suobrurgh" {speed, rN+ Int+4}
298443 | Zig:25   | Identified the staff of poison "Pivvam" {Drain rPois rF+
                  | rCorr Dex+5}
298459 | Zig:25   | Identified the +0 chain mail of Exclusion {rF+ Will++}
298467 | Zig:25   | Identified the +8 quarterstaff "Joet" {heavy, rPois}
298469 | Zig:25   | Identified the ring "Zawina" {Fly Will++ rCorr Int+4
                  | Slay+2}
298877 | Zig:25   | Identified the +7 mace "Quter" {venom, Fly rPois Will-}
298881 | Zig:25   | Identified the +5 morningstar of the Hammering Rat {heavy,
                  | rC+}
298981 | Zig:26   | Entered Level 26 of a ziggurat
299251 | Zig:26   | Identified the +6 quarterstaff "Exyz" {elec, Drain Int+6
                  | Stlth+}
299255 | Zig:26   | Identified the +4 helmet of a Billion Prophets {rF++ rN+
                  | Dex-2 Stlth+}
299288 | Zig:26   | Identified the +4 scale mail "Atwiuk" {rF+ SInv Stlth+}
299809 | Zig:26   | Identified the +0 ring mail of the Poles {rCorr}
299922 | Zig:26   | Identified the +2 robe of Conscience {rElec Int+2}
299924 | Zig:26   | Identified the +6 mace of the Firefly {freeze, rPois}
299951 | Zig:26   | Identified the ring of Urheupok {rCorr Str+6}
300102 | Zig:27   | Entered Level 27 of a ziggurat
300115 | Zig:27   | Identified the +10 tower shield "Uryf" {rF++ Int-5}
300117 | Zig:27   | Identified the +9 tower shield of Beauty {Rampage}
300129 | Zig:27   | Identified the +0 tower shield of the Arena {Will+ rCorr
                  | Str-5} (You took it off a daeva on level 27 of a ziggurat)
300160 | Zig:27   | Identified the +3 tower shield of Dithmenos's Pride {-Cast
                  | rElec rN++ rCorr}
300161 | Zig:27   | Identified the -2 tower shield "Paw Com" {Fly Int+7 Dex-2}
300163 | Zig:27   | Identified the +7 tower shield of Bad Feelings {rC+ Will+}
300164 | Zig:27   | Identified the +9 tower shield "Abiagir" {-Tele Dex+3
                  | Stlth+}
300168 | Zig:27   | Identified the +1 tower shield of Oblivion {rPois rC+}
300186 | Zig:27   | Identified the +0 tower shield of Whack-A-Mole {rPois}
300198 | Zig:27   | Identified the +0 tower shield of True Grit {Str+2}
300528 | Zig:27   | Identified the +2 tower shield of Asceticism {rPois rC-
                  | Will+++ Int+2} (You took it off a daeva on level 27 of a
                  | ziggurat)
300823 | Zig:27   | Identified the +1 halberd of the Sheltering Oracle {speed,
                  | rF+ rN+ Int-4}
300825 | Zig:27   | Identified the +5 scale mail of the Dropbear {rN+ Will+
                  | rCorr Dex-5}
300827 | Zig:27   | Identified the staff of fire "Zoxikkos" {rF+ Str+4 Dex+2}
300830 | Zig:27   | Identified the ring of Nifohepe {Str+2 Int+6}
300832 | Zig:27   | Identified the +4 sling of Blue Valour {drain, Int+3}
300849 | Zig:27   | Identified the +7 long sword "Aceucw" {pain, rC++ Will-
                  | Stlth+}
300853 | Zig:27   | Identified the +5 sling "Hugeheta" {drain, rF+}
300854 | Zig:27   | Identified the staff of air "Liyg" {rElec rF+++ rCorr Str-2
                  | Stlth+}
300855 | Zig:27   | Identified the staff of fire "Tash" {rPois rF+ rC++ Will+
                  | Str+2}
300858 | Zig:27   | Identified the +1 hand axe "Ycvesa" {flame, *Noise Fly
                  | Str+5 Int+3}
300859 | Zig:27   | Identified the +2 morningstar of Proximity {antimagic,
                  | rElec rF+ rN+}
300869 | Zig:27   | Identified the ring of Supha {rN+ Dex+7}
300884 | Zig:27   | Identified the ring "Ubaomiom" {Fire Contam rCorr Int+3}
300885 | Zig:27   | Identified the +4 great sword "Posyno" {freeze, rF+ rN+}
300886 | Zig:27   | Identified the +8 dagger of the Past {flame, rF+ Will+
                  | Dex+3}
300905 | Zig:27   | Identified the +4 falchion of Invincibility {venom, Int+3}
301013 | Zig:1    | Entered Level 1 of a ziggurat
301013 | Zig:1    | Noticed a juggernaut
301013 | Zig:1    | Noticed a juggernaut
301014 | Zig:1    | Killed a juggernaut
301014 | Zig:1    | Killed a juggernaut
301018 | Zig:2    | Entered Level 2 of a ziggurat
301018 | Zig:2    | Noticed Fucunk the pandemonium lord
301021 | Zig:2    | Killed Fucunk the pandemonium lord
301098 | Zig:2    | Identified the +10 lajatang "Demonslayer" {speed, rElec rC+
                  | Str+3 Dex+3}
301161 | Zig:3    | Entered Level 3 of a ziggurat
301161 | Zig:3    | Noticed Rorgheth the pandemonium lord
301161 | Zig:3    | Noticed Deffof the pandemonium lord
301161 | Zig:3    | Noticed Catet the pandemonium lord
301161 | Zig:3    | Noticed Seegi the pandemonium lord
301161 | Zig:3    | Noticed Amile the pandemonium lord
301161 | Zig:3    | Noticed Lolo the pandemonium lord
301161 | Zig:3    | Noticed Ykuett the pandemonium lord
301161 | Zig:3    | Noticed Veojac the pandemonium lord
301161 | Zig:3    | Noticed Pigeej the pandemonium lord
301161 | Zig:3    | Noticed Gyehaot the pandemonium lord
301161 | Zig:3    | Noticed Wivemo Ihaso the pandemonium lord
301161 | Zig:3    | Noticed Jigylel the pandemonium lord
301161 | Zig:3    | Noticed Taum the pandemonium lord
301161 | Zig:3    | Noticed Mecliori the pandemonium lord
301161 | Zig:3    | Noticed Dooxadde the pandemonium lord
301163 | Zig:3    | Killed Gyehaot the pandemonium lord
301164 | Zig:3    | Killed Wivemo Ihaso the pandemonium lord
301164 | Zig:3    | Killed Jigylel the pandemonium lord
301164 | Zig:3    | Killed Lolo the pandemonium lord
301164 | Zig:3    | Killed Deffof the pandemonium lord
301164 | Zig:3    | Killed Dooxadde the pandemonium lord
301164 | Zig:3    | Killed Mecliori the pandemonium lord
301165 | Zig:3    | Killed Amile the pandemonium lord
301165 | Zig:3    | Killed Taum the pandemonium lord
301165 | Zig:3    | Killed Catet the pandemonium lord
301165 | Zig:3    | Killed Pigeej the pandemonium lord
301165 | Zig:3    | Killed Veojac the pandemonium lord
301165 | Zig:3    | Killed Ykuett the pandemonium lord
301166 | Zig:3    | Killed Seegi the pandemonium lord
301170 | Zig:3    | Killed Rorgheth the pandemonium lord
301338 | Zig:4    | Entered Level 4 of a ziggurat
301347 | Zig:5    | Entered Level 5 of a ziggurat
301359 | Zig:6    | Entered Level 6 of a ziggurat
301753 | Zig:7    | Entered Level 7 of a ziggurat
301767 | Zig:8    | Entered Level 8 of a ziggurat
301795 | Zig:9    | Entered Level 9 of a ziggurat
301810 | Zig:9    | Noticed Damuaced the pandemonium lord
301813 | Zig:9    | Killed Damuaced the pandemonium lord
302086 | Zig:9    | Identified the +8 plate armour of the Pink Corner {rCorr
                  | Str+3 Dex-5}
302089 | Zig:9    | Identified the +6 chain mail "Nezuc" {SInv}
302094 | Zig:9    | Identified the staff of earth "Kaqu" {rC+}
302095 | Zig:9    | Identified the ring of Secrets {Fire Int+2}
302096 | Zig:9    | Identified the +4 morningstar of Maityud {freeze, Will+
                  | Dex+3 Stlth-}
302097 | Zig:9    | Identified the +3 chain mail of Melancholy {rN+ Will+ MP-9
                  | SInv}
302285 | Zig:10   | Entered Level 10 of a ziggurat
302302 | Zig:10   | Identified the +7 shortbow "Lyistratu" {freeze, rC+ Str-4
                  | Stlth+}
302307 | Zig:11   | Entered Level 11 of a ziggurat
302329 | Zig:11   | Noticed Lolonor the pandemonium lord
302333 | Zig:11   | Killed Lolonor the pandemonium lord
302739 | Zig:11   | Identified the staff of earth "Qolymom Raem" {rElec Str+3
                  | Int-5}
302745 | Zig:11   | Identified the +8 plate armour of Decaying Lucidity {Str+3
                  | Int+4}
302771 | Zig:12   | Entered Level 12 of a ziggurat
302771 | Zig:12   | Noticed a dread lich
302771 | Zig:12   | Noticed a dread lich
302771 | Zig:12   | Noticed a dread lich
302771 | Zig:12   | Noticed a dread lich
302771 | Zig:12   | Noticed a dread lich
302771 | Zig:12   | Noticed an ancient lich
302771 | Zig:12   | Noticed a dread lich
302771 | Zig:12   | Noticed a dread lich
302771 | Zig:12   | Noticed a dread lich
302771 | Zig:12   | Noticed a dread lich
302772 | Zig:12   | Killed a dread lich
302772 | Zig:12   | Killed a dread lich
302772 | Zig:12   | Killed a dread lich
302772 | Zig:12   | Killed a dread lich
302772 | Zig:12   | Killed a dread lich
302773 | Zig:12   | Killed a dread lich
302773 | Zig:12   | Killed an ancient lich
302773 | Zig:12   | Killed a dread lich
302773 | Zig:12   | Killed a dread lich
302773 | Zig:12   | Killed a dread lich
302773 | Zig:12   | Noticed an ancient lich
302773 | Zig:12   | Noticed an ancient lich
302773 | Zig:12   | Noticed an ancient lich
302773 | Zig:12   | Noticed an ancient lich
302774 | Zig:12   | Noticed an ancient lich
302774 | Zig:12   | Noticed an ancient lich
302774 | Zig:12   | Noticed a dread lich
302774 | Zig:12   | Noticed an ancient lich
302774 | Zig:12   | Noticed a dread lich
302774 | Zig:12   | Noticed a dread lich
302775 | Zig:12   | Noticed a dread lich
302775 | Zig:12   | Noticed a dread lich
302775 | Zig:12   | Killed an ancient lich
302775 | Zig:12   | Killed a dread lich
302775 | Zig:12   | Killed an ancient lich
302775 | Zig:12   | Killed an ancient lich
302775 | Zig:12   | Killed a dread lich
302775 | Zig:12   | Killed a dread lich
302775 | Zig:12   | Killed an ancient lich
302776 | Zig:12   | Noticed an ancient lich
302776 | Zig:12   | Noticed an ancient lich
302776 | Zig:12   | Noticed an ancient lich
302776 | Zig:12   | Noticed a dread lich
302776 | Zig:12   | Noticed an ancient lich
302777 | Zig:12   | Killed an ancient lich
302777 | Zig:12   | Killed an ancient lich
302777 | Zig:12   | Killed an ancient lich
302777 | Zig:12   | Killed a dread lich
302777 | Zig:12   | Killed an ancient lich
302777 | Zig:12   | Killed a dread lich
302777 | Zig:12   | Killed a dread lich
302777 | Zig:12   | Killed an ancient lich
302777 | Zig:12   | Killed an ancient lich
302777 | Zig:12   | Noticed a dread lich
302778 | Zig:12   | Noticed an ancient lich
302778 | Zig:12   | Killed an ancient lich
302779 | Zig:12   | Noticed a dread lich
302779 | Zig:12   | Noticed a dread lich
302779 | Zig:12   | Noticed a dread lich
302779 | Zig:12   | Noticed a dread lich
302779 | Zig:12   | Noticed a dread lich
302780 | Zig:12   | Noticed an ancient lich
302780 | Zig:12   | Killed a dread lich
302780 | Zig:12   | Killed a dread lich
302780 | Zig:12   | Killed a dread lich
302781 | Zig:12   | Killed a dread lich
302781 | Zig:12   | Killed an ancient lich
302781 | Zig:12   | Killed a dread lich
302781 | Zig:12   | Killed a dread lich
302781 | Zig:12   | Killed an ancient lich
302781 | Zig:12   | Noticed a dread lich
302782 | Zig:12   | Noticed an ancient lich
302782 | Zig:12   | Noticed an ancient lich
302783 | Zig:12   | Killed a dread lich
302784 | Zig:12   | Killed an ancient lich
302784 | Zig:12   | Noticed an ancient lich
302785 | Zig:12   | Noticed an ancient lich
302785 | Zig:12   | Noticed a dread lich
302785 | Zig:12   | Noticed a dread lich
302785 | Zig:12   | Noticed a dread lich
302786 | Zig:12   | Killed a dread lich
302786 | Zig:12   | Killed an ancient lich
302787 | Zig:12   | Noticed a dread lich
302787 | Zig:12   | Noticed an ancient lich
302787 | Zig:12   | Noticed an ancient lich
302787 | Zig:12   | Noticed an ancient lich
302787 | Zig:12   | Noticed an ancient lich
302787 | Zig:12   | Noticed a dread lich
302788 | Zig:12   | Killed an ancient lich
302788 | Zig:12   | Killed a dread lich
302788 | Zig:12   | Killed an ancient lich
302788 | Zig:12   | Killed an ancient lich
302788 | Zig:12   | Killed a dread lich
302788 | Zig:12   | Killed an ancient lich
302788 | Zig:12   | Killed an ancient lich
302789 | Zig:12   | Killed a dread lich
302789 | Zig:12   | Killed an ancient lich
302789 | Zig:12   | Killed a dread lich
302790 | Zig:12   | Noticed an ancient lich
302790 | Zig:12   | Noticed an ancient lich
302793 | Zig:12   | Killed an ancient lich
302797 | Zig:12   | Killed an ancient lich
303219 | Zig:12   | Identified the +6 quarterstaff of Luixtu {holy, Int+2}
303220 | Zig:12   | Identified the +6 flail of Defilement {freeze, Will++ SInv}
303282 | Zig:13   | Entered Level 13 of a ziggurat
303405 | Zig:13   | Identified the +4 broad axe of Destiny {flame, *Rage *Noise
                  | rF+++ rC+}
303409 | Zig:13   | Identified the +4 trident "Dragon's Tongue" {drain, rElec
                  | rPois Dex+2}
303843 | Zig:14   | Entered Level 14 of a ziggurat
304221 | Zig:14   | Identified the +0 plate armour of Astorgh {rF- Will++}
304235 | Zig:14   | Identified the staff of air "Qeuloluh" {rElec rF+ Int+2
                  | Stlth-}
304269 | Zig:14   | Identified the +9 great sword of Triumph {flame, Drain
                  | Dex+4 SInv Stlth+}
304288 | Zig:14   | Identified the ring of Culesapa {rElec rF+ MP+9 Int+5}
304302 | Zig:14   | Identified the +1 ring mail "Itiuxaec" {Int+3 Stlth+}
304307 | Zig:14   | Identified the +9 war axe of the Hills {freeze, Dex+5
                  | Stlth+}
304326 | Zig:14   | Identified the +3 battleaxe of the Harvest {venom, rCorr
                  | Int+5}
304381 | Zig:15   | Entered Level 15 of a ziggurat
304494 | Zig:15   | Identified the +9 war axe "Gushowed" {spect, rPois Str+2}
304495 | Zig:15   | Identified the +1 scimitar "Nomev" {elec, *Rage rF++ SInv}
304900 | Zig:16   | Entered Level 16 of a ziggurat
304926 | Zig:16   | Identified the ring "Aclu" {rN+ Dex+3}
304931 | Zig:16   | Identified the +3 spear of Hioxtiemm {freeze, Fragile
                  | Str+5}
304934 | Zig:17   | Entered Level 17 of a ziggurat
304934 | Zig:17   | Noticed a dread lich
304934 | Zig:17   | Noticed a dread lich
304934 | Zig:17   | Noticed a dread lich
304934 | Zig:17   | Noticed an ancient lich
304934 | Zig:17   | Noticed an ancient lich
304934 | Zig:17   | Noticed an ancient lich
304934 | Zig:17   | Noticed a dread lich
304934 | Zig:17   | Noticed a dread lich
304935 | Zig:17   | Killed a dread lich
304935 | Zig:17   | Killed a dread lich
304935 | Zig:17   | Killed an ancient lich
304935 | Zig:17   | Killed a dread lich
304935 | Zig:17   | Killed a dread lich
304936 | Zig:17   | Killed a dread lich
304936 | Zig:17   | Killed an ancient lich
304936 | Zig:17   | Killed an ancient lich
304936 | Zig:17   | Noticed an ancient lich
304936 | Zig:17   | Noticed an ancient lich
304937 | Zig:17   | Noticed an ancient lich
304937 | Zig:17   | Noticed a dread lich
304938 | Zig:17   | Killed an ancient lich
304939 | Zig:17   | Noticed an ancient lich
304940 | Zig:17   | Noticed a dread lich
304941 | Zig:17   | Noticed an ancient lich
304941 | Zig:17   | Noticed an ancient lich
304941 | Zig:17   | Noticed an ancient lich
304941 | Zig:17   | Noticed an ancient lich
304942 | Zig:17   | Noticed a dread lich
304942 | Zig:17   | Noticed an ancient lich
304943 | Zig:17   | Killed a dread lich
304943 | Zig:17   | Killed an ancient lich
304943 | Zig:17   | Killed an ancient lich
304943 | Zig:17   | Killed an ancient lich
304943 | Zig:17   | Killed an ancient lich
304944 | Zig:17   | Killed an ancient lich
304944 | Zig:17   | Killed an ancient lich
304944 | Zig:17   | Killed an ancient lich
304944 | Zig:17   | Noticed a dread lich
304946 | Zig:17   | Noticed a dread lich
304946 | Zig:17   | Killed a dread lich
304946 | Zig:17   | Killed a dread lich
304946 | Zig:17   | Noticed a dread lich
304946 | Zig:17   | Noticed a dread lich
304946 | Zig:17   | Noticed a dread lich
304947 | Zig:17   | Killed an ancient lich
304947 | Zig:17   | Killed a dread lich
304947 | Zig:17   | Killed a dread lich
304948 | Zig:17   | Noticed a dread lich
304948 | Zig:17   | Noticed a dread lich
304948 | Zig:17   | Noticed a dread lich
304948 | Zig:17   | Noticed a dread lich
304949 | Zig:17   | Killed a dread lich
304949 | Zig:17   | Killed a dread lich
304949 | Zig:17   | Killed a dread lich
304949 | Zig:17   | Killed a dread lich
304949 | Zig:17   | Noticed an ancient lich
304949 | Zig:17   | Noticed an ancient lich
304951 | Zig:17   | Killed a dread lich
304951 | Zig:17   | Noticed an ancient lich
304953 | Zig:17   | Killed a dread lich
304953 | Zig:17   | Killed a dread lich
304953 | Zig:17   | Killed an ancient lich
304953 | Zig:17   | Killed an ancient lich
304953 | Zig:17   | Killed an ancient lich
304953 | Zig:17   | Noticed an ancient lich
304953 | Zig:17   | Noticed an ancient lich
304954 | Zig:17   | Noticed an ancient lich
304955 | Zig:17   | Noticed a dread lich
304959 | Zig:17   | Noticed a dread lich
304959 | Zig:17   | Noticed an ancient lich
304960 | Zig:17   | Killed an ancient lich
304960 | Zig:17   | Killed a dread lich
304960 | Zig:17   | Noticed a dread lich
304960 | Zig:17   | Noticed a dread lich
304960 | Zig:17   | Noticed an ancient lich
304961 | Zig:17   | Noticed a dread lich
304961 | Zig:17   | Killed an ancient lich
304961 | Zig:17   | Killed a dread lich
304961 | Zig:17   | Killed an ancient lich
304961 | Zig:17   | Killed an ancient lich
304962 | Zig:17   | Killed a dread lich
304962 | Zig:17   | Killed a dread lich
304962 | Zig:17   | Killed an ancient lich
304963 | Zig:17   | Noticed a dread lich
304963 | Zig:17   | Noticed a dread lich
304964 | Zig:17   | Noticed an ancient lich
304964 | Zig:17   | Noticed a dread lich
304964 | Zig:17   | Noticed a dread lich
304964 | Zig:17   | Killed a dread lich
304964 | Zig:17   | Noticed an ancient lich
304965 | Zig:17   | Killed a dread lich
304966 | Zig:17   | Killed an ancient lich
304971 | Zig:17   | Killed a dread lich
304971 | Zig:17   | Killed a dread lich
304971 | Zig:17   | Killed a dread lich
304971 | Zig:17   | Noticed an ancient lich
304972 | Zig:17   | Killed an ancient lich
304972 | Zig:17   | Killed an ancient lich
305536 | Zig:17   | Identified the +1 fire dragon scales "Gaet" {+Inv rF++ rC-
                  | Will- Str+8 Dex-3}
305537 | Zig:17   | Identified the staff of death "Yraug" {rN+ Dex+4}
305539 | Zig:17   | Identified the +10 hand axe of Aloneo {elec, Contam Int+2
                  | Dex+2}
305544 | Zig:17   | Identified the +1 cloak of Intercession {rF+ rN+}
305582 | Zig:18   | Entered Level 18 of a ziggurat
305617 | Zig:18   | Identified the +5 morningstar "Ucysienkao" {speed, rPois
                  | Dex+5 Stlth+}
305618 | Zig:18   | Identified the ring "Punk" {Fly rPois rC- rN+}
306058 | Zig:18   | Identified the +1 leather armour of the Lizard {Will- rCorr
                  | Dex+4}
306064 | Zig:18   | Identified the +0 trident "Cuinkix" {chaos, Int+3}
306095 | Zig:19   | Entered Level 19 of a ziggurat
306095 | Zig:19   | Noticed a juggernaut
306095 | Zig:19   | Noticed a juggernaut
306095 | Zig:19   | Noticed a juggernaut
306095 | Zig:19   | Noticed a juggernaut
306095 | Zig:19   | Noticed a juggernaut
306095 | Zig:19   | Noticed a juggernaut
306095 | Zig:19   | Noticed a juggernaut
306095 | Zig:19   | Noticed a juggernaut
306095 | Zig:19   | Noticed a juggernaut
306095 | Zig:19   | Noticed a juggernaut
306095 | Zig:19   | Noticed a juggernaut
306095 | Zig:19   | Noticed a juggernaut
306096 | Zig:19   | Killed a juggernaut
306096 | Zig:19   | Killed a juggernaut
306096 | Zig:19   | Killed a juggernaut
306096 | Zig:19   | Killed a juggernaut
306096 | Zig:19   | Killed a juggernaut
306096 | Zig:19   | Killed a juggernaut
306096 | Zig:19   | Killed a juggernaut
306096 | Zig:19   | Killed a juggernaut
306096 | Zig:19   | Killed a juggernaut
306096 | Zig:19   | Killed a juggernaut
306096 | Zig:19   | Killed a juggernaut
306096 | Zig:19   | Noticed a juggernaut
306096 | Zig:19   | Noticed a juggernaut
306097 | Zig:19   | Noticed a juggernaut
306097 | Zig:19   | Noticed a juggernaut
306099 | Zig:19   | Noticed a juggernaut
306099 | Zig:19   | Noticed a juggernaut
306101 | Zig:19   | Noticed a juggernaut
306102 | Zig:19   | Killed a juggernaut
306102 | Zig:19   | Killed a juggernaut
306103 | Zig:19   | Noticed a juggernaut
306103 | Zig:19   | Noticed a juggernaut
306103 | Zig:19   | Noticed a juggernaut
306103 | Zig:19   | Noticed a juggernaut
306103 | Zig:19   | Noticed a juggernaut
306104 | Zig:19   | Noticed a juggernaut
306104 | Zig:19   | Noticed a juggernaut
306104 | Zig:19   | Noticed a juggernaut
306104 | Zig:19   | Noticed a juggernaut
306104 | Zig:19   | Noticed a juggernaut
306104 | Zig:19   | Killed a juggernaut
306104 | Zig:19   | Noticed a juggernaut
306105 | Zig:19   | Noticed a juggernaut
306105 | Zig:19   | Noticed a juggernaut
306106 | Zig:19   | Noticed a juggernaut
306106 | Zig:19   | Noticed a juggernaut
306106 | Zig:19   | Noticed a juggernaut
306106 | Zig:19   | Noticed a juggernaut
306106 | Zig:19   | Noticed a juggernaut
306106 | Zig:19   | Killed a juggernaut
306107 | Zig:19   | Noticed a juggernaut
306107 | Zig:19   | Noticed a juggernaut
306109 | Zig:19   | Noticed a juggernaut
306110 | Zig:19   | Killed a juggernaut
306110 | Zig:19   | Killed a juggernaut
306110 | Zig:19   | Killed a juggernaut
306110 | Zig:19   | Killed a juggernaut
306110 | Zig:19   | Killed a juggernaut
306110 | Zig:19   | Killed a juggernaut
306110 | Zig:19   | Killed a juggernaut
306110 | Zig:19   | Killed a juggernaut
306110 | Zig:19   | Killed a juggernaut
306110 | Zig:19   | Killed a juggernaut
306110 | Zig:19   | Killed a juggernaut
306110 | Zig:19   | Killed a juggernaut
306110 | Zig:19   | Killed a juggernaut
306110 | Zig:19   | Killed a juggernaut
306110 | Zig:19   | Killed a juggernaut
306110 | Zig:19   | Noticed a juggernaut
306111 | Zig:19   | Noticed a juggernaut
306111 | Zig:19   | Noticed a juggernaut
306113 | Zig:19   | Noticed a juggernaut
306113 | Zig:19   | Noticed a juggernaut
306113 | Zig:19   | Noticed a juggernaut
306113 | Zig:19   | Noticed a juggernaut
306113 | Zig:19   | Noticed a juggernaut
306114 | Zig:19   | Noticed a juggernaut
306114 | Zig:19   | Noticed a juggernaut
306114 | Zig:19   | Noticed a juggernaut
306115 | Zig:19   | Killed a juggernaut
306116 | Zig:19   | Noticed a juggernaut
306116 | Zig:19   | Killed a juggernaut
306117 | Zig:19   | Noticed a juggernaut
306118 | Zig:19   | Killed a juggernaut
306118 | Zig:19   | Killed a juggernaut
306119 | Zig:19   | Killed a juggernaut
306120 | Zig:19   | Killed a juggernaut
306121 | Zig:19   | Killed a juggernaut
306121 | Zig:19   | Killed a juggernaut
306123 | Zig:19   | Noticed a juggernaut
306123 | Zig:19   | Killed a juggernaut
306123 | Zig:19   | Killed a juggernaut
306123 | Zig:19   | Killed a juggernaut
306123 | Zig:19   | Killed a juggernaut
306123 | Zig:19   | Killed a juggernaut
306124 | Zig:19   | Killed a juggernaut
306124 | Zig:19   | Killed a juggernaut
306132 | Zig:20   | Entered Level 20 of a ziggurat
306784 | Zig:20   | Identified the +2 mace "Xorauzaa" {venom, rC++ Dex-5}
306792 | Zig:20   | Identified the +2 chain mail "Woifer" {*Corrode Drain rC+++
                  | Str+5}
306846 | Zig:20   | Identified the +1 plate armour "Iriusk" {rF++}
306854 | Zig:20   | Identified the +7 chain mail "Qaehuil" {rC- Regen+ rCorr}
306866 | Zig:20   | Identified the staff of death "Alat" {rN+ rCorr Dex+4}
306903 | Zig:20   | Identified the +4 ring mail of the Turtle {Rampage Regen+
                  | rCorr}
306911 | Zig:20   | Identified the amulet "Jeympofe" {-Tele rElec Regen+ rCorr
                  | Str-3}
306917 | Zig:20   | Identified the +9 triple sword "Impslayer" {speed, Drain
                  | rN+ Int+5 SInv}
306921 | Zig:20   | Identified the ring "Himuy" {Wiz Fly rPois rC- Int+5}
306923 | Zig:20   | Identified the +2 morningstar of the Eight Mystics {spect,
                  | rC+ rN+ Str+5}
306941 | Zig:20   | Identified the +4 long sword of Conflict {pain, Contam
                  | Str+2 Stlth+}
307076 | Zig:21   | Entered Level 21 of a ziggurat
307319 | Zig:21   | Identified the staff of cold "Kuor" {rC+ rN++ Int+3 Dex-3}
307330 | Zig:21   | Identified the ring of Lelasam {Wiz Int+3}
307339 | Zig:21   | Identified the +2 robe "Soja" {Drain Str+3}
307346 | Zig:21   | Identified the staff of air "Utucej" {*Corrode rElec Str+5}
307387 | Zig:21   | Identified the +2 chain mail of Gyptacol {rPois rN+ rCorr
                  | Int-2}
307391 | Zig:21   | Identified the +0 chain mail of Daffodils {rN+ Int+3}
308028 | Zig:22   | Entered Level 22 of a ziggurat
308836 | Zig:22   | Identified the ring of Sunlight {MP+9 Dex+6}
308844 | Zig:22   | Identified the +4 chain mail "Timaiwim" {rElec rN+ MP+9}
308850 | Zig:22   | Identified the ring "Taukki" {*Corrode Fly rPois rF+ Dex+7}
308858 | Zig:22   | Identified the +0 war axe of the Spider Nest {flame, Int+2}
308876 | Zig:22   | Identified the +1 robe of Submission {Str+2}
308896 | Zig:22   | Identified the +8 quarterstaff of Jabboin {freeze, *Slow
                  | Int+3 Dex+4 SInv}
308910 | Zig:22   | Identified the ring "Rabluim" {rC+ rCorr AC+4}
308927 | Zig:22   | Identified the +6 lajatang of Twilight {freeze, Fly SInv}
308935 | Zig:22   | Identified the staff of conjuration "Ophikig" {rC+++ Int+2}
308953 | Zig:22   | Identified the +3 leather armour "Putaanuj" {Int+8 SInv
                  | Stlth-}
308955 | Zig:22   | Identified the +6 battleaxe of an ice cave {heavy, Int+2}
308956 | Zig:22   | Identified the +8 glaive "Boduclofepn" {freeze, Drain Str+5
                  | Int+2}
308957 | Zig:22   | Identified the +8 dagger "Osoet" {pain, Will+ MP-9 Dex+2}
308960 | Zig:22   | Identified the ring "Volab" {Contam Fly rF+ Will++ rCorr}
308969 | Zig:22   | Identified the ring of Nacwimeh {rF+ Int+3 Dex+6 SInv}
308975 | Zig:22   | Identified the +2 ring mail of Orophuen {rPois rF- Will++
                  | Int+3}
308977 | Zig:22   | Identified the +0 buckler "Yhirirgh" {rPois Slay+3}
309047 | Zig:23   | Entered Level 23 of a ziggurat
309063 | Zig:23   | Paralysed by an air elemental for 1 turns
309073 | Zig:23   | Paralysed by an air elemental for 1 turns
309344 | Zig:23   | Identified the +5 war axe "Sumok" {chaos, Dex+2}
309352 | Zig:23   | Identified the staff of earth "Seseefo" {rN+++ Str+2 Int-5
                  | Dex-5}
309353 | Zig:23   | Identified the +9 morningstar of the Blessed Realm {speed,
                  | Dex+4}
309364 | Zig:23   | Identified the +8 long sword of Pain and Death {freeze,
                  | Fly}
309366 | Zig:23   | Identified the +4 dagger "Ustrug" {venom, Int+2}
309369 | Zig:23   | Identified the +3 scale mail of the Harp {Harm rF- Int+7}
309381 | Zig:23   | Identified the amulet "Peuraiw" {RegenMP Rampage Will+
                  | Dex+2}
309425 | Zig:23   | Identified the +4 quarterstaff of Action {pain, Str+2}
309427 | Zig:23   | Identified the staff of cold "Xujoqoz" {rC+ rN+ Will+
                  | Stlth-}
310329 | Zig:24   | Entered Level 24 of a ziggurat
311225 | Zig:24   | Identified the staff of death "Deun Pong" {rN+ Dex+4}
311229 | Zig:24   | Identified the +9 plate armour of the Slashing Gods {rF+
                  | Str+4 Int+3 Dex+3}
311281 | Zig:24   | Identified the ring "Usuocyro" {rCorr Str+5}
311305 | Zig:24   | Identified the staff of air "Nazow" {rElec Str-5 Int+4
                  | SInv}
311309 | Zig:24   | Identified the +7 whip "Covvut" {drain, Fly Str+2}
311353 | Zig:24   | Identified the staff of earth "Wutowimm" {rN+ Will++ Int+2}
311359 | Zig:24   | Identified the +10 longbow "Hoiwaech" {speed, rElec Str+2
                  | Dex+4 Stlth-}
311365 | Zig:24   | Identified the +4 longbow of Lagy {antimagic, +Blink}
311368 | Zig:24   | Identified the +4 steam dragon scales of Servitude {rElec
                  | Regen+ Dex+3}
311372 | Zig:24   | Identified the ring "Wet Zenku" {+Blink rPois rN+++ rCorr
                  | Int-4}
311382 | Zig:24   | Identified the ring of Badol {AC+4 Int+2}
311398 | Zig:24   | Identified the staff of conjuration "Majume" {Will++ Str-3
                  | Dex+6}
311466 | Zig:25   | Entered Level 25 of a ziggurat
311488 | Zig:26   | Entered Level 26 of a ziggurat
312190 | Zig:26   | Identified the +2 falchion of Bostrief {heavy, rPois rCorr
                  | Str+2 Int-4}
312193 | Zig:26   | Identified the +8 quarterstaff of Gidauxys {flame, *Rage
                  | rPois rC+ Str+5}
312199 | Zig:26   | Identified the +3 hand axe "Xurral" {flame, Contam rC++
                  | Str+2 Int+4}
312335 | Zig:26   | Identified the +4 dagger of Honaorch {flame, Fly rF+++
                  | Str-5 SInv}
312351 | Zig:26   | Identified the +11 quarterstaff of Uskayaw, Howling
                  | {protect, Fly rCorr SInv}
312352 | Zig:26   | Identified the +5 whip of Xalen {holy, Int+3}
312354 | Zig:26   | Identified the +8 falchion "Raop" {drain, rPois Int-3
                  | Stlth+}
312434 | Zig:26   | Identified the staff of air "Vuloreyt" {rElec rF+ Will+
                  | Str+3 Dex-5}
312435 | Zig:26   | Identified the +0 plate armour "Qiuss" {rElec rCorr}
312439 | Zig:26   | Identified the ring "Pophunir" {rC+ Will+ Int+2}
312448 | Zig:26   | Identified the ring "Koatamne" {Fire Int+7}
312449 | Zig:26   | Identified the ring of Panentheism {*Slow rPois rN+++ SInv
                  | Stlth+}
312451 | Zig:26   | Identified the +2 scale mail "Heqefuekk" {+Inv rN++}
312452 | Zig:26   | Identified the +5 robe "Ziunel" {*Slow rN+ Dex+4}
312471 | Zig:26   | Identified the +0 scale mail of Zempirurr {+Blink Dex+5}
312472 | Zig:26   | Identified the +2 ring mail of Honour {+Inv rF+++ rCorr
                  | Dex-3}
312658 | Zig:27   | Entered Level 27 of a ziggurat
312699 | Zig:27   | Paralysed by a floating eye for 2 turns
312706 | Zig:27   | Identified the +2 great mace of Corgheqeo {pain, Fragile
                  | Int+5 Dex+2}
312707 | Zig:27   | Identified the +3 hand axe "Yngypneru" {freeze, rC- Str+4}
312713 | Zig:27   | Identified the ring "Japush" {*Slow rPois Will- Dex+8 SInv}
313002 | Zig:27   | Identified the +8 battleaxe "Ydie" {freeze, rElec rF- rCorr
                  | Dex+5}
313025 | Zig:27   | Identified the staff of poison "Vik Hoy" {rPois rC+ Will-
                  | Int+4 Stlth+}
313042 | Zig:27   | Identified the staff of fire "Nihucoe" {*Corrode rPois rF+
                  | Dex+4}
313055 | Zig:27   | Identified the staff of air "Hiph" {rElec Str+3}
313057 | Zig:27   | Identified the +0 leather armour "Tulam" {rF+ rC+ Will+
                  | Int+3}
313060 | Zig:27   | Identified the staff of air "Domarigg" {rElec Int-4 Dex+8}
313067 | Zig:27   | Identified the +7 long sword of Triumph {venom, *Slow
                  | Dex+3}
313090 | Zig:27   | Identified the +5 chain mail of the Unbroken {rCorr Dex+4}
313102 | Zig:27   | Identified the +10 sling "Isselo" {heavy, +Blink}
313168 | Zig:27   | Identified the +10 great sword "Xinloxugot" {heavy, rPois
                  | Int+2}
313174 | Zig:27   | Identified the staff of death "Nayfagh" {rN+ Str-2 Dex+4}
313180 | Zig:27   | Identified the staff of death "Abayruera" {rN+ SInv}
313827 | Zig:1    | Entered Level 1 of a ziggurat
313827 | Zig:1    | Noticed a dread lich
313827 | Zig:1    | Noticed a dread lich
313827 | Zig:1    | Noticed an ancient lich
313829 | Zig:1    | Killed an ancient lich
313829 | Zig:1    | Killed a dread lich
313833 | Zig:2    | Entered Level 2 of a ziggurat
313838 | Zig:3    | Entered Level 3 of a ziggurat
313844 | Zig:4    | Entered Level 4 of a ziggurat
313848 | Zig:5    | Entered Level 5 of a ziggurat
313848 | Zig:5    | Noticed a juggernaut
313848 | Zig:5    | Noticed a juggernaut
313848 | Zig:5    | Noticed a juggernaut
313848 | Zig:5    | Noticed a juggernaut
313848 | Zig:5    | Noticed a juggernaut
313848 | Zig:5    | Noticed a juggernaut
313849 | Zig:5    | Noticed a juggernaut
313853 | Zig:6    | Entered Level 6 of a ziggurat
313861 | Zig:7    | Entered Level 7 of a ziggurat
314008 | Zig:7    | Identified the staff of air "Zootwy" {rElec Str+3}
314273 | Zig:8    | Entered Level 8 of a ziggurat
314273 | Zig:8    | Noticed an ancient lich
314273 | Zig:8    | Noticed a dread lich
314273 | Zig:8    | Noticed a dread lich
314273 | Zig:8    | Noticed an ancient lich
314273 | Zig:8    | Noticed an ancient lich
314274 | Zig:8    | Killed an ancient lich
314274 | Zig:8    | Killed an ancient lich
314275 | Zig:8    | Noticed an ancient lich
314276 | Zig:8    | Killed a dread lich
314276 | Zig:8    | Killed an ancient lich
314276 | Zig:8    | Noticed a dread lich
314279 | Zig:8    | Killed an ancient lich
314279 | Zig:8    | Killed a dread lich
314280 | Zig:8    | Noticed a dread lich
314285 | Zig:8    | Killed a dread lich
314288 | Zig:8    | Killed a dread lich
314292 | Zig:8    | Identified the +1 battleaxe "Gohassed" {flame, rC+ rN+
                  | Str+2}
314294 | Zig:9    | Entered Level 9 of a ziggurat
314294 | Zig:9    | Noticed a juggernaut
314294 | Zig:9    | Noticed a juggernaut
314294 | Zig:9    | Noticed a juggernaut
314294 | Zig:9    | Noticed a juggernaut
314294 | Zig:9    | Noticed a juggernaut
314294 | Zig:9    | Noticed a juggernaut
314295 | Zig:9    | Banished a juggernaut
314295 | Zig:9    | Noticed a juggernaut
314295 | Zig:9    | Noticed a juggernaut
314295 | Zig:9    | Noticed a juggernaut
314296 | Zig:9    | Noticed a juggernaut
314296 | Zig:9    | Noticed a juggernaut
314297 | Zig:9    | Noticed a juggernaut
314298 | Zig:9    | Noticed a juggernaut
314298 | Zig:9    | Noticed a juggernaut
314300 | Zig:9    | Killed a juggernaut
314300 | Zig:9    | Killed a juggernaut
314300 | Zig:9    | Killed a juggernaut
314300 | Zig:9    | Killed a juggernaut
314300 | Zig:9    | Killed a juggernaut
314300 | Zig:9    | Killed a juggernaut
314300 | Zig:9    | Killed a juggernaut
314301 | Zig:9    | Identified the ring of Icseon {rElec Will- AC+4 Dex+2}
314304 | Zig:10   | Entered Level 10 of a ziggurat
314314 | Zig:11   | Entered Level 11 of a ziggurat
314518 | Zig:11   | Identified the +7 quarterstaff of the Lurker {holy, rC+}
314519 | Zig:11   | Identified the +6 quarterstaff of Zaiga {flame, Will+
                  | Stlth+}
314528 | Zig:11   | Identified the +8 battleaxe of Xeihoy {freeze, Will- Dex+5}
314529 | Zig:11   | Identified the +8 plate armour of the Bouncing Knives {rC++
                  | Int+3}
314531 | Zig:11   | Identified the +1 scimitar of Past Mistakes {flame, MP-9
                  | Int+2 Stlth+}
314536 | Zig:11   | Identified the ring "Akac" {rPois Int+4}
314943 | Zig:12   | Entered Level 12 of a ziggurat
314964 | Zig:12   | Identified the +0 robe of Optimism {rC+}
314968 | Zig:12   | Identified the staff of death "Bauthoh" {+Blink rC++ rN+
                  | Str-3 Int+2}
314974 | Zig:13   | Entered Level 13 of a ziggurat
314985 | Zig:13   | Noticed an ancient lich
314995 | Zig:13   | Noticed an ancient lich
314996 | Zig:13   | Killed an ancient lich
314996 | Zig:13   | Killed an ancient lich
315002 | Zig:13   | Noticed a dread lich
315005 | Zig:13   | Killed a dread lich
315008 | Zig:13   | Noticed a dread lich
315009 | Zig:13   | Killed a dread lich
315009 | Zig:13   | Noticed a dread lich
315010 | Zig:13   | Killed a dread lich
315336 | Zig:13   | Identified the +6 hand crossbow "Segiysm" {drain, rN+ Str+3
                  | Int-5}
315341 | Zig:13   | Identified the +0 plate armour of Fun {+Inv rCorr SInv}
315349 | Zig:13   | Identified the quicksilver dragon scales "Bippy" {rF+ Will+
                  | Str+5}
315352 | Zig:13   | Identified the +4 rapier of Barnacled Courage {flame,
                  | *Corrode rC- Dex+8}
315355 | Zig:13   | Identified the +0 ring mail "Saijib" {Str+3}
315416 | Zig:14   | Entered Level 14 of a ziggurat
315416 | Zig:14   | Noticed a royal mummy
315416 | Zig:14   | Noticed a royal mummy
315416 | Zig:14   | Noticed a royal mummy
315416 | Zig:14   | Noticed a royal mummy
315416 | Zig:14   | Noticed a royal mummy
315416 | Zig:14   | Noticed a royal mummy
315416 | Zig:14   | Noticed a royal mummy
315416 | Zig:14   | Noticed a royal mummy
315416 | Zig:14   | Noticed a royal mummy
315416 | Zig:14   | Noticed a royal mummy
315416 | Zig:14   | Noticed a royal mummy
315416 | Zig:14   | Noticed a royal mummy
315416 | Zig:14   | Noticed a royal mummy
315416 | Zig:14   | Noticed a royal mummy
315416 | Zig:14   | Noticed a royal mummy
315416 | Zig:14   | Noticed a royal mummy
315416 | Zig:14   | Noticed a royal mummy
315416 | Zig:14   | Noticed a royal mummy
315416 | Zig:14   | Noticed a royal mummy
315417 | Zig:14   | Killed a royal mummy
315417 | Zig:14   | Killed a royal mummy
315417 | Zig:14   | Killed a royal mummy
315417 | Zig:14   | Killed a royal mummy
315417 | Zig:14   | Killed a royal mummy
315417 | Zig:14   | Killed a royal mummy
315417 | Zig:14   | Killed a royal mummy
315417 | Zig:14   | Killed a royal mummy
315417 | Zig:14   | Killed a royal mummy
315417 | Zig:14   | Killed a royal mummy
315417 | Zig:14   | Killed a royal mummy
315417 | Zig:14   | Killed a royal mummy
315417 | Zig:14   | Killed a royal mummy
315417 | Zig:14   | Killed a royal mummy
315417 | Zig:14   | Killed a royal mummy
315417 | Zig:14   | Killed a royal mummy
315417 | Zig:14   | Killed a royal mummy
315418 | Zig:14   | Killed a royal mummy
315418 | Zig:14   | Noticed a royal mummy
315418 | Zig:14   | Noticed a royal mummy
315418 | Zig:14   | Noticed a royal mummy
315420 | Zig:14   | Noticed a royal mummy
315420 | Zig:14   | Noticed a royal mummy
315420 | Zig:14   | Noticed a royal mummy
315420 | Zig:14   | Noticed a royal mummy
315422 | Zig:14   | Killed a royal mummy
315422 | Zig:14   | Killed a royal mummy
315422 | Zig:14   | Noticed a royal mummy
315422 | Zig:14   | Noticed a royal mummy
315423 | Zig:14   | Noticed a royal mummy
315423 | Zig:14   | Noticed a royal mummy
315423 | Zig:14   | Killed a royal mummy
315424 | Zig:14   | Killed a royal mummy
315424 | Zig:14   | Killed a royal mummy
315424 | Zig:14   | Killed a royal mummy
315424 | Zig:14   | Killed a royal mummy
315424 | Zig:14   | Killed a royal mummy
315424 | Zig:14   | Killed a royal mummy
315424 | Zig:14   | Killed a royal mummy
315424 | Zig:14   | Noticed a royal mummy
315424 | Zig:14   | Noticed a royal mummy
315424 | Zig:14   | Noticed a royal mummy
315425 | Zig:14   | Noticed a royal mummy
315425 | Zig:14   | Noticed a royal mummy
315425 | Zig:14   | Noticed a royal mummy
315425 | Zig:14   | Noticed a royal mummy
315425 | Zig:14   | Noticed a royal mummy
315425 | Zig:14   | Noticed a royal mummy
315426 | Zig:14   | Noticed a dread lich
315426 | Zig:14   | Killed a royal mummy
315426 | Zig:14   | Killed a royal mummy
315426 | Zig:14   | Killed a royal mummy
315426 | Zig:14   | Killed a royal mummy
315426 | Zig:14   | Killed a royal mummy
315426 | Zig:14   | Noticed a royal mummy
315426 | Zig:14   | Noticed a royal mummy
315426 | Zig:14   | Noticed a royal mummy
315427 | Zig:14   | Noticed a royal mummy
315427 | Zig:14   | Noticed a royal mummy
315427 | Zig:14   | Noticed a royal mummy
315428 | Zig:14   | Killed a royal mummy
315428 | Zig:14   | Killed a royal mummy
315428 | Zig:14   | Killed a royal mummy
315428 | Zig:14   | Killed a royal mummy
315428 | Zig:14   | Killed a royal mummy
315429 | Zig:14   | Killed a royal mummy
315429 | Zig:14   | Killed a dread lich
315429 | Zig:14   | Killed a royal mummy
315429 | Zig:14   | Killed a royal mummy
315429 | Zig:14   | Noticed a royal mummy
315429 | Zig:14   | Noticed a royal mummy
315430 | Zig:14   | Noticed a royal mummy
315431 | Zig:14   | Noticed a royal mummy
315431 | Zig:14   | Killed a royal mummy
315431 | Zig:14   | Noticed a royal mummy
315432 | Zig:14   | Killed a royal mummy
315432 | Zig:14   | Killed a royal mummy
315432 | Zig:14   | Killed a royal mummy
315432 | Zig:14   | Noticed a royal mummy
315432 | Zig:14   | Noticed a royal mummy
315432 | Zig:14   | Noticed a royal mummy
315432 | Zig:14   | Noticed a royal mummy
315433 | Zig:14   | Noticed a royal mummy
315433 | Zig:14   | Noticed a royal mummy
315434 | Zig:14   | Killed a royal mummy
315434 | Zig:14   | Killed a royal mummy
315434 | Zig:14   | Killed a royal mummy
315434 | Zig:14   | Killed a royal mummy
315434 | Zig:14   | Killed a royal mummy
315434 | Zig:14   | Noticed a dread lich
315435 | Zig:14   | Noticed a royal mummy
315435 | Zig:14   | Noticed a royal mummy
315435 | Zig:14   | Noticed a royal mummy
315435 | Zig:14   | Killed a royal mummy
315435 | Zig:14   | Killed a royal mummy
315435 | Zig:14   | Killed a royal mummy
315435 | Zig:14   | Noticed a royal mummy
315435 | Zig:14   | Noticed a royal mummy
315436 | Zig:14   | Noticed a royal mummy
315437 | Zig:14   | Killed a royal mummy
315437 | Zig:14   | Killed a royal mummy
315437 | Zig:14   | Killed a royal mummy
315437 | Zig:14   | Noticed a royal mummy
315438 | Zig:14   | Killed a dread lich
315438 | Zig:14   | Killed a royal mummy
315438 | Zig:14   | Killed a royal mummy
315438 | Zig:14   | Killed a royal mummy
315438 | Zig:14   | Killed a royal mummy
315438 | Zig:14   | Killed a royal mummy
315439 | Zig:14   | Noticed a royal mummy
315440 | Zig:14   | Noticed a royal mummy
315440 | Zig:14   | Noticed a royal mummy
315443 | Zig:14   | Killed a royal mummy
315443 | Zig:14   | Killed a royal mummy
315448 | Zig:14   | Killed a royal mummy
315460 | Zig:14   | Killed a royal mummy
315460 | Zig:14   | Killed a royal mummy
316078 | Zig:14   | Identified the +0 pair of gloves "Nosuleh" {Harm Str-5
                  | Slay+2 Stlth+}
316089 | Zig:14   | Identified the ring of the Hart {rF+ rN++ Str+2}
316092 | Zig:14   | Identified the ring of Jeeggo {rPois Str-3 Int+5 Dex+4}
316094 | Zig:14   | Identified the +0 acid dragon scales of the Goldsmith {Harm
                  | rCorr Int+2}
316095 | Zig:14   | Identified the staff of air "Xaesk" {rElec Dex+3 Stlth+}
316098 | Zig:14   | Identified the +2 robe of Xugefeno {rCorr Int+4}
316105 | Zig:14   | Identified the +0 mace of Contention {antimagic, *Slow
                  | +Blink Str+4 Stlth+}
316106 | Zig:14   | Identified the +1 long sword of Circularity {heavy, +Blink
                  | rC+ rN+}
316107 | Zig:14   | Identified the +9 morningstar "Cutt" {flame, Contam +Blink
                  | MP+9 Dex-4}
316180 | Zig:15   | Entered Level 15 of a ziggurat
316180 | Zig:15   | Noticed Emoah the pandemonium lord
316180 | Zig:15   | Noticed Geuhu the pandemonium lord
316180 | Zig:15   | Noticed Huhicoebev the pandemonium lord
316180 | Zig:15   | Noticed Teddolif the pandemonium lord
316180 | Zig:15   | Noticed Ydecvu Duoh the pandemonium lord
316180 | Zig:15   | Noticed Wonias the pandemonium lord
316180 | Zig:15   | Noticed Wiote the pandemonium lord
316180 | Zig:15   | Noticed Tiamutio the pandemonium lord
316180 | Zig:15   | Noticed Uschoczos the pandemonium lord
316180 | Zig:15   | Noticed Doczol the pandemonium lord
316180 | Zig:15   | Noticed Cyhomnuh the pandemonium lord
316180 | Zig:15   | Noticed Qiel the pandemonium lord
316180 | Zig:15   | Noticed Qikin the pandemonium lord
316180 | Zig:15   | Noticed Caum the pandemonium lord
316181 | Zig:15   | Killed Wonias the pandemonium lord
316181 | Zig:15   | Killed Tiamutio the pandemonium lord
316181 | Zig:15   | Killed Uschoczos the pandemonium lord
316181 | Zig:15   | Killed Teddolif the pandemonium lord
316181 | Zig:15   | Killed Caum the pandemonium lord
316182 | Zig:15   | Noticed Vomn the pandemonium lord
316182 | Zig:15   | Noticed Uppoomor the pandemonium lord
316182 | Zig:15   | Noticed Zengy the pandemonium lord
316182 | Zig:15   | Noticed Coimunum the pandemonium lord
316182 | Zig:15   | Noticed Adumon the pandemonium lord
316182 | Zig:15   | Noticed Lini the pandemonium lord
316182 | Zig:15   | Noticed Pianipari the pandemonium lord
316182 | Zig:15   | Noticed Ickounaj the pandemonium lord
316183 | Zig:15   | Killed Huhicoebev the pandemonium lord
316183 | Zig:15   | Killed Geuhu the pandemonium lord
316183 | Zig:15   | Killed Coimunum the pandemonium lord
316183 | Zig:15   | Noticed Patz the pandemonium lord
316183 | Zig:15   | Noticed Zuthadgh the pandemonium lord
316183 | Zig:15   | Noticed Xocvih the pandemonium lord
316184 | Zig:15   | Killed Qiel the pandemonium lord
316184 | Zig:15   | Noticed Puomiduo the pandemonium lord
316184 | Zig:15   | Noticed Zamnom the pandemonium lord
316185 | Zig:15   | Noticed Biluk the pandemonium lord
316185 | Zig:15   | Killed Emoah the pandemonium lord
316185 | Zig:15   | Killed Cyhomnuh the pandemonium lord
316185 | Zig:15   | Killed Doczol the pandemonium lord
316185 | Zig:15   | Killed Xocvih the pandemonium lord
316185 | Zig:15   | Killed Ydecvu Duoh the pandemonium lord
316185 | Zig:15   | Killed Zengy the pandemonium lord
316185 | Zig:15   | Killed Adumon the pandemonium lord
316185 | Zig:15   | Killed Wiote the pandemonium lord
316185 | Zig:15   | Noticed Hyqoxufo the pandemonium lord
316185 | Zig:15   | Noticed Woddaluo the pandemonium lord
316185 | Zig:15   | Noticed Gatritah the pandemonium lord
316186 | Zig:15   | Noticed Komoim the pandemonium lord
316186 | Zig:15   | Killed Uppoomor the pandemonium lord
316186 | Zig:15   | Killed Lini the pandemonium lord
316186 | Zig:15   | Killed Qikin the pandemonium lord
316186 | Zig:15   | Killed Vomn the pandemonium lord
316186 | Zig:15   | Noticed Uranut the pandemonium lord
316186 | Zig:15   | Noticed Xavvioju the pandemonium lord
316186 | Zig:15   | Noticed Diyguem the pandemonium lord
316186 | Zig:15   | Noticed Fuowkagh the pandemonium lord
316187 | Zig:15   | Noticed Heremm the pandemonium lord
316187 | Zig:15   | Noticed Juoluotu the pandemonium lord
316187 | Zig:15   | Noticed Bawaoqae the pandemonium lord
316188 | Zig:15   | Killed Ickounaj the pandemonium lord
316188 | Zig:15   | Killed Puomiduo the pandemonium lord
316188 | Zig:15   | Killed Biluk the pandemonium lord
316188 | Zig:15   | Killed Patz the pandemonium lord
316188 | Zig:15   | Killed Woddaluo the pandemonium lord
316188 | Zig:15   | Killed Zamnom the pandemonium lord
316188 | Zig:15   | Noticed Noits the pandemonium lord
316189 | Zig:15   | Noticed Gir Ucet the pandemonium lord
316189 | Zig:15   | Noticed Cior the pandemonium lord
316189 | Zig:15   | Killed Hyqoxufo the pandemonium lord
316189 | Zig:15   | Killed Diyguem the pandemonium lord
316190 | Zig:15   | Killed Zuthadgh the pandemonium lord
316190 | Zig:15   | Killed Pianipari the pandemonium lord
316190 | Zig:15   | Killed Gatritah the pandemonium lord
316190 | Zig:15   | Killed Bawaoqae the pandemonium lord
316190 | Zig:15   | Killed Fuowkagh the pandemonium lord
316190 | Zig:15   | Killed Uranut the pandemonium lord
316190 | Zig:15   | Killed Xavvioju the pandemonium lord
316190 | Zig:15   | Noticed Oruri the pandemonium lord
316190 | Zig:15   | Noticed Efuit the pandemonium lord
316191 | Zig:15   | Noticed Muwoin the pandemonium lord
316191 | Zig:15   | Noticed Voimpima the pandemonium lord
316192 | Zig:15   | Noticed Mojauvud the pandemonium lord
316192 | Zig:15   | Noticed Kozonal the pandemonium lord
316192 | Zig:15   | Noticed Odaohie the pandemonium lord
316192 | Zig:15   | Noticed Foixarov the pandemonium lord
316192 | Zig:15   | Noticed Qeemm the pandemonium lord
316192 | Zig:15   | Noticed Fumeomp the pandemonium lord
316193 | Zig:15   | Killed Heremm the pandemonium lord
316193 | Zig:15   | Killed Gir Ucet the pandemonium lord
316193 | Zig:15   | Killed Odaohie the pandemonium lord
316193 | Zig:15   | Noticed Adueptix the pandemonium lord
316193 | Zig:15   | Noticed Roizurihu the pandemonium lord
316194 | Zig:15   | Noticed Feukujuh the pandemonium lord
316194 | Zig:15   | Noticed Xogai the pandemonium lord
316194 | Zig:15   | Noticed Gaenew the pandemonium lord
316194 | Zig:15   | Noticed Atsef the pandemonium lord
316195 | Zig:15   | Noticed Geihium the pandemonium lord
316195 | Zig:15   | Killed Fumeomp the pandemonium lord
316195 | Zig:15   | Noticed Loamocy the pandemonium lord
316195 | Zig:15   | Noticed Xiyt the pandemonium lord
316196 | Zig:15   | Killed Roizurihu the pandemonium lord
316196 | Zig:15   | Killed Juoluotu the pandemonium lord
316196 | Zig:15   | Killed Gaenew the pandemonium lord
316196 | Zig:15   | Killed Foixarov the pandemonium lord
316196 | Zig:15   | Killed Oruri the pandemonium lord
316196 | Zig:15   | Noticed Sycsaawi the pandemonium lord
316197 | Zig:15   | Killed Feukujuh the pandemonium lord
316197 | Zig:15   | Killed Voimpima the pandemonium lord
316197 | Zig:15   | Killed Kozonal the pandemonium lord
316197 | Zig:15   | Killed Noits the pandemonium lord
316197 | Zig:15   | Killed Xogai the pandemonium lord
316197 | Zig:15   | Killed Geihium the pandemonium lord
316197 | Zig:15   | Killed Cior the pandemonium lord
316197 | Zig:15   | Killed Efuit the pandemonium lord
316197 | Zig:15   | Killed Komoim the pandemonium lord
316197 | Zig:15   | Noticed Latz the pandemonium lord
316197 | Zig:15   | Noticed Hygef the pandemonium lord
316197 | Zig:15   | Noticed Qaqirin the pandemonium lord
316198 | Zig:15   | Noticed Yseifod the pandemonium lord
316198 | Zig:15   | Noticed Befaxyag the pandemonium lord
316199 | Zig:15   | Noticed Qokloc the pandemonium lord
316199 | Zig:15   | Killed Muwoin the pandemonium lord
316199 | Zig:15   | Killed Adueptix the pandemonium lord
316199 | Zig:15   | Noticed Hoopn the pandemonium lord
316199 | Zig:15   | Noticed Raxycw the pandemonium lord
316199 | Zig:15   | Noticed Feeziow the pandemonium lord
316199 | Zig:15   | Noticed Atiridgh the pandemonium lord
316199 | Zig:15   | Noticed Deimoy the pandemonium lord
316200 | Zig:15   | Noticed Kuurovvu the pandemonium lord
316200 | Zig:15   | Noticed Heexkuoh the pandemonium lord
316200 | Zig:15   | Noticed Itzof the pandemonium lord
316200 | Zig:15   | Noticed Leaggop the pandemonium lord
316202 | Zig:15   | Noticed Coelais the pandemonium lord
316202 | Zig:15   | Noticed Xaifoall the pandemonium lord
316203 | Zig:15   | Killed Loamocy the pandemonium lord
316203 | Zig:15   | Noticed Ysaocur the pandemonium lord
316203 | Zig:15   | Noticed Wedozen the pandemonium lord
316204 | Zig:15   | Killed Latz the pandemonium lord
316204 | Zig:15   | Killed Mojauvud the pandemonium lord
316204 | Zig:15   | Noticed Moarghone the pandemonium lord
316204 | Zig:15   | Noticed Ciqauwin the pandemonium lord
316205 | Zig:15   | Killed Befaxyag the pandemonium lord
316205 | Zig:15   | Killed Heexkuoh the pandemonium lord
316206 | Zig:15   | Killed Raxycw the pandemonium lord
316206 | Zig:15   | Killed Feeziow the pandemonium lord
316206 | Zig:15   | Noticed Utopig the pandemonium lord
316206 | Zig:15   | Noticed Myqinwoyke the pandemonium lord
316206 | Zig:15   | Noticed Jierroni the pandemonium lord
316207 | Zig:15   | Noticed Toad the pandemonium lord
316207 | Zig:15   | Noticed Ruvofewka the pandemonium lord
316207 | Zig:15   | Noticed Waask the pandemonium lord
316208 | Zig:15   | Noticed Toalitt the pandemonium lord
316208 | Zig:15   | Noticed Gahus the pandemonium lord
316209 | Zig:15   | Noticed Vonuanuj the pandemonium lord
316209 | Zig:15   | Killed Hygef the pandemonium lord
316209 | Zig:15   | Killed Sycsaawi the pandemonium lord
316209 | Zig:15   | Noticed Affosm the pandemonium lord
316209 | Zig:15   | Noticed Orchuwuiz the pandemonium lord
316210 | Zig:15   | Noticed Kiploaqa the pandemonium lord
316210 | Zig:15   | Killed Atsef the pandemonium lord
316210 | Zig:15   | Killed Qeemm the pandemonium lord
316210 | Zig:15   | Killed Coelais the pandemonium lord
316210 | Zig:15   | Killed Deimoy the pandemonium lord
316210 | Zig:15   | Killed Itzof the pandemonium lord
316210 | Zig:15   | Killed Hoopn the pandemonium lord
316210 | Zig:15   | Noticed Wiatis the pandemonium lord
316211 | Zig:15   | Killed Qaqirin the pandemonium lord
316211 | Zig:15   | Killed Ciqauwin the pandemonium lord
316211 | Zig:15   | Killed Utopig the pandemonium lord
316211 | Zig:15   | Killed Atiridgh the pandemonium lord
316211 | Zig:15   | Killed Xaifoall the pandemonium lord
316211 | Zig:15   | Killed Waask the pandemonium lord
316211 | Zig:15   | Killed Qokloc the pandemonium lord
316211 | Zig:15   | Killed Xiyt the pandemonium lord
316211 | Zig:15   | Killed Moarghone the pandemonium lord
316211 | Zig:15   | Noticed Qutzesadgh the pandemonium lord
316211 | Zig:15   | Noticed Duipt the pandemonium lord
316211 | Zig:15   | Noticed Astat the pandemonium lord
316212 | Zig:15   | Noticed Bicolius the pandemonium lord
316212 | Zig:15   | Noticed Giecefen the pandemonium lord
316212 | Zig:15   | Noticed Guennet the pandemonium lord
316212 | Zig:15   | Noticed Saschen the pandemonium lord
316212 | Zig:15   | Noticed Ahyquz the pandemonium lord
316214 | Zig:15   | Killed Ysaocur the pandemonium lord
316215 | Zig:15   | Noticed Opacish the pandemonium lord
316216 | Zig:15   | Noticed Uppozei the pandemonium lord
316216 | Zig:15   | Killed Yseifod the pandemonium lord
316216 | Zig:15   | Killed Vonuanuj the pandemonium lord
316216 | Zig:15   | Killed Leaggop the pandemonium lord
316216 | Zig:15   | Killed Qutzesadgh the pandemonium lord
316217 | Zig:15   | Killed Guennet the pandemonium lord
316217 | Zig:15   | Killed Myqinwoyke the pandemonium lord
316217 | Zig:15   | Killed Opacish the pandemonium lord
316217 | Zig:15   | Killed Jierroni the pandemonium lord
316217 | Zig:15   | Killed Bicolius the pandemonium lord
316217 | Zig:15   | Killed Affosm the pandemonium lord
316217 | Zig:15   | Killed Giecefen the pandemonium lord
316217 | Zig:15   | Noticed Xoixir the pandemonium lord
316218 | Zig:15   | Killed Toalitt the pandemonium lord
316218 | Zig:15   | Killed Saschen the pandemonium lord
316218 | Zig:15   | Killed Wiatis the pandemonium lord
316218 | Zig:15   | Noticed Hausywaz the pandemonium lord
316219 | Zig:15   | Killed Kuurovvu the pandemonium lord
316219 | Zig:15   | Killed Orchuwuiz the pandemonium lord
316219 | Zig:15   | Killed Gahus the pandemonium lord
316219 | Zig:15   | Killed Ruvofewka the pandemonium lord
316219 | Zig:15   | Killed Kiploaqa the pandemonium lord
316219 | Zig:15   | Noticed Fuskaj the pandemonium lord
316219 | Zig:15   | Noticed Vocasub the pandemonium lord
316219 | Zig:15   | Noticed Vadghadit the pandemonium lord
316220 | Zig:15   | Killed Wedozen the pandemonium lord
316220 | Zig:15   | Killed Ahyquz the pandemonium lord
316220 | Zig:15   | Killed Duipt the pandemonium lord
316220 | Zig:15   | Killed Uppozei the pandemonium lord
316220 | Zig:15   | Noticed Waschiunt the pandemonium lord
316220 | Zig:15   | Noticed Pasmot the pandemonium lord
316220 | Zig:15   | Noticed Onumoaso the pandemonium lord
316221 | Zig:15   | Killed Astat the pandemonium lord
316221 | Zig:15   | Killed Xoixir the pandemonium lord
316221 | Zig:15   | Killed Vocasub the pandemonium lord
316221 | Zig:15   | Noticed Ymag the pandemonium lord
316222 | Zig:15   | Killed Hausywaz the pandemonium lord
316222 | Zig:15   | Killed Toad the pandemonium lord
316222 | Zig:15   | Killed Fuskaj the pandemonium lord
316222 | Zig:15   | Noticed Jestru Mupukk the pandemonium lord
316223 | Zig:15   | Noticed Leka the pandemonium lord
316223 | Zig:15   | Killed Waschiunt the pandemonium lord
316223 | Zig:15   | Killed Vadghadit the pandemonium lord
316223 | Zig:15   | Noticed Jimafok the pandemonium lord
316225 | Zig:15   | Killed Pasmot the pandemonium lord
316225 | Zig:15   | Noticed Xiavelim the pandemonium lord
316226 | Zig:15   | Noticed Komics the pandemonium lord
316226 | Zig:15   | Noticed Timusaoti the pandemonium lord
316226 | Zig:15   | Killed Timusaoti the pandemonium lord
316227 | Zig:15   | Killed Komics the pandemonium lord
316227 | Zig:15   | Noticed Lomitoodgh the pandemonium lord
316228 | Zig:15   | Noticed Ytanee Buad the pandemonium lord
316228 | Zig:15   | Killed Ymag the pandemonium lord
316228 | Zig:15   | Killed Onumoaso the pandemonium lord
316228 | Zig:15   | Noticed Neotaasu the pandemonium lord
316229 | Zig:15   | Noticed Qemow the pandemonium lord
316229 | Zig:15   | Noticed Onecs the pandemonium lord
316230 | Zig:15   | Noticed Roveofrieg the pandemonium lord
316233 | Zig:15   | Killed Jimafok the pandemonium lord
316233 | Zig:15   | Killed Jestru Mupukk the pandemonium lord
316234 | Zig:15   | Killed Leka the pandemonium lord
316234 | Zig:15   | Killed Qemow the pandemonium lord
316234 | Zig:15   | Killed Xiavelim the pandemonium lord
316234 | Zig:15   | Killed Ytanee Buad the pandemonium lord
316235 | Zig:15   | Noticed Xodaat the pandemonium lord
316235 | Zig:15   | Killed Roveofrieg the pandemonium lord
316236 | Zig:15   | Noticed Daloquck the pandemonium lord
316236 | Zig:15   | Killed Lomitoodgh the pandemonium lord
316236 | Zig:15   | Noticed Ugax Kop the pandemonium lord
316236 | Zig:15   | Noticed Yrieci the pandemonium lord
316238 | Zig:15   | Noticed Laubad the pandemonium lord
316238 | Zig:15   | Noticed Igakircho the pandemonium lord
316238 | Zig:15   | Noticed Ypretiog the pandemonium lord
316239 | Zig:15   | Noticed Umaosout the pandemonium lord
316239 | Zig:15   | Killed Xodaat the pandemonium lord
316240 | Zig:15   | Killed Ugax Kop the pandemonium lord
316240 | Zig:15   | Killed Neotaasu the pandemonium lord
316240 | Zig:15   | Killed Laubad the pandemonium lord
316240 | Zig:15   | Noticed Erghagh the pandemonium lord
316241 | Zig:15   | Killed Igakircho the pandemonium lord
316241 | Zig:15   | Killed Yrieci the pandemonium lord
316243 | Zig:15   | Killed Ypretiog the pandemonium lord
316246 | Zig:15   | Killed Daloquck the pandemonium lord
316247 | Zig:15   | Killed Erghagh the pandemonium lord
316249 | Zig:15   | Killed Umaosout the pandemonium lord
316250 | Zig:15   | Killed Onecs the pandemonium lord
316685 | Zig:15   | Identified the +3 leather armour of Limited Liability
                  | {Regen+ Str+3}
316691 | Zig:15   | Identified the +12 dagger of the Immovable Visions {venom,
                  | rC+ MP+9}
316716 | Zig:15   | Identified the +5 long sword "Dagayse" {heavy, Int+3 SInv}
316722 | Zig:15   | Identified the +10 long sword of Guile {vamp, *Noise Will++
                  | Int+5}
317126 | Zig:16   | Entered Level 16 of a ziggurat
317167 | Zig:16   | Identified the ring "Yneoc" {Int+6 SInv Stlth+}
317539 | Zig:16   | Identified the +1 hand axe "Qunixzigh" {pain, *Corrode rC++
                  | Int+2}
317584 | Zig:16   | Identified the ring of Uguxt {rElec rPois Str-2 Int+6}
317710 | Zig:16   | Identified the +9 quarterstaff of Valum {flame, rPois rF+
                  | Will- Str+2}
317730 | Zig:16   | Identified the +5 scimitar "Ylu Wuh" {drain, Fragile Str+8
                  | Dex+2 SInv}
317756 | Zig:16   | Identified the +1 shortbow "Falom" {flame, +Blink rPois
                  | rC-}
317757 | Zig:16   | Identified the +4 battleaxe "Boshredu" {vamp, rC+++ Int-5
                  | Dex+5}
317836 | Zig:17   | Entered Level 17 of a ziggurat
317836 | Zig:17   | Noticed Zachydoop's ghost (veteran MiMo)
317836 | Zig:17   | Noticed Xuqyot's ghost (legendary DsFi)
317836 | Zig:17   | Noticed corvin's ghost (legendary OgWn)
317836 | Zig:17   | Noticed Zenecom's ghost (legendary MiFi)
317836 | Zig:17   | Noticed frimble's ghost (legendary GrFi)
317836 | Zig:17   | Noticed Uhosoup's ghost (veteran GrFi)
317838 | Zig:17   | Noticed Qeilemp's ghost (legendary HOFi)
317838 | Zig:17   | Noticed xzight's ghost (legendary MiBe)
317838 | Zig:17   | Noticed Veodywke's ghost (legendary MiBe)
317838 | Zig:17   | Noticed melllvar's ghost (legendary MiBe)
317838 | Zig:17   | Noticed MrChinwatt's ghost (legendary DsWn)
317839 | Zig:17   | Noticed frimble's ghost (legendary DsFi)
317840 | Zig:17   | Noticed Jeklifit's ghost (legendary FoFi)
317840 | Zig:17   | Noticed ragingrage's ghost (legendary OpFE)
317841 | Zig:17   | Killed corvin's ghost
317841 | Zig:17   | Killed xzight's ghost
317841 | Zig:17   | Noticed thechecker02's ghost (legendary DDFi)
317842 | Zig:17   | Noticed Zoplarin's ghost (legendary BaSk)
317843 | Zig:17   | Killed Veodywke's ghost
317843 | Zig:17   | Killed melllvar's ghost
317843 | Zig:17   | Noticed Evehuixoju's ghost (legendary VSFi)
317843 | Zig:17   | Noticed Zachydoop's ghost (veteran MiMo)
317843 | Zig:17   | Noticed sleeves's ghost (legendary HuEE)
317843 | Zig:17   | Noticed Viugiw's ghost (legendary TeBe)
317844 | Zig:17   | Killed Xuqyot's ghost
317844 | Zig:17   | Killed Zenecom's ghost
317844 | Zig:17   | Killed MrChinwatt's ghost
317844 | Zig:17   | Killed thechecker02's ghost
317844 | Zig:17   | Killed Zachydoop's ghost
317844 | Zig:17   | Killed frimble's ghost
317845 | Zig:17   | Killed Uhosoup's ghost
317845 | Zig:17   | Killed Qeilemp's ghost
317845 | Zig:17   | Killed ragingrage's ghost
317846 | Zig:17   | Noticed Xiwu's ghost (legendary MiFi)
317846 | Zig:17   | Noticed Zachydoop's ghost (veteran MiMo)
317846 | Zig:17   | Noticed Ebassic's ghost (veteran GrFi)
317846 | Zig:17   | Noticed thechecker02's ghost (legendary DDFi)
317846 | Zig:17   | Noticed Shayle's ghost (legendary GnHW)
317846 | Zig:17   | Noticed Fusentrap's ghost (legendary MiBe)
317846 | Zig:17   | Noticed Anafel's ghost (legendary GrFi)
317847 | Zig:17   | Killed Jeklifit's ghost
317847 | Zig:17   | Killed Viugiw's ghost
317847 | Zig:17   | Killed sleeves's ghost
317847 | Zig:17   | Killed Zachydoop's ghost
317847 | Zig:17   | Killed frimble's ghost
317847 | Zig:17   | Noticed Boduf's ghost (legendary FoHu)
317848 | Zig:17   | Noticed Zoplarin's ghost (legendary BaSk)
317848 | Zig:17   | Noticed Ubraesch's ghost (adept TrMo)
317848 | Zig:17   | Noticed Jargh's ghost (legendary FoFi)
317848 | Zig:17   | Noticed strangelove's ghost (master GrEE)
317848 | Zig:17   | Noticed Totuz's ghost (legendary HOFi)
317848 | Zig:17   | Noticed Giojuova's ghost (legendary GnBe)
317848 | Zig:17   | Noticed Hillam's ghost (legendary DsTm)
317849 | Zig:17   | Killed Evehuixoju's ghost
317849 | Zig:17   | Noticed Zachydoop's ghost (veteran MiMo)
317849 | Zig:17   | Noticed Walil's ghost (veteran MiMo)
317849 | Zig:17   | Noticed Xaowkis's ghost (legendary GnWr)
317849 | Zig:17   | Noticed Xutext's ghost (adept DsAK)
317850 | Zig:17   | Noticed thechecker02's ghost (master DDFi)
317851 | Zig:17   | Noticed BerryKnight's ghost (legendary DgFi)
317851 | Zig:17   | Noticed Anafel's ghost (legendary GrFi)
317851 | Zig:17   | Noticed Zenecom's ghost (legendary MiFi)
317853 | Zig:17   | Noticed Ycuhohed's ghost (veteran TeBe)
317853 | Zig:17   | Killed Xiwu's ghost
317853 | Zig:17   | Killed Anafel's ghost
317853 | Zig:17   | Killed strangelove's ghost
317853 | Zig:17   | Killed Shayle's ghost
317853 | Zig:17   | Noticed heteroy's ghost (legendary DsHu)
317853 | Zig:17   | Noticed Uhosoup's ghost (veteran GrFi)
317853 | Zig:17   | Noticed Marixus's ghost (legendary DDFi)
317853 | Zig:17   | Noticed WiseOSalty's ghost (legendary TrGl)
317854 | Zig:17   | Noticed Manman's ghost (legendary HOGl)
317854 | Zig:17   | Killed Hillam's ghost
317854 | Zig:17   | Killed Xutext's ghost
317854 | Zig:17   | Killed Walil's ghost
317854 | Zig:17   | Killed Ubraesch's ghost
317854 | Zig:17   | Killed Ycuhohed's ghost
317855 | Zig:17   | Killed Ebassic's ghost
317855 | Zig:17   | Killed Zachydoop's ghost
317855 | Zig:17   | Killed Zachydoop's ghost
317855 | Zig:17   | Killed Jargh's ghost
317855 | Zig:17   | Killed Zoplarin's ghost
317855 | Zig:17   | Killed Giojuova's ghost
317855 | Zig:17   | Noticed Ikusitist's ghost (legendary NaFE)
317855 | Zig:17   | Noticed Pusocauss's ghost (legendary VSBe)
317855 | Zig:17   | Noticed sleeves's ghost (legendary HuEE)
317856 | Zig:17   | Noticed Huju's ghost (legendary HOFi)
317856 | Zig:17   | Killed Fusentrap's ghost
317856 | Zig:17   | Killed thechecker02's ghost
317856 | Zig:17   | Killed Totuz's ghost
317856 | Zig:17   | Killed Zoplarin's ghost
317856 | Zig:17   | Killed Xaowkis's ghost
317856 | Zig:17   | Noticed Hewasun's ghost (legendary MiBe)
317856 | Zig:17   | Noticed frimble's ghost (legendary DsFi)
317856 | Zig:17   | Noticed corvin's ghost (legendary OgWn)
317856 | Zig:17   | Noticed BerryKnight's ghost (legendary DgFi)
317856 | Zig:17   | Noticed sleeves's ghost (legendary HuSk)
317858 | Zig:17   | Noticed ragingrage's ghost (legendary OpFE)
317858 | Zig:17   | Noticed Unuchuin's ghost (legendary GnFi)
317858 | Zig:17   | Noticed Fenir's ghost (legendary GnAE)
317859 | Zig:17   | Noticed Uhosoup's ghost (veteran GrFi)
317859 | Zig:17   | Noticed Manman's ghost (legendary HOGl)
317860 | Zig:17   | Noticed Zachydoop's ghost (veteran MiMo)
317860 | Zig:17   | Killed Uhosoup's ghost
317860 | Zig:17   | Killed BerryKnight's ghost
317861 | Zig:17   | Killed WiseOSalty's ghost
317861 | Zig:17   | Killed Pusocauss's ghost
317861 | Zig:17   | Noticed lukano's ghost (legendary GrFi)
317861 | Zig:17   | Noticed heteroy's ghost (legendary DsHu)
317861 | Zig:17   | Noticed Pikuto's ghost (adept MiBe)
317862 | Zig:17   | Noticed heteroy's ghost (legendary DsHu)
317862 | Zig:17   | Killed ragingrage's ghost
317862 | Zig:17   | Noticed MrChinwatt's ghost (legendary DsWn)
317862 | Zig:17   | Noticed SevenDeadlySins's ghost (legendary DrCj)
317862 | Zig:17   | Noticed swap's ghost (legendary DEFE)
317863 | Zig:17   | Killed Zenecom's ghost
317863 | Zig:17   | Killed sleeves's ghost
317863 | Zig:17   | Killed Marixus's ghost
317863 | Zig:17   | Killed thechecker02's ghost
317864 | Zig:17   | Killed Boduf's ghost
317864 | Zig:17   | Noticed Kufiz's ghost (master GrCK)
317864 | Zig:17   | Noticed Himmaryad's ghost (adept TrMo)
317864 | Zig:17   | Noticed stevelinton's ghost (legendary KoBe)
317864 | Zig:17   | Noticed Xocw's ghost (legendary GrMo)
317865 | Zig:17   | Killed Hewasun's ghost
317865 | Zig:17   | Killed BerryKnight's ghost
317865 | Zig:17   | Killed Unuchuin's ghost
317865 | Zig:17   | Noticed Saphesar's ghost (veteran DsFi)
317865 | Zig:17   | Noticed sleeves's ghost (legendary HuEE)
317865 | Zig:17   | Noticed Jargh's ghost (legendary FoFi)
317866 | Zig:17   | Killed frimble's ghost
317867 | Zig:17   | Noticed strangelove's ghost (master GrEE)
317867 | Zig:17   | Noticed EricTams's ghost (veteran MiBe)
317867 | Zig:17   | Noticed Xorhowon's ghost (legendary MiBe)
317868 | Zig:17   | Noticed xzight's ghost (legendary MiBe)
317868 | Zig:17   | Killed Zachydoop's ghost
317868 | Zig:17   | Killed heteroy's ghost
317868 | Zig:17   | Killed Anafel's ghost
317869 | Zig:17   | Noticed Giojuova's ghost (legendary GnBe)
317869 | Zig:17   | Noticed ragingrage's ghost (legendary OpFE)
317869 | Zig:17   | Noticed thechecker02's ghost (master DDFi)
317869 | Zig:17   | Noticed Piginabag's ghost (legendary DsSk)
317869 | Zig:17   | Noticed Rirumasy's ghost (legendary OpWn)
317869 | Zig:17   | Noticed Godueg's ghost (veteran HOFi)
317869 | Zig:17   | Noticed WiseOSalty's ghost (legendary TrGl)
317869 | Zig:17   | Noticed blexxed's ghost (legendary DsFi)
317869 | Zig:17   | Noticed reasonance's ghost (legendary HOMo)
317870 | Zig:17   | Noticed Hillam's ghost (legendary DsTm)
317870 | Zig:17   | Killed Uhosoup's ghost
317870 | Zig:17   | Killed MrChinwatt's ghost
317870 | Zig:17   | Killed stevelinton's ghost
317870 | Zig:17   | Killed corvin's ghost
317870 | Zig:17   | Killed sleeves's ghost
317870 | Zig:17   | Killed Pikuto's ghost
317870 | Zig:17   | Killed Fenir's ghost
317870 | Zig:17   | Noticed Qatinlae's ghost (veteran DEFE)
317871 | Zig:17   | Noticed sleeves's ghost (legendary DsFi)
317871 | Zig:17   | Killed lukano's ghost
317871 | Zig:17   | Killed swap's ghost
317871 | Zig:17   | Killed Himmaryad's ghost
317871 | Zig:17   | Killed Xorhowon's ghost
317871 | Zig:17   | Killed Saphesar's ghost
317872 | Zig:17   | Killed heteroy's ghost
317872 | Zig:17   | Killed sleeves's ghost
317872 | Zig:17   | Killed Xocw's ghost
317872 | Zig:17   | Killed Godueg's ghost
317872 | Zig:17   | Killed heteroy's ghost
317872 | Zig:17   | Noticed Barug's ghost (adept TrMo)
317872 | Zig:17   | Noticed Ikusitist's ghost (legendary NaFE)
317873 | Zig:17   | Killed SevenDeadlySins's ghost
317873 | Zig:17   | Killed xzight's ghost
317873 | Zig:17   | Killed ragingrage's ghost
317873 | Zig:17   | Killed Jargh's ghost
317873 | Zig:17   | Killed Rirumasy's ghost
317873 | Zig:17   | Killed blexxed's ghost
317873 | Zig:17   | Killed EricTams's ghost
317873 | Zig:17   | Killed Qatinlae's ghost
317873 | Zig:17   | Killed Huju's ghost
317873 | Zig:17   | Noticed Rueful's ghost (legendary TrWr)
317873 | Zig:17   | Noticed Ubraesch's ghost (adept TrMo)
317873 | Zig:17   | Noticed Zoplarin's ghost (legendary BaSk)
317873 | Zig:17   | Noticed Talannal's ghost (legendary GnHW)
317873 | Zig:17   | Noticed Sext's ghost (legendary MiFi)
317874 | Zig:17   | Killed Giojuova's ghost
317874 | Zig:17   | Killed reasonance's ghost
317874 | Zig:17   | Killed strangelove's ghost
317874 | Zig:17   | Killed Hillam's ghost
317875 | Zig:17   | Noticed Teaz Xo Upt's ghost (legendary GnFE)
317875 | Zig:17   | Noticed Ikusitist's ghost (legendary NaFE)
317875 | Zig:17   | Noticed astronautguy's ghost (legendary FoEE)
317876 | Zig:17   | Noticed Zoplarin's ghost (legendary BaSk)
317876 | Zig:17   | Noticed Viugiw's ghost (legendary TeBe)
317876 | Zig:17   | Noticed Zachydoop's ghost (veteran MiMo)
317876 | Zig:17   | Noticed Polaczum's ghost (adept TrMo)
317876 | Zig:17   | Noticed EricTams's ghost (veteran MiBe)
317876 | Zig:17   | Noticed Zeph's ghost (adept NaFi)
317876 | Zig:17   | Noticed Himmaryad's ghost (adept TrMo)
317876 | Zig:17   | Noticed Wammos's ghost (legendary TeCj)
317877 | Zig:17   | Noticed Piginabag's ghost (legendary DsSk)
317877 | Zig:17   | Killed Piginabag's ghost
317877 | Zig:17   | Killed sleeves's ghost
317877 | Zig:17   | Noticed meatyocre's ghost (veteran TrFi)
317878 | Zig:17   | Noticed Zachydoop's ghost (veteran MiMo)
317878 | Zig:17   | Killed Kufiz's ghost
317878 | Zig:17   | Killed WiseOSalty's ghost
317878 | Zig:17   | Killed Manman's ghost
317878 | Zig:17   | Killed Manman's ghost
317878 | Zig:17   | Killed Barug's ghost
317879 | Zig:17   | Killed Zoplarin's ghost
317879 | Zig:17   | Killed Teaz Xo Upt's ghost
317879 | Zig:17   | Killed Talannal's ghost
317879 | Zig:17   | Noticed lukano's ghost (legendary GrFi)
317880 | Zig:17   | Noticed thechecker02's ghost (legendary DDFi)
317880 | Zig:17   | Noticed sleeves's ghost (legendary HuEE)
317880 | Zig:17   | Noticed Uhosoup's ghost (veteran GrFi)
317880 | Zig:17   | Noticed Waohesse's ghost (legendary VSFi)
317880 | Zig:17   | Killed Ubraesch's ghost
317880 | Zig:17   | Noticed Totuz's ghost (legendary HOFi)
317881 | Zig:17   | Noticed Fusentrap's ghost (legendary MiBe)
317881 | Zig:17   | Noticed Motirgh's ghost (legendary DgHW)
317881 | Zig:17   | Noticed Xutext's ghost (adept DsAK)
317881 | Zig:17   | Noticed Shayle's ghost (legendary GnHW)
317881 | Zig:17   | Killed Zeph's ghost
317881 | Zig:17   | Killed EricTams's ghost
317883 | Zig:17   | Killed Viugiw's ghost
317883 | Zig:17   | Killed Wammos's ghost
317884 | Zig:17   | Killed Himmaryad's ghost
317887 | Zig:17   | Noticed Marixus's ghost (legendary DDFi)
317887 | Zig:17   | Killed Ikusitist's ghost
317887 | Zig:17   | Killed Zoplarin's ghost
317887 | Zig:17   | Killed Zachydoop's ghost
317887 | Zig:17   | Killed meatyocre's ghost
317887 | Zig:17   | Killed Polaczum's ghost
317887 | Zig:17   | Killed Ikusitist's ghost
317887 | Zig:17   | Noticed melllvar's ghost (legendary MiBe)
317888 | Zig:17   | Killed lukano's ghost
317888 | Zig:17   | Killed Piginabag's ghost
317888 | Zig:17   | Killed Zachydoop's ghost
317888 | Zig:17   | Killed Ikusitist's ghost
317888 | Zig:17   | Killed Uhosoup's ghost
317888 | Zig:17   | Killed astronautguy's ghost
317889 | Zig:17   | Noticed meatyocre's ghost (veteran TrFi)
317890 | Zig:17   | Killed sleeves's ghost
317890 | Zig:17   | Killed Waohesse's ghost
317891 | Zig:17   | Killed Motirgh's ghost
317891 | Zig:17   | Killed thechecker02's ghost
317891 | Zig:17   | Killed Sext's ghost
317891 | Zig:17   | Killed Shayle's ghost
317891 | Zig:17   | Killed Xutext's ghost
317891 | Zig:17   | Noticed Zachydoop's ghost (veteran MiGl)
317891 | Zig:17   | Noticed Ubraesch's ghost (adept TrMo)
317892 | Zig:17   | Noticed astronautguy's ghost (legendary FoEE)
317893 | Zig:17   | Noticed Pohawk's ghost (adept MiGl)
317893 | Zig:17   | Noticed Pohawk's ghost (adept MiGl)
317895 | Zig:17   | Killed Rueful's ghost
317898 | Zig:17   | Noticed Zenecom's ghost (legendary MiFi)
317898 | Zig:17   | Noticed Zeph's ghost (adept NaFi)
317899 | Zig:17   | Killed Totuz's ghost
317899 | Zig:17   | Killed Pohawk's ghost
317899 | Zig:17   | Killed Marixus's ghost
317900 | Zig:17   | Killed Ubraesch's ghost
317900 | Zig:17   | Killed melllvar's ghost
317900 | Zig:17   | Killed Zachydoop's ghost
317900 | Zig:17   | Killed Pohawk's ghost
317900 | Zig:17   | Killed thechecker02's ghost
317900 | Zig:17   | Noticed Gucom's ghost (veteran GnFi)
317903 | Zig:17   | Killed Zeph's ghost
317907 | Zig:17   | Killed Fusentrap's ghost
317910 | Zig:17   | Killed meatyocre's ghost
317922 | Zig:17   | Killed astronautguy's ghost
317925 | Zig:17   | Killed Gucom's ghost
317945 | Zig:17   | Killed Zenecom's ghost
318071 | Zig:17   | Identified the +1 arbalest of Pain and Death {heavy, *Slow
                  | rElec rN+}
318080 | Zig:17   | Identified the staff of air "Vanoichu" {+Blink rElec Dex+2}
318085 | Zig:17   | Identified the +1 plate armour "Visot" {Rampage rPois Str+2
                  | Slay-6}
318086 | Zig:17   | Identified the +0 ring mail "Uxtifaal" {Harm rF+ rN+ Dex-4}
318088 | Zig:17   | Identified the +9 spear "Anugihupp" {venom, rC+ MP+9 Str+4}
318094 | Zig:17   | Identified the +2 ring mail of the Past {rF+ Regen+}
318098 | Zig:17   | Identified the +4 scimitar of Foolhardiness {freeze, rN+++
                  | rCorr Int-3 Dex-5}
318105 | Zig:17   | Identified the staff of poison "Lurel" {rPois rCorr SInv}
318109 | Zig:17   | Identified the +6 scale mail "Kofaj" {rF+ Str-2 Slay+3}
318121 | Zig:17   | Identified the +0 chain mail "Herepitt" {Dex+2}
318123 | Zig:17   | Identified the staff of cold "Toitec" {+Blink rC+}
318509 | Zig:18   | Entered Level 18 of a ziggurat
318517 | Zig:18   | Identified the +1 robe of the Pure Knives {Rampage Str+3}
318519 | Zig:18   | Identified the amulet of Oforil {Faith +Inv rF+}
318525 | Zig:19   | Entered Level 19 of a ziggurat
318834 | Zig:19   | Identified the +10 great sword "Foogor" {freeze, *Slow
                  | Will++ rCorr Dex+2}
318840 | Zig:19   | Identified the +0 scale mail "Laimarasi" {rC+ rCorr Str+3
                  | Int-3}
318858 | Zig:19   | Identified the staff of cold "Buadyawe" {rElec rC+ Dex+4}
318868 | Zig:19   | Identified the +10 hand axe "Anefaakelu" {heavy, Int+3
                  | SInv}
318892 | Zig:19   | Identified the +5 dagger "Vavurr" {freeze, rF+ Str+3}
318895 | Zig:19   | Identified the ring "Daplocw" {Fire Int-2 Dex+4 Slay+4}
318908 | Zig:19   | Identified the ring "Xaczaoc" {Fly rElec rF- rN+ Will+++}
319403 | Zig:20   | Entered Level 20 of a ziggurat
319426 | Zig:20   | Noticed a dread lich
319435 | Zig:20   | Killed a dread lich
319479 | Zig:20   | Killed a starcursed mass
320218 | Zig:20   | Identified the +2 cloak "Silyrgh" {rPois Str-4 Dex+3}
320293 | Zig:20   | Identified the ring of Dithmenos's Favour {rN++ Str+6}
320297 | Zig:20   | Identified the -2 cloak of Liberalism {rF+ rN+ Str+3 Int-5}
320304 | Zig:20   | Identified the +4 mace of Intuition {drain, Drain rElec
                  | rPois Stlth-}
320333 | Zig:20   | Identified the ring "Deggaw" {Wiz rN+ Will- Int+3}
320336 | Zig:20   | Identified the +1 leather armour of Plasticity {rF+ Str+2}
320342 | Zig:20   | Identified the staff of cold "Qaclax" {rC+ Dex+2}
320462 | Zig:21   | Entered Level 21 of a ziggurat
320502 | Zig:22   | Entered Level 22 of a ziggurat
320633 | Zig:22   | Noticed Boidotiese the pandemonium lord
320638 | Zig:22   | Killed Boidotiese the pandemonium lord
321199 | Zig:22   | Identified the +1 long sword of Demonkind {speed, rN++}
321200 | Zig:22   | Identified the +5 ring mail "Oti Yfixku" {Fly rElec rC-
                  | Int+2}
321201 | Zig:22   | Identified the +5 sling "Ytenuloi" {speed, rN+ MP-9 Int+4}
321202 | Zig:22   | Identified the +6 scale mail of Jiaskoow {rC+}
321204 | Zig:22   | Identified the ring of Vehumet's Generosity {rPois AC+4
                  | Dex-2 SInv Stlth+}
321206 | Zig:22   | Identified the +1 leather armour "Tiovet" {rElec Dex+2}
321212 | Zig:22   | Identified the ring of Ankoyrgh {rF- EV+5 Str+6 Slay+4}
321216 | Zig:22   | Identified the staff of air "Taedghiph" {rElec rC+}
321223 | Zig:22   | Identified the ring "Caepne Sosa" {rPois rF+ rC+ Str-5
                  | Int+4}
321236 | Zig:22   | Identified the staff of air "Eshaje" {rElec Str+2}
321237 | Zig:22   | Identified the +0 plate armour "Peiniomp" {Str+5}
321287 | Zig:23   | Entered Level 23 of a ziggurat
321678 | Zig:23   | Identified the +3 arbalest of the Extremes {drain, rPois}
321680 | Zig:23   | Identified the +7 executioner's axe "Osin" {antimagic,
                  | Fragile rN+ Will+ Int+4}
321681 | Zig:23   | Identified the +9 short sword "Vexkeote" {elec, Drain rF+
                  | Str+3}
321746 | Zig:23   | Identified the ring "Oceocoit" {rC+ Str+3 Int+6}
322399 | Zig:24   | Entered Level 24 of a ziggurat
322399 | Zig:24   | Noticed a juggernaut
322399 | Zig:24   | Noticed a juggernaut
322400 | Zig:24   | Noticed a juggernaut
322400 | Zig:24   | Noticed a juggernaut
322401 | Zig:24   | Noticed a juggernaut
322402 | Zig:24   | Noticed a juggernaut
322402 | Zig:24   | Noticed a juggernaut
322403 | Zig:24   | Noticed a juggernaut
322403 | Zig:24   | Noticed a juggernaut
322403 | Zig:24   | Noticed a juggernaut
322403 | Zig:24   | Noticed a juggernaut
322405 | Zig:24   | Noticed a juggernaut
322405 | Zig:24   | Noticed a juggernaut
322405 | Zig:24   | Noticed a juggernaut
322405 | Zig:24   | Noticed a juggernaut
322405 | Zig:24   | Noticed a juggernaut
322405 | Zig:24   | Noticed a juggernaut
322405 | Zig:24   | Noticed a juggernaut
322405 | Zig:24   | Noticed a juggernaut
322405 | Zig:24   | Noticed a juggernaut
322405 | Zig:24   | Noticed a juggernaut
322405 | Zig:24   | Noticed a juggernaut
322406 | Zig:24   | Noticed a juggernaut
322406 | Zig:24   | Noticed a juggernaut
322406 | Zig:24   | Noticed a juggernaut
322406 | Zig:24   | Noticed a juggernaut
322406 | Zig:24   | Noticed a juggernaut
322406 | Zig:24   | Noticed a juggernaut
322406 | Zig:24   | Noticed a juggernaut
322407 | Zig:24   | Noticed a juggernaut
322407 | Zig:24   | Noticed a juggernaut
322407 | Zig:24   | Noticed a juggernaut
322407 | Zig:24   | Noticed a juggernaut
322407 | Zig:24   | Noticed a juggernaut
322407 | Zig:24   | Noticed a juggernaut
322407 | Zig:24   | Noticed a juggernaut
322407 | Zig:24   | Noticed a juggernaut
322407 | Zig:24   | Noticed a juggernaut
322407 | Zig:24   | Noticed a juggernaut
322407 | Zig:24   | Noticed a juggernaut
322407 | Zig:24   | Noticed a juggernaut
322408 | Zig:24   | Noticed a juggernaut
322408 | Zig:24   | Noticed a juggernaut
322408 | Zig:24   | Noticed a juggernaut
322408 | Zig:24   | Noticed a juggernaut
322408 | Zig:24   | Noticed a juggernaut
322408 | Zig:24   | Noticed a juggernaut
322409 | Zig:24   | Noticed a juggernaut
322409 | Zig:24   | Noticed a juggernaut
322409 | Zig:24   | Noticed a juggernaut
322409 | Zig:24   | Noticed a juggernaut
322409 | Zig:24   | Noticed a juggernaut
322409 | Zig:24   | Noticed a juggernaut
322409 | Zig:24   | Noticed a juggernaut
322409 | Zig:24   | Noticed a juggernaut
322409 | Zig:24   | Noticed a juggernaut
322409 | Zig:24   | Noticed a juggernaut
322409 | Zig:24   | Noticed a juggernaut
322409 | Zig:24   | Noticed a juggernaut
322409 | Zig:24   | Noticed a juggernaut
322409 | Zig:24   | Noticed a juggernaut
322409 | Zig:24   | Noticed a juggernaut
322410 | Zig:24   | Noticed a juggernaut
322410 | Zig:24   | Noticed a juggernaut
322410 | Zig:24   | Noticed a juggernaut
322410 | Zig:24   | Noticed a juggernaut
322410 | Zig:24   | Noticed a juggernaut
322410 | Zig:24   | Noticed a juggernaut
322410 | Zig:24   | Noticed a juggernaut
322410 | Zig:24   | Noticed a juggernaut
322410 | Zig:24   | Noticed a juggernaut
322410 | Zig:24   | Noticed a juggernaut
322410 | Zig:24   | Noticed a juggernaut
322410 | Zig:24   | Noticed a juggernaut
322410 | Zig:24   | Noticed a juggernaut
322411 | Zig:24   | Killed a juggernaut
322411 | Zig:24   | Killed a juggernaut
322411 | Zig:24   | Killed a juggernaut
322411 | Zig:24   | Killed a juggernaut
322411 | Zig:24   | Killed a juggernaut
322411 | Zig:24   | Killed a juggernaut
322411 | Zig:24   | Killed a juggernaut
322411 | Zig:24   | Killed a juggernaut
322411 | Zig:24   | Killed a juggernaut
322411 | Zig:24   | Killed a juggernaut
322411 | Zig:24   | Killed a juggernaut
322411 | Zig:24   | Killed a juggernaut
322411 | Zig:24   | Killed a juggernaut
322411 | Zig:24   | Killed a juggernaut
322411 | Zig:24   | Killed a juggernaut
322411 | Zig:24   | Killed a juggernaut
322411 | Zig:24   | Killed a juggernaut
322411 | Zig:24   | Killed a juggernaut
322411 | Zig:24   | Killed a juggernaut
322411 | Zig:24   | Killed a juggernaut
322411 | Zig:24   | Killed a juggernaut
322411 | Zig:24   | Killed a juggernaut
322411 | Zig:24   | Killed a juggernaut
322411 | Zig:24   | Killed a juggernaut
322411 | Zig:24   | Killed a juggernaut
322411 | Zig:24   | Killed a juggernaut
322411 | Zig:24   | Killed a juggernaut
322411 | Zig:24   | Killed a juggernaut
322411 | Zig:24   | Killed a juggernaut
322411 | Zig:24   | Killed a juggernaut
322411 | Zig:24   | Killed a juggernaut
322411 | Zig:24   | Killed a juggernaut
322411 | Zig:24   | Killed a juggernaut
322411 | Zig:24   | Killed a juggernaut
322411 | Zig:24   | Killed a juggernaut
322411 | Zig:24   | Killed a juggernaut
322411 | Zig:24   | Killed a juggernaut
322411 | Zig:24   | Killed a juggernaut
322412 | Zig:24   | Noticed a juggernaut
322412 | Zig:24   | Noticed a juggernaut
322413 | Zig:24   | Noticed a juggernaut
322417 | Zig:24   | Killed a juggernaut
322417 | Zig:24   | Killed a juggernaut
322417 | Zig:24   | Killed a juggernaut
322417 | Zig:24   | Killed a juggernaut
322417 | Zig:24   | Killed a juggernaut
322417 | Zig:24   | Killed a juggernaut
322417 | Zig:24   | Killed a juggernaut
322417 | Zig:24   | Noticed a juggernaut
322418 | Zig:24   | Killed a juggernaut
322418 | Zig:24   | Killed a juggernaut
322418 | Zig:24   | Killed a juggernaut
322418 | Zig:24   | Killed a juggernaut
322418 | Zig:24   | Killed a juggernaut
322418 | Zig:24   | Noticed a juggernaut
322418 | Zig:24   | Noticed a juggernaut
322418 | Zig:24   | Noticed a juggernaut
322418 | Zig:24   | Noticed a juggernaut
322420 | Zig:24   | Noticed a juggernaut
322420 | Zig:24   | Killed a juggernaut
322421 | Zig:24   | Killed a juggernaut
322422 | Zig:24   | Killed a juggernaut
322422 | Zig:24   | Noticed a juggernaut
322423 | Zig:24   | Noticed a juggernaut
322423 | Zig:24   | Killed a juggernaut
322425 | Zig:24   | Killed a juggernaut
322426 | Zig:24   | Noticed a juggernaut
322428 | Zig:24   | Noticed a juggernaut
322428 | Zig:24   | Noticed a juggernaut
322432 | Zig:24   | Killed a juggernaut
322432 | Zig:24   | Killed a juggernaut
322432 | Zig:24   | Killed a juggernaut
322432 | Zig:24   | Killed a juggernaut
322432 | Zig:24   | Killed a juggernaut
322432 | Zig:24   | Killed a juggernaut
322432 | Zig:24   | Killed a juggernaut
322432 | Zig:24   | Killed a juggernaut
322432 | Zig:24   | Killed a juggernaut
322432 | Zig:24   | Killed a juggernaut
322433 | Zig:24   | Killed a juggernaut
322433 | Zig:24   | Killed a juggernaut
322433 | Zig:24   | Killed a juggernaut
322433 | Zig:24   | Killed a juggernaut
322433 | Zig:24   | Killed a juggernaut
322433 | Zig:24   | Killed a juggernaut
322433 | Zig:24   | Killed a juggernaut
322433 | Zig:24   | Killed a juggernaut
322433 | Zig:24   | Killed a juggernaut
322433 | Zig:24   | Noticed a juggernaut
322433 | Zig:24   | Noticed a juggernaut
322434 | Zig:24   | Killed a juggernaut
322434 | Zig:24   | Killed a juggernaut
322434 | Zig:24   | Killed a juggernaut
322434 | Zig:24   | Killed a juggernaut
322435 | Zig:24   | Noticed a juggernaut
322436 | Zig:24   | Noticed a juggernaut
322438 | Zig:24   | Killed a juggernaut
322438 | Zig:24   | Killed a juggernaut
322438 | Zig:24   | Killed a juggernaut
322438 | Zig:24   | Killed a juggernaut
322438 | Zig:24   | Killed a juggernaut
322438 | Zig:24   | Killed a juggernaut
322438 | Zig:24   | Noticed a juggernaut
322439 | Zig:24   | Killed a juggernaut
322439 | Zig:24   | Killed a juggernaut
322439 | Zig:24   | Killed a juggernaut
322439 | Zig:24   | Killed a juggernaut
322439 | Zig:24   | Killed a juggernaut
322439 | Zig:24   | Killed a juggernaut
322439 | Zig:24   | Noticed a juggernaut
322443 | Zig:24   | Killed a juggernaut
322447 | Zig:24   | Killed a juggernaut
322460 | Zig:24   | Noticed a juggernaut
322463 | Zig:24   | Noticed a juggernaut
322465 | Zig:24   | Killed a juggernaut
322466 | Zig:24   | Killed a juggernaut
322466 | Zig:24   | Killed a juggernaut
322467 | Zig:24   | Killed a juggernaut
322472 | Zig:24   | Killed a juggernaut
323178 | Zig:24   | Identified the +1 crystal plate armour of Generosity {rN++}
323188 | Zig:24   | Identified the +1 chain mail "Gorufer" {rF+ Int+4}
323255 | Zig:24   | Identified the ring "Bafuodes" {Fire Int+4 Dex+2}
323261 | Zig:24   | Identified the ring "Ocweeseno" {rElec rN++ Will+}
323263 | Zig:24   | Identified the staff of conjuration "Cushawyekh" {Stlth+}
323269 | Zig:24   | Identified the +5 morningstar "Ciumeott" {speed, rPois
                  | Will+}
323270 | Zig:24   | Identified the ring "Raqi" {rPois rN+ Will+ Dex-5 Slay+5}
323284 | Zig:24   | Identified the ring of Nusiutus {+Blink rF- rN+++ Str+4
                  | SInv}
323289 | Zig:24   | Identified the +6 broad axe of Action {spect, rF+ Dex+2}
323295 | Zig:24   | Identified the +0 chain mail of the Albatross {+Blink rPois
                  | Dex+3}
323297 | Zig:24   | Identified the +4 morningstar of Qaanem {holy, rElec rN+}
323409 | Zig:25   | Entered Level 25 of a ziggurat
323412 | Zig:25   | Noticed an ancient lich
323414 | Zig:25   | Killed an ancient lich
323421 | Zig:25   | Noticed an ancient lich
323421 | Zig:25   | Noticed an ancient lich
323427 | Zig:25   | Killed an ancient lich
323427 | Zig:25   | Killed an ancient lich
323439 | Zig:25   | Noticed an ancient lich
323442 | Zig:25   | Noticed an ancient lich
323444 | Zig:25   | Killed an ancient lich
323466 | Zig:25   | Killed an ancient lich
323469 | Zig:25   | Noticed a dread lich
323469 | Zig:25   | Noticed an ancient lich
323469 | Zig:25   | Noticed a dread lich
323469 | Zig:25   | Noticed a dread lich
323469 | Zig:25   | Noticed a dread lich
323469 | Zig:25   | Noticed an ancient lich
323469 | Zig:25   | Noticed an ancient lich
323469 | Zig:25   | Noticed a dread lich
323469 | Zig:25   | Noticed an ancient lich
323470 | Zig:25   | Killed a dread lich
323470 | Zig:25   | Killed an ancient lich
323470 | Zig:25   | Killed a dread lich
323470 | Zig:25   | Killed an ancient lich
323470 | Zig:25   | Killed a dread lich
323471 | Zig:25   | Noticed a dread lich
323471 | Zig:25   | Killed an ancient lich
323471 | Zig:25   | Killed a dread lich
323471 | Zig:25   | Killed a dread lich
323471 | Zig:25   | Killed an ancient lich
323471 | Zig:25   | Noticed an ancient lich
323471 | Zig:25   | Noticed an ancient lich
323471 | Zig:25   | Noticed an ancient lich
323472 | Zig:25   | Killed an ancient lich
323472 | Zig:25   | Killed an ancient lich
323472 | Zig:25   | Noticed an ancient lich
323472 | Zig:25   | Noticed an ancient lich
323472 | Zig:25   | Noticed an ancient lich
323472 | Zig:25   | Noticed an ancient lich
323472 | Zig:25   | Noticed a dread lich
323472 | Zig:25   | Noticed a dread lich
323472 | Zig:25   | Noticed a dread lich
323474 | Zig:25   | Noticed an ancient lich
323475 | Zig:25   | Killed an ancient lich
323475 | Zig:25   | Killed a dread lich
323475 | Zig:25   | Killed an ancient lich
323475 | Zig:25   | Noticed an ancient lich
323478 | Zig:25   | Killed an ancient lich
323478 | Zig:25   | Killed a dread lich
323478 | Zig:25   | Killed a dread lich
323479 | Zig:25   | Noticed a dread lich
323480 | Zig:25   | Killed an ancient lich
323485 | Zig:25   | Killed an ancient lich
323485 | Zig:25   | Killed an ancient lich
323485 | Zig:25   | Noticed an ancient lich
323486 | Zig:25   | Noticed a dread lich
323488 | Zig:25   | Killed an ancient lich
323489 | Zig:25   | Killed a dread lich
323490 | Zig:25   | Killed a dread lich
323491 | Zig:25   | Killed a dread lich
323491 | Zig:25   | Noticed a dread lich
323493 | Zig:25   | Noticed an ancient lich
323495 | Zig:25   | Killed an ancient lich
323500 | Zig:25   | Killed a dread lich
323503 | Zig:25   | Killed a dread lich
323505 | Zig:25   | Noticed a dread lich
323506 | Zig:25   | Killed an ancient lich
323506 | Zig:25   | Killed a dread lich
323508 | Zig:25   | Noticed a dread lich
323512 | Zig:25   | Noticed a dread lich
323512 | Zig:25   | Noticed a dread lich
323512 | Zig:25   | Noticed a dread lich
323512 | Zig:25   | Noticed a dread lich
323512 | Zig:25   | Noticed a dread lich
323517 | Zig:25   | Killed a dread lich
323523 | Zig:25   | Killed a dread lich
323523 | Zig:25   | Killed a dread lich
323524 | Zig:25   | Killed a dread lich
323525 | Zig:25   | Killed a dread lich
323531 | Zig:25   | Noticed an ancient lich
323538 | Zig:25   | Killed a dread lich
323538 | Zig:25   | Killed an ancient lich
324353 | Zig:25   | Identified the +4 leather armour of the Cricket {Will+
                  | Int+4}
324355 | Zig:25   | Identified the +1 spear of Manoargh {freeze, Dex+3}
324356 | Zig:25   | Identified the staff of fire "Sicet" {rF+ Will+}
324369 | Zig:25   | Identified the +0 scale mail "Muerebb" {Drain Dex+3 SInv}
324371 | Zig:25   | Identified the +8 plate armour "Depn" {Contam Drain Will+++
                  | Stlth+}
324377 | Zig:25   | Identified the +3 falchion "ETAOIN SHRDLU" {freeze, rPois
                  | rN+}
324379 | Zig:25   | Identified the staff of death "Oteal" {Fragile rElec rN+
                  | Str+4}
324383 | Zig:25   | Identified the amulet "Yfuybra" {Reflect rCorr SH+5}
324384 | Zig:25   | Identified the +2 cloak of Useunuilung {Int+2}
324387 | Zig:25   | Identified the staff of poison "Vyiplic" {rPois rN+ MP-9
                  | Int+4}
324388 | Zig:25   | Identified the ring "Xeuxtot" {rPois rCorr Dex+3}
324392 | Zig:25   | Identified the staff of fire "Loedy" {rF+ rCorr Int+3
                  | Dex+3}
324402 | Zig:25   | Identified the staff of death "Hewos" {*Slow +Blink rF-
                  | rC+++ rN+}
324438 | Zig:25   | Identified the +2 hat of Solemn Freedom {rElec SInv}
324504 | Zig:26   | Entered Level 26 of a ziggurat
324509 | Zig:26   | Noticed a dread lich
324512 | Zig:26   | Noticed a dread lich
324514 | Zig:26   | Noticed an ancient lich
324514 | Zig:26   | Killed a dread lich
324515 | Zig:26   | Killed a dread lich
324515 | Zig:26   | Noticed an ancient lich
324516 | Zig:26   | Noticed an ancient lich
324516 | Zig:26   | Noticed a dread lich
324516 | Zig:26   | Noticed a dread lich
324516 | Zig:26   | Noticed a dread lich
324518 | Zig:26   | Noticed an ancient lich
324518 | Zig:26   | Noticed an ancient lich
324519 | Zig:26   | Noticed an ancient lich
324520 | Zig:26   | Noticed an ancient lich
324520 | Zig:26   | Noticed a dread lich
324521 | Zig:26   | Killed an ancient lich
324521 | Zig:26   | Killed an ancient lich
324521 | Zig:26   | Killed a dread lich
324521 | Zig:26   | Noticed an ancient lich
324521 | Zig:26   | Noticed a dread lich
324522 | Zig:26   | Killed a dread lich
324522 | Zig:26   | Killed an ancient lich
324522 | Zig:26   | Killed a dread lich
324522 | Zig:26   | Killed a dread lich
324522 | Zig:26   | Killed an ancient lich
324522 | Zig:26   | Killed a dread lich
324522 | Zig:26   | Killed an ancient lich
324522 | Zig:26   | Noticed an ancient lich
324522 | Zig:26   | Noticed an ancient lich
324523 | Zig:26   | Killed an ancient lich
324523 | Zig:26   | Killed an ancient lich
324525 | Zig:26   | Killed an ancient lich
324525 | Zig:26   | Killed an ancient lich
324525 | Zig:26   | Killed an ancient lich
324526 | Zig:26   | Noticed a dread lich
324534 | Zig:26   | Killed a dread lich
324534 | Zig:26   | Noticed an ancient lich
324534 | Zig:26   | Noticed a dread lich
324535 | Zig:26   | Noticed a dread lich
324535 | Zig:26   | Noticed an ancient lich
324537 | Zig:26   | Noticed a dread lich
324538 | Zig:26   | Noticed a dread lich
324538 | Zig:26   | Killed an ancient lich
324538 | Zig:26   | Killed a dread lich
324538 | Zig:26   | Killed a dread lich
324538 | Zig:26   | Killed a dread lich
324538 | Zig:26   | Killed a dread lich
324543 | Zig:26   | Noticed an ancient lich
324543 | Zig:26   | Noticed an ancient lich
324544 | Zig:26   | Noticed a dread lich
324544 | Zig:26   | Killed an ancient lich
324545 | Zig:26   | Noticed a dread lich
324550 | Zig:26   | Killed an ancient lich
324550 | Zig:26   | Killed an ancient lich
324550 | Zig:26   | Killed a dread lich
324550 | Zig:26   | Killed a dread lich
324550 | Zig:26   | Noticed a dread lich
324550 | Zig:26   | Noticed a dread lich
324551 | Zig:26   | Noticed an ancient lich
324551 | Zig:26   | Noticed an ancient lich
324553 | Zig:26   | Killed an ancient lich
324553 | Zig:26   | Noticed an ancient lich
324553 | Zig:26   | Noticed a dread lich
324553 | Zig:26   | Noticed an ancient lich
324554 | Zig:26   | Killed an ancient lich
324554 | Zig:26   | Killed a dread lich
324555 | Zig:26   | Killed a dread lich
324555 | Zig:26   | Noticed an ancient lich
324556 | Zig:26   | Killed an ancient lich
324557 | Zig:26   | Noticed an ancient lich
324557 | Zig:26   | Noticed a dread lich
324558 | Zig:26   | Killed a dread lich
324558 | Zig:26   | Killed an ancient lich
324560 | Zig:26   | Killed an ancient lich
324560 | Zig:26   | Killed an ancient lich
324561 | Zig:26   | Killed a dread lich
324563 | Zig:26   | Noticed a dread lich
324564 | Zig:26   | Noticed an ancient lich
324564 | Zig:26   | Noticed an ancient lich
324565 | Zig:26   | Noticed a dread lich
324566 | Zig:26   | Killed a dread lich
324566 | Zig:26   | Killed an ancient lich
324566 | Zig:26   | Killed a dread lich
324574 | Zig:26   | Killed an ancient lich
325340 | Zig:26   | Identified the +1 leather armour of Rotation {rN+ Dex-2
                  | SInv}
325341 | Zig:26   | Identified the +7 plate armour of the Nexus {Will+}
325342 | Zig:26   | Identified the ring of Xoanuan {Fly rF+ rN+ Str+2 Slay+2}
325360 | Zig:26   | Identified the +7 quarterstaff "Etaomuv" {freeze, +Blink
                  | rElec}
325362 | Zig:26   | Identified the staff of earth "Rebimofa" {rPois rF+ Dex+3}
325372 | Zig:26   | Identified the +7 quarterstaff of the Harvest {pain,
                  | *Corrode rPois Dex+2}
325375 | Zig:26   | Identified the ring "Ecrut" {Ice rPois rN+ Str+5}
325379 | Zig:26   | Identified the ring of Gluttony {rF+ rC+ Will- rCorr}
325380 | Zig:26   | Identified the +4 dagger "Upiaclyts" {freeze, Dex+3}
325519 | Zig:27   | Entered Level 27 of a ziggurat
326251 | Zig:27   | Identified the +3 spear of Nuadil {heavy, rF+ rC++ Will+
                  | Dex-3}
326261 | Zig:27   | Identified the staff of poison "Kuudwab" {Fragile rPois
                  | rCorr Str+5}
326263 | Zig:27   | Identified the +2 scimitar "Beastbane" {flame, +Blink Dex+5
                  | Stlth+}
326281 | Zig:27   | Identified the +0 robe of Truth {+Inv Fly rN++ Regen+}
326304 | Zig:27   | Identified the +10 mace "Febyttug" {flame, rPois rCorr
                  | Str-5 Int-5}
326305 | Zig:27   | Identified the +11 quarterstaff of Sunlight {vamp, rPois
                  | rF+ Str+4 Stlth-}
326307 | Zig:27   | Identified the amulet of Jofamet {Spirit Drain Fly Dex+2}
326313 | Zig:27   | Identified the ring of Jadeor {Fly rN+ Will- Str+3 Dex+3}
326320 | Zig:27   | Identified the +1 cloak "Tammutorch" {rElec rC+ Int-4
                  | Stlth+}
326327 | Zig:27   | Identified the +7 quarterstaff "Wedghoe" {heavy, rN+}
326330 | Zig:27   | Identified the +12 dire flail of Scorn {pain, Fragile rPois
                  | rN+}
326339 | Zig:27   | Identified the ring of the Median {Str+6 Int-5 Dex+5}
326343 | Zig:27   | Identified the +2 cloak of Valiance {Rampage rPois Int+2
                  | Stlth-}
326439 | Zig:27   | Identified the +0 hat of Lifelessness {rN+ Will+}
326464 | Zig:1    | Entered Level 1 of a ziggurat
326491 | Zig:2    | Entered Level 2 of a ziggurat
326491 | Zig:2    | Noticed a juggernaut
326491 | Zig:2    | Noticed a juggernaut
326491 | Zig:2    | Noticed a juggernaut
326491 | Zig:2    | Noticed a juggernaut
326491 | Zig:2    | Noticed a juggernaut
326491 | Zig:2    | Noticed a juggernaut
326491 | Zig:2    | Noticed a juggernaut
326492 | Zig:2    | Killed a juggernaut
326492 | Zig:2    | Killed a juggernaut
326492 | Zig:2    | Killed a juggernaut
326492 | Zig:2    | Killed a juggernaut
326492 | Zig:2    | Killed a juggernaut
326492 | Zig:2    | Killed a juggernaut
326492 | Zig:2    | Killed a juggernaut
326492 | Zig:2    | Noticed a juggernaut
326498 | Zig:2    | Killed a juggernaut
326506 | Zig:3    | Entered Level 3 of a ziggurat
326733 | Zig:4    | Entered Level 4 of a ziggurat
326756 | Zig:5    | Entered Level 5 of a ziggurat
326782 | Zig:5    | Identified the ring "Ahariac" {rF+ Will+}
326783 | Zig:5    | Identified the ring "Lurusuoss" {Str+3 Int+6}
326920 | Zig:5    | Identified the +0 mace of Kismet {venom, Will- rCorr Dex+3}
327051 | Zig:6    | Entered Level 6 of a ziggurat
327071 | Zig:6    | Identified the +1 tower shield "Asusmur" {Str+3}
327076 | Zig:7    | Entered Level 7 of a ziggurat
327095 | Zig:7    | Identified the +0 pair of boots of Entitlement {MP+9 Int+5
                  | SInv}
327099 | Zig:7    | Identified the ring "Qumono" {rF+ rC+ Will+ Dex-3}
327102 | Zig:8    | Entered Level 8 of a ziggurat
327102 | Zig:8    | Noticed Essalie the pandemonium lord
327102 | Zig:8    | Noticed Guvav the pandemonium lord
327102 | Zig:8    | Noticed Huczer the pandemonium lord
327102 | Zig:8    | Noticed Neagely the pandemonium lord
327102 | Zig:8    | Noticed Oddineix the pandemonium lord
327102 | Zig:8    | Noticed Lidid the pandemonium lord
327102 | Zig:8    | Noticed Ulid the pandemonium lord
327102 | Zig:8    | Noticed Veluohul the pandemonium lord
327102 | Zig:8    | Noticed Balainec the pandemonium lord
327102 | Zig:8    | Noticed Gacwolar the pandemonium lord
327102 | Zig:8    | Noticed Zionej the pandemonium lord
327102 | Zig:8    | Noticed Jesapn the pandemonium lord
327102 | Zig:8    | Noticed Enickesm the pandemonium lord
327102 | Zig:8    | Noticed Ezofenikh the pandemonium lord
327102 | Zig:8    | Noticed Xamuanu the pandemonium lord
327102 | Zig:8    | Noticed Putoruam the pandemonium lord
327102 | Zig:8    | Noticed Cariet the pandemonium lord
327102 | Zig:8    | Noticed Resud the pandemonium lord
327102 | Zig:8    | Noticed Veca Cae the pandemonium lord
327102 | Zig:8    | Noticed Zumoel the pandemonium lord
327102 | Zig:8    | Noticed Jetoirim the pandemonium lord
327102 | Zig:8    | Noticed Yrulumn the pandemonium lord
327102 | Zig:8    | Noticed Ikidd the pandemonium lord
327102 | Zig:8    | Noticed Wanokhli the pandemonium lord
327104 | Zig:8    | Killed Yrulumn the pandemonium lord
327104 | Zig:8    | Noticed Cucribyo the pandemonium lord
327105 | Zig:8    | Killed Balainec the pandemonium lord
327105 | Zig:8    | Killed Zumoel the pandemonium lord
327105 | Zig:8    | Killed Putoruam the pandemonium lord
327105 | Zig:8    | Killed Gacwolar the pandemonium lord
327105 | Zig:8    | Killed Neagely the pandemonium lord
327105 | Zig:8    | Killed Enickesm the pandemonium lord
327105 | Zig:8    | Killed Resud the pandemonium lord
327105 | Zig:8    | Killed Xamuanu the pandemonium lord
327105 | Zig:8    | Killed Veca Cae the pandemonium lord
327105 | Zig:8    | Killed Veluohul the pandemonium lord
327105 | Zig:8    | Killed Lidid the pandemonium lord
327106 | Zig:8    | Killed Ikidd the pandemonium lord
327106 | Zig:8    | Killed Jetoirim the pandemonium lord
327106 | Zig:8    | Killed Wanokhli the pandemonium lord
327106 | Zig:8    | Killed Ezofenikh the pandemonium lord
327106 | Zig:8    | Killed Huczer the pandemonium lord
327106 | Zig:8    | Noticed Jics the pandemonium lord
327106 | Zig:8    | Killed Jesapn the pandemonium lord
327107 | Zig:8    | Noticed Ruvil the pandemonium lord
327107 | Zig:8    | Killed Guvav the pandemonium lord
327107 | Zig:8    | Killed Essalie the pandemonium lord
327107 | Zig:8    | Killed Oddineix the pandemonium lord
327107 | Zig:8    | Killed Ulid the pandemonium lord
327107 | Zig:8    | Killed Cariet the pandemonium lord
327107 | Zig:8    | Killed Zionej the pandemonium lord
327108 | Zig:8    | Noticed Uxaanel the pandemonium lord
327109 | Zig:8    | Noticed Viaceuts the pandemonium lord
327109 | Zig:8    | Noticed Naisymig the pandemonium lord
327110 | Zig:8    | Noticed Dauvvu the pandemonium lord
327111 | Zig:8    | Killed Jics the pandemonium lord
327111 | Zig:8    | Killed Cucribyo the pandemonium lord
327111 | Zig:8    | Noticed Beijicva the pandemonium lord
327112 | Zig:8    | Noticed Mizxu the pandemonium lord
327112 | Zig:8    | Killed Ruvil the pandemonium lord
327112 | Zig:8    | Killed Naisymig the pandemonium lord
327112 | Zig:8    | Killed Uxaanel the pandemonium lord
327113 | Zig:8    | Noticed Jiomepnus the pandemonium lord
327113 | Zig:8    | Noticed Acalieh the pandemonium lord
327113 | Zig:8    | Noticed Getokoij the pandemonium lord
327114 | Zig:8    | Killed Viaceuts the pandemonium lord
327114 | Zig:8    | Killed Dauvvu the pandemonium lord
327115 | Zig:8    | Killed Beijicva the pandemonium lord
327115 | Zig:8    | Noticed Poore the pandemonium lord
327115 | Zig:8    | Noticed Ihoqome the pandemonium lord
327115 | Zig:8    | Noticed Vesar the pandemonium lord
327116 | Zig:8    | Killed Acalieh the pandemonium lord
327116 | Zig:8    | Noticed Voegeg the pandemonium lord
327116 | Zig:8    | Noticed Xoawn the pandemonium lord
327119 | Zig:8    | Noticed Irukah the pandemonium lord
327121 | Zig:8    | Noticed Maidgh the pandemonium lord
327122 | Zig:8    | Noticed Peudoment the pandemonium lord
327124 | Zig:8    | Killed Getokoij the pandemonium lord
327124 | Zig:8    | Killed Mizxu the pandemonium lord
327124 | Zig:8    | Killed Vesar the pandemonium lord
327124 | Zig:8    | Killed Jiomepnus the pandemonium lord
327125 | Zig:8    | Killed Ihoqome the pandemonium lord
327125 | Zig:8    | Killed Irukah the pandemonium lord
327126 | Zig:8    | Killed Maidgh the pandemonium lord
327126 | Zig:8    | Killed Voegeg the pandemonium lord
327126 | Zig:8    | Killed Xoawn the pandemonium lord
327126 | Zig:8    | Killed Poore the pandemonium lord
327129 | Zig:8    | Killed Peudoment the pandemonium lord
327332 | Zig:8    | Identified the +8 glaive of Circular Logic {holy, Dex+2}
327386 | Zig:9    | Entered Level 9 of a ziggurat
327386 | Zig:9    | Noticed an ancient lich
327386 | Zig:9    | Noticed an ancient lich
327386 | Zig:9    | Noticed an ancient lich
327386 | Zig:9    | Noticed an ancient lich
327386 | Zig:9    | Noticed an ancient lich
327386 | Zig:9    | Noticed a dread lich
327386 | Zig:9    | Noticed an ancient lich
327387 | Zig:9    | Killed a dread lich
327387 | Zig:9    | Killed an ancient lich
327387 | Zig:9    | Killed an ancient lich
327388 | Zig:9    | Killed an ancient lich
327388 | Zig:9    | Killed an ancient lich
327388 | Zig:9    | Killed an ancient lich
327388 | Zig:9    | Noticed a dread lich
327388 | Zig:9    | Noticed an ancient lich
327389 | Zig:9    | Killed an ancient lich
327389 | Zig:9    | Noticed an ancient lich
327392 | Zig:9    | Noticed an ancient lich
327393 | Zig:9    | Noticed an ancient lich
327393 | Zig:9    | Noticed an ancient lich
327395 | Zig:9    | Noticed a dread lich
327395 | Zig:9    | Noticed an ancient lich
327395 | Zig:9    | Killed an ancient lich
327396 | Zig:9    | Killed an ancient lich
327396 | Zig:9    | Killed an ancient lich
327396 | Zig:9    | Killed an ancient lich
327396 | Zig:9    | Killed an ancient lich
327397 | Zig:9    | Killed a dread lich
327399 | Zig:9    | Killed an ancient lich
327399 | Zig:9    | Killed a dread lich
327400 | Zig:9    | Noticed a dread lich
327410 | Zig:9    | Killed a dread lich
327583 | Zig:9    | Identified the +7 mace of Termination {heavy, rElec rF-
                  | rN++ Int+3}
327591 | Zig:9    | Identified the staff of death "Alan" {rElec rN+ Will+++
                  | rCorr Str-2}
327592 | Zig:9    | Identified the staff of air "Zycvoed" {rElec rN+ Int+5
                  | Dex+2}
327594 | Zig:9    | Identified the +11 scale mail of Yesterday {Dex+3}
327618 | Zig:9    | Identified the +0 plate armour of the Meadowlark {rPois
                  | Regen+ MP-9 Dex+6}
327625 | Zig:9    | Identified the +5 war axe of Veta {antimagic, rC+}
327658 | Zig:9    | Identified the amulet "Lualac" {Reflect rC+ Dex+4 SH+5}
327661 | Zig:9    | Identified the staff of death "Ishroh" {rN+ Str+3}
327802 | Zig:10   | Entered Level 10 of a ziggurat
327827 | Zig:10   | Identified the ring of Kousup {+Blink rPois Dex+4}
327835 | Zig:11   | Entered Level 11 of a ziggurat
327835 | Zig:11   | Noticed a dread lich
327835 | Zig:11   | Noticed a dread lich
327835 | Zig:11   | Noticed an ancient lich
327835 | Zig:11   | Noticed an ancient lich
327835 | Zig:11   | Noticed an ancient lich
327835 | Zig:11   | Noticed an ancient lich
327835 | Zig:11   | Noticed an ancient lich
327835 | Zig:11   | Noticed an ancient lich
327835 | Zig:11   | Noticed a dread lich
327835 | Zig:11   | Noticed a dread lich
327836 | Zig:11   | Killed an ancient lich
327837 | Zig:11   | Killed a dread lich
327837 | Zig:11   | Killed a dread lich
327837 | Zig:11   | Killed a dread lich
327837 | Zig:11   | Noticed a dread lich
327837 | Zig:11   | Noticed a dread lich
327839 | Zig:11   | Killed an ancient lich
327839 | Zig:11   | Killed an ancient lich
327839 | Zig:11   | Killed an ancient lich
327839 | Zig:11   | Killed an ancient lich
327839 | Zig:11   | Killed an ancient lich
327839 | Zig:11   | Killed a dread lich
327839 | Zig:11   | Killed a dread lich
327839 | Zig:11   | Killed a dread lich
327840 | Zig:11   | Noticed a dread lich
327841 | Zig:11   | Noticed an ancient lich
327842 | Zig:11   | Noticed an ancient lich
327842 | Zig:11   | Killed an ancient lich
327842 | Zig:11   | Noticed a dread lich
327843 | Zig:11   | Noticed a dread lich
327845 | Zig:11   | Killed a dread lich
327845 | Zig:11   | Killed an ancient lich
327846 | Zig:11   | Noticed a dread lich
327847 | Zig:11   | Noticed a dread lich
327848 | Zig:11   | Killed a dread lich
327849 | Zig:11   | Killed a dread lich
327849 | Zig:11   | Killed a dread lich
327849 | Zig:11   | Noticed an ancient lich
327849 | Zig:11   | Noticed a dread lich
327851 | Zig:11   | Noticed a dread lich
327852 | Zig:11   | Killed an ancient lich
327852 | Zig:11   | Killed a dread lich
327854 | Zig:11   | Killed a dread lich
327854 | Zig:11   | Killed a dread lich
328028 | Zig:11   | Identified the staff of death "Bigg" {rC++ rN+ Str+4}
328030 | Zig:11   | Identified the ring of Puikadghe {EV+5 Str+3}
328286 | Zig:12   | Entered Level 12 of a ziggurat
328672 | Zig:12   | Identified the staff of fire "Nysmuq" {*Corrode rF+ rC+
                  | Int+2 SInv}
328675 | Zig:12   | Identified the +3 dagger of Untruth {flame, *Corrode rPois
                  | MP+9 Dex+6}
328690 | Zig:12   | Identified the +5 whip of Action {vamp, Int+5}
328691 | Zig:12   | Identified the +2 quarterstaff of the Ten Beds {heavy,
                  | Int+2}
328693 | Zig:12   | Identified the +6 war axe of Qunyil {elec, Will+}
328700 | Zig:12   | Identified the ring "Raseg" {*Corrode rF+ rC+ Str+8 Dex-2}
328711 | Zig:12   | Identified the +0 hat "Jog Unore" {rPois rF++ Regen+ Dex-5}
328749 | Zig:13   | Entered Level 13 of a ziggurat
328779 | Zig:13   | Paralysed by accursed screaming for 1 turns
328885 | Zig:13   | Identified the ring "Wohop" {Str+3 Int-4 Dex+6 Stlth+}
328892 | Zig:13   | Identified the amulet of Beabeev {Reflect rElec rPois rC+
                  | Regen+ SH+5}
328896 | Zig:13   | Identified the amulet of the King {Reflect Slay+2 SH+5}
328925 | Zig:13   | Identified the ring of Knowledge {Fly Stlth+}
328999 | Zig:13   | Identified the +3 long sword of the Unliving {chaos, rElec
                  | Int+6 SInv Stlth+}
329190 | Zig:14   | Entered Level 14 of a ziggurat
329604 | Zig:14   | Identified the staff of earth "Pete Caipy" {rC+ Will++
                  | Int-5 Stlth+}
329608 | Zig:14   | Identified the +1 leather armour of the Garden {Str+4}
329617 | Zig:14   | Identified the +2 hand axe of the Onslaught {venom, rCorr
                  | Int+3}
329620 | Zig:14   | Identified the ring "Sulyfy" {rF+ Str+2 Int+3}
329621 | Zig:14   | Identified the staff of death "Heamo" {Drain rPois rN+
                  | Str+8 Stlth-}
329632 | Zig:14   | Identified the ring "Xurphegyz" {rC+ rN+}
329646 | Zig:14   | Identified the +7 quarterstaff of Leattost {elec, Will+
                  | Int-4 SInv}
329647 | Zig:14   | Identified the staff of earth "Inuin" {Int+2 Dex+4}
329668 | Zig:14   | Identified the +8 quarterstaff of Royalism {antimagic,
                  | rElec Stlth+}
329675 | Zig:14   | Identified the ring of Lesaillo {rPois rN++ rCorr SInv
                  | Stlth+}
329686 | Zig:15   | Entered Level 15 of a ziggurat
329710 | Zig:15   | Identified the +7 chain mail "Gacam" {rN++ Str+2 Int+8
                  | Dex-3}
329761 | Zig:15   | Identified the staff of death "Miapo" {rPois rN+ Dex+3}
329775 | Zig:15   | Identified the staff of death "Peptuett" {rN+ Str+3}
329790 | Zig:15   | Identified the +6 quarterstaff "Anninekh" {venom, rElec}
329792 | Zig:15   | Identified the staff of conjuration "Vouppuon" {Str+3}
329806 | Zig:15   | Identified the +11 hand axe "Deups" {venom, SInv}
329819 | Zig:15   | Identified the staff of poison "Ubez" {rPois Int+3 SInv}
329831 | Zig:15   | Identified the +4 kite shield of the Gusle {rElec rF+
                  | rCorr}
329833 | Zig:15   | Identified the +3 hand axe "Qikhu" {elec, Int+6}
329853 | Zig:15   | Identified the +1 leather armour of the Butterfly {rN+
                  | rCorr}
330106 | Zig:15   | Identified the +6 morningstar of Edizal {antimagic, *Noise
                  | Fly rCorr}
330126 | Zig:16   | Entered Level 16 of a ziggurat
330149 | Zig:16   | Identified the +7 ring mail "Gebbe" {rCorr Str+3}
330151 | Zig:17   | Entered Level 17 of a ziggurat
330296 | Zig:17   | Identified the staff of conjuration "Ynyry" {Dex+2}
330332 | Zig:17   | Identified the +9 dagger of Keroute {venom, rF- rC+ Stlth+}
330337 | Zig:17   | Identified the +1 falchion "Naroic" {holy, MP+9}
330687 | Zig:18   | Entered Level 18 of a ziggurat
330687 | Zig:18   | Noticed a dread lich
330687 | Zig:18   | Noticed a dread lich
330687 | Zig:18   | Noticed a dread lich
330687 | Zig:18   | Noticed a dread lich
330687 | Zig:18   | Noticed a dread lich
330687 | Zig:18   | Noticed an ancient lich
330687 | Zig:18   | Noticed a dread lich
330687 | Zig:18   | Noticed a dread lich
330687 | Zig:18   | Noticed an ancient lich
330687 | Zig:18   | Noticed an ancient lich
330687 | Zig:18   | Noticed an ancient lich
330688 | Zig:18   | Killed an ancient lich
330689 | Zig:18   | Killed a dread lich
330689 | Zig:18   | Killed a dread lich
330689 | Zig:18   | Killed an ancient lich
330689 | Zig:18   | Killed an ancient lich
330689 | Zig:18   | Noticed a dread lich
330691 | Zig:18   | Killed an ancient lich
330691 | Zig:18   | Killed a dread lich
330691 | Zig:18   | Killed a dread lich
330692 | Zig:18   | Killed a dread lich
330692 | Zig:18   | Killed a dread lich
330692 | Zig:18   | Killed a dread lich
330692 | Zig:18   | Killed a dread lich
330693 | Zig:18   | Noticed an ancient lich
330693 | Zig:18   | Noticed an ancient lich
330693 | Zig:18   | Noticed a dread lich
330694 | Zig:18   | Noticed a dread lich
330694 | Zig:18   | Noticed an ancient lich
330694 | Zig:18   | Noticed an ancient lich
330694 | Zig:18   | Noticed a dread lich
330696 | Zig:18   | Noticed a dread lich
330696 | Zig:18   | Killed an ancient lich
330696 | Zig:18   | Killed a dread lich
330696 | Zig:18   | Killed a dread lich
330696 | Zig:18   | Killed an ancient lich
330696 | Zig:18   | Noticed an ancient lich
330696 | Zig:18   | Noticed a dread lich
330697 | Zig:18   | Killed an ancient lich
330697 | Zig:18   | Killed a dread lich
330697 | Zig:18   | Killed an ancient lich
330698 | Zig:18   | Noticed a dread lich
330702 | Zig:18   | Noticed a dread lich
330703 | Zig:18   | Noticed a dread lich
330705 | Zig:18   | Noticed a dread lich
330705 | Zig:18   | Noticed a dread lich
330707 | Zig:18   | Noticed an ancient lich
330707 | Zig:18   | Noticed a dread lich
330707 | Zig:18   | Killed a dread lich
330708 | Zig:18   | Noticed a dread lich
330708 | Zig:18   | Noticed a dread lich
330708 | Zig:18   | Killed a dread lich
330708 | Zig:18   | Killed a dread lich
330708 | Zig:18   | Killed a dread lich
330708 | Zig:18   | Killed a dread lich
330708 | Zig:18   | Killed a dread lich
330708 | Zig:18   | Killed a dread lich
330708 | Zig:18   | Killed an ancient lich
330709 | Zig:18   | Killed a dread lich
330709 | Zig:18   | Killed a dread lich
330709 | Zig:18   | Killed a dread lich
330710 | Zig:18   | Noticed a dread lich
330710 | Zig:18   | Noticed an ancient lich
330710 | Zig:18   | Noticed a dread lich
330711 | Zig:18   | Noticed a dread lich
330713 | Zig:18   | Killed an ancient lich
330715 | Zig:18   | Killed an ancient lich
330719 | Zig:18   | Killed a dread lich
330719 | Zig:18   | Killed a dread lich
330719 | Zig:18   | Killed a dread lich
331112 | Zig:18   | Identified the +0 helmet "Niymmies" {Will+++ rCorr Dex-2
                  | Slay-3}
331114 | Zig:18   | Identified the +5 dagger of the Smoking Viper {freeze,
                  | rF++}
331124 | Zig:18   | Identified the +3 ring mail "Ecwe" {rPois}
331146 | Zig:18   | Identified the staff of earth "Hochieh" {rC+ rCorr}
331148 | Zig:18   | Identified the +5 battleaxe of Vouw Becs {flame, Contam rN+
                  | Dex+3}
331214 | Zig:19   | Entered Level 19 of a ziggurat
331342 | Zig:19   | Identified the staff of death "Mehial" {rElec rF+ rN+ Will+
                  | Int+4}
331369 | Zig:19   | Identified the +8 rapier "Rudogu" {vamp, rPois rC- rN+}
331370 | Zig:19   | Identified the staff of air "Lejugas" {rElec rPois rC+
                  | Str+3}
331376 | Zig:19   | Identified the +0 scale mail of Tahezouc {Harm}
331713 | Zig:20   | Entered Level 20 of a ziggurat
332250 | Zig:20   | Identified the +7 arbalest of Ignis, Changing {flame, rElec
                  | rC+ Str-5 Dex+2}
332252 | Zig:20   | Identified the ring of Petanini {Fly rN+}
332271 | Zig:20   | Identified the ring "Pelufijo" {rN++ MP+9 Int+3 Dex+5}
332282 | Zig:20   | Identified the +10 quarterstaff of Impermanence {venom,
                  | rElec rF- rN++ rCorr}
332286 | Zig:20   | Identified the +5 falchion of Wufisink {heavy, rPois rF+}
332312 | Zig:20   | Identified the +0 ring mail "Cijipa Natz" {rC+}
332315 | Zig:20   | Identified the +10 great mace of Diet Blood {venom, rN+++
                  | Str-4 Int-3 Dex+5}
332318 | Zig:20   | Identified the +0 longbow of Miossent {freeze, rElec rPois
                  | Str+2 Int+4}
332320 | Zig:20   | Identified the ring "Rezaofyrph" {rF++ rN++ Will+ AC+4}
332371 | Zig:21   | Entered Level 21 of a ziggurat
332579 | Zig:21   | Identified the +0 halberd of the Hugging Spider {freeze,
                  | rF+ Will++}
332601 | Zig:21   | Identified the +3 morningstar of Rubbish {heavy, rN+ Int+2}
332619 | Zig:21   | Identified the +3 demon trident of the Enchanted Forest
                  | {venom, rN++}
332622 | Zig:21   | Identified the amulet "Bamuthre" {Spirit Dex+4}
333120 | Zig:21   | Identified the staff of earth "Veheczoh" {+Blink rPois rC-
                  | Int+2}
333160 | Zig:22   | Entered Level 22 of a ziggurat
333836 | Zig:22   | Identified the +5 short sword "Dyrghut" {drain, *Corrode
                  | rN+ Will+ Dex+8}
333853 | Zig:22   | Identified the +5 scale mail of the Apprentice {Str+6}
333855 | Zig:22   | Identified the +1 quarterstaff of Gin and Tonic {heavy,
                  | *Slow rC++ rN+ Int+4}
333866 | Zig:22   | Identified the +4 dagger "Xymil" {flame, *Noise *Corrode
                  | rElec Will++}
333869 | Zig:22   | Identified the +3 scimitar of Defiance {venom, rN+ Int+2}
333870 | Zig:22   | Identified the +7 quarterstaff "Fecul" {heavy, rF+ rC-
                  | Str+5}
333879 | Zig:22   | Identified the ring of Qarudwu {Will+ AC+4}
333907 | Zig:23   | Entered Level 23 of a ziggurat
334053 | Zig:23   | Identified the ring of Fiwkoykh {Wiz rPois Str+2 Dex-2}
334110 | Zig:24   | Entered Level 24 of a ziggurat
334696 | Zig:24   | Identified the staff of air "Dahogeme" {*Corrode rElec
                  | Str+8 Dex+3}
334737 | Zig:24   | Identified the ring of Beauty {rPois Str+6}
334739 | Zig:24   | Identified the ring "Fahac" {rElec rC+ Will- MP+9 Dex+2}
334745 | Zig:24   | Identified the staff of fire "Gienteh" {rF+ rN+ Int-2 SInv
                  | Stlth+}
334809 | Zig:25   | Entered Level 25 of a ziggurat
334809 | Zig:25   | Noticed a juggernaut
334809 | Zig:25   | Noticed a juggernaut
334809 | Zig:25   | Noticed a juggernaut
334809 | Zig:25   | Noticed a juggernaut
334809 | Zig:25   | Noticed a juggernaut
334809 | Zig:25   | Noticed a juggernaut
334809 | Zig:25   | Noticed a juggernaut
334809 | Zig:25   | Noticed a juggernaut
334809 | Zig:25   | Noticed a juggernaut
334809 | Zig:25   | Noticed a juggernaut
334809 | Zig:25   | Noticed a juggernaut
334810 | Zig:25   | Killed a juggernaut
334810 | Zig:25   | Killed a juggernaut
334810 | Zig:25   | Killed a juggernaut
334810 | Zig:25   | Killed a juggernaut
334810 | Zig:25   | Killed a juggernaut
334810 | Zig:25   | Killed a juggernaut
334810 | Zig:25   | Killed a juggernaut
334810 | Zig:25   | Killed a juggernaut
334810 | Zig:25   | Noticed a juggernaut
334810 | Zig:25   | Noticed a juggernaut
334810 | Zig:25   | Noticed a juggernaut
334811 | Zig:25   | Killed a juggernaut
334811 | Zig:25   | Noticed a juggernaut
334812 | Zig:25   | Noticed a juggernaut
334812 | Zig:25   | Noticed a juggernaut
334813 | Zig:25   | Killed a juggernaut
334813 | Zig:25   | Noticed a juggernaut
334814 | Zig:25   | Noticed a juggernaut
334814 | Zig:25   | Noticed a juggernaut
334815 | Zig:25   | Killed a juggernaut
334815 | Zig:25   | Killed a juggernaut
334815 | Zig:25   | Killed a juggernaut
334815 | Zig:25   | Killed a juggernaut
334815 | Zig:25   | Killed a juggernaut
334815 | Zig:25   | Killed a juggernaut
334815 | Zig:25   | Noticed a juggernaut
334815 | Zig:25   | Noticed a juggernaut
334816 | Zig:25   | Noticed a juggernaut
334816 | Zig:25   | Killed a juggernaut
334816 | Zig:25   | Noticed a juggernaut
334817 | Zig:25   | Noticed a juggernaut
334817 | Zig:25   | Noticed a juggernaut
334817 | Zig:25   | Noticed a juggernaut
334817 | Zig:25   | Killed a juggernaut
334817 | Zig:25   | Killed a juggernaut
334817 | Zig:25   | Killed a juggernaut
334817 | Zig:25   | Noticed a juggernaut
334817 | Zig:25   | Noticed a juggernaut
334818 | Zig:25   | Noticed a juggernaut
334818 | Zig:25   | Noticed a juggernaut
334818 | Zig:25   | Noticed a juggernaut
334819 | Zig:25   | Noticed a juggernaut
334819 | Zig:25   | Noticed a juggernaut
334820 | Zig:25   | Noticed a juggernaut
334820 | Zig:25   | Noticed a juggernaut
334822 | Zig:25   | Killed a juggernaut
334822 | Zig:25   | Killed a juggernaut
334822 | Zig:25   | Killed a juggernaut
334822 | Zig:25   | Killed a juggernaut
334822 | Zig:25   | Killed a juggernaut
334822 | Zig:25   | Killed a juggernaut
334822 | Zig:25   | Killed a juggernaut
334822 | Zig:25   | Killed a juggernaut
334822 | Zig:25   | Killed a juggernaut
334822 | Zig:25   | Killed a juggernaut
334822 | Zig:25   | Killed a juggernaut
334822 | Zig:25   | Killed a juggernaut
334822 | Zig:25   | Killed a juggernaut
334822 | Zig:25   | Killed a juggernaut
334823 | Zig:25   | Noticed a juggernaut
334823 | Zig:25   | Noticed a juggernaut
334824 | Zig:25   | Noticed a juggernaut
334824 | Zig:25   | Noticed a juggernaut
334824 | Zig:25   | Noticed a juggernaut
334825 | Zig:25   | Noticed a juggernaut
334825 | Zig:25   | Noticed a juggernaut
334825 | Zig:25   | Noticed a juggernaut
334825 | Zig:25   | Noticed a juggernaut
334825 | Zig:25   | Noticed a juggernaut
334825 | Zig:25   | Noticed a juggernaut
334827 | Zig:25   | Noticed a juggernaut
334827 | Zig:25   | Noticed a juggernaut
334827 | Zig:25   | Noticed a juggernaut
334827 | Zig:25   | Noticed a juggernaut
334828 | Zig:25   | Killed a juggernaut
334828 | Zig:25   | Killed a juggernaut
334828 | Zig:25   | Killed a juggernaut
334828 | Zig:25   | Killed a juggernaut
334828 | Zig:25   | Killed a juggernaut
334828 | Zig:25   | Killed a juggernaut
334828 | Zig:25   | Killed a juggernaut
334828 | Zig:25   | Killed a juggernaut
334828 | Zig:25   | Killed a juggernaut
334828 | Zig:25   | Noticed a juggernaut
334829 | Zig:25   | Noticed a juggernaut
334829 | Zig:25   | Noticed a juggernaut
334829 | Zig:25   | Noticed a juggernaut
334829 | Zig:25   | Noticed a juggernaut
334829 | Zig:25   | Noticed a juggernaut
334830 | Zig:25   | Killed a juggernaut
334832 | Zig:25   | Killed a juggernaut
334832 | Zig:25   | Killed a juggernaut
334832 | Zig:25   | Killed a juggernaut
334832 | Zig:25   | Killed a juggernaut
334832 | Zig:25   | Killed a juggernaut
334832 | Zig:25   | Killed a juggernaut
334832 | Zig:25   | Killed a juggernaut
334832 | Zig:25   | Killed a juggernaut
334832 | Zig:25   | Killed a juggernaut
334832 | Zig:25   | Killed a juggernaut
334833 | Zig:25   | Noticed a juggernaut
334833 | Zig:25   | Noticed a juggernaut
334834 | Zig:25   | Killed a juggernaut
334835 | Zig:25   | Killed a juggernaut
334837 | Zig:25   | Killed a juggernaut
334839 | Zig:25   | Killed a juggernaut
334839 | Zig:25   | Killed a juggernaut
334840 | Zig:25   | Killed a juggernaut
334935 | Zig:25   | Identified the +3 great mace of Valiance {freeze, rPois
                  | rC+++ rCorr Dex-2}
334956 | Zig:25   | Identified the staff of poison "Ishruom" {rPois Str+5
                  | Stlth+}
334960 | Zig:25   | Identified the staff of conjuration "Nuus" {rN+}
334968 | Zig:25   | Identified the +0 robe of Untruth {rElec rF+ Dex-3}
334983 | Zig:25   | Identified the +4 sling "Spiderbane" {heavy, Fragile rElec
                  | rF++ Will++}
335000 | Zig:25   | Identified the orb of Absolutism {*Rage, Fly rN+ Str+3
                  | Int-5}
335002 | Zig:25   | Identified the staff of death "Yrisymitt" {rN+ Int+8}
335025 | Zig:25   | Identified the +3 plate armour of Rituu {rElec rPois}
335189 | Zig:25   | Identified the +5 morningstar "Seazac" {holy, *Slow rElec
                  | rC+}
335212 | Zig:25   | Identified the +3 battleaxe "Vycan Haop" {pain, rElec rPois
                  | rC- Dex+2}
335218 | Zig:25   | Identified the amulet of the Scarab {Faith Str+3 Int+3
                  | SInv}
335223 | Zig:25   | Identified the staff of fire "Qodofaong" {rF+ Dex+4}
335224 | Zig:25   | Identified the ring "Mamedy" {MP+9 Int+4}
335584 | Zig:26   | Entered Level 26 of a ziggurat
335642 | Zig:26   | Noticed Etealuzu the pandemonium lord
335645 | Zig:26   | Killed Etealuzu the pandemonium lord
336132 | Zig:26   | Identified the +7 great sword of World Downfall {vamp,
                  | Will+}
336134 | Zig:26   | Identified the +0 robe of Yesterday {rC+}
336137 | Zig:26   | Identified the staff of earth "Gedih" {rElec}
336141 | Zig:26   | Identified the staff of poison "Fog Ged" {+Blink rPois
                  | Int+4 SInv}
336142 | Zig:26   | Identified the staff of death "Fuveped" {rN+ Str+3 Dex+3}
336143 | Zig:26   | Identified the amulet of Curiosity {Acrobat Will++ MP-9}
336151 | Zig:26   | Identified the staff of death "Jannorph" {Fly rN+ Dex-3
                  | SInv}
336154 | Zig:26   | Identified the +2 chain mail of Hangman {rCorr}
336182 | Zig:27   | Entered Level 27 of a ziggurat
336729 | Zig:27   | Identified the amulet "Ideuk" {Reflect Harm Fly SH+5}
336741 | Zig:27   | Identified the amulet "Wuteb" {RegenMP Will+ Regen+}
336745 | Zig:27   | Identified the +6 demon trident "Zeosk" {venom, Str+2}
336746 | Zig:27   | Identified the +6 mace of the Volcano {protect, Will-
                  | Int+5}
336749 | Zig:27   | Identified the ring "Uroacao" {rElec rPois rCorr Str+2}
336754 | Zig:27   | Identified the +0 helmet of the Tired Shrikes {+Blink SInv}
336756 | Zig:27   | Identified the +1 short sword of the Ageless Ghosts {drain,
                  | rC+}
336764 | Zig:27   | Identified the ring of Accord {rPois rF+ Str+3 Int-5}
336774 | Zig:27   | Identified the amulet "Virox" {Acrobat Int+3 SInv}
336794 | Zig:27   | Identified the +0 ring mail of Yfubuove {*Slow rC+ Will+
                  | Dex+3}
336796 | Zig:27   | Identified the +6 long sword of the Wary Continents {vamp,
                  | Int+3 Dex+3}
336801 | Zig:27   | Identified the +8 broad axe of Linearity {flame, Fly}
336809 | Zig:27   | Identified the staff of conjuration "Guduis" {rElec rPois
                  | Str-4 Dex-5}
336817 | Zig:27   | Identified the staff of earth "Sonaakh" {rN+}
336821 | Zig:27   | Identified the staff of air "Dumofre" {Fly rElec rN++ MP-9}
336823 | Zig:27   | Identified the +0 scale mail "Cuduroev" {-Cast Rampage
                  | Dex+7}
336839 | Zig:27   | Identified the +7 triple crossbow of Guile {speed, Str+2}
336865 | Zig:1    | Entered Level 1 of a ziggurat
336993 | Zig:2    | Entered Level 2 of a ziggurat
336993 | Zig:2    | Noticed a dread lich
336994 | Zig:2    | Killed a dread lich
337011 | Zig:3    | Entered Level 3 of a ziggurat
337032 | Zig:4    | Entered Level 4 of a ziggurat
337051 | Zig:5    | Entered Level 5 of a ziggurat
337074 | Zig:5    | Identified the +8 lajatang of Putrescence {heavy, Str+8
                  | Int+2}
337216 | Zig:6    | Entered Level 6 of a ziggurat
337216 | Zig:6    | Noticed a dread lich
337216 | Zig:6    | Noticed a dread lich
337217 | Zig:6    | Killed a dread lich
337217 | Zig:6    | Killed a dread lich
337497 | Zig:7    | Entered Level 7 of a ziggurat
337497 | Zig:7    | Noticed a juggernaut
337497 | Zig:7    | Noticed a juggernaut
337497 | Zig:7    | Noticed a juggernaut
337497 | Zig:7    | Noticed a juggernaut
337498 | Zig:7    | Killed a juggernaut
337498 | Zig:7    | Killed a juggernaut
337501 | Zig:7    | Noticed a juggernaut
337502 | Zig:7    | Noticed a juggernaut
337502 | Zig:7    | Killed a juggernaut
337502 | Zig:7    | Killed a juggernaut
337503 | Zig:7    | Noticed a juggernaut
337504 | Zig:7    | Noticed a juggernaut
337516 | Zig:8    | Entered Level 8 of a ziggurat
337535 | Zig:8    | Identified the ring "Lanorghi" {Fly rC+ Dex+6 Stlth+}
337544 | Zig:8    | Identified the +2 morningstar "Hiucits" {heavy, *Corrode
                  | rElec rPois Str-5}
337876 | Zig:8    | Identified the +9 quarterstaff of the Smoking Gods
                  | {protect, rPois}
337922 | Zig:8    | Identified the +6 ring mail of Bad Feelings {Fly MP+9}
337931 | Zig:8    | Identified the +7 morningstar "Sosuaz" {drain, +Blink Fly
                  | Will+ SInv}
337966 | Zig:9    | Entered Level 9 of a ziggurat
338040 | Zig:9    | Identified the staff of air "Caidihor" {rElec rC+}
338048 | Zig:9    | Identified the +10 great sword "Nuloguciaw" {venom, rPois
                  | rN+++ rCorr Int-2}
338058 | Zig:9    | Identified the +1 plate armour of Xom's Supremacy {rPois
                  | Slay+3}
338081 | Zig:9    | Identified the ring "Toettec" {Fly rElec rPois Will- SInv}
338099 | Zig:9    | Identified the amulet of Kuumeus {Acrobat *Corrode Fly
                  | rPois SInv}
338395 | Zig:10   | Entered Level 10 of a ziggurat
338812 | Zig:10   | Identified the +6 quarterstaff "Wemy" {freeze, rElec rF+++
                  | Str+4 Int-4}
338813 | Zig:10   | Identified the staff of poison "Fuizes" {rPois Int+2}
338838 | Zig:11   | Entered Level 11 of a ziggurat
338838 | Zig:11   | Noticed a dread lich
338838 | Zig:11   | Noticed a dread lich
338838 | Zig:11   | Noticed an ancient lich
338838 | Zig:11   | Noticed an ancient lich
338838 | Zig:11   | Noticed a dread lich
338838 | Zig:11   | Noticed a dread lich
338838 | Zig:11   | Noticed an ancient lich
338838 | Zig:11   | Noticed an ancient lich
338839 | Zig:11   | Killed an ancient lich
338839 | Zig:11   | Killed a dread lich
338839 | Zig:11   | Killed a dread lich
338839 | Zig:11   | Killed an ancient lich
338839 | Zig:11   | Killed a dread lich
338841 | Zig:11   | Killed an ancient lich
338841 | Zig:11   | Killed an ancient lich
338841 | Zig:11   | Killed a dread lich
338847 | Zig:11   | Noticed an ancient lich
338848 | Zig:11   | Noticed a dread lich
338849 | Zig:11   | Noticed an ancient lich
338849 | Zig:11   | Killed an ancient lich
338851 | Zig:11   | Noticed a dread lich
338852 | Zig:11   | Noticed an ancient lich
338853 | Zig:11   | Killed a dread lich
338853 | Zig:11   | Killed an ancient lich
338854 | Zig:11   | Killed an ancient lich
338854 | Zig:11   | Killed a dread lich
339068 | Zig:11   | Identified the +6 sling of Reinforcement {elec, rElec Will+
                  | Int+3 Stlth+}
339082 | Zig:11   | Identified the +7 trident of the Present {venom, Will+}
339113 | Zig:11   | Identified the +10 lajatang "Heewumuo" {pain, rC+}
339380 | Zig:11   | Identified the staff of poison "Nukov" {+Blink rPois Dex+3}
339397 | Zig:12   | Entered Level 12 of a ziggurat
339397 | Zig:12   | Noticed Tualei the pandemonium lord
339397 | Zig:12   | Noticed Urarozxa the pandemonium lord
339397 | Zig:12   | Noticed Ris Urpho the pandemonium lord
339397 | Zig:12   | Noticed Morreuph the pandemonium lord
339397 | Zig:12   | Noticed Nofaodet the pandemonium lord
339397 | Zig:12   | Noticed Cian the pandemonium lord
339397 | Zig:12   | Noticed Oschis the pandemonium lord
339397 | Zig:12   | Noticed Coul the pandemonium lord
339397 | Zig:12   | Noticed Xubon the pandemonium lord
339397 | Zig:12   | Noticed Faczif the pandemonium lord
339397 | Zig:12   | Noticed Zevad the pandemonium lord
339397 | Zig:12   | Noticed Usaujon the pandemonium lord
339397 | Zig:12   | Noticed Dallosh the pandemonium lord
339397 | Zig:12   | Noticed Eneplab the pandemonium lord
339397 | Zig:12   | Noticed Acusuj the pandemonium lord
339397 | Zig:12   | Noticed Hoaj the pandemonium lord
339397 | Zig:12   | Noticed Arghifeits the pandemonium lord
339397 | Zig:12   | Noticed Gohedd the pandemonium lord
339397 | Zig:12   | Noticed Qyosust the pandemonium lord
339397 | Zig:12   | Noticed Zuecw the pandemonium lord
339397 | Zig:12   | Noticed Ytiroq the pandemonium lord
339397 | Zig:12   | Noticed Ceopp the pandemonium lord
339397 | Zig:12   | Noticed Jilaoral the pandemonium lord
339397 | Zig:12   | Noticed Cadwecw the pandemonium lord
339397 | Zig:12   | Noticed Epno the pandemonium lord
339397 | Zig:12   | Noticed Muleplohy the pandemonium lord
339397 | Zig:12   | Noticed Ecoeqai the pandemonium lord
339397 | Zig:12   | Noticed Jotuxiush the pandemonium lord
339397 | Zig:12   | Noticed Luprerr the pandemonium lord
339397 | Zig:12   | Noticed Guissienall the pandemonium lord
339397 | Zig:12   | Noticed Keerhioz the pandemonium lord
339397 | Zig:12   | Noticed Ytzuc the pandemonium lord
339397 | Zig:12   | Noticed Toilol the pandemonium lord
339397 | Zig:12   | Noticed Riuferuank the pandemonium lord
339398 | Zig:12   | Killed Hoaj the pandemonium lord
339398 | Zig:12   | Noticed Sakk the pandemonium lord
339400 | Zig:12   | Noticed Sufadd the pandemonium lord
339400 | Zig:12   | Noticed Catzios the pandemonium lord
339400 | Zig:12   | Killed Qyosust the pandemonium lord
339400 | Zig:12   | Killed Ytzuc the pandemonium lord
339400 | Zig:12   | Killed Acusuj the pandemonium lord
339400 | Zig:12   | Killed Jotuxiush the pandemonium lord
339400 | Zig:12   | Killed Ceopp the pandemonium lord
339400 | Zig:12   | Killed Eneplab the pandemonium lord
339400 | Zig:12   | Killed Jilaoral the pandemonium lord
339400 | Zig:12   | Noticed Umad the pandemonium lord
339400 | Zig:12   | Noticed Wuche the pandemonium lord
339401 | Zig:12   | Killed Luprerr the pandemonium lord
339401 | Zig:12   | Killed Ytiroq the pandemonium lord
339401 | Zig:12   | Killed Toilol the pandemonium lord
339401 | Zig:12   | Noticed Puacomm the pandemonium lord
339402 | Zig:12   | Noticed Viqimo the pandemonium lord
339402 | Zig:12   | Killed Cadwecw the pandemonium lord
339402 | Zig:12   | Killed Zevad the pandemonium lord
339402 | Zig:12   | Killed Muleplohy the pandemonium lord
339402 | Zig:12   | Killed Guissienall the pandemonium lord
339402 | Zig:12   | Killed Ecoeqai the pandemonium lord
339402 | Zig:12   | Killed Usaujon the pandemonium lord
339402 | Zig:12   | Killed Arghifeits the pandemonium lord
339402 | Zig:12   | Killed Gohedd the pandemonium lord
339402 | Zig:12   | Killed Riuferuank the pandemonium lord
339402 | Zig:12   | Killed Coul the pandemonium lord
339402 | Zig:12   | Killed Tualei the pandemonium lord
339402 | Zig:12   | Killed Dallosh the pandemonium lord
339402 | Zig:12   | Killed Morreuph the pandemonium lord
339402 | Zig:12   | Killed Xubon the pandemonium lord
339402 | Zig:12   | Killed Zuecw the pandemonium lord
339403 | Zig:12   | Killed Keerhioz the pandemonium lord
339403 | Zig:12   | Killed Oschis the pandemonium lord
339403 | Zig:12   | Killed Sufadd the pandemonium lord
339403 | Zig:12   | Noticed Ojibid the pandemonium lord
339403 | Zig:12   | Noticed Ynuprah the pandemonium lord
339404 | Zig:12   | Killed Epno the pandemonium lord
339404 | Zig:12   | Killed Sakk the pandemonium lord
339404 | Zig:12   | Killed Faczif the pandemonium lord
339404 | Zig:12   | Killed Ris Urpho the pandemonium lord
339404 | Zig:12   | Killed Umad the pandemonium lord
339404 | Zig:12   | Noticed Dycrub the pandemonium lord
339404 | Zig:12   | Noticed Nougrut the pandemonium lord
339405 | Zig:12   | Noticed Guos the pandemonium lord
339405 | Zig:12   | Killed Nofaodet the pandemonium lord
339405 | Zig:12   | Killed Urarozxa the pandemonium lord
339405 | Zig:12   | Noticed Mateixza the pandemonium lord
339405 | Zig:12   | Noticed Zyle the pandemonium lord
339405 | Zig:12   | Noticed Ciumeore the pandemonium lord
339405 | Zig:12   | Noticed Noxzuergh the pandemonium lord
339405 | Zig:12   | Noticed Peuqimug the pandemonium lord
339405 | Zig:12   | Noticed Peufenuc the pandemonium lord
339406 | Zig:12   | Killed Catzios the pandemonium lord
339406 | Zig:12   | Noticed Wiesifeg the pandemonium lord
339406 | Zig:12   | Noticed Xaijez the pandemonium lord
339406 | Zig:12   | Noticed Dirikeb the pandemonium lord
339407 | Zig:12   | Killed Ojibid the pandemonium lord
339407 | Zig:12   | Killed Wuche the pandemonium lord
339407 | Zig:12   | Killed Guos the pandemonium lord
339407 | Zig:12   | Killed Zyle the pandemonium lord
339407 | Zig:12   | Killed Wiesifeg the pandemonium lord
339407 | Zig:12   | Noticed Bousk the pandemonium lord
339408 | Zig:12   | Killed Puacomm the pandemonium lord
339408 | Zig:12   | Killed Dycrub the pandemonium lord
339408 | Zig:12   | Killed Viqimo the pandemonium lord
339408 | Zig:12   | Killed Noxzuergh the pandemonium lord
339408 | Zig:12   | Noticed Lal Suz Lust the pandemonium lord
339408 | Zig:12   | Noticed Wyorch the pandemonium lord
339408 | Zig:12   | Noticed Hatyig the pandemonium lord
339409 | Zig:12   | Noticed Ehoph the pandemonium lord
339410 | Zig:12   | Killed Peufenuc the pandemonium lord
339410 | Zig:12   | Noticed Zyav the pandemonium lord
339411 | Zig:12   | Killed Nougrut the pandemonium lord
339411 | Zig:12   | Killed Mateixza the pandemonium lord
339411 | Zig:12   | Killed Peuqimug the pandemonium lord
339411 | Zig:12   | Killed Lal Suz Lust the pandemonium lord
339411 | Zig:12   | Killed Dirikeb the pandemonium lord
339411 | Zig:12   | Killed Bousk the pandemonium lord
339411 | Zig:12   | Noticed Goymet the pandemonium lord
339411 | Zig:12   | Noticed Hatyruyd the pandemonium lord
339411 | Zig:12   | Noticed Jachaba the pandemonium lord
339411 | Zig:12   | Noticed Namiheug the pandemonium lord
339412 | Zig:12   | Noticed Niado the pandemonium lord
339413 | Zig:12   | Killed Wyorch the pandemonium lord
339413 | Zig:12   | Killed Xaijez the pandemonium lord
339413 | Zig:12   | Killed Cian the pandemonium lord
339413 | Zig:12   | Killed Jachaba the pandemonium lord
339413 | Zig:12   | Killed Ynuprah the pandemonium lord
339413 | Zig:12   | Noticed Toegaz the pandemonium lord
339413 | Zig:12   | Noticed Xann the pandemonium lord
339414 | Zig:12   | Noticed Kadam the pandemonium lord
339414 | Zig:12   | Noticed Fauxti Gamas the pandemonium lord
339415 | Zig:12   | Killed Ehoph the pandemonium lord
339415 | Zig:12   | Killed Goymet the pandemonium lord
339415 | Zig:12   | Noticed Nuzuc the pandemonium lord
339416 | Zig:12   | Killed Namiheug the pandemonium lord
339416 | Zig:12   | Killed Ciumeore the pandemonium lord
339416 | Zig:12   | Killed Hatyruyd the pandemonium lord
339416 | Zig:12   | Killed Xann the pandemonium lord
339416 | Zig:12   | Noticed Walibb the pandemonium lord
339416 | Zig:12   | Noticed Uhuosiun the pandemonium lord
339416 | Zig:12   | Noticed Wuni Juu the pandemonium lord
339416 | Zig:12   | Noticed Fuotse the pandemonium lord
339417 | Zig:12   | Killed Kadam the pandemonium lord
339418 | Zig:12   | Noticed Voxered the pandemonium lord
339418 | Zig:12   | Killed Zyav the pandemonium lord
339418 | Zig:12   | Killed Hatyig the pandemonium lord
339418 | Zig:12   | Killed Niado the pandemonium lord
339418 | Zig:12   | Killed Toegaz the pandemonium lord
339418 | Zig:12   | Killed Nuzuc the pandemonium lord
339418 | Zig:12   | Noticed Xukhaxue the pandemonium lord
339420 | Zig:12   | Killed Wuni Juu the pandemonium lord
339420 | Zig:12   | Killed Uhuosiun the pandemonium lord
339420 | Zig:12   | Noticed Icynar the pandemonium lord
339421 | Zig:12   | Killed Walibb the pandemonium lord
339421 | Zig:12   | Killed Fuotse the pandemonium lord
339421 | Zig:12   | Killed Xukhaxue the pandemonium lord
339421 | Zig:12   | Killed Fauxti Gamas the pandemonium lord
339421 | Zig:12   | Killed Voxered the pandemonium lord
339426 | Zig:12   | Noticed Xatupe the pandemonium lord
339426 | Zig:12   | Noticed Oseec the pandemonium lord
339427 | Zig:12   | Noticed Okhlapimu the pandemonium lord
339427 | Zig:12   | Noticed Das Qum the pandemonium lord
339427 | Zig:12   | Noticed Xanwok the pandemonium lord
339428 | Zig:12   | Noticed Axeer the pandemonium lord
339429 | Zig:12   | Noticed Utsu the pandemonium lord
339430 | Zig:12   | Killed Xatupe the pandemonium lord
339431 | Zig:12   | Noticed Ostism the pandemonium lord
339431 | Zig:12   | Noticed Jujeos the pandemonium lord
339432 | Zig:12   | Killed Utsu the pandemonium lord
339432 | Zig:12   | Killed Xanwok the pandemonium lord
339432 | Zig:12   | Killed Das Qum the pandemonium lord
339433 | Zig:12   | Noticed Epir the pandemonium lord
339433 | Zig:12   | Noticed Xesirr the pandemonium lord
339433 | Zig:12   | Noticed Saliy the pandemonium lord
339433 | Zig:12   | Noticed Sopakerph the pandemonium lord
339433 | Zig:12   | Noticed Xeluaxko the pandemonium lord
339433 | Zig:12   | Killed Saliy the pandemonium lord
339433 | Zig:12   | Killed Oseec the pandemonium lord
339433 | Zig:12   | Killed Okhlapimu the pandemonium lord
339433 | Zig:12   | Killed Xesirr the pandemonium lord
339433 | Zig:12   | Noticed Hets the pandemonium lord
339434 | Zig:12   | Killed Sopakerph the pandemonium lord
339434 | Zig:12   | Killed Epir the pandemonium lord
339434 | Zig:12   | Killed Xeluaxko the pandemonium lord
339434 | Zig:12   | Killed Ostism the pandemonium lord
339434 | Zig:12   | Noticed Epuhez the pandemonium lord
339436 | Zig:12   | Killed Icynar the pandemonium lord
339437 | Zig:12   | Killed Axeer the pandemonium lord
339437 | Zig:12   | Noticed Dusul the pandemonium lord
339438 | Zig:12   | Killed Jujeos the pandemonium lord
339439 | Zig:12   | Noticed Amazerr the pandemonium lord
339442 | Zig:12   | Killed Amazerr the pandemonium lord
339442 | Zig:12   | Killed Dusul the pandemonium lord
339443 | Zig:12   | Killed Epuhez the pandemonium lord
339444 | Zig:12   | Noticed Maunk the pandemonium lord
339447 | Zig:12   | Killed Hets the pandemonium lord
339448 | Zig:12   | Noticed Tabic the pandemonium lord
339448 | Zig:12   | Noticed Focamao the pandemonium lord
339451 | Zig:12   | Killed Tabic the pandemonium lord
339451 | Zig:12   | Killed Focamao the pandemonium lord
339455 | Zig:12   | Killed Maunk the pandemonium lord
339798 | Zig:12   | Identified the ring "Jiguiwkuc" {Wiz rN+ Int+6 Slay-5}
339806 | Zig:12   | Identified the +4 short sword of Royalism {elec, Dex+2}
339826 | Zig:12   | Identified the +3 quarterstaff of Doors {heavy, rF+ Str-5
                  | Dex+7}
339831 | Zig:12   | Identified the staff of earth "Zoluanna" {rN+}
339836 | Zig:12   | Identified the staff of earth "Noant" {Will+ Int+2}
339887 | Zig:13   | Entered Level 13 of a ziggurat
339893 | Zig:13   | Noticed an ancient lich
339898 | Zig:13   | Killed an ancient lich
339933 | Zig:13   | Identified the +6 short sword "Azoc" {heavy, rC+}
340104 | Zig:13   | Identified the ring "Ravigewn" {rN+ Str+4 Int+4 Slay+4}
340109 | Zig:13   | Identified the staff of poison "Qurux" {rPois Dex+4}
340111 | Zig:13   | Identified the +1 crystal plate armour "Jomimmu" {Fly rPois
                  | rCorr}
340119 | Zig:13   | Identified the +9 chain mail "Detzaf" {rElec}
340125 | Zig:13   | Identified the +1 quarterstaff of the Hungering Coward
                  | {flame, rPois Int+2 Dex+2}
340126 | Zig:13   | Identified the ring of Surprise {rF++ rC+ rN+}
340141 | Zig:13   | Identified the +0 ring mail "Zustroenu" {rElec Regen+
                  | Str+4}
340147 | Zig:13   | Identified the staff of conjuration "Oram" {rF+ Int+2 Dex+3
                  | SInv}
340151 | Zig:13   | Identified the +2 falchion of Liubbo {elec, *Noise rElec
                  | Dex+5}
340163 | Zig:13   | Identified the staff of cold "Ureing" {rF++ rC+ rCorr Int-2
                  | Stlth+}
340516 | Zig:13   | Identified the +3 sling "Zakhewk" {drain, Int+3}
340529 | Zig:14   | Entered Level 14 of a ziggurat
340559 | Zig:14   | Identified the staff of cold "Goextor" {rC+ Dex+5}
340662 | Zig:14   | Identified the +8 dagger of Tender Mercy {protect, rPois
                  | rCorr Int-2 SInv}
341049 | Zig:14   | Identified the scarf of Athiwk {+Inv, rElec Stlth+}
341165 | Zig:14   | Identified the amulet "Toerutuish" {Faith Int+3}
341166 | Zig:14   | Identified the staff of poison "Quluwyach" {+Blink rPois}
341174 | Zig:14   | Identified the ring "Vutab" {rC+ Dex+6 Slay+3}
341177 | Zig:14   | Identified the staff of air "Dauvas" {rElec Dex+2 SInv
                  | Stlth+}
341180 | Zig:14   | Identified the staff of poison "Naessoh" {rPois Int+2 Dex-4
                  | Stlth+}
341182 | Zig:14   | Identified the ring "Tiurearu" {rPois Str+2 Int+3}
341187 | Zig:14   | Identified the +5 halberd of Exhibitionism {venom, *Rage
                  | rF+ rCorr Dex+4}
341192 | Zig:14   | Identified the staff of air "Cianagy" {rElec rC- Dex+4
                  | SInv}
341196 | Zig:14   | Identified the staff of earth "Nextuh" {Str-2 Dex+4}
341224 | Zig:15   | Entered Level 15 of a ziggurat
341748 | Zig:15   | Identified the staff of air "Fautymewn" {rElec rPois Str+8
                  | Int-5}
341753 | Zig:15   | Identified the +0 leather armour of Greed {Contam Will+
                  | Str+2 Slay+5}
341754 | Zig:15   | Identified the +2 quarterstaff of Kimora {pain, rF+ rN+
                  | Dex+2 SInv}
341762 | Zig:15   | Identified the ring of Amu Nubuk {rC- rCorr Int+2 Dex+2}
341763 | Zig:15   | Identified the +1 quarterstaff "Enye" {flame, rN+}
341783 | Zig:15   | Identified the staff of fire "Qilenoenai" {rElec rF+ rC++}
341786 | Zig:15   | Identified the +9 scimitar of Rivon Duimp {pain, *Noise
                  | rElec rPois rCorr}
341789 | Zig:15   | Identified the +1 pair of gloves of Cocytus {Rampage rPois
                  | Will+ Str+3}
341811 | Zig:16   | Entered Level 16 of a ziggurat
341851 | Zig:16   | Identified the staff of poison "Fihouroj" {rElec rPois
                  | Will- MP+9 Str+3}
342437 | Zig:16   | Identified the +8 sling "Darock" {drain, rCorr Str+4 Int+3
                  | Dex+2}
342444 | Zig:16   | Identified the +6 morningstar of Kiguasch {protect, rElec
                  | rPois rC+++ Str-2}
342447 | Zig:16   | Identified the +5 demon blade of Disharmony {vamp, rPois
                  | Dex+3 Stlth+}
342456 | Zig:16   | Identified the +1 falchion "Cuuz" {vamp, rC- Will+ Str+8
                  | Int-5}
342500 | Zig:17   | Entered Level 17 of a ziggurat
342500 | Zig:17   | Noticed Coawei Basch the pandemonium lord
342500 | Zig:17   | Noticed Qabek the pandemonium lord
342500 | Zig:17   | Noticed Lausizup the pandemonium lord
342500 | Zig:17   | Noticed Naofruag the pandemonium lord
342500 | Zig:17   | Noticed Boddomog the pandemonium lord
342500 | Zig:17   | Noticed Vouconn the pandemonium lord
342500 | Zig:17   | Noticed Dytif the pandemonium lord
342500 | Zig:17   | Noticed Hobbis the pandemonium lord
342500 | Zig:17   | Noticed Keawn the pandemonium lord
342500 | Zig:17   | Noticed Azoik the pandemonium lord
342500 | Zig:17   | Noticed Zoponlin the pandemonium lord
342500 | Zig:17   | Noticed Rousostofi the pandemonium lord
342500 | Zig:17   | Noticed Supp the pandemonium lord
342500 | Zig:17   | Noticed Luenidahe the pandemonium lord
342500 | Zig:17   | Noticed Lauwk the pandemonium lord
342500 | Zig:17   | Noticed Nitet the pandemonium lord
342500 | Zig:17   | Noticed Toeduxun the pandemonium lord
342500 | Zig:17   | Noticed Rust the pandemonium lord
342500 | Zig:17   | Noticed Uwkeg the pandemonium lord
342500 | Zig:17   | Noticed Xiezof the pandemonium lord
342500 | Zig:17   | Noticed Noyna the pandemonium lord
342500 | Zig:17   | Noticed Batz the pandemonium lord
342500 | Zig:17   | Noticed Fiuklorgh the pandemonium lord
342500 | Zig:17   | Noticed Xoatie the pandemonium lord
342500 | Zig:17   | Noticed Gowk the pandemonium lord
342500 | Zig:17   | Noticed Suacva the pandemonium lord
342500 | Zig:17   | Noticed Wivy the pandemonium lord
342500 | Zig:17   | Noticed Tur Tute the pandemonium lord
342500 | Zig:17   | Noticed Rucoib the pandemonium lord
342500 | Zig:17   | Noticed Nek Ohea the pandemonium lord
342500 | Zig:17   | Noticed Aqah the pandemonium lord
342500 | Zig:17   | Noticed Zitrod the pandemonium lord
342500 | Zig:17   | Noticed Erink the pandemonium lord
342500 | Zig:17   | Noticed Rafusmix the pandemonium lord
342500 | Zig:17   | Noticed Reropo the pandemonium lord
342500 | Zig:17   | Noticed Uskemiog the pandemonium lord
342500 | Zig:17   | Noticed Yfibuchy the pandemonium lord
342500 | Zig:17   | Noticed Biathuth the pandemonium lord
342500 | Zig:17   | Noticed Rozess the pandemonium lord
342500 | Zig:17   | Noticed Engisao the pandemonium lord
342500 | Zig:17   | Noticed Ligga the pandemonium lord
342500 | Zig:17   | Noticed Odiuchu the pandemonium lord
342500 | Zig:17   | Noticed Vubror the pandemonium lord
342500 | Zig:17   | Noticed Gupol the pandemonium lord
342502 | Zig:17   | Noticed Vofo the pandemonium lord
342503 | Zig:17   | Noticed Heh Takk the pandemonium lord
342505 | Zig:17   | Noticed Uxicvug the pandemonium lord
342505 | Zig:17   | Noticed Veit the pandemonium lord
342505 | Zig:17   | Noticed Ferch the pandemonium lord
342505 | Zig:17   | Killed Uwkeg the pandemonium lord
342505 | Zig:17   | Killed Ligga the pandemonium lord
342505 | Zig:17   | Killed Engisao the pandemonium lord
342505 | Zig:17   | Killed Rozess the pandemonium lord
342505 | Zig:17   | Killed Nek Ohea the pandemonium lord
342505 | Zig:17   | Killed Lauwk the pandemonium lord
342505 | Zig:17   | Killed Wivy the pandemonium lord
342505 | Zig:17   | Killed Odiuchu the pandemonium lord
342505 | Zig:17   | Killed Uskemiog the pandemonium lord
342505 | Zig:17   | Noticed Harit the pandemonium lord
342506 | Zig:17   | Killed Reropo the pandemonium lord
342506 | Zig:17   | Killed Aqah the pandemonium lord
342506 | Zig:17   | Killed Erink the pandemonium lord
342506 | Zig:17   | Killed Tur Tute the pandemonium lord
342506 | Zig:17   | Killed Gowk the pandemonium lord
342506 | Zig:17   | Killed Zoponlin the pandemonium lord
342506 | Zig:17   | Killed Nitet the pandemonium lord
342506 | Zig:17   | Killed Luenidahe the pandemonium lord
342506 | Zig:17   | Killed Vubror the pandemonium lord
342506 | Zig:17   | Killed Rucoib the pandemonium lord
342506 | Zig:17   | Killed Batz the pandemonium lord
342506 | Zig:17   | Killed Xoatie the pandemonium lord
342506 | Zig:17   | Noticed Lafipnas the pandemonium lord
342507 | Zig:17   | Noticed Ufich the pandemonium lord
342508 | Zig:17   | Noticed Emiregig the pandemonium lord
342508 | Zig:17   | Noticed Noqiru Mari the pandemonium lord
342508 | Zig:17   | Killed Rafusmix the pandemonium lord
342508 | Zig:17   | Killed Xiezof the pandemonium lord
342508 | Zig:17   | Killed Gupol the pandemonium lord
342508 | Zig:17   | Killed Rousostofi the pandemonium lord
342508 | Zig:17   | Killed Hobbis the pandemonium lord
342508 | Zig:17   | Killed Rust the pandemonium lord
342508 | Zig:17   | Killed Zitrod the pandemonium lord
342508 | Zig:17   | Killed Boddomog the pandemonium lord
342508 | Zig:17   | Killed Suacva the pandemonium lord
342508 | Zig:17   | Killed Lausizup the pandemonium lord
342508 | Zig:17   | Killed Uxicvug the pandemonium lord
342508 | Zig:17   | Killed Dytif the pandemonium lord
342508 | Zig:17   | Noticed Fuvut the pandemonium lord
342508 | Zig:17   | Noticed Siyg Rokh the pandemonium lord
342509 | Zig:17   | Noticed Huahokk the pandemonium lord
342509 | Zig:17   | Killed Ferch the pandemonium lord
342509 | Zig:17   | Killed Noqiru Mari the pandemonium lord
342509 | Zig:17   | Killed Fiuklorgh the pandemonium lord
342509 | Zig:17   | Killed Emiregig the pandemonium lord
342509 | Zig:17   | Killed Noyna the pandemonium lord
342509 | Zig:17   | Killed Heh Takk the pandemonium lord
342509 | Zig:17   | Killed Azoik the pandemonium lord
342509 | Zig:17   | Killed Veit the pandemonium lord
342509 | Zig:17   | Killed Yfibuchy the pandemonium lord
342509 | Zig:17   | Killed Biathuth the pandemonium lord
342510 | Zig:17   | Noticed Xavvoytz the pandemonium lord
342510 | Zig:17   | Noticed Xoiwodgh the pandemonium lord
342510 | Zig:17   | Killed Supp the pandemonium lord
342510 | Zig:17   | Killed Qabek the pandemonium lord
342510 | Zig:17   | Killed Ufich the pandemonium lord
342510 | Zig:17   | Killed Keawn the pandemonium lord
342510 | Zig:17   | Killed Coawei Basch the pandemonium lord
342510 | Zig:17   | Noticed Zets the pandemonium lord
342510 | Zig:17   | Noticed Gaydimi the pandemonium lord
342511 | Zig:17   | Killed Xavvoytz the pandemonium lord
342511 | Zig:17   | Killed Vouconn the pandemonium lord
342511 | Zig:17   | Noticed Jichet the pandemonium lord
342511 | Zig:17   | Noticed Edeghat the pandemonium lord
342512 | Zig:17   | Killed Lafipnas the pandemonium lord
342512 | Zig:17   | Noticed Ralleh the pandemonium lord
342513 | Zig:17   | Noticed Atasor the pandemonium lord
342513 | Zig:17   | Noticed Munaost the pandemonium lord
342513 | Zig:17   | Killed Jichet the pandemonium lord
342513 | Zig:17   | Killed Harit the pandemonium lord
342513 | Zig:17   | Noticed Tocogool the pandemonium lord
342514 | Zig:17   | Killed Vofo the pandemonium lord
342514 | Zig:17   | Noticed Rogur the pandemonium lord
342514 | Zig:17   | Noticed Teobrok the pandemonium lord
342514 | Zig:17   | Noticed Osyeveur the pandemonium lord
342514 | Zig:17   | Noticed Dyrgh the pandemonium lord
342515 | Zig:17   | Killed Atasor the pandemonium lord
342515 | Zig:17   | Killed Siyg Rokh the pandemonium lord
342515 | Zig:17   | Killed Toeduxun the pandemonium lord
342515 | Zig:17   | Noticed Busiuci the pandemonium lord
342515 | Zig:17   | Noticed Amorent the pandemonium lord
342515 | Zig:17   | Noticed Owkaro the pandemonium lord
342515 | Zig:17   | Noticed Gunichy the pandemonium lord
342515 | Zig:17   | Noticed Waolar the pandemonium lord
342516 | Zig:17   | Killed Huahokk the pandemonium lord
342516 | Zig:17   | Killed Xoiwodgh the pandemonium lord
342516 | Zig:17   | Noticed Veiqusynuw the pandemonium lord
342517 | Zig:17   | Killed Munaost the pandemonium lord
342517 | Zig:17   | Killed Ralleh the pandemonium lord
342517 | Zig:17   | Killed Fuvut the pandemonium lord
342517 | Zig:17   | Killed Tocogool the pandemonium lord
342517 | Zig:17   | Killed Teobrok the pandemonium lord
342517 | Zig:17   | Noticed Leumne the pandemonium lord
342517 | Zig:17   | Noticed Plog the pandemonium lord
342517 | Zig:17   | Noticed Vogetwin the pandemonium lord
342518 | Zig:17   | Noticed Joergha the pandemonium lord
342519 | Zig:17   | Noticed Gehip the pandemonium lord
342519 | Zig:17   | Killed Owkaro the pandemonium lord
342519 | Zig:17   | Killed Edeghat the pandemonium lord
342519 | Zig:17   | Killed Dyrgh the pandemonium lord
342519 | Zig:17   | Killed Zets the pandemonium lord
342519 | Zig:17   | Killed Rogur the pandemonium lord
342519 | Zig:17   | Noticed Wummeledgh the pandemonium lord
342521 | Zig:17   | Killed Waolar the pandemonium lord
342521 | Zig:17   | Killed Gaydimi the pandemonium lord
342521 | Zig:17   | Killed Busiuci the pandemonium lord
342521 | Zig:17   | Killed Vogetwin the pandemonium lord
342521 | Zig:17   | Killed Leumne the pandemonium lord
342521 | Zig:17   | Killed Osyeveur the pandemonium lord
342521 | Zig:17   | Noticed Reczu Tuask the pandemonium lord
342521 | Zig:17   | Noticed Dyaluh the pandemonium lord
342521 | Zig:17   | Noticed Uzequok the pandemonium lord
342521 | Zig:17   | Noticed Qirumneo the pandemonium lord
342522 | Zig:17   | Noticed Dulatex the pandemonium lord
342522 | Zig:17   | Killed Gunichy the pandemonium lord
342522 | Zig:17   | Noticed Jaju the pandemonium lord
342522 | Zig:17   | Noticed Ugaup the pandemonium lord
342523 | Zig:17   | Noticed Tiom the pandemonium lord
342523 | Zig:17   | Killed Gehip the pandemonium lord
342523 | Zig:17   | Killed Amorent the pandemonium lord
342523 | Zig:17   | Killed Plog the pandemonium lord
342523 | Zig:17   | Noticed Wiydust the pandemonium lord
342523 | Zig:17   | Noticed Roshrysm the pandemonium lord
342524 | Zig:17   | Killed Joergha the pandemonium lord
342524 | Zig:17   | Killed Reczu Tuask the pandemonium lord
342524 | Zig:17   | Killed Uzequok the pandemonium lord
342524 | Zig:17   | Killed Dyaluh the pandemonium lord
342524 | Zig:17   | Killed Ugaup the pandemonium lord
342525 | Zig:17   | Noticed Ebbir the pandemonium lord
342526 | Zig:17   | Noticed Niothril the pandemonium lord
342526 | Zig:17   | Noticed Kegaodgh the pandemonium lord
342527 | Zig:17   | Noticed Bukhinym the pandemonium lord
342528 | Zig:17   | Noticed Ikoacypn the pandemonium lord
342528 | Zig:17   | Noticed Umac Poh the pandemonium lord
342529 | Zig:17   | Killed Jaju the pandemonium lord
342529 | Zig:17   | Killed Qirumneo the pandemonium lord
342529 | Zig:17   | Killed Tiom the pandemonium lord
342529 | Zig:17   | Noticed Paecy the pandemonium lord
342530 | Zig:17   | Noticed Debeve the pandemonium lord
342530 | Zig:17   | Killed Wummeledgh the pandemonium lord
342530 | Zig:17   | Noticed Goefasa the pandemonium lord
342530 | Zig:17   | Noticed Eraupa the pandemonium lord
342530 | Zig:17   | Noticed Goirph the pandemonium lord
342531 | Zig:17   | Killed Roshrysm the pandemonium lord
342531 | Zig:17   | Killed Niothril the pandemonium lord
342532 | Zig:17   | Noticed Houhy the pandemonium lord
342533 | Zig:17   | Noticed Eno Raga the pandemonium lord
342533 | Zig:17   | Killed Dulatex the pandemonium lord
342533 | Zig:17   | Killed Wiydust the pandemonium lord
342533 | Zig:17   | Killed Kegaodgh the pandemonium lord
342533 | Zig:17   | Killed Ebbir the pandemonium lord
342533 | Zig:17   | Killed Umac Poh the pandemonium lord
342533 | Zig:17   | Noticed Leawnuh the pandemonium lord
342533 | Zig:17   | Noticed Goxkomim the pandemonium lord
342533 | Zig:17   | Noticed Cehoshonu the pandemonium lord
342537 | Zig:17   | Killed Veiqusynuw the pandemonium lord
342537 | Zig:17   | Killed Ikoacypn the pandemonium lord
342537 | Zig:17   | Noticed Wanwuc the pandemonium lord
342537 | Zig:17   | Noticed Ythrown the pandemonium lord
342537 | Zig:17   | Noticed Maaquint the pandemonium lord
342538 | Zig:17   | Noticed Recekhyi the pandemonium lord
342539 | Zig:17   | Noticed Bulac the pandemonium lord
342539 | Zig:17   | Killed Goirph the pandemonium lord
342539 | Zig:17   | Killed Goefasa the pandemonium lord
342539 | Zig:17   | Killed Bukhinym the pandemonium lord
342539 | Zig:17   | Killed Debeve the pandemonium lord
342539 | Zig:17   | Killed Houhy the pandemonium lord
342539 | Zig:17   | Noticed Irung the pandemonium lord
342540 | Zig:17   | Killed Eraupa the pandemonium lord
342540 | Zig:17   | Killed Wanwuc the pandemonium lord
342540 | Zig:17   | Killed Cehoshonu the pandemonium lord
342540 | Zig:17   | Killed Bulac the pandemonium lord
342540 | Zig:17   | Noticed Micaur the pandemonium lord
342541 | Zig:17   | Noticed Vokeddid the pandemonium lord
342542 | Zig:17   | Killed Leawnuh the pandemonium lord
342542 | Zig:17   | Killed Recekhyi the pandemonium lord
342542 | Zig:17   | Killed Irung the pandemonium lord
342542 | Zig:17   | Killed Maaquint the pandemonium lord
342542 | Zig:17   | Killed Goxkomim the pandemonium lord
342542 | Zig:17   | Killed Eno Raga the pandemonium lord
342543 | Zig:17   | Killed Micaur the pandemonium lord
342543 | Zig:17   | Killed Vokeddid the pandemonium lord
342543 | Zig:17   | Killed Paecy the pandemonium lord
342543 | Zig:17   | Noticed Builameh the pandemonium lord
342543 | Zig:17   | Noticed Jagus the pandemonium lord
342543 | Zig:17   | Noticed Coss the pandemonium lord
342544 | Zig:17   | Noticed Kucs the pandemonium lord
342544 | Zig:17   | Noticed Zufetut the pandemonium lord
342545 | Zig:17   | Killed Builameh the pandemonium lord
342545 | Zig:17   | Killed Coss the pandemonium lord
342545 | Zig:17   | Noticed Juir the pandemonium lord
342545 | Zig:17   | Noticed Nefo the pandemonium lord
342545 | Zig:17   | Noticed Itaditt the pandemonium lord
342546 | Zig:17   | Killed Ythrown the pandemonium lord
342546 | Zig:17   | Noticed Finurch the pandemonium lord
342546 | Zig:17   | Noticed Qaruy the pandemonium lord
342546 | Zig:17   | Noticed Mesaelon the pandemonium lord
342547 | Zig:17   | Killed Juir the pandemonium lord
342547 | Zig:17   | Killed Mesaelon the pandemonium lord
342547 | Zig:17   | Noticed Zauget the pandemonium lord
342548 | Zig:17   | Killed Itaditt the pandemonium lord
342548 | Zig:17   | Killed Kucs the pandemonium lord
342548 | Zig:17   | Killed Qaruy the pandemonium lord
342548 | Zig:17   | Noticed Ciesyhy the pandemonium lord
342549 | Zig:17   | Noticed Loif the pandemonium lord
342549 | Zig:17   | Noticed Loudgh the pandemonium lord
342549 | Zig:17   | Noticed Qeepav the pandemonium lord
342549 | Zig:17   | Noticed Todatyku the pandemonium lord
342550 | Zig:17   | Killed Zufetut the pandemonium lord
342550 | Zig:17   | Killed Nefo the pandemonium lord
342551 | Zig:17   | Noticed Taefrei the pandemonium lord
342551 | Zig:17   | Killed Jagus the pandemonium lord
342551 | Zig:17   | Killed Zauget the pandemonium lord
342551 | Zig:17   | Killed Finurch the pandemonium lord
342551 | Zig:17   | Noticed Xusies the pandemonium lord
342552 | Zig:17   | Killed Loif the pandemonium lord
342552 | Zig:17   | Killed Xusies the pandemonium lord
342552 | Zig:17   | Killed Todatyku the pandemonium lord
342552 | Zig:17   | Noticed Obeocoem the pandemonium lord
342552 | Zig:17   | Noticed Reme the pandemonium lord
342552 | Zig:17   | Killed Naofruag the pandemonium lord
342553 | Zig:17   | Killed Loudgh the pandemonium lord
342553 | Zig:17   | Killed Qeepav the pandemonium lord
342553 | Zig:17   | Noticed Surufifo the pandemonium lord
342554 | Zig:17   | Noticed Ubbigeme the pandemonium lord
342554 | Zig:17   | Noticed Koecvyi the pandemonium lord
342554 | Zig:17   | Killed Ciesyhy the pandemonium lord
342554 | Zig:17   | Noticed Waynwite the pandemonium lord
342556 | Zig:17   | Killed Obeocoem the pandemonium lord
342556 | Zig:17   | Killed Reme the pandemonium lord
342556 | Zig:17   | Noticed Luqub the pandemonium lord
342558 | Zig:17   | Noticed Quoseirod the pandemonium lord
342558 | Zig:17   | Noticed Qogenole the pandemonium lord
342559 | Zig:17   | Killed Ubbigeme the pandemonium lord
342559 | Zig:17   | Killed Koecvyi the pandemonium lord
342560 | Zig:17   | Killed Luqub the pandemonium lord
342560 | Zig:17   | Killed Qogenole the pandemonium lord
342560 | Zig:17   | Killed Waynwite the pandemonium lord
342560 | Zig:17   | Killed Surufifo the pandemonium lord
342560 | Zig:17   | Noticed Wiasuh the pandemonium lord
342561 | Zig:17   | Killed Taefrei the pandemonium lord
342561 | Zig:17   | Noticed Qeoskewk the pandemonium lord
342561 | Zig:17   | Noticed Qaonit the pandemonium lord
342563 | Zig:17   | Noticed Winal the pandemonium lord
342563 | Zig:17   | Killed Quoseirod the pandemonium lord
342563 | Zig:17   | Noticed Katrohyu the pandemonium lord
342563 | Zig:17   | Noticed Xilomioh the pandemonium lord
342564 | Zig:17   | Noticed Bofutry the pandemonium lord
342565 | Zig:17   | Killed Wiasuh the pandemonium lord
342565 | Zig:17   | Noticed Bejiukur the pandemonium lord
342565 | Zig:17   | Noticed Xulid the pandemonium lord
342566 | Zig:17   | Noticed Ostag the pandemonium lord
342566 | Zig:17   | Noticed Marhagy the pandemonium lord
342566 | Zig:17   | Noticed Vastom the pandemonium lord
342567 | Zig:17   | Noticed Reteich the pandemonium lord
342567 | Zig:17   | Noticed Optuhis the pandemonium lord
342567 | Zig:17   | Noticed Puashal the pandemonium lord
342567 | Zig:17   | Noticed Makisuz the pandemonium lord
342567 | Zig:17   | Noticed Uplicrog the pandemonium lord
342567 | Zig:17   | Killed Optuhis the pandemonium lord
342568 | Zig:17   | Killed Reteich the pandemonium lord
342568 | Zig:17   | Killed Marhagy the pandemonium lord
342568 | Zig:17   | Killed Bejiukur the pandemonium lord
342568 | Zig:17   | Killed Makisuz the pandemonium lord
342568 | Zig:17   | Killed Uplicrog the pandemonium lord
342568 | Zig:17   | Killed Bofutry the pandemonium lord
342568 | Zig:17   | Killed Winal the pandemonium lord
342568 | Zig:17   | Killed Qeoskewk the pandemonium lord
342568 | Zig:17   | Killed Qaonit the pandemonium lord
342568 | Zig:17   | Noticed Hoproelu the pandemonium lord
342568 | Zig:17   | Noticed Qown the pandemonium lord
342568 | Zig:17   | Noticed Tonisun the pandemonium lord
342569 | Zig:17   | Killed Ostag the pandemonium lord
342569 | Zig:17   | Killed Katrohyu the pandemonium lord
342570 | Zig:17   | Noticed Ohiascho the pandemonium lord
342570 | Zig:17   | Killed Puashal the pandemonium lord
342570 | Zig:17   | Killed Xulid the pandemonium lord
342570 | Zig:17   | Noticed Jiost the pandemonium lord
342570 | Zig:17   | Noticed Atobozxu the pandemonium lord
342572 | Zig:17   | Killed Qown the pandemonium lord
342573 | Zig:17   | Noticed Janar the pandemonium lord
342573 | Zig:17   | Noticed Qacel the pandemonium lord
342573 | Zig:17   | Noticed Birod the pandemonium lord
342574 | Zig:17   | Killed Xilomioh the pandemonium lord
342575 | Zig:17   | Noticed Qipoitratwi the pandemonium lord
342575 | Zig:17   | Noticed Gurar the pandemonium lord
342575 | Zig:17   | Killed Ohiascho the pandemonium lord
342575 | Zig:17   | Killed Tonisun the pandemonium lord
342577 | Zig:17   | Killed Jiost the pandemonium lord
342577 | Zig:17   | Killed Vastom the pandemonium lord
342577 | Zig:17   | Killed Atobozxu the pandemonium lord
342577 | Zig:17   | Killed Hoproelu the pandemonium lord
342578 | Zig:17   | Noticed Sizem the pandemonium lord
342578 | Zig:17   | Noticed Qob Noma the pandemonium lord
342578 | Zig:17   | Noticed Decec the pandemonium lord
342578 | Zig:17   | Noticed Ekhones the pandemonium lord
342579 | Zig:17   | Killed Janar the pandemonium lord
342579 | Zig:17   | Killed Birod the pandemonium lord
342579 | Zig:17   | Killed Gurar the pandemonium lord
342580 | Zig:17   | Noticed Olusuqah the pandemonium lord
342580 | Zig:17   | Killed Qipoitratwi the pandemonium lord
342580 | Zig:17   | Killed Sizem the pandemonium lord
342580 | Zig:17   | Noticed Saorchomi the pandemonium lord
342580 | Zig:17   | Noticed Seleq the pandemonium lord
342583 | Zig:17   | Killed Qacel the pandemonium lord
342583 | Zig:17   | Killed Decec the pandemonium lord
342583 | Zig:17   | Killed Olusuqah the pandemonium lord
342583 | Zig:17   | Killed Qob Noma the pandemonium lord
342583 | Zig:17   | Killed Ekhones the pandemonium lord
342585 | Zig:17   | Killed Seleq the pandemonium lord
342585 | Zig:17   | Noticed Utotam the pandemonium lord
342586 | Zig:17   | Killed Saorchomi the pandemonium lord
342589 | Zig:17   | Noticed Porarica the pandemonium lord
342591 | Zig:17   | Noticed Sola the pandemonium lord
342592 | Zig:17   | Killed Utotam the pandemonium lord
342595 | Zig:17   | Noticed Aran the pandemonium lord
342600 | Zig:17   | Noticed Uroraxol the pandemonium lord
342600 | Zig:17   | Killed Sola the pandemonium lord
342600 | Zig:17   | Killed Porarica the pandemonium lord
342600 | Zig:17   | Killed Aran the pandemonium lord
342602 | Zig:17   | Noticed Jedghueck the pandemonium lord
342605 | Zig:17   | Killed Jedghueck the pandemonium lord
342607 | Zig:17   | Killed Uroraxol the pandemonium lord
342609 | Zig:17   | Noticed Pehycuhite the pandemonium lord
342612 | Zig:17   | Killed Pehycuhite the pandemonium lord
342614 | Zig:17   | Noticed Keubrol the pandemonium lord
342614 | Zig:17   | Noticed Toray the pandemonium lord
342621 | Zig:17   | Killed Toray the pandemonium lord
342621 | Zig:17   | Noticed Ippe the pandemonium lord
342625 | Zig:17   | Killed Keubrol the pandemonium lord
342626 | Zig:17   | Noticed Wukkyqur the pandemonium lord
342627 | Zig:17   | Killed Ippe the pandemonium lord
342628 | Zig:17   | Killed Netamit the pandemonium lord
342630 | Zig:17   | Killed Wukkyqur the pandemonium lord
342635 | Zig:17   | Noticed Iphousaj the pandemonium lord
342648 | Zig:17   | Killed Iphousaj the pandemonium lord
342655 | Zig:17   | Paralysed by you for 2 turns
343060 | Zig:17   | Identified the +4 trident of Ragnarok {protect, rF+ rC+
                  | Int+3}
343061 | Zig:17   | Identified the staff of cold "Xint" {rC+ rN+ Str+2}
343067 | Zig:17   | Identified the +0 robe of the Furies {Str+5 Dex+2 Stlth-}
343068 | Zig:17   | Identified the staff of earth "Biutzot" {rElec rPois Will-
                  | Str-3}
343072 | Zig:17   | Identified the staff of death "Baeric" {rN+ Str-3 Dex+5}
343073 | Zig:17   | Identified the +6 morningstar of the Toadstool {heavy, rF+
                  | Int-2 Stlth+}
343105 | Zig:18   | Entered Level 18 of a ziggurat
343790 | Zig:18   | Identified the +8 great mace of Ru, Enfolding {pain, Int+3}
343825 | Zig:18   | Identified the +1 pair of gloves of the Constellations
                  | {*Slow rF++ rN+ Dex+3}
343831 | Zig:18   | Identified the ring "Jetwo" {Ice rElec rCorr Str-2 Slay-3}
343837 | Zig:18   | Identified the +5 dagger of Foolhardiness {venom, rElec
                  | Str+3 SInv}
343838 | Zig:18   | Identified the staff of cold "Gasmi" {rC+ Int+2}
343850 | Zig:18   | Identified the +4 quarterstaff of Strategic Superiority
                  | {flame, rN+}
343851 | Zig:18   | Identified the +6 quarterstaff of Pagit {heavy, rElec rPois
                  | rF- SInv}
343868 | Zig:18   | Identified the amulet of Wehiys {Faith Fly rC+ Str+3 Dex-3}
343873 | Zig:18   | Identified the ring "Hajunil" {Wiz rF++ rN+ Dex+3}
343880 | Zig:18   | Identified the +0 scale mail of the Chupacabra {rN+ MP+9
                  | Str-2 Int+4}
343937 | Zig:18   | Identified the +8 spear of the Vanishing Suns {flame, rN+
                  | rCorr MP+9}
343949 | Zig:19   | Entered Level 19 of a ziggurat
343983 | Zig:19   | Paralysed by a wendigo for 1 turns
344102 | Zig:19   | Identified the +1 cloak "Plog" {Str+2}
344734 | Zig:20   | Entered Level 20 of a ziggurat
344814 | Zig:20   | Identified the amulet "Syebear" {Faith Str+2}
344995 | Zig:20   | Identified the staff of earth "Qelul" {Contam rElec Int+3
                  | Dex+5}
345001 | Zig:20   | Identified the +0 robe of Terrible Satisfaction {Str+7
                  | Int-4 Dex-5 SInv}
345004 | Zig:20   | Identified the +3 scale mail of the Pit {rPois rF++ rC-
                  | Regen+}
345010 | Zig:20   | Identified the ring of the Duke {Fire +Blink Will+++ Int-5
                  | Dex-4}
345594 | Zig:20   | Identified the staff of fire "Sinelor" {rF+ rN+ rCorr
                  | Str+3}
345596 | Zig:20   | Identified the staff of conjuration "Raig" {rF++}
345599 | Zig:20   | Identified the +5 tower shield of the Orcish Mines {rElec
                  | Str+5 Stlth-}
345602 | Zig:20   | Identified the +1 shortbow of Cygi {freeze, *Slow rC+
                  | Int+4}
345625 | Zig:20   | Identified the staff of earth "Nussimy" {rF- rN+++ Will-
                  | Str+5}
345747 | Zig:21   | Entered Level 21 of a ziggurat
345831 | Zig:21   | Noticed Voeptid the pandemonium lord
345841 | Zig:21   | Killed Voeptid the pandemonium lord
346398 | Zig:21   | Identified the +7 chain mail "Irougg" {Harm *Slow Fly}
346399 | Zig:21   | Identified the +11 quarterstaff "Beetlebane" {antimagic,
                  | Dex+2}
346400 | Zig:21   | Identified the +4 ring mail of Disaster {Str+2}
346404 | Zig:21   | Identified the +1 dire flail of Mokas {flame, Contam Fly
                  | rPois rF++}
346406 | Zig:21   | Identified the amulet of Neoptorph {Spirit Rampage rF++ rC-
                  | Regen+}
346407 | Zig:21   | Identified the staff of poison "Atamu" {rPois rC+++ rN+++
                  | MP-9 Int-4}
346419 | Zig:21   | Identified the +9 great sword "Quzob" {flame, Str+3}
346435 | Zig:21   | Identified the +2 scimitar of Duzybos {vamp, rN++}
346438 | Zig:21   | Identified the ring "Trusted Companion" {Fly rC+ Dex+3}
346444 | Zig:21   | Identified the +8 long sword of Responsibility {venom,
                  | rElec Str+3}
346445 | Zig:21   | Identified the staff of death "Jaerre" {*Slow rC+ rN+
                  | Str+2}
346455 | Zig:21   | Identified the staff of fire "Micul" {rF+ Int+3}
346468 | Zig:21   | Identified the ring of Vodue {Drain rElec MP+9 Str+3 Dex+2}
346477 | Zig:21   | Identified the +5 long sword "Cadiemp" {vamp, rC+ Str+2
                  | Int+3}
346478 | Zig:21   | Identified the ring "Cuhan" {AC+4 Dex+3 Slay+3}
346494 | Zig:21   | Identified the +8 flail of Irulipn {heavy, Int+2}
346498 | Zig:21   | Identified the ring "Mopyilah" {Ice rN+ Will+}
346526 | Zig:22   | Entered Level 22 of a ziggurat
347580 | Zig:23   | Entered Level 23 of a ziggurat
347597 | Zig:23   | Paralysed by an air elemental for 1 turns
347780 | Zig:23   | Identified the +1 great mace of Resourcefulness {pain,
                  | Dex+3}
347799 | Zig:23   | Identified the ring of Dofiet {Will+ MP+9 AC+4}
347803 | Zig:23   | Identified the +1 leather armour of Tehamn {Regen+}
347816 | Zig:23   | Identified the staff of conjuration "Siodghel Laze" {+Blink
                  | Will+ MP+9}
347818 | Zig:23   | Identified the +9 halberd "Xamypuh" {spect, rElec rF- rN+
                  | Int+2}
347829 | Zig:23   | Identified the staff of death "Rocuogh" {rElec rN+ Dex+3
                  | Stlth-}
347843 | Zig:23   | Identified the +0 ring mail "Wapson" {Dex+3}
347857 | Zig:23   | Identified the +3 trident of Ascent {freeze, rElec rPois}
347868 | Zig:23   | Identified the +2 battleaxe of Starshine {heavy, rC+ Int+3}
347885 | Zig:23   | Identified the ring "Imucek" {Wiz rPois rC- rN+}
347901 | Zig:23   | Identified the ring of Uvadd {Fire rPois MP+9 Str+2 Int+2}
347909 | Zig:23   | Identified the +10 war axe of Invincibility {freeze, Str+3}
347964 | Zig:23   | Identified the staff of fire "Surchu" {Drain rElec rF+
                  | rCorr Str+6}
347966 | Zig:23   | Identified the staff of cold "Wuak" {+Blink rC+ rN+ Will+}
348687 | Zig:24   | Entered Level 24 of a ziggurat
349632 | Zig:24   | Identified the +4 broad axe "Siuciaf" {heavy, rN+ Str+2
                  | Stlth+}
349634 | Zig:24   | Identified the +5 scale mail of Xom's Grace {rCorr Slay+3
                  | Stlth+}
349638 | Zig:24   | Identified the +6 lajatang of the Depths {speed, Drain rF++
                  | Str-2 Dex+3}
349793 | Zig:25   | Entered Level 25 of a ziggurat
349996 | Zig:25   | Identified the amulet "Itutuuno" {Reflect rPois Will+ Str+2
                  | SH+5 SInv}
350002 | Zig:25   | Identified the +2 scale mail of the Fifty Shrikes {Drain
                  | Fly Will+ Dex+2}
350004 | Zig:25   | Identified the +8 chain mail "Jusetupp" {+Inv rElec rF+}
350017 | Zig:25   | Identified the amulet "Tepneu" {RegenMP Rampage rF+}
350023 | Zig:25   | Identified the ring of Exhibitionism {Will+ Dex+2 SInv}
350033 | Zig:25   | Identified the ring "Ciuv" {Will+++ MP+9 Str+2 Int+3
                  | Slay-4}
350034 | Zig:25   | Identified the staff of earth "Dutu" {rF+ Int+2}
350036 | Zig:25   | Identified the +4 war axe "Ytiunesu" {elec, rElec rC+
                  | Dex+2}
350037 | Zig:25   | Identified the +11 hand axe "Ultimatum" {holy, *Rage Fly
                  | rF+ rCorr}
350041 | Zig:25   | Identified the staff of earth "Cias" {rF+ rCorr Stlth+}
350046 | Zig:25   | Identified the +2 plate armour of the Thirsty Ears {rElec
                  | rF++ rN+ Will-}
350047 | Zig:25   | Identified the +0 kite shield "Covellan" {rF+ rN+++ Int+3
                  | Dex-4}
350069 | Zig:25   | Identified the +7 quarterstaff of Action {drain, rF+ rCorr}
350071 | Zig:25   | Identified the +0 robe of Wuhur {rPois rN++}
350075 | Zig:25   | Identified the staff of air "Ezaeth" {rElec rPois Will+++
                  | Int-4 Dex+6}
350103 | Zig:25   | Identified the +4 cloak of Itin {rElec Str-5 Int+6 Dex-2}
350111 | Zig:25   | Identified the amulet of Suicidal Tendencies {RegenMP
                  | Fragile Fly rN+ Dex+3}
350117 | Zig:25   | Identified the +7 short sword of Mastery {pain, Fly rF-
                  | SInv Stlth+}
350145 | Zig:25   | Identified the +4 leather armour of Nudghal {Contam rElec
                  | rF+++ Dex+3}
350149 | Zig:25   | Identified the +1 flail "Mozoq" {heavy, rCorr Str+3}
350153 | Zig:25   | Identified the +10 spear of the Gazing Sybil {freeze, rElec
                  | Stlth+}
350160 | Zig:25   | Identified the staff of death "Ega Piap" {rF- rN+ Will+
                  | rCorr Dex+4}
350205 | Zig:25   | Identified the staff of poison "Hauhush" {rPois Stlth+}
350207 | Zig:25   | Identified the ring of Idiagah {rElec Int+2 Dex+3 Slay+4
                  | Stlth+}
351025 | Zig:25   | Identified the +1 leather armour of Disappointment {rPois
                  | MP+9 Int-5 SInv}
351050 | Zig:26   | Entered Level 26 of a ziggurat
352121 | Zig:26   | Identified the +3 glaive "Xisuywn" {elec, rPois Int-2
                  | Dex+5}
352144 | Zig:26   | Identified the +8 falchion of Tutergh {flame, rPois Str+3}
352145 | Zig:26   | Identified the ring "Buhuf Hahi" {rC+ Will+ Str-4 Slay+3}
352152 | Zig:26   | Identified the +2 pair of boots of Ebesteut {rN+ Int+2
                  | Dex+5 Slay-5}
352154 | Zig:26   | Identified the +1 leather armour of Hysteria {+Blink Will+
                  | Dex+3}
352175 | Zig:26   | Identified the +7 shortbow of the Three Mystics {drain,
                  | rElec rC+ rCorr}
352178 | Zig:26   | Identified the ring of Qaekkyff {rElec Will+ Str+4 Dex-4
                  | Slay-2}
352179 | Zig:26   | Identified the ring "Jecol" {MP+9 Str+2}
352180 | Zig:26   | Identified the +0 dagger "Adudax" {drain, *Noise +Blink
                  | Int+5}
352283 | Zig:27   | Entered Level 27 of a ziggurat
352284 | Zig:27   | Noticed a juggernaut
352285 | Zig:27   | Noticed a juggernaut
352285 | Zig:27   | Noticed a juggernaut
352285 | Zig:27   | Noticed a juggernaut
352285 | Zig:27   | Noticed a juggernaut
352285 | Zig:27   | Noticed a juggernaut
352286 | Zig:27   | Noticed a juggernaut
352286 | Zig:27   | Noticed a juggernaut
352286 | Zig:27   | Noticed a juggernaut
352287 | Zig:27   | Noticed a juggernaut
352287 | Zig:27   | Noticed a juggernaut
352287 | Zig:27   | Noticed a juggernaut
352287 | Zig:27   | Noticed a juggernaut
352289 | Zig:27   | Noticed a juggernaut
352290 | Zig:27   | Noticed a juggernaut
352291 | Zig:27   | Noticed a juggernaut
352291 | Zig:27   | Noticed a juggernaut
352291 | Zig:27   | Noticed a juggernaut
352292 | Zig:27   | Noticed a juggernaut
352292 | Zig:27   | Killed a juggernaut
352292 | Zig:27   | Killed a juggernaut
352292 | Zig:27   | Killed a juggernaut
352292 | Zig:27   | Killed a juggernaut
352292 | Zig:27   | Killed a juggernaut
352292 | Zig:27   | Killed a juggernaut
352292 | Zig:27   | Killed a juggernaut
352292 | Zig:27   | Killed a juggernaut
352292 | Zig:27   | Killed a juggernaut
352292 | Zig:27   | Killed a juggernaut
352292 | Zig:27   | Killed a juggernaut
352292 | Zig:27   | Killed a juggernaut
352292 | Zig:27   | Killed a juggernaut
352292 | Zig:27   | Killed a juggernaut
352292 | Zig:27   | Killed a juggernaut
352292 | Zig:27   | Killed a juggernaut
352292 | Zig:27   | Killed a juggernaut
352292 | Zig:27   | Noticed a juggernaut
352292 | Zig:27   | Noticed a juggernaut
352293 | Zig:27   | Noticed a juggernaut
352293 | Zig:27   | Noticed a juggernaut
352294 | Zig:27   | Noticed a juggernaut
352294 | Zig:27   | Noticed a juggernaut
352294 | Zig:27   | Noticed a juggernaut
352294 | Zig:27   | Noticed a juggernaut
352295 | Zig:27   | Noticed a juggernaut
352295 | Zig:27   | Noticed a juggernaut
352295 | Zig:27   | Killed a juggernaut
352295 | Zig:27   | Killed a juggernaut
352295 | Zig:27   | Noticed a juggernaut
352296 | Zig:27   | Noticed a juggernaut
352296 | Zig:27   | Noticed a juggernaut
352296 | Zig:27   | Noticed a juggernaut
352296 | Zig:27   | Killed a juggernaut
352296 | Zig:27   | Killed a juggernaut
352297 | Zig:27   | Noticed a juggernaut
352297 | Zig:27   | Killed a juggernaut
352297 | Zig:27   | Killed a juggernaut
352297 | Zig:27   | Killed a juggernaut
352297 | Zig:27   | Killed a juggernaut
352297 | Zig:27   | Killed a juggernaut
352297 | Zig:27   | Killed a juggernaut
352297 | Zig:27   | Killed a juggernaut
352297 | Zig:27   | Noticed a juggernaut
352297 | Zig:27   | Noticed a juggernaut
352297 | Zig:27   | Noticed a juggernaut
352298 | Zig:27   | Noticed a juggernaut
352298 | Zig:27   | Noticed a juggernaut
352298 | Zig:27   | Noticed a juggernaut
352298 | Zig:27   | Noticed a juggernaut
352298 | Zig:27   | Noticed a juggernaut
352298 | Zig:27   | Noticed a juggernaut
352298 | Zig:27   | Noticed a juggernaut
352298 | Zig:27   | Noticed a juggernaut
352298 | Zig:27   | Noticed a juggernaut
352298 | Zig:27   | Noticed a juggernaut
352298 | Zig:27   | Noticed a juggernaut
352298 | Zig:27   | Noticed a juggernaut
352300 | Zig:27   | Killed a juggernaut
352300 | Zig:27   | Killed a juggernaut
352300 | Zig:27   | Killed a juggernaut
352300 | Zig:27   | Killed a juggernaut
352300 | Zig:27   | Killed a juggernaut
352300 | Zig:27   | Killed a juggernaut
352300 | Zig:27   | Killed a juggernaut
352300 | Zig:27   | Killed a juggernaut
352300 | Zig:27   | Killed a juggernaut
352300 | Zig:27   | Killed a juggernaut
352300 | Zig:27   | Killed a juggernaut
352300 | Zig:27   | Noticed a juggernaut
352300 | Zig:27   | Noticed a juggernaut
352300 | Zig:27   | Noticed a juggernaut
352301 | Zig:27   | Noticed a juggernaut
352301 | Zig:27   | Noticed a juggernaut
352301 | Zig:27   | Noticed a juggernaut
352302 | Zig:27   | Noticed a juggernaut
352302 | Zig:27   | Noticed a juggernaut
352302 | Zig:27   | Noticed a juggernaut
352302 | Zig:27   | Noticed a juggernaut
352303 | Zig:27   | Noticed a juggernaut
352303 | Zig:27   | Noticed a juggernaut
352303 | Zig:27   | Noticed a juggernaut
352303 | Zig:27   | Noticed a juggernaut
352303 | Zig:27   | Noticed a juggernaut
352304 | Zig:27   | Noticed a juggernaut
352304 | Zig:27   | Noticed a juggernaut
352304 | Zig:27   | Killed a juggernaut
352304 | Zig:27   | Killed a juggernaut
352304 | Zig:27   | Killed a juggernaut
352304 | Zig:27   | Killed a juggernaut
352304 | Zig:27   | Killed a juggernaut
352304 | Zig:27   | Killed a juggernaut
352304 | Zig:27   | Killed a juggernaut
352304 | Zig:27   | Killed a juggernaut
352304 | Zig:27   | Killed a juggernaut
352304 | Zig:27   | Killed a juggernaut
352304 | Zig:27   | Killed a juggernaut
352304 | Zig:27   | Killed a juggernaut
352304 | Zig:27   | Noticed a juggernaut
352305 | Zig:27   | Noticed a juggernaut
352305 | Zig:27   | Noticed a juggernaut
352305 | Zig:27   | Noticed a juggernaut
352305 | Zig:27   | Noticed a juggernaut
352305 | Zig:27   | Noticed a juggernaut
352305 | Zig:27   | Noticed a juggernaut
352305 | Zig:27   | Noticed a juggernaut
352305 | Zig:27   | Noticed a juggernaut
352306 | Zig:27   | Killed a juggernaut
352306 | Zig:27   | Killed a juggernaut
352306 | Zig:27   | Killed a juggernaut
352306 | Zig:27   | Killed a juggernaut
352306 | Zig:27   | Killed a juggernaut
352306 | Zig:27   | Killed a juggernaut
352306 | Zig:27   | Killed a juggernaut
352306 | Zig:27   | Killed a juggernaut
352306 | Zig:27   | Killed a juggernaut
352306 | Zig:27   | Killed a juggernaut
352306 | Zig:27   | Killed a juggernaut
352306 | Zig:27   | Killed a juggernaut
352306 | Zig:27   | Killed a juggernaut
352307 | Zig:27   | Killed a juggernaut
352307 | Zig:27   | Killed a juggernaut
352307 | Zig:27   | Killed a juggernaut
352307 | Zig:27   | Noticed a juggernaut
352307 | Zig:27   | Noticed a juggernaut
352307 | Zig:27   | Noticed a juggernaut
352309 | Zig:27   | Noticed a juggernaut
352310 | Zig:27   | Noticed a juggernaut
352310 | Zig:27   | Noticed a juggernaut
352310 | Zig:27   | Noticed a juggernaut
352311 | Zig:27   | Killed a juggernaut
352311 | Zig:27   | Killed a juggernaut
352311 | Zig:27   | Killed a juggernaut
352311 | Zig:27   | Killed a juggernaut
352311 | Zig:27   | Killed a juggernaut
352311 | Zig:27   | Killed a juggernaut
352311 | Zig:27   | Killed a juggernaut
352311 | Zig:27   | Killed a juggernaut
352312 | Zig:27   | Killed a juggernaut
352312 | Zig:27   | Noticed a juggernaut
352313 | Zig:27   | Noticed a juggernaut
352313 | Zig:27   | Noticed a juggernaut
352313 | Zig:27   | Noticed a juggernaut
352315 | Zig:27   | Noticed a juggernaut
352315 | Zig:27   | Noticed a juggernaut
352315 | Zig:27   | Noticed a juggernaut
352315 | Zig:27   | Noticed a juggernaut
352315 | Zig:27   | Noticed a juggernaut
352316 | Zig:27   | Noticed a juggernaut
352316 | Zig:27   | Noticed a juggernaut
352316 | Zig:27   | Noticed a juggernaut
352316 | Zig:27   | Killed a juggernaut
352316 | Zig:27   | Killed a juggernaut
352316 | Zig:27   | Killed a juggernaut
352317 | Zig:27   | Killed a juggernaut
352317 | Zig:27   | Killed a juggernaut
352317 | Zig:27   | Killed a juggernaut
352317 | Zig:27   | Killed a juggernaut
352317 | Zig:27   | Killed a juggernaut
352317 | Zig:27   | Killed a juggernaut
352317 | Zig:27   | Killed a juggernaut
352317 | Zig:27   | Killed a juggernaut
352317 | Zig:27   | Killed a juggernaut
352318 | Zig:27   | Noticed a juggernaut
352318 | Zig:27   | Killed a juggernaut
352318 | Zig:27   | Killed a juggernaut
352318 | Zig:27   | Killed a juggernaut
352319 | Zig:27   | Noticed a juggernaut
352319 | Zig:27   | Noticed a juggernaut
352319 | Zig:27   | Noticed a juggernaut
352319 | Zig:27   | Killed a juggernaut
352319 | Zig:27   | Killed a juggernaut
352319 | Zig:27   | Noticed a juggernaut
352319 | Zig:27   | Noticed a juggernaut
352320 | Zig:27   | Killed a juggernaut
352320 | Zig:27   | Killed a juggernaut
352320 | Zig:27   | Killed a juggernaut
352321 | Zig:27   | Noticed a juggernaut
352321 | Zig:27   | Noticed a juggernaut
352321 | Zig:27   | Noticed a juggernaut
352322 | Zig:27   | Noticed a juggernaut
352323 | Zig:27   | Killed a juggernaut
352323 | Zig:27   | Killed a juggernaut
352323 | Zig:27   | Killed a juggernaut
352323 | Zig:27   | Killed a juggernaut
352323 | Zig:27   | Killed a juggernaut
352323 | Zig:27   | Killed a juggernaut
352323 | Zig:27   | Noticed a juggernaut
352324 | Zig:27   | Noticed a juggernaut
352325 | Zig:27   | Noticed a juggernaut
352325 | Zig:27   | Noticed a juggernaut
352326 | Zig:27   | Noticed a juggernaut
352327 | Zig:27   | Killed a juggernaut
352327 | Zig:27   | Killed a juggernaut
352327 | Zig:27   | Killed a juggernaut
352327 | Zig:27   | Killed a juggernaut
352328 | Zig:27   | Noticed a juggernaut
352333 | Zig:27   | Noticed a juggernaut
352335 | Zig:27   | Killed a juggernaut
352337 | Zig:27   | Killed a juggernaut
352340 | Zig:27   | Killed a juggernaut
352340 | Zig:27   | Killed a juggernaut
352343 | Zig:27   | Killed a juggernaut
352500 | Zig:27   | Identified the staff of cold "Biywk" {rElec rF+ rC+ Str+2
                  | Dex-3}
352511 | Zig:27   | Identified the +12 long sword of Uskayaw, Shimmering
                  | {antimagic, rC+ Str+3 Dex+6}
352512 | Zig:27   | Identified the +5 dagger of Odiask {spect, Fly rCorr}
352513 | Zig:27   | Identified the staff of death "Feid" {rN+ Str+2 Dex+4}
352517 | Zig:27   | Identified the +2 morningstar of the Median {heavy, *Noise
                  | Str+3 Int+6 Dex+3}
352519 | Zig:27   | Identified the +2 scale mail "Titzetaa" {rF+ Dex+3}
352531 | Zig:27   | Identified the +9 quarterstaff of Uskoob {venom, rElec
                  | rPois rCorr}
352536 | Zig:27   | Identified the ring "Xenwez Lih" {rF+ rC- Str+6 Int+5}
352537 | Zig:27   | Identified the +4 rapier "Esoopruh" {pain, Will+++ Str-5
                  | Dex+8 Stlth+}
352541 | Zig:27   | Identified the +5 quarterstaff of Liuhocau {drain, *Noise
                  | rPois Dex+7}
352546 | Zig:27   | Identified the staff of air "Coqur" {Fly rElec rC+ SInv}
352562 | Zig:27   | Identified the staff of conjuration "Rexup" {rC++ Will-
                  | rCorr}
352575 | Zig:27   | Identified the +6 dagger of World's End {holy, Fragile MP+9
                  | Str+3 Int+4}
352616 | Zig:27   | Identified the staff of cold "Jogrys" {rC+ Int+3}
352630 | Zig:27   | Identified the +10 triple sword of Compulsion {speed, Drain
                  | rCorr Str+5}
352639 | Zig:27   | Identified the staff of conjuration "Quebreom" {Drain
                  | +Blink rPois rF+}
352650 | Zig:27   | Identified the +2 robe "Kavvilae" {rC- Dex+8}
352661 | Zig:27   | Identified the +8 arbalest of Piercing Extermination
                  | {penet, Fly Int+3}
352679 | Zig:27   | Identified the ring "Heruob" {Dex+6 Stlth+}
353419 | Zig:1    | Entered Level 1 of a ziggurat
353434 | Zig:2    | Entered Level 2 of a ziggurat
353554 | Zig:2    | Identified the ring of Activism {rN+ Int+3}
353570 | Zig:3    | Entered Level 3 of a ziggurat
353596 | Zig:4    | Entered Level 4 of a ziggurat
353700 | Zig:4    | Identified the +10 sling of Victory {drain, *Slow rElec
                  | rPois rF++}
353821 | Zig:5    | Entered Level 5 of a ziggurat
353843 | Zig:6    | Entered Level 6 of a ziggurat
353843 | Zig:6    | Noticed a juggernaut
353843 | Zig:6    | Noticed a juggernaut
353843 | Zig:6    | Noticed a juggernaut
353844 | Zig:6    | Killed a juggernaut
353844 | Zig:6    | Killed a juggernaut
353844 | Zig:6    | Killed a juggernaut
353847 | Zig:6    | Noticed a juggernaut
353847 | Zig:6    | Noticed a juggernaut
353848 | Zig:6    | Noticed a juggernaut
353851 | Zig:6    | Killed a juggernaut
353852 | Zig:6    | Killed a juggernaut
353853 | Zig:6    | Noticed a juggernaut
353853 | Zig:6    | Killed a juggernaut
353861 | Zig:6    | Killed a juggernaut
353862 | Zig:6    | Identified the +2 falchion of Midnight {venom, rF+ rN+
                  | Stlth+}
353870 | Zig:7    | Entered Level 7 of a ziggurat
353879 | Zig:7    | Noticed an ancient lich
353881 | Zig:7    | Killed an ancient lich
353964 | Zig:7    | Identified the +7 lajatang of Triumph {spect, rCorr Dex+2}
353970 | Zig:7    | Identified the ring of Deucooha {rN+ Dex+3}
353972 | Zig:7    | Identified the +3 mace of Conscience {heavy, Int+3}
353999 | Zig:7    | Identified the +0 scale mail of the Cricket {rC+}
354158 | Zig:8    | Entered Level 8 of a ziggurat
354329 | Zig:8    | Identified the +2 helmet "Amacenaix" {Harm rN+ Slay-2}
354377 | Zig:8    | Identified the +6 shortbow of Welfare {flame, Dex+2}
354389 | Zig:9    | Entered Level 9 of a ziggurat
354422 | Zig:10   | Entered Level 10 of a ziggurat
354437 | Zig:10   | Identified the staff of air "Odghat" {rElec rN++ Dex-2
                  | SInv}
354557 | Zig:10   | Identified the staff of earth "Lihutege" {*Slow Int+3 SInv}
354558 | Zig:10   | Identified the +1 plate armour of the New World {Harm}
354562 | Zig:10   | Identified the +9 dagger "Jaesos" {heavy, rF- rC+ Dex+3}
354737 | Zig:10   | Identified the amulet "Kimubel" {Faith Harm rN++}
354743 | Zig:10   | Identified the staff of fire "Gew Eheb" {Fly rF+ rC+ rCorr}
354761 | Zig:10   | Identified the +4 morningstar of the Lumpy Knives {drain,
                  | MP+9 Str+3}
354776 | Zig:10   | Identified the +2 scale mail of the Marlin {Rampage
                  | *Corrode Stlth+}
354816 | Zig:11   | Entered Level 11 of a ziggurat
354816 | Zig:11   | Noticed a juggernaut
354816 | Zig:11   | Noticed a juggernaut
354816 | Zig:11   | Noticed a juggernaut
354816 | Zig:11   | Noticed a juggernaut
354816 | Zig:11   | Noticed a juggernaut
354816 | Zig:11   | Noticed a juggernaut
354816 | Zig:11   | Noticed a juggernaut
354816 | Zig:11   | Noticed a juggernaut
354816 | Zig:11   | Noticed a juggernaut
354816 | Zig:11   | Noticed a juggernaut
354816 | Zig:11   | Noticed a juggernaut
354816 | Zig:11   | Noticed a juggernaut
354816 | Zig:11   | Noticed a juggernaut
354816 | Zig:11   | Noticed a juggernaut
354816 | Zig:11   | Noticed a juggernaut
354816 | Zig:11   | Noticed a juggernaut
354816 | Zig:11   | Noticed a juggernaut
354816 | Zig:11   | Noticed a juggernaut
354816 | Zig:11   | Noticed a juggernaut
354817 | Zig:11   | Killed a juggernaut
354817 | Zig:11   | Noticed a juggernaut
354818 | Zig:11   | Killed a juggernaut
354818 | Zig:11   | Killed a juggernaut
354818 | Zig:11   | Killed a juggernaut
354818 | Zig:11   | Killed a juggernaut
354818 | Zig:11   | Killed a juggernaut
354818 | Zig:11   | Killed a juggernaut
354818 | Zig:11   | Killed a juggernaut
354818 | Zig:11   | Killed a juggernaut
354818 | Zig:11   | Killed a juggernaut
354818 | Zig:11   | Killed a juggernaut
354818 | Zig:11   | Killed a juggernaut
354818 | Zig:11   | Killed a juggernaut
354818 | Zig:11   | Killed a juggernaut
354818 | Zig:11   | Killed a juggernaut
354818 | Zig:11   | Killed a juggernaut
354818 | Zig:11   | Noticed a juggernaut
354818 | Zig:11   | Noticed a juggernaut
354818 | Zig:11   | Noticed a juggernaut
354818 | Zig:11   | Noticed a juggernaut
354818 | Zig:11   | Noticed a juggernaut
354819 | Zig:11   | Killed a juggernaut
354819 | Zig:11   | Killed a juggernaut
354819 | Zig:11   | Killed a juggernaut
354819 | Zig:11   | Killed a juggernaut
354819 | Zig:11   | Noticed a juggernaut
354821 | Zig:11   | Noticed a juggernaut
354821 | Zig:11   | Noticed a juggernaut
354822 | Zig:11   | Killed a juggernaut
354822 | Zig:11   | Killed a juggernaut
354822 | Zig:11   | Killed a juggernaut
354822 | Zig:11   | Killed a juggernaut
354822 | Zig:11   | Killed a juggernaut
354822 | Zig:11   | Killed a juggernaut
354822 | Zig:11   | Noticed a juggernaut
354823 | Zig:11   | Noticed a juggernaut
354823 | Zig:11   | Killed a juggernaut
354824 | Zig:11   | Killed a juggernaut
354825 | Zig:11   | Killed a juggernaut
354826 | Zig:11   | Noticed a juggernaut
354827 | Zig:11   | Noticed a juggernaut
354828 | Zig:11   | Killed a juggernaut
354829 | Zig:11   | Killed a juggernaut
354832 | Zig:11   | Killed a juggernaut
354998 | Zig:11   | Identified the +5 war axe "Sokhloaff" {spect, Int+2}
355000 | Zig:11   | Identified the +7 demon whip "Yqurcheu" {freeze, rC++ Str+4
                  | SInv}
355006 | Zig:11   | Identified the ring of Sempiem {rF+ rC++}
355008 | Zig:11   | Identified the +1 longbow of Dawn {heavy, rC+ rN+ Will+
                  | Dex-4}
355262 | Zig:12   | Entered Level 12 of a ziggurat
355262 | Zig:12   | Noticed Beefytei the pandemonium lord
355262 | Zig:12   | Noticed Voukocay the pandemonium lord
355262 | Zig:12   | Noticed Laegiegh the pandemonium lord
355262 | Zig:12   | Noticed Loworoudyz the pandemonium lord
355262 | Zig:12   | Noticed Oreblaed the pandemonium lord
355262 | Zig:12   | Noticed Ystryumais the pandemonium lord
355262 | Zig:12   | Noticed Ciorios the pandemonium lord
355262 | Zig:12   | Noticed Ixoizit the pandemonium lord
355262 | Zig:12   | Noticed Kiajux the pandemonium lord
355262 | Zig:12   | Noticed Wuihut the pandemonium lord
355262 | Zig:12   | Noticed Nufaoreet the pandemonium lord
355262 | Zig:12   | Noticed Ykhunadd the pandemonium lord
355262 | Zig:12   | Noticed Kodutref the pandemonium lord
355262 | Zig:12   | Noticed Izethreodi the pandemonium lord
355262 | Zig:12   | Noticed Mupn the pandemonium lord
355262 | Zig:12   | Noticed Laill the pandemonium lord
355262 | Zig:12   | Noticed Uduuqef the pandemonium lord
355262 | Zig:12   | Noticed Ostys the pandemonium lord
355262 | Zig:12   | Noticed Ohojak the pandemonium lord
355262 | Zig:12   | Noticed Feytih the pandemonium lord
355262 | Zig:12   | Noticed Ygoon the pandemonium lord
355262 | Zig:12   | Noticed Fymier the pandemonium lord
355262 | Zig:12   | Noticed Baqikaut the pandemonium lord
355262 | Zig:12   | Noticed Vutrenob the pandemonium lord
355262 | Zig:12   | Noticed Tuenlus the pandemonium lord
355263 | Zig:12   | Killed Voukocay the pandemonium lord
355263 | Zig:12   | Killed Wuihut the pandemonium lord
355263 | Zig:12   | Killed Kiajux the pandemonium lord
355263 | Zig:12   | Killed Izethreodi the pandemonium lord
355263 | Zig:12   | Killed Mupn the pandemonium lord
355263 | Zig:12   | Killed Ostys the pandemonium lord
355263 | Zig:12   | Killed Ohojak the pandemonium lord
355264 | Zig:12   | Killed Uduuqef the pandemonium lord
355264 | Zig:12   | Killed Baqikaut the pandemonium lord
355264 | Zig:12   | Killed Kodutref the pandemonium lord
355264 | Zig:12   | Killed Nufaoreet the pandemonium lord
355264 | Zig:12   | Killed Laill the pandemonium lord
355264 | Zig:12   | Killed Ystryumais the pandemonium lord
355264 | Zig:12   | Killed Beefytei the pandemonium lord
355264 | Zig:12   | Killed Laegiegh the pandemonium lord
355264 | Zig:12   | Noticed Unnoos the pandemonium lord
355264 | Zig:12   | Noticed Peruivun the pandemonium lord
355264 | Zig:12   | Noticed Afaow the pandemonium lord
355264 | Zig:12   | Noticed Sosyfil the pandemonium lord
355265 | Zig:12   | Killed Fymier the pandemonium lord
355265 | Zig:12   | Killed Vutrenob the pandemonium lord
355265 | Zig:12   | Killed Feytih the pandemonium lord
355265 | Zig:12   | Killed Tuenlus the pandemonium lord
355265 | Zig:12   | Killed Ykhunadd the pandemonium lord
355265 | Zig:12   | Noticed Fuk Zuso the pandemonium lord
355265 | Zig:12   | Noticed Ryblol the pandemonium lord
355266 | Zig:12   | Noticed Veor the pandemonium lord
355266 | Zig:12   | Killed Ygoon the pandemonium lord
355266 | Zig:12   | Noticed Ufics the pandemonium lord
355266 | Zig:12   | Noticed Yrelemodul the pandemonium lord
355266 | Zig:12   | Noticed Miose the pandemonium lord
355267 | Zig:12   | Noticed Xidygh the pandemonium lord
355267 | Zig:12   | Noticed Linet the pandemonium lord
355268 | Zig:12   | Killed Loworoudyz the pandemonium lord
355268 | Zig:12   | Killed Miose the pandemonium lord
355268 | Zig:12   | Noticed Lubrehun the pandemonium lord
355269 | Zig:12   | Killed Unnoos the pandemonium lord
355269 | Zig:12   | Killed Afaow the pandemonium lord
355269 | Zig:12   | Killed Ixoizit the pandemonium lord
355269 | Zig:12   | Noticed Fech the pandemonium lord
355270 | Zig:12   | Noticed Itueblus the pandemonium lord
355270 | Zig:12   | Killed Fuk Zuso the pandemonium lord
355270 | Zig:12   | Killed Yrelemodul the pandemonium lord
355270 | Zig:12   | Killed Lubrehun the pandemonium lord
355270 | Zig:12   | Killed Ryblol the pandemonium lord
355270 | Zig:12   | Killed Fech the pandemonium lord
355270 | Zig:12   | Killed Linet the pandemonium lord
355270 | Zig:12   | Noticed Gysar the pandemonium lord
355271 | Zig:12   | Killed Ufics the pandemonium lord
355271 | Zig:12   | Killed Peruivun the pandemonium lord
355271 | Zig:12   | Noticed Iduomer the pandemonium lord
355272 | Zig:12   | Killed Ciorios the pandemonium lord
355272 | Zig:12   | Noticed Bagonudgh the pandemonium lord
355273 | Zig:12   | Killed Xidygh the pandemonium lord
355273 | Zig:12   | Killed Oreblaed the pandemonium lord
355273 | Zig:12   | Killed Sosyfil the pandemonium lord
355273 | Zig:12   | Killed Itueblus the pandemonium lord
355273 | Zig:12   | Noticed Wilecs the pandemonium lord
355275 | Zig:12   | Killed Gysar the pandemonium lord
355275 | Zig:12   | Noticed Agaatu the pandemonium lord
355276 | Zig:12   | Killed Iduomer the pandemonium lord
355276 | Zig:12   | Noticed Toko Led the pandemonium lord
355276 | Zig:12   | Noticed Jeon the pandemonium lord
355280 | Zig:12   | Noticed Jaijoff the pandemonium lord
355283 | Zig:12   | Noticed Opalog the pandemonium lord
355284 | Zig:12   | Killed Wilecs the pandemonium lord
355284 | Zig:12   | Killed Jaijoff the pandemonium lord
355285 | Zig:12   | Killed Toko Led the pandemonium lord
355285 | Zig:12   | Noticed Ciwi the pandemonium lord
355285 | Zig:12   | Noticed Caaqor the pandemonium lord
355286 | Zig:12   | Killed Jeon the pandemonium lord
355286 | Zig:12   | Killed Veor the pandemonium lord
355286 | Zig:12   | Killed Ciwi the pandemonium lord
355286 | Zig:12   | Noticed Pulavip the pandemonium lord
355288 | Zig:12   | Killed Agaatu the pandemonium lord
355288 | Zig:12   | Noticed Narosm the pandemonium lord
355289 | Zig:12   | Killed Pulavip the pandemonium lord
355289 | Zig:12   | Noticed Cireecint the pandemonium lord
355290 | Zig:12   | Killed Caaqor the pandemonium lord
355290 | Zig:12   | Killed Opalog the pandemonium lord
355291 | Zig:12   | Killed Bagonudgh the pandemonium lord
355291 | Zig:12   | Killed Narosm the pandemonium lord
355291 | Zig:12   | Noticed Agoxt the pandemonium lord
355293 | Zig:12   | Noticed Watok the pandemonium lord
355294 | Zig:12   | Noticed Gofec the pandemonium lord
355294 | Zig:12   | Noticed Noinom the pandemonium lord
355295 | Zig:12   | Killed Cireecint the pandemonium lord
355295 | Zig:12   | Noticed Wemymygerch the pandemonium lord
355296 | Zig:12   | Killed Agoxt the pandemonium lord
355296 | Zig:12   | Killed Watok the pandemonium lord
355297 | Zig:12   | Killed Noinom the pandemonium lord
355297 | Zig:12   | Killed Gofec the pandemonium lord
355297 | Zig:12   | Noticed Okio the pandemonium lord
355297 | Zig:12   | Noticed Lubereomn the pandemonium lord
355301 | Zig:12   | Killed Okio the pandemonium lord
355301 | Zig:12   | Killed Wemymygerch the pandemonium lord
355304 | Zig:12   | Killed Lubereomn the pandemonium lord
355599 | Zig:12   | Identified the staff of air "Roihau" {Contam rElec Int+9
                  | Dex-2 SInv}
355611 | Zig:12   | Identified the +10 dagger of Undoing {freeze, Fly rPois}
355612 | Zig:12   | Identified the amulet "Neforet" {Reflect Regen+ SH+5
                  | Stlth+}
355628 | Zig:12   | Identified the +1 quarterstaff of the Solstice {flame,
                  | rC++}
355635 | Zig:12   | Identified the +3 halberd "Jetic" {freeze, rF+}
355640 | Zig:12   | Identified the staff of air "Hesuxuo" {rElec Int+3}
355702 | Zig:13   | Entered Level 13 of a ziggurat
355702 | Zig:13   | Noticed an ancient lich
355702 | Zig:13   | Noticed a dread lich
355702 | Zig:13   | Noticed an ancient lich
355702 | Zig:13   | Noticed an ancient lich
355702 | Zig:13   | Noticed an ancient lich
355702 | Zig:13   | Noticed a dread lich
355703 | Zig:13   | Killed an ancient lich
355704 | Zig:13   | Noticed an ancient lich
355704 | Zig:13   | Noticed an ancient lich
355705 | Zig:13   | Killed an ancient lich
355705 | Zig:13   | Killed an ancient lich
355705 | Zig:13   | Killed a dread lich
355705 | Zig:13   | Killed an ancient lich
355705 | Zig:13   | Killed an ancient lich
355705 | Zig:13   | Killed a dread lich
355705 | Zig:13   | Noticed an ancient lich
355705 | Zig:13   | Noticed an ancient lich
355710 | Zig:13   | Noticed a dread lich
355710 | Zig:13   | Noticed a dread lich
355710 | Zig:13   | Noticed a dread lich
355711 | Zig:13   | Noticed an ancient lich
355711 | Zig:13   | Killed an ancient lich
355711 | Zig:13   | Killed an ancient lich
355711 | Zig:13   | Killed a dread lich
355711 | Zig:13   | Killed an ancient lich
355712 | Zig:13   | Noticed a dread lich
355713 | Zig:13   | Noticed an ancient lich
355713 | Zig:13   | Killed an ancient lich
355713 | Zig:13   | Killed a dread lich
355714 | Zig:13   | Killed a dread lich
355714 | Zig:13   | Killed an ancient lich
355715 | Zig:13   | Killed a dread lich
355716 | Zig:13   | Noticed an ancient lich
355717 | Zig:13   | Killed an ancient lich
355718 | Zig:13   | Noticed a dread lich
355719 | Zig:13   | Noticed an ancient lich
355720 | Zig:13   | Noticed a dread lich
355722 | Zig:13   | Killed a dread lich
355723 | Zig:13   | Killed a dread lich
355723 | Zig:13   | Killed an ancient lich
355723 | Zig:13   | Noticed a dread lich
355725 | Zig:13   | Noticed an ancient lich
355729 | Zig:13   | Noticed an ancient lich
355731 | Zig:13   | Killed a dread lich
355734 | Zig:13   | Killed an ancient lich
355764 | Zig:13   | Killed an ancient lich
355934 | Zig:13   | Identified the +2 dagger "Uzxoc" {venom, rC+ Str+3 Stlth+}
356114 | Zig:13   | Identified the +0 chain mail of Gestures {*Slow Slay+5}
356115 | Zig:13   | Identified the staff of conjuration "Idanock" {rElec rC+
                  | Str-3}
356119 | Zig:13   | Identified the +3 war axe of the Middle {heavy, SInv}
356122 | Zig:13   | Identified the staff of air "Dudy" {rElec rC- Str+3 Dex+3}
356160 | Zig:14   | Entered Level 14 of a ziggurat
356184 | Zig:14   | Noticed Neckirpha the pandemonium lord
356190 | Zig:14   | Killed Neckirpha the pandemonium lord
356322 | Zig:14   | Identified the ring of Qixtol {Str+6 Dex+2}
356546 | Zig:14   | Identified the +5 ring mail of Nioz {rC+ rCorr Int+5
                  | Stlth-}
356548 | Zig:14   | Identified the +1 scimitar of the Other Side {flame,
                  | Stlth+}
356554 | Zig:14   | Identified the +7 morningstar of Context {speed, rF+ Int+3
                  | Stlth+}
356561 | Zig:14   | Identified the ring of Aklezxud {rF- Will+ Str+8 Int+4
                  | Dex+3}
356572 | Zig:14   | Identified the ring of Micalitu {Fly Dex+3}
356582 | Zig:14   | Identified the staff of death "Mocialal" {rF+ rN+}
356584 | Zig:14   | Identified the ring "Dasud" {rElec rC+++ rCorr Str-5 Dex+4}
356585 | Zig:14   | Identified the +1 shortbow "Nuoqemu" {freeze, rElec Will+
                  | MP+9 Dex-2}
356586 | Zig:14   | Identified the staff of cold "Xaruled" {rElec rF+ rC+}
356588 | Zig:14   | Identified the +4 plate armour of Plog {Int+4}
356592 | Zig:14   | Identified the +0 helmet "Cimott" {rPois Str+5}
356641 | Zig:15   | Entered Level 15 of a ziggurat
356760 | Zig:15   | Identified the +3 robe "Koitoap" {rC+ Dex+2}
356770 | Zig:15   | Identified the +6 spear of Ozaamnib {flame, Will+ rCorr}
356780 | Zig:15   | Identified the +4 arbalest "Hododgho" {speed, Dex+2}
356822 | Zig:15   | Identified the +4 battleaxe of the Gnashing Gods
                  | {antimagic, Str+2}
356896 | Zig:15   | Identified the +5 morningstar of Tenacity {distort, MP+9}
357072 | Zig:16   | Entered Level 16 of a ziggurat
357072 | Zig:16   | Noticed a juggernaut
357072 | Zig:16   | Noticed a juggernaut
357072 | Zig:16   | Noticed a juggernaut
357072 | Zig:16   | Noticed a juggernaut
357072 | Zig:16   | Noticed a juggernaut
357072 | Zig:16   | Noticed a juggernaut
357072 | Zig:16   | Noticed a juggernaut
357072 | Zig:16   | Noticed a juggernaut
357072 | Zig:16   | Noticed a juggernaut
357073 | Zig:16   | Killed a juggernaut
357073 | Zig:16   | Killed a juggernaut
357073 | Zig:16   | Killed a juggernaut
357073 | Zig:16   | Killed a juggernaut
357073 | Zig:16   | Killed a juggernaut
357073 | Zig:16   | Noticed a juggernaut
357075 | Zig:16   | Noticed a juggernaut
357075 | Zig:16   | Noticed a juggernaut
357075 | Zig:16   | Noticed a juggernaut
357075 | Zig:16   | Noticed a juggernaut
357076 | Zig:16   | Noticed a juggernaut
357077 | Zig:16   | Noticed a juggernaut
357078 | Zig:16   | Killed a juggernaut
357078 | Zig:16   | Killed a juggernaut
357079 | Zig:16   | Killed a juggernaut
357079 | Zig:16   | Killed a juggernaut
357079 | Zig:16   | Killed a juggernaut
357080 | Zig:16   | Killed a juggernaut
357081 | Zig:16   | Killed a juggernaut
357081 | Zig:16   | Killed a juggernaut
357082 | Zig:16   | Killed a juggernaut
357083 | Zig:16   | Killed a juggernaut
357084 | Zig:16   | Noticed a juggernaut
357088 | Zig:16   | Killed a juggernaut
357092 | Zig:16   | Killed a juggernaut
357451 | Zig:16   | Identified the amulet of Tempters {Spirit rElec SInv}
357477 | Zig:16   | Identified the staff of conjuration "Saekh" {rElec rPois
                  | rF+ Int+3}
357479 | Zig:16   | Identified the +0 robe of Hangman {rElec rPois Will- rCorr}
357484 | Zig:16   | Identified the staff of fire "Ciakh" {rPois rF+ rCorr
                  | Int+3}
357506 | Zig:17   | Entered Level 17 of a ziggurat
357508 | Zig:17   | Noticed a dread lich
357511 | Zig:17   | Killed a dread lich
357714 | Zig:17   | Identified the +2 flail "Himuic" {venom, rPois rF+ Will++
                  | MP-9}
357715 | Zig:17   | Identified the amulet of the Will of the Gods {Reflect rC+
                  | Will+ Int+3 SH+5}
357717 | Zig:17   | Identified the amulet of Ratebbem {Acrobat Str+5 Stlth+}
357727 | Zig:17   | Identified the +7 morningstar of Examaleq {pain, Int+4
                  | Dex+3}
357733 | Zig:17   | Identified the staff of air "Rent" {rElec rF+ Str+4 Stlth+}
357734 | Zig:17   | Identified the +5 scale mail "Zared" {Contam rC++ Dex+4}
357737 | Zig:17   | Identified the +6 sling "Jookan" {antimagic, Int+3 Dex+5}
357742 | Zig:17   | Identified the +1 morningstar of Abik {vamp, rF+}
357743 | Zig:17   | Identified the amulet of Pipiwato {RegenMP Str+10 Int-5
                  | SInv Stlth-}
357759 | Zig:17   | Identified the +11 rapier of Hyc Woikh {flame, rElec rPois
                  | MP+9 Int+2}
357763 | Zig:17   | Identified the +5 mace of Distraction {flame, MP+9 Dex+3}
358051 | Zig:17   | Identified the +10 trident of the Lurker {speed, rCorr
                  | Stlth+}
358065 | Zig:17   | Identified the ring of Scepticism {MP+9 Dex+5}
358066 | Zig:17   | Identified the +9 plate armour of the Disturbing Gods
                  | {+Blink rF+}
358069 | Zig:17   | Identified the +6 battleaxe "Boptydip" {protect, Str+3}
358070 | Zig:17   | Identified the +2 morningstar "Duemiun" {freeze, rPois rC+
                  | Str+5 Stlth-}
358073 | Zig:17   | Identified the +12 falchion "Beecuuta" {flame, rC+ rN+
                  | Str-5 Int+3}
358098 | Zig:18   | Entered Level 18 of a ziggurat
358098 | Zig:18   | Noticed an orb of fire
358098 | Zig:18   | Noticed an orb of fire
358098 | Zig:18   | Noticed an orb of fire
358098 | Zig:18   | Noticed an orb of fire
358098 | Zig:18   | Noticed an orb of fire
358098 | Zig:18   | Noticed an orb of fire
358098 | Zig:18   | Noticed an orb of fire
358098 | Zig:18   | Noticed an orb of fire
358098 | Zig:18   | Noticed an orb of fire
358098 | Zig:18   | Noticed an orb of fire
358098 | Zig:18   | Noticed an orb of fire
358098 | Zig:18   | Noticed an orb of fire
358098 | Zig:18   | Noticed an orb of fire
358098 | Zig:18   | Noticed an orb of fire
358098 | Zig:18   | Noticed an orb of fire
358098 | Zig:18   | Noticed an orb of fire
358098 | Zig:18   | Noticed an orb of fire
358098 | Zig:18   | Noticed an orb of fire
358098 | Zig:18   | Noticed an orb of fire
358098 | Zig:18   | Noticed an orb of fire
358098 | Zig:18   | Noticed an orb of fire
358100 | Zig:18   | Noticed an orb of fire
358100 | Zig:18   | Noticed an orb of fire
358100 | Zig:18   | Noticed an orb of fire
358100 | Zig:18   | Noticed an orb of fire
358101 | Zig:18   | Noticed an orb of fire
358101 | Zig:18   | Killed an orb of fire
358101 | Zig:18   | Killed an orb of fire
358101 | Zig:18   | Killed an orb of fire
358101 | Zig:18   | Killed an orb of fire
358101 | Zig:18   | Killed an orb of fire
358101 | Zig:18   | Killed an orb of fire
358101 | Zig:18   | Killed an orb of fire
358101 | Zig:18   | Noticed an orb of fire
358101 | Zig:18   | Noticed an orb of fire
358101 | Zig:18   | Noticed an orb of fire
358101 | Zig:18   | Noticed an orb of fire
358102 | Zig:18   | Noticed an orb of fire
358102 | Zig:18   | Noticed an orb of fire
358102 | Zig:18   | Killed an orb of fire
358102 | Zig:18   | Noticed an orb of fire
358102 | Zig:18   | Noticed an orb of fire
358102 | Zig:18   | Noticed an orb of fire
358103 | Zig:18   | Killed an orb of fire
358103 | Zig:18   | Killed an orb of fire
358103 | Zig:18   | Killed an orb of fire
358103 | Zig:18   | Killed an orb of fire
358103 | Zig:18   | Killed an orb of fire
358103 | Zig:18   | Killed an orb of fire
358103 | Zig:18   | Killed an orb of fire
358103 | Zig:18   | Noticed an orb of fire
358104 | Zig:18   | Killed an orb of fire
358104 | Zig:18   | Killed an orb of fire
358104 | Zig:18   | Killed an orb of fire
358104 | Zig:18   | Killed an orb of fire
358104 | Zig:18   | Killed an orb of fire
358104 | Zig:18   | Noticed an orb of fire
358105 | Zig:18   | Killed an orb of fire
358105 | Zig:18   | Killed an orb of fire
358105 | Zig:18   | Noticed an orb of fire
358105 | Zig:18   | Noticed an orb of fire
358105 | Zig:18   | Noticed an orb of fire
358106 | Zig:18   | Noticed an orb of fire
358107 | Zig:18   | Killed an orb of fire
358107 | Zig:18   | Killed an orb of fire
358107 | Zig:18   | Killed an orb of fire
358107 | Zig:18   | Killed an orb of fire
358107 | Zig:18   | Noticed an orb of fire
358108 | Zig:18   | Killed an orb of fire
358108 | Zig:18   | Killed an orb of fire
358108 | Zig:18   | Killed an orb of fire
358108 | Zig:18   | Killed an orb of fire
358108 | Zig:18   | Killed an orb of fire
358108 | Zig:18   | Noticed an orb of fire
358109 | Zig:18   | Killed an orb of fire
358109 | Zig:18   | Killed an orb of fire
358109 | Zig:18   | Killed an orb of fire
358109 | Zig:18   | Killed an orb of fire
358109 | Zig:18   | Killed an orb of fire
358109 | Zig:18   | Noticed an orb of fire
358109 | Zig:18   | Noticed an orb of fire
358109 | Zig:18   | Noticed an orb of fire
358109 | Zig:18   | Noticed an orb of fire
358110 | Zig:18   | Killed an orb of fire
358110 | Zig:18   | Killed an orb of fire
358110 | Zig:18   | Noticed an orb of fire
358110 | Zig:18   | Noticed an orb of fire
358110 | Zig:18   | Noticed an orb of fire
358111 | Zig:18   | Killed an orb of fire
358111 | Zig:18   | Killed an orb of fire
358111 | Zig:18   | Killed an orb of fire
358111 | Zig:18   | Noticed an orb of fire
358112 | Zig:18   | Killed an orb of fire
358112 | Zig:18   | Noticed an orb of fire
358112 | Zig:18   | Noticed an orb of fire
358112 | Zig:18   | Noticed an orb of fire
358112 | Zig:18   | Noticed an orb of fire
358117 | Zig:18   | Killed an orb of fire
358117 | Zig:18   | Killed an orb of fire
358117 | Zig:18   | Killed an orb of fire
358118 | Zig:18   | Killed an orb of fire
358118 | Zig:18   | Killed an orb of fire
358119 | Zig:18   | Killed an orb of fire
358119 | Zig:18   | Killed an orb of fire
358119 | Zig:18   | Killed an orb of fire
358121 | Zig:18   | Killed an orb of fire
358122 | Zig:18   | Killed an orb of fire
358122 | Zig:18   | Killed an orb of fire
358126 | Zig:18   | Killed an orb of fire
358127 | Zig:18   | Killed an orb of fire
358130 | Zig:18   | Noticed an orb of fire
358132 | Zig:18   | Noticed an orb of fire
358136 | Zig:18   | Noticed an orb of fire
358136 | Zig:18   | Noticed an orb of fire
358136 | Zig:18   | Noticed an orb of fire
358141 | Zig:18   | Noticed an orb of fire
358142 | Zig:18   | Killed an orb of fire
358142 | Zig:18   | Noticed an orb of fire
358142 | Zig:18   | Noticed an orb of fire
358143 | Zig:18   | Noticed an orb of fire
358143 | Zig:18   | Noticed an orb of fire
358143 | Zig:18   | Killed an orb of fire
358143 | Zig:18   | Noticed an orb of fire
358144 | Zig:18   | Killed an orb of fire
358144 | Zig:18   | Killed an orb of fire
358144 | Zig:18   | Noticed an orb of fire
358144 | Zig:18   | Noticed an orb of fire
358145 | Zig:18   | Noticed an orb of fire
358145 | Zig:18   | Killed an orb of fire
358145 | Zig:18   | Killed an orb of fire
358145 | Zig:18   | Killed an orb of fire
358145 | Zig:18   | Noticed an orb of fire
358145 | Zig:18   | Noticed an orb of fire
358146 | Zig:18   | Killed an orb of fire
358146 | Zig:18   | Killed an orb of fire
358146 | Zig:18   | Killed an orb of fire
358146 | Zig:18   | Noticed an orb of fire
358146 | Zig:18   | Noticed an orb of fire
358148 | Zig:18   | Killed an orb of fire
358153 | Zig:18   | Killed an orb of fire
358153 | Zig:18   | Killed an orb of fire
358153 | Zig:18   | Killed an orb of fire
358153 | Zig:18   | Killed an orb of fire
358153 | Zig:18   | Noticed an orb of fire
358154 | Zig:18   | Killed an orb of fire
358154 | Zig:18   | Killed an orb of fire
358154 | Zig:18   | Killed an orb of fire
358156 | Zig:18   | Noticed an orb of fire
358157 | Zig:18   | Killed an orb of fire
358157 | Zig:18   | Noticed an orb of fire
358161 | Zig:18   | Killed an orb of fire
358163 | Zig:18   | Killed an orb of fire
358515 | Zig:18   | Identified the staff of earth "Seul" {rC+ Str+3}
358517 | Zig:18   | Identified the staff of conjuration "Hiberod" {Drain Dex+5}
358522 | Zig:18   | Identified the -1 pair of boots "Vuotaux" {Int+2}
358543 | Zig:18   | Identified the ring of Moodiness {Wiz rC- Dex+3 Slay+5}
358544 | Zig:18   | Identified the ring of Exebetocs {rPois rC+ EV+5 Str+3}
358550 | Zig:18   | Identified the +3 morningstar "Lomn" {freeze, rElec rF+}
358554 | Zig:18   | Identified the amulet of Moderation {Acrobat rC++ Int+3
                  | Dex-2}
358563 | Zig:18   | Identified the +4 war axe of Infinite Pain {drain, Will+
                  | MP+9 Str-3}
358566 | Zig:18   | Identified the +7 morningstar "Baipoz" {speed, Contam *Slow
                  | +Blink Str+8}
358586 | Zig:18   | Identified the +7 shortbow of the Final Nightingales
                  | {flame, rC+ rN+ Will+ Str+2}
358588 | Zig:18   | Identified the +3 buckler "Uval" {rF+ rN+ Will+}
358590 | Zig:18   | Identified the ring "Surigae" {Dex+6 Stlth+}
358602 | Zig:18   | Identified the +3 shortbow "Binoaxti" {freeze, Str+3}
358662 | Zig:19   | Entered Level 19 of a ziggurat
358662 | Zig:19   | Noticed a juggernaut
358662 | Zig:19   | Noticed a juggernaut
358662 | Zig:19   | Noticed a juggernaut
358662 | Zig:19   | Noticed a juggernaut
358662 | Zig:19   | Noticed a juggernaut
358662 | Zig:19   | Noticed a juggernaut
358662 | Zig:19   | Noticed a juggernaut
358663 | Zig:19   | Killed a juggernaut
358663 | Zig:19   | Killed a juggernaut
358663 | Zig:19   | Killed a juggernaut
358663 | Zig:19   | Killed a juggernaut
358663 | Zig:19   | Killed a juggernaut
358663 | Zig:19   | Noticed a juggernaut
358667 | Zig:19   | Noticed a juggernaut
358668 | Zig:19   | Killed a juggernaut
358669 | Zig:19   | Noticed a juggernaut
358669 | Zig:19   | Noticed a juggernaut
358669 | Zig:19   | Noticed a juggernaut
358669 | Zig:19   | Noticed a juggernaut
358669 | Zig:19   | Noticed a juggernaut
358669 | Zig:19   | Noticed a juggernaut
358671 | Zig:19   | Noticed a juggernaut
358671 | Zig:19   | Killed a juggernaut
358671 | Zig:19   | Killed a juggernaut
358671 | Zig:19   | Killed a juggernaut
358671 | Zig:19   | Killed a juggernaut
358671 | Zig:19   | Killed a juggernaut
358671 | Zig:19   | Noticed a juggernaut
358672 | Zig:19   | Killed a juggernaut
358672 | Zig:19   | Killed a juggernaut
358672 | Zig:19   | Killed a juggernaut
358675 | Zig:19   | Killed a juggernaut
358675 | Zig:19   | Killed a juggernaut
358676 | Zig:19   | Noticed a juggernaut
358677 | Zig:19   | Noticed a juggernaut
358677 | Zig:19   | Noticed a juggernaut
358678 | Zig:19   | Killed a juggernaut
358678 | Zig:19   | Killed a juggernaut
358686 | Zig:19   | Identified the +0 robe "Ynuol" {Drain rN++ Dex+2}
358691 | Zig:19   | Killed a juggernaut
358693 | Zig:19   | Killed a juggernaut
358761 | Zig:19   | Identified the staff of cold "Veudgh" {rC+ Will- Str+4
                  | Dex+4}
358813 | Zig:19   | Identified the amulet of Loatime {Spirit rElec}
358815 | Zig:19   | Identified the staff of earth "Iddif" {rElec rC+ Str+2}
358817 | Zig:19   | Identified the +9 sling of Defiance {elec, rPois Str+4
                  | Int+2 Dex-5}
358828 | Zig:19   | Identified the +0 scale mail "Anirof" {rN++ Str+6 Int+3
                  | Stlth-}
358830 | Zig:19   | Identified the ring "Pineeshadem" {+Blink rF+ Int+2 Stlth+}
358872 | Zig:19   | Identified the staff of cold "Vodozxuo" {rElec rPois rF+
                  | rC+ Int-4}
359169 | Zig:19   | Identified the +8 morningstar "Joixew" {drain, rN+ Str+4
                  | Int-5}
359186 | Zig:20   | Entered Level 20 of a ziggurat
359191 | Zig:20   | Paralysed by an air elemental for 1 turns
359202 | Zig:20   | Paralysed by an air elemental for 1 turns
359220 | Zig:20   | Identified the +5 chain mail of Limited Liability {Will+
                  | Str+3 Dex+7 Slay-3}
359322 | Zig:20   | Identified the staff of fire "Jeushaowad" {rPois rF+}
359324 | Zig:20   | Identified the +6 lajatang "Ohajaep" {heavy, Str+8}
359640 | Zig:20   | Identified the +3 chain mail of Suacliy {rC+ Int-4 Stlth+}
359724 | Zig:20   | Identified the staff of air "Ovuenaed" {rElec rF++ Int+2
                  | Dex-5}
359727 | Zig:20   | Identified the +10 sling of Painful Death {antimagic,
                  | Int+5}
359741 | Zig:20   | Identified the staff of poison "Dikhlas" {rPois rN+ Int+3
                  | Stlth+}
359747 | Zig:20   | Identified the staff of air "Zaloyfunk" {rElec Str+2}
359756 | Zig:20   | Identified the +4 war axe "Juqi" {freeze, rC+ Will- Str+4}
359782 | Zig:20   | Identified the +1 halberd "Raliusoa" {freeze, rElec rC+}
359788 | Zig:20   | Identified the +1 leather armour of the Armadillo {*Slow
                  | Str+2 Slay+3}
359790 | Zig:20   | Identified the +3 morningstar of Gozag's Hope {freeze,
                  | Will+ Str-2 Dex+7 SInv}
359791 | Zig:20   | Identified the +5 hand axe of Blood-Lust {protect, Str+5
                  | Int+2}
359794 | Zig:20   | Identified the +0 morningstar "Beast's Death Toll" {flame,
                  | Dex+2}
359795 | Zig:20   | Identified the +0 scale mail of Indemnity {Rampage Regen+
                  | Int-5 Dex+2}
359803 | Zig:20   | Identified the staff of conjuration "Ixukag" {rF+}
359812 | Zig:20   | Identified the ring "Okkan" {Wiz rC+ rN+}
359868 | Zig:21   | Entered Level 21 of a ziggurat
360048 | Zig:21   | Identified the +8 dagger of Prescription {drain, rElec rC+
                  | rN+}
360054 | Zig:21   | Identified the ring "Dauppil" {Fly rN+ MP+9}
360061 | Zig:21   | Identified the ring "Liuhitt" {rPois Str+3 Dex+6}
360076 | Zig:21   | Identified the +7 mace "Noshao" {pain, rN+ Stlth+}
360083 | Zig:21   | Identified the +5 rapier "Hidog" {heavy, rC++ Dex+3}
360090 | Zig:21   | Identified the +10 falchion "Metol" {spect, Fly rPois Str+2
                  | Dex-4}
360117 | Zig:21   | Identified the +2 trident "Uptax" {heavy, rF+ Dex+3}
360123 | Zig:21   | Identified the ring of Ruobiczu {rElec rPois Int+3}
360127 | Zig:21   | Identified the +4 trident "Beastslayer" {vamp, Str-3 Int+3
                  | Dex+2}
360137 | Zig:21   | Identified the +3 quarterstaff "Sono Nul" {pain, *Rage
                  | rElec rC+++ SInv}
360143 | Zig:21   | Identified the ring "Hoah" {rF+ rC+ Str+6 Slay-5 Stlth+}
360149 | Zig:21   | Identified the +8 long sword of Guile {elec, rPois rN+
                  | MP+9}
360224 | Zig:21   | Identified the +0 chain mail of Cumeirhi {Regen+ Dex+8}
360230 | Zig:21   | Identified the +3 steam dragon scales of Voimen {*Corrode
                  | rElec Int+3}
360233 | Zig:21   | Identified the +9 flail of Winter {freeze, Fragile rElec
                  | Will+ Str+4}
360606 | Zig:21   | Identified the staff of fire "Nycoonax" {rF+ Will++ Int+3
                  | Dex+3}
360608 | Zig:21   | Identified the staff of death "Comoum" {rN+ rCorr}
360609 | Zig:21   | Identified the ring "Acerunov" {rN+ Str+6 Dex+2}
360614 | Zig:21   | Identified the ring of Piuthraci {Ice rElec rPois Str+2
                  | Slay+2}
360623 | Zig:22   | Entered Level 22 of a ziggurat
361316 | Zig:22   | Identified the ring of Qautikh {rF+ MP+9 Str-2 Int+3 SInv}
361400 | Zig:23   | Entered Level 23 of a ziggurat
361400 | Zig:23   | Noticed a juggernaut
361400 | Zig:23   | Noticed a juggernaut
361400 | Zig:23   | Noticed a juggernaut
361400 | Zig:23   | Noticed a juggernaut
361400 | Zig:23   | Noticed a juggernaut
361400 | Zig:23   | Noticed a juggernaut
361400 | Zig:23   | Noticed a juggernaut
361400 | Zig:23   | Noticed a juggernaut
361400 | Zig:23   | Noticed a juggernaut
361400 | Zig:23   | Noticed a juggernaut
361400 | Zig:23   | Noticed a juggernaut
361400 | Zig:23   | Noticed a juggernaut
361400 | Zig:23   | Noticed a juggernaut
361400 | Zig:23   | Noticed a juggernaut
361400 | Zig:23   | Noticed a juggernaut
361400 | Zig:23   | Noticed a juggernaut
361400 | Zig:23   | Noticed a juggernaut
361401 | Zig:23   | Killed a juggernaut
361401 | Zig:23   | Killed a juggernaut
361401 | Zig:23   | Killed a juggernaut
361401 | Zig:23   | Killed a juggernaut
361401 | Zig:23   | Killed a juggernaut
361401 | Zig:23   | Killed a juggernaut
361401 | Zig:23   | Killed a juggernaut
361401 | Zig:23   | Killed a juggernaut
361401 | Zig:23   | Killed a juggernaut
361401 | Zig:23   | Killed a juggernaut
361401 | Zig:23   | Killed a juggernaut
361401 | Zig:23   | Killed a juggernaut
361402 | Zig:23   | Noticed a juggernaut
361404 | Zig:23   | Noticed a juggernaut
361404 | Zig:23   | Noticed a juggernaut
361404 | Zig:23   | Noticed a juggernaut
361404 | Zig:23   | Killed a juggernaut
361404 | Zig:23   | Killed a juggernaut
361405 | Zig:23   | Noticed a juggernaut
361405 | Zig:23   | Noticed a juggernaut
361405 | Zig:23   | Noticed a juggernaut
361406 | Zig:23   | Noticed a juggernaut
361406 | Zig:23   | Noticed a juggernaut
361406 | Zig:23   | Noticed a juggernaut
361406 | Zig:23   | Killed a juggernaut
361407 | Zig:23   | Killed a juggernaut
361407 | Zig:23   | Killed a juggernaut
361407 | Zig:23   | Noticed a juggernaut
361408 | Zig:23   | Killed a juggernaut
361408 | Zig:23   | Killed a juggernaut
361408 | Zig:23   | Killed a juggernaut
361408 | Zig:23   | Noticed a juggernaut
361408 | Zig:23   | Noticed a juggernaut
361408 | Zig:23   | Noticed a juggernaut
361409 | Zig:23   | Noticed a juggernaut
361409 | Zig:23   | Noticed a juggernaut
361409 | Zig:23   | Noticed a juggernaut
361409 | Zig:23   | Noticed a juggernaut
361409 | Zig:23   | Noticed a juggernaut
361409 | Zig:23   | Killed a juggernaut
361409 | Zig:23   | Killed a juggernaut
361409 | Zig:23   | Killed a juggernaut
361409 | Zig:23   | Noticed a juggernaut
361410 | Zig:23   | Noticed a juggernaut
361410 | Zig:23   | Noticed a juggernaut
361410 | Zig:23   | Killed a juggernaut
361411 | Zig:23   | Killed a juggernaut
361411 | Zig:23   | Killed a juggernaut
361411 | Zig:23   | Killed a juggernaut
361411 | Zig:23   | Killed a juggernaut
361411 | Zig:23   | Killed a juggernaut
361411 | Zig:23   | Killed a juggernaut
361411 | Zig:23   | Killed a juggernaut
361411 | Zig:23   | Killed a juggernaut
361411 | Zig:23   | Killed a juggernaut
361411 | Zig:23   | Killed a juggernaut
361412 | Zig:23   | Noticed a juggernaut
361412 | Zig:23   | Noticed a juggernaut
361412 | Zig:23   | Noticed a juggernaut
361412 | Zig:23   | Noticed a juggernaut
361413 | Zig:23   | Noticed a juggernaut
361413 | Zig:23   | Noticed a juggernaut
361413 | Zig:23   | Noticed a juggernaut
361413 | Zig:23   | Noticed a juggernaut
361413 | Zig:23   | Noticed a juggernaut
361413 | Zig:23   | Noticed a juggernaut
361415 | Zig:23   | Killed a juggernaut
361415 | Zig:23   | Killed a juggernaut
361415 | Zig:23   | Killed a juggernaut
361415 | Zig:23   | Killed a juggernaut
361415 | Zig:23   | Killed a juggernaut
361415 | Zig:23   | Killed a juggernaut
361415 | Zig:23   | Killed a juggernaut
361415 | Zig:23   | Killed a juggernaut
361416 | Zig:23   | Killed a juggernaut
361416 | Zig:23   | Killed a juggernaut
361416 | Zig:23   | Killed a juggernaut
361416 | Zig:23   | Killed a juggernaut
361416 | Zig:23   | Killed a juggernaut
361416 | Zig:23   | Killed a juggernaut
361416 | Zig:23   | Killed a juggernaut
361416 | Zig:23   | Noticed a juggernaut
361416 | Zig:23   | Noticed a juggernaut
361417 | Zig:23   | Noticed a juggernaut
361418 | Zig:23   | Noticed a juggernaut
361418 | Zig:23   | Noticed a juggernaut
361419 | Zig:23   | Killed a juggernaut
361419 | Zig:23   | Noticed a juggernaut
361419 | Zig:23   | Noticed a juggernaut
361419 | Zig:23   | Noticed a juggernaut
361420 | Zig:23   | Killed a juggernaut
361420 | Zig:23   | Killed a juggernaut
361420 | Zig:23   | Killed a juggernaut
361420 | Zig:23   | Noticed a juggernaut
361424 | Zig:23   | Killed a juggernaut
361424 | Zig:23   | Killed a juggernaut
361424 | Zig:23   | Killed a juggernaut
361425 | Zig:23   | Killed a juggernaut
361425 | Zig:23   | Killed a juggernaut
361432 | Zig:23   | Identified the +7 scimitar "Buires" {flame, Dex+4}
361614 | Zig:23   | Identified the +0 plate armour of Complete Protection {+Inv
                  | rC++}
361644 | Zig:23   | Identified the +5 dagger "Hellblazer" {speed, rCorr Int+3
                  | Dex+3}
361646 | Zig:23   | Identified the +4 glaive of the Goat {elec, *Corrode rC+
                  | Int+2 Dex+2}
361647 | Zig:23   | Identified the staff of conjuration "Tyra" {Int+7}
361670 | Zig:23   | Identified the +5 halberd of the Enchanted Forest {flame,
                  | Will+ SInv}
361674 | Zig:23   | Identified the staff of conjuration "Efoss" {rN+++ Will+
                  | MP-9}
361682 | Zig:23   | Identified the +1 morningstar "Fyazxeadgh" {flame, Dex+4
                  | SInv}
361706 | Zig:23   | Identified the +4 morningstar "Nidunwomm" {holy, rPois rF-
                  | rC- Will+++ rCorr}
361714 | Zig:23   | Identified the +2 robe of Scuffed the Good {rElec Will-
                  | rCorr Str+9}
361723 | Zig:23   | Identified the +9 triple crossbow of Subjectivity {heavy,
                  | Will- Str+5}
361730 | Zig:23   | Identified the +0 chain mail "Nuag" {Int+5}
361779 | Zig:23   | Identified the +7 battleaxe of Faiwic {freeze, rPois SInv}
361830 | Zig:23   | Identified the +0 falchion of the Middle {pain, rElec}
361842 | Zig:23   | Identified the +5 glaive "Saoh" {spect, Int+3}
362174 | Zig:24   | Entered Level 24 of a ziggurat
362174 | Zig:24   | Noticed a royal mummy
362174 | Zig:24   | Noticed a royal mummy
362174 | Zig:24   | Noticed a royal mummy
362174 | Zig:24   | Noticed a royal mummy
362174 | Zig:24   | Noticed a royal mummy
362174 | Zig:24   | Noticed a royal mummy
362174 | Zig:24   | Noticed a royal mummy
362174 | Zig:24   | Noticed a royal mummy
362174 | Zig:24   | Noticed a royal mummy
362174 | Zig:24   | Noticed a royal mummy
362174 | Zig:24   | Noticed a royal mummy
362174 | Zig:24   | Noticed a royal mummy
362175 | Zig:24   | Killed a royal mummy
362175 | Zig:24   | Killed a royal mummy
362175 | Zig:24   | Killed a royal mummy
362175 | Zig:24   | Killed a royal mummy
362175 | Zig:24   | Killed a royal mummy
362175 | Zig:24   | Killed a royal mummy
362175 | Zig:24   | Killed a royal mummy
362175 | Zig:24   | Killed a royal mummy
362176 | Zig:24   | Killed a royal mummy
362177 | Zig:24   | Noticed a royal mummy
362177 | Zig:24   | Noticed a royal mummy
362177 | Zig:24   | Killed a royal mummy
362177 | Zig:24   | Noticed a royal mummy
362178 | Zig:24   | Killed a royal mummy
362178 | Zig:24   | Noticed a royal mummy
362178 | Zig:24   | Noticed a royal mummy
362179 | Zig:24   | Noticed a royal mummy
362179 | Zig:24   | Noticed a royal mummy
362179 | Zig:24   | Noticed a royal mummy
362179 | Zig:24   | Noticed a royal mummy
362180 | Zig:24   | Killed a royal mummy
362180 | Zig:24   | Killed a royal mummy
362180 | Zig:24   | Killed a royal mummy
362180 | Zig:24   | Killed a royal mummy
362180 | Zig:24   | Killed a royal mummy
362180 | Zig:24   | Killed a royal mummy
362180 | Zig:24   | Killed a royal mummy
362180 | Zig:24   | Noticed a royal mummy
362180 | Zig:24   | Noticed a royal mummy
362180 | Zig:24   | Noticed a royal mummy
362181 | Zig:24   | Noticed a royal mummy
362181 | Zig:24   | Noticed a royal mummy
362181 | Zig:24   | Noticed a royal mummy
362183 | Zig:24   | Noticed a royal mummy
362184 | Zig:24   | Noticed a royal mummy
362184 | Zig:24   | Noticed a royal mummy
362184 | Zig:24   | Noticed a royal mummy
362185 | Zig:24   | Killed a royal mummy
362185 | Zig:24   | Killed a royal mummy
362185 | Zig:24   | Killed a royal mummy
362185 | Zig:24   | Killed a royal mummy
362185 | Zig:24   | Killed a royal mummy
362185 | Zig:24   | Killed a royal mummy
362185 | Zig:24   | Killed a royal mummy
362185 | Zig:24   | Killed a royal mummy
362186 | Zig:24   | Killed a royal mummy
362186 | Zig:24   | Killed a royal mummy
362186 | Zig:24   | Killed a royal mummy
362186 | Zig:24   | Noticed a royal mummy
362186 | Zig:24   | Noticed a royal mummy
362187 | Zig:24   | Killed a royal mummy
362187 | Zig:24   | Noticed a royal mummy
362187 | Zig:24   | Noticed a royal mummy
362188 | Zig:24   | Noticed a royal mummy
362188 | Zig:24   | Noticed a royal mummy
362188 | Zig:24   | Noticed a royal mummy
362189 | Zig:24   | Killed a royal mummy
362189 | Zig:24   | Killed a royal mummy
362190 | Zig:24   | Killed a royal mummy
362190 | Zig:24   | Killed a royal mummy
362190 | Zig:24   | Killed a royal mummy
362190 | Zig:24   | Killed a royal mummy
362190 | Zig:24   | Killed a royal mummy
362190 | Zig:24   | Killed a royal mummy
362190 | Zig:24   | Killed a royal mummy
362191 | Zig:24   | Noticed a royal mummy
362191 | Zig:24   | Noticed a royal mummy
362192 | Zig:24   | Noticed a royal mummy
362192 | Zig:24   | Noticed a royal mummy
362193 | Zig:24   | Killed a royal mummy
362193 | Zig:24   | Noticed a royal mummy
362194 | Zig:24   | Noticed a royal mummy
362194 | Zig:24   | Noticed a royal mummy
362195 | Zig:24   | Killed a royal mummy
362196 | Zig:24   | Killed a royal mummy
362197 | Zig:24   | Killed a royal mummy
362197 | Zig:24   | Noticed a royal mummy
362198 | Zig:24   | Noticed a royal mummy
362198 | Zig:24   | Noticed a royal mummy
362198 | Zig:24   | Noticed a royal mummy
362199 | Zig:24   | Noticed a royal mummy
362200 | Zig:24   | Killed a royal mummy
362201 | Zig:24   | Killed a royal mummy
362201 | Zig:24   | Killed a royal mummy
362201 | Zig:24   | Noticed a royal mummy
362203 | Zig:24   | Noticed a royal mummy
362205 | Zig:24   | Killed a royal mummy
362205 | Zig:24   | Killed a royal mummy
362205 | Zig:24   | Killed a royal mummy
362205 | Zig:24   | Killed a royal mummy
362205 | Zig:24   | Noticed a royal mummy
362206 | Zig:24   | Killed a royal mummy
362206 | Zig:24   | Killed a royal mummy
362206 | Zig:24   | Noticed a royal mummy
362207 | Zig:24   | Noticed a royal mummy
362208 | Zig:24   | Killed a royal mummy
362209 | Zig:24   | Killed a royal mummy
362209 | Zig:24   | Noticed a royal mummy
362210 | Zig:24   | Noticed a royal mummy
362211 | Zig:24   | Noticed a royal mummy
362212 | Zig:24   | Killed a royal mummy
362212 | Zig:24   | Killed a royal mummy
362212 | Zig:24   | Killed a royal mummy
362213 | Zig:24   | Killed a royal mummy
362213 | Zig:24   | Noticed a royal mummy
362225 | Zig:24   | Killed a royal mummy
362716 | Zig:24   | Identified the +1 ring mail of Untruth {rC+}
362744 | Zig:24   | Identified the +4 short sword "Erchon" {heavy, Int+4}
362745 | Zig:24   | Identified the +3 short sword of Bixa {flame, Will++}
362755 | Zig:24   | Identified the +2 battleaxe of Cowardice {distort, Int+5}
362757 | Zig:24   | Identified the staff of conjuration "Goys" {rPois Str+5
                  | Int+3}
362761 | Zig:24   | Identified the +7 spear of Irhede {flame, rC+}
362770 | Zig:24   | Identified the +2 arbalest "Vakefu" {penet, Dex+3}
362772 | Zig:24   | Identified the staff of death "Piuppoy" {rN+ Int+3 Stlth+}
362774 | Zig:24   | Identified the +3 hand axe of Fear {flame, Contam rC+
                  | Str+2}
362788 | Zig:24   | Identified the +3 plate armour of Gozag {Str+3}
362796 | Zig:24   | Identified the +8 quarterstaff "Egg" {venom, Contam rPois
                  | rN+ Dex+3}
362814 | Zig:24   | Identified the staff of death "Ahodopne" {rN+ Will+++ Int+4
                  | Dex-3 SInv}
362826 | Zig:24   | Identified the staff of conjuration "Zemni Kaus" {rC+
                  | Str+6}
362828 | Zig:24   | Identified the +0 leather armour of the Wizarding Gods {rN+
                  | Str+5 SInv Stlth-}
362838 | Zig:24   | Identified the amulet of the Hurtling Gods {Spirit Harm
                  | Rampage rElec rF-}
362857 | Zig:25   | Entered Level 25 of a ziggurat
362878 | Zig:25   | Found the +1 Delatra's gloves {ID++}
362889 | Zig:25   | Identified the +3 leather armour of the Stone Wall
                  | {*Corrode rN+ Dex+9}
363009 | Zig:25   | Identified the +2 plate armour "Noublu" {rC+++ rN++ rCorr
                  | Int-3}
363011 | Zig:25   | Identified the +2 swamp dragon scales of Proximity {rPois
                  | Will+ Regen+ Str+3}
363035 | Zig:25   | Identified the +0 plate armour of the Eleven Allies {rElec
                  | Int+2}
363037 | Zig:25   | Identified the +2 pair of boots of the Tired Things {MP-9
                  | Int+5}
363041 | Zig:25   | Identified the +0 chain mail of Coyleud {rF+ rCorr Str+3
                  | Stlth+}
363047 | Zig:25   | Identified the staff of poison "Fiuliam" {rPois rF+ Int+3
                  | SInv}
363053 | Zig:25   | Identified the +7 great mace of Responsibility {flame, rC+}
363055 | Zig:25   | Identified the staff of air "Vosuodeh" {rElec rF- rN+++
                  | Dex+4}
363062 | Zig:25   | Identified the +4 battleaxe of the Land of Plenty {venom,
                  | rC+ rCorr Int+4}
363068 | Zig:25   | Identified the +7 sling "Cagih" {flame, rF+ Will+}
363084 | Zig:25   | Identified the ring of Foxigroo {rF+ Int+6}
363091 | Zig:25   | Identified the ring of Ludia {rC+ Dex+3}
363105 | Zig:25   | Identified the amulet of Uxeiclai {RegenMP rPois rC+ SInv}
363220 | Zig:25   | Identified the amulet "Kutiam" {Spirit Dex+4}
363674 | Zig:26   | Entered Level 26 of a ziggurat
363812 | Zig:26   | Identified the +8 dagger of Egomania {freeze, rPois SInv}
363822 | Zig:26   | Identified the +6 sling of Prudence {speed, rN+ Dex+2}
364274 | Zig:26   | Identified the +3 hand axe "Xoinec" {freeze, SInv}
364293 | Zig:26   | Identified the +2 quarterstaff "Rediy" {freeze, Int+4}
364297 | Zig:26   | Identified the +8 flail of Nes Pire {heavy, Int+3 Dex+4
                  | SInv}
364308 | Zig:26   | Identified the ring "Fampuh" {Fire Dex+2}
364375 | Zig:26   | Identified the +9 morningstar of the Smoking Mosquito
                  | {flame, rElec Int+3 Dex-2}
364390 | Zig:26   | Identified the staff of cold "Zailazage" {rPois rF+ rC+
                  | Str+3 Dex-3}
364396 | Zig:26   | Identified the +4 long sword of the Resonant God {freeze,
                  | rC++}
364406 | Zig:26   | Identified the staff of death "Uscha" {rPois rN+ Int+2}
364407 | Zig:26   | Identified the +4 kite shield "Ijydatur" {Rampage}
364412 | Zig:26   | Identified the +3 ring mail of Ihiubrud {rElec}
364413 | Zig:26   | Identified the amulet of the Crafting Scavenger {Reflect
                  | Harm rC++ Int-3 SH+5}
364414 | Zig:26   | Identified the +1 leather armour "Ataffep" {+Inv Int-2
                  | Slay+5}
364420 | Zig:26   | Identified the staff of fire "Ofapt" {rPois rF+ rCorr Str-3
                  | Dex+6}
364437 | Zig:26   | Identified the amulet of Jipsuav {Acrobat rF+ Dex+2}
364438 | Zig:26   | Identified the -2 helmet of the Majestic God {Dex+3}
364447 | Zig:26   | Identified the +4 spear "Oprat" {elec, rC+ Str+3 Dex+3
                  | Stlth+}
364449 | Zig:26   | Identified the ring of Qainas {Ice Int+5 Dex+3 Slay-3}
364451 | Zig:26   | Identified the +8 plate armour of Qoorasil {Int+5}
364456 | Zig:26   | Identified the ring of Qawehaf {Ice Contam rElec Will++
                  | Slay+2}
364505 | Zig:27   | Entered Level 27 of a ziggurat
364561 | Zig:27   | Noticed Duezanecw the pandemonium lord
364564 | Zig:27   | Killed Duezanecw the pandemonium lord
364770 | Zig:27   | Identified the +0 pair of gloves of Watchfulness {rN+++
                  | MP+9 Str-4 Int-5}
364771 | Zig:27   | Identified the staff of death "Ruunaak" {rElec rN+ Str+8
                  | Int-3 Stlth+}
364774 | Zig:27   | Identified the +2 hand axe "Fabonket" {chaos, Drain Dex+6}
364781 | Zig:27   | Identified the +3 scale mail of Henotheism {Str+5}
364789 | Zig:27   | Identified the +1 quarterstaff of the Philosopher {heavy,
                  | rPois Str+4}
364793 | Zig:27   | Identified the +6 plate armour of Somewhere Else {*Slow
                  | rPois Slay+3}
364796 | Zig:27   | Identified the +6 dagger of the Devouring Boar {freeze,
                  | SInv}
364813 | Zig:27   | Identified the +5 mace "Concordance" {freeze, rElec rCorr
                  | Dex+2}
364817 | Zig:27   | Identified the +0 leather armour of Deeder {rElec SInv}
364818 | Zig:27   | Identified the amulet of Mutualism {Faith Fragile Regen+
                  | Str+2 Int+4}
364829 | Zig:27   | Identified the +2 great sword of Generosity {heavy, rElec}
364833 | Zig:27   | Identified the staff of fire "Molick" {rPois rF+ rC+}
364840 | Zig:27   | Identified the +1 rapier "Sioceury" {speed, Int+6}
364854 | Zig:27   | Identified the staff of earth "Pyd Xym" {rF- rN+ Int+3
                  | SInv}
364856 | Zig:27   | Identified the +0 pair of gloves "Zibrof" {Rampage rC-
                  | Str+4}
364870 | Zig:27   | Identified the staff of air "Jitzuf" {+Blink rElec Will++
                  | Dex-2 SInv}
364873 | Zig:27   | Identified the +1 long sword "Girhoesm" {flame, Dex+5}
364881 | Zig:27   | Identified the +1 helmet of the Will of the Gods {Dex+5}
365239 | Zig:27   | Identified the +6 sling "Xextawnez" {heavy, Will- Dex+6}
365243 | Zig:27   | Identified the staff of cold "Husefob" {Drain rC+ rN+
                  | Dex+3}
365254 | Zig:27   | Identified the +11 broad axe of the Contumacious God {pain,
                  | rN+ rCorr Dex+5}
365302 | Zig:1    | Entered Level 1 of a ziggurat
365317 | Zig:2    | Entered Level 2 of a ziggurat
365319 | Zig:2    | Noticed Zezonal the pandemonium lord
365325 | Zig:2    | Killed Zezonal the pandemonium lord
365562 | Zig:3    | Entered Level 3 of a ziggurat
365562 | Zig:3    | Noticed a juggernaut
365562 | Zig:3    | Noticed a juggernaut
365562 | Zig:3    | Noticed a juggernaut
365562 | Zig:3    | Noticed a juggernaut
365562 | Zig:3    | Noticed a juggernaut
365563 | Zig:3    | Killed a juggernaut
365563 | Zig:3    | Killed a juggernaut
365563 | Zig:3    | Killed a juggernaut
365563 | Zig:3    | Killed a juggernaut
365563 | Zig:3    | Killed a juggernaut
365578 | Zig:3    | Identified the ring of Roiwomodgh {rElec rC+ Str-4 Dex-5
                  | SInv}
365580 | Zig:4    | Entered Level 4 of a ziggurat
365596 | Zig:4    | Identified the staff of conjuration "Geinex" {Dex+2 SInv}
365815 | Zig:5    | Entered Level 5 of a ziggurat
366008 | Zig:5    | Identified the +1 shortbow "Jivesoun" {freeze, rPois rC+
                  | rN+ MP+9}
366017 | Zig:5    | Identified the +1 rapier "Nexeodoek" {freeze, Str+3}
366229 | Zig:6    | Entered Level 6 of a ziggurat
366471 | Zig:6    | Identified the +1 spear of Biressu {freeze, +Blink rN++}
366479 | Zig:6    | Identified the +7 chain mail of Wariness {rPois Will+
                  | Int-4}
366491 | Zig:6    | Identified the +6 dagger of Arbitration {flame, *Slow Will-
                  | rCorr Str+7}
366500 | Zig:7    | Entered Level 7 of a ziggurat
366500 | Zig:7    | Noticed Naniaph the pandemonium lord
366500 | Zig:7    | Noticed Emisu the pandemonium lord
366500 | Zig:7    | Noticed Zeczubyi the pandemonium lord
366500 | Zig:7    | Noticed Junustafo the pandemonium lord
366500 | Zig:7    | Noticed Ywocvok the pandemonium lord
366500 | Zig:7    | Noticed Nitwoi the pandemonium lord
366500 | Zig:7    | Noticed Donesmur the pandemonium lord
366500 | Zig:7    | Noticed Sejak the pandemonium lord
366500 | Zig:7    | Noticed Xaikah the pandemonium lord
366500 | Zig:7    | Noticed Zisur the pandemonium lord
366500 | Zig:7    | Noticed Hunn the pandemonium lord
366500 | Zig:7    | Noticed Cuox the pandemonium lord
366500 | Zig:7    | Noticed Onluinol the pandemonium lord
366500 | Zig:7    | Noticed Apegh the pandemonium lord
366500 | Zig:7    | Noticed Taxiut the pandemonium lord
366500 | Zig:7    | Noticed Junaisor the pandemonium lord
366500 | Zig:7    | Noticed Wafoimeamp the pandemonium lord
366500 | Zig:7    | Noticed Rogojyesm the pandemonium lord
366500 | Zig:7    | Noticed Hyl Urao the pandemonium lord
366500 | Zig:7    | Noticed Qojan the pandemonium lord
366500 | Zig:7    | Noticed Wair the pandemonium lord
366500 | Zig:7    | Noticed Siwk the pandemonium lord
366500 | Zig:7    | Noticed Yfih the pandemonium lord
366500 | Zig:7    | Noticed Weot the pandemonium lord
366500 | Zig:7    | Noticed Ynifoav the pandemonium lord
366500 | Zig:7    | Noticed Xoonkoom the pandemonium lord
366500 | Zig:7    | Noticed Fibateurgh the pandemonium lord
366500 | Zig:7    | Noticed Sece the pandemonium lord
366501 | Zig:7    | Killed Zeczubyi the pandemonium lord
366501 | Zig:7    | Killed Xaikah the pandemonium lord
366501 | Zig:7    | Killed Nitwoi the pandemonium lord
366501 | Zig:7    | Killed Hunn the pandemonium lord
366501 | Zig:7    | Killed Apegh the pandemonium lord
366501 | Zig:7    | Noticed Kaxeiwk the pandemonium lord
366501 | Zig:7    | Noticed Isoluir the pandemonium lord
366501 | Zig:7    | Noticed Beufolua the pandemonium lord
366501 | Zig:7    | Noticed Ywoi the pandemonium lord
366501 | Zig:7    | Noticed Fosu the pandemonium lord
366501 | Zig:7    | Noticed Gemahamp the pandemonium lord
366501 | Zig:7    | Noticed Dihurr the pandemonium lord
366501 | Zig:7    | Noticed Jicisips the pandemonium lord
366501 | Zig:7    | Noticed Maitidon the pandemonium lord
366501 | Zig:7    | Noticed Jugh the pandemonium lord
366501 | Zig:7    | Noticed Gyn Ximm the pandemonium lord
366501 | Zig:7    | Noticed Kiskoi the pandemonium lord
366501 | Zig:7    | Noticed Cafut the pandemonium lord
366501 | Zig:7    | Noticed Epnapid the pandemonium lord
366501 | Zig:7    | Noticed Zerukull the pandemonium lord
366503 | Zig:7    | Killed Naniaph the pandemonium lord
366503 | Zig:7    | Killed Donesmur the pandemonium lord
366503 | Zig:7    | Killed Wair the pandemonium lord
366503 | Zig:7    | Killed Junustafo the pandemonium lord
366503 | Zig:7    | Killed Junaisor the pandemonium lord
366503 | Zig:7    | Killed Sece the pandemonium lord
366503 | Zig:7    | Killed Rogojyesm the pandemonium lord
366503 | Zig:7    | Noticed Geef the pandemonium lord
366504 | Zig:7    | Noticed Bateil the pandemonium lord
366504 | Zig:7    | Killed Qojan the pandemonium lord
366504 | Zig:7    | Killed Taxiut the pandemonium lord
366504 | Zig:7    | Killed Epnapid the pandemonium lord
366504 | Zig:7    | Killed Zisur the pandemonium lord
366504 | Zig:7    | Killed Jugh the pandemonium lord
366504 | Zig:7    | Killed Dihurr the pandemonium lord
366504 | Zig:7    | Killed Ywocvok the pandemonium lord
366504 | Zig:7    | Killed Cuox the pandemonium lord
366504 | Zig:7    | Killed Weot the pandemonium lord
366504 | Zig:7    | Killed Cafut the pandemonium lord
366504 | Zig:7    | Noticed Koojoaganu the pandemonium lord
366505 | Zig:7    | Killed Zerukull the pandemonium lord
366505 | Zig:7    | Killed Kiskoi the pandemonium lord
366505 | Zig:7    | Killed Ynifoav the pandemonium lord
366505 | Zig:7    | Killed Maitidon the pandemonium lord
366505 | Zig:7    | Killed Siwk the pandemonium lord
366505 | Zig:7    | Killed Xoonkoom the pandemonium lord
366505 | Zig:7    | Killed Emisu the pandemonium lord
366505 | Zig:7    | Killed Onluinol the pandemonium lord
366505 | Zig:7    | Killed Ywoi the pandemonium lord
366505 | Zig:7    | Noticed Zamaetum the pandemonium lord
366506 | Zig:7    | Killed Jicisips the pandemonium lord
366506 | Zig:7    | Killed Gyn Ximm the pandemonium lord
366506 | Zig:7    | Killed Yfih the pandemonium lord
366506 | Zig:7    | Killed Fosu the pandemonium lord
366506 | Zig:7    | Killed Isoluir the pandemonium lord
366506 | Zig:7    | Noticed Veopeoth the pandemonium lord
366506 | Zig:7    | Noticed Kenuah the pandemonium lord
366507 | Zig:7    | Killed Beufolua the pandemonium lord
366508 | Zig:7    | Killed Fibateurgh the pandemonium lord
366508 | Zig:7    | Killed Gemahamp the pandemonium lord
366508 | Zig:7    | Killed Geef the pandemonium lord
366508 | Zig:7    | Killed Kaxeiwk the pandemonium lord
366511 | Zig:7    | Killed Zamaetum the pandemonium lord
366511 | Zig:7    | Killed Wafoimeamp the pandemonium lord
366512 | Zig:7    | Killed Sejak the pandemonium lord
366515 | Zig:7    | Killed Koojoaganu the pandemonium lord
366517 | Zig:7    | Killed Hyl Urao the pandemonium lord
366518 | Zig:7    | Killed Kenuah the pandemonium lord
366524 | Zig:7    | Killed Veopeoth the pandemonium lord
366530 | Zig:7    | Killed Bateil the pandemonium lord
366569 | Zig:7    | Identified the ring of Yriah {Str+3 Int+4 Dex+6}
366583 | Zig:7    | Identified the +6 halberd of the Grave {spect, Int+2}
366796 | Zig:8    | Entered Level 8 of a ziggurat
366796 | Zig:8    | Noticed an ancient lich
366796 | Zig:8    | Noticed a dread lich
366796 | Zig:8    | Noticed an ancient lich
366796 | Zig:8    | Noticed a dread lich
366796 | Zig:8    | Noticed a dread lich
366796 | Zig:8    | Noticed a dread lich
366796 | Zig:8    | Noticed an ancient lich
366796 | Zig:8    | Noticed a dread lich
366796 | Zig:8    | Noticed a dread lich
366796 | Zig:8    | Noticed an ancient lich
366796 | Zig:8    | Noticed an ancient lich
366796 | Zig:8    | Noticed a dread lich
366796 | Zig:8    | Noticed an ancient lich
366796 | Zig:8    | Noticed an ancient lich
366796 | Zig:8    | Noticed an ancient lich
366797 | Zig:8    | Killed an ancient lich
366797 | Zig:8    | Killed a dread lich
366797 | Zig:8    | Killed a dread lich
366797 | Zig:8    | Killed an ancient lich
366797 | Zig:8    | Killed a dread lich
366797 | Zig:8    | Killed a dread lich
366797 | Zig:8    | Killed an ancient lich
366797 | Zig:8    | Killed an ancient lich
366797 | Zig:8    | Killed an ancient lich
366798 | Zig:8    | Noticed an ancient lich
366798 | Zig:8    | Noticed a dread lich
366799 | Zig:8    | Noticed a dread lich
366799 | Zig:8    | Noticed an ancient lich
366799 | Zig:8    | Noticed an ancient lich
366800 | Zig:8    | Killed an ancient lich
366800 | Zig:8    | Killed an ancient lich
366800 | Zig:8    | Killed an ancient lich
366800 | Zig:8    | Killed a dread lich
366800 | Zig:8    | Killed an ancient lich
366800 | Zig:8    | Killed a dread lich
366800 | Zig:8    | Killed an ancient lich
366800 | Zig:8    | Killed a dread lich
366800 | Zig:8    | Killed a dread lich
366801 | Zig:8    | Noticed an ancient lich
366801 | Zig:8    | Noticed a dread lich
366801 | Zig:8    | Noticed an ancient lich
366801 | Zig:8    | Noticed an ancient lich
366802 | Zig:8    | Noticed an ancient lich
366802 | Zig:8    | Noticed a dread lich
366802 | Zig:8    | Noticed an ancient lich
366802 | Zig:8    | Noticed a dread lich
366802 | Zig:8    | Noticed a dread lich
366802 | Zig:8    | Noticed an ancient lich
366803 | Zig:8    | Killed an ancient lich
366803 | Zig:8    | Killed a dread lich
366803 | Zig:8    | Killed an ancient lich
366803 | Zig:8    | Killed an ancient lich
366803 | Zig:8    | Killed an ancient lich
366803 | Zig:8    | Killed a dread lich
366803 | Zig:8    | Killed an ancient lich
366803 | Zig:8    | Killed a dread lich
366803 | Zig:8    | Killed a dread lich
366804 | Zig:8    | Noticed an ancient lich
366804 | Zig:8    | Noticed a dread lich
366805 | Zig:8    | Noticed a dread lich
366805 | Zig:8    | Noticed a dread lich
366805 | Zig:8    | Noticed an ancient lich
366805 | Zig:8    | Noticed an ancient lich
366805 | Zig:8    | Killed an ancient lich
366805 | Zig:8    | Noticed a dread lich
366806 | Zig:8    | Killed an ancient lich
366806 | Zig:8    | Killed a dread lich
366806 | Zig:8    | Killed a dread lich
366808 | Zig:8    | Noticed a dread lich
366809 | Zig:8    | Killed a dread lich
366809 | Zig:8    | Killed an ancient lich
366809 | Zig:8    | Killed an ancient lich
366809 | Zig:8    | Killed a dread lich
366809 | Zig:8    | Killed an ancient lich
366809 | Zig:8    | Killed a dread lich
366809 | Zig:8    | Killed a dread lich
366952 | Zig:8    | Identified the staff of cold "Hatyse Iduabb" {+Blink rElec
                  | rC+ rN+ Str-3}
366954 | Zig:8    | Identified the +8 spear of Bazac {spect, Will+}
367061 | Zig:8    | Identified the amulet "Alateam" {Acrobat rC- Str-2 Dex+6}
367102 | Zig:8    | Identified the +12 sling "Ipeguexi" {freeze, rPois rC+++
                  | Str-4 Int+4}
367106 | Zig:8    | Identified the +10 trident "Demonspawn's Death" {heavy,
                  | Will++}
367107 | Zig:8    | Identified the +1 shortbow of the Foremost Souls {freeze,
                  | Int+2}
367210 | Zig:9    | Entered Level 9 of a ziggurat
367210 | Zig:9    | Noticed an ancient lich
367211 | Zig:9    | Killed an ancient lich
367391 | Zig:9    | Identified the ring "Zasucyum" {Fly rN+}
367724 | Zig:10   | Entered Level 10 of a ziggurat
367744 | Zig:10   | Identified the ring "Xanon" {rC+ Slay+2}
367751 | Zig:11   | Entered Level 11 of a ziggurat
367751 | Zig:11   | Noticed a dread lich
367751 | Zig:11   | Noticed a dread lich
367751 | Zig:11   | Noticed an ancient lich
367751 | Zig:11   | Noticed an ancient lich
367751 | Zig:11   | Noticed a dread lich
367751 | Zig:11   | Noticed an ancient lich
367751 | Zig:11   | Noticed an ancient lich
367751 | Zig:11   | Noticed a dread lich
367751 | Zig:11   | Noticed an ancient lich
367751 | Zig:11   | Noticed a dread lich
367751 | Zig:11   | Noticed an ancient lich
367751 | Zig:11   | Noticed an ancient lich
367751 | Zig:11   | Noticed a dread lich
367751 | Zig:11   | Noticed an ancient lich
367751 | Zig:11   | Noticed a dread lich
367751 | Zig:11   | Noticed a dread lich
367751 | Zig:11   | Noticed an ancient lich
367751 | Zig:11   | Noticed a dread lich
367751 | Zig:11   | Noticed an ancient lich
367751 | Zig:11   | Noticed an ancient lich
367752 | Zig:11   | Killed a dread lich
367752 | Zig:11   | Killed an ancient lich
367752 | Zig:11   | Killed a dread lich
367752 | Zig:11   | Killed a dread lich
367752 | Zig:11   | Killed an ancient lich
367752 | Zig:11   | Killed an ancient lich
367752 | Zig:11   | Killed a dread lich
367753 | Zig:11   | Noticed an ancient lich
367754 | Zig:11   | Noticed a dread lich
367754 | Zig:11   | Killed an ancient lich
367754 | Zig:11   | Killed an ancient lich
367754 | Zig:11   | Killed an ancient lich
367754 | Zig:11   | Killed an ancient lich
367754 | Zig:11   | Killed a dread lich
367754 | Zig:11   | Killed a dread lich
367754 | Zig:11   | Killed an ancient lich
367754 | Zig:11   | Killed a dread lich
367754 | Zig:11   | Killed an ancient lich
367754 | Zig:11   | Killed an ancient lich
367755 | Zig:11   | Killed a dread lich
367755 | Zig:11   | Killed an ancient lich
367755 | Zig:11   | Killed a dread lich
367755 | Zig:11   | Killed a dread lich
367755 | Zig:11   | Noticed an ancient lich
367755 | Zig:11   | Noticed a dread lich
367756 | Zig:11   | Noticed a dread lich
367756 | Zig:11   | Noticed a dread lich
367756 | Zig:11   | Noticed a dread lich
367756 | Zig:11   | Noticed a dread lich
367756 | Zig:11   | Noticed an ancient lich
367756 | Zig:11   | Noticed a dread lich
367756 | Zig:11   | Noticed a dread lich
367757 | Zig:11   | Noticed an ancient lich
367757 | Zig:11   | Killed an ancient lich
367758 | Zig:11   | Killed a dread lich
367758 | Zig:11   | Killed a dread lich
367758 | Zig:11   | Killed a dread lich
367759 | Zig:11   | Noticed an ancient lich
367759 | Zig:11   | Killed a dread lich
367759 | Zig:11   | Killed a dread lich
367760 | Zig:11   | Noticed an ancient lich
367760 | Zig:11   | Noticed a dread lich
367760 | Zig:11   | Noticed a dread lich
367760 | Zig:11   | Noticed a dread lich
367760 | Zig:11   | Killed a dread lich
367761 | Zig:11   | Killed an ancient lich
367761 | Zig:11   | Killed an ancient lich
367761 | Zig:11   | Killed an ancient lich
367761 | Zig:11   | Killed an ancient lich
367761 | Zig:11   | Killed an ancient lich
367761 | Zig:11   | Noticed a dread lich
367761 | Zig:11   | Noticed a dread lich
367762 | Zig:11   | Noticed a dread lich
367762 | Zig:11   | Noticed an ancient lich
367762 | Zig:11   | Noticed an ancient lich
367762 | Zig:11   | Noticed a dread lich
367762 | Zig:11   | Noticed an ancient lich
367763 | Zig:11   | Noticed an ancient lich
367763 | Zig:11   | Noticed a dread lich
367764 | Zig:11   | Killed a dread lich
367764 | Zig:11   | Killed a dread lich
367764 | Zig:11   | Killed a dread lich
367764 | Zig:11   | Killed a dread lich
367764 | Zig:11   | Killed an ancient lich
367764 | Zig:11   | Killed an ancient lich
367764 | Zig:11   | Killed an ancient lich
367764 | Zig:11   | Killed a dread lich
367764 | Zig:11   | Noticed a dread lich
367764 | Zig:11   | Noticed a dread lich
367765 | Zig:11   | Noticed a dread lich
367765 | Zig:11   | Killed a dread lich
367765 | Zig:11   | Killed an ancient lich
367765 | Zig:11   | Killed a dread lich
367765 | Zig:11   | Killed a dread lich
367766 | Zig:11   | Killed a dread lich
367766 | Zig:11   | Killed a dread lich
367766 | Zig:11   | Killed a dread lich
367766 | Zig:11   | Killed a dread lich
367767 | Zig:11   | Noticed an ancient lich
367767 | Zig:11   | Noticed a dread lich
367768 | Zig:11   | Noticed an ancient lich
367770 | Zig:11   | Killed an ancient lich
367770 | Zig:11   | Killed an ancient lich
367770 | Zig:11   | Killed a dread lich
367770 | Zig:11   | Noticed an ancient lich
367772 | Zig:11   | Noticed an ancient lich
367772 | Zig:11   | Noticed a dread lich
367773 | Zig:11   | Noticed an ancient lich
367773 | Zig:11   | Noticed a dread lich
367773 | Zig:11   | Noticed a dread lich
367776 | Zig:11   | Killed a dread lich
367776 | Zig:11   | Killed a dread lich
367776 | Zig:11   | Killed an ancient lich
367776 | Zig:11   | Killed an ancient lich
367776 | Zig:11   | Killed a dread lich
367776 | Zig:11   | Killed an ancient lich
367977 | Zig:11   | Identified the staff of earth "Sykom" {rElec rF+}
367979 | Zig:11   | Identified the staff of air "Xaoblya" {Fragile rElec rPois
                  | rC+ Will++}
367981 | Zig:11   | Identified the staff of cold "Ijoo" {rC+ Stlth+}
367996 | Zig:11   | Identified the +6 dagger "Lailudgh" {freeze, Int+2}
368386 | Zig:12   | Entered Level 12 of a ziggurat
368386 | Zig:12   | Identified the +4 tower shield "Fuolig" {Will+ Regen+
                  | Stlth+}
368388 | Zig:12   | Identified the +4 tower shield of the Stag {Str+3}
368390 | Zig:12   | Identified the +3 tower shield of Ytuaw {rC- Dex+3 SInv}
368405 | Zig:12   | Identified the +8 tower shield of Reist {rF+}
368592 | Zig:12   | Identified the staff of conjuration "Ehalei" {Str+4 Dex+4}
368599 | Zig:12   | Identified the +3 plate armour "Hero's Friend" {rElec
                  | Int+3}
368600 | Zig:12   | Identified the staff of cold "Cienku" {rPois rC+ Str-5
                  | Int+6 Stlth+}
368601 | Zig:12   | Identified the ring "Veluor" {Fly rC+ rN+}
368609 | Zig:12   | Identified the staff of air "Ceusaneer" {Fragile rElec SInv
                  | Stlth+}
368610 | Zig:12   | Identified the +0 ring mail "Peovios" {rPois rC+}
368616 | Zig:12   | Identified the ring "Emoc" {+Blink rF+}
368617 | Zig:12   | Identified the amulet of Dani {Acrobat rElec Stlth+}
368619 | Zig:12   | Identified the +0 ring mail "Tumoh" {Rampage Slay+5}
368623 | Zig:12   | Identified the amulet of Ifuuteugg {RegenMP rC+ Int+2
                  | Dex+3}
368627 | Zig:12   | Identified the +0 pair of boots of Vyqos {rElec rN+ Str-5}
368985 | Zig:12   | Identified the +7 long sword of the Endless Expanse {drain,
                  | rN+}
369034 | Zig:13   | Entered Level 13 of a ziggurat
369201 | Zig:13   | Identified the +5 quarterstaff "Osotze" {pain, rElec rC+
                  | Str+4 Int-4}
369206 | Zig:13   | Identified the +7 mace "Memae" {flame, Will++}
369208 | Zig:13   | Identified the +6 battleaxe "Zeinleow" {spect, rElec rCorr
                  | Int+5 Dex-5}
369256 | Zig:13   | Identified the ring of Zot Von {rF++ Int+2 Dex+6 Stlth+}
369257 | Zig:13   | Identified the +5 short sword of Tenacity {freeze, Stlth+}
369269 | Zig:13   | Identified the +4 broad axe of Diet Blood {vamp, Drain
                  | Str+3 Dex+3}
369643 | Zig:14   | Entered Level 14 of a ziggurat
369643 | Zig:14   | Noticed an ancient lich
369643 | Zig:14   | Noticed an ancient lich
369643 | Zig:14   | Noticed an ancient lich
369643 | Zig:14   | Noticed an ancient lich
369643 | Zig:14   | Noticed an ancient lich
369643 | Zig:14   | Noticed an ancient lich
369643 | Zig:14   | Noticed an ancient lich
369643 | Zig:14   | Noticed an ancient lich
369643 | Zig:14   | Noticed an ancient lich
369643 | Zig:14   | Noticed an ancient lich
369643 | Zig:14   | Noticed an ancient lich
369643 | Zig:14   | Noticed an ancient lich
369644 | Zig:14   | Killed an ancient lich
369644 | Zig:14   | Killed an ancient lich
369644 | Zig:14   | Killed an ancient lich
369645 | Zig:14   | Killed an ancient lich
369645 | Zig:14   | Killed an ancient lich
369645 | Zig:14   | Killed an ancient lich
369645 | Zig:14   | Killed an ancient lich
369645 | Zig:14   | Killed an ancient lich
369645 | Zig:14   | Killed an ancient lich
369645 | Zig:14   | Killed an ancient lich
369645 | Zig:14   | Noticed an ancient lich
369646 | Zig:14   | Killed an ancient lich
369646 | Zig:14   | Killed an ancient lich
369646 | Zig:14   | Killed an ancient lich
369646 | Zig:14   | Noticed an ancient lich
369648 | Zig:14   | Noticed an ancient lich
369650 | Zig:14   | Noticed an ancient lich
369651 | Zig:14   | Killed an ancient lich
369651 | Zig:14   | Noticed an ancient lich
369652 | Zig:14   | Noticed an ancient lich
369652 | Zig:14   | Killed an ancient lich
369653 | Zig:14   | Noticed an ancient lich
369654 | Zig:14   | Killed an ancient lich
369654 | Zig:14   | Killed an ancient lich
369655 | Zig:14   | Noticed an ancient lich
369655 | Zig:14   | Noticed an ancient lich
369656 | Zig:14   | Noticed an ancient lich
369656 | Zig:14   | Noticed an ancient lich
369657 | Zig:14   | Killed an ancient lich
369657 | Zig:14   | Killed an ancient lich
369657 | Zig:14   | Killed an ancient lich
369657 | Zig:14   | Killed an ancient lich
369657 | Zig:14   | Noticed an ancient lich
369661 | Zig:14   | Killed an ancient lich
369662 | Zig:14   | Noticed an ancient lich
369663 | Zig:14   | Noticed an ancient lich
369664 | Zig:14   | Killed an ancient lich
369664 | Zig:14   | Killed an ancient lich
369665 | Zig:14   | Noticed an ancient lich
369665 | Zig:14   | Noticed an ancient lich
369665 | Zig:14   | Noticed an ancient lich
369666 | Zig:14   | Noticed an ancient lich
369666 | Zig:14   | Noticed an ancient lich
369668 | Zig:14   | Killed an ancient lich
369668 | Zig:14   | Killed an ancient lich
369668 | Zig:14   | Killed an ancient lich
369670 | Zig:14   | Killed an ancient lich
369670 | Zig:14   | Killed an ancient lich
369670 | Zig:14   | Killed an ancient lich
369674 | Zig:14   | Killed an ancient lich
369838 | Zig:14   | Identified the +0 glaive of the Dead {spect, Dex+4}
369848 | Zig:14   | Identified the staff of cold "Xyohuire" {rPois rC+ Str-2
                  | Dex+4}
370213 | Zig:14   | Identified the staff of death "Ezywiliju" {rC+ rN+}
370233 | Zig:14   | Identified the staff of cold "Katek" {rC+ Str-2 Int+8 SInv
                  | Stlth-}
370256 | Zig:14   | Identified the ring of the Eight Thickets {rF+ Str+3
                  | Stlth+}
370260 | Zig:14   | Identified the +1 buckler "Tecru" {rF+}
370268 | Zig:14   | Identified the +1 robe "Duifreis" {Rampage Drain rCorr}
370392 | Zig:15   | Entered Level 15 of a ziggurat
370392 | Zig:15   | Identified the +0 tower shield "Hentaqia" {rPois Int+3}
370392 | Zig:15   | Identified the +4 tower shield of Spite {Harm Int-4 Dex+7
                  | Stlth-}
370424 | Zig:15   | Identified the -2 tower shield "Lixo Sya" {Will+ Str-2
                  | Int+3 Dex+3}
370434 | Zig:15   | Identified the +3 tower shield of Sowebug {*Slow rF+ MP+9}
370441 | Zig:15   | Identified the +5 tower shield of Resourcefulness {Regen+
                  | Stlth+}
370443 | Zig:15   | Identified the +8 tower shield of Dishonesty {Rampage Str-2
                  | Slay+5}
370451 | Zig:15   | Identified the +2 tower shield of Midnight {rPois Int+2}
370453 | Zig:15   | Identified the +0 tower shield of Disaster {rN+ MP+9}
370573 | Zig:15   | Identified the +0 pair of boots "Kurhahuumn" {rC+ Dex+4}
370574 | Zig:15   | Identified the +2 ring mail of the Morning Star {rN++}
370576 | Zig:15   | Identified the +0 fire dragon scales "Ryfruw" {Harm rF++
                  | rC- Str+3}
370580 | Zig:15   | Identified the +2 broad axe of Dishonesty {heavy, Str+3}
370597 | Zig:15   | Identified the ring of the Harvest {rN++ EV+5}
370599 | Zig:15   | Identified the +5 scale mail "Taedghips" {Int+5}
370600 | Zig:15   | Identified the +1 pair of boots "Humow" {rCorr Dex+7}
370616 | Zig:15   | Identified the +4 tower shield of Hopscotch {+Blink Fly
                  | Will- Int+3} (You took it off a daeva on level 15 of a
                  | ziggurat)
371069 | Zig:15   | Identified the staff of fire "Cuahiur" {rF+ rN+ rCorr}
371092 | Zig:16   | Entered Level 16 of a ziggurat
371092 | Zig:16   | Noticed an ancient lich
371092 | Zig:16   | Noticed a dread lich
371093 | Zig:16   | Killed a dread lich
371094 | Zig:16   | Killed an ancient lich
371095 | Zig:16   | Noticed an ancient lich
371096 | Zig:16   | Noticed a dread lich
371096 | Zig:16   | Noticed a dread lich
371097 | Zig:16   | Noticed a dread lich
371099 | Zig:16   | Killed a dread lich
371099 | Zig:16   | Killed an ancient lich
371100 | Zig:16   | Noticed an ancient lich
371100 | Zig:16   | Noticed an ancient lich
371101 | Zig:16   | Noticed a dread lich
371101 | Zig:16   | Killed a dread lich
371102 | Zig:16   | Killed an ancient lich
371102 | Zig:16   | Killed an ancient lich
371104 | Zig:16   | Noticed an ancient lich
371104 | Zig:16   | Killed a dread lich
371105 | Zig:16   | Killed a dread lich
371106 | Zig:16   | Noticed an ancient lich
371106 | Zig:16   | Noticed an ancient lich
371107 | Zig:16   | Noticed a dread lich
371108 | Zig:16   | Killed an ancient lich
371108 | Zig:16   | Killed an ancient lich
371109 | Zig:16   | Killed an ancient lich
371109 | Zig:16   | Killed a dread lich
371111 | Zig:16   | Noticed a dread lich
371114 | Zig:16   | Noticed an ancient lich
371116 | Zig:16   | Killed a dread lich
371118 | Zig:16   | Noticed a dread lich
371118 | Zig:16   | Noticed a dread lich
371119 | Zig:16   | Killed an ancient lich
371119 | Zig:16   | Noticed an ancient lich
371121 | Zig:16   | Killed a dread lich
371125 | Zig:16   | Killed a dread lich
371140 | Zig:16   | Killed an ancient lich
371782 | Zig:16   | Identified the ring "Rawoimme" {rElec rC- EV+5 Dex+5}
371787 | Zig:16   | Identified the +6 quarterstaff of the Countless Xenops
                  | {drain, rPois Str+2}
371809 | Zig:16   | Identified the +6 ice dragon scales "Xaats" {+Inv rF- rC++
                  | Regen+}
371811 | Zig:16   | Identified the staff of death "Myur" {rElec rC- rN+ Will++
                  | Dex+3}
371814 | Zig:16   | Identified the +10 mace of Seithi {protect, rN+ Str-4
                  | Dex+3}
371815 | Zig:16   | Identified the +4 mace of Xomnathimn {venom, Dex+3}
371820 | Zig:16   | Identified the ring "Kiapp" {Str+6 Dex+2}
371827 | Zig:16   | Identified the amulet "Ufaa" {Acrobat Regen+ Str+3 Dex+6}
371828 | Zig:16   | Identified the +0 sling of Niurax {speed, rF- Str+5}
371830 | Zig:16   | Identified the +7 quarterstaff of the Common Good {pain,
                  | SInv}
371918 | Zig:16   | Identified the staff of cold "Eptic" {rC+ Will+ MP+9 Int-5
                  | SInv}
371930 | Zig:16   | Identified the +2 leather armour "Luw Nusch" {Drain rElec
                  | rPois rN++}
371949 | Zig:17   | Entered Level 17 of a ziggurat
371949 | Zig:17   | Noticed a juggernaut
371949 | Zig:17   | Noticed a juggernaut
371949 | Zig:17   | Noticed a juggernaut
371949 | Zig:17   | Noticed a juggernaut
371949 | Zig:17   | Noticed a juggernaut
371949 | Zig:17   | Noticed a juggernaut
371949 | Zig:17   | Noticed a juggernaut
371949 | Zig:17   | Noticed a juggernaut
371949 | Zig:17   | Noticed a juggernaut
371949 | Zig:17   | Noticed a juggernaut
371949 | Zig:17   | Noticed a juggernaut
371949 | Zig:17   | Noticed a juggernaut
371950 | Zig:17   | Killed a juggernaut
371950 | Zig:17   | Killed a juggernaut
371950 | Zig:17   | Killed a juggernaut
371950 | Zig:17   | Killed a juggernaut
371950 | Zig:17   | Killed a juggernaut
371950 | Zig:17   | Killed a juggernaut
371950 | Zig:17   | Killed a juggernaut
371950 | Zig:17   | Killed a juggernaut
371950 | Zig:17   | Killed a juggernaut
371950 | Zig:17   | Killed a juggernaut
371950 | Zig:17   | Noticed a juggernaut
371950 | Zig:17   | Noticed a juggernaut
371951 | Zig:17   | Noticed a juggernaut
371951 | Zig:17   | Noticed a juggernaut
371951 | Zig:17   | Noticed a juggernaut
371953 | Zig:17   | Noticed a juggernaut
371953 | Zig:17   | Noticed a juggernaut
371953 | Zig:17   | Noticed a juggernaut
371953 | Zig:17   | Noticed a juggernaut
371953 | Zig:17   | Noticed a juggernaut
371954 | Zig:17   | Noticed a juggernaut
371954 | Zig:17   | Noticed a juggernaut
371955 | Zig:17   | Noticed a juggernaut
371955 | Zig:17   | Killed a juggernaut
371956 | Zig:17   | Killed a juggernaut
371956 | Zig:17   | Killed a juggernaut
371956 | Zig:17   | Killed a juggernaut
371956 | Zig:17   | Killed a juggernaut
371956 | Zig:17   | Killed a juggernaut
371956 | Zig:17   | Killed a juggernaut
371956 | Zig:17   | Killed a juggernaut
371956 | Zig:17   | Killed a juggernaut
371956 | Zig:17   | Killed a juggernaut
371956 | Zig:17   | Killed a juggernaut
371957 | Zig:17   | Noticed a juggernaut
371957 | Zig:17   | Noticed a juggernaut
371957 | Zig:17   | Noticed a juggernaut
371957 | Zig:17   | Killed a juggernaut
371957 | Zig:17   | Noticed a juggernaut
371958 | Zig:17   | Killed a juggernaut
371958 | Zig:17   | Killed a juggernaut
371958 | Zig:17   | Noticed a juggernaut
371958 | Zig:17   | Noticed a juggernaut
371959 | Zig:17   | Noticed a juggernaut
371959 | Zig:17   | Noticed a juggernaut
371960 | Zig:17   | Noticed a juggernaut
371960 | Zig:17   | Noticed a juggernaut
371962 | Zig:17   | Noticed a juggernaut
371963 | Zig:17   | Noticed a juggernaut
371963 | Zig:17   | Noticed a juggernaut
371963 | Zig:17   | Noticed a juggernaut
371963 | Zig:17   | Noticed a juggernaut
371964 | Zig:17   | Killed a juggernaut
371964 | Zig:17   | Killed a juggernaut
371964 | Zig:17   | Killed a juggernaut
371964 | Zig:17   | Killed a juggernaut
371964 | Zig:17   | Killed a juggernaut
371964 | Zig:17   | Killed a juggernaut
371964 | Zig:17   | Killed a juggernaut
371967 | Zig:17   | Noticed a juggernaut
371967 | Zig:17   | Noticed a juggernaut
371967 | Zig:17   | Noticed a juggernaut
371968 | Zig:17   | Killed a juggernaut
371969 | Zig:17   | Noticed a juggernaut
371969 | Zig:17   | Noticed a juggernaut
371969 | Zig:17   | Noticed a juggernaut
371969 | Zig:17   | Noticed a juggernaut
371970 | Zig:17   | Noticed a juggernaut
371971 | Zig:17   | Killed a juggernaut
371971 | Zig:17   | Killed a juggernaut
371972 | Zig:17   | Noticed a juggernaut
371972 | Zig:17   | Noticed a juggernaut
371972 | Zig:17   | Killed a juggernaut
371973 | Zig:17   | Killed a juggernaut
371973 | Zig:17   | Killed a juggernaut
371973 | Zig:17   | Killed a juggernaut
371973 | Zig:17   | Killed a juggernaut
371973 | Zig:17   | Killed a juggernaut
371973 | Zig:17   | Killed a juggernaut
371973 | Zig:17   | Killed a juggernaut
371973 | Zig:17   | Killed a juggernaut
371973 | Zig:17   | Killed a juggernaut
371973 | Zig:17   | Killed a juggernaut
371974 | Zig:17   | Killed a juggernaut
371974 | Zig:17   | Killed a juggernaut
371975 | Zig:17   | Killed a juggernaut
371977 | Zig:17   | Killed a juggernaut
371977 | Zig:17   | Killed a juggernaut
371977 | Zig:17   | Noticed a juggernaut
371977 | Zig:17   | Noticed a juggernaut
371978 | Zig:17   | Noticed a juggernaut
371980 | Zig:17   | Noticed a juggernaut
371981 | Zig:17   | Killed a juggernaut
371981 | Zig:17   | Killed a juggernaut
371989 | Zig:17   | Killed a juggernaut
371990 | Zig:17   | Killed a juggernaut
372594 | Zig:17   | Identified the ring "Seana" {rPois rN+ MP+9 Str+2 Int+3}
372598 | Zig:17   | Identified the ring of Counnapo {rPois rN+ Str+5 Slay-4
                  | SInv}
372605 | Zig:17   | Identified the +0 pair of boots of the Tarantula {rPois
                  | Will+ rCorr}
372610 | Zig:17   | Identified the +1 lajatang of Destiny {flame, *Rage rC+
                  | Str+3 SInv}
372636 | Zig:17   | Identified the +8 quick blade "Giantbane" {heavy, Str+3
                  | Int+2}
372716 | Zig:18   | Entered Level 18 of a ziggurat
372716 | Zig:18   | Noticed a dread lich
372717 | Zig:18   | Killed a dread lich
372735 | Zig:18   | Noticed an ancient lich
372736 | Zig:18   | Killed an ancient lich
372910 | Zig:18   | Identified the amulet of the Commoners {Reflect Dex+2 SH+5}
373503 | Zig:18   | Identified the +3 storm dragon scales of Gravity {rElec rF+
                  | rCorr}
373505 | Zig:18   | Identified the staff of poison "Ydgha Tuf" {+Blink rPois}
373509 | Zig:18   | Identified the +2 flail "Gegammug" {flame, Str+4 Dex+2}
373529 | Zig:18   | Identified the +1 leather armour of Hopscotch {rC+ Will+
                  | Regen+ Int+3}
373580 | Zig:18   | Identified the ring "Empipnoc" {Drain Will+ Str+2 SInv}
373584 | Zig:18   | Identified the staff of conjuration "Idont" {Str+3 Stlth+}
373585 | Zig:18   | Identified the staff of fire "Gacre" {rF+ Str+3}
373588 | Zig:18   | Identified the staff of fire "Sais Emn" {+Blink rPois rF+
                  | Will+ Stlth+}
373616 | Zig:18   | Identified the staff of poison "Noastrou" {rPois Str+3}
373628 | Zig:18   | Identified the +3 scale mail of Kaamn {Drain Fly rElec rF+}
373634 | Zig:18   | Identified the +7 rapier "Pifolae" {freeze, Fly rC+ Int+2
                  | Stlth-}
373647 | Zig:18   | Identified the ring "Gumpukep" {Fly rElec MP-9 Int+3}
373651 | Zig:18   | Identified the +5 quarterstaff of the Maze {heavy, rN+++
                  | rCorr Str-3 Dex+4}
373658 | Zig:18   | Identified the amulet of Xavuiw {RegenMP Fly Will+}
373688 | Zig:18   | Identified the +3 quarterstaff of Arbitration {heavy, rElec
                  | rC- MP+9}
373740 | Zig:19   | Entered Level 19 of a ziggurat
373740 | Zig:19   | Noticed a juggernaut
373740 | Zig:19   | Noticed a juggernaut
373740 | Zig:19   | Noticed a juggernaut
373740 | Zig:19   | Noticed a juggernaut
373740 | Zig:19   | Noticed a juggernaut
373740 | Zig:19   | Noticed a juggernaut
373740 | Zig:19   | Noticed a juggernaut
373740 | Zig:19   | Noticed a juggernaut
373740 | Zig:19   | Noticed a juggernaut
373740 | Zig:19   | Noticed a juggernaut
373740 | Zig:19   | Noticed a juggernaut
373740 | Zig:19   | Noticed a juggernaut
373741 | Zig:19   | Killed a juggernaut
373741 | Zig:19   | Killed a juggernaut
373741 | Zig:19   | Killed a juggernaut
373741 | Zig:19   | Killed a juggernaut
373741 | Zig:19   | Killed a juggernaut
373741 | Zig:19   | Killed a juggernaut
373741 | Zig:19   | Killed a juggernaut
373741 | Zig:19   | Killed a juggernaut
373741 | Zig:19   | Killed a juggernaut
373741 | Zig:19   | Killed a juggernaut
373741 | Zig:19   | Noticed a juggernaut
373744 | Zig:19   | Killed a juggernaut
373745 | Zig:19   | Noticed a juggernaut
373746 | Zig:19   | Noticed a juggernaut
373746 | Zig:19   | Killed a juggernaut
373747 | Zig:19   | Noticed a juggernaut
373747 | Zig:19   | Noticed a juggernaut
373747 | Zig:19   | Noticed a juggernaut
373748 | Zig:19   | Noticed a juggernaut
373748 | Zig:19   | Noticed a juggernaut
373749 | Zig:19   | Noticed a juggernaut
373749 | Zig:19   | Noticed a juggernaut
373749 | Zig:19   | Noticed a juggernaut
373749 | Zig:19   | Noticed a juggernaut
373749 | Zig:19   | Noticed a juggernaut
373749 | Zig:19   | Noticed a juggernaut
373750 | Zig:19   | Noticed a juggernaut
373750 | Zig:19   | Noticed a juggernaut
373750 | Zig:19   | Noticed a juggernaut
373750 | Zig:19   | Noticed a juggernaut
373750 | Zig:19   | Noticed a juggernaut
373750 | Zig:19   | Noticed a juggernaut
373750 | Zig:19   | Noticed a juggernaut
373750 | Zig:19   | Noticed a juggernaut
373750 | Zig:19   | Noticed a juggernaut
373751 | Zig:19   | Killed a juggernaut
373751 | Zig:19   | Killed a juggernaut
373751 | Zig:19   | Killed a juggernaut
373751 | Zig:19   | Killed a juggernaut
373751 | Zig:19   | Killed a juggernaut
373751 | Zig:19   | Killed a juggernaut
373751 | Zig:19   | Noticed a juggernaut
373752 | Zig:19   | Killed a juggernaut
373752 | Zig:19   | Killed a juggernaut
373752 | Zig:19   | Killed a juggernaut
373752 | Zig:19   | Killed a juggernaut
373752 | Zig:19   | Killed a juggernaut
373753 | Zig:19   | Noticed a juggernaut
373753 | Zig:19   | Noticed a juggernaut
373753 | Zig:19   | Killed a juggernaut
373753 | Zig:19   | Killed a juggernaut
373753 | Zig:19   | Killed a juggernaut
373753 | Zig:19   | Killed a juggernaut
373754 | Zig:19   | Noticed a juggernaut
373754 | Zig:19   | Noticed a juggernaut
373755 | Zig:19   | Killed a juggernaut
373755 | Zig:19   | Killed a juggernaut
373755 | Zig:19   | Killed a juggernaut
373755 | Zig:19   | Killed a juggernaut
373755 | Zig:19   | Noticed a juggernaut
373755 | Zig:19   | Noticed a juggernaut
373756 | Zig:19   | Noticed a juggernaut
373756 | Zig:19   | Noticed a juggernaut
373756 | Zig:19   | Noticed a juggernaut
373757 | Zig:19   | Noticed a juggernaut
373758 | Zig:19   | Killed a juggernaut
373758 | Zig:19   | Killed a juggernaut
373758 | Zig:19   | Killed a juggernaut
373758 | Zig:19   | Killed a juggernaut
373758 | Zig:19   | Killed a juggernaut
373758 | Zig:19   | Killed a juggernaut
373758 | Zig:19   | Killed a juggernaut
373758 | Zig:19   | Killed a juggernaut
373758 | Zig:19   | Killed a juggernaut
373759 | Zig:19   | Noticed a juggernaut
373759 | Zig:19   | Noticed a juggernaut
373760 | Zig:19   | Noticed a juggernaut
373762 | Zig:19   | Killed a juggernaut
373763 | Zig:19   | Noticed a juggernaut
373763 | Zig:19   | Killed a juggernaut
373764 | Zig:19   | Noticed a juggernaut
373764 | Zig:19   | Noticed a juggernaut
373764 | Zig:19   | Killed a juggernaut
373765 | Zig:19   | Noticed a juggernaut
373765 | Zig:19   | Noticed a juggernaut
373765 | Zig:19   | Noticed a juggernaut
373766 | Zig:19   | Killed a juggernaut
373766 | Zig:19   | Killed a juggernaut
373766 | Zig:19   | Killed a juggernaut
373766 | Zig:19   | Killed a juggernaut
373766 | Zig:19   | Killed a juggernaut
373766 | Zig:19   | Killed a juggernaut
373766 | Zig:19   | Killed a juggernaut
373766 | Zig:19   | Killed a juggernaut
373766 | Zig:19   | Killed a juggernaut
373767 | Zig:19   | Killed a juggernaut
373772 | Zig:19   | Killed a juggernaut
373772 | Zig:19   | Killed a juggernaut
374017 | Zig:19   | Identified the ring "Moasiuh" {EV+5 Str-3 Int+4 Dex+2}
374028 | Zig:19   | Identified the +5 spear of Usilien {drain, Str+3 Dex+3
                  | Stlth+}
374050 | Zig:19   | Identified the +7 short sword of Nycy {protect, rElec rF+}
374060 | Zig:19   | Identified the +7 shortbow of Dettem {flame, Int+4 SInv}
374794 | Zig:20   | Entered Level 20 of a ziggurat
375787 | Zig:20   | Identified the ring "Waxkiwk" {Fly rC+}
375844 | Zig:20   | Identified the +9 whip "Jueb" {heavy, +Blink rCorr Str-4}
375846 | Zig:20   | Identified the ring "Iseiwau" {rC+ Will+ rCorr Str+4}
375847 | Zig:20   | Identified the staff of air "Gane" {rElec rN+}
375860 | Zig:20   | Identified the +3 war axe "Zyeb" {freeze, rC+}
375864 | Zig:20   | Identified the +7 chain mail of the Good {Str+2 SInv}
375886 | Zig:20   | Identified the ring "Dakurufa" {Fly MP+9 Str+6 Int+2
                  | Slay-5}
375899 | Zig:20   | Identified the ring "Edighim" {rC+ Int+2}
375904 | Zig:20   | Identified the staff of fire "Diac" {rF+ rN+ SInv}
375918 | Zig:20   | Identified the +1 mace of Katziriph {flame, *Rage rCorr
                  | Str+3 Dex+2}
376045 | Zig:21   | Entered Level 21 of a ziggurat
376851 | Zig:21   | Identified the +0 quarterstaff "Sopigrar" {drain, rElec rF-
                  | Str+3}
376864 | Zig:21   | Identified the ring "Doaraor" {rN+++ SInv Stlth-}
376866 | Zig:21   | Identified the +3 kite shield of Liberty {Dex+3}
376873 | Zig:21   | Identified the +2 rapier "Xoawyczisku" {freeze, Str+4
                  | Stlth+}
376890 | Zig:21   | Identified the staff of air "Qawnutil" {rElec rF+++ rN++
                  | rCorr Dex-4}
376900 | Zig:21   | Identified the staff of poison "Hiatod" {rPois Dex+4}
376911 | Zig:21   | Identified the +4 spear "Utsent" {venom, Int+6}
376912 | Zig:21   | Identified the +1 leather armour of Polytheism {Will++
                  | Regen+}
376916 | Zig:21   | Identified the staff of fire "Samox" {rPois rF+ Int+3}
376971 | Zig:22   | Entered Level 22 of a ziggurat
377028 | Zig:22   | Noticed Duanecs the pandemonium lord
377037 | Zig:22   | Killed Duanecs the pandemonium lord
377698 | Zig:22   | Identified the +8 whip of the Big Bang {venom, Str-4 Dex+2
                  | Stlth+}
377701 | Zig:22   | Identified the amulet of the Turtledove {*Corrode Will+++
                  | Regen+ MP+9 SInv}
377704 | Zig:22   | Identified the +0 great mace of a sewer {protect, rC+++
                  | Will+ Int-4 Stlth+}
377708 | Zig:22   | Identified the +9 morningstar of the Coin {freeze, rF+ rN+
                  | Str-4}
377715 | Zig:22   | Identified the ring "Isuskih" {rPois Will+ EV+5 Dex+2}
377716 | Zig:22   | Identified the staff of cold "Quost" {rElec rC+ rCorr
                  | Dex+2}
377719 | Zig:22   | Identified the +0 leather armour of the Shoals {Will+
                  | Slay+2}
377721 | Zig:22   | Identified the ring "Gaicren" {rPois rF+ rC- Str-4 SInv}
377723 | Zig:22   | Identified the amulet "Mumij" {rPois Regen+ Str+3}
377725 | Zig:22   | Identified the amulet of Oclem {Faith Str+4}
377732 | Zig:22   | Identified the +3 morningstar "Zeusm" {vamp, Str+3 Int+3}
377755 | Zig:22   | Identified the +8 glaive of Circular Logic {drain, rF+
                  | Will+ Int+4}
377760 | Zig:22   | Identified the ring "Natacw" {Drain rPois rF++ Dex+4}
377781 | Zig:22   | Identified the +5 morningstar of Trauma {heavy, Str+2}
377858 | Zig:23   | Entered Level 23 of a ziggurat
377943 | Zig:23   | Noticed a dread lich
377946 | Zig:23   | Killed a dread lich
378511 | Zig:23   | Identified the +8 spear "Demonspawn's Regret" {speed, Str+3
                  | Dex+2}
378532 | Zig:23   | Identified the staff of air "Otzio" {Contam rElec Will++
                  | Dex+2}
378533 | Zig:23   | Identified the +3 great sword of Soft Eternal Vigilance
                  | {freeze, MP+9 Int+5}
378536 | Zig:23   | Identified the +1 pair of boots of Hairiness {rF+ Regen+
                  | Str+4 Slay+2}
378549 | Zig:23   | Identified the +11 morningstar of Annihilation {flame,
                  | rElec rPois Str+5}
378550 | Zig:23   | Identified the +10 dagger of Umeymuuw {chaos, SInv}
378551 | Zig:23   | Identified the +2 plate armour of Jitenur {rF+}
378559 | Zig:23   | Identified the amulet "Tobrurio" {Faith Fragile rElec Str+8
                  | Int-4}
378571 | Zig:23   | Identified the +3 quarterstaff "Liuxen" {flame, *Rage *Slow
                  | rElec Dex+5}
378572 | Zig:23   | Identified the +10 spear of the Inviting Fool {protect, rF-
                  | Str+4}
378576 | Zig:23   | Identified the +6 eveningstar "Demonslayer" {vamp, rElec
                  | rCorr Int+4}
378577 | Zig:23   | Identified the +7 scimitar of Ciops {heavy, rF+}
378588 | Zig:23   | Identified the ring "Aculyfod" {Will- MP+9 AC+4 Str+4
                  | Dex+3}
378592 | Zig:23   | Identified the +2 robe of Springtime {Str+4}
378597 | Zig:23   | Identified the +6 scale mail of the Leaf {rF+ Str+3 Stlth+}
378836 | Zig:24   | Entered Level 24 of a ziggurat
379713 | Zig:24   | Identified the +7 chain mail of Impressiveness {MP+9 Dex+3}
379718 | Zig:24   | Identified the +1 spear of Moral Flaws {speed, Will+ MP+9}
379759 | Zig:24   | Identified the staff of conjuration "Coadwes" {rPois rF-
                  | Dex+5}
379771 | Zig:24   | Identified the +2 pair of boots "Donlent" {Str+2}
379790 | Zig:24   | Identified the +3 whip "Weridure" {heavy, rPois rF+}
379792 | Zig:24   | Identified the +0 robe of the Dropbear {Str+2 Dex-3 Stlth+
                  | Archmagi}
379794 | Zig:24   | Identified the staff of death "Yscheuchoi" {rC+ rN+ Will+
                  | Dex-4}
379810 | Zig:24   | Identified the +7 trident of Judgement {protect, *Slow
                  | +Blink Int+3 Dex+3 Stlth+}
379811 | Zig:24   | Identified the staff of death "Igogini" {rPois rC+++ rN+
                  | rCorr Dex-5}
379833 | Zig:24   | Identified the +5 demon trident "Gudeona" {pain, rElec}
379850 | Zig:24   | Identified the +0 kite shield "Korgheti" {rF+ rCorr Stlth+}
379851 | Zig:24   | Identified the +8 mace "Vasu" {heavy, *Corrode rC+ SInv}
379856 | Zig:24   | Identified the +1 morningstar "Filyciedd" {drain, Dex+4}
379859 | Zig:24   | Identified the +4 short sword of Defilement {flame, rPois}
379863 | Zig:24   | Identified the +10 demon whip of Tenacity {venom, rPois}
379865 | Zig:24   | Identified the +6 battleaxe of Zin {antimagic, rC+}
379866 | Zig:24   | Identified the +9 ring mail of Koapys {rN++}
379867 | Zig:24   | Identified the +2 triple crossbow "Giantslayer" {drain, rC+
                  | Dex+3}
379881 | Zig:24   | Identified the amulet of Qazlal's Wrath {Spirit Dex+6}
380019 | Zig:25   | Entered Level 25 of a ziggurat
380019 | Zig:25   | Noticed an ancient lich
380019 | Zig:25   | Noticed an ancient lich
380019 | Zig:25   | Noticed an ancient lich
380019 | Zig:25   | Noticed an ancient lich
380019 | Zig:25   | Noticed an ancient lich
380020 | Zig:25   | Killed an ancient lich
380020 | Zig:25   | Killed an ancient lich
380020 | Zig:25   | Killed an ancient lich
380021 | Zig:25   | Killed an ancient lich
380022 | Zig:25   | Killed an ancient lich
380022 | Zig:25   | Noticed an ancient lich
380027 | Zig:25   | Noticed an ancient lich
380028 | Zig:25   | Killed an ancient lich
380030 | Zig:25   | Killed an ancient lich
380035 | Zig:25   | Noticed an ancient lich
380036 | Zig:25   | Killed an ancient lich
380036 | Zig:25   | Noticed an ancient lich
380036 | Zig:25   | Noticed an ancient lich
380037 | Zig:25   | Killed an ancient lich
380037 | Zig:25   | Killed an ancient lich
380038 | Zig:25   | Noticed an ancient lich
380038 | Zig:25   | Noticed an ancient lich
380038 | Zig:25   | Noticed an ancient lich
380038 | Zig:25   | Noticed an ancient lich
380039 | Zig:25   | Noticed an ancient lich
380039 | Zig:25   | Killed an ancient lich
380039 | Zig:25   | Killed an ancient lich
380039 | Zig:25   | Noticed an ancient lich
380041 | Zig:25   | Noticed an ancient lich
380041 | Zig:25   | Noticed an ancient lich
380042 | Zig:25   | Killed an ancient lich
380042 | Zig:25   | Killed an ancient lich
380043 | Zig:25   | Noticed an ancient lich
380043 | Zig:25   | Noticed an ancient lich
380044 | Zig:25   | Noticed an ancient lich
380044 | Zig:25   | Killed an ancient lich
380053 | Zig:25   | Noticed an ancient lich
380054 | Zig:25   | Killed an ancient lich
380058 | Zig:25   | Killed an ancient lich
380059 | Zig:25   | Killed an ancient lich
380059 | Zig:25   | Killed an ancient lich
380059 | Zig:25   | Killed an ancient lich
380062 | Zig:25   | Killed an ancient lich
380062 | Zig:25   | Killed an ancient lich
380064 | Zig:25   | Noticed an ancient lich
380064 | Zig:25   | Noticed an ancient lich
380065 | Zig:25   | Noticed an ancient lich
380066 | Zig:25   | Noticed an ancient lich
380066 | Zig:25   | Noticed an ancient lich
380068 | Zig:25   | Killed an ancient lich
380068 | Zig:25   | Killed an ancient lich
380068 | Zig:25   | Killed an ancient lich
380068 | Zig:25   | Killed an ancient lich
380069 | Zig:25   | Killed an ancient lich
380069 | Zig:25   | Noticed an ancient lich
380071 | Zig:25   | Noticed an ancient lich
380075 | Zig:25   | Noticed an ancient lich
380075 | Zig:25   | Noticed an ancient lich
380078 | Zig:25   | Noticed an ancient lich
380078 | Zig:25   | Killed an ancient lich
380078 | Zig:25   | Killed an ancient lich
380078 | Zig:25   | Killed an ancient lich
380078 | Zig:25   | Noticed an ancient lich
380079 | Zig:25   | Killed an ancient lich
380079 | Zig:25   | Killed an ancient lich
380079 | Zig:25   | Noticed an ancient lich
380080 | Zig:25   | Killed an ancient lich
380080 | Zig:25   | Noticed an ancient lich
380080 | Zig:25   | Noticed an ancient lich
380081 | Zig:25   | Noticed an ancient lich
380081 | Zig:25   | Killed an ancient lich
380081 | Zig:25   | Noticed an ancient lich
380082 | Zig:25   | Killed an ancient lich
380084 | Zig:25   | Noticed an ancient lich
380084 | Zig:25   | Killed an ancient lich
380084 | Zig:25   | Killed an ancient lich
380084 | Zig:25   | Noticed an ancient lich
380085 | Zig:25   | Killed an ancient lich
380085 | Zig:25   | Killed an ancient lich
380085 | Zig:25   | Killed an ancient lich
380086 | Zig:25   | Noticed an ancient lich
380089 | Zig:25   | Noticed an ancient lich
380091 | Zig:25   | Killed an ancient lich
380093 | Zig:25   | Noticed an ancient lich
380093 | Zig:25   | Killed an ancient lich
380103 | Zig:25   | Killed an ancient lich
381070 | Zig:25   | Identified the +1 morningstar "Gewuvuop" {flame, rPois rF+}
381080 | Zig:25   | Identified the staff of poison "Soeshan" {rElec rPois
                  | Str+4}
381083 | Zig:25   | Identified the ring of the Dull Rambutan {+Blink Dex+6}
381085 | Zig:25   | Identified the +5 spear of Havoc {antimagic, rN+ Will+}
381087 | Zig:25   | Identified the +5 mace of Tender Mercy {freeze, rPois rC+
                  | Stlth-}
381090 | Zig:25   | Identified the +9 quarterstaff of Qamahior {elec, rF+ rC+
                  | Dex+2}
381091 | Zig:25   | Identified the +0 scale mail of Gewih {Harm rCorr}
381095 | Zig:25   | Identified the +6 arbalest of Dissent {speed, rC+ Dex+3
                  | Stlth+}
381097 | Zig:25   | Identified the +9 great sword "Dyoclor" {freeze, rElec
                  | Str-2 Int+5}
381098 | Zig:25   | Identified the staff of cold "Cuenu" {rC+ Str+3}
381099 | Zig:25   | Identified the staff of air "Uwkoh" {rElec Dex+2}
381103 | Zig:25   | Identified the +2 great sword of Cysuwady {drain, rCorr
                  | MP-9 Dex+2}
381104 | Zig:25   | Identified the +10 arbalest of Wiul {heavy, Dex+2}
381127 | Zig:25   | Identified the +7 rapier of Prudence {heavy, rC+}
381129 | Zig:25   | Identified the +0 ring mail of Disappointment {rF- Int+4
                  | Slay+5}
381132 | Zig:25   | Identified the +4 chain mail of Daewyad {MP+9 Int+2}
381412 | Zig:26   | Entered Level 26 of a ziggurat
382211 | Zig:26   | Identified the +10 spear "Obrueciv" {flame, rCorr}
382215 | Zig:26   | Identified the staff of earth "Kaifowee" {Str+2}
382217 | Zig:26   | Identified the +4 halberd "Ezxum" {flame, Dex+6}
382218 | Zig:26   | Identified the +8 shortbow "Jujiufoe" {heavy, Str+3}
382221 | Zig:26   | Identified the staff of earth "Qaithaq" {rC+ rCorr Str+3}
382236 | Zig:26   | Identified the +6 war axe "Newtslayer" {heavy, rElec rF+}
382239 | Zig:26   | Identified the amulet "Boeddeu" {rPois rF- rC+ Regen+
                  | Str+3}
382323 | Zig:26   | Identified the +7 mace of the Bruised Cities {freeze, Str+2
                  | Stlth+}
382326 | Zig:26   | Identified the +0 pearl dragon scales of Geugulor {rN+
                  | Dex+3 Stlth+}
382333 | Zig:26   | Identified the +1 demon trident "Xetilu" {elec, rN+}
382336 | Zig:26   | Identified the +6 leather armour of Ujesonoo {rElec rF+
                  | Int+2}
382340 | Zig:26   | Identified the +6 quarterstaff "Xemyeb" {elec, rElec}
382341 | Zig:26   | Identified the +2 quick blade of Okawaru's Castigation
                  | {venom, Int+5}
382343 | Zig:26   | Identified the +8 falchion of Skirmishing {flame, Fly rN+
                  | Dex+4 Stlth-}
382344 | Zig:26   | Identified the staff of death "Jumoinot" {rC- rN+ Int+5
                  | Dex-2}
382349 | Zig:26   | Identified the +0 leather armour "Paheis" {rElec rF+ rN++
                  | Str+3}
382364 | Zig:26   | Identified the +4 dagger "Rupnug" {flame, Int+7}
382365 | Zig:26   | Identified the staff of earth "Miureick" {*Corrode rF+
                  | Str+2}
382367 | Zig:26   | Identified the ring "Exzel" {MP+9 Str+6}
382567 | Zig:27   | Entered Level 27 of a ziggurat
382571 | Zig:27   | Noticed a dread lich
382572 | Zig:27   | Noticed an ancient lich
382573 | Zig:27   | Noticed an ancient lich
382574 | Zig:27   | Killed a dread lich
382574 | Zig:27   | Killed an ancient lich
382575 | Zig:27   | Noticed a dread lich
382576 | Zig:27   | Killed an ancient lich
382578 | Zig:27   | Killed a dread lich
382579 | Zig:27   | Noticed a dread lich
382581 | Zig:27   | Noticed an ancient lich
382581 | Zig:27   | Noticed a dread lich
382581 | Zig:27   | Noticed an ancient lich
382584 | Zig:27   | Noticed a dread lich
382584 | Zig:27   | Noticed a dread lich
382586 | Zig:27   | Killed an ancient lich
382586 | Zig:27   | Killed a dread lich
382586 | Zig:27   | Killed a dread lich
382586 | Zig:27   | Killed a dread lich
382586 | Zig:27   | Noticed a dread lich
382587 | Zig:27   | Killed an ancient lich
382587 | Zig:27   | Killed a dread lich
382588 | Zig:27   | Noticed a dread lich
382589 | Zig:27   | Killed a dread lich
382589 | Zig:27   | Killed a dread lich
382589 | Zig:27   | Noticed an ancient lich
382589 | Zig:27   | Noticed a dread lich
382592 | Zig:27   | Noticed an ancient lich
382594 | Zig:27   | Noticed a dread lich
382594 | Zig:27   | Killed an ancient lich
382598 | Zig:27   | Noticed a dread lich
382599 | Zig:27   | Killed a dread lich
382599 | Zig:27   | Killed an ancient lich
382599 | Zig:27   | Killed a dread lich
382599 | Zig:27   | Killed a dread lich
382599 | Zig:27   | Noticed an ancient lich
382599 | Zig:27   | Noticed an ancient lich
382601 | Zig:27   | Noticed a dread lich
382602 | Zig:27   | Noticed a dread lich
382603 | Zig:27   | Killed an ancient lich
382604 | Zig:27   | Killed an ancient lich
382606 | Zig:27   | Noticed a dread lich
382606 | Zig:27   | Noticed a dread lich
382607 | Zig:27   | Killed a dread lich
382608 | Zig:27   | Noticed an ancient lich
382609 | Zig:27   | Killed a dread lich
382609 | Zig:27   | Killed a dread lich
382609 | Zig:27   | Killed an ancient lich
382610 | Zig:27   | Noticed an ancient lich
382611 | Zig:27   | Killed a dread lich
382613 | Zig:27   | Noticed a dread lich
382618 | Zig:27   | Killed a dread lich
382620 | Zig:27   | Killed an ancient lich
382622 | Zig:27   | Noticed a dread lich
382623 | Zig:27   | Noticed an ancient lich
382625 | Zig:27   | Killed a dread lich
382626 | Zig:27   | Killed an ancient lich
382627 | Zig:27   | Noticed an ancient lich
382627 | Zig:27   | Noticed a dread lich
382627 | Zig:27   | Noticed a dread lich
382630 | Zig:27   | Killed a dread lich
382630 | Zig:27   | Killed an ancient lich
382630 | Zig:27   | Killed a dread lich
382639 | Zig:27   | Noticed a dread lich
382642 | Zig:27   | Killed a dread lich
382642 | Zig:27   | Noticed a dread lich
382643 | Zig:27   | Noticed an ancient lich
382644 | Zig:27   | Noticed an ancient lich
382646 | Zig:27   | Killed an ancient lich
382650 | Zig:27   | Killed a dread lich
382658 | Zig:27   | Killed an ancient lich
383534 | Zig:27   | Identified the +6 scale mail of Unyfodut {rF++ rCorr Dex-4
                  | Slay+2}
383536 | Zig:27   | Identified the staff of cold "Hunnarghe" {*Slow rC+ rN+
                  | Stlth+}
383537 | Zig:27   | Identified the +2 war axe "Narycsamua" {protect, rElec rC-
                  | rCorr Int+3}
383544 | Zig:27   | Identified the +1 robe of Lixusm {-Cast +Inv rF+}
383547 | Zig:27   | Identified the staff of earth "Toenlem" {Stlth+}
383553 | Zig:27   | Identified the +7 morningstar "Etamnauk" {heavy, Fragile
                  | rElec Int+10}
383557 | Zig:27   | Identified the staff of air "Lobeb" {*Corrode +Blink rElec
                  | Dex+7}
383558 | Zig:27   | Identified the +4 lajatang "Tekloase" {flame, rC+}
383560 | Zig:27   | Identified the ring "Mezapuol" {Int+2 Dex+6}
383572 | Zig:27   | Identified the staff of fire "Linihof" {rF+ rN+}
383573 | Zig:27   | Identified the +1 quarterstaff "Ytuaph" {heavy, Drain rElec
                  | Will+ Dex+3}
383592 | Zig:27   | Identified the +7 dagger of Premature Burial {heavy, *Rage
                  | Str+3 Dex+3}
383631 | Zig:1    | Entered Level 1 of a ziggurat
383631 | Zig:1    | Noticed a dread lich
383631 | Zig:1    | Noticed a dread lich
383631 | Zig:1    | Noticed a dread lich
383631 | Zig:1    | Noticed a dread lich
383631 | Zig:1    | Noticed an ancient lich
383632 | Zig:1    | Killed a dread lich
383633 | Zig:1    | Killed an ancient lich
383633 | Zig:1    | Killed a dread lich
383634 | Zig:1    | Noticed a dread lich
383635 | Zig:1    | Killed a dread lich
383635 | Zig:1    | Killed a dread lich
383639 | Zig:1    | Killed a dread lich
383651 | Zig:2    | Entered Level 2 of a ziggurat
383651 | Zig:2    | Noticed a juggernaut
383651 | Zig:2    | Noticed a juggernaut
383651 | Zig:2    | Noticed a juggernaut
383651 | Zig:2    | Noticed a juggernaut
383651 | Zig:2    | Noticed a juggernaut
383651 | Zig:2    | Noticed a juggernaut
383651 | Zig:2    | Noticed a juggernaut
383651 | Zig:2    | Noticed a juggernaut
383652 | Zig:2    | Killed a juggernaut
383652 | Zig:2    | Killed a juggernaut
383652 | Zig:2    | Killed a juggernaut
383652 | Zig:2    | Killed a juggernaut
383652 | Zig:2    | Killed a juggernaut
383652 | Zig:2    | Killed a juggernaut
383652 | Zig:2    | Killed a juggernaut
383652 | Zig:2    | Killed a juggernaut
383655 | Zig:2    | Noticed a juggernaut
383669 | Zig:2    | Killed a juggernaut
383886 | Zig:3    | Entered Level 3 of a ziggurat
383886 | Zig:3    | Noticed a royal mummy
383886 | Zig:3    | Noticed a royal mummy
383886 | Zig:3    | Noticed a royal mummy
383886 | Zig:3    | Noticed a royal mummy
383887 | Zig:3    | Killed a royal mummy
383887 | Zig:3    | Killed a royal mummy
383887 | Zig:3    | Killed a royal mummy
383887 | Zig:3    | Killed a royal mummy
383888 | Zig:3    | Noticed a royal mummy
383891 | Zig:3    | Killed a royal mummy
383892 | Zig:3    | Noticed a royal mummy
383904 | Zig:3    | Killed a royal mummy
384145 | Zig:4    | Entered Level 4 of a ziggurat
384166 | Zig:5    | Entered Level 5 of a ziggurat
384193 | Zig:6    | Entered Level 6 of a ziggurat
384202 | Zig:6    | Noticed Kiytwac the pandemonium lord
384206 | Zig:6    | Killed Kiytwac the pandemonium lord
384543 | Zig:6    | Identified the +0 plate armour of the Devil's Team {Dex+2
                  | Slay+2}
384559 | Zig:6    | Identified the +4 falchion of the Candelabrum {pain, Drain
                  | rC+ rCorr Str+5}
384569 | Zig:7    | Entered Level 7 of a ziggurat
384569 | Zig:7    | Noticed an ancient lich
384569 | Zig:7    | Noticed an ancient lich
384570 | Zig:7    | Killed an ancient lich
384571 | Zig:7    | Noticed an ancient lich
384573 | Zig:7    | Killed an ancient lich
384573 | Zig:7    | Killed an ancient lich
384575 | Zig:7    | Noticed an ancient lich
384576 | Zig:7    | Noticed an ancient lich
384576 | Zig:7    | Noticed an ancient lich
384577 | Zig:7    | Noticed an ancient lich
384577 | Zig:7    | Noticed an ancient lich
384577 | Zig:7    | Noticed an ancient lich
384579 | Zig:7    | Killed an ancient lich
384579 | Zig:7    | Killed an ancient lich
384585 | Zig:7    | Killed an ancient lich
384585 | Zig:7    | Killed an ancient lich
384586 | Zig:7    | Killed an ancient lich
384589 | Zig:7    | Killed an ancient lich
384645 | Zig:7    | Identified the +1 plate armour of Nemelex Xobeh's Regard
                  | {rF+ rC+ Will+}
384656 | Zig:7    | Identified the staff of poison "Rafyir" {rPois rF- Int+6
                  | Dex-2 Stlth+}
384660 | Zig:7    | Identified the ring "Ysoul" {rC+ Int+5 Dex+3 SInv}
384833 | Zig:8    | Entered Level 8 of a ziggurat
384851 | Zig:9    | Entered Level 9 of a ziggurat
384851 | Zig:9    | Noticed a juggernaut
384851 | Zig:9    | Noticed a juggernaut
384851 | Zig:9    | Noticed a juggernaut
384851 | Zig:9    | Noticed a juggernaut
384851 | Zig:9    | Noticed a juggernaut
384851 | Zig:9    | Noticed a juggernaut
384852 | Zig:9    | Killed a juggernaut
384852 | Zig:9    | Killed a juggernaut
384852 | Zig:9    | Killed a juggernaut
384852 | Zig:9    | Killed a juggernaut
384852 | Zig:9    | Killed a juggernaut
384852 | Zig:9    | Noticed a juggernaut
384855 | Zig:9    | Noticed a juggernaut
384855 | Zig:9    | Killed a juggernaut
384856 | Zig:9    | Noticed a juggernaut
384856 | Zig:9    | Noticed a juggernaut
384857 | Zig:9    | Noticed a juggernaut
384859 | Zig:9    | Noticed a juggernaut
384859 | Zig:9    | Killed a juggernaut
384860 | Zig:9    | Noticed a juggernaut
384872 | Zig:9    | Killed a juggernaut
384872 | Zig:9    | Killed a juggernaut
384875 | Zig:9    | Identified the +1 dagger of Rubbish {antimagic, Drain Str+8
                  | Int-2}
384875 | Zig:9    | Killed a juggernaut
384875 | Zig:9    | Killed a juggernaut
384876 | Zig:9    | Killed a juggernaut
384876 | Zig:9    | Killed a juggernaut
384878 | Zig:10   | Entered Level 10 of a ziggurat
385107 | Zig:10   | Identified the staff of death "Dozoc" {rF+ rN+ Will+}
385164 | Zig:10   | Identified the amulet "Xubb" {Faith Rampage rPois Dex-3
                  | Slay-6}
385173 | Zig:10   | Identified the +2 arbalest of Ambiguity {flame, Drain rN+
                  | SInv}
385200 | Zig:11   | Entered Level 11 of a ziggurat
385215 | Zig:11   | Identified the amulet "Ylaggyep" {Acrobat Str+4}
385224 | Zig:11   | Identified the +8 quarterstaff of Crystal {heavy, rCorr
                  | Dex-3 Stlth+}
385228 | Zig:11   | Identified the amulet "Rixzysog" {rPois Regen+ Stlth+}
385231 | Zig:12   | Entered Level 12 of a ziggurat
385243 | Zig:12   | Paralysed by an air elemental for 1 turns
385668 | Zig:12   | Identified the +0 scale mail "Ozywk" {Harm Dex+2}
385689 | Zig:12   | Identified the +0 chain mail of Wull {rN+}
385720 | Zig:13   | Entered Level 13 of a ziggurat
385720 | Zig:13   | Noticed a juggernaut
385720 | Zig:13   | Noticed a juggernaut
385720 | Zig:13   | Noticed a juggernaut
385720 | Zig:13   | Noticed a juggernaut
385720 | Zig:13   | Noticed a juggernaut
385721 | Zig:13   | Killed a juggernaut
385721 | Zig:13   | Killed a juggernaut
385721 | Zig:13   | Killed a juggernaut
385722 | Zig:13   | Noticed a juggernaut
385723 | Zig:13   | Noticed a juggernaut
385723 | Zig:13   | Noticed a juggernaut
385723 | Zig:13   | Noticed a juggernaut
385724 | Zig:13   | Killed a juggernaut
385724 | Zig:13   | Noticed a juggernaut
385725 | Zig:13   | Noticed a juggernaut
385725 | Zig:13   | Noticed a juggernaut
385726 | Zig:13   | Noticed a juggernaut
385726 | Zig:13   | Noticed a juggernaut
385726 | Zig:13   | Noticed a juggernaut
385726 | Zig:13   | Killed a juggernaut
385727 | Zig:13   | Killed a juggernaut
385728 | Zig:13   | Noticed a juggernaut
385729 | Zig:13   | Noticed a juggernaut
385731 | Zig:13   | Killed a juggernaut
385732 | Zig:13   | Killed a juggernaut
385744 | Zig:13   | Identified the +5 shortbow of Hubris {drain, Will+ Int+4}
385747 | Zig:14   | Entered Level 14 of a ziggurat
385747 | Zig:14   | Noticed a juggernaut
385747 | Zig:14   | Noticed a juggernaut
385747 | Zig:14   | Noticed a juggernaut
385747 | Zig:14   | Noticed a juggernaut
385747 | Zig:14   | Noticed a juggernaut
385747 | Zig:14   | Noticed a juggernaut
385748 | Zig:14   | Killed a juggernaut
385748 | Zig:14   | Killed a juggernaut
385748 | Zig:14   | Killed a juggernaut
385748 | Zig:14   | Killed a juggernaut
385749 | Zig:14   | Noticed a juggernaut
385749 | Zig:14   | Noticed a juggernaut
385749 | Zig:14   | Noticed a juggernaut
385751 | Zig:14   | Noticed a juggernaut
385751 | Zig:14   | Noticed a juggernaut
385752 | Zig:14   | Noticed a juggernaut
385752 | Zig:14   | Noticed a juggernaut
385752 | Zig:14   | Killed a juggernaut
385753 | Zig:14   | Noticed a juggernaut
385753 | Zig:14   | Killed a juggernaut
385754 | Zig:14   | Noticed a juggernaut
385754 | Zig:14   | Noticed a juggernaut
385755 | Zig:14   | Noticed a juggernaut
385756 | Zig:14   | Noticed a juggernaut
385756 | Zig:14   | Killed a juggernaut
385756 | Zig:14   | Killed a juggernaut
385756 | Zig:14   | Killed a juggernaut
385757 | Zig:14   | Noticed a juggernaut
385757 | Zig:14   | Noticed a juggernaut
385757 | Zig:14   | Killed a juggernaut
385757 | Zig:14   | Killed a juggernaut
385765 | Zig:14   | Killed a juggernaut
385766 | Zig:14   | Killed a juggernaut
385766 | Zig:14   | Killed a juggernaut
385766 | Zig:14   | Killed a juggernaut
385766 | Zig:14   | Killed a juggernaut
385766 | Zig:14   | Killed a juggernaut
385768 | Zig:14   | Killed a juggernaut
385769 | Zig:14   | Killed a juggernaut
385770 | Zig:14   | Killed a juggernaut
385776 | Zig:14   | Identified the ring "Archuitz" {*Corrode rN++ AC+4}
385786 | Zig:15   | Entered Level 15 of a ziggurat
385923 | Zig:15   | Identified the staff of earth "Jidwon" {rPois Dex+4}
385933 | Zig:15   | Identified the staff of cold "Afyfodil" {rC+ Dex+4}
385986 | Zig:15   | Identified the +8 chain mail of Cheibriados's Outrage {rN+
                  | Will+ Dex-4}
385987 | Zig:15   | Identified the +5 hand axe "Raiton" {venom, Str+3 Int-4
                  | Dex+3}
385989 | Zig:15   | Identified the staff of death "Opotobip" {Drain rF+ rN+
                  | rCorr}
385998 | Zig:15   | Identified the staff of fire "Duikimest" {rF+ Int+3}
386009 | Zig:15   | Identified the +1 spear of Imiymm {antimagic, rN+}
386254 | Zig:15   | Identified the ring "Zelumooj" {rElec rC+ Str+6 Dex+2}
386267 | Zig:16   | Entered Level 16 of a ziggurat
386267 | Zig:16   | Noticed an orb of fire
386267 | Zig:16   | Noticed an orb of fire
386267 | Zig:16   | Noticed an orb of fire
386267 | Zig:16   | Noticed an orb of fire
386267 | Zig:16   | Noticed an orb of fire
386267 | Zig:16   | Noticed an orb of fire
386267 | Zig:16   | Noticed an orb of fire
386267 | Zig:16   | Noticed an orb of fire
386267 | Zig:16   | Noticed an orb of fire
386267 | Zig:16   | Noticed an orb of fire
386267 | Zig:16   | Noticed an orb of fire
386267 | Zig:16   | Noticed an orb of fire
386267 | Zig:16   | Noticed an orb of fire
386267 | Zig:16   | Noticed an orb of fire
386267 | Zig:16   | Noticed an orb of fire
386267 | Zig:16   | Noticed an orb of fire
386267 | Zig:16   | Noticed an orb of fire
386270 | Zig:16   | Killed an orb of fire
386270 | Zig:16   | Noticed an orb of fire
386271 | Zig:16   | Killed an orb of fire
386271 | Zig:16   | Killed an orb of fire
386271 | Zig:16   | Killed an orb of fire
386271 | Zig:16   | Killed an orb of fire
386271 | Zig:16   | Noticed an orb of fire
386271 | Zig:16   | Noticed an orb of fire
386271 | Zig:16   | Noticed an orb of fire
386271 | Zig:16   | Noticed an orb of fire
386272 | Zig:16   | Killed an orb of fire
386272 | Zig:16   | Killed an orb of fire
386272 | Zig:16   | Killed an orb of fire
386272 | Zig:16   | Killed an orb of fire
386272 | Zig:16   | Noticed an orb of fire
386272 | Zig:16   | Noticed an orb of fire
386273 | Zig:16   | Killed an orb of fire
386273 | Zig:16   | Killed an orb of fire
386273 | Zig:16   | Killed an orb of fire
386273 | Zig:16   | Killed an orb of fire
386273 | Zig:16   | Killed an orb of fire
386273 | Zig:16   | Killed an orb of fire
386273 | Zig:16   | Killed an orb of fire
386273 | Zig:16   | Killed an orb of fire
386273 | Zig:16   | Noticed an orb of fire
386273 | Zig:16   | Noticed an orb of fire
386274 | Zig:16   | Noticed an orb of fire
386274 | Zig:16   | Killed an orb of fire
386275 | Zig:16   | Killed an orb of fire
386275 | Zig:16   | Killed an orb of fire
386276 | Zig:16   | Killed an orb of fire
386276 | Zig:16   | Killed an orb of fire
386276 | Zig:16   | Killed an orb of fire
386276 | Zig:16   | Killed an orb of fire
386276 | Zig:16   | Noticed an orb of fire
386276 | Zig:16   | Noticed an orb of fire
386277 | Zig:16   | Killed an orb of fire
386277 | Zig:16   | Killed an orb of fire
386278 | Zig:16   | Noticed an orb of fire
386278 | Zig:16   | Killed an orb of fire
386278 | Zig:16   | Noticed an orb of fire
386279 | Zig:16   | Killed an orb of fire
386281 | Zig:16   | Noticed an orb of fire
386281 | Zig:16   | Noticed an orb of fire
386281 | Zig:16   | Noticed an orb of fire
386282 | Zig:16   | Noticed an orb of fire
386282 | Zig:16   | Noticed an orb of fire
386282 | Zig:16   | Noticed an orb of fire
386283 | Zig:16   | Noticed an orb of fire
386283 | Zig:16   | Noticed an orb of fire
386284 | Zig:16   | Killed an orb of fire
386284 | Zig:16   | Noticed an orb of fire
386284 | Zig:16   | Noticed an orb of fire
386285 | Zig:16   | Killed an orb of fire
386285 | Zig:16   | Killed an orb of fire
386285 | Zig:16   | Noticed an orb of fire
386285 | Zig:16   | Noticed an orb of fire
386285 | Zig:16   | Noticed an orb of fire
386287 | Zig:16   | Killed an orb of fire
386289 | Zig:16   | Killed an orb of fire
386289 | Zig:16   | Killed an orb of fire
386289 | Zig:16   | Killed an orb of fire
386290 | Zig:16   | Killed an orb of fire
386290 | Zig:16   | Killed an orb of fire
386290 | Zig:16   | Killed an orb of fire
386290 | Zig:16   | Killed an orb of fire
386290 | Zig:16   | Noticed an orb of fire
386291 | Zig:16   | Killed an orb of fire
386291 | Zig:16   | Killed an orb of fire
386291 | Zig:16   | Killed an orb of fire
386291 | Zig:16   | Noticed an orb of fire
386291 | Zig:16   | Noticed an orb of fire
386292 | Zig:16   | Noticed an orb of fire
386293 | Zig:16   | Killed an orb of fire
386293 | Zig:16   | Killed an orb of fire
386294 | Zig:16   | Noticed an orb of fire
386294 | Zig:16   | Killed an orb of fire
386295 | Zig:16   | Noticed an orb of fire
386303 | Zig:16   | Noticed an orb of fire
386304 | Zig:16   | Killed an orb of fire
386304 | Zig:16   | Killed an orb of fire
386305 | Zig:16   | Killed an orb of fire
386307 | Zig:16   | Killed an orb of fire
386308 | Zig:16   | Killed an orb of fire
386309 | Zig:16   | Killed an orb of fire
386707 | Zig:16   | Identified the +1 scale mail of Protective Custody {Rampage
                  | rN+ Str+5 Int-2}
386725 | Zig:16   | Identified the +1 flail of War {drain, MP+9 SInv}
386734 | Zig:16   | Identified the +7 glaive of the Lurker {flame, rF+}
386738 | Zig:16   | Identified the ring "Veogur" {rElec Will+ rCorr SInv}
386745 | Zig:16   | Identified the +3 long sword "Qeuddece" {freeze, *Noise
                  | rElec Will+++ rCorr}
386758 | Zig:16   | Identified the +0 plate armour of Spite {MP+9 Int-4 Dex+5
                  | Slay+3}
386759 | Zig:16   | Identified the amulet "Duqom" {RegenMP rElec Slay+2}
386761 | Zig:16   | Identified the +8 scimitar "Tanihieg" {heavy, Str+2 Dex+2}
386763 | Zig:16   | Identified the ring "Hoyzxiad" {Ice Str+3 Int+2}
386764 | Zig:16   | Identified the ring of Thoughtfulness {rF+ rC+ rCorr Str-5
                  | Stlth+}
386770 | Zig:16   | Identified the +7 falchion of Linearity {flame, rCorr
                  | Str+7}
386771 | Zig:16   | Identified the +3 flail "Uduriabo" {protect, rPois rC-
                  | Str+2 Int+3}
386772 | Zig:16   | Identified the +3 ring mail of Peddyit Roap {Dex+2 Stlth+}
386825 | Zig:17   | Entered Level 17 of a ziggurat
386825 | Zig:17   | Noticed a royal mummy
386825 | Zig:17   | Noticed a royal mummy
386825 | Zig:17   | Noticed a royal mummy
386825 | Zig:17   | Noticed a royal mummy
386825 | Zig:17   | Noticed a royal mummy
386825 | Zig:17   | Noticed a royal mummy
386825 | Zig:17   | Noticed a royal mummy
386825 | Zig:17   | Noticed a royal mummy
386825 | Zig:17   | Noticed a royal mummy
386825 | Zig:17   | Noticed a royal mummy
386825 | Zig:17   | Noticed a royal mummy
386825 | Zig:17   | Noticed a royal mummy
386826 | Zig:17   | Killed a royal mummy
386826 | Zig:17   | Killed a royal mummy
386826 | Zig:17   | Killed a royal mummy
386826 | Zig:17   | Killed a royal mummy
386826 | Zig:17   | Killed a royal mummy
386826 | Zig:17   | Killed a royal mummy
386826 | Zig:17   | Killed a royal mummy
386826 | Zig:17   | Killed a royal mummy
386826 | Zig:17   | Killed a royal mummy
386826 | Zig:17   | Killed a royal mummy
386826 | Zig:17   | Killed a royal mummy
386827 | Zig:17   | Noticed a royal mummy
386829 | Zig:17   | Noticed a royal mummy
386830 | Zig:17   | Killed a royal mummy
386831 | Zig:17   | Noticed a royal mummy
386831 | Zig:17   | Noticed a royal mummy
386831 | Zig:17   | Noticed a royal mummy
386832 | Zig:17   | Noticed a royal mummy
386832 | Zig:17   | Noticed a royal mummy
386833 | Zig:17   | Killed a royal mummy
386834 | Zig:17   | Noticed a royal mummy
386836 | Zig:17   | Killed a royal mummy
386836 | Zig:17   | Killed a royal mummy
386836 | Zig:17   | Killed a royal mummy
386836 | Zig:17   | Killed a royal mummy
386837 | Zig:17   | Noticed a royal mummy
386837 | Zig:17   | Noticed a royal mummy
386839 | Zig:17   | Killed a royal mummy
386839 | Zig:17   | Killed a royal mummy
386839 | Zig:17   | Killed a royal mummy
386841 | Zig:17   | Noticed a royal mummy
386842 | Zig:17   | Noticed a royal mummy
386843 | Zig:17   | Killed a royal mummy
386843 | Zig:17   | Killed a royal mummy
386844 | Zig:17   | Noticed a royal mummy
386845 | Zig:17   | Noticed a royal mummy
386845 | Zig:17   | Noticed a royal mummy
386845 | Zig:17   | Noticed a royal mummy
386845 | Zig:17   | Noticed a royal mummy
386846 | Zig:17   | Killed a royal mummy
386846 | Zig:17   | Killed a royal mummy
386846 | Zig:17   | Killed a royal mummy
386846 | Zig:17   | Killed a royal mummy
386846 | Zig:17   | Noticed a royal mummy
386847 | Zig:17   | Noticed a royal mummy
386847 | Zig:17   | Noticed a royal mummy
386851 | Zig:17   | Killed a royal mummy
386851 | Zig:17   | Killed a royal mummy
386851 | Zig:17   | Killed a royal mummy
386851 | Zig:17   | Killed a royal mummy
386851 | Zig:17   | Noticed a royal mummy
386857 | Zig:17   | Killed a royal mummy
386857 | Zig:17   | Killed a royal mummy
386857 | Zig:17   | Killed a royal mummy
386859 | Zig:17   | Noticed a royal mummy
386861 | Zig:17   | Noticed a royal mummy
386862 | Zig:17   | Noticed a royal mummy
386862 | Zig:17   | Noticed a royal mummy
386863 | Zig:17   | Noticed a royal mummy
386868 | Zig:17   | Killed a royal mummy
386868 | Zig:17   | Killed a royal mummy
386868 | Zig:17   | Killed a royal mummy
386869 | Zig:17   | Killed a royal mummy
386869 | Zig:17   | Killed a royal mummy
386925 | Zig:17   | Identified the +0 shortbow "Oso Hootz" {heavy, rElec}
386939 | Zig:17   | Identified the amulet "Urekiese" {Spirit rElec rPois rCorr
                  | Dex-3}
386940 | Zig:17   | Identified the ring "Ibrepucu" {Str+6 Stlth+}
387006 | Zig:17   | Identified the +1 ring mail "Yseqyti" {Int+2}
387008 | Zig:17   | Identified the ring "Cuyrphoc" {Fly rPois rF+}
387278 | Zig:18   | Entered Level 18 of a ziggurat
387278 | Zig:18   | Noticed an ancient lich
387278 | Zig:18   | Noticed an ancient lich
387278 | Zig:18   | Noticed an ancient lich
387278 | Zig:18   | Noticed an ancient lich
387278 | Zig:18   | Noticed an ancient lich
387278 | Zig:18   | Noticed an ancient lich
387278 | Zig:18   | Noticed a dread lich
387278 | Zig:18   | Noticed an ancient lich
387279 | Zig:18   | Killed a dread lich
387279 | Zig:18   | Killed an ancient lich
387279 | Zig:18   | Killed an ancient lich
387279 | Zig:18   | Killed an ancient lich
387280 | Zig:18   | Killed an ancient lich
387280 | Zig:18   | Killed an ancient lich
387280 | Zig:18   | Killed an ancient lich
387280 | Zig:18   | Noticed an ancient lich
387280 | Zig:18   | Noticed a dread lich
387281 | Zig:18   | Killed an ancient lich
387283 | Zig:18   | Noticed a dread lich
387285 | Zig:18   | Noticed a dread lich
387285 | Zig:18   | Noticed an ancient lich
387285 | Zig:18   | Noticed a dread lich
387285 | Zig:18   | Noticed a dread lich
387286 | Zig:18   | Killed a dread lich
387286 | Zig:18   | Noticed a dread lich
387287 | Zig:18   | Noticed a dread lich
387287 | Zig:18   | Killed a dread lich
387287 | Zig:18   | Killed an ancient lich
387287 | Zig:18   | Killed a dread lich
387287 | Zig:18   | Killed an ancient lich
387287 | Zig:18   | Killed a dread lich
387288 | Zig:18   | Noticed a dread lich
387288 | Zig:18   | Noticed a dread lich
387288 | Zig:18   | Noticed an ancient lich
387289 | Zig:18   | Noticed a dread lich
387289 | Zig:18   | Noticed an ancient lich
387289 | Zig:18   | Noticed a dread lich
387289 | Zig:18   | Killed a dread lich
387290 | Zig:18   | Noticed an ancient lich
387291 | Zig:18   | Killed an ancient lich
387291 | Zig:18   | Killed a dread lich
387291 | Zig:18   | Killed a dread lich
387291 | Zig:18   | Killed a dread lich
387292 | Zig:18   | Killed a dread lich
387292 | Zig:18   | Noticed a dread lich
387293 | Zig:18   | Noticed an ancient lich
387295 | Zig:18   | Killed a dread lich
387295 | Zig:18   | Killed a dread lich
387295 | Zig:18   | Killed a dread lich
387295 | Zig:18   | Killed an ancient lich
387295 | Zig:18   | Killed an ancient lich
387295 | Zig:18   | Noticed a dread lich
387296 | Zig:18   | Killed an ancient lich
387297 | Zig:18   | Noticed a dread lich
387297 | Zig:18   | Noticed a dread lich
387297 | Zig:18   | Noticed a dread lich
387298 | Zig:18   | Killed a dread lich
387298 | Zig:18   | Killed a dread lich
387298 | Zig:18   | Killed a dread lich
387298 | Zig:18   | Killed a dread lich
387298 | Zig:18   | Noticed a dread lich
387302 | Zig:18   | Noticed a dread lich
387309 | Zig:18   | Killed a dread lich
387313 | Zig:18   | Killed a dread lich
387769 | Zig:18   | Identified the +5 buckler of Elyvilon's Fury {+Blink rN+
                  | Stlth+}
387770 | Zig:18   | Identified the +3 robe of Kyggel {+Inv}
387776 | Zig:18   | Identified the +4 chain mail of Iwoed {rC+}
387778 | Zig:18   | Identified the +1 pair of gloves "Doikhag" {rC++ Will+}
387794 | Zig:18   | Identified the +6 flail of the Whelk {pain, rF+ rN+}
387800 | Zig:18   | Identified the ring of Ephemeral Luck {Dex+6 Stlth+}
387850 | Zig:18   | Identified the staff of conjuration "Tunyacer" {Int+5}
387888 | Zig:19   | Entered Level 19 of a ziggurat
387915 | Zig:19   | Identified the +9 flail of Ummourom {venom, rC- Str+3
                  | Int+5}
387923 | Zig:20   | Entered Level 20 of a ziggurat
387923 | Zig:20   | Noticed an ancient lich
387926 | Zig:20   | Killed an ancient lich
387932 | Zig:20   | Noticed a dread lich
387933 | Zig:20   | Killed a dread lich
387947 | Zig:20   | Noticed an ancient lich
387952 | Zig:20   | Killed an ancient lich
387953 | Zig:20   | Noticed an ancient lich
387958 | Zig:20   | Killed an ancient lich
388435 | Zig:20   | Identified the +0 chain mail "Cuokk" {rC++}
388457 | Zig:21   | Entered Level 21 of a ziggurat
388659 | Zig:21   | Identified the +1 robe "Jop Duu" {Drain Int+7 Dex+3}
388661 | Zig:21   | Identified the staff of fire "Fiphudasch" {rF+ Int+3 SInv}
388662 | Zig:21   | Identified the +7 rapier of Earthquakes {heavy, rElec rF+
                  | rN+ Str+3}
388671 | Zig:21   | Identified the ring "Puic" {rC+ rN+ Dex+3}
388680 | Zig:21   | Identified the staff of poison "Gihec" {rElec rPois MP-9
                  | Int+4 Dex+3}
388688 | Zig:21   | Identified the +4 arbalest of the Tired Stars {flame,
                  | Int+3}
388692 | Zig:21   | Identified the ring "Wosen" {rPois Will+ Str-4 Int+2}
388705 | Zig:21   | Identified the +3 mace of Bread {flame, rPois rC- rCorr
                  | SInv}
388713 | Zig:21   | Identified the +8 shortbow "Rofaj" {drain, Contam rPois rC-
                  | Int+6}
388730 | Zig:21   | Identified the +5 long sword of the Philosopher {freeze,
                  | *Rage Str+8 Dex+4}
388732 | Zig:21   | Identified the staff of air "Lerem" {rElec rC+ Str+6 Dex-4}
388734 | Zig:21   | Identified the staff of earth "Gaocwiw" {Will+ Dex+3}
388738 | Zig:21   | Identified the +1 leather armour "Lalin" {Will- Dex+5}
388741 | Zig:21   | Identified the +1 chain mail of Hospitality {rF+ Regen+}
388764 | Zig:21   | Identified the staff of cold "Socy" {rF+ rC+ rN+ rCorr
                  | MP-9}
388779 | Zig:21   | Identified the +1 robe of Grace {rElec rF+ MP+9}
388786 | Zig:21   | Identified the +2 plate armour of the Elven Halls {rC+
                  | Slay+3}
389189 | Zig:22   | Entered Level 22 of a ziggurat
389189 | Zig:22   | Noticed a juggernaut
389189 | Zig:22   | Noticed a juggernaut
389189 | Zig:22   | Noticed a juggernaut
389189 | Zig:22   | Noticed a juggernaut
389189 | Zig:22   | Noticed a juggernaut
389189 | Zig:22   | Noticed a juggernaut
389189 | Zig:22   | Noticed a juggernaut
389189 | Zig:22   | Noticed a juggernaut
389189 | Zig:22   | Noticed a juggernaut
389189 | Zig:22   | Noticed a juggernaut
389189 | Zig:22   | Noticed a juggernaut
389190 | Zig:22   | Killed a juggernaut
389190 | Zig:22   | Killed a juggernaut
389190 | Zig:22   | Killed a juggernaut
389190 | Zig:22   | Killed a juggernaut
389190 | Zig:22   | Killed a juggernaut
389190 | Zig:22   | Killed a juggernaut
389190 | Zig:22   | Killed a juggernaut
389190 | Zig:22   | Killed a juggernaut
389191 | Zig:22   | Killed a juggernaut
389191 | Zig:22   | Killed a juggernaut
389191 | Zig:22   | Killed a juggernaut
389193 | Zig:22   | Noticed a juggernaut
389193 | Zig:22   | Noticed a juggernaut
389193 | Zig:22   | Noticed a juggernaut
389193 | Zig:22   | Noticed a juggernaut
389194 | Zig:22   | Noticed a juggernaut
389194 | Zig:22   | Noticed a juggernaut
389195 | Zig:22   | Noticed a juggernaut
389195 | Zig:22   | Noticed a juggernaut
389196 | Zig:22   | Noticed a juggernaut
389196 | Zig:22   | Noticed a juggernaut
389196 | Zig:22   | Noticed a juggernaut
389196 | Zig:22   | Killed a juggernaut
389197 | Zig:22   | Noticed a juggernaut
389197 | Zig:22   | Noticed a juggernaut
389197 | Zig:22   | Noticed a juggernaut
389197 | Zig:22   | Noticed a juggernaut
389197 | Zig:22   | Noticed a juggernaut
389197 | Zig:22   | Noticed a juggernaut
389197 | Zig:22   | Noticed a juggernaut
389198 | Zig:22   | Killed a juggernaut
389198 | Zig:22   | Killed a juggernaut
389198 | Zig:22   | Killed a juggernaut
389198 | Zig:22   | Killed a juggernaut
389198 | Zig:22   | Killed a juggernaut
389198 | Zig:22   | Killed a juggernaut
389198 | Zig:22   | Killed a juggernaut
389198 | Zig:22   | Killed a juggernaut
389198 | Zig:22   | Killed a juggernaut
389198 | Zig:22   | Noticed a juggernaut
389199 | Zig:22   | Noticed a juggernaut
389199 | Zig:22   | Killed a juggernaut
389200 | Zig:22   | Killed a juggernaut
389200 | Zig:22   | Killed a juggernaut
389200 | Zig:22   | Killed a juggernaut
389200 | Zig:22   | Killed a juggernaut
389200 | Zig:22   | Killed a juggernaut
389201 | Zig:22   | Noticed a juggernaut
389201 | Zig:22   | Noticed a juggernaut
389201 | Zig:22   | Noticed a juggernaut
389201 | Zig:22   | Noticed a juggernaut
389201 | Zig:22   | Noticed a juggernaut
389201 | Zig:22   | Noticed a juggernaut
389202 | Zig:22   | Noticed a juggernaut
389202 | Zig:22   | Noticed a juggernaut
389203 | Zig:22   | Killed a juggernaut
389203 | Zig:22   | Killed a juggernaut
389203 | Zig:22   | Killed a juggernaut
389203 | Zig:22   | Killed a juggernaut
389203 | Zig:22   | Killed a juggernaut
389203 | Zig:22   | Killed a juggernaut
389203 | Zig:22   | Killed a juggernaut
389203 | Zig:22   | Killed a juggernaut
389204 | Zig:22   | Killed a juggernaut
389205 | Zig:22   | Noticed a juggernaut
389205 | Zig:22   | Killed a juggernaut
389205 | Zig:22   | Killed a juggernaut
389205 | Zig:22   | Killed a juggernaut
389205 | Zig:22   | Noticed a juggernaut
389205 | Zig:22   | Noticed a juggernaut
389205 | Zig:22   | Noticed a juggernaut
389207 | Zig:22   | Noticed a juggernaut
389207 | Zig:22   | Noticed a juggernaut
389208 | Zig:22   | Noticed a juggernaut
389210 | Zig:22   | Noticed a juggernaut
389211 | Zig:22   | Noticed a juggernaut
389212 | Zig:22   | Killed a juggernaut
389213 | Zig:22   | Killed a juggernaut
389213 | Zig:22   | Killed a juggernaut
389213 | Zig:22   | Killed a juggernaut
389213 | Zig:22   | Killed a juggernaut
389213 | Zig:22   | Killed a juggernaut
389213 | Zig:22   | Killed a juggernaut
389213 | Zig:22   | Killed a juggernaut
389215 | Zig:22   | Noticed a juggernaut
389217 | Zig:22   | Killed a juggernaut
389219 | Zig:22   | Killed a juggernaut
389738 | Zig:22   | Identified the amulet "Pupudusaucw" {Spirit Rampage Str+4
                  | Dex+4}
389746 | Zig:22   | Identified the +0 scale mail of Vetui {SInv}
389768 | Zig:22   | Identified the +5 long sword of Ru's Supremacy {spect, rC+
                  | MP+9}
389821 | Zig:22   | Identified the +10 morningstar "Ciniul" {vamp, Str+4
                  | Stlth+}
389828 | Zig:22   | Identified the +5 dagger of the Pit {freeze, rC+}
389839 | Zig:22   | Identified the +4 scale mail of the Lobster {rF++}
389840 | Zig:22   | Identified the ring "Gor Agoc" {rPois rF- rC++ rN+++ Int+6}
389847 | Zig:22   | Identified the +9 quarterstaff of Conscience {freeze, rElec
                  | Stlth+}
389857 | Zig:22   | Identified the amulet "Xiheawub" {Regen+ Str+6}
389858 | Zig:22   | Identified the ring "Neahil" {rPois rF- rN++ Dex+4 Stlth+}
389862 | Zig:22   | Identified the ring "Inorch" {rF+ Will+ Str+6}
389875 | Zig:22   | Identified the +4 halberd "Yloidd" {pain, *Rage rPois Will+
                  | Dex+3}
389879 | Zig:22   | Identified the +0 chain mail of Hepliaklqana's Delight
                  | {Will+}
389884 | Zig:22   | Identified the +1 morningstar "Ruxtun" {flame, rPois}
389946 | Zig:23   | Entered Level 23 of a ziggurat
389979 | Zig:23   | Identified the ring "Boinyu" {rC++ Int+6 Dex+2}
389985 | Zig:24   | Entered Level 24 of a ziggurat
389985 | Zig:24   | Noticed a dread lich
389985 | Zig:24   | Noticed an ancient lich
389985 | Zig:24   | Noticed an ancient lich
389985 | Zig:24   | Noticed a dread lich
389985 | Zig:24   | Noticed a dread lich
389985 | Zig:24   | Noticed an ancient lich
389985 | Zig:24   | Noticed a dread lich
389985 | Zig:24   | Noticed an ancient lich
389985 | Zig:24   | Noticed an ancient lich
389985 | Zig:24   | Noticed an ancient lich
389985 | Zig:24   | Noticed an ancient lich
389985 | Zig:24   | Noticed a dread lich
389985 | Zig:24   | Noticed a dread lich
389986 | Zig:24   | Killed an ancient lich
389986 | Zig:24   | Killed an ancient lich
389986 | Zig:24   | Killed a dread lich
389986 | Zig:24   | Killed an ancient lich
389986 | Zig:24   | Killed an ancient lich
389986 | Zig:24   | Killed an ancient lich
389986 | Zig:24   | Killed a dread lich
389987 | Zig:24   | Noticed a dread lich
389987 | Zig:24   | Noticed a dread lich
389988 | Zig:24   | Killed a dread lich
389988 | Zig:24   | Killed an ancient lich
389988 | Zig:24   | Killed an ancient lich
389988 | Zig:24   | Killed a dread lich
389988 | Zig:24   | Killed a dread lich
389989 | Zig:24   | Noticed an ancient lich
389989 | Zig:24   | Noticed a dread lich
389990 | Zig:24   | Noticed a dread lich
389991 | Zig:24   | Noticed an ancient lich
389991 | Zig:24   | Noticed a dread lich
389992 | Zig:24   | Killed a dread lich
389992 | Zig:24   | Killed a dread lich
389992 | Zig:24   | Killed a dread lich
389992 | Zig:24   | Killed an ancient lich
389992 | Zig:24   | Noticed a dread lich
389993 | Zig:24   | Killed a dread lich
389993 | Zig:24   | Killed a dread lich
389993 | Zig:24   | Killed a dread lich
389993 | Zig:24   | Noticed a dread lich
389994 | Zig:24   | Noticed an ancient lich
389994 | Zig:24   | Killed an ancient lich
389994 | Zig:24   | Noticed an ancient lich
389995 | Zig:24   | Noticed a dread lich
389995 | Zig:24   | Noticed a dread lich
389995 | Zig:24   | Noticed an ancient lich
389996 | Zig:24   | Noticed an ancient lich
389996 | Zig:24   | Noticed a dread lich
389997 | Zig:24   | Killed a dread lich
389998 | Zig:24   | Noticed an ancient lich
389999 | Zig:24   | Killed a dread lich
390000 | Zig:24   | Killed an ancient lich
390000 | Zig:24   | Killed a dread lich
390000 | Zig:24   | Killed an ancient lich
390001 | Zig:24   | Noticed a dread lich
390002 | Zig:24   | Killed a dread lich
390002 | Zig:24   | Killed a dread lich
390002 | Zig:24   | Killed an ancient lich
390003 | Zig:24   | Noticed a dread lich
390003 | Zig:24   | Noticed an ancient lich
390003 | Zig:24   | Noticed an ancient lich
390003 | Zig:24   | Noticed an ancient lich
390004 | Zig:24   | Noticed an ancient lich
390004 | Zig:24   | Killed an ancient lich
390004 | Zig:24   | Killed an ancient lich
390005 | Zig:24   | Killed an ancient lich
390005 | Zig:24   | Killed a dread lich
390005 | Zig:24   | Killed an ancient lich
390005 | Zig:24   | Noticed an ancient lich
390006 | Zig:24   | Noticed a dread lich
390007 | Zig:24   | Noticed an ancient lich
390009 | Zig:24   | Killed a dread lich
390009 | Zig:24   | Killed an ancient lich
390009 | Zig:24   | Killed an ancient lich
390009 | Zig:24   | Noticed a dread lich
390010 | Zig:24   | Killed an ancient lich
390011 | Zig:24   | Noticed an ancient lich
390011 | Zig:24   | Noticed a dread lich
390011 | Zig:24   | Noticed an ancient lich
390012 | Zig:24   | Noticed an ancient lich
390015 | Zig:24   | Killed an ancient lich
390015 | Zig:24   | Killed a dread lich
390015 | Zig:24   | Killed a dread lich
390015 | Zig:24   | Killed an ancient lich
390015 | Zig:24   | Killed an ancient lich
390015 | Zig:24   | Killed a dread lich
390016 | Zig:24   | Killed an ancient lich
390016 | Zig:24   | Noticed an ancient lich
390017 | Zig:24   | Noticed a dread lich
390018 | Zig:24   | Killed a dread lich
390018 | Zig:24   | Noticed an ancient lich
390018 | Zig:24   | Noticed a dread lich
390020 | Zig:24   | Killed an ancient lich
390021 | Zig:24   | Noticed an ancient lich
390021 | Zig:24   | Noticed a dread lich
390024 | Zig:24   | Killed an ancient lich
390025 | Zig:24   | Killed a dread lich
390025 | Zig:24   | Killed an ancient lich
390025 | Zig:24   | Killed a dread lich
390027 | Zig:24   | Noticed a dread lich
390030 | Zig:24   | Killed a dread lich
390560 | Zig:24   | Identified the +2 robe of the Salamander {Int+2}
390562 | Zig:24   | Identified the +1 plate armour of Exclusion {+Blink Int-5
                  | Dex+2}
390563 | Zig:24   | Identified the amulet of Arrival {Acrobat Fly rC+++ Int+5
                  | Stlth-}
390564 | Zig:24   | Identified the +4 broad axe "Jufahif" {heavy, Will++}
390569 | Zig:24   | Identified the +5 dagger "Jijuw" {freeze, rPois rCorr}
390575 | Zig:24   | Identified the amulet of Oveid {Rampage Drain rPois Regen+
                  | Int-4}
390576 | Zig:24   | Identified the +2 quarterstaff "Beastbane" {vamp, rF+
                  | Dex+3}
390579 | Zig:24   | Identified the +10 quarterstaff of Cowardice {protect, rC++
                  | rCorr}
390582 | Zig:24   | Identified the +7 ring mail "Wuasygh" {rElec Int+3 Dex-3
                  | Stlth+}
390585 | Zig:24   | Identified the staff of air "Qevuhan" {+Blink rElec rN+
                  | MP-9}
390593 | Zig:24   | Identified the ring "Womaz" {Str+3 Dex+6}
390595 | Zig:24   | Identified the +4 troll leather armour "Goics" {rF+ Regen+
                  | Int-4 Stlth+}
390596 | Zig:24   | Identified the +9 morningstar of the Freezing Scorpion
                  | {spect, Str+4}
390598 | Zig:24   | Identified the +4 shortbow "Fir Inif" {antimagic, Fragile
                  | Will+ Int+3 Stlth+}
390613 | Zig:24   | Identified the ring "Namicribb" {Fire Stlth+}
390617 | Zig:24   | Identified the ring "Viomyt" {rElec rC- rN+ Str+6}
390695 | Zig:25   | Entered Level 25 of a ziggurat
390892 | Zig:25   | Identified the +4 chain mail of Sunlight {Str+3}
390900 | Zig:25   | Identified the staff of conjuration "Yxamops" {rF+++ Int+5
                  | Dex-4}
390901 | Zig:25   | Identified the ring "Uraph" {rN+ EV+5 Int+3 Stlth+}
390911 | Zig:25   | Identified the ring of Ces Muur {Wiz rN+ Str+3}
390917 | Zig:25   | Identified the +1 robe of Tulips {Regen+ Str+3 Dex-5
                  | Stlth+}
390918 | Zig:25   | Identified the +1 shortbow of Articulation {freeze, Will+
                  | Dex+3}
390919 | Zig:25   | Identified the +7 quarterstaff "Ewnabbic" {freeze, Stlth+}
390949 | Zig:25   | Identified the staff of death "Miatt" {rN+ rCorr Str-4
                  | Dex+3}
390951 | Zig:25   | Identified the +11 falchion of Fate {vamp, rPois rN+ rCorr}
390959 | Zig:25   | Identified the staff of air "Jaas" {rElec Str+5}
390966 | Zig:25   | Identified the +0 chain mail of Laesasku {rCorr Str-5
                  | Dex+6}
390970 | Zig:25   | Identified the ring "Umnutost" {Ice rCorr}
390980 | Zig:25   | Identified the staff of death "Ruloenue" {+Blink rN+ Str+3
                  | Dex-3}
391003 | Zig:25   | Identified the staff of poison "Ricwuta" {rElec rPois
                  | Int+5}
391011 | Zig:25   | Identified the +6 morningstar of Context {flame, Str+3
                  | SInv}
391033 | Zig:25   | Identified the +1 demon trident "Isocwy Zihu" {drain, rF-
                  | rC+++ rN+ rCorr}
391034 | Zig:25   | Identified the staff of fire "Ostrudus" {Fragile rF+ rCorr
                  | Str+7 Dex+3}
391039 | Zig:25   | Identified the +3 hand axe "Myss" {holy, rF- rC+ Will++
                  | rCorr}
391042 | Zig:25   | Identified the +1 dagger "Wuejass" {heavy, Fragile rCorr
                  | Str+7}
391054 | Zig:25   | Identified the ring "Xexuh" {rPois rC+++ rCorr Str-5 Int-3}
391486 | Zig:26   | Entered Level 26 of a ziggurat
391486 | Zig:26   | Noticed a dread lich
391486 | Zig:26   | Noticed an ancient lich
391486 | Zig:26   | Noticed an ancient lich
391486 | Zig:26   | Noticed a dread lich
391486 | Zig:26   | Noticed an ancient lich
391486 | Zig:26   | Noticed an ancient lich
391486 | Zig:26   | Noticed a dread lich
391486 | Zig:26   | Noticed an ancient lich
391486 | Zig:26   | Noticed an ancient lich
391487 | Zig:26   | Killed an ancient lich
391487 | Zig:26   | Killed a dread lich
391487 | Zig:26   | Killed an ancient lich
391487 | Zig:26   | Killed a dread lich
391487 | Zig:26   | Killed an ancient lich
391487 | Zig:26   | Killed an ancient lich
391487 | Zig:26   | Killed a dread lich
391487 | Zig:26   | Killed an ancient lich
391488 | Zig:26   | Killed an ancient lich
391489 | Zig:26   | Noticed an ancient lich
391491 | Zig:26   | Noticed an ancient lich
391492 | Zig:26   | Noticed an ancient lich
391492 | Zig:26   | Noticed a dread lich
391492 | Zig:26   | Noticed an ancient lich
391492 | Zig:26   | Noticed a dread lich
391492 | Zig:26   | Noticed a dread lich
391493 | Zig:26   | Noticed a dread lich
391493 | Zig:26   | Noticed an ancient lich
391493 | Zig:26   | Noticed a dread lich
391494 | Zig:26   | Killed a dread lich
391494 | Zig:26   | Killed a dread lich
391494 | Zig:26   | Killed a dread lich
391494 | Zig:26   | Killed an ancient lich
391494 | Zig:26   | Killed an ancient lich
391494 | Zig:26   | Noticed an ancient lich
391495 | Zig:26   | Noticed a dread lich
391495 | Zig:26   | Killed an ancient lich
391495 | Zig:26   | Killed an ancient lich
391496 | Zig:26   | Noticed a dread lich
391496 | Zig:26   | Killed a dread lich
391497 | Zig:26   | Killed an ancient lich
391497 | Zig:26   | Killed an ancient lich
391497 | Zig:26   | Killed a dread lich
391497 | Zig:26   | Killed a dread lich
391497 | Zig:26   | Noticed a dread lich
391497 | Zig:26   | Noticed an ancient lich
391498 | Zig:26   | Noticed an ancient lich
391498 | Zig:26   | Noticed an ancient lich
391498 | Zig:26   | Noticed an ancient lich
391498 | Zig:26   | Noticed an ancient lich
391498 | Zig:26   | Noticed a dread lich
391499 | Zig:26   | Noticed a dread lich
391499 | Zig:26   | Noticed an ancient lich
391499 | Zig:26   | Noticed a dread lich
391499 | Zig:26   | Noticed an ancient lich
391501 | Zig:26   | Noticed a dread lich
391501 | Zig:26   | Noticed an ancient lich
391501 | Zig:26   | Noticed an ancient lich
391501 | Zig:26   | Noticed an ancient lich
391501 | Zig:26   | Killed an ancient lich
391501 | Zig:26   | Killed a dread lich
391501 | Zig:26   | Killed an ancient lich
391501 | Zig:26   | Killed an ancient lich
391501 | Zig:26   | Killed an ancient lich
391501 | Zig:26   | Killed a dread lich
391501 | Zig:26   | Killed a dread lich
391501 | Zig:26   | Killed an ancient lich
391501 | Zig:26   | Killed an ancient lich
391501 | Zig:26   | Killed a dread lich
391501 | Zig:26   | Killed an ancient lich
391502 | Zig:26   | Noticed an ancient lich
391502 | Zig:26   | Noticed a dread lich
391502 | Zig:26   | Noticed a dread lich
391503 | Zig:26   | Noticed an ancient lich
391503 | Zig:26   | Killed an ancient lich
391503 | Zig:26   | Killed an ancient lich
391503 | Zig:26   | Killed an ancient lich
391503 | Zig:26   | Killed a dread lich
391504 | Zig:26   | Noticed a dread lich
391505 | Zig:26   | Killed a dread lich
391505 | Zig:26   | Killed an ancient lich
391505 | Zig:26   | Noticed an ancient lich
391507 | Zig:26   | Killed a dread lich
391507 | Zig:26   | Killed a dread lich
391507 | Zig:26   | Noticed an ancient lich
391507 | Zig:26   | Noticed an ancient lich
391508 | Zig:26   | Noticed a dread lich
391510 | Zig:26   | Noticed a dread lich
391510 | Zig:26   | Noticed a dread lich
391510 | Zig:26   | Noticed an ancient lich
391511 | Zig:26   | Killed an ancient lich
391512 | Zig:26   | Killed an ancient lich
391512 | Zig:26   | Noticed a dread lich
391513 | Zig:26   | Noticed a dread lich
391514 | Zig:26   | Killed an ancient lich
391514 | Zig:26   | Killed a dread lich
391514 | Zig:26   | Killed an ancient lich
391514 | Zig:26   | Killed a dread lich
391514 | Zig:26   | Noticed a dread lich
391516 | Zig:26   | Noticed a dread lich
391516 | Zig:26   | Noticed a dread lich
391517 | Zig:26   | Noticed a dread lich
391517 | Zig:26   | Noticed a dread lich
391517 | Zig:26   | Killed a dread lich
391519 | Zig:26   | Noticed a dread lich
391519 | Zig:26   | Killed a dread lich
391519 | Zig:26   | Killed a dread lich
391519 | Zig:26   | Killed a dread lich
391519 | Zig:26   | Noticed an ancient lich
391519 | Zig:26   | Noticed an ancient lich
391520 | Zig:26   | Killed a dread lich
391520 | Zig:26   | Killed a dread lich
391520 | Zig:26   | Killed a dread lich
391520 | Zig:26   | Killed an ancient lich
391521 | Zig:26   | Noticed an ancient lich
391521 | Zig:26   | Noticed a dread lich
391522 | Zig:26   | Killed a dread lich
391522 | Zig:26   | Killed an ancient lich
391522 | Zig:26   | Killed a dread lich
391522 | Zig:26   | Noticed an ancient lich
391523 | Zig:26   | Noticed a dread lich
391523 | Zig:26   | Killed a dread lich
391523 | Zig:26   | Killed an ancient lich
391523 | Zig:26   | Killed a dread lich
391523 | Zig:26   | Noticed an ancient lich
391525 | Zig:26   | Killed an ancient lich
391525 | Zig:26   | Killed an ancient lich
391526 | Zig:26   | Killed a dread lich
391526 | Zig:26   | Noticed an ancient lich
391527 | Zig:26   | Noticed a dread lich
391528 | Zig:26   | Killed an ancient lich
391530 | Zig:26   | Killed an ancient lich
391530 | Zig:26   | Killed a dread lich
392160 | Zig:26   | Identified the +2 scale mail "Kishrunaf" {rF+ rCorr}
392161 | Zig:26   | Identified the +8 hand axe of Voogue {heavy, rN+ Dex+5}
392169 | Zig:26   | Identified the ring of Ywuvea {Drain rF+ rCorr Str+6 Dex+6}
392172 | Zig:26   | Identified the ring "Tolasch" {Will+ MP+9 Str+6}
392199 | Zig:26   | Identified the +9 falchion "Ryogydde" {flame, rElec rC+
                  | Dex+2}
392200 | Zig:26   | Identified the staff of cold "Nuwk" {Fly rC+ Str+3 Int+4
                  | SInv}
392253 | Zig:27   | Entered Level 27 of a ziggurat
392460 | Zig:27   | Identified the staff of earth "Tiyf" {rN+ Dex+2}
392461 | Zig:27   | Identified the +0 morningstar "Ylobirpho" {freeze, rN+}
392465 | Zig:27   | Identified the +1 robe of the Learner {Drain rElec Int+2}
392469 | Zig:27   | Identified the staff of fire "Wutzib" {rF+ Will+}
392474 | Zig:27   | Identified the +1 quarterstaff "Eschaf" {pain, +Blink
                  | rElec}
392539 | Zig:27   | Identified the staff of fire "Varram" {rElec rF+ Will++
                  | Str-2}
392543 | Zig:27   | Identified the +6 rapier of Valour {flame, rElec rC+ Dex-3}
392546 | Zig:27   | Identified the +10 sling "Odury" {drain, Str+3 SInv}
392554 | Zig:27   | Identified the staff of conjuration "Jutto" {rElec Will-
                  | Str-3 Stlth+}
392555 | Zig:27   | Identified the +7 whip "Zaritweph" {heavy, rPois}
392556 | Zig:27   | Identified the amulet "Beuduen" {Rampage Will- Regen+
                  | Str+3}
392559 | Zig:27   | Identified the +1 morningstar of Dapni {freeze, rPois}
392563 | Zig:27   | Identified the ring "Olez" {Fire rElec rN+ Slay-6}
392567 | Zig:27   | Identified the amulet of Xuent {Reflect Regen+ Str-4 Int+4
                  | SH+5}
392570 | Zig:27   | Identified the staff of air "Ibruin" {rElec Int+2 SInv}
392579 | Zig:27   | Identified the staff of death "Ijezogiu" {rN+ Int+3 Dex+2}
392582 | Zig:27   | Identified the +6 morningstar of Toil Xiug {flame, rF+}
392586 | Zig:27   | Identified the +1 halberd "Killer Klown's Curse" {freeze,
                  | +Blink rPois Int+2 SInv}
392589 | Zig:27   | Identified the +2 robe "Ilud" {rElec rN+++ Will- MP+9}
392601 | Zig:27   | Identified the +0 scimitar "Beastslayer" {spect, Str+6}
393051 | Zig:1    | Entered Level 1 of a ziggurat
393051 | Zig:1    | Noticed a dread lich
393051 | Zig:1    | Noticed a dread lich
393051 | Zig:1    | Noticed a dread lich
393051 | Zig:1    | Noticed a dread lich
393052 | Zig:1    | Killed a dread lich
393053 | Zig:1    | Killed a dread lich
393054 | Zig:1    | Killed a dread lich
393054 | Zig:1    | Killed a dread lich
393062 | Zig:2    | Entered Level 2 of a ziggurat
393073 | Zig:3    | Entered Level 3 of a ziggurat
393073 | Zig:3    | Noticed an ancient lich
393073 | Zig:3    | Noticed a royal mummy
393073 | Zig:3    | Noticed a royal mummy
393073 | Zig:3    | Noticed a royal mummy
393073 | Zig:3    | Noticed a royal mummy
393073 | Zig:3    | Noticed a royal mummy
393073 | Zig:3    | Noticed a royal mummy
393073 | Zig:3    | Noticed a royal mummy
393074 | Zig:3    | Killed a royal mummy
393074 | Zig:3    | Killed a royal mummy
393074 | Zig:3    | Killed a royal mummy
393074 | Zig:3    | Killed a royal mummy
393074 | Zig:3    | Killed a royal mummy
393074 | Zig:3    | Killed a royal mummy
393074 | Zig:3    | Killed a royal mummy
393075 | Zig:3    | Noticed a royal mummy
393075 | Zig:3    | Noticed a royal mummy
393076 | Zig:3    | Noticed a royal mummy
393077 | Zig:3    | Killed an ancient lich
393079 | Zig:3    | Killed a royal mummy
393080 | Zig:3    | Killed a royal mummy
393086 | Zig:3    | Killed a royal mummy
393187 | Zig:4    | Entered Level 4 of a ziggurat
393201 | Zig:5    | Entered Level 5 of a ziggurat
393216 | Zig:5    | Identified the amulet "Ozeelefa" {Reflect rC+ Dex+4 Slay+4
                  | SH+5}
393218 | Zig:6    | Entered Level 6 of a ziggurat
393218 | Zig:6    | Noticed an ancient lich
393218 | Zig:6    | Noticed a dread lich
393218 | Zig:6    | Noticed a dread lich
393218 | Zig:6    | Noticed a dread lich
393218 | Zig:6    | Noticed a dread lich
393218 | Zig:6    | Noticed an ancient lich
393218 | Zig:6    | Noticed an ancient lich
393218 | Zig:6    | Noticed an ancient lich
393218 | Zig:6    | Noticed an ancient lich
393218 | Zig:6    | Noticed an ancient lich
393218 | Zig:6    | Noticed an ancient lich
393218 | Zig:6    | Noticed an ancient lich
393218 | Zig:6    | Noticed a dread lich
393218 | Zig:6    | Noticed an ancient lich
393218 | Zig:6    | Noticed a dread lich
393218 | Zig:6    | Noticed an ancient lich
393218 | Zig:6    | Noticed an ancient lich
393219 | Zig:6    | Killed a dread lich
393219 | Zig:6    | Killed an ancient lich
393219 | Zig:6    | Killed an ancient lich
393219 | Zig:6    | Killed a dread lich
393219 | Zig:6    | Killed an ancient lich
393219 | Zig:6    | Killed an ancient lich
393219 | Zig:6    | Killed an ancient lich
393219 | Zig:6    | Killed a dread lich
393219 | Zig:6    | Killed an ancient lich
393219 | Zig:6    | Killed a dread lich
393219 | Zig:6    | Killed an ancient lich
393220 | Zig:6    | Noticed a dread lich
393220 | Zig:6    | Noticed an ancient lich
393221 | Zig:6    | Killed an ancient lich
393221 | Zig:6    | Killed an ancient lich
393221 | Zig:6    | Killed a dread lich
393221 | Zig:6    | Killed an ancient lich
393221 | Zig:6    | Killed a dread lich
393221 | Zig:6    | Killed a dread lich
393221 | Zig:6    | Killed an ancient lich
393221 | Zig:6    | Killed a dread lich
393222 | Zig:6    | Killed an ancient lich
393223 | Zig:6    | Noticed a dread lich
393223 | Zig:6    | Noticed a dread lich
393224 | Zig:6    | Noticed an ancient lich
393224 | Zig:6    | Noticed an ancient lich
393224 | Zig:6    | Noticed an ancient lich
393226 | Zig:6    | Killed an ancient lich
393226 | Zig:6    | Killed an ancient lich
393226 | Zig:6    | Killed a dread lich
393226 | Zig:6    | Killed an ancient lich
393227 | Zig:6    | Noticed a dread lich
393227 | Zig:6    | Noticed an ancient lich
393228 | Zig:6    | Noticed a dread lich
393228 | Zig:6    | Killed a dread lich
393229 | Zig:6    | Killed a dread lich
393229 | Zig:6    | Killed an ancient lich
393230 | Zig:6    | Killed a dread lich
393568 | Zig:6    | Identified the +8 morningstar of the Shoals {venom, Fragile
                  | rC+ Str+6 Dex+3}
393582 | Zig:7    | Entered Level 7 of a ziggurat
393582 | Zig:7    | Noticed Fizukka the pandemonium lord
393582 | Zig:7    | Noticed Uchuz the pandemonium lord
393582 | Zig:7    | Noticed Foocluru the pandemonium lord
393582 | Zig:7    | Noticed Fygimuma the pandemonium lord
393582 | Zig:7    | Noticed Nedosmay the pandemonium lord
393582 | Zig:7    | Noticed Kunas the pandemonium lord
393582 | Zig:7    | Noticed Hil Zie the pandemonium lord
393582 | Zig:7    | Noticed Ahuttomm the pandemonium lord
393582 | Zig:7    | Noticed Qages the pandemonium lord
393582 | Zig:7    | Noticed Xulut the pandemonium lord
393582 | Zig:7    | Noticed Quygall the pandemonium lord
393582 | Zig:7    | Noticed Oqisar the pandemonium lord
393582 | Zig:7    | Noticed Boteor the pandemonium lord
393582 | Zig:7    | Noticed Hanaz the pandemonium lord
393582 | Zig:7    | Noticed Oqehas the pandemonium lord
393582 | Zig:7    | Noticed Inkyric the pandemonium lord
393582 | Zig:7    | Noticed Facaruph the pandemonium lord
393582 | Zig:7    | Noticed Riaqeses the pandemonium lord
393582 | Zig:7    | Noticed Kaasuw the pandemonium lord
393582 | Zig:7    | Noticed Teeschy the pandemonium lord
393582 | Zig:7    | Noticed Vuliu the pandemonium lord
393582 | Zig:7    | Noticed Biaczitoc the pandemonium lord
393582 | Zig:7    | Noticed Eqeizaow the pandemonium lord
393582 | Zig:7    | Noticed Kehutez the pandemonium lord
393582 | Zig:7    | Noticed Ataohobe the pandemonium lord
393582 | Zig:7    | Noticed Oleimeid the pandemonium lord
393582 | Zig:7    | Noticed Gecosud the pandemonium lord
393582 | Zig:7    | Noticed Uthrunem the pandemonium lord
393582 | Zig:7    | Noticed Huqavyen the pandemonium lord
393582 | Zig:7    | Noticed Wiykhoig the pandemonium lord
393582 | Zig:7    | Noticed Agaesk the pandemonium lord
393582 | Zig:7    | Noticed Hugylon the pandemonium lord
393582 | Zig:7    | Noticed Roingos the pandemonium lord
393583 | Zig:7    | Killed Fygimuma the pandemonium lord
393583 | Zig:7    | Killed Uchuz the pandemonium lord
393583 | Zig:7    | Killed Hil Zie the pandemonium lord
393583 | Zig:7    | Killed Qages the pandemonium lord
393583 | Zig:7    | Killed Boteor the pandemonium lord
393583 | Zig:7    | Killed Riaqeses the pandemonium lord
393583 | Zig:7    | Killed Hanaz the pandemonium lord
393583 | Zig:7    | Killed Kehutez the pandemonium lord
393583 | Zig:7    | Killed Huqavyen the pandemonium lord
393583 | Zig:7    | Killed Biaczitoc the pandemonium lord
393583 | Zig:7    | Killed Wiykhoig the pandemonium lord
393583 | Zig:7    | Killed Uthrunem the pandemonium lord
393583 | Zig:7    | Killed Agaesk the pandemonium lord
393584 | Zig:7    | Noticed Fiseeq the pandemonium lord
393584 | Zig:7    | Noticed Peffunoy the pandemonium lord
393584 | Zig:7    | Noticed Jiynar Evaing the pandemonium lord
393585 | Zig:7    | Killed Nedosmay the pandemonium lord
393585 | Zig:7    | Killed Oqisar the pandemonium lord
393585 | Zig:7    | Noticed Neffiot the pandemonium lord
393585 | Zig:7    | Noticed Utsuyts the pandemonium lord
393585 | Zig:7    | Noticed Qetac the pandemonium lord
393585 | Zig:7    | Noticed Bit Qim the pandemonium lord
393585 | Zig:7    | Noticed Ones the pandemonium lord
393586 | Zig:7    | Noticed Georet the pandemonium lord
393587 | Zig:7    | Killed Eqeizaow the pandemonium lord
393587 | Zig:7    | Killed Roingos the pandemonium lord
393587 | Zig:7    | Killed Neffiot the pandemonium lord
393587 | Zig:7    | Killed Kunas the pandemonium lord
393587 | Zig:7    | Killed Gecosud the pandemonium lord
393587 | Zig:7    | Killed Kaasuw the pandemonium lord
393587 | Zig:7    | Killed Vuliu the pandemonium lord
393587 | Zig:7    | Noticed Iridam the pandemonium lord
393587 | Zig:7    | Noticed Vewooc the pandemonium lord
393588 | Zig:7    | Noticed Ozyafiof the pandemonium lord
393588 | Zig:7    | Killed Ataohobe the pandemonium lord
393588 | Zig:7    | Killed Inkyric the pandemonium lord
393588 | Zig:7    | Killed Xulut the pandemonium lord
393588 | Zig:7    | Killed Oleimeid the pandemonium lord
393588 | Zig:7    | Noticed Suitoc the pandemonium lord
393588 | Zig:7    | Noticed Kithepre the pandemonium lord
393589 | Zig:7    | Killed Facaruph the pandemonium lord
393589 | Zig:7    | Killed Hugylon the pandemonium lord
393589 | Zig:7    | Killed Georet the pandemonium lord
393589 | Zig:7    | Killed Ahuttomm the pandemonium lord
393589 | Zig:7    | Killed Fiseeq the pandemonium lord
393589 | Zig:7    | Killed Fizukka the pandemonium lord
393589 | Zig:7    | Noticed Jaeryc the pandemonium lord
393590 | Zig:7    | Killed Teeschy the pandemonium lord
393590 | Zig:7    | Killed Bit Qim the pandemonium lord
393590 | Zig:7    | Killed Quygall the pandemonium lord
393590 | Zig:7    | Killed Foocluru the pandemonium lord
393591 | Zig:7    | Killed Jiynar Evaing the pandemonium lord
393591 | Zig:7    | Killed Qetac the pandemonium lord
393591 | Zig:7    | Killed Jaeryc the pandemonium lord
393591 | Zig:7    | Noticed Wienaefu the pandemonium lord
393591 | Zig:7    | Noticed Begianad the pandemonium lord
393591 | Zig:7    | Noticed Oblyc the pandemonium lord
393592 | Zig:7    | Noticed Acesk the pandemonium lord
393592 | Zig:7    | Killed Iridam the pandemonium lord
393592 | Zig:7    | Killed Ozyafiof the pandemonium lord
393592 | Zig:7    | Killed Vewooc the pandemonium lord
393592 | Zig:7    | Killed Kithepre the pandemonium lord
393592 | Zig:7    | Killed Oqehas the pandemonium lord
393592 | Zig:7    | Killed Ones the pandemonium lord
393593 | Zig:7    | Noticed Kinoups the pandemonium lord
393594 | Zig:7    | Noticed Jasm the pandemonium lord
393595 | Zig:7    | Noticed Tevur the pandemonium lord
393596 | Zig:7    | Noticed Tuuzujir the pandemonium lord
393599 | Zig:7    | Noticed Cupefer the pandemonium lord
393599 | Zig:7    | Noticed Iggeng the pandemonium lord
393599 | Zig:7    | Killed Peffunoy the pandemonium lord
393599 | Zig:7    | Killed Suitoc the pandemonium lord
393599 | Zig:7    | Killed Utsuyts the pandemonium lord
393601 | Zig:7    | Noticed Xoziwn the pandemonium lord
393602 | Zig:7    | Killed Wienaefu the pandemonium lord
393602 | Zig:7    | Killed Begianad the pandemonium lord
393602 | Zig:7    | Killed Tuuzujir the pandemonium lord
393602 | Zig:7    | Killed Oblyc the pandemonium lord
393603 | Zig:7    | Noticed Onnas the pandemonium lord
393604 | Zig:7    | Killed Acesk the pandemonium lord
393604 | Zig:7    | Killed Kinoups the pandemonium lord
393605 | Zig:7    | Noticed Beucic the pandemonium lord
393606 | Zig:7    | Killed Cupefer the pandemonium lord
393607 | Zig:7    | Killed Beucic the pandemonium lord
393609 | Zig:7    | Killed Tevur the pandemonium lord
393609 | Zig:7    | Killed Iggeng the pandemonium lord
393610 | Zig:7    | Killed Onnas the pandemonium lord
393611 | Zig:7    | Killed Xoziwn the pandemonium lord
393632 | Zig:7    | Killed Jasm the pandemonium lord
393991 | Zig:7    | Identified the +7 plate armour "Ufocu" {Regen+ SInv Stlth+}
393992 | Zig:7    | Identified the +5 rapier of Yeast {flame, *Noise rElec rC+
                  | Will+}
393994 | Zig:7    | Identified the +4 quarterstaff of Riycs {holy, rC+ Int+3}
393998 | Zig:7    | Identified the +2 steam dragon scales "Dofoluha" {rPois
                  | Int+4}
393999 | Zig:7    | Identified the +8 quarterstaff "Gewish" {heavy, rPois}
394003 | Zig:7    | Identified the +8 long sword of the End of Times {freeze,
                  | *Corrode Will+ Int+9 Dex+2}
394020 | Zig:8    | Entered Level 8 of a ziggurat
394036 | Zig:8    | Noticed Sihoc the pandemonium lord
394040 | Zig:8    | Killed Sihoc the pandemonium lord
394460 | Zig:8    | Identified the +4 morningstar of Boerghul {protect, rC++}
394480 | Zig:8    | Identified the +2 morningstar of the Elven Halls {freeze,
                  | rElec rCorr}
394483 | Zig:8    | Identified the staff of fire "Kosuhyos" {rPois rF+ rC+
                  | Dex+3 Stlth+}
394487 | Zig:8    | Identified the staff of air "Zih Bett" {rElec rC++ rN+}
394491 | Zig:8    | Identified the +5 ring mail of Fedhas's Wrath {Contam rElec
                  | Dex+3}
394497 | Zig:8    | Identified the +3 chain mail of Rationality {rC- Regen+
                  | Int+3}
394498 | Zig:8    | Identified the +6 long sword "Arbiter" {heavy, *Slow rN+
                  | Int+5 Dex+3}
394509 | Zig:9    | Entered Level 9 of a ziggurat
394968 | Zig:9    | Identified the +9 flail "Grim" {antimagic, Int+5}
394972 | Zig:9    | Identified the +6 morningstar of Prescription {flame,
                  | rN+++}
394973 | Zig:9    | Identified the staff of fire "Kaazxo Gicun" {rF+ Dex+5}
394990 | Zig:9    | Identified the +1 hand axe of the Other Side {elec, rF+
                  | SInv}
394991 | Zig:9    | Identified the +0 leather armour of the Blizzard {Rampage
                  | rCorr Str-4 Int+5}
395006 | Zig:10   | Entered Level 10 of a ziggurat
395392 | Zig:10   | Identified the +1 morningstar of Xioll {drain, rF+ Will+++
                  | MP-9 Int+3}
395409 | Zig:10   | Identified the staff of poison "Paqomiaph" {*Corrode rPois
                  | Dex+4}
395464 | Zig:11   | Entered Level 11 of a ziggurat
395623 | Zig:11   | Identified the +1 war axe of the Everdark {chaos, *Rage rC+
                  | Dex+3}
395624 | Zig:11   | Identified the +10 quick blade of Pandemonium {heavy, SInv}
395625 | Zig:11   | Identified the +3 spear of Mana {pain, Str+3 Dex+2}
395626 | Zig:11   | Identified the +4 crystal plate armour of Picyput {Str+3}
395628 | Zig:11   | Identified the staff of conjuration "Nehobluq" {Fly Dex+8}
395652 | Zig:11   | Identified the +8 sling of the Sugar Beet {flame, Fragile
                  | rCorr Str+2 Dex+4}
396050 | Zig:12   | Entered Level 12 of a ziggurat
396058 | Zig:12   | Identified the +4 tower shield "Afiuw" {rF+ Dex+3}
396070 | Zig:12   | Identified the +4 tower shield "Qiosav" {*Corrode rPois
                  | SInv}
396071 | Zig:12   | Identified the +2 tower shield of the Quick God {Stlth+}
396509 | Zig:12   | Identified the +8 plate armour of the Fiddle {rF+ Dex+2}
396517 | Zig:12   | Identified the +3 leather armour of the Hanged Man {rPois
                  | Int+2}
396524 | Zig:12   | Identified the +2 ring mail "Rudu" {Regen+ Str+4}
396525 | Zig:12   | Identified the +8 giant club of Pandemonium {drain, rC+}
396531 | Zig:12   | Identified the +1 halberd of the Boar {antimagic, Drain
                  | +Blink rCorr}
396538 | Zig:12   | Identified the ring of Nostram {EV+5 Dex-2 SInv Stlth+}
396608 | Zig:13   | Entered Level 13 of a ziggurat
397123 | Zig:13   | Identified the +10 great sword of Fate {speed, rC++ Will-
                  | Str+3 SInv}
397124 | Zig:13   | Identified the +7 flail of Okawaru's Reproof {flame, Contam
                  | rElec rPois Int+4}
397128 | Zig:13   | Identified the +2 pair of boots of Daisies {Dex+8}
397130 | Zig:13   | Identified the +5 shortbow of Patience {flame, rC+}
397132 | Zig:13   | Identified the +0 scale mail of the Histrionic God {Will+}
397138 | Zig:13   | Identified the +8 hand crossbow of Turmoil {flame, *Slow
                  | Int+4 Dex+3}
397147 | Zig:13   | Identified the ring of the Endless Expanse {MP+9 Dex+6}
397178 | Zig:14   | Entered Level 14 of a ziggurat
397196 | Zig:14   | Noticed a dread lich
397202 | Zig:14   | Killed a dread lich
397215 | Zig:14   | Noticed a dread lich
397227 | Zig:14   | Killed a dread lich
397229 | Zig:14   | Noticed an ancient lich
397235 | Zig:14   | Killed an ancient lich
397271 | Zig:14   | Identified the +1 morningstar of Empuzo {elec, Int+4}
397650 | Zig:14   | Identified the +7 morningstar "Terchy" {vamp, rElec rF+ rN+
                  | Str+2}
397668 | Zig:14   | Identified the +0 ring mail of Yluarod {rPois Str+6 Int+3
                  | Stlth-}
397691 | Zig:14   | Identified the ring "Xaczuuco" {Fly rCorr}
397741 | Zig:14   | Identified the amulet "Veyng" {Faith rPois Str+4 Int+3
                  | SInv}
397742 | Zig:14   | Identified the +3 plate armour of the Raven {Dex+4}
397838 | Zig:15   | Entered Level 15 of a ziggurat
398135 | Zig:15   | Identified the +10 quarterstaff "Demonspawn's Foe" {freeze,
                  | rF+ rC- Str+4}
398136 | Zig:15   | Identified the ring of Kioq {Ice Will+}
398140 | Zig:15   | Identified the +8 morningstar "Seibao" {drain, rF- rC++ rN+
                  | Will+ Str+3}
398158 | Zig:15   | Identified the +5 halberd of Dividends {antimagic, Will+
                  | Str+3}
398166 | Zig:15   | Identified the staff of fire "Leapenko" {rF+ Will+}
398548 | Zig:15   | Identified the +1 helmet of the Lumpy Queens {rF+ rCorr
                  | Str-4 Int+3}
398560 | Zig:16   | Entered Level 16 of a ziggurat
399176 | Zig:16   | Identified the +6 arbalest "Dragon's Tongue" {drain, Int-2
                  | Dex+4}
399211 | Zig:16   | Identified the +10 great sword "Goirph" {drain, *Rage Fly
                  | MP+9 Dex+3}
399217 | Zig:16   | Identified the staff of earth "Lupnuem" {rC- rN+ Dex+2}
399219 | Zig:16   | Identified the staff of conjuration "Cuott" {rF+ Will+
                  | Dex+2}
399221 | Zig:16   | Identified the +0 robe of Gozag, Rescuing {Int+2}
399240 | Zig:16   | Identified the ring "Jaataq" {rF+++ rN+ Str-3 Int+6}
399262 | Zig:17   | Entered Level 17 of a ziggurat
399278 | Zig:17   | Noticed an ancient lich
399281 | Zig:17   | Killed an ancient lich
399996 | Zig:17   | Identified the staff of air "Taowk" {rElec Will+}
400017 | Zig:17   | Identified the ring of the Tempest {rPois rF+ rC+ Int-5
                  | Dex+6}
400023 | Zig:17   | Identified the +2 helmet "Xaerhol" {Will++ rCorr Int-3}
400032 | Zig:18   | Entered Level 18 of a ziggurat
400060 | Zig:18   | Identified the +9 long sword of Moral Flaws {venom, *Rage
                  | rC+ Dex+9}
400772 | Zig:18   | Identified the +1 helmet "Kofua" {*Corrode Will+++ Dex+5}
400778 | Zig:18   | Identified the +9 arbalest of Impeachment {heavy, Dex+2}
400781 | Zig:18   | Identified the staff of cold "Kixitiqi" {rC+ Int-5 Dex+4
                  | SInv Stlth+}
400789 | Zig:18   | Identified the ring "Amor" {Int+4 SInv}
400792 | Zig:18   | Identified the ring "Fokh" {Fly rF+ Int+3}
400810 | Zig:18   | Identified the +0 plate armour of Deoch {rPois rCorr}
400814 | Zig:18   | Identified the +5 quarterstaff "Toreqon" {freeze, rElec
                  | rPois Int+2}
400837 | Zig:18   | Identified the ring "Buorph" {Will+ Str+5}
400849 | Zig:18   | Identified the +0 ring mail of Grottiness {Str+2}
400884 | Zig:18   | Identified the staff of conjuration "Uckibbae" {rPois rF++
                  | rC+ Dex-3}
400910 | Zig:18   | Identified the +1 leather armour "Udeub" {Int+6 Stlth+}
400927 | Zig:19   | Entered Level 19 of a ziggurat
400957 | Zig:19   | Identified the +1 short sword of the Shore {venom, rPois
                  | Dex+3}
401104 | Zig:19   | Identified the ring of Understanding {rC+ rN+ Int+3}
401107 | Zig:19   | Identified the amulet "Fielehi" {Spirit rF++ Dex+3}
401119 | Zig:19   | Identified the staff of poison "Sushresi" {rPois rF- Str+3
                  | Int+6}
401142 | Zig:19   | Identified the +7 shortbow "Kefoe" {freeze, rPois Str+3
                  | Stlth+}
401144 | Zig:19   | Identified the staff of cold "Ludopuoch" {rC+ rCorr Str+2
                  | Int-2}
401146 | Zig:19   | Identified the +9 sling "Pyca" {freeze, rF+ Dex+5}
401148 | Zig:19   | Identified the staff of air "Yraiwk" {rElec rF++ rC- Str+4}
401177 | Zig:19   | Identified the staff of poison "Riut" {rPois Str+3 Int+3
                  | Dex+2 Stlth+}
401179 | Zig:19   | Identified the staff of cold "Jaref" {rC+ Will+ rCorr
                  | Stlth-}
401225 | Zig:19   | Identified the +11 halberd of the Magi {speed, *Noise
                  | Dex+6}
401235 | Zig:19   | Identified the +3 demon blade of Jasesad {drain, rPois rF+
                  | SInv}
401769 | Zig:19   | Identified the staff of cold "Ynualih" {rF+ rC+ Int+3
                  | Stlth-}
401781 | Zig:20   | Entered Level 20 of a ziggurat
402671 | Zig:20   | Identified the ring "Joloq" {Ice rElec}
402675 | Zig:20   | Identified the +7 flail "Mestrop" {spect, rElec}
402707 | Zig:20   | Identified the +1 robe of the Hidden Emperors {+Blink rC+
                  | rCorr MP-9}
402709 | Zig:20   | Identified the +4 flail "Liuthushei" {freeze, Str+3 Int+3
                  | Dex-5}
402713 | Zig:20   | Identified the +2 ring mail of the Lumpy Songs {rF+ rN+
                  | Str-2}
402805 | Zig:21   | Entered Level 21 of a ziggurat
402816 | Zig:21   | Noticed a dread lich
402833 | Zig:21   | Killed a dread lich
403165 | Zig:21   | Identified the +5 whip of Light {venom, +Blink rElec Will-
                  | Str+3}
403173 | Zig:21   | Identified the scarf of Nexavvet {shadows, Rampage rPois
                  | rF++ Str-4}
403179 | Zig:21   | Identified the staff of death "Bastrenk" {rPois rN+ Will+}
403205 | Zig:21   | Identified the +1 cloak of the Hunter {-Tele rF++ rN+}
403206 | Zig:21   | Identified the +1 mace of Bare {freeze, rN+}
403821 | Zig:22   | Entered Level 22 of a ziggurat
404613 | Zig:22   | Identified the +6 great sword "Ovof" {antimagic, Fragile
                  | rF+ Will+ rCorr}
404633 | Zig:22   | Identified the staff of air "Xugracie" {rElec Str+3 Dex+3
                  | Stlth-}
404635 | Zig:22   | Identified the ring "Figrie" {Ice rCorr Int+6 Dex-5}
404644 | Zig:22   | Identified the ring of Thoughtfulness {rElec rF- rN+ Str+3
                  | Dex+2}
404650 | Zig:22   | Identified the +6 scale mail "Uvidacoz" {Rampage rF- Int+5
                  | SInv}
404652 | Zig:22   | Identified the +0 chain mail of Ogri {rF++ rCorr Dex+2}
404668 | Zig:22   | Identified the staff of earth "Unor" {rElec rF++ Str+2
                  | Int-4}
404673 | Zig:22   | Identified the staff of earth "Japhe" {Fragile rElec SInv}
404677 | Zig:22   | Identified the +5 ring mail of Relyapag {+Inv rElec rF+}
404698 | Zig:22   | Identified the staff of conjuration "Naqic" {Fly Str+5}
404714 | Zig:22   | Identified the staff of cold "Tiubis" {rElec rC+ Str+4}
404720 | Zig:22   | Identified the +8 quarterstaff of Contention {vamp, rPois
                  | rC+ Str+3 Stlth-}
404722 | Zig:22   | Identified the staff of earth "Egepp" {Int+3}
404723 | Zig:22   | Identified the +5 mace "Osmoucsuru" {holy, rElec rC++ Str-4
                  | Int+8}
404743 | Zig:22   | Identified the +4 rapier "Umaaras" {heavy, rC++ Stlth+}
404745 | Zig:22   | Identified the +0 chain mail of Vampiric Thralls {Harm
                  | Will+}
404748 | Zig:22   | Identified the amulet of Seceocae {Spirit rPois Int+3}
404862 | Zig:23   | Entered Level 23 of a ziggurat
404862 | Zig:23   | Noticed a royal mummy
404862 | Zig:23   | Noticed a royal mummy
404862 | Zig:23   | Noticed a royal mummy
404862 | Zig:23   | Noticed a royal mummy
404862 | Zig:23   | Noticed a royal mummy
404862 | Zig:23   | Noticed a royal mummy
404862 | Zig:23   | Noticed a royal mummy
404862 | Zig:23   | Noticed a royal mummy
404862 | Zig:23   | Noticed a royal mummy
404863 | Zig:23   | Killed a royal mummy
404863 | Zig:23   | Killed a royal mummy
404863 | Zig:23   | Killed a royal mummy
404863 | Zig:23   | Killed a royal mummy
404863 | Zig:23   | Killed a royal mummy
404863 | Zig:23   | Killed a royal mummy
404863 | Zig:23   | Killed a royal mummy
404863 | Zig:23   | Killed a royal mummy
404864 | Zig:23   | Noticed a royal mummy
404864 | Zig:23   | Noticed a royal mummy
404864 | Zig:23   | Noticed a royal mummy
404864 | Zig:23   | Noticed a royal mummy
404867 | Zig:23   | Killed a royal mummy
404867 | Zig:23   | Killed a royal mummy
404867 | Zig:23   | Killed a royal mummy
404867 | Zig:23   | Killed a royal mummy
404868 | Zig:23   | Noticed a royal mummy
404869 | Zig:23   | Killed a royal mummy
404869 | Zig:23   | Noticed a royal mummy
404870 | Zig:23   | Noticed a royal mummy
404871 | Zig:23   | Noticed a royal mummy
404871 | Zig:23   | Noticed a royal mummy
404871 | Zig:23   | Noticed a royal mummy
404871 | Zig:23   | Noticed a royal mummy
404872 | Zig:23   | Killed a royal mummy
404872 | Zig:23   | Noticed a royal mummy
404872 | Zig:23   | Noticed a royal mummy
404872 | Zig:23   | Noticed a royal mummy
404873 | Zig:23   | Killed a royal mummy
404873 | Zig:23   | Killed a royal mummy
404874 | Zig:23   | Noticed a royal mummy
404874 | Zig:23   | Noticed a royal mummy
404874 | Zig:23   | Noticed a royal mummy
404874 | Zig:23   | Noticed a royal mummy
404875 | Zig:23   | Noticed a royal mummy
404875 | Zig:23   | Noticed a royal mummy
404875 | Zig:23   | Noticed a royal mummy
404875 | Zig:23   | Noticed a royal mummy
404875 | Zig:23   | Noticed a royal mummy
404876 | Zig:23   | Killed a royal mummy
404876 | Zig:23   | Killed a royal mummy
404876 | Zig:23   | Killed a royal mummy
404876 | Zig:23   | Killed a royal mummy
404876 | Zig:23   | Killed a royal mummy
404876 | Zig:23   | Killed a royal mummy
404876 | Zig:23   | Noticed a royal mummy
404877 | Zig:23   | Killed a royal mummy
404877 | Zig:23   | Killed a royal mummy
404877 | Zig:23   | Killed a royal mummy
404877 | Zig:23   | Killed a royal mummy
404877 | Zig:23   | Killed a royal mummy
404878 | Zig:23   | Killed a royal mummy
404878 | Zig:23   | Killed a royal mummy
404878 | Zig:23   | Killed a royal mummy
404878 | Zig:23   | Killed a royal mummy
404878 | Zig:23   | Killed a royal mummy
404878 | Zig:23   | Noticed a royal mummy
404878 | Zig:23   | Noticed a royal mummy
404879 | Zig:23   | Killed a royal mummy
404879 | Zig:23   | Noticed a royal mummy
404882 | Zig:23   | Noticed a royal mummy
404882 | Zig:23   | Noticed a royal mummy
404883 | Zig:23   | Noticed a royal mummy
404885 | Zig:23   | Noticed a royal mummy
404885 | Zig:23   | Noticed a royal mummy
404886 | Zig:23   | Killed a royal mummy
404886 | Zig:23   | Killed a royal mummy
404886 | Zig:23   | Noticed a royal mummy
404886 | Zig:23   | Noticed a royal mummy
404886 | Zig:23   | Noticed a royal mummy
404887 | Zig:23   | Noticed a royal mummy
404887 | Zig:23   | Noticed a royal mummy
404889 | Zig:23   | Noticed a royal mummy
404890 | Zig:23   | Noticed a royal mummy
404890 | Zig:23   | Noticed a royal mummy
404891 | Zig:23   | Killed a royal mummy
404891 | Zig:23   | Killed a royal mummy
404891 | Zig:23   | Killed a royal mummy
404891 | Zig:23   | Killed a royal mummy
404891 | Zig:23   | Noticed a royal mummy
404891 | Zig:23   | Noticed a royal mummy
404891 | Zig:23   | Noticed a royal mummy
404892 | Zig:23   | Killed a royal mummy
404892 | Zig:23   | Killed a royal mummy
404892 | Zig:23   | Killed a royal mummy
404892 | Zig:23   | Killed a royal mummy
404892 | Zig:23   | Killed a royal mummy
404892 | Zig:23   | Killed a royal mummy
404892 | Zig:23   | Killed a royal mummy
404892 | Zig:23   | Noticed a royal mummy
404892 | Zig:23   | Noticed a royal mummy
404892 | Zig:23   | Noticed a royal mummy
404893 | Zig:23   | Killed a royal mummy
404893 | Zig:23   | Killed a royal mummy
404893 | Zig:23   | Killed a royal mummy
404893 | Zig:23   | Killed a royal mummy
404893 | Zig:23   | Killed a royal mummy
404893 | Zig:23   | Killed a royal mummy
404893 | Zig:23   | Noticed a royal mummy
404893 | Zig:23   | Noticed a royal mummy
404894 | Zig:23   | Noticed a royal mummy
404894 | Zig:23   | Noticed a royal mummy
404894 | Zig:23   | Noticed a royal mummy
404896 | Zig:23   | Noticed a royal mummy
404896 | Zig:23   | Noticed a royal mummy
404897 | Zig:23   | Noticed a royal mummy
404897 | Zig:23   | Noticed a royal mummy
404898 | Zig:23   | Noticed a royal mummy
404900 | Zig:23   | Killed a royal mummy
404900 | Zig:23   | Killed a royal mummy
404900 | Zig:23   | Killed a royal mummy
404900 | Zig:23   | Killed a royal mummy
404900 | Zig:23   | Killed a royal mummy
404900 | Zig:23   | Killed a royal mummy
404901 | Zig:23   | Killed a royal mummy
404901 | Zig:23   | Killed a royal mummy
404901 | Zig:23   | Killed a royal mummy
404901 | Zig:23   | Killed a royal mummy
404902 | Zig:23   | Killed a royal mummy
404902 | Zig:23   | Noticed a royal mummy
404903 | Zig:23   | Killed a royal mummy
404903 | Zig:23   | Noticed a royal mummy
404903 | Zig:23   | Noticed a royal mummy
404904 | Zig:23   | Noticed a royal mummy
404904 | Zig:23   | Noticed a royal mummy
404904 | Zig:23   | Noticed a royal mummy
404904 | Zig:23   | Noticed a royal mummy
404904 | Zig:23   | Noticed a royal mummy
404904 | Zig:23   | Noticed a royal mummy
404905 | Zig:23   | Noticed a royal mummy
404907 | Zig:23   | Killed a royal mummy
404907 | Zig:23   | Killed a royal mummy
404907 | Zig:23   | Killed a royal mummy
404907 | Zig:23   | Killed a royal mummy
404907 | Zig:23   | Killed a royal mummy
404907 | Zig:23   | Killed a royal mummy
404907 | Zig:23   | Killed a royal mummy
404907 | Zig:23   | Killed a royal mummy
404907 | Zig:23   | Noticed a royal mummy
404908 | Zig:23   | Killed a royal mummy
404908 | Zig:23   | Noticed a royal mummy
404909 | Zig:23   | Noticed a royal mummy
404909 | Zig:23   | Noticed a royal mummy
404909 | Zig:23   | Noticed a royal mummy
404910 | Zig:23   | Noticed a royal mummy
404910 | Zig:23   | Noticed a royal mummy
404910 | Zig:23   | Noticed a royal mummy
404911 | Zig:23   | Killed a royal mummy
404912 | Zig:23   | Killed a royal mummy
404912 | Zig:23   | Killed a royal mummy
404912 | Zig:23   | Killed a royal mummy
404912 | Zig:23   | Killed a royal mummy
404912 | Zig:23   | Killed a royal mummy
404912 | Zig:23   | Killed a royal mummy
404912 | Zig:23   | Killed a royal mummy
404912 | Zig:23   | Noticed a royal mummy
404913 | Zig:23   | Killed a royal mummy
404913 | Zig:23   | Killed a royal mummy
404913 | Zig:23   | Noticed a royal mummy
404913 | Zig:23   | Noticed a royal mummy
404914 | Zig:23   | Noticed a royal mummy
404914 | Zig:23   | Noticed a royal mummy
404915 | Zig:23   | Killed a royal mummy
404915 | Zig:23   | Noticed a royal mummy
404916 | Zig:23   | Noticed a royal mummy
404918 | Zig:23   | Killed a royal mummy
404919 | Zig:23   | Killed a royal mummy
404919 | Zig:23   | Killed a royal mummy
404919 | Zig:23   | Killed a royal mummy
404919 | Zig:23   | Killed a royal mummy
404919 | Zig:23   | Killed a royal mummy
404920 | Zig:23   | Noticed a royal mummy
404920 | Zig:23   | Noticed a royal mummy
404921 | Zig:23   | Noticed a royal mummy
404921 | Zig:23   | Noticed a royal mummy
404921 | Zig:23   | Noticed a royal mummy
404922 | Zig:23   | Noticed a royal mummy
404923 | Zig:23   | Noticed a royal mummy
404923 | Zig:23   | Killed a royal mummy
404924 | Zig:23   | Noticed a royal mummy
404924 | Zig:23   | Noticed a royal mummy
404924 | Zig:23   | Noticed a royal mummy
404926 | Zig:23   | Killed a royal mummy
404926 | Zig:23   | Killed a royal mummy
404926 | Zig:23   | Killed a royal mummy
404926 | Zig:23   | Killed a royal mummy
404926 | Zig:23   | Killed a royal mummy
404931 | Zig:23   | Killed a royal mummy
404932 | Zig:23   | Killed a royal mummy
404935 | Zig:23   | Killed a royal mummy
404945 | Zig:23   | Killed a royal mummy
405031 | Zig:23   | Identified the staff of poison "Nuladoif" {rPois rN+}
405035 | Zig:23   | Identified the staff of earth "Efokael" {rElec Int-2 Dex+3}
405036 | Zig:23   | Identified the ring "Wysamp" {rF+ rC- rN+ Will+}
405050 | Zig:23   | Identified the staff of fire "Puimi" {rF+ rC+ rN+ Str+3
                  | Int+4}
405052 | Zig:23   | Identified the +11 morningstar "Fequtzei" {spect, rF+ rC+
                  | rCorr}
405054 | Zig:23   | Identified the ring "Otiotahe" {rElec rF++ rC+ Str-5 SInv}
405101 | Zig:23   | Identified the +9 quarterstaff of Guruawna {drain, Fly
                  | rPois Int+7 Dex+3}
405103 | Zig:23   | Identified the +2 chain mail "Pumialy" {rElec rF- Regen+
                  | Dex+3}
405123 | Zig:23   | Identified the +0 battleaxe of Transparent Valiance {flame,
                  | rF+ rN+}
405132 | Zig:23   | Identified the staff of fire "Usossi" {*Slow rF+ rC+ rN+}
405138 | Zig:23   | Identified the staff of earth "Refruil" {rC- Will+ Str+2
                  | Int+3}
405142 | Zig:23   | Identified the +3 double sword of the Threshing Traitor
                  | {flame, rPois rC+++ rN+ Dex-3}
405144 | Zig:23   | Identified the +1 quarterstaff "Deufubix" {freeze, *Noise
                  | Str+5}
405145 | Zig:23   | Identified the staff of fire "Leic" {Fly rF+}
405149 | Zig:23   | Identified the +5 ring mail "Pasm" {Int+2 Stlth+}
405154 | Zig:23   | Identified the amulet of Jyraw {Spirit SInv Stlth+}
405806 | Zig:24   | Entered Level 24 of a ziggurat
405991 | Zig:24   | Identified the +10 plate armour "Ozxeory" {Dex+4}
405993 | Zig:24   | Identified the +3 ice dragon scales of Zommeg {*Corrode rF-
                  | rC++ rN+ Regen+}
406001 | Zig:24   | Identified the +0 kite shield "Fusoudaba" {Dex+2}
406831 | Zig:24   | Identified the +0 ring mail of the Cockroach {Fly Will-
                  | Slay+2 SInv}
406834 | Zig:24   | Identified the +3 quarterstaff "Bilomav" {freeze, Dex+4}
406836 | Zig:24   | Identified the quicksilver dragon scales of the Trombone
                  | {rElec Will+ Regen+}
406842 | Zig:24   | Identified the +2 cloak "Fidd" {rCorr Int-4 Dex+4}
406844 | Zig:24   | Identified the +10 dire flail "Lohucau" {flame, rCorr
                  | Int+2}
406860 | Zig:24   | Identified the +4 morningstar of the Spectre {freeze,
                  | Dex+4}
406867 | Zig:24   | Identified the +1 morningstar "Dicef" {heavy, +Blink
                  | Stlth+}
406869 | Zig:24   | Identified the ring of Trepidation {rPois MP+9}
406870 | Zig:24   | Identified the +2 robe of the Gusle {rN++ Dex+3}
406871 | Zig:24   | Identified the amulet of Wisdom {Acrobat rN+ Str-4 Dex+2}
407000 | Zig:25   | Entered Level 25 of a ziggurat
407000 | Zig:25   | Noticed a dread lich
407022 | Zig:25   | Killed a dread lich
407137 | Zig:25   | Noticed an ancient lich
407156 | Zig:25   | Noticed an ancient lich
407195 | Zig:25   | Noticed a dread lich
407201 | Zig:25   | Killed a dread lich
407279 | Zig:25   | Noticed a dread lich
407282 | Zig:25   | Killed an ancient lich
407287 | Zig:25   | Killed a dread lich
407344 | Zig:25   | HP: 19/391 [bone dragon (10)]
407345 | Zig:25   | Mangled by a doom hound

Illustrated notes

Levels and vault maps discovered:
D:1:      scummos_arrival_gate, layout_loops_cross,
          dreamdust_ecumenical_altar_sealed_demon, minmay_splitting_lines,
          chequers_garden, serial_park_tiny_pond, chequers_serial_rivers_large_a
D:2:      layout_basic, chequers_jeans
D:3:      layout_loops_ring, mainiacjoe_overflow_six_doors_small,
          grunt_ministairs_10, minmay_misc_feat_alley,
          kennysheep_generic_room_6, uniq_terence
D:4:      layout_layer_cave, palyth_temple_overflow_mages,
          minmay_temple_entry_grid, nicolae_hexahallways
D:5:      layout_basic, general_overflow_altar, grunt_tough_drop, uniq_edmund,
          uniq_ijyb, uniq_sigmund
D:6:      layout_cave_pools, mainiacjoe_overflow_tiny_flanked,
          okawaru_gym_becter, uniq_maggie, uniq_duvessa
D:7:      layout_rooms, kennysheep_slug_shrine
D:8:      layout_rooms, mainiacjoe_overflow_swirl,
          grunt_lair_entry_orc_guard_hut
D:9:      layout_irregular_city, uniq_prince_ribbit1
D:10:     minmay_evil_eye, layout_irregular_city, david_orc_5,
          minmay_misc_feat_cross, kennysheep_cross_bottleneck,
          nicolae_benzene_ring, minivault_7
D:11:     layout_cave_pods, kennysheep_generic_room_13, uniq_erolcha,
          uniq_amaemon, uniq_erica
D:12:     layout_small_grid, uniq_psyche
D:13:     layout_grid_maze, skrybe_vaults_entry_preservation, serial_glass,
          glass_columns_a, glass_columns_c, glass_columns_c, glass_columns_b,
          glass_columns_a, glass_columns_a
D:14:     layout_gridville, nicolae_gozag_cash_rules_everything_around_me
D:15:     grunt_enter_depths_snipers, layout_irregular_city,
          minmay_misc_feat_roman, serial_shops, nicolae_shop_statue_plus,
          lightli_airlock, uniq_roxanne
Temple:   hc_temple_tempest_star
Lair:1:   layout_chaotic_city, gammafunk_ghost_grave, enter_volcano_3,
          grunt_megastairs_2, infiniplex_staircase_pool_2, lemuel_fruit_tree
Lair:2:   layout_long_grid, beast_lair_carwin_8
Lair:3:   layout_roguey, minmay_swamp_entry_swarm, dummy_snake_entry
Lair:4:   layout_cave_pods, infiniplex_staircase_pool, grunt_megastairs_3
Lair:5:   grunt_lair_end_beastmaster, layout_cave_pods, slime_entry_1
Swamp:1:  layout_falls_marsh, nicolae_swamp_ascending_descending
Swamp:2:  layout_basic_swamp, portal_ice_cave_entry_horrid_things,
          nicolae_swamp_small_spring, uniq_donald
Swamp:3:  layout_basic_swamp, nicolae_swamp_little_tower
Swamp:4:  grunt_swamp_rune_castle, layout_basic_swamp, swamp_pool1,
          nicolae_swamp_spooky_pond
Snake:1:  layout_basic, nicolae_large_snake_swirl
Snake:2:  layout_layer_cave, uniq_azrael
Snake:3:  layout_rooms, serial_shops, shop, special_room, grunt_megastairs_5,
          minmay_shop_star, uniq_vashnia, uniq_louise, uniq_bai_suzhen
Snake:4:  grunt_snake_rune_spirals, layout_onion_interference, basic_altar,
          ebering_ghost_inner_flame
Slime:1:  layout_caves, cheibrodos_slime_lost_civilization_4
Slime:2:  layout_caves
Slime:3:  layout_caves
Slime:4:  layout_caves, nicolae_slime_barrier
Slime:5:  uniq_dissolution
Orc:1:    layout_caves, gammafunk_ghost_cemetery, serial_shops,
          nicolae_shop_hallway_plus, roderic_batcave, uniq_fannar, uniq_jorgrun
Orc:2:    grunt_orc_community_town_hall, layout_caves,
          grunt_orc_community_big_house_2, grunt_orc_community_big_house_1,
          grunt_orc_community_house_3, grunt_orc_community_house_3,
          grunt_orc_community_house_3, grunt_orc_community_house_2,
          grunt_orc_community_house_2, grunt_orc_community_house_2,
          ebering_ghost_disaster_area
Elf:1:    nicolae_elf_arrival_fired_up, layout_gridlike, basic_altar,
          serial_shops, shop, hangedman_elf_represent, drop_trap, uniq_agnes
Elf:2:    nicolae_elf_blades_crystal_corner, layout_gridlike, amethyst_killhole,
          chequers_big_river, grunt_ministairs_13, uniq_nikola
Elf:3:    grunt_elf_hall_asides, layout_gridlike, minivault_24,
          serial_sigils_hangedman_shear, grunt_ministairs_4, minmay_shop_grove,
          uniq_aizul
Vaults:1: nicolae_vaults_rhombus_5, kb_rosetta,
          nicolae_vaults_stairing_the_circle, nicolae_vaults_theta,
          nicolae_vaults_closet_pinwheel_1, ontoclasm_vaults_misaligned,
          nicolae_vaults_apartment_1, layout_vaults_chaotic_city, serial_shops,
          nicolae_shop_advertising_works [nicolae_subvault_shop_adworks]
Vaults:2: vaults_room_fours, minmay_crypt_entry_vampire_xt,
          nicolae_vaults_swerve, ontoclasm_vaults_shuriken,
          vaults_room_grunt_arrival_checkpoint, hangedman_vaults_slither,
          hangedman_vaults_locks, vaults_mumra_hexcomb, v_misc_22,
          nicolae_vaults_trapezoid_lopsided_1, layout_vaults_big_cross
Vaults:3: gammafunk_its_a_trap, nicolae_vaults_storage_room_statues, v_misc_22,
          v_pattern_1, nicolae_vaults_cochlea, vaults_dpeg_encased_lava,
          layout_vaults_omnigrid, uniq_mennas, uniq_boris
Vaults:4: mu_enter_wizlab_3, hangedman_vaults_nails,
          ontoclasm_vaults_ring_large, hangedman_vaults_cutoff,
          grunt_vaults_funnel, nicolae_vaults_closet_pinwheel_4,
          nicolae_vaults_house_1, nicolae_vaults_security_offices_4,
          nicolae_vaults_ring_of_whatevers, serial_ice_m,
          nicolae_vaults_tangram_2, vaults_room_semicircle,
          nicolae_vaults_double_plus_1, ontoclasm_vaults_pinch,
          layout_vaults_maze_snakey, serial_shops,
          nicolae_shop_tiny_real_fake_doors, shop,
          nicolae_shop_getting_attention, shop_statue, uniq_sojobo
Vaults:5: uniq_margery
Crypt:1:  layout_basic, minmay_misc_feat_five, st_stairs_7
Crypt:2:  layout_basic, grunt_megastairs_1
Crypt:3:  due_elkab, layout_chaotic_city, tomb_entry_forgotten_bobbens
Tomb:1
Tomb:2
Tomb:3
Depths:1: minmay_tile_spiral, layout_gridlike, ashenzari_altar_1, hell_entry,
          pan_entry, st_stairs_6, hangedman_decor_push, hangedman_decor_points,
          kiku_gazebo_garden_becter
Depths:2: hangedman_cross_stitches, layout_cave_shapes,
          grunt_pan_entry_in_and_out, kennysheep_flooded_box, enter_trove_2,
          grunt_metal_band, infiniplex_staircase_split_hallway, uniq_mara
Depths:3: cheibrodos_quadrivalence, layout_basic, abyss_entry_crystal,
          grunt_hell_entry_dis_mu, chequers_serial_rivers_marsh,
          infiniplex_staircase_x, uniq_josephina
Depths:4: lemuel_castle_with_subvaults [lemuel_castle_interior_carwin_3],
          layout_cave_shapes, enter_ziggurat_e, hell_entry,
          hangedman_decor_slide_cut, minivault_16
Hell
Dis:1:    layout_gridville
Dis:2:    layout_subdivisions, nicolae_dis_liches_on_tour
Dis:3:    nicolae_dis_pentagon_1, layout_subdivisions,
          nicolae_hells_hurtin_island
Dis:4:    layout_subdivisions
Dis:5:    layout_gridville, nicolae_dis_bowling_alley
Dis:6:    layout_subdivisions
Dis:7:    iron_city_of_dis [dis_old, dis_wall_4], layout_gridville,
          serial_glass, glass_columns_a, glass_columns_b, minmay_strange_pillars
Geh:1:    layout_gehenna_pools_box
Geh:2:    layout_gehenna_pools_basic, lemuel_flamethrower_2
Geh:3:    layout_gehenna_lava_caves
Geh:4:    layout_gehenna_pools_triple, nicolae_geh_backdraft
Geh:5:    layout_gehenna_lava_caves
Geh:6:    layout_gehenna_pools_box, nicolae_geh_gnashing_of_teeth
Geh:7:    geh_grunt_pentagon
Coc:1:    layout_cocytus_water_paths
Coc:2:    nicolae_coc_hellspring, layout_ice_bergs
Coc:3:    layout_cocytus_delve
Coc:4:    layout_ice_bergs, hangedman_elemental_grid_stream
Coc:5:    layout_cocytus_water_paths
Coc:6:    nicolae_coc_icebeans_plural [nicolae_sub_coc_subbean,
          nicolae_sub_coc_subbean, nicolae_sub_coc_subbean,
          nicolae_sub_coc_subbean], layout_cocytus_delve
Coc:7:    coc_grunt_cove [coc_grunt_cove_antaeus, coc_grunt_cove_fiend,
          coc_grunt_cove_fiend, coc_grunt_cove_fiend, coc_grunt_cove_fiend]
Tar:1:    layout_grid_maze, lemuel_nasty_fountain
Tar:2:    layout_cathedral_of_symmetry
Tar:3:    layout_honeycomb
Tar:4:    layout_grid_maze
Tar:5:    layout_cathedral_of_symmetry
Tar:6:    layout_grid_maze, nicolae_tar_cuneiform_bird
Tar:7:    tar_minmay_river
Zot:1:    layout_gridlike, grunt_ministairs_3, uniq_parghit
Zot:2:    layout_basic, lemuel_baited_zot_trap
Zot:3:    layout_twisted_circle
Zot:4:    layout_onion, hangedman_elemental_corridor
Zot:5:    layout_gridlike, gammafunk_ghost_arena
Zig:25:   ziggurat_pillar_abc, ziggurat_pillar_abc, ziggurat_pillar_abc,
          ziggurat_pillar_abc, ziggurat_pillar_centre_oklobs,
          ziggurat_pillar_centre_oklobs, ziggurat_pillar_centre_oklobs,
          ziggurat_pillar_centre_oklobs, ziggurat_pillar_d, ziggurat_pillar_d,
          ziggurat_pillar_d, ziggurat_pillar_d,
          ziggurat_pillar_centre_dispersal, ziggurat_pillar_centre_dispersal,
          ziggurat_pillar_centre_dispersal, ziggurat_pillar_centre_dispersal,
          ziggurat_pillar_d, ziggurat_pillar_d, ziggurat_pillar_d,
          ziggurat_pillar_d, ziggurat_pillar_centre_c, ziggurat_pillar_centre_c,
          ziggurat_pillar_centre_c, ziggurat_pillar_centre_c,
          ziggurat_pillar_abc, ziggurat_pillar_abc, ziggurat_pillar_abc,
          ziggurat_pillar_abc

Skill      XL: |  1  2  3  4  5  6  7  8  9 10 11 12 13 14 15 16 17 18 19 20 21 22 23 24 25 26 27 |
---------------+----------------------------------------------------------------------------------+-----
Stealth        | 2 3 4 5 6 27 | 27.0
Dodging        | 2 3 4 5 7 9 10 11 12 13 14 15 16 27 | 27.0
Fire Magic     | 3 4 5 6 7 9 10 12 13 14 15 16 27 | 27.0
Conjurations   | 2 3 4 5 6 7 8 27 | 27.0
Spellcasting   | 3 4 5 7 9 10 11 12 27 | 27.0
Fighting       | 3 5 7 8 10 11 13 15 17 19 27 | 27.0
Armour         | 3 4 5 27 | 27.0
Ranged Weapons | 8 12 16 18 27 | 27.0
Air Magic      | 1 4 6 7 8 27 | 27.0
Shields        | 1 6 8 10 12 13 16 18 19 20 21 23 27 | 27.0
Hexes          | 4 27 | 27.0
Translocations | 6 10 11 13 14 27 | 27.0
Evocations     | 9 10 27 | 27.0
Necromancy     | 27 | 27.0
Ice Magic      | 27 | 27.0
Throwing       | 27 | 27.0
Transmutations | 27 | 27.0
Short Blades   | 27 | 27.0
Axes           | 27 | 27.0
Maces & Flails | 27 | 27.0
Polearms       | 27 | 27.0
Staves         | 27 | 27.0
Unarmed Combat | 27 | 27.0
Invocations    | 27 | 27.0
Long Blades    | 27 | 27.0
Summonings     | 27 | 27.0
Earth Magic    | 27 | 27.0
Poison Magic   | 27 | 27.0

Action                     |  1- 3 |  4- 6 |  7- 9 | 10-12 | 13-15 | 16-18 | 19-21 | 22-24 | 25-27 || total
---------------------------+-------+-------+-------+-------+-------+-------+-------+-------+-------++-------
  Melee: Short sword       |    84 |   129 |    66 |    56 |       |       |       |       |       ||   335
         Punch             |     2 |       |     1 |     1 |       |       |       |       |       ||     4
         Rapier            |       |       |    32 |   119 |       |       |       |       |       ||   151
         Shortbow          |       |       |       |       |     1 |       |       |       |       ||     1
         Lajatang          |       |       |       |       |     1 |       |       |       |       ||     1
         Greatsling        |       |       |       |       |       |       |     1 |       |       ||     1
         Staff             |       |       |       |       |       |       |       |     4 |  7658 ||  7662
         Unarmed           |       |       |       |       |       |       |       |       |     2 ||     2
         Spear             |       |       |       |       |       |       |       |       |    12 ||    12
         Double sword      |       |       |       |       |       |       |       |       |     9 ||     9
         Demon trident     |       |       |       |       |       |       |       |       |     1 ||     1
   Fire: Shortbow          |       |       |       |   489 |  1526 |       |       |       |       ||  2015
         Hand crossbow     |       |       |       |       |    44 |  1447 |   360 |       |       ||  1851
         Greatsling        |       |       |       |       |       |       |  1355 |  1892 | 10449 || 13696
  Throw: Javelin           |       |       |       |       |       |       |       |       |   701 ||   701
         Dart              |       |       |       |       |       |       |       |       |     1 ||     1
   Cast: Foxfire           |    10 |     9 |   182 |   134 |    17 |       |       |       |       ||   352
         Scorch            |       |     1 |    36 |   116 |    21 |    11 |       |       |       ||   185
         Sticky Flame      |       |       |       |    47 |    96 |    29 |    15 |     3 |       ||   190
         Volatile Blastmot |       |       |       |    10 |    32 |       |       |       |       ||    42
         Inner Flame       |       |       |       |       |    45 |    23 |     1 |       |       ||    69
         Flame Wave        |       |       |       |       |    11 |     5 |       |       |       ||    16
         Plasma Beam       |       |       |       |       |       |     9 |    19 |    66 |   288 ||   382
         Fireball          |       |       |       |       |       |    11 |    31 |    15 |    19 ||    76
         Starburst         |       |       |       |       |       |     6 |    54 |    83 |   159 ||   302
         Portal Projectile |       |       |       |       |       |       |     2 |     4 |    60 ||    66
         Blink             |       |       |       |       |       |       |     1 |     6 |    28 ||    35
         Vhi's Electric Ch |       |       |       |       |       |       |     1 |       |   176 ||   177
         Dispersal         |       |       |       |       |       |       |       |     1 |    41 ||    42
         Chain Lightning   |       |       |       |       |       |       |       |       |  3731 ||  3731
         Ignition          |       |       |       |       |       |       |       |       |  2315 ||  2315
         Shatter           |       |       |       |       |       |       |       |       |  1118 ||  1118
         Polar Vortex      |       |       |       |       |       |       |       |       |   915 ||   915
         Necromutation     |       |       |       |       |       |       |       |       |   550 ||   550
         Fire Storm        |       |       |       |       |       |       |       |       |   523 ||   523
         Maxwell's Capacit |       |       |       |       |       |       |       |       |    45 ||    45
         Disjunction       |       |       |       |       |       |       |       |       |    29 ||    29
         Ozocubu's Refrige |       |       |       |       |       |       |       |       |    27 ||    27
         Orb of Destructio |       |       |       |       |       |       |       |       |     5 ||     5
         Passage of Golubr |       |       |       |       |       |       |       |       |     5 ||     5
         Apportation       |       |       |       |       |       |       |       |       |     4 ||     4
 Invoke: Potion Petition   |       |       |       |       |     1 |     4 |       |     8 |  2313 ||  2326
         Call Merchant     |       |       |       |       |     4 |       |       |       |    12 ||    16
Ability: Evoke Blink       |       |       |       |       |       |       |       |       |    38 ||    38
         End Transformatio |       |       |       |       |       |       |       |       |    12 ||    12
         Hurl Damnation    |       |       |       |       |       |       |       |       |    12 ||    12
  Evoke: Wand              |       |       |    15 |     5 |       |     1 |       |     1 |    25 ||    47
         Phantom mirror    |       |       |       |       |       |     1 |     2 |     3 |     8 ||    14
         Lightning rod     |       |       |       |       |       |       |     3 |     4 |     6 ||    13
         Phial of floods   |       |       |       |       |       |       |       |     2 |     1 ||     3
         Figurine of a zig |       |       |       |       |       |       |       |       |    23 ||    23
         Tin of tremorston |       |       |       |       |       |       |       |       |    21 ||    21
         Horn of Geryon    |       |       |       |       |       |       |       |       |     5 ||     5
         Box of beasts     |       |       |       |       |       |       |       |       |     3 ||     3
    Use: Scroll            |       |       |     2 |    19 |    15 |     8 |     4 |     8 |    74 ||   130
         Potion            |       |       |       |     1 |       |     3 |     1 |     1 |   216 ||   222
   Stab: Sleeping          |     5 |     4 |     1 |       |       |       |       |       |       ||    10
         Distracted        |       |       |     1 |     2 |       |       |       |       |   268 ||   271
         Invisible         |       |       |       |       |       |       |       |       |   353 ||   353
         Petrified         |       |       |       |       |       |       |       |       |     5 ||     5
         Petrifying        |       |       |       |       |       |       |       |       |     2 ||     2
         Paralysed         |       |       |       |       |       |       |       |       |     2 ||     2
 Armour: Robe              |    28 |    32 |    12 |    98 |   104 |   167 |   172 |   270 |   992 ||  1875
         Leather armour    |       |       |    31 |   104 |    59 |       |       |       |       ||   194
         Skin              |       |       |       |       |       |     5 |       |       |   128 ||   133
         Crystal plate arm |       |       |       |       |       |       |       |       |  4058 ||  4058
         Storm dragon scal |       |       |       |       |       |       |       |       |   246 ||   246
         Pearl dragon scal |       |       |       |       |       |       |       |       |     9 ||     9
         Animal skin       |       |       |       |       |       |       |       |       |     6 ||     6
  Dodge: Dodged            |    55 |    66 |   128 |   678 |   748 |   689 |   475 |   692 |  7487 || 11018
  Block: Kite shield       |       |       |       |       |       |   149 |   110 |       |       ||   259
         Tower shield      |       |       |       |       |       |       |   552 |  1228 | 18340 || 20120
